 Dungeon Crawl Stone Soup version 0.31-a0-182-gc5ef74bbde (webtiles) character file.

Game seed: 10839036807021077840

238 qw the Chopper (level 6, 0/10 HPs)
             Began as a Gargoyle Fighter on June 21, 2023.
             Slain by a rat (3 damage)
             ... in a sewer.
             The game lasted 00:29:57 (12641 turns).

qw the Chopper (Gargoyle Fighter)                  Turns: 12641, Time: 00:29:58

Health: 0/10       AC: 14    Str: 22    XL:     6   Next: 7%
Magic:  6/6        EV: 11    Int:  8    God:
Gold:   178        SH:  4    Dex:  9    Spells: 5/5 levels left

rFire   . . .        Y - +1 war axe
rCold   . . .        c - +0 buckler
rNeg    + . .        b - +0 scale mail
rPois   inf          (no helmet)
rElec   +            i - +0 cloak
rCorr   .            a - +0 pair of gloves
SInv    .            e - +0 pair of boots
Will    .....        h - amulet of regeneration Stlth
                     k - +5 ring of evasion
HPRegen 1.01/turn    (no ring)
MPRegen 0.10/turn

%: no passive effects
@: constricted, bezotted
A: sickness immunity, AC +4, negative energy resistance 1, electricity
resistance, torment resistance 1, petrification resistance
a: no special abilities


You were in a sewer.
You visited 1 branch of the dungeon, and saw 4 of its levels.
You also visited: Sewer.

You collected 178 gold pieces.


Innate Abilities, Weirdness & Mutations

You are immune to sickness and miasma.
Your stone body is resilient. (AC +4)
You are immune to poison.
You resist negative energy. (rN+)
You are resistant to electric shocks. (rElec)
You are resistant to unholy torment.
You are immune to petrification.


   Skills:
 + Level 3.7 Fighting
 - Level 5.0 Axes
 - Level 1.5 Throwing
 - Level 3.2 Armour
 - Level 3.2 Shields


You had 5 spell levels left.
You didn't know any spells.
Your spell library was empty.

Inventory:

Hand Weapons
 s - a +0 flail
 Y - a +1 war axe (weapon)
Armour
 a - a +0 pair of gloves (worn)
 b - a +0 scale mail (worn)
 c - a +0 buckler (worn)
 e - a +0 pair of boots (worn)
 i - a +0 cloak (worn)
 n - a +0 chain mail
Jewellery
 h - an amulet of regeneration (around neck)
 k - a +5 ring of evasion (left hand)
 m - a ring of ice
Scrolls
 j - 2 scrolls of identify
Potions
 d - 2 potions of might
 g - a potion of curing {unknown}
 o - a potion of lignification
 p - a potion of haste {unknown}

Dungeon Overview and Level Annotations

Branches:
Dungeon (4/15)              Sewer (1/1) Zot: 640
 Temple: D:4-7

Altars:
Ashenzari

Shops:
D:1 [   D:3 (

Annotations:
Sewer exclusion: 4 rats


Message History

You stop removing your armour.
The ball python constricts you. The rat bites you but does no damage.
The rat bites you. The adder barely misses you. The rat bites you.
12635 ||| UPGRADING to +0 chain mail.
The ball python closely misses you. The ball python constricts you.
You stop removing your armour.
The adder bites you but does no damage. The rat barely misses you. x3
The ball python bites you but does no damage.
The ball python constricts you.
12636 ||| UPGRADING to +0 chain mail.
The adder misses you. The rat misses you. The rat barely misses you.
The ball python bites you but does no damage.
You stop removing your armour.
The ball python constricts you. The adder closely misses you.
The rat bites you but does no damage.
12637 ||| UPGRADING to +0 chain mail.
The rat barely misses you. You block the rat's attack.
You stop removing your armour.
The adder bites you. The ball python barely misses you.
The ball python constricts you. The rat bites you.
12638 ||| UPGRADING to +0 chain mail.
The rat bites you but does no damage.
You stop removing your armour.
The rat barely misses you. The adder bites you but does no damage.
The ball python barely misses you. The ball python constricts you.
The rat bites you but does no damage.
12639 ||| UPGRADING to +0 chain mail.
The adder bites you but does no damage.
You stop removing your armour.
The ball python bites you but does no damage.
The ball python constricts you.
The rat bites you but does no damage. x2
The rat closely misses you. The adder bites you.
12640 ||| UPGRADING to +0 chain mail.
The ball python closely misses you. The ball python constricts you.
You stop removing your armour.
The rat misses you. The rat closely misses you. The adder barely misses you.
The rat barely misses you. The ball python barely misses you.
The ball python constricts you.
12641 ||| UPGRADING to +0 chain mail.
The rat bites you but does no damage.
You stop removing your armour.
You block the rat's attack. The adder bites you.
The ball python closely misses you. The ball python constricts you.
The rat bites you.
You die...

~~~~~...###\ #..
..~~~~~~%.###. #..
..~~~~~....#..
#..###..~~~~~......#
...#..~.~~~~~.....#
#......~~~~......##
.S....~~~.~.....##
#rS....~~~.......#
#@rS...~~.........
#Sr....~~.......#.
#S....~~~......###
......~~~......###
..##...~~SS.....##
...# #.~~~S......##
#... #~~~~~S......#
#...#..~~~~~......#
...~~~~~.......


You could see an adder, 4 ball pythons and 3 rats.

Vanquished Creatures
  An orc priest (D:3)
  Ijyb (D:3)
  An iguana (D:4)
  6 adders
  A river rat (Sewer)
  2 worms
  2 dart slugs
  4 orcs
  7 endoplasms
  5 giant cockroaches
  8 hobgoblins
  2 jackals (D:3)
  6 quokkas
  4 ball pythons
  5 bats
  4 frilled lizards
  7 goblins
  10 kobolds
  11 rats
87 creatures vanquished.

Notes
Turn   | Place    | Note
-------+----------+-------------------------------------------
     0 | D:1      | qw the Gargoyle Fighter began the quest for the Orb.
     0 | D:1      | Reached XP level 1. HP: 14/14 MP: 1/1
     0 | D:1      | 0 ||| qw: Version: 0.3-a-9-g12657ce
     0 | D:1      | 0 ||| qw: Game counter: 1593
     0 | D:1      | 0 ||| qw: Always use a shield: true
     0 | D:1      | 0 ||| qw: God list: Okawaru
     0 | D:1      | 0 ||| qw: Allow faded altars: false
     0 | D:1      | 0 ||| qw: Do Orc after D:15 true
     0 | D:1      | 0 ||| qw: Do second Lair branch before Depths: true
     0 | D:1      | 0 ||| qw: Lair rune preference: random
     0 | D:1      | 0 ||| qw: Plans: Normal, Zot:1-4, Slime:5, God:TSO, Crypt,
                  | Tomb, Abyss, Pan, Hells, Win
     0 | D:1      | 0 ||| PLANNING D:1-11
    39 | D:1      | Reached skill level 2 in Axes
   253 | D:1      | Reached XP level 2. HP: 19/19 MP: 2/2
   324 | D:1      | 324 ||| DROPPING +0 club.
   386 | D:1      | Found Mohamuj's Antique Armour Boutique.
   398 | D:1      | 398 ||| SHOPLISTING faintly glowing ring mail (270 gold,
                  | have 61).
   398 | D:1      | 398 ||| SHOPLISTING glowing chain mail (225 gold, have 61).
   398 | D:1      | 398 ||| SHOPLISTING glowing orb (360 gold, have 61).
   398 | D:1      | 398 ||| SHOPLISTING pair of boots (135 gold, have 61).
   398 | D:1      | 398 ||| SHOPLISTING runed leather armour (150 gold, have
                  | 61).
   398 | D:1      | 398 ||| SHOPLISTING shiny chain mail (225 gold, have 61).
   663 | D:1      | 663 ||| UPGRADING to amulet of regeneration.
   668 | D:1      | 668 ||| READING scroll labelled CIUPUR HIDY QUAT.
   669 | D:1      | 669 ||| DRINKING 2 blue potions.
   712 | D:2      | Reached skill level 3 in Axes
   736 | D:2      | Reached XP level 3. HP: 23/23 MP: 3/3
   838 | D:2      | 838 ||| Stepping ~*~*~tactically~*~*~ (stealth).
   969 | D:2      | Reached XP level 4. HP: 28/28 MP: 4/4
  1150 | D:2      | 1150 ||| UPGRADING to +0 pair of gloves.
  1155 | D:2      | 1155 ||| DROPPING amulet of magic regeneration.
  1156 | D:2      | 1156 ||| UPGRADING to +5 ring of evasion.
  1157 | D:2      | 1157 ||| READING 2 scrolls labelled ZIOPRU QI DOU.
  1158 | D:2      | 1158 ||| READING scroll labelled YRONWI VUL SUANA.
  1159 | D:2      | 1159 ||| READING scroll labelled NEW ZYEGUXTI.
  1160 | D:2      | 1160 ||| DRINKING 2 fizzy red potions.
  1264 | D:2      | 1264 ||| DROPPING potion of berserk rage.
  1265 | D:2      | 1265 ||| DROPPING scroll of fog.
  1291 | D:3      | 1291 ||| STAIRDANCE
  1294 | D:2      | Reached skill level 4 in Axes
  1311 | D:3      | 1311 ||| Stepping ~*~*~tactically~*~*~ (stealth).
  1314 | D:3      | 1314 ||| Stepping ~*~*~tactically~*~*~ (hiding).
  1316 | D:3      | 1316 ||| Stepping ~*~*~tactically~*~*~ (hiding).
  1328 | D:3      | Found a broken altar of Ashenzari.
  1453 | D:3      | Noticed Ijyb
  1454 | D:3      | 1454 ||| Stepping ~*~*~tactically~*~*~ (hiding).
  1460 | D:3      | Killed Ijyb
  1553 | D:3      | 1553 ||| Stepping ~*~*~tactically~*~*~ (stealth).
  1569 | D:3      | 1569 ||| Stepping ~*~*~tactically~*~*~ (stealth).
  1579 | D:3      | Found Nooheagu's Antique Weapon Boutique.
  1717 | D:3      | Reached XP level 5. HP: 32/32 MP: 5/5
  1968 | D:3      | HP: 7/32 [orc priest/divine providence (10)]
  1969 | D:3      | 1969 ||| DRINKING 3 potions of heal wounds.
  1973 | D:3      | Reached skill level 1 in Throwing
  2041 | D:3      | 2041 ||| DROPPING +0 mace.
  2163 | D:3      | 2163 ||| UPGRADING to +0 pair of boots.
  2168 | D:3      | 2168 ||| UPGRADING to +0 cloak.
  2173 | D:3      | 2173 ||| READING 2 scrolls labelled PAUGHU DOLOUL.
  2176 | D:3      | 2176 ||| READING scroll labelled BUIRGHI DIOVEO.
  2177 | D:3      | 2177 ||| READING scroll labelled SIFON LABYET.
  2178 | D:3      | 2178 ||| READING 3 scrolls of identify.
  2178 | D:3      | 2178 ||| IDENTIFYING puce potion
  2179 | D:3      | 2179 ||| READING 2 scrolls of identify.
  2179 | D:3      | 2179 ||| IDENTIFYING metallic yellow potion
  2180 | D:3      | 2180 ||| DROPPING potion of degeneration.
  2232 | D:4      | 2232 ||| PLANNING SEWER
  2237 | D:4      | Reached skill level 5 in Axes
  2278 | D:4      | Found a glowing drain.
  2290 | Sewer    | Entered a sewer
  2344 | Sewer    | Reached XP level 6. HP: 37/37 MP: 6/6
  2459 | Sewer    | 2459 ||| UPGRADING to +0 chain mail.
  2464 | Sewer    | 2464 ||| UPGRADING to +0 scale mail.
  2469 | Sewer    | 2469 ||| UPGRADING to +0 chain mail.
  2470 | Sewer    | 2470 ||| UPGRADING to +0 chain mail.
  2471 | Sewer    | 2471 ||| UPGRADING to +0 chain mail.
  2472 | Sewer    | 2472 ||| UPGRADING to +0 chain mail.
  2473 | Sewer    | 2473 ||| UPGRADING to +0 chain mail.
  2474 | Sewer    | 2474 ||| UPGRADING to +0 chain mail.
  2475 | Sewer    | 2475 ||| UPGRADING to +0 chain mail.
  2476 | Sewer    | 2476 ||| UPGRADING to +0 chain mail.
  2477 | Sewer    | 2477 ||| UPGRADING to +0 chain mail.
  2478 | Sewer    | 2478 ||| UPGRADING to +0 chain mail.
  2479 | Sewer    | 2479 ||| UPGRADING to +0 chain mail.
  2480 | Sewer    | 2480 ||| UPGRADING to +0 chain mail.
  2481 | Sewer    | 2481 ||| UPGRADING to +0 chain mail.
  2482 | Sewer    | 2482 ||| UPGRADING to +0 chain mail.
  2483 | Sewer    | 2483 ||| UPGRADING to +0 chain mail.
  2484 | Sewer    | 2484 ||| UPGRADING to +0 chain mail.
  2485 | Sewer    | 2485 ||| UPGRADING to +0 chain mail.
  2486 | Sewer    | 2486 ||| UPGRADING to +0 chain mail.
  2487 | Sewer    | 2487 ||| UPGRADING to +0 chain mail.
  2488 | Sewer    | 2488 ||| UPGRADING to +0 chain mail.
  2489 | Sewer    | 2489 ||| UPGRADING to +0 chain mail.
  2490 | Sewer    | 2490 ||| UPGRADING to +0 chain mail.
  2491 | Sewer    | 2491 ||| UPGRADING to +0 chain mail.
  2492 | Sewer    | 2492 ||| UPGRADING to +0 chain mail.
  2493 | Sewer    | 2493 ||| UPGRADING to +0 chain mail.
  2494 | Sewer    | 2494 ||| UPGRADING to +0 chain mail.
  2495 | Sewer    | 2495 ||| UPGRADING to +0 chain mail.
  2496 | Sewer    | 2496 ||| UPGRADING to +0 chain mail.
  2497 | Sewer    | 2497 ||| UPGRADING to +0 chain mail.
  2498 | Sewer    | 2498 ||| UPGRADING to +0 chain mail.
  2499 | Sewer    | 2499 ||| UPGRADING to +0 chain mail.
  2500 | Sewer    | 2500 ||| UPGRADING to +0 chain mail.
  2501 | Sewer    | 2501 ||| UPGRADING to +0 chain mail.
  2502 | Sewer    | 2502 ||| UPGRADING to +0 chain mail.
  2503 | Sewer    | 2503 ||| UPGRADING to +0 chain mail.
  2504 | Sewer    | 2504 ||| UPGRADING to +0 chain mail.
  2505 | Sewer    | 2505 ||| UPGRADING to +0 chain mail.
  2506 | Sewer    | 2506 ||| UPGRADING to +0 chain mail.
  2507 | Sewer    | 2507 ||| UPGRADING to +0 chain mail.
  2508 | Sewer    | 2508 ||| UPGRADING to +0 chain mail.
  2509 | Sewer    | 2509 ||| UPGRADING to +0 chain mail.
  2510 | Sewer    | 2510 ||| UPGRADING to +0 chain mail.
  2511 | Sewer    | 2511 ||| UPGRADING to +0 chain mail.
  2512 | Sewer    | 2512 ||| UPGRADING to +0 chain mail.
  2513 | Sewer    | 2513 ||| UPGRADING to +0 chain mail.
  2514 | Sewer    | 2514 ||| UPGRADING to +0 chain mail.
  2515 | Sewer    | 2515 ||| UPGRADING to +0 chain mail.
  2516 | Sewer    | 2516 ||| UPGRADING to +0 chain mail.
  2517 | Sewer    | 2517 ||| UPGRADING to +0 chain mail.
  2518 | Sewer    | 2518 ||| UPGRADING to +0 chain mail.
  2519 | Sewer    | 2519 ||| UPGRADING to +0 chain mail.
  2520 | Sewer    | 2520 ||| UPGRADING to +0 chain mail.
  2521 | Sewer    | 2521 ||| UPGRADING to +0 chain mail.
  2522 | Sewer    | 2522 ||| UPGRADING to +0 chain mail.
  2523 | Sewer    | 2523 ||| UPGRADING to +0 chain mail.
  2524 | Sewer    | 2524 ||| UPGRADING to +0 chain mail.
  2525 | Sewer    | 2525 ||| UPGRADING to +0 chain mail.
  2526 | Sewer    | 2526 ||| UPGRADING to +0 chain mail.
  2527 | Sewer    | 2527 ||| UPGRADING to +0 chain mail.
  2528 | Sewer    | 2528 ||| UPGRADING to +0 chain mail.
  2529 | Sewer    | 2529 ||| UPGRADING to +0 chain mail.
  2530 | Sewer    | 2530 ||| UPGRADING to +0 chain mail.
  2531 | Sewer    | 2531 ||| UPGRADING to +0 chain mail.
  2532 | Sewer    | 2532 ||| UPGRADING to +0 chain mail.
  2533 | Sewer    | 2533 ||| UPGRADING to +0 chain mail.
  2534 | Sewer    | 2534 ||| UPGRADING to +0 chain mail.
  2535 | Sewer    | 2535 ||| UPGRADING to +0 chain mail.
  2536 | Sewer    | 2536 ||| UPGRADING to +0 chain mail.
  2537 | Sewer    | 2537 ||| UPGRADING to +0 chain mail.
  2538 | Sewer    | 2538 ||| UPGRADING to +0 chain mail.
  2539 | Sewer    | 2539 ||| UPGRADING to +0 chain mail.
  2540 | Sewer    | 2540 ||| UPGRADING to +0 chain mail.
  2541 | Sewer    | 2541 ||| UPGRADING to +0 chain mail.
  2542 | Sewer    | 2542 ||| UPGRADING to +0 chain mail.
  2543 | Sewer    | 2543 ||| UPGRADING to +0 chain mail.
  2544 | Sewer    | 2544 ||| UPGRADING to +0 chain mail.
  2545 | Sewer    | 2545 ||| UPGRADING to +0 chain mail.
  2546 | Sewer    | 2546 ||| UPGRADING to +0 chain mail.
  2547 | Sewer    | 2547 ||| UPGRADING to +0 chain mail.
  2548 | Sewer    | 2548 ||| UPGRADING to +0 chain mail.
  2549 | Sewer    | 2549 ||| UPGRADING to +0 chain mail.
  2550 | Sewer    | 2550 ||| UPGRADING to +0 chain mail.
  2551 | Sewer    | 2551 ||| UPGRADING to +0 chain mail.
  2552 | Sewer    | 2552 ||| UPGRADING to +0 chain mail.
  2553 | Sewer    | 2553 ||| UPGRADING to +0 chain mail.
  2554 | Sewer    | 2554 ||| UPGRADING to +0 chain mail.
  2555 | Sewer    | 2555 ||| UPGRADING to +0 chain mail.
  2556 | Sewer    | 2556 ||| UPGRADING to +0 chain mail.
  2557 | Sewer    | 2557 ||| UPGRADING to +0 chain mail.
  2558 | Sewer    | 2558 ||| UPGRADING to +0 chain mail.
  2559 | Sewer    | 2559 ||| UPGRADING to +0 chain mail.
  2560 | Sewer    | 2560 ||| UPGRADING to +0 chain mail.
  2561 | Sewer    | 2561 ||| UPGRADING to +0 chain mail.
  2562 | Sewer    | 2562 ||| UPGRADING to +0 chain mail.
  2563 | Sewer    | 2563 ||| UPGRADING to +0 chain mail.
  2564 | Sewer    | 2564 ||| UPGRADING to +0 chain mail.
  2565 | Sewer    | 2565 ||| UPGRADING to +0 chain mail.
  2566 | Sewer    | 2566 ||| UPGRADING to +0 chain mail.
  2567 | Sewer    | 2567 ||| UPGRADING to +0 chain mail.
  2568 | Sewer    | 2568 ||| UPGRADING to +0 chain mail.
  2569 | Sewer    | 2569 ||| UPGRADING to +0 chain mail.
  2570 | Sewer    | 2570 ||| UPGRADING to +0 chain mail.
  2571 | Sewer    | 2571 ||| UPGRADING to +0 chain mail.
  2572 | Sewer    | 2572 ||| UPGRADING to +0 chain mail.
  2573 | Sewer    | 2573 ||| UPGRADING to +0 chain mail.
  2574 | Sewer    | 2574 ||| UPGRADING to +0 chain mail.
  2575 | Sewer    | 2575 ||| UPGRADING to +0 chain mail.
  2576 | Sewer    | 2576 ||| UPGRADING to +0 chain mail.
  2577 | Sewer    | 2577 ||| UPGRADING to +0 chain mail.
  2578 | Sewer    | 2578 ||| UPGRADING to +0 chain mail.
  2579 | Sewer    | 2579 ||| UPGRADING to +0 chain mail.
  2580 | Sewer    | 2580 ||| UPGRADING to +0 chain mail.
  2581 | Sewer    | 2581 ||| UPGRADING to +0 chain mail.
  2582 | Sewer    | 2582 ||| UPGRADING to +0 chain mail.
  2583 | Sewer    | 2583 ||| UPGRADING to +0 chain mail.
  2584 | Sewer    | 2584 ||| UPGRADING to +0 chain mail.
  2585 | Sewer    | 2585 ||| UPGRADING to +0 chain mail.
  2586 | Sewer    | 2586 ||| UPGRADING to +0 chain mail.
  2587 | Sewer    | 2587 ||| UPGRADING to +0 chain mail.
  2588 | Sewer    | 2588 ||| UPGRADING to +0 chain mail.
  2589 | Sewer    | 2589 ||| UPGRADING to +0 chain mail.
  2590 | Sewer    | 2590 ||| UPGRADING to +0 chain mail.
  2591 | Sewer    | 2591 ||| UPGRADING to +0 chain mail.
  2592 | Sewer    | 2592 ||| UPGRADING to +0 chain mail.
  2593 | Sewer    | 2593 ||| UPGRADING to +0 chain mail.
  2594 | Sewer    | 2594 ||| UPGRADING to +0 chain mail.
  2595 | Sewer    | 2595 ||| UPGRADING to +0 chain mail.
  2596 | Sewer    | 2596 ||| UPGRADING to +0 chain mail.
  2597 | Sewer    | 2597 ||| UPGRADING to +0 chain mail.
  2598 | Sewer    | 2598 ||| UPGRADING to +0 chain mail.
  2599 | Sewer    | 2599 ||| UPGRADING to +0 chain mail.
  2600 | Sewer    | 2600 ||| UPGRADING to +0 chain mail.
  2601 | Sewer    | 2601 ||| UPGRADING to +0 chain mail.
  2602 | Sewer    | 2602 ||| UPGRADING to +0 chain mail.
  2603 | Sewer    | 2603 ||| UPGRADING to +0 chain mail.
  2604 | Sewer    | 2604 ||| UPGRADING to +0 chain mail.
  2605 | Sewer    | 2605 ||| UPGRADING to +0 chain mail.
  2606 | Sewer    | 2606 ||| UPGRADING to +0 chain mail.
  2607 | Sewer    | 2607 ||| UPGRADING to +0 chain mail.
  2608 | Sewer    | 2608 ||| UPGRADING to +0 chain mail.
  2609 | Sewer    | 2609 ||| UPGRADING to +0 chain mail.
  2610 | Sewer    | 2610 ||| UPGRADING to +0 chain mail.
  2611 | Sewer    | 2611 ||| UPGRADING to +0 chain mail.
  2612 | Sewer    | 2612 ||| UPGRADING to +0 chain mail.
  2613 | Sewer    | 2613 ||| UPGRADING to +0 chain mail.
  2614 | Sewer    | 2614 ||| UPGRADING to +0 chain mail.
  2615 | Sewer    | 2615 ||| UPGRADING to +0 chain mail.
  2616 | Sewer    | 2616 ||| UPGRADING to +0 chain mail.
  2617 | Sewer    | 2617 ||| UPGRADING to +0 chain mail.
  2618 | Sewer    | 2618 ||| UPGRADING to +0 chain mail.
  2619 | Sewer    | 2619 ||| UPGRADING to +0 chain mail.
  2620 | Sewer    | 2620 ||| UPGRADING to +0 chain mail.
  2621 | Sewer    | 2621 ||| UPGRADING to +0 chain mail.
  2622 | Sewer    | 2622 ||| UPGRADING to +0 chain mail.
  2623 | Sewer    | 2623 ||| UPGRADING to +0 chain mail.
  2624 | Sewer    | 2624 ||| UPGRADING to +0 chain mail.
  2625 | Sewer    | 2625 ||| UPGRADING to +0 chain mail.
  2626 | Sewer    | 2626 ||| UPGRADING to +0 chain mail.
  2627 | Sewer    | 2627 ||| UPGRADING to +0 chain mail.
  2628 | Sewer    | 2628 ||| UPGRADING to +0 chain mail.
  2629 | Sewer    | 2629 ||| UPGRADING to +0 chain mail.
  2630 | Sewer    | 2630 ||| UPGRADING to +0 chain mail.
  2631 | Sewer    | 2631 ||| UPGRADING to +0 chain mail.
  2632 | Sewer    | 2632 ||| UPGRADING to +0 chain mail.
  2633 | Sewer    | 2633 ||| UPGRADING to +0 chain mail.
  2634 | Sewer    | 2634 ||| UPGRADING to +0 chain mail.
  2635 | Sewer    | 2635 ||| UPGRADING to +0 chain mail.
  2636 | Sewer    | 2636 ||| UPGRADING to +0 chain mail.
  2637 | Sewer    | 2637 ||| UPGRADING to +0 chain mail.
  2638 | Sewer    | 2638 ||| UPGRADING to +0 chain mail.
  2639 | Sewer    | 2639 ||| UPGRADING to +0 chain mail.
  2640 | Sewer    | 2640 ||| UPGRADING to +0 chain mail.
  2641 | Sewer    | 2641 ||| UPGRADING to +0 chain mail.
  2642 | Sewer    | 2642 ||| UPGRADING to +0 chain mail.
  2643 | Sewer    | 2643 ||| UPGRADING to +0 chain mail.
  2644 | Sewer    | 2644 ||| UPGRADING to +0 chain mail.
  2645 | Sewer    | 2645 ||| UPGRADING to +0 chain mail.
  2646 | Sewer    | 2646 ||| UPGRADING to +0 chain mail.
  2647 | Sewer    | 2647 ||| UPGRADING to +0 chain mail.
  2648 | Sewer    | 2648 ||| UPGRADING to +0 chain mail.
  2649 | Sewer    | 2649 ||| UPGRADING to +0 chain mail.
  2650 | Sewer    | 2650 ||| UPGRADING to +0 chain mail.
  2651 | Sewer    | 2651 ||| UPGRADING to +0 chain mail.
  2652 | Sewer    | 2652 ||| UPGRADING to +0 chain mail.
  2653 | Sewer    | 2653 ||| UPGRADING to +0 chain mail.
  2654 | Sewer    | 2654 ||| UPGRADING to +0 chain mail.
  2655 | Sewer    | 2655 ||| UPGRADING to +0 chain mail.
  2656 | Sewer    | 2656 ||| UPGRADING to +0 chain mail.
  2657 | Sewer    | 2657 ||| UPGRADING to +0 chain mail.
  2658 | Sewer    | 2658 ||| UPGRADING to +0 chain mail.
  2659 | Sewer    | 2659 ||| UPGRADING to +0 chain mail.
  2660 | Sewer    | 2660 ||| UPGRADING to +0 chain mail.
  2661 | Sewer    | 2661 ||| UPGRADING to +0 chain mail.
  2662 | Sewer    | 2662 ||| UPGRADING to +0 chain mail.
  2663 | Sewer    | 2663 ||| UPGRADING to +0 chain mail.
  2664 | Sewer    | 2664 ||| UPGRADING to +0 chain mail.
  2665 | Sewer    | 2665 ||| UPGRADING to +0 chain mail.
  2666 | Sewer    | 2666 ||| UPGRADING to +0 chain mail.
  2667 | Sewer    | 2667 ||| UPGRADING to +0 chain mail.
  2668 | Sewer    | 2668 ||| UPGRADING to +0 chain mail.
  2669 | Sewer    | 2669 ||| UPGRADING to +0 chain mail.
  2670 | Sewer    | 2670 ||| UPGRADING to +0 chain mail.
  2671 | Sewer    | 2671 ||| UPGRADING to +0 chain mail.
  2672 | Sewer    | 2672 ||| UPGRADING to +0 chain mail.
  2673 | Sewer    | 2673 ||| UPGRADING to +0 chain mail.
  2674 | Sewer    | 2674 ||| UPGRADING to +0 chain mail.
  2675 | Sewer    | 2675 ||| UPGRADING to +0 chain mail.
  2676 | Sewer    | 2676 ||| UPGRADING to +0 chain mail.
  2677 | Sewer    | 2677 ||| UPGRADING to +0 chain mail.
  2678 | Sewer    | 2678 ||| UPGRADING to +0 chain mail.
  2679 | Sewer    | 2679 ||| UPGRADING to +0 chain mail.
  2680 | Sewer    | 2680 ||| UPGRADING to +0 chain mail.
  2681 | Sewer    | 2681 ||| UPGRADING to +0 chain mail.
  2682 | Sewer    | 2682 ||| UPGRADING to +0 chain mail.
  2683 | Sewer    | 2683 ||| UPGRADING to +0 chain mail.
  2684 | Sewer    | 2684 ||| UPGRADING to +0 chain mail.
  2685 | Sewer    | 2685 ||| UPGRADING to +0 chain mail.
  2686 | Sewer    | 2686 ||| UPGRADING to +0 chain mail.
  2687 | Sewer    | 2687 ||| UPGRADING to +0 chain mail.
  2688 | Sewer    | 2688 ||| UPGRADING to +0 chain mail.
  2689 | Sewer    | 2689 ||| UPGRADING to +0 chain mail.
  2690 | Sewer    | 2690 ||| UPGRADING to +0 chain mail.
  2691 | Sewer    | 2691 ||| UPGRADING to +0 chain mail.
  2692 | Sewer    | 2692 ||| UPGRADING to +0 chain mail.
  2693 | Sewer    | 2693 ||| UPGRADING to +0 chain mail.
  2694 | Sewer    | 2694 ||| UPGRADING to +0 chain mail.
  2695 | Sewer    | 2695 ||| UPGRADING to +0 chain mail.
  2696 | Sewer    | 2696 ||| UPGRADING to +0 chain mail.
  2697 | Sewer    | 2697 ||| UPGRADING to +0 chain mail.
  2698 | Sewer    | 2698 ||| UPGRADING to +0 chain mail.
  2699 | Sewer    | 2699 ||| UPGRADING to +0 chain mail.
  2700 | Sewer    | 2700 ||| UPGRADING to +0 chain mail.
  2701 | Sewer    | 2701 ||| UPGRADING to +0 chain mail.
  2702 | Sewer    | 2702 ||| UPGRADING to +0 chain mail.
  2703 | Sewer    | 2703 ||| UPGRADING to +0 chain mail.
  2704 | Sewer    | 2704 ||| UPGRADING to +0 chain mail.
  2705 | Sewer    | 2705 ||| UPGRADING to +0 chain mail.
  2706 | Sewer    | 2706 ||| UPGRADING to +0 chain mail.
  2707 | Sewer    | 2707 ||| UPGRADING to +0 chain mail.
  2708 | Sewer    | 2708 ||| UPGRADING to +0 chain mail.
  2709 | Sewer    | 2709 ||| UPGRADING to +0 chain mail.
  2710 | Sewer    | 2710 ||| UPGRADING to +0 chain mail.
  2711 | Sewer    | 2711 ||| UPGRADING to +0 chain mail.
  2712 | Sewer    | 2712 ||| UPGRADING to +0 chain mail.
  2713 | Sewer    | 2713 ||| UPGRADING to +0 chain mail.
  2714 | Sewer    | 2714 ||| UPGRADING to +0 chain mail.
  2715 | Sewer    | 2715 ||| UPGRADING to +0 chain mail.
  2716 | Sewer    | 2716 ||| UPGRADING to +0 chain mail.
  2717 | Sewer    | 2717 ||| UPGRADING to +0 chain mail.
  2718 | Sewer    | 2718 ||| UPGRADING to +0 chain mail.
  2719 | Sewer    | 2719 ||| UPGRADING to +0 chain mail.
  2720 | Sewer    | 2720 ||| UPGRADING to +0 chain mail.
  2721 | Sewer    | 2721 ||| UPGRADING to +0 chain mail.
  2722 | Sewer    | 2722 ||| UPGRADING to +0 chain mail.
  2723 | Sewer    | 2723 ||| UPGRADING to +0 chain mail.
  2724 | Sewer    | 2724 ||| UPGRADING to +0 chain mail.
  2725 | Sewer    | 2725 ||| UPGRADING to +0 chain mail.
  2726 | Sewer    | 2726 ||| UPGRADING to +0 chain mail.
  2727 | Sewer    | 2727 ||| UPGRADING to +0 chain mail.
  2728 | Sewer    | 2728 ||| UPGRADING to +0 chain mail.
  2729 | Sewer    | 2729 ||| UPGRADING to +0 chain mail.
  2730 | Sewer    | 2730 ||| UPGRADING to +0 chain mail.
  2731 | Sewer    | 2731 ||| UPGRADING to +0 chain mail.
  2732 | Sewer    | 2732 ||| UPGRADING to +0 chain mail.
  2733 | Sewer    | 2733 ||| UPGRADING to +0 chain mail.
  2734 | Sewer    | 2734 ||| UPGRADING to +0 chain mail.
  2735 | Sewer    | 2735 ||| UPGRADING to +0 chain mail.
  2736 | Sewer    | 2736 ||| UPGRADING to +0 chain mail.
  2737 | Sewer    | 2737 ||| UPGRADING to +0 chain mail.
  2738 | Sewer    | 2738 ||| UPGRADING to +0 chain mail.
  2739 | Sewer    | 2739 ||| UPGRADING to +0 chain mail.
  2740 | Sewer    | 2740 ||| UPGRADING to +0 chain mail.
  2741 | Sewer    | 2741 ||| UPGRADING to +0 chain mail.
  2742 | Sewer    | 2742 ||| UPGRADING to +0 chain mail.
  2743 | Sewer    | 2743 ||| UPGRADING to +0 chain mail.
  2744 | Sewer    | 2744 ||| UPGRADING to +0 chain mail.
  2745 | Sewer    | 2745 ||| UPGRADING to +0 chain mail.
  2746 | Sewer    | 2746 ||| UPGRADING to +0 chain mail.
  2747 | Sewer    | 2747 ||| UPGRADING to +0 chain mail.
  2748 | Sewer    | 2748 ||| UPGRADING to +0 chain mail.
  2749 | Sewer    | 2749 ||| UPGRADING to +0 chain mail.
  2750 | Sewer    | 2750 ||| UPGRADING to +0 chain mail.
  2751 | Sewer    | 2751 ||| UPGRADING to +0 chain mail.
  2752 | Sewer    | 2752 ||| UPGRADING to +0 chain mail.
  2753 | Sewer    | 2753 ||| UPGRADING to +0 chain mail.
  2754 | Sewer    | 2754 ||| UPGRADING to +0 chain mail.
  2755 | Sewer    | 2755 ||| UPGRADING to +0 chain mail.
  2756 | Sewer    | 2756 ||| UPGRADING to +0 chain mail.
  2757 | Sewer    | 2757 ||| UPGRADING to +0 chain mail.
  2758 | Sewer    | 2758 ||| UPGRADING to +0 chain mail.
  2759 | Sewer    | 2759 ||| UPGRADING to +0 chain mail.
  2760 | Sewer    | 2760 ||| UPGRADING to +0 chain mail.
  2761 | Sewer    | 2761 ||| UPGRADING to +0 chain mail.
  2762 | Sewer    | 2762 ||| UPGRADING to +0 chain mail.
  2763 | Sewer    | 2763 ||| UPGRADING to +0 chain mail.
  2764 | Sewer    | 2764 ||| UPGRADING to +0 chain mail.
  2765 | Sewer    | 2765 ||| UPGRADING to +0 chain mail.
  2766 | Sewer    | 2766 ||| UPGRADING to +0 chain mail.
  2767 | Sewer    | 2767 ||| UPGRADING to +0 chain mail.
  2768 | Sewer    | 2768 ||| UPGRADING to +0 chain mail.
  2769 | Sewer    | 2769 ||| UPGRADING to +0 chain mail.
  2770 | Sewer    | 2770 ||| UPGRADING to +0 chain mail.
  2771 | Sewer    | 2771 ||| UPGRADING to +0 chain mail.
  2772 | Sewer    | 2772 ||| UPGRADING to +0 chain mail.
  2773 | Sewer    | 2773 ||| UPGRADING to +0 chain mail.
  2774 | Sewer    | 2774 ||| UPGRADING to +0 chain mail.
  2775 | Sewer    | 2775 ||| UPGRADING to +0 chain mail.
  2776 | Sewer    | 2776 ||| UPGRADING to +0 chain mail.
  2777 | Sewer    | 2777 ||| UPGRADING to +0 chain mail.
  2778 | Sewer    | 2778 ||| UPGRADING to +0 chain mail.
  2779 | Sewer    | 2779 ||| UPGRADING to +0 chain mail.
  2780 | Sewer    | 2780 ||| UPGRADING to +0 chain mail.
  2781 | Sewer    | 2781 ||| UPGRADING to +0 chain mail.
  2782 | Sewer    | 2782 ||| UPGRADING to +0 chain mail.
  2783 | Sewer    | 2783 ||| UPGRADING to +0 chain mail.
  2784 | Sewer    | 2784 ||| UPGRADING to +0 chain mail.
  2785 | Sewer    | 2785 ||| UPGRADING to +0 chain mail.
  2786 | Sewer    | 2786 ||| UPGRADING to +0 chain mail.
  2787 | Sewer    | 2787 ||| UPGRADING to +0 chain mail.
  2788 | Sewer    | 2788 ||| UPGRADING to +0 chain mail.
  2789 | Sewer    | 2789 ||| UPGRADING to +0 chain mail.
  2790 | Sewer    | 2790 ||| UPGRADING to +0 chain mail.
  2791 | Sewer    | 2791 ||| UPGRADING to +0 chain mail.
  2792 | Sewer    | 2792 ||| UPGRADING to +0 chain mail.
  2793 | Sewer    | 2793 ||| UPGRADING to +0 chain mail.
  2794 | Sewer    | 2794 ||| UPGRADING to +0 chain mail.
  2795 | Sewer    | 2795 ||| UPGRADING to +0 chain mail.
  2796 | Sewer    | 2796 ||| UPGRADING to +0 chain mail.
  2797 | Sewer    | 2797 ||| UPGRADING to +0 chain mail.
  2798 | Sewer    | 2798 ||| UPGRADING to +0 chain mail.
  2799 | Sewer    | 2799 ||| UPGRADING to +0 chain mail.
  2800 | Sewer    | 2800 ||| UPGRADING to +0 chain mail.
  2801 | Sewer    | 2801 ||| UPGRADING to +0 chain mail.
  2802 | Sewer    | 2802 ||| UPGRADING to +0 chain mail.
  2803 | Sewer    | 2803 ||| UPGRADING to +0 chain mail.
  2804 | Sewer    | 2804 ||| UPGRADING to +0 chain mail.
  2805 | Sewer    | 2805 ||| UPGRADING to +0 chain mail.
  2806 | Sewer    | 2806 ||| UPGRADING to +0 chain mail.
  2807 | Sewer    | 2807 ||| UPGRADING to +0 chain mail.
  2808 | Sewer    | 2808 ||| UPGRADING to +0 chain mail.
  2809 | Sewer    | 2809 ||| UPGRADING to +0 chain mail.
  2810 | Sewer    | 2810 ||| UPGRADING to +0 chain mail.
  2811 | Sewer    | 2811 ||| UPGRADING to +0 chain mail.
  2812 | Sewer    | 2812 ||| UPGRADING to +0 chain mail.
  2813 | Sewer    | 2813 ||| UPGRADING to +0 chain mail.
  2814 | Sewer    | 2814 ||| UPGRADING to +0 chain mail.
  2815 | Sewer    | 2815 ||| UPGRADING to +0 chain mail.
  2816 | Sewer    | 2816 ||| UPGRADING to +0 chain mail.
  2817 | Sewer    | 2817 ||| UPGRADING to +0 chain mail.
  2818 | Sewer    | 2818 ||| UPGRADING to +0 chain mail.
  2819 | Sewer    | 2819 ||| UPGRADING to +0 chain mail.
  2820 | Sewer    | 2820 ||| UPGRADING to +0 chain mail.
  2821 | Sewer    | 2821 ||| UPGRADING to +0 chain mail.
  2822 | Sewer    | 2822 ||| UPGRADING to +0 chain mail.
  2823 | Sewer    | 2823 ||| UPGRADING to +0 chain mail.
  2824 | Sewer    | 2824 ||| UPGRADING to +0 chain mail.
  2825 | Sewer    | 2825 ||| UPGRADING to +0 chain mail.
  2826 | Sewer    | 2826 ||| UPGRADING to +0 chain mail.
  2827 | Sewer    | 2827 ||| UPGRADING to +0 chain mail.
  2828 | Sewer    | 2828 ||| UPGRADING to +0 chain mail.
  2829 | Sewer    | 2829 ||| UPGRADING to +0 chain mail.
  2830 | Sewer    | 2830 ||| UPGRADING to +0 chain mail.
  2831 | Sewer    | 2831 ||| UPGRADING to +0 chain mail.
  2832 | Sewer    | 2832 ||| UPGRADING to +0 chain mail.
  2833 | Sewer    | 2833 ||| UPGRADING to +0 chain mail.
  2834 | Sewer    | 2834 ||| UPGRADING to +0 chain mail.
  2835 | Sewer    | 2835 ||| UPGRADING to +0 chain mail.
  2836 | Sewer    | 2836 ||| UPGRADING to +0 chain mail.
  2837 | Sewer    | 2837 ||| UPGRADING to +0 chain mail.
  2838 | Sewer    | 2838 ||| UPGRADING to +0 chain mail.
  2839 | Sewer    | 2839 ||| UPGRADING to +0 chain mail.
  2840 | Sewer    | 2840 ||| UPGRADING to +0 chain mail.
  2841 | Sewer    | 2841 ||| UPGRADING to +0 chain mail.
  2842 | Sewer    | 2842 ||| UPGRADING to +0 chain mail.
  2843 | Sewer    | 2843 ||| UPGRADING to +0 chain mail.
  2844 | Sewer    | 2844 ||| UPGRADING to +0 chain mail.
  2845 | Sewer    | 2845 ||| UPGRADING to +0 chain mail.
  2846 | Sewer    | 2846 ||| UPGRADING to +0 chain mail.
  2847 | Sewer    | 2847 ||| UPGRADING to +0 chain mail.
  2848 | Sewer    | 2848 ||| UPGRADING to +0 chain mail.
  2849 | Sewer    | 2849 ||| UPGRADING to +0 chain mail.
  2850 | Sewer    | 2850 ||| UPGRADING to +0 chain mail.
  2851 | Sewer    | 2851 ||| UPGRADING to +0 chain mail.
  2852 | Sewer    | 2852 ||| UPGRADING to +0 chain mail.
  2853 | Sewer    | 2853 ||| UPGRADING to +0 chain mail.
  2854 | Sewer    | 2854 ||| UPGRADING to +0 chain mail.
  2855 | Sewer    | 2855 ||| UPGRADING to +0 chain mail.
  2856 | Sewer    | 2856 ||| UPGRADING to +0 chain mail.
  2857 | Sewer    | 2857 ||| UPGRADING to +0 chain mail.
  2858 | Sewer    | 2858 ||| UPGRADING to +0 chain mail.
  2859 | Sewer    | 2859 ||| UPGRADING to +0 chain mail.
  2860 | Sewer    | 2860 ||| UPGRADING to +0 chain mail.
  2861 | Sewer    | 2861 ||| UPGRADING to +0 chain mail.
  2862 | Sewer    | 2862 ||| UPGRADING to +0 chain mail.
  2863 | Sewer    | 2863 ||| UPGRADING to +0 chain mail.
  2864 | Sewer    | 2864 ||| UPGRADING to +0 chain mail.
  2865 | Sewer    | 2865 ||| UPGRADING to +0 chain mail.
  2866 | Sewer    | 2866 ||| UPGRADING to +0 chain mail.
  2867 | Sewer    | 2867 ||| UPGRADING to +0 chain mail.
  2868 | Sewer    | 2868 ||| UPGRADING to +0 chain mail.
  2869 | Sewer    | 2869 ||| UPGRADING to +0 chain mail.
  2870 | Sewer    | 2870 ||| UPGRADING to +0 chain mail.
  2871 | Sewer    | 2871 ||| UPGRADING to +0 chain mail.
  2872 | Sewer    | 2872 ||| UPGRADING to +0 chain mail.
  2873 | Sewer    | 2873 ||| UPGRADING to +0 chain mail.
  2874 | Sewer    | 2874 ||| UPGRADING to +0 chain mail.
  2875 | Sewer    | 2875 ||| UPGRADING to +0 chain mail.
  2876 | Sewer    | 2876 ||| UPGRADING to +0 chain mail.
  2877 | Sewer    | 2877 ||| UPGRADING to +0 chain mail.
  2878 | Sewer    | 2878 ||| UPGRADING to +0 chain mail.
  2879 | Sewer    | 2879 ||| UPGRADING to +0 chain mail.
  2880 | Sewer    | 2880 ||| UPGRADING to +0 chain mail.
  2881 | Sewer    | 2881 ||| UPGRADING to +0 chain mail.
  2882 | Sewer    | 2882 ||| UPGRADING to +0 chain mail.
  2883 | Sewer    | 2883 ||| UPGRADING to +0 chain mail.
  2884 | Sewer    | 2884 ||| UPGRADING to +0 chain mail.
  2885 | Sewer    | 2885 ||| UPGRADING to +0 chain mail.
  2886 | Sewer    | 2886 ||| UPGRADING to +0 chain mail.
  2887 | Sewer    | 2887 ||| UPGRADING to +0 chain mail.
  2888 | Sewer    | 2888 ||| UPGRADING to +0 chain mail.
  2889 | Sewer    | 2889 ||| UPGRADING to +0 chain mail.
  2890 | Sewer    | 2890 ||| UPGRADING to +0 chain mail.
  2891 | Sewer    | 2891 ||| UPGRADING to +0 chain mail.
  2892 | Sewer    | 2892 ||| UPGRADING to +0 chain mail.
  2893 | Sewer    | 2893 ||| UPGRADING to +0 chain mail.
  2894 | Sewer    | 2894 ||| UPGRADING to +0 chain mail.
  2895 | Sewer    | 2895 ||| UPGRADING to +0 chain mail.
  2896 | Sewer    | 2896 ||| UPGRADING to +0 chain mail.
  2897 | Sewer    | 2897 ||| UPGRADING to +0 chain mail.
  2898 | Sewer    | 2898 ||| UPGRADING to +0 chain mail.
  2899 | Sewer    | 2899 ||| UPGRADING to +0 chain mail.
  2900 | Sewer    | 2900 ||| UPGRADING to +0 chain mail.
  2901 | Sewer    | 2901 ||| UPGRADING to +0 chain mail.
  2902 | Sewer    | 2902 ||| UPGRADING to +0 chain mail.
  2903 | Sewer    | 2903 ||| UPGRADING to +0 chain mail.
  2904 | Sewer    | 2904 ||| UPGRADING to +0 chain mail.
  2905 | Sewer    | 2905 ||| UPGRADING to +0 chain mail.
  2906 | Sewer    | 2906 ||| UPGRADING to +0 chain mail.
  2907 | Sewer    | 2907 ||| UPGRADING to +0 chain mail.
  2908 | Sewer    | 2908 ||| UPGRADING to +0 chain mail.
  2909 | Sewer    | 2909 ||| UPGRADING to +0 chain mail.
  2910 | Sewer    | 2910 ||| UPGRADING to +0 chain mail.
  2911 | Sewer    | 2911 ||| UPGRADING to +0 chain mail.
  2912 | Sewer    | 2912 ||| UPGRADING to +0 chain mail.
  2913 | Sewer    | 2913 ||| UPGRADING to +0 chain mail.
  2914 | Sewer    | 2914 ||| UPGRADING to +0 chain mail.
  2915 | Sewer    | 2915 ||| UPGRADING to +0 chain mail.
  2916 | Sewer    | 2916 ||| UPGRADING to +0 chain mail.
  2917 | Sewer    | 2917 ||| UPGRADING to +0 chain mail.
  2918 | Sewer    | 2918 ||| UPGRADING to +0 chain mail.
  2919 | Sewer    | 2919 ||| UPGRADING to +0 chain mail.
  2920 | Sewer    | 2920 ||| UPGRADING to +0 chain mail.
  2921 | Sewer    | 2921 ||| UPGRADING to +0 chain mail.
  2922 | Sewer    | 2922 ||| UPGRADING to +0 chain mail.
  2923 | Sewer    | 2923 ||| UPGRADING to +0 chain mail.
  2924 | Sewer    | 2924 ||| UPGRADING to +0 chain mail.
  2925 | Sewer    | 2925 ||| UPGRADING to +0 chain mail.
  2926 | Sewer    | 2926 ||| UPGRADING to +0 chain mail.
  2927 | Sewer    | 2927 ||| UPGRADING to +0 chain mail.
  2928 | Sewer    | 2928 ||| UPGRADING to +0 chain mail.
  2929 | Sewer    | 2929 ||| UPGRADING to +0 chain mail.
  2930 | Sewer    | 2930 ||| UPGRADING to +0 chain mail.
  2931 | Sewer    | 2931 ||| UPGRADING to +0 chain mail.
  2932 | Sewer    | 2932 ||| UPGRADING to +0 chain mail.
  2933 | Sewer    | 2933 ||| UPGRADING to +0 chain mail.
  2934 | Sewer    | 2934 ||| UPGRADING to +0 chain mail.
  2935 | Sewer    | 2935 ||| UPGRADING to +0 chain mail.
  2936 | Sewer    | 2936 ||| UPGRADING to +0 chain mail.
  2937 | Sewer    | 2937 ||| UPGRADING to +0 chain mail.
  2938 | Sewer    | 2938 ||| UPGRADING to +0 chain mail.
  2939 | Sewer    | 2939 ||| UPGRADING to +0 chain mail.
  2940 | Sewer    | 2940 ||| UPGRADING to +0 chain mail.
  2941 | Sewer    | 2941 ||| UPGRADING to +0 chain mail.
  2942 | Sewer    | 2942 ||| UPGRADING to +0 chain mail.
  2943 | Sewer    | 2943 ||| UPGRADING to +0 chain mail.
  2944 | Sewer    | 2944 ||| UPGRADING to +0 chain mail.
  2945 | Sewer    | 2945 ||| UPGRADING to +0 chain mail.
  2946 | Sewer    | 2946 ||| UPGRADING to +0 chain mail.
  2947 | Sewer    | 2947 ||| UPGRADING to +0 chain mail.
  2948 | Sewer    | 2948 ||| UPGRADING to +0 chain mail.
  2949 | Sewer    | 2949 ||| UPGRADING to +0 chain mail.
  2950 | Sewer    | 2950 ||| UPGRADING to +0 chain mail.
  2951 | Sewer    | 2951 ||| UPGRADING to +0 chain mail.
  2952 | Sewer    | 2952 ||| UPGRADING to +0 chain mail.
  2953 | Sewer    | 2953 ||| UPGRADING to +0 chain mail.
  2954 | Sewer    | 2954 ||| UPGRADING to +0 chain mail.
  2955 | Sewer    | 2955 ||| UPGRADING to +0 chain mail.
  2956 | Sewer    | 2956 ||| UPGRADING to +0 chain mail.
  2957 | Sewer    | 2957 ||| UPGRADING to +0 chain mail.
  2958 | Sewer    | 2958 ||| UPGRADING to +0 chain mail.
  2959 | Sewer    | 2959 ||| UPGRADING to +0 chain mail.
  2960 | Sewer    | 2960 ||| UPGRADING to +0 chain mail.
  2961 | Sewer    | 2961 ||| UPGRADING to +0 chain mail.
  2962 | Sewer    | 2962 ||| UPGRADING to +0 chain mail.
  2963 | Sewer    | 2963 ||| UPGRADING to +0 chain mail.
  2964 | Sewer    | 2964 ||| UPGRADING to +0 chain mail.
  2965 | Sewer    | 2965 ||| UPGRADING to +0 chain mail.
  2966 | Sewer    | 2966 ||| UPGRADING to +0 chain mail.
  2967 | Sewer    | 2967 ||| UPGRADING to +0 chain mail.
  2968 | Sewer    | 2968 ||| UPGRADING to +0 chain mail.
  2969 | Sewer    | 2969 ||| UPGRADING to +0 chain mail.
  2970 | Sewer    | 2970 ||| UPGRADING to +0 chain mail.
  2971 | Sewer    | 2971 ||| UPGRADING to +0 chain mail.
  2972 | Sewer    | 2972 ||| UPGRADING to +0 chain mail.
  2973 | Sewer    | 2973 ||| UPGRADING to +0 chain mail.
  2974 | Sewer    | 2974 ||| UPGRADING to +0 chain mail.
  2975 | Sewer    | 2975 ||| UPGRADING to +0 chain mail.
  2976 | Sewer    | 2976 ||| UPGRADING to +0 chain mail.
  2977 | Sewer    | 2977 ||| UPGRADING to +0 chain mail.
  2978 | Sewer    | 2978 ||| UPGRADING to +0 chain mail.
  2979 | Sewer    | 2979 ||| UPGRADING to +0 chain mail.
  2980 | Sewer    | 2980 ||| UPGRADING to +0 chain mail.
  2981 | Sewer    | 2981 ||| UPGRADING to +0 chain mail.
  2982 | Sewer    | 2982 ||| UPGRADING to +0 chain mail.
  2983 | Sewer    | 2983 ||| UPGRADING to +0 chain mail.
  2984 | Sewer    | 2984 ||| UPGRADING to +0 chain mail.
  2985 | Sewer    | 2985 ||| UPGRADING to +0 chain mail.
  2986 | Sewer    | 2986 ||| UPGRADING to +0 chain mail.
  2987 | Sewer    | 2987 ||| UPGRADING to +0 chain mail.
  2988 | Sewer    | 2988 ||| UPGRADING to +0 chain mail.
  2989 | Sewer    | 2989 ||| UPGRADING to +0 chain mail.
  2990 | Sewer    | 2990 ||| UPGRADING to +0 chain mail.
  2991 | Sewer    | 2991 ||| UPGRADING to +0 chain mail.
  2992 | Sewer    | 2992 ||| UPGRADING to +0 chain mail.
  2993 | Sewer    | 2993 ||| UPGRADING to +0 chain mail.
  2994 | Sewer    | 2994 ||| UPGRADING to +0 chain mail.
  2995 | Sewer    | 2995 ||| UPGRADING to +0 chain mail.
  2996 | Sewer    | 2996 ||| UPGRADING to +0 chain mail.
  2997 | Sewer    | 2997 ||| UPGRADING to +0 chain mail.
  2998 | Sewer    | 2998 ||| UPGRADING to +0 chain mail.
  2999 | Sewer    | 2999 ||| UPGRADING to +0 chain mail.
  3000 | Sewer    | 3000 ||| UPGRADING to +0 chain mail.
  3001 | Sewer    | 3001 ||| UPGRADING to +0 chain mail.
  3002 | Sewer    | 3002 ||| UPGRADING to +0 chain mail.
  3003 | Sewer    | 3003 ||| UPGRADING to +0 chain mail.
  3004 | Sewer    | 3004 ||| UPGRADING to +0 chain mail.
  3005 | Sewer    | 3005 ||| UPGRADING to +0 chain mail.
  3006 | Sewer    | 3006 ||| UPGRADING to +0 chain mail.
  3007 | Sewer    | 3007 ||| UPGRADING to +0 chain mail.
  3008 | Sewer    | 3008 ||| UPGRADING to +0 chain mail.
  3009 | Sewer    | 3009 ||| UPGRADING to +0 chain mail.
  3010 | Sewer    | 3010 ||| UPGRADING to +0 chain mail.
  3011 | Sewer    | 3011 ||| UPGRADING to +0 chain mail.
  3012 | Sewer    | 3012 ||| UPGRADING to +0 chain mail.
  3013 | Sewer    | 3013 ||| UPGRADING to +0 chain mail.
  3014 | Sewer    | 3014 ||| UPGRADING to +0 chain mail.
  3015 | Sewer    | 3015 ||| UPGRADING to +0 chain mail.
  3016 | Sewer    | 3016 ||| UPGRADING to +0 chain mail.
  3017 | Sewer    | 3017 ||| UPGRADING to +0 chain mail.
  3018 | Sewer    | 3018 ||| UPGRADING to +0 chain mail.
  3019 | Sewer    | 3019 ||| UPGRADING to +0 chain mail.
  3020 | Sewer    | 3020 ||| UPGRADING to +0 chain mail.
  3021 | Sewer    | 3021 ||| UPGRADING to +0 chain mail.
  3022 | Sewer    | 3022 ||| UPGRADING to +0 chain mail.
  3023 | Sewer    | 3023 ||| UPGRADING to +0 chain mail.
  3024 | Sewer    | 3024 ||| UPGRADING to +0 chain mail.
  3025 | Sewer    | 3025 ||| UPGRADING to +0 chain mail.
  3026 | Sewer    | 3026 ||| UPGRADING to +0 chain mail.
  3027 | Sewer    | 3027 ||| UPGRADING to +0 chain mail.
  3028 | Sewer    | 3028 ||| UPGRADING to +0 chain mail.
  3029 | Sewer    | 3029 ||| UPGRADING to +0 chain mail.
  3030 | Sewer    | 3030 ||| UPGRADING to +0 chain mail.
  3031 | Sewer    | 3031 ||| UPGRADING to +0 chain mail.
  3032 | Sewer    | 3032 ||| UPGRADING to +0 chain mail.
  3033 | Sewer    | 3033 ||| UPGRADING to +0 chain mail.
  3034 | Sewer    | 3034 ||| UPGRADING to +0 chain mail.
  3035 | Sewer    | 3035 ||| UPGRADING to +0 chain mail.
  3036 | Sewer    | 3036 ||| UPGRADING to +0 chain mail.
  3037 | Sewer    | 3037 ||| UPGRADING to +0 chain mail.
  3038 | Sewer    | 3038 ||| UPGRADING to +0 chain mail.
  3039 | Sewer    | 3039 ||| UPGRADING to +0 chain mail.
  3040 | Sewer    | 3040 ||| UPGRADING to +0 chain mail.
  3041 | Sewer    | 3041 ||| UPGRADING to +0 chain mail.
  3042 | Sewer    | 3042 ||| UPGRADING to +0 chain mail.
  3043 | Sewer    | 3043 ||| UPGRADING to +0 chain mail.
  3044 | Sewer    | 3044 ||| UPGRADING to +0 chain mail.
  3045 | Sewer    | 3045 ||| UPGRADING to +0 chain mail.
  3046 | Sewer    | 3046 ||| UPGRADING to +0 chain mail.
  3047 | Sewer    | 3047 ||| UPGRADING to +0 chain mail.
  3048 | Sewer    | 3048 ||| UPGRADING to +0 chain mail.
  3049 | Sewer    | 3049 ||| UPGRADING to +0 chain mail.
  3050 | Sewer    | 3050 ||| UPGRADING to +0 chain mail.
  3051 | Sewer    | 3051 ||| UPGRADING to +0 chain mail.
  3052 | Sewer    | 3052 ||| UPGRADING to +0 chain mail.
  3053 | Sewer    | 3053 ||| UPGRADING to +0 chain mail.
  3054 | Sewer    | 3054 ||| UPGRADING to +0 chain mail.
  3055 | Sewer    | 3055 ||| UPGRADING to +0 chain mail.
  3056 | Sewer    | 3056 ||| UPGRADING to +0 chain mail.
  3057 | Sewer    | 3057 ||| UPGRADING to +0 chain mail.
  3058 | Sewer    | 3058 ||| UPGRADING to +0 chain mail.
  3059 | Sewer    | 3059 ||| UPGRADING to +0 chain mail.
  3060 | Sewer    | 3060 ||| UPGRADING to +0 chain mail.
  3061 | Sewer    | 3061 ||| UPGRADING to +0 chain mail.
  3062 | Sewer    | 3062 ||| UPGRADING to +0 chain mail.
  3063 | Sewer    | 3063 ||| UPGRADING to +0 chain mail.
  3064 | Sewer    | 3064 ||| UPGRADING to +0 chain mail.
  3065 | Sewer    | 3065 ||| UPGRADING to +0 chain mail.
  3066 | Sewer    | 3066 ||| UPGRADING to +0 chain mail.
  3067 | Sewer    | 3067 ||| UPGRADING to +0 chain mail.
  3068 | Sewer    | 3068 ||| UPGRADING to +0 chain mail.
  3069 | Sewer    | 3069 ||| UPGRADING to +0 chain mail.
  3070 | Sewer    | 3070 ||| UPGRADING to +0 chain mail.
  3071 | Sewer    | 3071 ||| UPGRADING to +0 chain mail.
  3072 | Sewer    | 3072 ||| UPGRADING to +0 chain mail.
  3073 | Sewer    | 3073 ||| UPGRADING to +0 chain mail.
  3074 | Sewer    | 3074 ||| UPGRADING to +0 chain mail.
  3075 | Sewer    | 3075 ||| UPGRADING to +0 chain mail.
  3076 | Sewer    | 3076 ||| UPGRADING to +0 chain mail.
  3077 | Sewer    | 3077 ||| UPGRADING to +0 chain mail.
  3078 | Sewer    | 3078 ||| UPGRADING to +0 chain mail.
  3079 | Sewer    | 3079 ||| UPGRADING to +0 chain mail.
  3080 | Sewer    | 3080 ||| UPGRADING to +0 chain mail.
  3081 | Sewer    | 3081 ||| UPGRADING to +0 chain mail.
  3082 | Sewer    | 3082 ||| UPGRADING to +0 chain mail.
  3083 | Sewer    | 3083 ||| UPGRADING to +0 chain mail.
  3084 | Sewer    | 3084 ||| UPGRADING to +0 chain mail.
  3085 | Sewer    | 3085 ||| UPGRADING to +0 chain mail.
  3086 | Sewer    | 3086 ||| UPGRADING to +0 chain mail.
  3087 | Sewer    | 3087 ||| UPGRADING to +0 chain mail.
  3088 | Sewer    | 3088 ||| UPGRADING to +0 chain mail.
  3089 | Sewer    | 3089 ||| UPGRADING to +0 chain mail.
  3090 | Sewer    | 3090 ||| UPGRADING to +0 chain mail.
  3091 | Sewer    | 3091 ||| UPGRADING to +0 chain mail.
  3092 | Sewer    | 3092 ||| UPGRADING to +0 chain mail.
  3093 | Sewer    | 3093 ||| UPGRADING to +0 chain mail.
  3094 | Sewer    | 3094 ||| UPGRADING to +0 chain mail.
  3095 | Sewer    | 3095 ||| UPGRADING to +0 chain mail.
  3096 | Sewer    | 3096 ||| UPGRADING to +0 chain mail.
  3097 | Sewer    | 3097 ||| UPGRADING to +0 chain mail.
  3098 | Sewer    | 3098 ||| UPGRADING to +0 chain mail.
  3099 | Sewer    | 3099 ||| UPGRADING to +0 chain mail.
  3100 | Sewer    | 3100 ||| UPGRADING to +0 chain mail.
  3101 | Sewer    | 3101 ||| UPGRADING to +0 chain mail.
  3102 | Sewer    | 3102 ||| UPGRADING to +0 chain mail.
  3103 | Sewer    | 3103 ||| UPGRADING to +0 chain mail.
  3104 | Sewer    | 3104 ||| UPGRADING to +0 chain mail.
  3105 | Sewer    | 3105 ||| UPGRADING to +0 chain mail.
  3106 | Sewer    | 3106 ||| UPGRADING to +0 chain mail.
  3107 | Sewer    | 3107 ||| UPGRADING to +0 chain mail.
  3108 | Sewer    | 3108 ||| UPGRADING to +0 chain mail.
  3109 | Sewer    | 3109 ||| UPGRADING to +0 chain mail.
  3110 | Sewer    | 3110 ||| UPGRADING to +0 chain mail.
  3111 | Sewer    | 3111 ||| UPGRADING to +0 chain mail.
  3112 | Sewer    | 3112 ||| UPGRADING to +0 chain mail.
  3113 | Sewer    | 3113 ||| UPGRADING to +0 chain mail.
  3114 | Sewer    | 3114 ||| UPGRADING to +0 chain mail.
  3115 | Sewer    | 3115 ||| UPGRADING to +0 chain mail.
  3116 | Sewer    | 3116 ||| UPGRADING to +0 chain mail.
  3117 | Sewer    | 3117 ||| UPGRADING to +0 chain mail.
  3118 | Sewer    | 3118 ||| UPGRADING to +0 chain mail.
  3119 | Sewer    | 3119 ||| UPGRADING to +0 chain mail.
  3120 | Sewer    | 3120 ||| UPGRADING to +0 chain mail.
  3121 | Sewer    | 3121 ||| UPGRADING to +0 chain mail.
  3122 | Sewer    | 3122 ||| UPGRADING to +0 chain mail.
  3123 | Sewer    | 3123 ||| UPGRADING to +0 chain mail.
  3124 | Sewer    | 3124 ||| UPGRADING to +0 chain mail.
  3125 | Sewer    | 3125 ||| UPGRADING to +0 chain mail.
  3126 | Sewer    | 3126 ||| UPGRADING to +0 chain mail.
  3127 | Sewer    | 3127 ||| UPGRADING to +0 chain mail.
  3128 | Sewer    | 3128 ||| UPGRADING to +0 chain mail.
  3129 | Sewer    | 3129 ||| UPGRADING to +0 chain mail.
  3130 | Sewer    | 3130 ||| UPGRADING to +0 chain mail.
  3131 | Sewer    | 3131 ||| UPGRADING to +0 chain mail.
  3132 | Sewer    | 3132 ||| UPGRADING to +0 chain mail.
  3133 | Sewer    | 3133 ||| UPGRADING to +0 chain mail.
  3134 | Sewer    | 3134 ||| UPGRADING to +0 chain mail.
  3135 | Sewer    | 3135 ||| UPGRADING to +0 chain mail.
  3136 | Sewer    | 3136 ||| UPGRADING to +0 chain mail.
  3137 | Sewer    | 3137 ||| UPGRADING to +0 chain mail.
  3138 | Sewer    | 3138 ||| UPGRADING to +0 chain mail.
  3139 | Sewer    | 3139 ||| UPGRADING to +0 chain mail.
  3140 | Sewer    | 3140 ||| UPGRADING to +0 chain mail.
  3141 | Sewer    | 3141 ||| UPGRADING to +0 chain mail.
  3142 | Sewer    | 3142 ||| UPGRADING to +0 chain mail.
  3143 | Sewer    | 3143 ||| UPGRADING to +0 chain mail.
  3144 | Sewer    | 3144 ||| UPGRADING to +0 chain mail.
  3145 | Sewer    | 3145 ||| UPGRADING to +0 chain mail.
  3146 | Sewer    | 3146 ||| UPGRADING to +0 chain mail.
  3147 | Sewer    | 3147 ||| UPGRADING to +0 chain mail.
  3148 | Sewer    | 3148 ||| UPGRADING to +0 chain mail.
  3149 | Sewer    | 3149 ||| UPGRADING to +0 chain mail.
  3150 | Sewer    | 3150 ||| UPGRADING to +0 chain mail.
  3151 | Sewer    | 3151 ||| UPGRADING to +0 chain mail.
  3152 | Sewer    | 3152 ||| UPGRADING to +0 chain mail.
  3153 | Sewer    | 3153 ||| UPGRADING to +0 chain mail.
  3154 | Sewer    | 3154 ||| UPGRADING to +0 chain mail.
  3155 | Sewer    | 3155 ||| UPGRADING to +0 chain mail.
  3156 | Sewer    | 3156 ||| UPGRADING to +0 chain mail.
  3157 | Sewer    | 3157 ||| UPGRADING to +0 chain mail.
  3158 | Sewer    | 3158 ||| UPGRADING to +0 chain mail.
  3159 | Sewer    | 3159 ||| UPGRADING to +0 chain mail.
  3160 | Sewer    | 3160 ||| UPGRADING to +0 chain mail.
  3161 | Sewer    | 3161 ||| UPGRADING to +0 chain mail.
  3162 | Sewer    | 3162 ||| UPGRADING to +0 chain mail.
  3163 | Sewer    | 3163 ||| UPGRADING to +0 chain mail.
  3164 | Sewer    | 3164 ||| UPGRADING to +0 chain mail.
  3165 | Sewer    | 3165 ||| UPGRADING to +0 chain mail.
  3166 | Sewer    | 3166 ||| UPGRADING to +0 chain mail.
  3167 | Sewer    | 3167 ||| UPGRADING to +0 chain mail.
  3168 | Sewer    | 3168 ||| UPGRADING to +0 chain mail.
  3169 | Sewer    | 3169 ||| UPGRADING to +0 chain mail.
  3170 | Sewer    | 3170 ||| UPGRADING to +0 chain mail.
  3171 | Sewer    | 3171 ||| UPGRADING to +0 chain mail.
  3172 | Sewer    | 3172 ||| UPGRADING to +0 chain mail.
  3173 | Sewer    | 3173 ||| UPGRADING to +0 chain mail.
  3174 | Sewer    | 3174 ||| UPGRADING to +0 chain mail.
  3175 | Sewer    | 3175 ||| UPGRADING to +0 chain mail.
  3176 | Sewer    | 3176 ||| UPGRADING to +0 chain mail.
  3177 | Sewer    | 3177 ||| UPGRADING to +0 chain mail.
  3178 | Sewer    | 3178 ||| UPGRADING to +0 chain mail.
  3179 | Sewer    | 3179 ||| UPGRADING to +0 chain mail.
  3180 | Sewer    | 3180 ||| UPGRADING to +0 chain mail.
  3181 | Sewer    | 3181 ||| UPGRADING to +0 chain mail.
  3182 | Sewer    | 3182 ||| UPGRADING to +0 chain mail.
  3183 | Sewer    | 3183 ||| UPGRADING to +0 chain mail.
  3184 | Sewer    | 3184 ||| UPGRADING to +0 chain mail.
  3185 | Sewer    | 3185 ||| UPGRADING to +0 chain mail.
  3186 | Sewer    | 3186 ||| UPGRADING to +0 chain mail.
  3187 | Sewer    | 3187 ||| UPGRADING to +0 chain mail.
  3188 | Sewer    | 3188 ||| UPGRADING to +0 chain mail.
  3189 | Sewer    | 3189 ||| UPGRADING to +0 chain mail.
  3190 | Sewer    | 3190 ||| UPGRADING to +0 chain mail.
  3191 | Sewer    | 3191 ||| UPGRADING to +0 chain mail.
  3192 | Sewer    | 3192 ||| UPGRADING to +0 chain mail.
  3193 | Sewer    | 3193 ||| UPGRADING to +0 chain mail.
  3194 | Sewer    | 3194 ||| UPGRADING to +0 chain mail.
  3195 | Sewer    | 3195 ||| UPGRADING to +0 chain mail.
  3196 | Sewer    | 3196 ||| UPGRADING to +0 chain mail.
  3197 | Sewer    | 3197 ||| UPGRADING to +0 chain mail.
  3198 | Sewer    | 3198 ||| UPGRADING to +0 chain mail.
  3199 | Sewer    | 3199 ||| UPGRADING to +0 chain mail.
  3200 | Sewer    | 3200 ||| UPGRADING to +0 chain mail.
  3201 | Sewer    | 3201 ||| UPGRADING to +0 chain mail.
  3202 | Sewer    | 3202 ||| UPGRADING to +0 chain mail.
  3203 | Sewer    | 3203 ||| UPGRADING to +0 chain mail.
  3204 | Sewer    | 3204 ||| UPGRADING to +0 chain mail.
  3205 | Sewer    | 3205 ||| UPGRADING to +0 chain mail.
  3206 | Sewer    | 3206 ||| UPGRADING to +0 chain mail.
  3207 | Sewer    | 3207 ||| UPGRADING to +0 chain mail.
  3208 | Sewer    | 3208 ||| UPGRADING to +0 chain mail.
  3209 | Sewer    | 3209 ||| UPGRADING to +0 chain mail.
  3210 | Sewer    | 3210 ||| UPGRADING to +0 chain mail.
  3211 | Sewer    | 3211 ||| UPGRADING to +0 chain mail.
  3212 | Sewer    | 3212 ||| UPGRADING to +0 chain mail.
  3213 | Sewer    | 3213 ||| UPGRADING to +0 chain mail.
  3214 | Sewer    | 3214 ||| UPGRADING to +0 chain mail.
  3215 | Sewer    | 3215 ||| UPGRADING to +0 chain mail.
  3216 | Sewer    | 3216 ||| UPGRADING to +0 chain mail.
  3217 | Sewer    | 3217 ||| UPGRADING to +0 chain mail.
  3218 | Sewer    | 3218 ||| UPGRADING to +0 chain mail.
  3219 | Sewer    | 3219 ||| UPGRADING to +0 chain mail.
  3220 | Sewer    | 3220 ||| UPGRADING to +0 chain mail.
  3221 | Sewer    | 3221 ||| UPGRADING to +0 chain mail.
  3222 | Sewer    | 3222 ||| UPGRADING to +0 chain mail.
  3223 | Sewer    | 3223 ||| UPGRADING to +0 chain mail.
  3224 | Sewer    | 3224 ||| UPGRADING to +0 chain mail.
  3225 | Sewer    | 3225 ||| UPGRADING to +0 chain mail.
  3226 | Sewer    | 3226 ||| UPGRADING to +0 chain mail.
  3227 | Sewer    | 3227 ||| UPGRADING to +0 chain mail.
  3228 | Sewer    | 3228 ||| UPGRADING to +0 chain mail.
  3229 | Sewer    | 3229 ||| UPGRADING to +0 chain mail.
  3230 | Sewer    | 3230 ||| UPGRADING to +0 chain mail.
  3231 | Sewer    | 3231 ||| UPGRADING to +0 chain mail.
  3232 | Sewer    | 3232 ||| UPGRADING to +0 chain mail.
  3233 | Sewer    | 3233 ||| UPGRADING to +0 chain mail.
  3234 | Sewer    | 3234 ||| UPGRADING to +0 chain mail.
  3235 | Sewer    | 3235 ||| UPGRADING to +0 chain mail.
  3236 | Sewer    | 3236 ||| UPGRADING to +0 chain mail.
  3237 | Sewer    | 3237 ||| UPGRADING to +0 chain mail.
  3238 | Sewer    | 3238 ||| UPGRADING to +0 chain mail.
  3239 | Sewer    | 3239 ||| UPGRADING to +0 chain mail.
  3240 | Sewer    | 3240 ||| UPGRADING to +0 chain mail.
  3241 | Sewer    | 3241 ||| UPGRADING to +0 chain mail.
  3242 | Sewer    | 3242 ||| UPGRADING to +0 chain mail.
  3243 | Sewer    | 3243 ||| UPGRADING to +0 chain mail.
  3244 | Sewer    | 3244 ||| UPGRADING to +0 chain mail.
  3245 | Sewer    | 3245 ||| UPGRADING to +0 chain mail.
  3246 | Sewer    | 3246 ||| UPGRADING to +0 chain mail.
  3247 | Sewer    | 3247 ||| UPGRADING to +0 chain mail.
  3248 | Sewer    | 3248 ||| UPGRADING to +0 chain mail.
  3249 | Sewer    | 3249 ||| UPGRADING to +0 chain mail.
  3250 | Sewer    | 3250 ||| UPGRADING to +0 chain mail.
  3251 | Sewer    | 3251 ||| UPGRADING to +0 chain mail.
  3252 | Sewer    | 3252 ||| UPGRADING to +0 chain mail.
  3253 | Sewer    | 3253 ||| UPGRADING to +0 chain mail.
  3254 | Sewer    | 3254 ||| UPGRADING to +0 chain mail.
  3255 | Sewer    | 3255 ||| UPGRADING to +0 chain mail.
  3256 | Sewer    | 3256 ||| UPGRADING to +0 chain mail.
  3257 | Sewer    | 3257 ||| UPGRADING to +0 chain mail.
  3258 | Sewer    | 3258 ||| UPGRADING to +0 chain mail.
  3259 | Sewer    | 3259 ||| UPGRADING to +0 chain mail.
  3260 | Sewer    | 3260 ||| UPGRADING to +0 chain mail.
  3261 | Sewer    | 3261 ||| UPGRADING to +0 chain mail.
  3262 | Sewer    | 3262 ||| UPGRADING to +0 chain mail.
  3263 | Sewer    | 3263 ||| UPGRADING to +0 chain mail.
  3264 | Sewer    | 3264 ||| UPGRADING to +0 chain mail.
  3265 | Sewer    | 3265 ||| UPGRADING to +0 chain mail.
  3266 | Sewer    | 3266 ||| UPGRADING to +0 chain mail.
  3267 | Sewer    | 3267 ||| UPGRADING to +0 chain mail.
  3268 | Sewer    | 3268 ||| UPGRADING to +0 chain mail.
  3269 | Sewer    | 3269 ||| UPGRADING to +0 chain mail.
  3270 | Sewer    | 3270 ||| UPGRADING to +0 chain mail.
  3271 | Sewer    | 3271 ||| UPGRADING to +0 chain mail.
  3272 | Sewer    | 3272 ||| UPGRADING to +0 chain mail.
  3273 | Sewer    | 3273 ||| UPGRADING to +0 chain mail.
  3274 | Sewer    | 3274 ||| UPGRADING to +0 chain mail.
  3275 | Sewer    | 3275 ||| UPGRADING to +0 chain mail.
  3276 | Sewer    | 3276 ||| UPGRADING to +0 chain mail.
  3277 | Sewer    | 3277 ||| UPGRADING to +0 chain mail.
  3278 | Sewer    | 3278 ||| UPGRADING to +0 chain mail.
  3279 | Sewer    | 3279 ||| UPGRADING to +0 chain mail.
  3280 | Sewer    | 3280 ||| UPGRADING to +0 chain mail.
  3281 | Sewer    | 3281 ||| UPGRADING to +0 chain mail.
  3282 | Sewer    | 3282 ||| UPGRADING to +0 chain mail.
  3283 | Sewer    | 3283 ||| UPGRADING to +0 chain mail.
  3284 | Sewer    | 3284 ||| UPGRADING to +0 chain mail.
  3285 | Sewer    | 3285 ||| UPGRADING to +0 chain mail.
  3286 | Sewer    | 3286 ||| UPGRADING to +0 chain mail.
  3287 | Sewer    | 3287 ||| UPGRADING to +0 chain mail.
  3288 | Sewer    | 3288 ||| UPGRADING to +0 chain mail.
  3289 | Sewer    | 3289 ||| UPGRADING to +0 chain mail.
  3290 | Sewer    | 3290 ||| UPGRADING to +0 chain mail.
  3291 | Sewer    | 3291 ||| UPGRADING to +0 chain mail.
  3292 | Sewer    | 3292 ||| UPGRADING to +0 chain mail.
  3293 | Sewer    | 3293 ||| UPGRADING to +0 chain mail.
  3294 | Sewer    | 3294 ||| UPGRADING to +0 chain mail.
  3295 | Sewer    | 3295 ||| UPGRADING to +0 chain mail.
  3296 | Sewer    | 3296 ||| UPGRADING to +0 chain mail.
  3297 | Sewer    | 3297 ||| UPGRADING to +0 chain mail.
  3298 | Sewer    | 3298 ||| UPGRADING to +0 chain mail.
  3299 | Sewer    | 3299 ||| UPGRADING to +0 chain mail.
  3300 | Sewer    | 3300 ||| UPGRADING to +0 chain mail.
  3301 | Sewer    | 3301 ||| UPGRADING to +0 chain mail.
  3302 | Sewer    | 3302 ||| UPGRADING to +0 chain mail.
  3303 | Sewer    | 3303 ||| UPGRADING to +0 chain mail.
  3304 | Sewer    | 3304 ||| UPGRADING to +0 chain mail.
  3305 | Sewer    | 3305 ||| UPGRADING to +0 chain mail.
  3306 | Sewer    | 3306 ||| UPGRADING to +0 chain mail.
  3307 | Sewer    | 3307 ||| UPGRADING to +0 chain mail.
  3308 | Sewer    | 3308 ||| UPGRADING to +0 chain mail.
  3309 | Sewer    | 3309 ||| UPGRADING to +0 chain mail.
  3310 | Sewer    | 3310 ||| UPGRADING to +0 chain mail.
  3311 | Sewer    | 3311 ||| UPGRADING to +0 chain mail.
  3312 | Sewer    | 3312 ||| UPGRADING to +0 chain mail.
  3313 | Sewer    | 3313 ||| UPGRADING to +0 chain mail.
  3314 | Sewer    | 3314 ||| UPGRADING to +0 chain mail.
  3315 | Sewer    | 3315 ||| UPGRADING to +0 chain mail.
  3316 | Sewer    | 3316 ||| UPGRADING to +0 chain mail.
  3317 | Sewer    | 3317 ||| UPGRADING to +0 chain mail.
  3318 | Sewer    | 3318 ||| UPGRADING to +0 chain mail.
  3319 | Sewer    | 3319 ||| UPGRADING to +0 chain mail.
  3320 | Sewer    | 3320 ||| UPGRADING to +0 chain mail.
  3321 | Sewer    | 3321 ||| UPGRADING to +0 chain mail.
  3322 | Sewer    | 3322 ||| UPGRADING to +0 chain mail.
  3323 | Sewer    | 3323 ||| UPGRADING to +0 chain mail.
  3324 | Sewer    | 3324 ||| UPGRADING to +0 chain mail.
  3325 | Sewer    | 3325 ||| UPGRADING to +0 chain mail.
  3326 | Sewer    | 3326 ||| UPGRADING to +0 chain mail.
  3327 | Sewer    | 3327 ||| UPGRADING to +0 chain mail.
  3328 | Sewer    | 3328 ||| UPGRADING to +0 chain mail.
  3329 | Sewer    | 3329 ||| UPGRADING to +0 chain mail.
  3330 | Sewer    | 3330 ||| UPGRADING to +0 chain mail.
  3331 | Sewer    | 3331 ||| UPGRADING to +0 chain mail.
  3332 | Sewer    | 3332 ||| UPGRADING to +0 chain mail.
  3333 | Sewer    | 3333 ||| UPGRADING to +0 chain mail.
  3334 | Sewer    | 3334 ||| UPGRADING to +0 chain mail.
  3335 | Sewer    | 3335 ||| UPGRADING to +0 chain mail.
  3336 | Sewer    | 3336 ||| UPGRADING to +0 chain mail.
  3337 | Sewer    | 3337 ||| UPGRADING to +0 chain mail.
  3338 | Sewer    | 3338 ||| UPGRADING to +0 chain mail.
  3339 | Sewer    | 3339 ||| UPGRADING to +0 chain mail.
  3340 | Sewer    | 3340 ||| UPGRADING to +0 chain mail.
  3341 | Sewer    | 3341 ||| UPGRADING to +0 chain mail.
  3342 | Sewer    | 3342 ||| UPGRADING to +0 chain mail.
  3343 | Sewer    | 3343 ||| UPGRADING to +0 chain mail.
  3344 | Sewer    | 3344 ||| UPGRADING to +0 chain mail.
  3345 | Sewer    | 3345 ||| UPGRADING to +0 chain mail.
  3346 | Sewer    | 3346 ||| UPGRADING to +0 chain mail.
  3347 | Sewer    | 3347 ||| UPGRADING to +0 chain mail.
  3348 | Sewer    | 3348 ||| UPGRADING to +0 chain mail.
  3349 | Sewer    | 3349 ||| UPGRADING to +0 chain mail.
  3350 | Sewer    | 3350 ||| UPGRADING to +0 chain mail.
  3351 | Sewer    | 3351 ||| UPGRADING to +0 chain mail.
  3352 | Sewer    | 3352 ||| UPGRADING to +0 chain mail.
  3353 | Sewer    | 3353 ||| UPGRADING to +0 chain mail.
  3354 | Sewer    | 3354 ||| UPGRADING to +0 chain mail.
  3355 | Sewer    | 3355 ||| UPGRADING to +0 chain mail.
  3356 | Sewer    | 3356 ||| UPGRADING to +0 chain mail.
  3357 | Sewer    | 3357 ||| UPGRADING to +0 chain mail.
  3358 | Sewer    | 3358 ||| UPGRADING to +0 chain mail.
  3359 | Sewer    | 3359 ||| UPGRADING to +0 chain mail.
  3360 | Sewer    | 3360 ||| UPGRADING to +0 chain mail.
  3361 | Sewer    | 3361 ||| UPGRADING to +0 chain mail.
  3362 | Sewer    | 3362 ||| UPGRADING to +0 chain mail.
  3363 | Sewer    | 3363 ||| UPGRADING to +0 chain mail.
  3364 | Sewer    | 3364 ||| UPGRADING to +0 chain mail.
  3365 | Sewer    | 3365 ||| UPGRADING to +0 chain mail.
  3366 | Sewer    | 3366 ||| UPGRADING to +0 chain mail.
  3367 | Sewer    | 3367 ||| UPGRADING to +0 chain mail.
  3368 | Sewer    | 3368 ||| UPGRADING to +0 chain mail.
  3369 | Sewer    | 3369 ||| UPGRADING to +0 chain mail.
  3370 | Sewer    | 3370 ||| UPGRADING to +0 chain mail.
  3371 | Sewer    | 3371 ||| UPGRADING to +0 chain mail.
  3372 | Sewer    | 3372 ||| UPGRADING to +0 chain mail.
  3373 | Sewer    | 3373 ||| UPGRADING to +0 chain mail.
  3374 | Sewer    | 3374 ||| UPGRADING to +0 chain mail.
  3375 | Sewer    | 3375 ||| UPGRADING to +0 chain mail.
  3376 | Sewer    | 3376 ||| UPGRADING to +0 chain mail.
  3377 | Sewer    | 3377 ||| UPGRADING to +0 chain mail.
  3378 | Sewer    | 3378 ||| UPGRADING to +0 chain mail.
  3379 | Sewer    | 3379 ||| UPGRADING to +0 chain mail.
  3380 | Sewer    | 3380 ||| UPGRADING to +0 chain mail.
  3381 | Sewer    | 3381 ||| UPGRADING to +0 chain mail.
  3382 | Sewer    | 3382 ||| UPGRADING to +0 chain mail.
  3383 | Sewer    | 3383 ||| UPGRADING to +0 chain mail.
  3384 | Sewer    | 3384 ||| UPGRADING to +0 chain mail.
  3385 | Sewer    | 3385 ||| UPGRADING to +0 chain mail.
  3386 | Sewer    | 3386 ||| UPGRADING to +0 chain mail.
  3387 | Sewer    | 3387 ||| UPGRADING to +0 chain mail.
  3388 | Sewer    | 3388 ||| UPGRADING to +0 chain mail.
  3389 | Sewer    | 3389 ||| UPGRADING to +0 chain mail.
  3390 | Sewer    | 3390 ||| UPGRADING to +0 chain mail.
  3391 | Sewer    | 3391 ||| UPGRADING to +0 chain mail.
  3392 | Sewer    | 3392 ||| UPGRADING to +0 chain mail.
  3393 | Sewer    | 3393 ||| UPGRADING to +0 chain mail.
  3394 | Sewer    | 3394 ||| UPGRADING to +0 chain mail.
  3395 | Sewer    | 3395 ||| UPGRADING to +0 chain mail.
  3396 | Sewer    | 3396 ||| UPGRADING to +0 chain mail.
  3397 | Sewer    | 3397 ||| UPGRADING to +0 chain mail.
  3398 | Sewer    | 3398 ||| UPGRADING to +0 chain mail.
  3399 | Sewer    | 3399 ||| UPGRADING to +0 chain mail.
  3400 | Sewer    | 3400 ||| UPGRADING to +0 chain mail.
  3401 | Sewer    | 3401 ||| UPGRADING to +0 chain mail.
  3402 | Sewer    | 3402 ||| UPGRADING to +0 chain mail.
  3403 | Sewer    | 3403 ||| UPGRADING to +0 chain mail.
  3404 | Sewer    | 3404 ||| UPGRADING to +0 chain mail.
  3405 | Sewer    | 3405 ||| UPGRADING to +0 chain mail.
  3406 | Sewer    | 3406 ||| UPGRADING to +0 chain mail.
  3407 | Sewer    | 3407 ||| UPGRADING to +0 chain mail.
  3408 | Sewer    | 3408 ||| UPGRADING to +0 chain mail.
  3409 | Sewer    | 3409 ||| UPGRADING to +0 chain mail.
  3410 | Sewer    | 3410 ||| UPGRADING to +0 chain mail.
  3411 | Sewer    | 3411 ||| UPGRADING to +0 chain mail.
  3412 | Sewer    | 3412 ||| UPGRADING to +0 chain mail.
  3413 | Sewer    | 3413 ||| UPGRADING to +0 chain mail.
  3414 | Sewer    | 3414 ||| UPGRADING to +0 chain mail.
  3415 | Sewer    | 3415 ||| UPGRADING to +0 chain mail.
  3416 | Sewer    | 3416 ||| UPGRADING to +0 chain mail.
  3417 | Sewer    | 3417 ||| UPGRADING to +0 chain mail.
  3418 | Sewer    | 3418 ||| UPGRADING to +0 chain mail.
  3419 | Sewer    | 3419 ||| UPGRADING to +0 chain mail.
  3420 | Sewer    | 3420 ||| UPGRADING to +0 chain mail.
  3421 | Sewer    | 3421 ||| UPGRADING to +0 chain mail.
  3422 | Sewer    | 3422 ||| UPGRADING to +0 chain mail.
  3423 | Sewer    | 3423 ||| UPGRADING to +0 chain mail.
  3424 | Sewer    | 3424 ||| UPGRADING to +0 chain mail.
  3425 | Sewer    | 3425 ||| UPGRADING to +0 chain mail.
  3426 | Sewer    | 3426 ||| UPGRADING to +0 chain mail.
  3427 | Sewer    | 3427 ||| UPGRADING to +0 chain mail.
  3428 | Sewer    | 3428 ||| UPGRADING to +0 chain mail.
  3429 | Sewer    | 3429 ||| UPGRADING to +0 chain mail.
  3430 | Sewer    | 3430 ||| UPGRADING to +0 chain mail.
  3431 | Sewer    | 3431 ||| UPGRADING to +0 chain mail.
  3432 | Sewer    | 3432 ||| UPGRADING to +0 chain mail.
  3433 | Sewer    | 3433 ||| UPGRADING to +0 chain mail.
  3434 | Sewer    | 3434 ||| UPGRADING to +0 chain mail.
  3435 | Sewer    | 3435 ||| UPGRADING to +0 chain mail.
  3436 | Sewer    | 3436 ||| UPGRADING to +0 chain mail.
  3437 | Sewer    | 3437 ||| UPGRADING to +0 chain mail.
  3438 | Sewer    | 3438 ||| UPGRADING to +0 chain mail.
  3439 | Sewer    | 3439 ||| UPGRADING to +0 chain mail.
  3440 | Sewer    | 3440 ||| UPGRADING to +0 chain mail.
  3441 | Sewer    | 3441 ||| UPGRADING to +0 chain mail.
  3442 | Sewer    | 3442 ||| UPGRADING to +0 chain mail.
  3443 | Sewer    | 3443 ||| UPGRADING to +0 chain mail.
  3444 | Sewer    | 3444 ||| UPGRADING to +0 chain mail.
  3445 | Sewer    | 3445 ||| UPGRADING to +0 chain mail.
  3446 | Sewer    | 3446 ||| UPGRADING to +0 chain mail.
  3447 | Sewer    | 3447 ||| UPGRADING to +0 chain mail.
  3448 | Sewer    | 3448 ||| UPGRADING to +0 chain mail.
  3449 | Sewer    | 3449 ||| UPGRADING to +0 chain mail.
  3450 | Sewer    | 3450 ||| UPGRADING to +0 chain mail.
  3451 | Sewer    | 3451 ||| UPGRADING to +0 chain mail.
  3452 | Sewer    | 3452 ||| UPGRADING to +0 chain mail.
  3453 | Sewer    | 3453 ||| UPGRADING to +0 chain mail.
  3454 | Sewer    | 3454 ||| UPGRADING to +0 chain mail.
  3455 | Sewer    | 3455 ||| UPGRADING to +0 chain mail.
  3456 | Sewer    | 3456 ||| UPGRADING to +0 chain mail.
  3457 | Sewer    | 3457 ||| UPGRADING to +0 chain mail.
  3458 | Sewer    | 3458 ||| UPGRADING to +0 chain mail.
  3459 | Sewer    | 3459 ||| UPGRADING to +0 chain mail.
  3460 | Sewer    | 3460 ||| UPGRADING to +0 chain mail.
  3461 | Sewer    | 3461 ||| UPGRADING to +0 chain mail.
  3462 | Sewer    | 3462 ||| UPGRADING to +0 chain mail.
  3463 | Sewer    | 3463 ||| UPGRADING to +0 chain mail.
  3464 | Sewer    | 3464 ||| UPGRADING to +0 chain mail.
  3465 | Sewer    | 3465 ||| UPGRADING to +0 chain mail.
  3466 | Sewer    | 3466 ||| UPGRADING to +0 chain mail.
  3467 | Sewer    | 3467 ||| UPGRADING to +0 chain mail.
  3468 | Sewer    | 3468 ||| UPGRADING to +0 chain mail.
  3469 | Sewer    | 3469 ||| UPGRADING to +0 chain mail.
  3470 | Sewer    | 3470 ||| UPGRADING to +0 chain mail.
  3471 | Sewer    | 3471 ||| UPGRADING to +0 chain mail.
  3472 | Sewer    | 3472 ||| UPGRADING to +0 chain mail.
  3473 | Sewer    | 3473 ||| UPGRADING to +0 chain mail.
  3474 | Sewer    | 3474 ||| UPGRADING to +0 chain mail.
  3475 | Sewer    | 3475 ||| UPGRADING to +0 chain mail.
  3476 | Sewer    | 3476 ||| UPGRADING to +0 chain mail.
  3477 | Sewer    | 3477 ||| UPGRADING to +0 chain mail.
  3478 | Sewer    | 3478 ||| UPGRADING to +0 chain mail.
  3479 | Sewer    | 3479 ||| UPGRADING to +0 chain mail.
  3480 | Sewer    | 3480 ||| UPGRADING to +0 chain mail.
  3481 | Sewer    | 3481 ||| UPGRADING to +0 chain mail.
  3482 | Sewer    | 3482 ||| UPGRADING to +0 chain mail.
  3483 | Sewer    | 3483 ||| UPGRADING to +0 chain mail.
  3484 | Sewer    | 3484 ||| UPGRADING to +0 chain mail.
  3485 | Sewer    | 3485 ||| UPGRADING to +0 chain mail.
  3486 | Sewer    | 3486 ||| UPGRADING to +0 chain mail.
  3487 | Sewer    | 3487 ||| UPGRADING to +0 chain mail.
  3488 | Sewer    | 3488 ||| UPGRADING to +0 chain mail.
  3489 | Sewer    | 3489 ||| UPGRADING to +0 chain mail.
  3490 | Sewer    | 3490 ||| UPGRADING to +0 chain mail.
  3491 | Sewer    | 3491 ||| UPGRADING to +0 chain mail.
  3492 | Sewer    | 3492 ||| UPGRADING to +0 chain mail.
  3493 | Sewer    | 3493 ||| UPGRADING to +0 chain mail.
  3494 | Sewer    | 3494 ||| UPGRADING to +0 chain mail.
  3495 | Sewer    | 3495 ||| UPGRADING to +0 chain mail.
  3496 | Sewer    | 3496 ||| UPGRADING to +0 chain mail.
  3497 | Sewer    | 3497 ||| UPGRADING to +0 chain mail.
  3498 | Sewer    | 3498 ||| UPGRADING to +0 chain mail.
  3499 | Sewer    | 3499 ||| UPGRADING to +0 chain mail.
  3500 | Sewer    | 3500 ||| UPGRADING to +0 chain mail.
  3501 | Sewer    | 3501 ||| UPGRADING to +0 chain mail.
  3502 | Sewer    | 3502 ||| UPGRADING to +0 chain mail.
  3503 | Sewer    | 3503 ||| UPGRADING to +0 chain mail.
  3504 | Sewer    | 3504 ||| UPGRADING to +0 chain mail.
  3505 | Sewer    | 3505 ||| UPGRADING to +0 chain mail.
  3506 | Sewer    | 3506 ||| UPGRADING to +0 chain mail.
  3507 | Sewer    | 3507 ||| UPGRADING to +0 chain mail.
  3508 | Sewer    | 3508 ||| UPGRADING to +0 chain mail.
  3509 | Sewer    | 3509 ||| UPGRADING to +0 chain mail.
  3510 | Sewer    | 3510 ||| UPGRADING to +0 chain mail.
  3511 | Sewer    | 3511 ||| UPGRADING to +0 chain mail.
  3512 | Sewer    | 3512 ||| UPGRADING to +0 chain mail.
  3513 | Sewer    | 3513 ||| UPGRADING to +0 chain mail.
  3514 | Sewer    | 3514 ||| UPGRADING to +0 chain mail.
  3515 | Sewer    | 3515 ||| UPGRADING to +0 chain mail.
  3516 | Sewer    | 3516 ||| UPGRADING to +0 chain mail.
  3517 | Sewer    | 3517 ||| UPGRADING to +0 chain mail.
  3518 | Sewer    | 3518 ||| UPGRADING to +0 chain mail.
  3519 | Sewer    | 3519 ||| UPGRADING to +0 chain mail.
  3520 | Sewer    | 3520 ||| UPGRADING to +0 chain mail.
  3521 | Sewer    | 3521 ||| UPGRADING to +0 chain mail.
  3522 | Sewer    | 3522 ||| UPGRADING to +0 chain mail.
  3523 | Sewer    | 3523 ||| UPGRADING to +0 chain mail.
  3524 | Sewer    | 3524 ||| UPGRADING to +0 chain mail.
  3525 | Sewer    | 3525 ||| UPGRADING to +0 chain mail.
  3526 | Sewer    | 3526 ||| UPGRADING to +0 chain mail.
  3527 | Sewer    | 3527 ||| UPGRADING to +0 chain mail.
  3528 | Sewer    | 3528 ||| UPGRADING to +0 chain mail.
  3529 | Sewer    | 3529 ||| UPGRADING to +0 chain mail.
  3530 | Sewer    | 3530 ||| UPGRADING to +0 chain mail.
  3531 | Sewer    | 3531 ||| UPGRADING to +0 chain mail.
  3532 | Sewer    | 3532 ||| UPGRADING to +0 chain mail.
  3533 | Sewer    | 3533 ||| UPGRADING to +0 chain mail.
  3534 | Sewer    | 3534 ||| UPGRADING to +0 chain mail.
  3535 | Sewer    | 3535 ||| UPGRADING to +0 chain mail.
  3536 | Sewer    | 3536 ||| UPGRADING to +0 chain mail.
  3537 | Sewer    | 3537 ||| UPGRADING to +0 chain mail.
  3538 | Sewer    | 3538 ||| UPGRADING to +0 chain mail.
  3539 | Sewer    | 3539 ||| UPGRADING to +0 chain mail.
  3540 | Sewer    | 3540 ||| UPGRADING to +0 chain mail.
  3541 | Sewer    | 3541 ||| UPGRADING to +0 chain mail.
  3542 | Sewer    | 3542 ||| UPGRADING to +0 chain mail.
  3543 | Sewer    | 3543 ||| UPGRADING to +0 chain mail.
  3544 | Sewer    | 3544 ||| UPGRADING to +0 chain mail.
  3545 | Sewer    | 3545 ||| UPGRADING to +0 chain mail.
  3546 | Sewer    | 3546 ||| UPGRADING to +0 chain mail.
  3547 | Sewer    | 3547 ||| UPGRADING to +0 chain mail.
  3548 | Sewer    | 3548 ||| UPGRADING to +0 chain mail.
  3549 | Sewer    | 3549 ||| UPGRADING to +0 chain mail.
  3550 | Sewer    | 3550 ||| UPGRADING to +0 chain mail.
  3551 | Sewer    | 3551 ||| UPGRADING to +0 chain mail.
  3552 | Sewer    | 3552 ||| UPGRADING to +0 chain mail.
  3553 | Sewer    | 3553 ||| UPGRADING to +0 chain mail.
  3554 | Sewer    | 3554 ||| UPGRADING to +0 chain mail.
  3555 | Sewer    | 3555 ||| UPGRADING to +0 chain mail.
  3556 | Sewer    | 3556 ||| UPGRADING to +0 chain mail.
  3557 | Sewer    | 3557 ||| UPGRADING to +0 chain mail.
  3558 | Sewer    | 3558 ||| UPGRADING to +0 chain mail.
  3559 | Sewer    | 3559 ||| UPGRADING to +0 chain mail.
  3560 | Sewer    | 3560 ||| UPGRADING to +0 chain mail.
  3561 | Sewer    | 3561 ||| UPGRADING to +0 chain mail.
  3562 | Sewer    | 3562 ||| UPGRADING to +0 chain mail.
  3563 | Sewer    | 3563 ||| UPGRADING to +0 chain mail.
  3564 | Sewer    | 3564 ||| UPGRADING to +0 chain mail.
  3565 | Sewer    | 3565 ||| UPGRADING to +0 chain mail.
  3566 | Sewer    | 3566 ||| UPGRADING to +0 chain mail.
  3567 | Sewer    | 3567 ||| UPGRADING to +0 chain mail.
  3568 | Sewer    | 3568 ||| UPGRADING to +0 chain mail.
  3569 | Sewer    | 3569 ||| UPGRADING to +0 chain mail.
  3570 | Sewer    | 3570 ||| UPGRADING to +0 chain mail.
  3571 | Sewer    | 3571 ||| UPGRADING to +0 chain mail.
  3572 | Sewer    | 3572 ||| UPGRADING to +0 chain mail.
  3573 | Sewer    | 3573 ||| UPGRADING to +0 chain mail.
  3574 | Sewer    | 3574 ||| UPGRADING to +0 chain mail.
  3575 | Sewer    | 3575 ||| UPGRADING to +0 chain mail.
  3576 | Sewer    | 3576 ||| UPGRADING to +0 chain mail.
  3577 | Sewer    | 3577 ||| UPGRADING to +0 chain mail.
  3578 | Sewer    | 3578 ||| UPGRADING to +0 chain mail.
  3579 | Sewer    | 3579 ||| UPGRADING to +0 chain mail.
  3580 | Sewer    | 3580 ||| UPGRADING to +0 chain mail.
  3581 | Sewer    | 3581 ||| UPGRADING to +0 chain mail.
  3582 | Sewer    | 3582 ||| UPGRADING to +0 chain mail.
  3583 | Sewer    | 3583 ||| UPGRADING to +0 chain mail.
  3584 | Sewer    | 3584 ||| UPGRADING to +0 chain mail.
  3585 | Sewer    | 3585 ||| UPGRADING to +0 chain mail.
  3586 | Sewer    | 3586 ||| UPGRADING to +0 chain mail.
  3587 | Sewer    | 3587 ||| UPGRADING to +0 chain mail.
  3588 | Sewer    | 3588 ||| UPGRADING to +0 chain mail.
  3589 | Sewer    | 3589 ||| UPGRADING to +0 chain mail.
  3590 | Sewer    | 3590 ||| UPGRADING to +0 chain mail.
  3591 | Sewer    | 3591 ||| UPGRADING to +0 chain mail.
  3592 | Sewer    | 3592 ||| UPGRADING to +0 chain mail.
  3593 | Sewer    | 3593 ||| UPGRADING to +0 chain mail.
  3594 | Sewer    | 3594 ||| UPGRADING to +0 chain mail.
  3595 | Sewer    | 3595 ||| UPGRADING to +0 chain mail.
  3596 | Sewer    | 3596 ||| UPGRADING to +0 chain mail.
  3597 | Sewer    | 3597 ||| UPGRADING to +0 chain mail.
  3598 | Sewer    | 3598 ||| UPGRADING to +0 chain mail.
  3599 | Sewer    | 3599 ||| UPGRADING to +0 chain mail.
  3600 | Sewer    | 3600 ||| UPGRADING to +0 chain mail.
  3601 | Sewer    | 3601 ||| UPGRADING to +0 chain mail.
  3602 | Sewer    | 3602 ||| UPGRADING to +0 chain mail.
  3603 | Sewer    | 3603 ||| UPGRADING to +0 chain mail.
  3604 | Sewer    | 3604 ||| UPGRADING to +0 chain mail.
  3605 | Sewer    | 3605 ||| UPGRADING to +0 chain mail.
  3606 | Sewer    | 3606 ||| UPGRADING to +0 chain mail.
  3607 | Sewer    | 3607 ||| UPGRADING to +0 chain mail.
  3608 | Sewer    | 3608 ||| UPGRADING to +0 chain mail.
  3609 | Sewer    | 3609 ||| UPGRADING to +0 chain mail.
  3610 | Sewer    | 3610 ||| UPGRADING to +0 chain mail.
  3611 | Sewer    | 3611 ||| UPGRADING to +0 chain mail.
  3612 | Sewer    | 3612 ||| UPGRADING to +0 chain mail.
  3613 | Sewer    | 3613 ||| UPGRADING to +0 chain mail.
  3614 | Sewer    | 3614 ||| UPGRADING to +0 chain mail.
  3615 | Sewer    | 3615 ||| UPGRADING to +0 chain mail.
  3616 | Sewer    | 3616 ||| UPGRADING to +0 chain mail.
  3617 | Sewer    | 3617 ||| UPGRADING to +0 chain mail.
  3618 | Sewer    | 3618 ||| UPGRADING to +0 chain mail.
  3619 | Sewer    | 3619 ||| UPGRADING to +0 chain mail.
  3620 | Sewer    | 3620 ||| UPGRADING to +0 chain mail.
  3621 | Sewer    | 3621 ||| UPGRADING to +0 chain mail.
  3622 | Sewer    | 3622 ||| UPGRADING to +0 chain mail.
  3623 | Sewer    | 3623 ||| UPGRADING to +0 chain mail.
  3624 | Sewer    | 3624 ||| UPGRADING to +0 chain mail.
  3625 | Sewer    | 3625 ||| UPGRADING to +0 chain mail.
  3626 | Sewer    | 3626 ||| UPGRADING to +0 chain mail.
  3627 | Sewer    | 3627 ||| UPGRADING to +0 chain mail.
  3628 | Sewer    | 3628 ||| UPGRADING to +0 chain mail.
  3629 | Sewer    | 3629 ||| UPGRADING to +0 chain mail.
  3630 | Sewer    | 3630 ||| UPGRADING to +0 chain mail.
  3631 | Sewer    | 3631 ||| UPGRADING to +0 chain mail.
  3632 | Sewer    | 3632 ||| UPGRADING to +0 chain mail.
  3633 | Sewer    | 3633 ||| UPGRADING to +0 chain mail.
  3634 | Sewer    | 3634 ||| UPGRADING to +0 chain mail.
  3635 | Sewer    | 3635 ||| UPGRADING to +0 chain mail.
  3636 | Sewer    | 3636 ||| UPGRADING to +0 chain mail.
  3637 | Sewer    | 3637 ||| UPGRADING to +0 chain mail.
  3638 | Sewer    | 3638 ||| UPGRADING to +0 chain mail.
  3639 | Sewer    | 3639 ||| UPGRADING to +0 chain mail.
  3640 | Sewer    | 3640 ||| UPGRADING to +0 chain mail.
  3641 | Sewer    | 3641 ||| UPGRADING to +0 chain mail.
  3642 | Sewer    | 3642 ||| UPGRADING to +0 chain mail.
  3643 | Sewer    | 3643 ||| UPGRADING to +0 chain mail.
  3644 | Sewer    | 3644 ||| UPGRADING to +0 chain mail.
  3645 | Sewer    | 3645 ||| UPGRADING to +0 chain mail.
  3646 | Sewer    | 3646 ||| UPGRADING to +0 chain mail.
  3647 | Sewer    | 3647 ||| UPGRADING to +0 chain mail.
  3648 | Sewer    | 3648 ||| UPGRADING to +0 chain mail.
  3649 | Sewer    | 3649 ||| UPGRADING to +0 chain mail.
  3650 | Sewer    | 3650 ||| UPGRADING to +0 chain mail.
  3651 | Sewer    | 3651 ||| UPGRADING to +0 chain mail.
  3652 | Sewer    | 3652 ||| UPGRADING to +0 chain mail.
  3653 | Sewer    | 3653 ||| UPGRADING to +0 chain mail.
  3654 | Sewer    | 3654 ||| UPGRADING to +0 chain mail.
  3655 | Sewer    | 3655 ||| UPGRADING to +0 chain mail.
  3656 | Sewer    | 3656 ||| UPGRADING to +0 chain mail.
  3657 | Sewer    | 3657 ||| UPGRADING to +0 chain mail.
  3658 | Sewer    | 3658 ||| UPGRADING to +0 chain mail.
  3659 | Sewer    | 3659 ||| UPGRADING to +0 chain mail.
  3660 | Sewer    | 3660 ||| UPGRADING to +0 chain mail.
  3661 | Sewer    | 3661 ||| UPGRADING to +0 chain mail.
  3662 | Sewer    | 3662 ||| UPGRADING to +0 chain mail.
  3663 | Sewer    | 3663 ||| UPGRADING to +0 chain mail.
  3664 | Sewer    | 3664 ||| UPGRADING to +0 chain mail.
  3665 | Sewer    | 3665 ||| UPGRADING to +0 chain mail.
  3666 | Sewer    | 3666 ||| UPGRADING to +0 chain mail.
  3667 | Sewer    | 3667 ||| UPGRADING to +0 chain mail.
  3668 | Sewer    | 3668 ||| UPGRADING to +0 chain mail.
  3669 | Sewer    | 3669 ||| UPGRADING to +0 chain mail.
  3670 | Sewer    | 3670 ||| UPGRADING to +0 chain mail.
  3671 | Sewer    | 3671 ||| UPGRADING to +0 chain mail.
  3672 | Sewer    | 3672 ||| UPGRADING to +0 chain mail.
  3673 | Sewer    | 3673 ||| UPGRADING to +0 chain mail.
  3674 | Sewer    | 3674 ||| UPGRADING to +0 chain mail.
  3675 | Sewer    | 3675 ||| UPGRADING to +0 chain mail.
  3676 | Sewer    | 3676 ||| UPGRADING to +0 chain mail.
  3677 | Sewer    | 3677 ||| UPGRADING to +0 chain mail.
  3678 | Sewer    | 3678 ||| UPGRADING to +0 chain mail.
  3679 | Sewer    | 3679 ||| UPGRADING to +0 chain mail.
  3680 | Sewer    | 3680 ||| UPGRADING to +0 chain mail.
  3681 | Sewer    | 3681 ||| UPGRADING to +0 chain mail.
  3682 | Sewer    | 3682 ||| UPGRADING to +0 chain mail.
  3683 | Sewer    | 3683 ||| UPGRADING to +0 chain mail.
  3684 | Sewer    | 3684 ||| UPGRADING to +0 chain mail.
  3685 | Sewer    | 3685 ||| UPGRADING to +0 chain mail.
  3686 | Sewer    | 3686 ||| UPGRADING to +0 chain mail.
  3687 | Sewer    | 3687 ||| UPGRADING to +0 chain mail.
  3688 | Sewer    | 3688 ||| UPGRADING to +0 chain mail.
  3689 | Sewer    | 3689 ||| UPGRADING to +0 chain mail.
  3690 | Sewer    | 3690 ||| UPGRADING to +0 chain mail.
  3691 | Sewer    | 3691 ||| UPGRADING to +0 chain mail.
  3692 | Sewer    | 3692 ||| UPGRADING to +0 chain mail.
  3693 | Sewer    | 3693 ||| UPGRADING to +0 chain mail.
  3694 | Sewer    | 3694 ||| UPGRADING to +0 chain mail.
  3695 | Sewer    | 3695 ||| UPGRADING to +0 chain mail.
  3696 | Sewer    | 3696 ||| UPGRADING to +0 chain mail.
  3697 | Sewer    | 3697 ||| UPGRADING to +0 chain mail.
  3698 | Sewer    | 3698 ||| UPGRADING to +0 chain mail.
  3699 | Sewer    | 3699 ||| UPGRADING to +0 chain mail.
  3700 | Sewer    | 3700 ||| UPGRADING to +0 chain mail.
  3701 | Sewer    | 3701 ||| UPGRADING to +0 chain mail.
  3702 | Sewer    | 3702 ||| UPGRADING to +0 chain mail.
  3703 | Sewer    | 3703 ||| UPGRADING to +0 chain mail.
  3704 | Sewer    | 3704 ||| UPGRADING to +0 chain mail.
  3705 | Sewer    | 3705 ||| UPGRADING to +0 chain mail.
  3706 | Sewer    | 3706 ||| UPGRADING to +0 chain mail.
  3707 | Sewer    | 3707 ||| UPGRADING to +0 chain mail.
  3708 | Sewer    | 3708 ||| UPGRADING to +0 chain mail.
  3709 | Sewer    | 3709 ||| UPGRADING to +0 chain mail.
  3710 | Sewer    | 3710 ||| UPGRADING to +0 chain mail.
  3711 | Sewer    | 3711 ||| UPGRADING to +0 chain mail.
  3712 | Sewer    | 3712 ||| UPGRADING to +0 chain mail.
  3713 | Sewer    | 3713 ||| UPGRADING to +0 chain mail.
  3714 | Sewer    | 3714 ||| UPGRADING to +0 chain mail.
  3715 | Sewer    | 3715 ||| UPGRADING to +0 chain mail.
  3716 | Sewer    | 3716 ||| UPGRADING to +0 chain mail.
  3717 | Sewer    | 3717 ||| UPGRADING to +0 chain mail.
  3718 | Sewer    | 3718 ||| UPGRADING to +0 chain mail.
  3719 | Sewer    | 3719 ||| UPGRADING to +0 chain mail.
  3720 | Sewer    | 3720 ||| UPGRADING to +0 chain mail.
  3721 | Sewer    | 3721 ||| UPGRADING to +0 chain mail.
  3722 | Sewer    | 3722 ||| UPGRADING to +0 chain mail.
  3723 | Sewer    | 3723 ||| UPGRADING to +0 chain mail.
  3724 | Sewer    | 3724 ||| UPGRADING to +0 chain mail.
  3725 | Sewer    | 3725 ||| UPGRADING to +0 chain mail.
  3726 | Sewer    | 3726 ||| UPGRADING to +0 chain mail.
  3727 | Sewer    | 3727 ||| UPGRADING to +0 chain mail.
  3728 | Sewer    | 3728 ||| UPGRADING to +0 chain mail.
  3729 | Sewer    | 3729 ||| UPGRADING to +0 chain mail.
  3730 | Sewer    | 3730 ||| UPGRADING to +0 chain mail.
  3731 | Sewer    | 3731 ||| UPGRADING to +0 chain mail.
  3732 | Sewer    | 3732 ||| UPGRADING to +0 chain mail.
  3733 | Sewer    | 3733 ||| UPGRADING to +0 chain mail.
  3734 | Sewer    | 3734 ||| UPGRADING to +0 chain mail.
  3735 | Sewer    | 3735 ||| UPGRADING to +0 chain mail.
  3736 | Sewer    | 3736 ||| UPGRADING to +0 chain mail.
  3737 | Sewer    | 3737 ||| UPGRADING to +0 chain mail.
  3738 | Sewer    | 3738 ||| UPGRADING to +0 chain mail.
  3739 | Sewer    | 3739 ||| UPGRADING to +0 chain mail.
  3740 | Sewer    | 3740 ||| UPGRADING to +0 chain mail.
  3741 | Sewer    | 3741 ||| UPGRADING to +0 chain mail.
  3742 | Sewer    | 3742 ||| UPGRADING to +0 chain mail.
  3743 | Sewer    | 3743 ||| UPGRADING to +0 chain mail.
  3744 | Sewer    | 3744 ||| UPGRADING to +0 chain mail.
  3745 | Sewer    | 3745 ||| UPGRADING to +0 chain mail.
  3746 | Sewer    | 3746 ||| UPGRADING to +0 chain mail.
  3747 | Sewer    | 3747 ||| UPGRADING to +0 chain mail.
  3748 | Sewer    | 3748 ||| UPGRADING to +0 chain mail.
  3749 | Sewer    | 3749 ||| UPGRADING to +0 chain mail.
  3750 | Sewer    | 3750 ||| UPGRADING to +0 chain mail.
  3751 | Sewer    | 3751 ||| UPGRADING to +0 chain mail.
  3752 | Sewer    | 3752 ||| UPGRADING to +0 chain mail.
  3753 | Sewer    | 3753 ||| UPGRADING to +0 chain mail.
  3754 | Sewer    | 3754 ||| UPGRADING to +0 chain mail.
  3755 | Sewer    | 3755 ||| UPGRADING to +0 chain mail.
  3756 | Sewer    | 3756 ||| UPGRADING to +0 chain mail.
  3757 | Sewer    | 3757 ||| UPGRADING to +0 chain mail.
  3758 | Sewer    | 3758 ||| UPGRADING to +0 chain mail.
  3759 | Sewer    | 3759 ||| UPGRADING to +0 chain mail.
  3760 | Sewer    | 3760 ||| UPGRADING to +0 chain mail.
  3761 | Sewer    | 3761 ||| UPGRADING to +0 chain mail.
  3762 | Sewer    | 3762 ||| UPGRADING to +0 chain mail.
  3763 | Sewer    | 3763 ||| UPGRADING to +0 chain mail.
  3764 | Sewer    | 3764 ||| UPGRADING to +0 chain mail.
  3765 | Sewer    | 3765 ||| UPGRADING to +0 chain mail.
  3766 | Sewer    | 3766 ||| UPGRADING to +0 chain mail.
  3767 | Sewer    | 3767 ||| UPGRADING to +0 chain mail.
  3768 | Sewer    | 3768 ||| UPGRADING to +0 chain mail.
  3769 | Sewer    | 3769 ||| UPGRADING to +0 chain mail.
  3770 | Sewer    | 3770 ||| UPGRADING to +0 chain mail.
  3771 | Sewer    | 3771 ||| UPGRADING to +0 chain mail.
  3772 | Sewer    | 3772 ||| UPGRADING to +0 chain mail.
  3773 | Sewer    | 3773 ||| UPGRADING to +0 chain mail.
  3774 | Sewer    | 3774 ||| UPGRADING to +0 chain mail.
  3775 | Sewer    | 3775 ||| UPGRADING to +0 chain mail.
  3776 | Sewer    | 3776 ||| UPGRADING to +0 chain mail.
  3777 | Sewer    | 3777 ||| UPGRADING to +0 chain mail.
  3778 | Sewer    | 3778 ||| UPGRADING to +0 chain mail.
  3779 | Sewer    | 3779 ||| UPGRADING to +0 chain mail.
  3780 | Sewer    | 3780 ||| UPGRADING to +0 chain mail.
  3781 | Sewer    | 3781 ||| UPGRADING to +0 chain mail.
  3782 | Sewer    | 3782 ||| UPGRADING to +0 chain mail.
  3783 | Sewer    | 3783 ||| UPGRADING to +0 chain mail.
  3784 | Sewer    | 3784 ||| UPGRADING to +0 chain mail.
  3785 | Sewer    | 3785 ||| UPGRADING to +0 chain mail.
  3786 | Sewer    | 3786 ||| UPGRADING to +0 chain mail.
  3787 | Sewer    | 3787 ||| UPGRADING to +0 chain mail.
  3788 | Sewer    | 3788 ||| UPGRADING to +0 chain mail.
  3789 | Sewer    | 3789 ||| UPGRADING to +0 chain mail.
  3790 | Sewer    | 3790 ||| UPGRADING to +0 chain mail.
  3791 | Sewer    | 3791 ||| UPGRADING to +0 chain mail.
  3792 | Sewer    | 3792 ||| UPGRADING to +0 chain mail.
  3793 | Sewer    | 3793 ||| UPGRADING to +0 chain mail.
  3794 | Sewer    | 3794 ||| UPGRADING to +0 chain mail.
  3795 | Sewer    | 3795 ||| UPGRADING to +0 chain mail.
  3796 | Sewer    | 3796 ||| UPGRADING to +0 chain mail.
  3797 | Sewer    | 3797 ||| UPGRADING to +0 chain mail.
  3798 | Sewer    | 3798 ||| UPGRADING to +0 chain mail.
  3799 | Sewer    | 3799 ||| UPGRADING to +0 chain mail.
  3800 | Sewer    | 3800 ||| UPGRADING to +0 chain mail.
  3801 | Sewer    | 3801 ||| UPGRADING to +0 chain mail.
  3802 | Sewer    | 3802 ||| UPGRADING to +0 chain mail.
  3803 | Sewer    | 3803 ||| UPGRADING to +0 chain mail.
  3804 | Sewer    | 3804 ||| UPGRADING to +0 chain mail.
  3805 | Sewer    | 3805 ||| UPGRADING to +0 chain mail.
  3806 | Sewer    | 3806 ||| UPGRADING to +0 chain mail.
  3807 | Sewer    | 3807 ||| UPGRADING to +0 chain mail.
  3808 | Sewer    | 3808 ||| UPGRADING to +0 chain mail.
  3809 | Sewer    | 3809 ||| UPGRADING to +0 chain mail.
  3810 | Sewer    | 3810 ||| UPGRADING to +0 chain mail.
  3811 | Sewer    | 3811 ||| UPGRADING to +0 chain mail.
  3812 | Sewer    | 3812 ||| UPGRADING to +0 chain mail.
  3813 | Sewer    | 3813 ||| UPGRADING to +0 chain mail.
  3814 | Sewer    | 3814 ||| UPGRADING to +0 chain mail.
  3815 | Sewer    | 3815 ||| UPGRADING to +0 chain mail.
  3816 | Sewer    | 3816 ||| UPGRADING to +0 chain mail.
  3817 | Sewer    | 3817 ||| UPGRADING to +0 chain mail.
  3818 | Sewer    | 3818 ||| UPGRADING to +0 chain mail.
  3819 | Sewer    | 3819 ||| UPGRADING to +0 chain mail.
  3820 | Sewer    | 3820 ||| UPGRADING to +0 chain mail.
  3821 | Sewer    | 3821 ||| UPGRADING to +0 chain mail.
  3822 | Sewer    | 3822 ||| UPGRADING to +0 chain mail.
  3823 | Sewer    | 3823 ||| UPGRADING to +0 chain mail.
  3824 | Sewer    | 3824 ||| UPGRADING to +0 chain mail.
  3825 | Sewer    | 3825 ||| UPGRADING to +0 chain mail.
  3826 | Sewer    | 3826 ||| UPGRADING to +0 chain mail.
  3827 | Sewer    | 3827 ||| UPGRADING to +0 chain mail.
  3828 | Sewer    | 3828 ||| UPGRADING to +0 chain mail.
  3829 | Sewer    | 3829 ||| UPGRADING to +0 chain mail.
  3830 | Sewer    | 3830 ||| UPGRADING to +0 chain mail.
  3831 | Sewer    | 3831 ||| UPGRADING to +0 chain mail.
  3832 | Sewer    | 3832 ||| UPGRADING to +0 chain mail.
  3833 | Sewer    | 3833 ||| UPGRADING to +0 chain mail.
  3834 | Sewer    | 3834 ||| UPGRADING to +0 chain mail.
  3835 | Sewer    | 3835 ||| UPGRADING to +0 chain mail.
  3836 | Sewer    | 3836 ||| UPGRADING to +0 chain mail.
  3837 | Sewer    | 3837 ||| UPGRADING to +0 chain mail.
  3838 | Sewer    | 3838 ||| UPGRADING to +0 chain mail.
  3839 | Sewer    | 3839 ||| UPGRADING to +0 chain mail.
  3840 | Sewer    | 3840 ||| UPGRADING to +0 chain mail.
  3841 | Sewer    | 3841 ||| UPGRADING to +0 chain mail.
  3842 | Sewer    | 3842 ||| UPGRADING to +0 chain mail.
  3843 | Sewer    | 3843 ||| UPGRADING to +0 chain mail.
  3844 | Sewer    | 3844 ||| UPGRADING to +0 chain mail.
  3845 | Sewer    | 3845 ||| UPGRADING to +0 chain mail.
  3846 | Sewer    | 3846 ||| UPGRADING to +0 chain mail.
  3847 | Sewer    | 3847 ||| UPGRADING to +0 chain mail.
  3848 | Sewer    | 3848 ||| UPGRADING to +0 chain mail.
  3849 | Sewer    | 3849 ||| UPGRADING to +0 chain mail.
  3850 | Sewer    | 3850 ||| UPGRADING to +0 chain mail.
  3851 | Sewer    | 3851 ||| UPGRADING to +0 chain mail.
  3852 | Sewer    | 3852 ||| UPGRADING to +0 chain mail.
  3853 | Sewer    | 3853 ||| UPGRADING to +0 chain mail.
  3854 | Sewer    | 3854 ||| UPGRADING to +0 chain mail.
  3855 | Sewer    | 3855 ||| UPGRADING to +0 chain mail.
  3856 | Sewer    | 3856 ||| UPGRADING to +0 chain mail.
  3857 | Sewer    | 3857 ||| UPGRADING to +0 chain mail.
  3858 | Sewer    | 3858 ||| UPGRADING to +0 chain mail.
  3859 | Sewer    | 3859 ||| UPGRADING to +0 chain mail.
  3860 | Sewer    | 3860 ||| UPGRADING to +0 chain mail.
  3861 | Sewer    | 3861 ||| UPGRADING to +0 chain mail.
  3862 | Sewer    | 3862 ||| UPGRADING to +0 chain mail.
  3863 | Sewer    | 3863 ||| UPGRADING to +0 chain mail.
  3864 | Sewer    | 3864 ||| UPGRADING to +0 chain mail.
  3865 | Sewer    | 3865 ||| UPGRADING to +0 chain mail.
  3866 | Sewer    | 3866 ||| UPGRADING to +0 chain mail.
  3867 | Sewer    | 3867 ||| UPGRADING to +0 chain mail.
  3868 | Sewer    | 3868 ||| UPGRADING to +0 chain mail.
  3869 | Sewer    | 3869 ||| UPGRADING to +0 chain mail.
  3870 | Sewer    | 3870 ||| UPGRADING to +0 chain mail.
  3871 | Sewer    | 3871 ||| UPGRADING to +0 chain mail.
  3872 | Sewer    | 3872 ||| UPGRADING to +0 chain mail.
  3873 | Sewer    | 3873 ||| UPGRADING to +0 chain mail.
  3874 | Sewer    | 3874 ||| UPGRADING to +0 chain mail.
  3875 | Sewer    | 3875 ||| UPGRADING to +0 chain mail.
  3876 | Sewer    | 3876 ||| UPGRADING to +0 chain mail.
  3877 | Sewer    | 3877 ||| UPGRADING to +0 chain mail.
  3878 | Sewer    | 3878 ||| UPGRADING to +0 chain mail.
  3879 | Sewer    | 3879 ||| UPGRADING to +0 chain mail.
  3880 | Sewer    | 3880 ||| UPGRADING to +0 chain mail.
  3881 | Sewer    | 3881 ||| UPGRADING to +0 chain mail.
  3882 | Sewer    | 3882 ||| UPGRADING to +0 chain mail.
  3883 | Sewer    | 3883 ||| UPGRADING to +0 chain mail.
  3884 | Sewer    | 3884 ||| UPGRADING to +0 chain mail.
  3885 | Sewer    | 3885 ||| UPGRADING to +0 chain mail.
  3886 | Sewer    | 3886 ||| UPGRADING to +0 chain mail.
  3887 | Sewer    | 3887 ||| UPGRADING to +0 chain mail.
  3888 | Sewer    | 3888 ||| UPGRADING to +0 chain mail.
  3889 | Sewer    | 3889 ||| UPGRADING to +0 chain mail.
  3890 | Sewer    | 3890 ||| UPGRADING to +0 chain mail.
  3891 | Sewer    | 3891 ||| UPGRADING to +0 chain mail.
  3892 | Sewer    | 3892 ||| UPGRADING to +0 chain mail.
  3893 | Sewer    | 3893 ||| UPGRADING to +0 chain mail.
  3894 | Sewer    | 3894 ||| UPGRADING to +0 chain mail.
  3895 | Sewer    | 3895 ||| UPGRADING to +0 chain mail.
  3896 | Sewer    | 3896 ||| UPGRADING to +0 chain mail.
  3897 | Sewer    | 3897 ||| UPGRADING to +0 chain mail.
  3898 | Sewer    | 3898 ||| UPGRADING to +0 chain mail.
  3899 | Sewer    | 3899 ||| UPGRADING to +0 chain mail.
  3900 | Sewer    | 3900 ||| UPGRADING to +0 chain mail.
  3901 | Sewer    | 3901 ||| UPGRADING to +0 chain mail.
  3902 | Sewer    | 3902 ||| UPGRADING to +0 chain mail.
  3903 | Sewer    | 3903 ||| UPGRADING to +0 chain mail.
  3904 | Sewer    | 3904 ||| UPGRADING to +0 chain mail.
  3905 | Sewer    | 3905 ||| UPGRADING to +0 chain mail.
  3906 | Sewer    | 3906 ||| UPGRADING to +0 chain mail.
  3907 | Sewer    | 3907 ||| UPGRADING to +0 chain mail.
  3908 | Sewer    | 3908 ||| UPGRADING to +0 chain mail.
  3909 | Sewer    | 3909 ||| UPGRADING to +0 chain mail.
  3910 | Sewer    | 3910 ||| UPGRADING to +0 chain mail.
  3911 | Sewer    | 3911 ||| UPGRADING to +0 chain mail.
  3912 | Sewer    | 3912 ||| UPGRADING to +0 chain mail.
  3913 | Sewer    | 3913 ||| UPGRADING to +0 chain mail.
  3914 | Sewer    | 3914 ||| UPGRADING to +0 chain mail.
  3915 | Sewer    | 3915 ||| UPGRADING to +0 chain mail.
  3916 | Sewer    | 3916 ||| UPGRADING to +0 chain mail.
  3917 | Sewer    | 3917 ||| UPGRADING to +0 chain mail.
  3918 | Sewer    | 3918 ||| UPGRADING to +0 chain mail.
  3919 | Sewer    | 3919 ||| UPGRADING to +0 chain mail.
  3920 | Sewer    | 3920 ||| UPGRADING to +0 chain mail.
  3921 | Sewer    | 3921 ||| UPGRADING to +0 chain mail.
  3922 | Sewer    | 3922 ||| UPGRADING to +0 chain mail.
  3923 | Sewer    | 3923 ||| UPGRADING to +0 chain mail.
  3924 | Sewer    | 3924 ||| UPGRADING to +0 chain mail.
  3925 | Sewer    | 3925 ||| UPGRADING to +0 chain mail.
  3926 | Sewer    | 3926 ||| UPGRADING to +0 chain mail.
  3927 | Sewer    | 3927 ||| UPGRADING to +0 chain mail.
  3928 | Sewer    | 3928 ||| UPGRADING to +0 chain mail.
  3929 | Sewer    | 3929 ||| UPGRADING to +0 chain mail.
  3930 | Sewer    | 3930 ||| UPGRADING to +0 chain mail.
  3931 | Sewer    | 3931 ||| UPGRADING to +0 chain mail.
  3932 | Sewer    | 3932 ||| UPGRADING to +0 chain mail.
  3933 | Sewer    | 3933 ||| UPGRADING to +0 chain mail.
  3934 | Sewer    | 3934 ||| UPGRADING to +0 chain mail.
  3935 | Sewer    | 3935 ||| UPGRADING to +0 chain mail.
  3936 | Sewer    | 3936 ||| UPGRADING to +0 chain mail.
  3937 | Sewer    | 3937 ||| UPGRADING to +0 chain mail.
  3938 | Sewer    | 3938 ||| UPGRADING to +0 chain mail.
  3939 | Sewer    | 3939 ||| UPGRADING to +0 chain mail.
  3940 | Sewer    | 3940 ||| UPGRADING to +0 chain mail.
  3941 | Sewer    | 3941 ||| UPGRADING to +0 chain mail.
  3942 | Sewer    | 3942 ||| UPGRADING to +0 chain mail.
  3943 | Sewer    | 3943 ||| UPGRADING to +0 chain mail.
  3944 | Sewer    | 3944 ||| UPGRADING to +0 chain mail.
  3945 | Sewer    | 3945 ||| UPGRADING to +0 chain mail.
  3946 | Sewer    | 3946 ||| UPGRADING to +0 chain mail.
  3947 | Sewer    | 3947 ||| UPGRADING to +0 chain mail.
  3948 | Sewer    | 3948 ||| UPGRADING to +0 chain mail.
  3949 | Sewer    | 3949 ||| UPGRADING to +0 chain mail.
  3950 | Sewer    | 3950 ||| UPGRADING to +0 chain mail.
  3951 | Sewer    | 3951 ||| UPGRADING to +0 chain mail.
  3952 | Sewer    | 3952 ||| UPGRADING to +0 chain mail.
  3953 | Sewer    | 3953 ||| UPGRADING to +0 chain mail.
  3954 | Sewer    | 3954 ||| UPGRADING to +0 chain mail.
  3955 | Sewer    | 3955 ||| UPGRADING to +0 chain mail.
  3956 | Sewer    | 3956 ||| UPGRADING to +0 chain mail.
  3957 | Sewer    | 3957 ||| UPGRADING to +0 chain mail.
  3958 | Sewer    | 3958 ||| UPGRADING to +0 chain mail.
  3959 | Sewer    | 3959 ||| UPGRADING to +0 chain mail.
  3960 | Sewer    | 3960 ||| UPGRADING to +0 chain mail.
  3961 | Sewer    | 3961 ||| UPGRADING to +0 chain mail.
  3962 | Sewer    | 3962 ||| UPGRADING to +0 chain mail.
  3963 | Sewer    | 3963 ||| UPGRADING to +0 chain mail.
  3964 | Sewer    | 3964 ||| UPGRADING to +0 chain mail.
  3965 | Sewer    | 3965 ||| UPGRADING to +0 chain mail.
  3966 | Sewer    | 3966 ||| UPGRADING to +0 chain mail.
  3967 | Sewer    | 3967 ||| UPGRADING to +0 chain mail.
  3968 | Sewer    | 3968 ||| UPGRADING to +0 chain mail.
  3969 | Sewer    | 3969 ||| UPGRADING to +0 chain mail.
  3970 | Sewer    | 3970 ||| UPGRADING to +0 chain mail.
  3971 | Sewer    | 3971 ||| UPGRADING to +0 chain mail.
  3972 | Sewer    | 3972 ||| UPGRADING to +0 chain mail.
  3973 | Sewer    | 3973 ||| UPGRADING to +0 chain mail.
  3974 | Sewer    | 3974 ||| UPGRADING to +0 chain mail.
  3975 | Sewer    | 3975 ||| UPGRADING to +0 chain mail.
  3976 | Sewer    | 3976 ||| UPGRADING to +0 chain mail.
  3977 | Sewer    | 3977 ||| UPGRADING to +0 chain mail.
  3978 | Sewer    | 3978 ||| UPGRADING to +0 chain mail.
  3979 | Sewer    | 3979 ||| UPGRADING to +0 chain mail.
  3980 | Sewer    | 3980 ||| UPGRADING to +0 chain mail.
  3981 | Sewer    | 3981 ||| UPGRADING to +0 chain mail.
  3982 | Sewer    | 3982 ||| UPGRADING to +0 chain mail.
  3983 | Sewer    | 3983 ||| UPGRADING to +0 chain mail.
  3984 | Sewer    | 3984 ||| UPGRADING to +0 chain mail.
  3985 | Sewer    | 3985 ||| UPGRADING to +0 chain mail.
  3986 | Sewer    | 3986 ||| UPGRADING to +0 chain mail.
  3987 | Sewer    | 3987 ||| UPGRADING to +0 chain mail.
  3988 | Sewer    | 3988 ||| UPGRADING to +0 chain mail.
  3989 | Sewer    | 3989 ||| UPGRADING to +0 chain mail.
  3990 | Sewer    | 3990 ||| UPGRADING to +0 chain mail.
  3991 | Sewer    | 3991 ||| UPGRADING to +0 chain mail.
  3992 | Sewer    | 3992 ||| UPGRADING to +0 chain mail.
  3993 | Sewer    | 3993 ||| UPGRADING to +0 chain mail.
  3994 | Sewer    | 3994 ||| UPGRADING to +0 chain mail.
  3995 | Sewer    | 3995 ||| UPGRADING to +0 chain mail.
  3996 | Sewer    | 3996 ||| UPGRADING to +0 chain mail.
  3997 | Sewer    | 3997 ||| UPGRADING to +0 chain mail.
  3998 | Sewer    | 3998 ||| UPGRADING to +0 chain mail.
  3999 | Sewer    | 3999 ||| UPGRADING to +0 chain mail.
  4000 | Sewer    | 4000 ||| UPGRADING to +0 chain mail.
  4001 | Sewer    | 4001 ||| UPGRADING to +0 chain mail.
  4002 | Sewer    | 4002 ||| UPGRADING to +0 chain mail.
  4003 | Sewer    | 4003 ||| UPGRADING to +0 chain mail.
  4004 | Sewer    | 4004 ||| UPGRADING to +0 chain mail.
  4005 | Sewer    | 4005 ||| UPGRADING to +0 chain mail.
  4006 | Sewer    | 4006 ||| UPGRADING to +0 chain mail.
  4007 | Sewer    | 4007 ||| UPGRADING to +0 chain mail.
  4008 | Sewer    | 4008 ||| UPGRADING to +0 chain mail.
  4009 | Sewer    | 4009 ||| UPGRADING to +0 chain mail.
  4010 | Sewer    | 4010 ||| UPGRADING to +0 chain mail.
  4011 | Sewer    | 4011 ||| UPGRADING to +0 chain mail.
  4012 | Sewer    | 4012 ||| UPGRADING to +0 chain mail.
  4013 | Sewer    | 4013 ||| UPGRADING to +0 chain mail.
  4014 | Sewer    | 4014 ||| UPGRADING to +0 chain mail.
  4015 | Sewer    | 4015 ||| UPGRADING to +0 chain mail.
  4016 | Sewer    | 4016 ||| UPGRADING to +0 chain mail.
  4017 | Sewer    | 4017 ||| UPGRADING to +0 chain mail.
  4018 | Sewer    | 4018 ||| UPGRADING to +0 chain mail.
  4019 | Sewer    | 4019 ||| UPGRADING to +0 chain mail.
  4020 | Sewer    | 4020 ||| UPGRADING to +0 chain mail.
  4021 | Sewer    | 4021 ||| UPGRADING to +0 chain mail.
  4022 | Sewer    | 4022 ||| UPGRADING to +0 chain mail.
  4023 | Sewer    | 4023 ||| UPGRADING to +0 chain mail.
  4024 | Sewer    | 4024 ||| UPGRADING to +0 chain mail.
  4025 | Sewer    | 4025 ||| UPGRADING to +0 chain mail.
  4026 | Sewer    | 4026 ||| UPGRADING to +0 chain mail.
  4027 | Sewer    | 4027 ||| UPGRADING to +0 chain mail.
  4028 | Sewer    | 4028 ||| UPGRADING to +0 chain mail.
  4029 | Sewer    | 4029 ||| UPGRADING to +0 chain mail.
  4030 | Sewer    | 4030 ||| UPGRADING to +0 chain mail.
  4031 | Sewer    | 4031 ||| UPGRADING to +0 chain mail.
  4032 | Sewer    | 4032 ||| UPGRADING to +0 chain mail.
  4033 | Sewer    | 4033 ||| UPGRADING to +0 chain mail.
  4034 | Sewer    | 4034 ||| UPGRADING to +0 chain mail.
  4035 | Sewer    | 4035 ||| UPGRADING to +0 chain mail.
  4036 | Sewer    | 4036 ||| UPGRADING to +0 chain mail.
  4037 | Sewer    | 4037 ||| UPGRADING to +0 chain mail.
  4038 | Sewer    | 4038 ||| UPGRADING to +0 chain mail.
  4039 | Sewer    | 4039 ||| UPGRADING to +0 chain mail.
  4040 | Sewer    | 4040 ||| UPGRADING to +0 chain mail.
  4041 | Sewer    | 4041 ||| UPGRADING to +0 chain mail.
  4042 | Sewer    | 4042 ||| UPGRADING to +0 chain mail.
  4043 | Sewer    | 4043 ||| UPGRADING to +0 chain mail.
  4044 | Sewer    | 4044 ||| UPGRADING to +0 chain mail.
  4045 | Sewer    | 4045 ||| UPGRADING to +0 chain mail.
  4046 | Sewer    | 4046 ||| UPGRADING to +0 chain mail.
  4047 | Sewer    | 4047 ||| UPGRADING to +0 chain mail.
  4048 | Sewer    | 4048 ||| UPGRADING to +0 chain mail.
  4049 | Sewer    | 4049 ||| UPGRADING to +0 chain mail.
  4050 | Sewer    | 4050 ||| UPGRADING to +0 chain mail.
  4051 | Sewer    | 4051 ||| UPGRADING to +0 chain mail.
  4052 | Sewer    | 4052 ||| UPGRADING to +0 chain mail.
  4053 | Sewer    | 4053 ||| UPGRADING to +0 chain mail.
  4054 | Sewer    | 4054 ||| UPGRADING to +0 chain mail.
  4055 | Sewer    | 4055 ||| UPGRADING to +0 chain mail.
  4056 | Sewer    | 4056 ||| UPGRADING to +0 chain mail.
  4057 | Sewer    | 4057 ||| UPGRADING to +0 chain mail.
  4058 | Sewer    | 4058 ||| UPGRADING to +0 chain mail.
  4059 | Sewer    | 4059 ||| UPGRADING to +0 chain mail.
  4060 | Sewer    | 4060 ||| UPGRADING to +0 chain mail.
  4061 | Sewer    | 4061 ||| UPGRADING to +0 chain mail.
  4062 | Sewer    | 4062 ||| UPGRADING to +0 chain mail.
  4063 | Sewer    | 4063 ||| UPGRADING to +0 chain mail.
  4064 | Sewer    | 4064 ||| UPGRADING to +0 chain mail.
  4065 | Sewer    | 4065 ||| UPGRADING to +0 chain mail.
  4066 | Sewer    | 4066 ||| UPGRADING to +0 chain mail.
  4067 | Sewer    | 4067 ||| UPGRADING to +0 chain mail.
  4068 | Sewer    | 4068 ||| UPGRADING to +0 chain mail.
  4069 | Sewer    | 4069 ||| UPGRADING to +0 chain mail.
  4070 | Sewer    | 4070 ||| UPGRADING to +0 chain mail.
  4071 | Sewer    | 4071 ||| UPGRADING to +0 chain mail.
  4072 | Sewer    | 4072 ||| UPGRADING to +0 chain mail.
  4073 | Sewer    | 4073 ||| UPGRADING to +0 chain mail.
  4074 | Sewer    | 4074 ||| UPGRADING to +0 chain mail.
  4075 | Sewer    | 4075 ||| UPGRADING to +0 chain mail.
  4076 | Sewer    | 4076 ||| UPGRADING to +0 chain mail.
  4077 | Sewer    | 4077 ||| UPGRADING to +0 chain mail.
  4078 | Sewer    | 4078 ||| UPGRADING to +0 chain mail.
  4079 | Sewer    | 4079 ||| UPGRADING to +0 chain mail.
  4080 | Sewer    | 4080 ||| UPGRADING to +0 chain mail.
  4081 | Sewer    | 4081 ||| UPGRADING to +0 chain mail.
  4082 | Sewer    | 4082 ||| UPGRADING to +0 chain mail.
  4083 | Sewer    | 4083 ||| UPGRADING to +0 chain mail.
  4084 | Sewer    | 4084 ||| UPGRADING to +0 chain mail.
  4085 | Sewer    | 4085 ||| UPGRADING to +0 chain mail.
  4086 | Sewer    | 4086 ||| UPGRADING to +0 chain mail.
  4087 | Sewer    | 4087 ||| UPGRADING to +0 chain mail.
  4088 | Sewer    | 4088 ||| UPGRADING to +0 chain mail.
  4089 | Sewer    | 4089 ||| UPGRADING to +0 chain mail.
  4090 | Sewer    | 4090 ||| UPGRADING to +0 chain mail.
  4091 | Sewer    | 4091 ||| UPGRADING to +0 chain mail.
  4092 | Sewer    | 4092 ||| UPGRADING to +0 chain mail.
  4093 | Sewer    | 4093 ||| UPGRADING to +0 chain mail.
  4094 | Sewer    | 4094 ||| UPGRADING to +0 chain mail.
  4095 | Sewer    | 4095 ||| UPGRADING to +0 chain mail.
  4096 | Sewer    | 4096 ||| UPGRADING to +0 chain mail.
  4097 | Sewer    | 4097 ||| UPGRADING to +0 chain mail.
  4098 | Sewer    | 4098 ||| UPGRADING to +0 chain mail.
  4099 | Sewer    | 4099 ||| UPGRADING to +0 chain mail.
  4100 | Sewer    | 4100 ||| UPGRADING to +0 chain mail.
  4101 | Sewer    | 4101 ||| UPGRADING to +0 chain mail.
  4102 | Sewer    | 4102 ||| UPGRADING to +0 chain mail.
  4103 | Sewer    | 4103 ||| UPGRADING to +0 chain mail.
  4104 | Sewer    | 4104 ||| UPGRADING to +0 chain mail.
  4105 | Sewer    | 4105 ||| UPGRADING to +0 chain mail.
  4106 | Sewer    | 4106 ||| UPGRADING to +0 chain mail.
  4107 | Sewer    | 4107 ||| UPGRADING to +0 chain mail.
  4108 | Sewer    | 4108 ||| UPGRADING to +0 chain mail.
  4109 | Sewer    | 4109 ||| UPGRADING to +0 chain mail.
  4110 | Sewer    | 4110 ||| UPGRADING to +0 chain mail.
  4111 | Sewer    | 4111 ||| UPGRADING to +0 chain mail.
  4112 | Sewer    | 4112 ||| UPGRADING to +0 chain mail.
  4113 | Sewer    | 4113 ||| UPGRADING to +0 chain mail.
  4114 | Sewer    | 4114 ||| UPGRADING to +0 chain mail.
  4115 | Sewer    | 4115 ||| UPGRADING to +0 chain mail.
  4116 | Sewer    | 4116 ||| UPGRADING to +0 chain mail.
  4117 | Sewer    | 4117 ||| UPGRADING to +0 chain mail.
  4118 | Sewer    | 4118 ||| UPGRADING to +0 chain mail.
  4119 | Sewer    | 4119 ||| UPGRADING to +0 chain mail.
  4120 | Sewer    | 4120 ||| UPGRADING to +0 chain mail.
  4121 | Sewer    | 4121 ||| UPGRADING to +0 chain mail.
  4122 | Sewer    | 4122 ||| UPGRADING to +0 chain mail.
  4123 | Sewer    | 4123 ||| UPGRADING to +0 chain mail.
  4124 | Sewer    | 4124 ||| UPGRADING to +0 chain mail.
  4125 | Sewer    | 4125 ||| UPGRADING to +0 chain mail.
  4126 | Sewer    | 4126 ||| UPGRADING to +0 chain mail.
  4127 | Sewer    | 4127 ||| UPGRADING to +0 chain mail.
  4128 | Sewer    | 4128 ||| UPGRADING to +0 chain mail.
  4129 | Sewer    | 4129 ||| UPGRADING to +0 chain mail.
  4130 | Sewer    | 4130 ||| UPGRADING to +0 chain mail.
  4131 | Sewer    | 4131 ||| UPGRADING to +0 chain mail.
  4132 | Sewer    | 4132 ||| UPGRADING to +0 chain mail.
  4133 | Sewer    | 4133 ||| UPGRADING to +0 chain mail.
  4134 | Sewer    | 4134 ||| UPGRADING to +0 chain mail.
  4135 | Sewer    | 4135 ||| UPGRADING to +0 chain mail.
  4136 | Sewer    | 4136 ||| UPGRADING to +0 chain mail.
  4137 | Sewer    | 4137 ||| UPGRADING to +0 chain mail.
  4138 | Sewer    | 4138 ||| UPGRADING to +0 chain mail.
  4139 | Sewer    | 4139 ||| UPGRADING to +0 chain mail.
  4140 | Sewer    | 4140 ||| UPGRADING to +0 chain mail.
  4141 | Sewer    | 4141 ||| UPGRADING to +0 chain mail.
  4142 | Sewer    | 4142 ||| UPGRADING to +0 chain mail.
  4143 | Sewer    | 4143 ||| UPGRADING to +0 chain mail.
  4144 | Sewer    | 4144 ||| UPGRADING to +0 chain mail.
  4145 | Sewer    | 4145 ||| UPGRADING to +0 chain mail.
  4146 | Sewer    | 4146 ||| UPGRADING to +0 chain mail.
  4147 | Sewer    | 4147 ||| UPGRADING to +0 chain mail.
  4148 | Sewer    | 4148 ||| UPGRADING to +0 chain mail.
  4149 | Sewer    | 4149 ||| UPGRADING to +0 chain mail.
  4150 | Sewer    | 4150 ||| UPGRADING to +0 chain mail.
  4151 | Sewer    | 4151 ||| UPGRADING to +0 chain mail.
  4152 | Sewer    | 4152 ||| UPGRADING to +0 chain mail.
  4153 | Sewer    | 4153 ||| UPGRADING to +0 chain mail.
  4154 | Sewer    | 4154 ||| UPGRADING to +0 chain mail.
  4155 | Sewer    | 4155 ||| UPGRADING to +0 chain mail.
  4156 | Sewer    | 4156 ||| UPGRADING to +0 chain mail.
  4157 | Sewer    | 4157 ||| UPGRADING to +0 chain mail.
  4158 | Sewer    | 4158 ||| UPGRADING to +0 chain mail.
  4159 | Sewer    | 4159 ||| UPGRADING to +0 chain mail.
  4160 | Sewer    | 4160 ||| UPGRADING to +0 chain mail.
  4161 | Sewer    | 4161 ||| UPGRADING to +0 chain mail.
  4162 | Sewer    | 4162 ||| UPGRADING to +0 chain mail.
  4163 | Sewer    | 4163 ||| UPGRADING to +0 chain mail.
  4164 | Sewer    | 4164 ||| UPGRADING to +0 chain mail.
  4165 | Sewer    | 4165 ||| UPGRADING to +0 chain mail.
  4166 | Sewer    | 4166 ||| UPGRADING to +0 chain mail.
  4167 | Sewer    | 4167 ||| UPGRADING to +0 chain mail.
  4168 | Sewer    | 4168 ||| UPGRADING to +0 chain mail.
  4169 | Sewer    | 4169 ||| UPGRADING to +0 chain mail.
  4170 | Sewer    | 4170 ||| UPGRADING to +0 chain mail.
  4171 | Sewer    | 4171 ||| UPGRADING to +0 chain mail.
  4172 | Sewer    | 4172 ||| UPGRADING to +0 chain mail.
  4173 | Sewer    | 4173 ||| UPGRADING to +0 chain mail.
  4174 | Sewer    | 4174 ||| UPGRADING to +0 chain mail.
  4175 | Sewer    | 4175 ||| UPGRADING to +0 chain mail.
  4176 | Sewer    | 4176 ||| UPGRADING to +0 chain mail.
  4177 | Sewer    | 4177 ||| UPGRADING to +0 chain mail.
  4178 | Sewer    | 4178 ||| UPGRADING to +0 chain mail.
  4179 | Sewer    | 4179 ||| UPGRADING to +0 chain mail.
  4180 | Sewer    | 4180 ||| UPGRADING to +0 chain mail.
  4181 | Sewer    | 4181 ||| UPGRADING to +0 chain mail.
  4182 | Sewer    | 4182 ||| UPGRADING to +0 chain mail.
  4183 | Sewer    | 4183 ||| UPGRADING to +0 chain mail.
  4184 | Sewer    | 4184 ||| UPGRADING to +0 chain mail.
  4185 | Sewer    | 4185 ||| UPGRADING to +0 chain mail.
  4186 | Sewer    | 4186 ||| UPGRADING to +0 chain mail.
  4187 | Sewer    | 4187 ||| UPGRADING to +0 chain mail.
  4188 | Sewer    | 4188 ||| UPGRADING to +0 chain mail.
  4189 | Sewer    | 4189 ||| UPGRADING to +0 chain mail.
  4190 | Sewer    | 4190 ||| UPGRADING to +0 chain mail.
  4191 | Sewer    | 4191 ||| UPGRADING to +0 chain mail.
  4192 | Sewer    | 4192 ||| UPGRADING to +0 chain mail.
  4193 | Sewer    | 4193 ||| UPGRADING to +0 chain mail.
  4194 | Sewer    | 4194 ||| UPGRADING to +0 chain mail.
  4195 | Sewer    | 4195 ||| UPGRADING to +0 chain mail.
  4196 | Sewer    | 4196 ||| UPGRADING to +0 chain mail.
  4197 | Sewer    | 4197 ||| UPGRADING to +0 chain mail.
  4198 | Sewer    | 4198 ||| UPGRADING to +0 chain mail.
  4199 | Sewer    | 4199 ||| UPGRADING to +0 chain mail.
  4200 | Sewer    | 4200 ||| UPGRADING to +0 chain mail.
  4201 | Sewer    | 4201 ||| UPGRADING to +0 chain mail.
  4202 | Sewer    | 4202 ||| UPGRADING to +0 chain mail.
  4203 | Sewer    | 4203 ||| UPGRADING to +0 chain mail.
  4204 | Sewer    | 4204 ||| UPGRADING to +0 chain mail.
  4205 | Sewer    | 4205 ||| UPGRADING to +0 chain mail.
  4206 | Sewer    | 4206 ||| UPGRADING to +0 chain mail.
  4207 | Sewer    | 4207 ||| UPGRADING to +0 chain mail.
  4208 | Sewer    | 4208 ||| UPGRADING to +0 chain mail.
  4209 | Sewer    | 4209 ||| UPGRADING to +0 chain mail.
  4210 | Sewer    | 4210 ||| UPGRADING to +0 chain mail.
  4211 | Sewer    | 4211 ||| UPGRADING to +0 chain mail.
  4212 | Sewer    | 4212 ||| UPGRADING to +0 chain mail.
  4213 | Sewer    | 4213 ||| UPGRADING to +0 chain mail.
  4214 | Sewer    | 4214 ||| UPGRADING to +0 chain mail.
  4215 | Sewer    | 4215 ||| UPGRADING to +0 chain mail.
  4216 | Sewer    | 4216 ||| UPGRADING to +0 chain mail.
  4217 | Sewer    | 4217 ||| UPGRADING to +0 chain mail.
  4218 | Sewer    | 4218 ||| UPGRADING to +0 chain mail.
  4219 | Sewer    | 4219 ||| UPGRADING to +0 chain mail.
  4220 | Sewer    | 4220 ||| UPGRADING to +0 chain mail.
  4221 | Sewer    | 4221 ||| UPGRADING to +0 chain mail.
  4222 | Sewer    | 4222 ||| UPGRADING to +0 chain mail.
  4223 | Sewer    | 4223 ||| UPGRADING to +0 chain mail.
  4224 | Sewer    | 4224 ||| UPGRADING to +0 chain mail.
  4225 | Sewer    | 4225 ||| UPGRADING to +0 chain mail.
  4226 | Sewer    | 4226 ||| UPGRADING to +0 chain mail.
  4227 | Sewer    | 4227 ||| UPGRADING to +0 chain mail.
  4228 | Sewer    | 4228 ||| UPGRADING to +0 chain mail.
  4229 | Sewer    | 4229 ||| UPGRADING to +0 chain mail.
  4230 | Sewer    | 4230 ||| UPGRADING to +0 chain mail.
  4231 | Sewer    | 4231 ||| UPGRADING to +0 chain mail.
  4232 | Sewer    | 4232 ||| UPGRADING to +0 chain mail.
  4233 | Sewer    | 4233 ||| UPGRADING to +0 chain mail.
  4234 | Sewer    | 4234 ||| UPGRADING to +0 chain mail.
  4235 | Sewer    | 4235 ||| UPGRADING to +0 chain mail.
  4236 | Sewer    | 4236 ||| UPGRADING to +0 chain mail.
  4237 | Sewer    | 4237 ||| UPGRADING to +0 chain mail.
  4238 | Sewer    | 4238 ||| UPGRADING to +0 chain mail.
  4239 | Sewer    | 4239 ||| UPGRADING to +0 chain mail.
  4240 | Sewer    | 4240 ||| UPGRADING to +0 chain mail.
  4241 | Sewer    | 4241 ||| UPGRADING to +0 chain mail.
  4242 | Sewer    | 4242 ||| UPGRADING to +0 chain mail.
  4243 | Sewer    | 4243 ||| UPGRADING to +0 chain mail.
  4244 | Sewer    | 4244 ||| UPGRADING to +0 chain mail.
  4245 | Sewer    | 4245 ||| UPGRADING to +0 chain mail.
  4246 | Sewer    | 4246 ||| UPGRADING to +0 chain mail.
  4247 | Sewer    | 4247 ||| UPGRADING to +0 chain mail.
  4248 | Sewer    | 4248 ||| UPGRADING to +0 chain mail.
  4249 | Sewer    | 4249 ||| UPGRADING to +0 chain mail.
  4250 | Sewer    | 4250 ||| UPGRADING to +0 chain mail.
  4251 | Sewer    | 4251 ||| UPGRADING to +0 chain mail.
  4252 | Sewer    | 4252 ||| UPGRADING to +0 chain mail.
  4253 | Sewer    | 4253 ||| UPGRADING to +0 chain mail.
  4254 | Sewer    | 4254 ||| UPGRADING to +0 chain mail.
  4255 | Sewer    | 4255 ||| UPGRADING to +0 chain mail.
  4256 | Sewer    | 4256 ||| UPGRADING to +0 chain mail.
  4257 | Sewer    | 4257 ||| UPGRADING to +0 chain mail.
  4258 | Sewer    | 4258 ||| UPGRADING to +0 chain mail.
  4259 | Sewer    | 4259 ||| UPGRADING to +0 chain mail.
  4260 | Sewer    | 4260 ||| UPGRADING to +0 chain mail.
  4261 | Sewer    | 4261 ||| UPGRADING to +0 chain mail.
  4262 | Sewer    | 4262 ||| UPGRADING to +0 chain mail.
  4263 | Sewer    | 4263 ||| UPGRADING to +0 chain mail.
  4264 | Sewer    | 4264 ||| UPGRADING to +0 chain mail.
  4265 | Sewer    | 4265 ||| UPGRADING to +0 chain mail.
  4266 | Sewer    | 4266 ||| UPGRADING to +0 chain mail.
  4267 | Sewer    | 4267 ||| UPGRADING to +0 chain mail.
  4268 | Sewer    | 4268 ||| UPGRADING to +0 chain mail.
  4269 | Sewer    | 4269 ||| UPGRADING to +0 chain mail.
  4270 | Sewer    | 4270 ||| UPGRADING to +0 chain mail.
  4271 | Sewer    | 4271 ||| UPGRADING to +0 chain mail.
  4272 | Sewer    | 4272 ||| UPGRADING to +0 chain mail.
  4273 | Sewer    | 4273 ||| UPGRADING to +0 chain mail.
  4274 | Sewer    | 4274 ||| UPGRADING to +0 chain mail.
  4275 | Sewer    | 4275 ||| UPGRADING to +0 chain mail.
  4276 | Sewer    | 4276 ||| UPGRADING to +0 chain mail.
  4277 | Sewer    | 4277 ||| UPGRADING to +0 chain mail.
  4278 | Sewer    | 4278 ||| UPGRADING to +0 chain mail.
  4279 | Sewer    | 4279 ||| UPGRADING to +0 chain mail.
  4280 | Sewer    | 4280 ||| UPGRADING to +0 chain mail.
  4281 | Sewer    | 4281 ||| UPGRADING to +0 chain mail.
  4282 | Sewer    | 4282 ||| UPGRADING to +0 chain mail.
  4283 | Sewer    | 4283 ||| UPGRADING to +0 chain mail.
  4284 | Sewer    | 4284 ||| UPGRADING to +0 chain mail.
  4285 | Sewer    | 4285 ||| UPGRADING to +0 chain mail.
  4286 | Sewer    | 4286 ||| UPGRADING to +0 chain mail.
  4287 | Sewer    | 4287 ||| UPGRADING to +0 chain mail.
  4288 | Sewer    | 4288 ||| UPGRADING to +0 chain mail.
  4289 | Sewer    | 4289 ||| UPGRADING to +0 chain mail.
  4290 | Sewer    | 4290 ||| UPGRADING to +0 chain mail.
  4291 | Sewer    | 4291 ||| UPGRADING to +0 chain mail.
  4292 | Sewer    | 4292 ||| UPGRADING to +0 chain mail.
  4293 | Sewer    | 4293 ||| UPGRADING to +0 chain mail.
  4294 | Sewer    | 4294 ||| UPGRADING to +0 chain mail.
  4295 | Sewer    | 4295 ||| UPGRADING to +0 chain mail.
  4296 | Sewer    | 4296 ||| UPGRADING to +0 chain mail.
  4297 | Sewer    | 4297 ||| UPGRADING to +0 chain mail.
  4298 | Sewer    | 4298 ||| UPGRADING to +0 chain mail.
  4299 | Sewer    | 4299 ||| UPGRADING to +0 chain mail.
  4300 | Sewer    | 4300 ||| UPGRADING to +0 chain mail.
  4301 | Sewer    | 4301 ||| UPGRADING to +0 chain mail.
  4302 | Sewer    | 4302 ||| UPGRADING to +0 chain mail.
  4303 | Sewer    | 4303 ||| UPGRADING to +0 chain mail.
  4304 | Sewer    | 4304 ||| UPGRADING to +0 chain mail.
  4305 | Sewer    | 4305 ||| UPGRADING to +0 chain mail.
  4306 | Sewer    | 4306 ||| UPGRADING to +0 chain mail.
  4307 | Sewer    | 4307 ||| UPGRADING to +0 chain mail.
  4308 | Sewer    | 4308 ||| UPGRADING to +0 chain mail.
  4309 | Sewer    | 4309 ||| UPGRADING to +0 chain mail.
  4310 | Sewer    | 4310 ||| UPGRADING to +0 chain mail.
  4311 | Sewer    | 4311 ||| UPGRADING to +0 chain mail.
  4312 | Sewer    | 4312 ||| UPGRADING to +0 chain mail.
  4313 | Sewer    | 4313 ||| UPGRADING to +0 chain mail.
  4314 | Sewer    | 4314 ||| UPGRADING to +0 chain mail.
  4315 | Sewer    | 4315 ||| UPGRADING to +0 chain mail.
  4316 | Sewer    | 4316 ||| UPGRADING to +0 chain mail.
  4317 | Sewer    | 4317 ||| UPGRADING to +0 chain mail.
  4318 | Sewer    | 4318 ||| UPGRADING to +0 chain mail.
  4319 | Sewer    | 4319 ||| UPGRADING to +0 chain mail.
  4320 | Sewer    | 4320 ||| UPGRADING to +0 chain mail.
  4321 | Sewer    | 4321 ||| UPGRADING to +0 chain mail.
  4322 | Sewer    | 4322 ||| UPGRADING to +0 chain mail.
  4323 | Sewer    | 4323 ||| UPGRADING to +0 chain mail.
  4324 | Sewer    | 4324 ||| UPGRADING to +0 chain mail.
  4325 | Sewer    | 4325 ||| UPGRADING to +0 chain mail.
  4326 | Sewer    | 4326 ||| UPGRADING to +0 chain mail.
  4327 | Sewer    | 4327 ||| UPGRADING to +0 chain mail.
  4328 | Sewer    | 4328 ||| UPGRADING to +0 chain mail.
  4329 | Sewer    | 4329 ||| UPGRADING to +0 chain mail.
  4330 | Sewer    | 4330 ||| UPGRADING to +0 chain mail.
  4331 | Sewer    | 4331 ||| UPGRADING to +0 chain mail.
  4332 | Sewer    | 4332 ||| UPGRADING to +0 chain mail.
  4333 | Sewer    | 4333 ||| UPGRADING to +0 chain mail.
  4334 | Sewer    | 4334 ||| UPGRADING to +0 chain mail.
  4335 | Sewer    | 4335 ||| UPGRADING to +0 chain mail.
  4336 | Sewer    | 4336 ||| UPGRADING to +0 chain mail.
  4337 | Sewer    | 4337 ||| UPGRADING to +0 chain mail.
  4338 | Sewer    | 4338 ||| UPGRADING to +0 chain mail.
  4339 | Sewer    | 4339 ||| UPGRADING to +0 chain mail.
  4340 | Sewer    | 4340 ||| UPGRADING to +0 chain mail.
  4341 | Sewer    | 4341 ||| UPGRADING to +0 chain mail.
  4342 | Sewer    | 4342 ||| UPGRADING to +0 chain mail.
  4343 | Sewer    | 4343 ||| UPGRADING to +0 chain mail.
  4344 | Sewer    | 4344 ||| UPGRADING to +0 chain mail.
  4345 | Sewer    | 4345 ||| UPGRADING to +0 chain mail.
  4346 | Sewer    | 4346 ||| UPGRADING to +0 chain mail.
  4347 | Sewer    | 4347 ||| UPGRADING to +0 chain mail.
  4348 | Sewer    | 4348 ||| UPGRADING to +0 chain mail.
  4349 | Sewer    | 4349 ||| UPGRADING to +0 chain mail.
  4350 | Sewer    | 4350 ||| UPGRADING to +0 chain mail.
  4351 | Sewer    | 4351 ||| UPGRADING to +0 chain mail.
  4352 | Sewer    | 4352 ||| UPGRADING to +0 chain mail.
  4353 | Sewer    | 4353 ||| UPGRADING to +0 chain mail.
  4354 | Sewer    | 4354 ||| UPGRADING to +0 chain mail.
  4355 | Sewer    | 4355 ||| UPGRADING to +0 chain mail.
  4356 | Sewer    | 4356 ||| UPGRADING to +0 chain mail.
  4357 | Sewer    | 4357 ||| UPGRADING to +0 chain mail.
  4358 | Sewer    | 4358 ||| UPGRADING to +0 chain mail.
  4359 | Sewer    | 4359 ||| UPGRADING to +0 chain mail.
  4360 | Sewer    | 4360 ||| UPGRADING to +0 chain mail.
  4361 | Sewer    | 4361 ||| UPGRADING to +0 chain mail.
  4362 | Sewer    | 4362 ||| UPGRADING to +0 chain mail.
  4363 | Sewer    | 4363 ||| UPGRADING to +0 chain mail.
  4364 | Sewer    | 4364 ||| UPGRADING to +0 chain mail.
  4365 | Sewer    | 4365 ||| UPGRADING to +0 chain mail.
  4366 | Sewer    | 4366 ||| UPGRADING to +0 chain mail.
  4367 | Sewer    | 4367 ||| UPGRADING to +0 chain mail.
  4368 | Sewer    | 4368 ||| UPGRADING to +0 chain mail.
  4369 | Sewer    | 4369 ||| UPGRADING to +0 chain mail.
  4370 | Sewer    | 4370 ||| UPGRADING to +0 chain mail.
  4371 | Sewer    | 4371 ||| UPGRADING to +0 chain mail.
  4372 | Sewer    | 4372 ||| UPGRADING to +0 chain mail.
  4373 | Sewer    | 4373 ||| UPGRADING to +0 chain mail.
  4374 | Sewer    | 4374 ||| UPGRADING to +0 chain mail.
  4375 | Sewer    | 4375 ||| UPGRADING to +0 chain mail.
  4376 | Sewer    | 4376 ||| UPGRADING to +0 chain mail.
  4377 | Sewer    | 4377 ||| UPGRADING to +0 chain mail.
  4378 | Sewer    | 4378 ||| UPGRADING to +0 chain mail.
  4379 | Sewer    | 4379 ||| UPGRADING to +0 chain mail.
  4380 | Sewer    | 4380 ||| UPGRADING to +0 chain mail.
  4381 | Sewer    | 4381 ||| UPGRADING to +0 chain mail.
  4382 | Sewer    | 4382 ||| UPGRADING to +0 chain mail.
  4383 | Sewer    | 4383 ||| UPGRADING to +0 chain mail.
  4384 | Sewer    | 4384 ||| UPGRADING to +0 chain mail.
  4385 | Sewer    | 4385 ||| UPGRADING to +0 chain mail.
  4386 | Sewer    | 4386 ||| UPGRADING to +0 chain mail.
  4387 | Sewer    | 4387 ||| UPGRADING to +0 chain mail.
  4388 | Sewer    | 4388 ||| UPGRADING to +0 chain mail.
  4389 | Sewer    | 4389 ||| UPGRADING to +0 chain mail.
  4390 | Sewer    | 4390 ||| UPGRADING to +0 chain mail.
  4391 | Sewer    | 4391 ||| UPGRADING to +0 chain mail.
  4392 | Sewer    | 4392 ||| UPGRADING to +0 chain mail.
  4393 | Sewer    | 4393 ||| UPGRADING to +0 chain mail.
  4394 | Sewer    | 4394 ||| UPGRADING to +0 chain mail.
  4395 | Sewer    | 4395 ||| UPGRADING to +0 chain mail.
  4396 | Sewer    | 4396 ||| UPGRADING to +0 chain mail.
  4397 | Sewer    | 4397 ||| UPGRADING to +0 chain mail.
  4398 | Sewer    | 4398 ||| UPGRADING to +0 chain mail.
  4399 | Sewer    | 4399 ||| UPGRADING to +0 chain mail.
  4400 | Sewer    | 4400 ||| UPGRADING to +0 chain mail.
  4401 | Sewer    | 4401 ||| UPGRADING to +0 chain mail.
  4402 | Sewer    | 4402 ||| UPGRADING to +0 chain mail.
  4403 | Sewer    | 4403 ||| UPGRADING to +0 chain mail.
  4404 | Sewer    | 4404 ||| UPGRADING to +0 chain mail.
  4405 | Sewer    | 4405 ||| UPGRADING to +0 chain mail.
  4406 | Sewer    | 4406 ||| UPGRADING to +0 chain mail.
  4407 | Sewer    | 4407 ||| UPGRADING to +0 chain mail.
  4408 | Sewer    | 4408 ||| UPGRADING to +0 chain mail.
  4409 | Sewer    | 4409 ||| UPGRADING to +0 chain mail.
  4410 | Sewer    | 4410 ||| UPGRADING to +0 chain mail.
  4411 | Sewer    | 4411 ||| UPGRADING to +0 chain mail.
  4412 | Sewer    | 4412 ||| UPGRADING to +0 chain mail.
  4413 | Sewer    | 4413 ||| UPGRADING to +0 chain mail.
  4414 | Sewer    | 4414 ||| UPGRADING to +0 chain mail.
  4415 | Sewer    | 4415 ||| UPGRADING to +0 chain mail.
  4416 | Sewer    | 4416 ||| UPGRADING to +0 chain mail.
  4417 | Sewer    | 4417 ||| UPGRADING to +0 chain mail.
  4418 | Sewer    | 4418 ||| UPGRADING to +0 chain mail.
  4419 | Sewer    | 4419 ||| UPGRADING to +0 chain mail.
  4420 | Sewer    | 4420 ||| UPGRADING to +0 chain mail.
  4421 | Sewer    | 4421 ||| UPGRADING to +0 chain mail.
  4422 | Sewer    | 4422 ||| UPGRADING to +0 chain mail.
  4423 | Sewer    | 4423 ||| UPGRADING to +0 chain mail.
  4424 | Sewer    | 4424 ||| UPGRADING to +0 chain mail.
  4425 | Sewer    | 4425 ||| UPGRADING to +0 chain mail.
  4426 | Sewer    | 4426 ||| UPGRADING to +0 chain mail.
  4427 | Sewer    | 4427 ||| UPGRADING to +0 chain mail.
  4428 | Sewer    | 4428 ||| UPGRADING to +0 chain mail.
  4429 | Sewer    | 4429 ||| UPGRADING to +0 chain mail.
  4430 | Sewer    | 4430 ||| UPGRADING to +0 chain mail.
  4431 | Sewer    | 4431 ||| UPGRADING to +0 chain mail.
  4432 | Sewer    | 4432 ||| UPGRADING to +0 chain mail.
  4433 | Sewer    | 4433 ||| UPGRADING to +0 chain mail.
  4434 | Sewer    | 4434 ||| UPGRADING to +0 chain mail.
  4435 | Sewer    | 4435 ||| UPGRADING to +0 chain mail.
  4436 | Sewer    | 4436 ||| UPGRADING to +0 chain mail.
  4437 | Sewer    | 4437 ||| UPGRADING to +0 chain mail.
  4438 | Sewer    | 4438 ||| UPGRADING to +0 chain mail.
  4439 | Sewer    | 4439 ||| UPGRADING to +0 chain mail.
  4440 | Sewer    | 4440 ||| UPGRADING to +0 chain mail.
  4441 | Sewer    | 4441 ||| UPGRADING to +0 chain mail.
  4442 | Sewer    | 4442 ||| UPGRADING to +0 chain mail.
  4443 | Sewer    | 4443 ||| UPGRADING to +0 chain mail.
  4444 | Sewer    | 4444 ||| UPGRADING to +0 chain mail.
  4445 | Sewer    | 4445 ||| UPGRADING to +0 chain mail.
  4446 | Sewer    | 4446 ||| UPGRADING to +0 chain mail.
  4447 | Sewer    | 4447 ||| UPGRADING to +0 chain mail.
  4448 | Sewer    | 4448 ||| UPGRADING to +0 chain mail.
  4449 | Sewer    | 4449 ||| UPGRADING to +0 chain mail.
  4450 | Sewer    | 4450 ||| UPGRADING to +0 chain mail.
  4451 | Sewer    | 4451 ||| UPGRADING to +0 chain mail.
  4452 | Sewer    | 4452 ||| UPGRADING to +0 chain mail.
  4453 | Sewer    | 4453 ||| UPGRADING to +0 chain mail.
  4454 | Sewer    | 4454 ||| UPGRADING to +0 chain mail.
  4455 | Sewer    | 4455 ||| UPGRADING to +0 chain mail.
  4456 | Sewer    | 4456 ||| UPGRADING to +0 chain mail.
  4457 | Sewer    | 4457 ||| UPGRADING to +0 chain mail.
  4458 | Sewer    | 4458 ||| UPGRADING to +0 chain mail.
  4459 | Sewer    | 4459 ||| UPGRADING to +0 chain mail.
  4460 | Sewer    | 4460 ||| UPGRADING to +0 chain mail.
  4461 | Sewer    | 4461 ||| UPGRADING to +0 chain mail.
  4462 | Sewer    | 4462 ||| UPGRADING to +0 chain mail.
  4463 | Sewer    | 4463 ||| UPGRADING to +0 chain mail.
  4464 | Sewer    | 4464 ||| UPGRADING to +0 chain mail.
  4465 | Sewer    | 4465 ||| UPGRADING to +0 chain mail.
  4466 | Sewer    | 4466 ||| UPGRADING to +0 chain mail.
  4467 | Sewer    | 4467 ||| UPGRADING to +0 chain mail.
  4468 | Sewer    | 4468 ||| UPGRADING to +0 chain mail.
  4469 | Sewer    | 4469 ||| UPGRADING to +0 chain mail.
  4470 | Sewer    | 4470 ||| UPGRADING to +0 chain mail.
  4471 | Sewer    | 4471 ||| UPGRADING to +0 chain mail.
  4472 | Sewer    | 4472 ||| UPGRADING to +0 chain mail.
  4473 | Sewer    | 4473 ||| UPGRADING to +0 chain mail.
  4474 | Sewer    | 4474 ||| UPGRADING to +0 chain mail.
  4475 | Sewer    | 4475 ||| UPGRADING to +0 chain mail.
  4476 | Sewer    | 4476 ||| UPGRADING to +0 chain mail.
  4477 | Sewer    | 4477 ||| UPGRADING to +0 chain mail.
  4478 | Sewer    | 4478 ||| UPGRADING to +0 chain mail.
  4479 | Sewer    | 4479 ||| UPGRADING to +0 chain mail.
  4480 | Sewer    | 4480 ||| UPGRADING to +0 chain mail.
  4481 | Sewer    | 4481 ||| UPGRADING to +0 chain mail.
  4482 | Sewer    | 4482 ||| UPGRADING to +0 chain mail.
  4483 | Sewer    | 4483 ||| UPGRADING to +0 chain mail.
  4484 | Sewer    | 4484 ||| UPGRADING to +0 chain mail.
  4485 | Sewer    | 4485 ||| UPGRADING to +0 chain mail.
  4486 | Sewer    | 4486 ||| UPGRADING to +0 chain mail.
  4487 | Sewer    | 4487 ||| UPGRADING to +0 chain mail.
  4488 | Sewer    | 4488 ||| UPGRADING to +0 chain mail.
  4489 | Sewer    | 4489 ||| UPGRADING to +0 chain mail.
  4490 | Sewer    | 4490 ||| UPGRADING to +0 chain mail.
  4491 | Sewer    | 4491 ||| UPGRADING to +0 chain mail.
  4492 | Sewer    | 4492 ||| UPGRADING to +0 chain mail.
  4493 | Sewer    | 4493 ||| UPGRADING to +0 chain mail.
  4494 | Sewer    | 4494 ||| UPGRADING to +0 chain mail.
  4495 | Sewer    | 4495 ||| UPGRADING to +0 chain mail.
  4496 | Sewer    | 4496 ||| UPGRADING to +0 chain mail.
  4497 | Sewer    | 4497 ||| UPGRADING to +0 chain mail.
  4498 | Sewer    | 4498 ||| UPGRADING to +0 chain mail.
  4499 | Sewer    | 4499 ||| UPGRADING to +0 chain mail.
  4500 | Sewer    | 4500 ||| UPGRADING to +0 chain mail.
  4501 | Sewer    | 4501 ||| UPGRADING to +0 chain mail.
  4502 | Sewer    | 4502 ||| UPGRADING to +0 chain mail.
  4503 | Sewer    | 4503 ||| UPGRADING to +0 chain mail.
  4504 | Sewer    | 4504 ||| UPGRADING to +0 chain mail.
  4505 | Sewer    | 4505 ||| UPGRADING to +0 chain mail.
  4506 | Sewer    | 4506 ||| UPGRADING to +0 chain mail.
  4507 | Sewer    | 4507 ||| UPGRADING to +0 chain mail.
  4508 | Sewer    | 4508 ||| UPGRADING to +0 chain mail.
  4509 | Sewer    | 4509 ||| UPGRADING to +0 chain mail.
  4510 | Sewer    | 4510 ||| UPGRADING to +0 chain mail.
  4511 | Sewer    | 4511 ||| UPGRADING to +0 chain mail.
  4512 | Sewer    | 4512 ||| UPGRADING to +0 chain mail.
  4513 | Sewer    | 4513 ||| UPGRADING to +0 chain mail.
  4514 | Sewer    | 4514 ||| UPGRADING to +0 chain mail.
  4515 | Sewer    | 4515 ||| UPGRADING to +0 chain mail.
  4516 | Sewer    | 4516 ||| UPGRADING to +0 chain mail.
  4517 | Sewer    | 4517 ||| UPGRADING to +0 chain mail.
  4518 | Sewer    | 4518 ||| UPGRADING to +0 chain mail.
  4519 | Sewer    | 4519 ||| UPGRADING to +0 chain mail.
  4520 | Sewer    | 4520 ||| UPGRADING to +0 chain mail.
  4521 | Sewer    | 4521 ||| UPGRADING to +0 chain mail.
  4522 | Sewer    | 4522 ||| UPGRADING to +0 chain mail.
  4523 | Sewer    | 4523 ||| UPGRADING to +0 chain mail.
  4524 | Sewer    | 4524 ||| UPGRADING to +0 chain mail.
  4525 | Sewer    | 4525 ||| UPGRADING to +0 chain mail.
  4526 | Sewer    | 4526 ||| UPGRADING to +0 chain mail.
  4527 | Sewer    | 4527 ||| UPGRADING to +0 chain mail.
  4528 | Sewer    | 4528 ||| UPGRADING to +0 chain mail.
  4529 | Sewer    | 4529 ||| UPGRADING to +0 chain mail.
  4530 | Sewer    | 4530 ||| UPGRADING to +0 chain mail.
  4531 | Sewer    | 4531 ||| UPGRADING to +0 chain mail.
  4532 | Sewer    | 4532 ||| UPGRADING to +0 chain mail.
  4533 | Sewer    | 4533 ||| UPGRADING to +0 chain mail.
  4534 | Sewer    | 4534 ||| UPGRADING to +0 chain mail.
  4535 | Sewer    | 4535 ||| UPGRADING to +0 chain mail.
  4536 | Sewer    | 4536 ||| UPGRADING to +0 chain mail.
  4537 | Sewer    | 4537 ||| UPGRADING to +0 chain mail.
  4538 | Sewer    | 4538 ||| UPGRADING to +0 chain mail.
  4539 | Sewer    | 4539 ||| UPGRADING to +0 chain mail.
  4540 | Sewer    | 4540 ||| UPGRADING to +0 chain mail.
  4541 | Sewer    | 4541 ||| UPGRADING to +0 chain mail.
  4542 | Sewer    | 4542 ||| UPGRADING to +0 chain mail.
  4543 | Sewer    | 4543 ||| UPGRADING to +0 chain mail.
  4544 | Sewer    | 4544 ||| UPGRADING to +0 chain mail.
  4545 | Sewer    | 4545 ||| UPGRADING to +0 chain mail.
  4546 | Sewer    | 4546 ||| UPGRADING to +0 chain mail.
  4547 | Sewer    | 4547 ||| UPGRADING to +0 chain mail.
  4548 | Sewer    | 4548 ||| UPGRADING to +0 chain mail.
  4549 | Sewer    | 4549 ||| UPGRADING to +0 chain mail.
  4550 | Sewer    | 4550 ||| UPGRADING to +0 chain mail.
  4551 | Sewer    | 4551 ||| UPGRADING to +0 chain mail.
  4552 | Sewer    | 4552 ||| UPGRADING to +0 chain mail.
  4553 | Sewer    | 4553 ||| UPGRADING to +0 chain mail.
  4554 | Sewer    | 4554 ||| UPGRADING to +0 chain mail.
  4555 | Sewer    | 4555 ||| UPGRADING to +0 chain mail.
  4556 | Sewer    | 4556 ||| UPGRADING to +0 chain mail.
  4557 | Sewer    | 4557 ||| UPGRADING to +0 chain mail.
  4558 | Sewer    | 4558 ||| UPGRADING to +0 chain mail.
  4559 | Sewer    | 4559 ||| UPGRADING to +0 chain mail.
  4560 | Sewer    | 4560 ||| UPGRADING to +0 chain mail.
  4561 | Sewer    | 4561 ||| UPGRADING to +0 chain mail.
  4562 | Sewer    | 4562 ||| UPGRADING to +0 chain mail.
  4563 | Sewer    | 4563 ||| UPGRADING to +0 chain mail.
  4564 | Sewer    | 4564 ||| UPGRADING to +0 chain mail.
  4565 | Sewer    | 4565 ||| UPGRADING to +0 chain mail.
  4566 | Sewer    | 4566 ||| UPGRADING to +0 chain mail.
  4567 | Sewer    | 4567 ||| UPGRADING to +0 chain mail.
  4568 | Sewer    | 4568 ||| UPGRADING to +0 chain mail.
  4569 | Sewer    | 4569 ||| UPGRADING to +0 chain mail.
  4570 | Sewer    | 4570 ||| UPGRADING to +0 chain mail.
  4571 | Sewer    | 4571 ||| UPGRADING to +0 chain mail.
  4572 | Sewer    | 4572 ||| UPGRADING to +0 chain mail.
  4573 | Sewer    | 4573 ||| UPGRADING to +0 chain mail.
  4574 | Sewer    | 4574 ||| UPGRADING to +0 chain mail.
  4575 | Sewer    | 4575 ||| UPGRADING to +0 chain mail.
  4576 | Sewer    | 4576 ||| UPGRADING to +0 chain mail.
  4577 | Sewer    | 4577 ||| UPGRADING to +0 chain mail.
  4578 | Sewer    | 4578 ||| UPGRADING to +0 chain mail.
  4579 | Sewer    | 4579 ||| UPGRADING to +0 chain mail.
  4580 | Sewer    | 4580 ||| UPGRADING to +0 chain mail.
  4581 | Sewer    | 4581 ||| UPGRADING to +0 chain mail.
  4582 | Sewer    | 4582 ||| UPGRADING to +0 chain mail.
  4583 | Sewer    | 4583 ||| UPGRADING to +0 chain mail.
  4584 | Sewer    | 4584 ||| UPGRADING to +0 chain mail.
  4585 | Sewer    | 4585 ||| UPGRADING to +0 chain mail.
  4586 | Sewer    | 4586 ||| UPGRADING to +0 chain mail.
  4587 | Sewer    | 4587 ||| UPGRADING to +0 chain mail.
  4588 | Sewer    | 4588 ||| UPGRADING to +0 chain mail.
  4589 | Sewer    | 4589 ||| UPGRADING to +0 chain mail.
  4590 | Sewer    | 4590 ||| UPGRADING to +0 chain mail.
  4591 | Sewer    | 4591 ||| UPGRADING to +0 chain mail.
  4592 | Sewer    | 4592 ||| UPGRADING to +0 chain mail.
  4593 | Sewer    | 4593 ||| UPGRADING to +0 chain mail.
  4594 | Sewer    | 4594 ||| UPGRADING to +0 chain mail.
  4595 | Sewer    | 4595 ||| UPGRADING to +0 chain mail.
  4596 | Sewer    | 4596 ||| UPGRADING to +0 chain mail.
  4597 | Sewer    | 4597 ||| UPGRADING to +0 chain mail.
  4598 | Sewer    | 4598 ||| UPGRADING to +0 chain mail.
  4599 | Sewer    | 4599 ||| UPGRADING to +0 chain mail.
  4600 | Sewer    | 4600 ||| UPGRADING to +0 chain mail.
  4601 | Sewer    | 4601 ||| UPGRADING to +0 chain mail.
  4602 | Sewer    | 4602 ||| UPGRADING to +0 chain mail.
  4603 | Sewer    | 4603 ||| UPGRADING to +0 chain mail.
  4604 | Sewer    | 4604 ||| UPGRADING to +0 chain mail.
  4605 | Sewer    | 4605 ||| UPGRADING to +0 chain mail.
  4606 | Sewer    | 4606 ||| UPGRADING to +0 chain mail.
  4607 | Sewer    | 4607 ||| UPGRADING to +0 chain mail.
  4608 | Sewer    | 4608 ||| UPGRADING to +0 chain mail.
  4609 | Sewer    | 4609 ||| UPGRADING to +0 chain mail.
  4610 | Sewer    | 4610 ||| UPGRADING to +0 chain mail.
  4611 | Sewer    | 4611 ||| UPGRADING to +0 chain mail.
  4612 | Sewer    | 4612 ||| UPGRADING to +0 chain mail.
  4613 | Sewer    | 4613 ||| UPGRADING to +0 chain mail.
  4614 | Sewer    | 4614 ||| UPGRADING to +0 chain mail.
  4615 | Sewer    | 4615 ||| UPGRADING to +0 chain mail.
  4616 | Sewer    | 4616 ||| UPGRADING to +0 chain mail.
  4617 | Sewer    | 4617 ||| UPGRADING to +0 chain mail.
  4618 | Sewer    | 4618 ||| UPGRADING to +0 chain mail.
  4619 | Sewer    | 4619 ||| UPGRADING to +0 chain mail.
  4620 | Sewer    | 4620 ||| UPGRADING to +0 chain mail.
  4621 | Sewer    | 4621 ||| UPGRADING to +0 chain mail.
  4622 | Sewer    | 4622 ||| UPGRADING to +0 chain mail.
  4623 | Sewer    | 4623 ||| UPGRADING to +0 chain mail.
  4624 | Sewer    | 4624 ||| UPGRADING to +0 chain mail.
  4625 | Sewer    | 4625 ||| UPGRADING to +0 chain mail.
  4626 | Sewer    | 4626 ||| UPGRADING to +0 chain mail.
  4627 | Sewer    | 4627 ||| UPGRADING to +0 chain mail.
  4628 | Sewer    | 4628 ||| UPGRADING to +0 chain mail.
  4629 | Sewer    | 4629 ||| UPGRADING to +0 chain mail.
  4630 | Sewer    | 4630 ||| UPGRADING to +0 chain mail.
  4631 | Sewer    | 4631 ||| UPGRADING to +0 chain mail.
  4632 | Sewer    | 4632 ||| UPGRADING to +0 chain mail.
  4633 | Sewer    | 4633 ||| UPGRADING to +0 chain mail.
  4634 | Sewer    | 4634 ||| UPGRADING to +0 chain mail.
  4635 | Sewer    | 4635 ||| UPGRADING to +0 chain mail.
  4636 | Sewer    | 4636 ||| UPGRADING to +0 chain mail.
  4637 | Sewer    | 4637 ||| UPGRADING to +0 chain mail.
  4638 | Sewer    | 4638 ||| UPGRADING to +0 chain mail.
  4639 | Sewer    | 4639 ||| UPGRADING to +0 chain mail.
  4640 | Sewer    | 4640 ||| UPGRADING to +0 chain mail.
  4641 | Sewer    | 4641 ||| UPGRADING to +0 chain mail.
  4642 | Sewer    | 4642 ||| UPGRADING to +0 chain mail.
  4643 | Sewer    | 4643 ||| UPGRADING to +0 chain mail.
  4644 | Sewer    | 4644 ||| UPGRADING to +0 chain mail.
  4645 | Sewer    | 4645 ||| UPGRADING to +0 chain mail.
  4646 | Sewer    | 4646 ||| UPGRADING to +0 chain mail.
  4647 | Sewer    | 4647 ||| UPGRADING to +0 chain mail.
  4648 | Sewer    | 4648 ||| UPGRADING to +0 chain mail.
  4649 | Sewer    | 4649 ||| UPGRADING to +0 chain mail.
  4650 | Sewer    | 4650 ||| UPGRADING to +0 chain mail.
  4651 | Sewer    | 4651 ||| UPGRADING to +0 chain mail.
  4652 | Sewer    | 4652 ||| UPGRADING to +0 chain mail.
  4653 | Sewer    | 4653 ||| UPGRADING to +0 chain mail.
  4654 | Sewer    | 4654 ||| UPGRADING to +0 chain mail.
  4655 | Sewer    | 4655 ||| UPGRADING to +0 chain mail.
  4656 | Sewer    | 4656 ||| UPGRADING to +0 chain mail.
  4657 | Sewer    | 4657 ||| UPGRADING to +0 chain mail.
  4658 | Sewer    | 4658 ||| UPGRADING to +0 chain mail.
  4659 | Sewer    | 4659 ||| UPGRADING to +0 chain mail.
  4660 | Sewer    | 4660 ||| UPGRADING to +0 chain mail.
  4661 | Sewer    | 4661 ||| UPGRADING to +0 chain mail.
  4662 | Sewer    | 4662 ||| UPGRADING to +0 chain mail.
  4663 | Sewer    | 4663 ||| UPGRADING to +0 chain mail.
  4664 | Sewer    | 4664 ||| UPGRADING to +0 chain mail.
  4665 | Sewer    | 4665 ||| UPGRADING to +0 chain mail.
  4666 | Sewer    | 4666 ||| UPGRADING to +0 chain mail.
  4667 | Sewer    | 4667 ||| UPGRADING to +0 chain mail.
  4668 | Sewer    | 4668 ||| UPGRADING to +0 chain mail.
  4669 | Sewer    | 4669 ||| UPGRADING to +0 chain mail.
  4670 | Sewer    | 4670 ||| UPGRADING to +0 chain mail.
  4671 | Sewer    | 4671 ||| UPGRADING to +0 chain mail.
  4672 | Sewer    | 4672 ||| UPGRADING to +0 chain mail.
  4673 | Sewer    | 4673 ||| UPGRADING to +0 chain mail.
  4674 | Sewer    | 4674 ||| UPGRADING to +0 chain mail.
  4675 | Sewer    | 4675 ||| UPGRADING to +0 chain mail.
  4676 | Sewer    | 4676 ||| UPGRADING to +0 chain mail.
  4677 | Sewer    | 4677 ||| UPGRADING to +0 chain mail.
  4678 | Sewer    | 4678 ||| UPGRADING to +0 chain mail.
  4679 | Sewer    | 4679 ||| UPGRADING to +0 chain mail.
  4680 | Sewer    | 4680 ||| UPGRADING to +0 chain mail.
  4681 | Sewer    | 4681 ||| UPGRADING to +0 chain mail.
  4682 | Sewer    | 4682 ||| UPGRADING to +0 chain mail.
  4683 | Sewer    | 4683 ||| UPGRADING to +0 chain mail.
  4684 | Sewer    | 4684 ||| UPGRADING to +0 chain mail.
  4685 | Sewer    | 4685 ||| UPGRADING to +0 chain mail.
  4686 | Sewer    | 4686 ||| UPGRADING to +0 chain mail.
  4687 | Sewer    | 4687 ||| UPGRADING to +0 chain mail.
  4688 | Sewer    | 4688 ||| UPGRADING to +0 chain mail.
  4689 | Sewer    | 4689 ||| UPGRADING to +0 chain mail.
  4690 | Sewer    | 4690 ||| UPGRADING to +0 chain mail.
  4691 | Sewer    | 4691 ||| UPGRADING to +0 chain mail.
  4692 | Sewer    | 4692 ||| UPGRADING to +0 chain mail.
  4693 | Sewer    | 4693 ||| UPGRADING to +0 chain mail.
  4694 | Sewer    | 4694 ||| UPGRADING to +0 chain mail.
  4695 | Sewer    | 4695 ||| UPGRADING to +0 chain mail.
  4696 | Sewer    | 4696 ||| UPGRADING to +0 chain mail.
  4697 | Sewer    | 4697 ||| UPGRADING to +0 chain mail.
  4698 | Sewer    | 4698 ||| UPGRADING to +0 chain mail.
  4699 | Sewer    | 4699 ||| UPGRADING to +0 chain mail.
  4700 | Sewer    | 4700 ||| UPGRADING to +0 chain mail.
  4701 | Sewer    | 4701 ||| UPGRADING to +0 chain mail.
  4702 | Sewer    | 4702 ||| UPGRADING to +0 chain mail.
  4703 | Sewer    | 4703 ||| UPGRADING to +0 chain mail.
  4704 | Sewer    | 4704 ||| UPGRADING to +0 chain mail.
  4705 | Sewer    | 4705 ||| UPGRADING to +0 chain mail.
  4706 | Sewer    | 4706 ||| UPGRADING to +0 chain mail.
  4707 | Sewer    | 4707 ||| UPGRADING to +0 chain mail.
  4708 | Sewer    | 4708 ||| UPGRADING to +0 chain mail.
  4709 | Sewer    | 4709 ||| UPGRADING to +0 chain mail.
  4710 | Sewer    | 4710 ||| UPGRADING to +0 chain mail.
  4711 | Sewer    | 4711 ||| UPGRADING to +0 chain mail.
  4712 | Sewer    | 4712 ||| UPGRADING to +0 chain mail.
  4713 | Sewer    | 4713 ||| UPGRADING to +0 chain mail.
  4714 | Sewer    | 4714 ||| UPGRADING to +0 chain mail.
  4715 | Sewer    | 4715 ||| UPGRADING to +0 chain mail.
  4716 | Sewer    | 4716 ||| UPGRADING to +0 chain mail.
  4717 | Sewer    | 4717 ||| UPGRADING to +0 chain mail.
  4718 | Sewer    | 4718 ||| UPGRADING to +0 chain mail.
  4719 | Sewer    | 4719 ||| UPGRADING to +0 chain mail.
  4720 | Sewer    | 4720 ||| UPGRADING to +0 chain mail.
  4721 | Sewer    | 4721 ||| UPGRADING to +0 chain mail.
  4722 | Sewer    | 4722 ||| UPGRADING to +0 chain mail.
  4723 | Sewer    | 4723 ||| UPGRADING to +0 chain mail.
  4724 | Sewer    | 4724 ||| UPGRADING to +0 chain mail.
  4725 | Sewer    | 4725 ||| UPGRADING to +0 chain mail.
  4726 | Sewer    | 4726 ||| UPGRADING to +0 chain mail.
  4727 | Sewer    | 4727 ||| UPGRADING to +0 chain mail.
  4728 | Sewer    | 4728 ||| UPGRADING to +0 chain mail.
  4729 | Sewer    | 4729 ||| UPGRADING to +0 chain mail.
  4730 | Sewer    | 4730 ||| UPGRADING to +0 chain mail.
  4731 | Sewer    | 4731 ||| UPGRADING to +0 chain mail.
  4732 | Sewer    | 4732 ||| UPGRADING to +0 chain mail.
  4733 | Sewer    | 4733 ||| UPGRADING to +0 chain mail.
  4734 | Sewer    | 4734 ||| UPGRADING to +0 chain mail.
  4735 | Sewer    | 4735 ||| UPGRADING to +0 chain mail.
  4736 | Sewer    | 4736 ||| UPGRADING to +0 chain mail.
  4737 | Sewer    | 4737 ||| UPGRADING to +0 chain mail.
  4738 | Sewer    | 4738 ||| UPGRADING to +0 chain mail.
  4739 | Sewer    | 4739 ||| UPGRADING to +0 chain mail.
  4740 | Sewer    | 4740 ||| UPGRADING to +0 chain mail.
  4741 | Sewer    | 4741 ||| UPGRADING to +0 chain mail.
  4742 | Sewer    | 4742 ||| UPGRADING to +0 chain mail.
  4743 | Sewer    | 4743 ||| UPGRADING to +0 chain mail.
  4744 | Sewer    | 4744 ||| UPGRADING to +0 chain mail.
  4745 | Sewer    | 4745 ||| UPGRADING to +0 chain mail.
  4746 | Sewer    | 4746 ||| UPGRADING to +0 chain mail.
  4747 | Sewer    | 4747 ||| UPGRADING to +0 chain mail.
  4748 | Sewer    | 4748 ||| UPGRADING to +0 chain mail.
  4749 | Sewer    | 4749 ||| UPGRADING to +0 chain mail.
  4750 | Sewer    | 4750 ||| UPGRADING to +0 chain mail.
  4751 | Sewer    | 4751 ||| UPGRADING to +0 chain mail.
  4752 | Sewer    | 4752 ||| UPGRADING to +0 chain mail.
  4753 | Sewer    | 4753 ||| UPGRADING to +0 chain mail.
  4754 | Sewer    | 4754 ||| UPGRADING to +0 chain mail.
  4755 | Sewer    | 4755 ||| UPGRADING to +0 chain mail.
  4756 | Sewer    | 4756 ||| UPGRADING to +0 chain mail.
  4757 | Sewer    | 4757 ||| UPGRADING to +0 chain mail.
  4758 | Sewer    | 4758 ||| UPGRADING to +0 chain mail.
  4759 | Sewer    | 4759 ||| UPGRADING to +0 chain mail.
  4760 | Sewer    | 4760 ||| UPGRADING to +0 chain mail.
  4761 | Sewer    | 4761 ||| UPGRADING to +0 chain mail.
  4762 | Sewer    | 4762 ||| UPGRADING to +0 chain mail.
  4763 | Sewer    | 4763 ||| UPGRADING to +0 chain mail.
  4764 | Sewer    | 4764 ||| UPGRADING to +0 chain mail.
  4765 | Sewer    | 4765 ||| UPGRADING to +0 chain mail.
  4766 | Sewer    | 4766 ||| UPGRADING to +0 chain mail.
  4767 | Sewer    | 4767 ||| UPGRADING to +0 chain mail.
  4768 | Sewer    | 4768 ||| UPGRADING to +0 chain mail.
  4769 | Sewer    | 4769 ||| UPGRADING to +0 chain mail.
  4770 | Sewer    | 4770 ||| UPGRADING to +0 chain mail.
  4771 | Sewer    | 4771 ||| UPGRADING to +0 chain mail.
  4772 | Sewer    | 4772 ||| UPGRADING to +0 chain mail.
  4773 | Sewer    | 4773 ||| UPGRADING to +0 chain mail.
  4774 | Sewer    | 4774 ||| UPGRADING to +0 chain mail.
  4775 | Sewer    | 4775 ||| UPGRADING to +0 chain mail.
  4776 | Sewer    | 4776 ||| UPGRADING to +0 chain mail.
  4777 | Sewer    | 4777 ||| UPGRADING to +0 chain mail.
  4778 | Sewer    | 4778 ||| UPGRADING to +0 chain mail.
  4779 | Sewer    | 4779 ||| UPGRADING to +0 chain mail.
  4780 | Sewer    | 4780 ||| UPGRADING to +0 chain mail.
  4781 | Sewer    | 4781 ||| UPGRADING to +0 chain mail.
  4782 | Sewer    | 4782 ||| UPGRADING to +0 chain mail.
  4783 | Sewer    | 4783 ||| UPGRADING to +0 chain mail.
  4784 | Sewer    | 4784 ||| UPGRADING to +0 chain mail.
  4785 | Sewer    | 4785 ||| UPGRADING to +0 chain mail.
  4786 | Sewer    | 4786 ||| UPGRADING to +0 chain mail.
  4787 | Sewer    | 4787 ||| UPGRADING to +0 chain mail.
  4788 | Sewer    | 4788 ||| UPGRADING to +0 chain mail.
  4789 | Sewer    | 4789 ||| UPGRADING to +0 chain mail.
  4790 | Sewer    | 4790 ||| UPGRADING to +0 chain mail.
  4791 | Sewer    | 4791 ||| UPGRADING to +0 chain mail.
  4792 | Sewer    | 4792 ||| UPGRADING to +0 chain mail.
  4793 | Sewer    | 4793 ||| UPGRADING to +0 chain mail.
  4794 | Sewer    | 4794 ||| UPGRADING to +0 chain mail.
  4795 | Sewer    | 4795 ||| UPGRADING to +0 chain mail.
  4796 | Sewer    | 4796 ||| UPGRADING to +0 chain mail.
  4797 | Sewer    | 4797 ||| UPGRADING to +0 chain mail.
  4798 | Sewer    | 4798 ||| UPGRADING to +0 chain mail.
  4799 | Sewer    | 4799 ||| UPGRADING to +0 chain mail.
  4800 | Sewer    | 4800 ||| UPGRADING to +0 chain mail.
  4801 | Sewer    | 4801 ||| UPGRADING to +0 chain mail.
  4802 | Sewer    | 4802 ||| UPGRADING to +0 chain mail.
  4803 | Sewer    | 4803 ||| UPGRADING to +0 chain mail.
  4804 | Sewer    | 4804 ||| UPGRADING to +0 chain mail.
  4805 | Sewer    | 4805 ||| UPGRADING to +0 chain mail.
  4806 | Sewer    | 4806 ||| UPGRADING to +0 chain mail.
  4807 | Sewer    | 4807 ||| UPGRADING to +0 chain mail.
  4808 | Sewer    | 4808 ||| UPGRADING to +0 chain mail.
  4809 | Sewer    | 4809 ||| UPGRADING to +0 chain mail.
  4810 | Sewer    | 4810 ||| UPGRADING to +0 chain mail.
  4811 | Sewer    | 4811 ||| UPGRADING to +0 chain mail.
  4812 | Sewer    | 4812 ||| UPGRADING to +0 chain mail.
  4813 | Sewer    | 4813 ||| UPGRADING to +0 chain mail.
  4814 | Sewer    | 4814 ||| UPGRADING to +0 chain mail.
  4815 | Sewer    | 4815 ||| UPGRADING to +0 chain mail.
  4816 | Sewer    | 4816 ||| UPGRADING to +0 chain mail.
  4817 | Sewer    | 4817 ||| UPGRADING to +0 chain mail.
  4818 | Sewer    | 4818 ||| UPGRADING to +0 chain mail.
  4819 | Sewer    | 4819 ||| UPGRADING to +0 chain mail.
  4820 | Sewer    | 4820 ||| UPGRADING to +0 chain mail.
  4821 | Sewer    | 4821 ||| UPGRADING to +0 chain mail.
  4822 | Sewer    | 4822 ||| UPGRADING to +0 chain mail.
  4823 | Sewer    | 4823 ||| UPGRADING to +0 chain mail.
  4824 | Sewer    | 4824 ||| UPGRADING to +0 chain mail.
  4825 | Sewer    | 4825 ||| UPGRADING to +0 chain mail.
  4826 | Sewer    | 4826 ||| UPGRADING to +0 chain mail.
  4827 | Sewer    | 4827 ||| UPGRADING to +0 chain mail.
  4828 | Sewer    | 4828 ||| UPGRADING to +0 chain mail.
  4829 | Sewer    | 4829 ||| UPGRADING to +0 chain mail.
  4830 | Sewer    | 4830 ||| UPGRADING to +0 chain mail.
  4831 | Sewer    | 4831 ||| UPGRADING to +0 chain mail.
  4832 | Sewer    | 4832 ||| UPGRADING to +0 chain mail.
  4833 | Sewer    | 4833 ||| UPGRADING to +0 chain mail.
  4834 | Sewer    | 4834 ||| UPGRADING to +0 chain mail.
  4835 | Sewer    | 4835 ||| UPGRADING to +0 chain mail.
  4836 | Sewer    | 4836 ||| UPGRADING to +0 chain mail.
  4837 | Sewer    | 4837 ||| UPGRADING to +0 chain mail.
  4838 | Sewer    | 4838 ||| UPGRADING to +0 chain mail.
  4839 | Sewer    | 4839 ||| UPGRADING to +0 chain mail.
  4840 | Sewer    | 4840 ||| UPGRADING to +0 chain mail.
  4841 | Sewer    | 4841 ||| UPGRADING to +0 chain mail.
  4842 | Sewer    | 4842 ||| UPGRADING to +0 chain mail.
  4843 | Sewer    | 4843 ||| UPGRADING to +0 chain mail.
  4844 | Sewer    | 4844 ||| UPGRADING to +0 chain mail.
  4845 | Sewer    | 4845 ||| UPGRADING to +0 chain mail.
  4846 | Sewer    | 4846 ||| UPGRADING to +0 chain mail.
  4847 | Sewer    | 4847 ||| UPGRADING to +0 chain mail.
  4848 | Sewer    | 4848 ||| UPGRADING to +0 chain mail.
  4849 | Sewer    | 4849 ||| UPGRADING to +0 chain mail.
  4850 | Sewer    | 4850 ||| UPGRADING to +0 chain mail.
  4851 | Sewer    | 4851 ||| UPGRADING to +0 chain mail.
  4852 | Sewer    | 4852 ||| UPGRADING to +0 chain mail.
  4853 | Sewer    | 4853 ||| UPGRADING to +0 chain mail.
  4854 | Sewer    | 4854 ||| UPGRADING to +0 chain mail.
  4855 | Sewer    | 4855 ||| UPGRADING to +0 chain mail.
  4856 | Sewer    | 4856 ||| UPGRADING to +0 chain mail.
  4857 | Sewer    | 4857 ||| UPGRADING to +0 chain mail.
  4858 | Sewer    | 4858 ||| UPGRADING to +0 chain mail.
  4859 | Sewer    | 4859 ||| UPGRADING to +0 chain mail.
  4860 | Sewer    | 4860 ||| UPGRADING to +0 chain mail.
  4861 | Sewer    | 4861 ||| UPGRADING to +0 chain mail.
  4862 | Sewer    | 4862 ||| UPGRADING to +0 chain mail.
  4863 | Sewer    | 4863 ||| UPGRADING to +0 chain mail.
  4864 | Sewer    | 4864 ||| UPGRADING to +0 chain mail.
  4865 | Sewer    | 4865 ||| UPGRADING to +0 chain mail.
  4866 | Sewer    | 4866 ||| UPGRADING to +0 chain mail.
  4867 | Sewer    | 4867 ||| UPGRADING to +0 chain mail.
  4868 | Sewer    | 4868 ||| UPGRADING to +0 chain mail.
  4869 | Sewer    | 4869 ||| UPGRADING to +0 chain mail.
  4870 | Sewer    | 4870 ||| UPGRADING to +0 chain mail.
  4871 | Sewer    | 4871 ||| UPGRADING to +0 chain mail.
  4872 | Sewer    | 4872 ||| UPGRADING to +0 chain mail.
  4873 | Sewer    | 4873 ||| UPGRADING to +0 chain mail.
  4874 | Sewer    | 4874 ||| UPGRADING to +0 chain mail.
  4875 | Sewer    | 4875 ||| UPGRADING to +0 chain mail.
  4876 | Sewer    | 4876 ||| UPGRADING to +0 chain mail.
  4877 | Sewer    | 4877 ||| UPGRADING to +0 chain mail.
  4878 | Sewer    | 4878 ||| UPGRADING to +0 chain mail.
  4879 | Sewer    | 4879 ||| UPGRADING to +0 chain mail.
  4880 | Sewer    | 4880 ||| UPGRADING to +0 chain mail.
  4881 | Sewer    | 4881 ||| UPGRADING to +0 chain mail.
  4882 | Sewer    | 4882 ||| UPGRADING to +0 chain mail.
  4883 | Sewer    | 4883 ||| UPGRADING to +0 chain mail.
  4884 | Sewer    | 4884 ||| UPGRADING to +0 chain mail.
  4885 | Sewer    | 4885 ||| UPGRADING to +0 chain mail.
  4886 | Sewer    | 4886 ||| UPGRADING to +0 chain mail.
  4887 | Sewer    | 4887 ||| UPGRADING to +0 chain mail.
  4888 | Sewer    | 4888 ||| UPGRADING to +0 chain mail.
  4889 | Sewer    | 4889 ||| UPGRADING to +0 chain mail.
  4890 | Sewer    | 4890 ||| UPGRADING to +0 chain mail.
  4891 | Sewer    | 4891 ||| UPGRADING to +0 chain mail.
  4892 | Sewer    | 4892 ||| UPGRADING to +0 chain mail.
  4893 | Sewer    | 4893 ||| UPGRADING to +0 chain mail.
  4894 | Sewer    | 4894 ||| UPGRADING to +0 chain mail.
  4895 | Sewer    | 4895 ||| UPGRADING to +0 chain mail.
  4896 | Sewer    | 4896 ||| UPGRADING to +0 chain mail.
  4897 | Sewer    | 4897 ||| UPGRADING to +0 chain mail.
  4898 | Sewer    | 4898 ||| UPGRADING to +0 chain mail.
  4899 | Sewer    | 4899 ||| UPGRADING to +0 chain mail.
  4900 | Sewer    | 4900 ||| UPGRADING to +0 chain mail.
  4901 | Sewer    | 4901 ||| UPGRADING to +0 chain mail.
  4902 | Sewer    | 4902 ||| UPGRADING to +0 chain mail.
  4903 | Sewer    | 4903 ||| UPGRADING to +0 chain mail.
  4904 | Sewer    | 4904 ||| UPGRADING to +0 chain mail.
  4905 | Sewer    | 4905 ||| UPGRADING to +0 chain mail.
  4906 | Sewer    | 4906 ||| UPGRADING to +0 chain mail.
  4907 | Sewer    | 4907 ||| UPGRADING to +0 chain mail.
  4908 | Sewer    | 4908 ||| UPGRADING to +0 chain mail.
  4909 | Sewer    | 4909 ||| UPGRADING to +0 chain mail.
  4910 | Sewer    | 4910 ||| UPGRADING to +0 chain mail.
  4911 | Sewer    | 4911 ||| UPGRADING to +0 chain mail.
  4912 | Sewer    | 4912 ||| UPGRADING to +0 chain mail.
  4913 | Sewer    | 4913 ||| UPGRADING to +0 chain mail.
  4914 | Sewer    | 4914 ||| UPGRADING to +0 chain mail.
  4915 | Sewer    | 4915 ||| UPGRADING to +0 chain mail.
  4916 | Sewer    | 4916 ||| UPGRADING to +0 chain mail.
  4917 | Sewer    | 4917 ||| UPGRADING to +0 chain mail.
  4918 | Sewer    | 4918 ||| UPGRADING to +0 chain mail.
  4919 | Sewer    | 4919 ||| UPGRADING to +0 chain mail.
  4920 | Sewer    | 4920 ||| UPGRADING to +0 chain mail.
  4921 | Sewer    | 4921 ||| UPGRADING to +0 chain mail.
  4922 | Sewer    | 4922 ||| UPGRADING to +0 chain mail.
  4923 | Sewer    | 4923 ||| UPGRADING to +0 chain mail.
  4924 | Sewer    | 4924 ||| UPGRADING to +0 chain mail.
  4925 | Sewer    | 4925 ||| UPGRADING to +0 chain mail.
  4926 | Sewer    | 4926 ||| UPGRADING to +0 chain mail.
  4927 | Sewer    | 4927 ||| UPGRADING to +0 chain mail.
  4928 | Sewer    | 4928 ||| UPGRADING to +0 chain mail.
  4929 | Sewer    | 4929 ||| UPGRADING to +0 chain mail.
  4930 | Sewer    | 4930 ||| UPGRADING to +0 chain mail.
  4931 | Sewer    | 4931 ||| UPGRADING to +0 chain mail.
  4932 | Sewer    | 4932 ||| UPGRADING to +0 chain mail.
  4933 | Sewer    | 4933 ||| UPGRADING to +0 chain mail.
  4934 | Sewer    | 4934 ||| UPGRADING to +0 chain mail.
  4935 | Sewer    | 4935 ||| UPGRADING to +0 chain mail.
  4936 | Sewer    | 4936 ||| UPGRADING to +0 chain mail.
  4937 | Sewer    | 4937 ||| UPGRADING to +0 chain mail.
  4938 | Sewer    | 4938 ||| UPGRADING to +0 chain mail.
  4939 | Sewer    | 4939 ||| UPGRADING to +0 chain mail.
  4940 | Sewer    | 4940 ||| UPGRADING to +0 chain mail.
  4941 | Sewer    | 4941 ||| UPGRADING to +0 chain mail.
  4942 | Sewer    | 4942 ||| UPGRADING to +0 chain mail.
  4943 | Sewer    | 4943 ||| UPGRADING to +0 chain mail.
  4944 | Sewer    | 4944 ||| UPGRADING to +0 chain mail.
  4945 | Sewer    | 4945 ||| UPGRADING to +0 chain mail.
  4946 | Sewer    | 4946 ||| UPGRADING to +0 chain mail.
  4947 | Sewer    | 4947 ||| UPGRADING to +0 chain mail.
  4948 | Sewer    | 4948 ||| UPGRADING to +0 chain mail.
  4949 | Sewer    | 4949 ||| UPGRADING to +0 chain mail.
  4950 | Sewer    | 4950 ||| UPGRADING to +0 chain mail.
  4951 | Sewer    | 4951 ||| UPGRADING to +0 chain mail.
  4952 | Sewer    | 4952 ||| UPGRADING to +0 chain mail.
  4953 | Sewer    | 4953 ||| UPGRADING to +0 chain mail.
  4954 | Sewer    | 4954 ||| UPGRADING to +0 chain mail.
  4955 | Sewer    | 4955 ||| UPGRADING to +0 chain mail.
  4956 | Sewer    | 4956 ||| UPGRADING to +0 chain mail.
  4957 | Sewer    | 4957 ||| UPGRADING to +0 chain mail.
  4958 | Sewer    | 4958 ||| UPGRADING to +0 chain mail.
  4959 | Sewer    | 4959 ||| UPGRADING to +0 chain mail.
  4960 | Sewer    | 4960 ||| UPGRADING to +0 chain mail.
  4961 | Sewer    | 4961 ||| UPGRADING to +0 chain mail.
  4962 | Sewer    | 4962 ||| UPGRADING to +0 chain mail.
  4963 | Sewer    | 4963 ||| UPGRADING to +0 chain mail.
  4964 | Sewer    | 4964 ||| UPGRADING to +0 chain mail.
  4965 | Sewer    | 4965 ||| UPGRADING to +0 chain mail.
  4966 | Sewer    | 4966 ||| UPGRADING to +0 chain mail.
  4967 | Sewer    | 4967 ||| UPGRADING to +0 chain mail.
  4968 | Sewer    | 4968 ||| UPGRADING to +0 chain mail.
  4969 | Sewer    | 4969 ||| UPGRADING to +0 chain mail.
  4970 | Sewer    | 4970 ||| UPGRADING to +0 chain mail.
  4971 | Sewer    | 4971 ||| UPGRADING to +0 chain mail.
  4972 | Sewer    | 4972 ||| UPGRADING to +0 chain mail.
  4973 | Sewer    | 4973 ||| UPGRADING to +0 chain mail.
  4974 | Sewer    | 4974 ||| UPGRADING to +0 chain mail.
  4975 | Sewer    | 4975 ||| UPGRADING to +0 chain mail.
  4976 | Sewer    | 4976 ||| UPGRADING to +0 chain mail.
  4977 | Sewer    | 4977 ||| UPGRADING to +0 chain mail.
  4978 | Sewer    | 4978 ||| UPGRADING to +0 chain mail.
  4979 | Sewer    | 4979 ||| UPGRADING to +0 chain mail.
  4980 | Sewer    | 4980 ||| UPGRADING to +0 chain mail.
  4981 | Sewer    | 4981 ||| UPGRADING to +0 chain mail.
  4982 | Sewer    | 4982 ||| UPGRADING to +0 chain mail.
  4983 | Sewer    | 4983 ||| UPGRADING to +0 chain mail.
  4984 | Sewer    | 4984 ||| UPGRADING to +0 chain mail.
  4985 | Sewer    | 4985 ||| UPGRADING to +0 chain mail.
  4986 | Sewer    | 4986 ||| UPGRADING to +0 chain mail.
  4987 | Sewer    | 4987 ||| UPGRADING to +0 chain mail.
  4988 | Sewer    | 4988 ||| UPGRADING to +0 chain mail.
  4989 | Sewer    | 4989 ||| UPGRADING to +0 chain mail.
  4990 | Sewer    | 4990 ||| UPGRADING to +0 chain mail.
  4991 | Sewer    | 4991 ||| UPGRADING to +0 chain mail.
  4992 | Sewer    | 4992 ||| UPGRADING to +0 chain mail.
  4993 | Sewer    | 4993 ||| UPGRADING to +0 chain mail.
  4994 | Sewer    | 4994 ||| UPGRADING to +0 chain mail.
  4995 | Sewer    | 4995 ||| UPGRADING to +0 chain mail.
  4996 | Sewer    | 4996 ||| UPGRADING to +0 chain mail.
  4997 | Sewer    | 4997 ||| UPGRADING to +0 chain mail.
  4998 | Sewer    | 4998 ||| UPGRADING to +0 chain mail.
  4999 | Sewer    | 4999 ||| UPGRADING to +0 chain mail.
  5000 | Sewer    | 5000 ||| UPGRADING to +0 chain mail.
  5001 | Sewer    | 5001 ||| UPGRADING to +0 chain mail.
  5002 | Sewer    | 5002 ||| UPGRADING to +0 chain mail.
  5003 | Sewer    | 5003 ||| UPGRADING to +0 chain mail.
  5004 | Sewer    | 5004 ||| UPGRADING to +0 chain mail.
  5005 | Sewer    | 5005 ||| UPGRADING to +0 chain mail.
  5006 | Sewer    | 5006 ||| UPGRADING to +0 chain mail.
  5007 | Sewer    | 5007 ||| UPGRADING to +0 chain mail.
  5008 | Sewer    | 5008 ||| UPGRADING to +0 chain mail.
  5009 | Sewer    | 5009 ||| UPGRADING to +0 chain mail.
  5010 | Sewer    | 5010 ||| UPGRADING to +0 chain mail.
  5011 | Sewer    | 5011 ||| UPGRADING to +0 chain mail.
  5012 | Sewer    | 5012 ||| UPGRADING to +0 chain mail.
  5013 | Sewer    | 5013 ||| UPGRADING to +0 chain mail.
  5014 | Sewer    | 5014 ||| UPGRADING to +0 chain mail.
  5015 | Sewer    | 5015 ||| UPGRADING to +0 chain mail.
  5016 | Sewer    | 5016 ||| UPGRADING to +0 chain mail.
  5017 | Sewer    | 5017 ||| UPGRADING to +0 chain mail.
  5018 | Sewer    | 5018 ||| UPGRADING to +0 chain mail.
  5019 | Sewer    | 5019 ||| UPGRADING to +0 chain mail.
  5020 | Sewer    | 5020 ||| UPGRADING to +0 chain mail.
  5021 | Sewer    | 5021 ||| UPGRADING to +0 chain mail.
  5022 | Sewer    | 5022 ||| UPGRADING to +0 chain mail.
  5023 | Sewer    | 5023 ||| UPGRADING to +0 chain mail.
  5024 | Sewer    | 5024 ||| UPGRADING to +0 chain mail.
  5025 | Sewer    | 5025 ||| UPGRADING to +0 chain mail.
  5026 | Sewer    | 5026 ||| UPGRADING to +0 chain mail.
  5027 | Sewer    | 5027 ||| UPGRADING to +0 chain mail.
  5028 | Sewer    | 5028 ||| UPGRADING to +0 chain mail.
  5029 | Sewer    | 5029 ||| UPGRADING to +0 chain mail.
  5030 | Sewer    | 5030 ||| UPGRADING to +0 chain mail.
  5031 | Sewer    | 5031 ||| UPGRADING to +0 chain mail.
  5032 | Sewer    | 5032 ||| UPGRADING to +0 chain mail.
  5033 | Sewer    | 5033 ||| UPGRADING to +0 chain mail.
  5034 | Sewer    | 5034 ||| UPGRADING to +0 chain mail.
  5035 | Sewer    | 5035 ||| UPGRADING to +0 chain mail.
  5036 | Sewer    | 5036 ||| UPGRADING to +0 chain mail.
  5037 | Sewer    | 5037 ||| UPGRADING to +0 chain mail.
  5038 | Sewer    | 5038 ||| UPGRADING to +0 chain mail.
  5039 | Sewer    | 5039 ||| UPGRADING to +0 chain mail.
  5040 | Sewer    | 5040 ||| UPGRADING to +0 chain mail.
  5041 | Sewer    | 5041 ||| UPGRADING to +0 chain mail.
  5042 | Sewer    | 5042 ||| UPGRADING to +0 chain mail.
  5043 | Sewer    | 5043 ||| UPGRADING to +0 chain mail.
  5044 | Sewer    | 5044 ||| UPGRADING to +0 chain mail.
  5045 | Sewer    | 5045 ||| UPGRADING to +0 chain mail.
  5046 | Sewer    | 5046 ||| UPGRADING to +0 chain mail.
  5047 | Sewer    | 5047 ||| UPGRADING to +0 chain mail.
  5048 | Sewer    | 5048 ||| UPGRADING to +0 chain mail.
  5049 | Sewer    | 5049 ||| UPGRADING to +0 chain mail.
  5050 | Sewer    | 5050 ||| UPGRADING to +0 chain mail.
  5051 | Sewer    | 5051 ||| UPGRADING to +0 chain mail.
  5052 | Sewer    | 5052 ||| UPGRADING to +0 chain mail.
  5053 | Sewer    | 5053 ||| UPGRADING to +0 chain mail.
  5054 | Sewer    | 5054 ||| UPGRADING to +0 chain mail.
  5055 | Sewer    | 5055 ||| UPGRADING to +0 chain mail.
  5056 | Sewer    | 5056 ||| UPGRADING to +0 chain mail.
  5057 | Sewer    | 5057 ||| UPGRADING to +0 chain mail.
  5058 | Sewer    | 5058 ||| UPGRADING to +0 chain mail.
  5059 | Sewer    | 5059 ||| UPGRADING to +0 chain mail.
  5060 | Sewer    | 5060 ||| UPGRADING to +0 chain mail.
  5061 | Sewer    | 5061 ||| UPGRADING to +0 chain mail.
  5062 | Sewer    | 5062 ||| UPGRADING to +0 chain mail.
  5063 | Sewer    | 5063 ||| UPGRADING to +0 chain mail.
  5064 | Sewer    | 5064 ||| UPGRADING to +0 chain mail.
  5065 | Sewer    | 5065 ||| UPGRADING to +0 chain mail.
  5066 | Sewer    | 5066 ||| UPGRADING to +0 chain mail.
  5067 | Sewer    | 5067 ||| UPGRADING to +0 chain mail.
  5068 | Sewer    | 5068 ||| UPGRADING to +0 chain mail.
  5069 | Sewer    | 5069 ||| UPGRADING to +0 chain mail.
  5070 | Sewer    | 5070 ||| UPGRADING to +0 chain mail.
  5071 | Sewer    | 5071 ||| UPGRADING to +0 chain mail.
  5072 | Sewer    | 5072 ||| UPGRADING to +0 chain mail.
  5073 | Sewer    | 5073 ||| UPGRADING to +0 chain mail.
  5074 | Sewer    | 5074 ||| UPGRADING to +0 chain mail.
  5075 | Sewer    | 5075 ||| UPGRADING to +0 chain mail.
  5076 | Sewer    | 5076 ||| UPGRADING to +0 chain mail.
  5077 | Sewer    | 5077 ||| UPGRADING to +0 chain mail.
  5078 | Sewer    | 5078 ||| UPGRADING to +0 chain mail.
  5079 | Sewer    | 5079 ||| UPGRADING to +0 chain mail.
  5080 | Sewer    | 5080 ||| UPGRADING to +0 chain mail.
  5081 | Sewer    | 5081 ||| UPGRADING to +0 chain mail.
  5082 | Sewer    | 5082 ||| UPGRADING to +0 chain mail.
  5083 | Sewer    | 5083 ||| UPGRADING to +0 chain mail.
  5084 | Sewer    | 5084 ||| UPGRADING to +0 chain mail.
  5085 | Sewer    | 5085 ||| UPGRADING to +0 chain mail.
  5086 | Sewer    | 5086 ||| UPGRADING to +0 chain mail.
  5087 | Sewer    | 5087 ||| UPGRADING to +0 chain mail.
  5088 | Sewer    | 5088 ||| UPGRADING to +0 chain mail.
  5089 | Sewer    | 5089 ||| UPGRADING to +0 chain mail.
  5090 | Sewer    | 5090 ||| UPGRADING to +0 chain mail.
  5091 | Sewer    | 5091 ||| UPGRADING to +0 chain mail.
  5092 | Sewer    | 5092 ||| UPGRADING to +0 chain mail.
  5093 | Sewer    | 5093 ||| UPGRADING to +0 chain mail.
  5094 | Sewer    | 5094 ||| UPGRADING to +0 chain mail.
  5095 | Sewer    | 5095 ||| UPGRADING to +0 chain mail.
  5096 | Sewer    | 5096 ||| UPGRADING to +0 chain mail.
  5097 | Sewer    | 5097 ||| UPGRADING to +0 chain mail.
  5098 | Sewer    | 5098 ||| UPGRADING to +0 chain mail.
  5099 | Sewer    | 5099 ||| UPGRADING to +0 chain mail.
  5100 | Sewer    | 5100 ||| UPGRADING to +0 chain mail.
  5101 | Sewer    | 5101 ||| UPGRADING to +0 chain mail.
  5102 | Sewer    | 5102 ||| UPGRADING to +0 chain mail.
  5103 | Sewer    | 5103 ||| UPGRADING to +0 chain mail.
  5104 | Sewer    | 5104 ||| UPGRADING to +0 chain mail.
  5105 | Sewer    | 5105 ||| UPGRADING to +0 chain mail.
  5106 | Sewer    | 5106 ||| UPGRADING to +0 chain mail.
  5107 | Sewer    | 5107 ||| UPGRADING to +0 chain mail.
  5108 | Sewer    | 5108 ||| UPGRADING to +0 chain mail.
  5109 | Sewer    | 5109 ||| UPGRADING to +0 chain mail.
  5110 | Sewer    | 5110 ||| UPGRADING to +0 chain mail.
  5111 | Sewer    | 5111 ||| UPGRADING to +0 chain mail.
  5112 | Sewer    | 5112 ||| UPGRADING to +0 chain mail.
  5113 | Sewer    | 5113 ||| UPGRADING to +0 chain mail.
  5114 | Sewer    | 5114 ||| UPGRADING to +0 chain mail.
  5115 | Sewer    | 5115 ||| UPGRADING to +0 chain mail.
  5116 | Sewer    | 5116 ||| UPGRADING to +0 chain mail.
  5117 | Sewer    | 5117 ||| UPGRADING to +0 chain mail.
  5118 | Sewer    | 5118 ||| UPGRADING to +0 chain mail.
  5119 | Sewer    | 5119 ||| UPGRADING to +0 chain mail.
  5120 | Sewer    | 5120 ||| UPGRADING to +0 chain mail.
  5121 | Sewer    | 5121 ||| UPGRADING to +0 chain mail.
  5122 | Sewer    | 5122 ||| UPGRADING to +0 chain mail.
  5123 | Sewer    | 5123 ||| UPGRADING to +0 chain mail.
  5124 | Sewer    | 5124 ||| UPGRADING to +0 chain mail.
  5125 | Sewer    | 5125 ||| UPGRADING to +0 chain mail.
  5126 | Sewer    | 5126 ||| UPGRADING to +0 chain mail.
  5127 | Sewer    | 5127 ||| UPGRADING to +0 chain mail.
  5128 | Sewer    | 5128 ||| UPGRADING to +0 chain mail.
  5129 | Sewer    | 5129 ||| UPGRADING to +0 chain mail.
  5130 | Sewer    | 5130 ||| UPGRADING to +0 chain mail.
  5131 | Sewer    | 5131 ||| UPGRADING to +0 chain mail.
  5132 | Sewer    | 5132 ||| UPGRADING to +0 chain mail.
  5133 | Sewer    | 5133 ||| UPGRADING to +0 chain mail.
  5134 | Sewer    | 5134 ||| UPGRADING to +0 chain mail.
  5135 | Sewer    | 5135 ||| UPGRADING to +0 chain mail.
  5136 | Sewer    | 5136 ||| UPGRADING to +0 chain mail.
  5137 | Sewer    | 5137 ||| UPGRADING to +0 chain mail.
  5138 | Sewer    | 5138 ||| UPGRADING to +0 chain mail.
  5139 | Sewer    | 5139 ||| UPGRADING to +0 chain mail.
  5140 | Sewer    | 5140 ||| UPGRADING to +0 chain mail.
  5141 | Sewer    | 5141 ||| UPGRADING to +0 chain mail.
  5142 | Sewer    | 5142 ||| UPGRADING to +0 chain mail.
  5143 | Sewer    | 5143 ||| UPGRADING to +0 chain mail.
  5144 | Sewer    | 5144 ||| UPGRADING to +0 chain mail.
  5145 | Sewer    | 5145 ||| UPGRADING to +0 chain mail.
  5146 | Sewer    | 5146 ||| UPGRADING to +0 chain mail.
  5147 | Sewer    | 5147 ||| UPGRADING to +0 chain mail.
  5148 | Sewer    | 5148 ||| UPGRADING to +0 chain mail.
  5149 | Sewer    | 5149 ||| UPGRADING to +0 chain mail.
  5150 | Sewer    | 5150 ||| UPGRADING to +0 chain mail.
  5151 | Sewer    | 5151 ||| UPGRADING to +0 chain mail.
  5152 | Sewer    | 5152 ||| UPGRADING to +0 chain mail.
  5153 | Sewer    | 5153 ||| UPGRADING to +0 chain mail.
  5154 | Sewer    | 5154 ||| UPGRADING to +0 chain mail.
  5155 | Sewer    | 5155 ||| UPGRADING to +0 chain mail.
  5156 | Sewer    | 5156 ||| UPGRADING to +0 chain mail.
  5157 | Sewer    | 5157 ||| UPGRADING to +0 chain mail.
  5158 | Sewer    | 5158 ||| UPGRADING to +0 chain mail.
  5159 | Sewer    | 5159 ||| UPGRADING to +0 chain mail.
  5160 | Sewer    | 5160 ||| UPGRADING to +0 chain mail.
  5161 | Sewer    | 5161 ||| UPGRADING to +0 chain mail.
  5162 | Sewer    | 5162 ||| UPGRADING to +0 chain mail.
  5163 | Sewer    | 5163 ||| UPGRADING to +0 chain mail.
  5164 | Sewer    | 5164 ||| UPGRADING to +0 chain mail.
  5165 | Sewer    | 5165 ||| UPGRADING to +0 chain mail.
  5166 | Sewer    | 5166 ||| UPGRADING to +0 chain mail.
  5167 | Sewer    | 5167 ||| UPGRADING to +0 chain mail.
  5168 | Sewer    | 5168 ||| UPGRADING to +0 chain mail.
  5169 | Sewer    | 5169 ||| UPGRADING to +0 chain mail.
  5170 | Sewer    | 5170 ||| UPGRADING to +0 chain mail.
  5171 | Sewer    | 5171 ||| UPGRADING to +0 chain mail.
  5172 | Sewer    | 5172 ||| UPGRADING to +0 chain mail.
  5173 | Sewer    | 5173 ||| UPGRADING to +0 chain mail.
  5174 | Sewer    | 5174 ||| UPGRADING to +0 chain mail.
  5175 | Sewer    | 5175 ||| UPGRADING to +0 chain mail.
  5176 | Sewer    | 5176 ||| UPGRADING to +0 chain mail.
  5177 | Sewer    | 5177 ||| UPGRADING to +0 chain mail.
  5178 | Sewer    | 5178 ||| UPGRADING to +0 chain mail.
  5179 | Sewer    | 5179 ||| UPGRADING to +0 chain mail.
  5180 | Sewer    | 5180 ||| UPGRADING to +0 chain mail.
  5181 | Sewer    | 5181 ||| UPGRADING to +0 chain mail.
  5182 | Sewer    | 5182 ||| UPGRADING to +0 chain mail.
  5183 | Sewer    | 5183 ||| UPGRADING to +0 chain mail.
  5184 | Sewer    | 5184 ||| UPGRADING to +0 chain mail.
  5185 | Sewer    | 5185 ||| UPGRADING to +0 chain mail.
  5186 | Sewer    | 5186 ||| UPGRADING to +0 chain mail.
  5187 | Sewer    | 5187 ||| UPGRADING to +0 chain mail.
  5188 | Sewer    | 5188 ||| UPGRADING to +0 chain mail.
  5189 | Sewer    | 5189 ||| UPGRADING to +0 chain mail.
  5190 | Sewer    | 5190 ||| UPGRADING to +0 chain mail.
  5191 | Sewer    | 5191 ||| UPGRADING to +0 chain mail.
  5192 | Sewer    | 5192 ||| UPGRADING to +0 chain mail.
  5193 | Sewer    | 5193 ||| UPGRADING to +0 chain mail.
  5194 | Sewer    | 5194 ||| UPGRADING to +0 chain mail.
  5195 | Sewer    | 5195 ||| UPGRADING to +0 chain mail.
  5196 | Sewer    | 5196 ||| UPGRADING to +0 chain mail.
  5197 | Sewer    | 5197 ||| UPGRADING to +0 chain mail.
  5198 | Sewer    | 5198 ||| UPGRADING to +0 chain mail.
  5199 | Sewer    | 5199 ||| UPGRADING to +0 chain mail.
  5200 | Sewer    | 5200 ||| UPGRADING to +0 chain mail.
  5201 | Sewer    | 5201 ||| UPGRADING to +0 chain mail.
  5202 | Sewer    | 5202 ||| UPGRADING to +0 chain mail.
  5203 | Sewer    | 5203 ||| UPGRADING to +0 chain mail.
  5204 | Sewer    | 5204 ||| UPGRADING to +0 chain mail.
  5205 | Sewer    | 5205 ||| UPGRADING to +0 chain mail.
  5206 | Sewer    | 5206 ||| UPGRADING to +0 chain mail.
  5207 | Sewer    | 5207 ||| UPGRADING to +0 chain mail.
  5208 | Sewer    | 5208 ||| UPGRADING to +0 chain mail.
  5209 | Sewer    | 5209 ||| UPGRADING to +0 chain mail.
  5210 | Sewer    | 5210 ||| UPGRADING to +0 chain mail.
  5211 | Sewer    | 5211 ||| UPGRADING to +0 chain mail.
  5212 | Sewer    | 5212 ||| UPGRADING to +0 chain mail.
  5213 | Sewer    | 5213 ||| UPGRADING to +0 chain mail.
  5214 | Sewer    | 5214 ||| UPGRADING to +0 chain mail.
  5215 | Sewer    | 5215 ||| UPGRADING to +0 chain mail.
  5216 | Sewer    | 5216 ||| UPGRADING to +0 chain mail.
  5217 | Sewer    | 5217 ||| UPGRADING to +0 chain mail.
  5218 | Sewer    | 5218 ||| UPGRADING to +0 chain mail.
  5219 | Sewer    | 5219 ||| UPGRADING to +0 chain mail.
  5220 | Sewer    | 5220 ||| UPGRADING to +0 chain mail.
  5221 | Sewer    | 5221 ||| UPGRADING to +0 chain mail.
  5222 | Sewer    | 5222 ||| UPGRADING to +0 chain mail.
  5223 | Sewer    | 5223 ||| UPGRADING to +0 chain mail.
  5224 | Sewer    | 5224 ||| UPGRADING to +0 chain mail.
  5225 | Sewer    | 5225 ||| UPGRADING to +0 chain mail.
  5226 | Sewer    | 5226 ||| UPGRADING to +0 chain mail.
  5227 | Sewer    | 5227 ||| UPGRADING to +0 chain mail.
  5228 | Sewer    | 5228 ||| UPGRADING to +0 chain mail.
  5229 | Sewer    | 5229 ||| UPGRADING to +0 chain mail.
  5230 | Sewer    | 5230 ||| UPGRADING to +0 chain mail.
  5231 | Sewer    | 5231 ||| UPGRADING to +0 chain mail.
  5232 | Sewer    | 5232 ||| UPGRADING to +0 chain mail.
  5233 | Sewer    | 5233 ||| UPGRADING to +0 chain mail.
  5234 | Sewer    | 5234 ||| UPGRADING to +0 chain mail.
  5235 | Sewer    | 5235 ||| UPGRADING to +0 chain mail.
  5236 | Sewer    | 5236 ||| UPGRADING to +0 chain mail.
  5237 | Sewer    | 5237 ||| UPGRADING to +0 chain mail.
  5238 | Sewer    | 5238 ||| UPGRADING to +0 chain mail.
  5239 | Sewer    | 5239 ||| UPGRADING to +0 chain mail.
  5240 | Sewer    | 5240 ||| UPGRADING to +0 chain mail.
  5241 | Sewer    | 5241 ||| UPGRADING to +0 chain mail.
  5242 | Sewer    | 5242 ||| UPGRADING to +0 chain mail.
  5243 | Sewer    | 5243 ||| UPGRADING to +0 chain mail.
  5244 | Sewer    | 5244 ||| UPGRADING to +0 chain mail.
  5245 | Sewer    | 5245 ||| UPGRADING to +0 chain mail.
  5246 | Sewer    | 5246 ||| UPGRADING to +0 chain mail.
  5247 | Sewer    | 5247 ||| UPGRADING to +0 chain mail.
  5248 | Sewer    | 5248 ||| UPGRADING to +0 chain mail.
  5249 | Sewer    | 5249 ||| UPGRADING to +0 chain mail.
  5250 | Sewer    | 5250 ||| UPGRADING to +0 chain mail.
  5251 | Sewer    | 5251 ||| UPGRADING to +0 chain mail.
  5252 | Sewer    | 5252 ||| UPGRADING to +0 chain mail.
  5253 | Sewer    | 5253 ||| UPGRADING to +0 chain mail.
  5254 | Sewer    | 5254 ||| UPGRADING to +0 chain mail.
  5255 | Sewer    | 5255 ||| UPGRADING to +0 chain mail.
  5256 | Sewer    | 5256 ||| UPGRADING to +0 chain mail.
  5257 | Sewer    | 5257 ||| UPGRADING to +0 chain mail.
  5258 | Sewer    | 5258 ||| UPGRADING to +0 chain mail.
  5259 | Sewer    | 5259 ||| UPGRADING to +0 chain mail.
  5260 | Sewer    | 5260 ||| UPGRADING to +0 chain mail.
  5261 | Sewer    | 5261 ||| UPGRADING to +0 chain mail.
  5262 | Sewer    | 5262 ||| UPGRADING to +0 chain mail.
  5263 | Sewer    | 5263 ||| UPGRADING to +0 chain mail.
  5264 | Sewer    | 5264 ||| UPGRADING to +0 chain mail.
  5265 | Sewer    | 5265 ||| UPGRADING to +0 chain mail.
  5266 | Sewer    | 5266 ||| UPGRADING to +0 chain mail.
  5267 | Sewer    | 5267 ||| UPGRADING to +0 chain mail.
  5268 | Sewer    | 5268 ||| UPGRADING to +0 chain mail.
  5269 | Sewer    | 5269 ||| UPGRADING to +0 chain mail.
  5270 | Sewer    | 5270 ||| UPGRADING to +0 chain mail.
  5271 | Sewer    | 5271 ||| UPGRADING to +0 chain mail.
  5272 | Sewer    | 5272 ||| UPGRADING to +0 chain mail.
  5273 | Sewer    | 5273 ||| UPGRADING to +0 chain mail.
  5274 | Sewer    | 5274 ||| UPGRADING to +0 chain mail.
  5275 | Sewer    | 5275 ||| UPGRADING to +0 chain mail.
  5276 | Sewer    | 5276 ||| UPGRADING to +0 chain mail.
  5277 | Sewer    | 5277 ||| UPGRADING to +0 chain mail.
  5278 | Sewer    | 5278 ||| UPGRADING to +0 chain mail.
  5279 | Sewer    | 5279 ||| UPGRADING to +0 chain mail.
  5280 | Sewer    | 5280 ||| UPGRADING to +0 chain mail.
  5281 | Sewer    | 5281 ||| UPGRADING to +0 chain mail.
  5282 | Sewer    | 5282 ||| UPGRADING to +0 chain mail.
  5283 | Sewer    | 5283 ||| UPGRADING to +0 chain mail.
  5284 | Sewer    | 5284 ||| UPGRADING to +0 chain mail.
  5285 | Sewer    | 5285 ||| UPGRADING to +0 chain mail.
  5286 | Sewer    | 5286 ||| UPGRADING to +0 chain mail.
  5287 | Sewer    | 5287 ||| UPGRADING to +0 chain mail.
  5288 | Sewer    | 5288 ||| UPGRADING to +0 chain mail.
  5289 | Sewer    | 5289 ||| UPGRADING to +0 chain mail.
  5290 | Sewer    | 5290 ||| UPGRADING to +0 chain mail.
  5291 | Sewer    | 5291 ||| UPGRADING to +0 chain mail.
  5292 | Sewer    | 5292 ||| UPGRADING to +0 chain mail.
  5293 | Sewer    | 5293 ||| UPGRADING to +0 chain mail.
  5294 | Sewer    | 5294 ||| UPGRADING to +0 chain mail.
  5295 | Sewer    | 5295 ||| UPGRADING to +0 chain mail.
  5296 | Sewer    | 5296 ||| UPGRADING to +0 chain mail.
  5297 | Sewer    | 5297 ||| UPGRADING to +0 chain mail.
  5298 | Sewer    | 5298 ||| UPGRADING to +0 chain mail.
  5299 | Sewer    | 5299 ||| UPGRADING to +0 chain mail.
  5300 | Sewer    | 5300 ||| UPGRADING to +0 chain mail.
  5301 | Sewer    | 5301 ||| UPGRADING to +0 chain mail.
  5302 | Sewer    | 5302 ||| UPGRADING to +0 chain mail.
  5303 | Sewer    | 5303 ||| UPGRADING to +0 chain mail.
  5304 | Sewer    | 5304 ||| UPGRADING to +0 chain mail.
  5305 | Sewer    | 5305 ||| UPGRADING to +0 chain mail.
  5306 | Sewer    | 5306 ||| UPGRADING to +0 chain mail.
  5307 | Sewer    | 5307 ||| UPGRADING to +0 chain mail.
  5308 | Sewer    | 5308 ||| UPGRADING to +0 chain mail.
  5309 | Sewer    | 5309 ||| UPGRADING to +0 chain mail.
  5310 | Sewer    | 5310 ||| UPGRADING to +0 chain mail.
  5311 | Sewer    | 5311 ||| UPGRADING to +0 chain mail.
  5312 | Sewer    | 5312 ||| UPGRADING to +0 chain mail.
  5313 | Sewer    | 5313 ||| UPGRADING to +0 chain mail.
  5314 | Sewer    | 5314 ||| UPGRADING to +0 chain mail.
  5315 | Sewer    | 5315 ||| UPGRADING to +0 chain mail.
  5316 | Sewer    | 5316 ||| UPGRADING to +0 chain mail.
  5317 | Sewer    | 5317 ||| UPGRADING to +0 chain mail.
  5318 | Sewer    | 5318 ||| UPGRADING to +0 chain mail.
  5319 | Sewer    | 5319 ||| UPGRADING to +0 chain mail.
  5320 | Sewer    | 5320 ||| UPGRADING to +0 chain mail.
  5321 | Sewer    | 5321 ||| UPGRADING to +0 chain mail.
  5322 | Sewer    | 5322 ||| UPGRADING to +0 chain mail.
  5323 | Sewer    | 5323 ||| UPGRADING to +0 chain mail.
  5324 | Sewer    | 5324 ||| UPGRADING to +0 chain mail.
  5325 | Sewer    | 5325 ||| UPGRADING to +0 chain mail.
  5326 | Sewer    | 5326 ||| UPGRADING to +0 chain mail.
  5327 | Sewer    | 5327 ||| UPGRADING to +0 chain mail.
  5328 | Sewer    | 5328 ||| UPGRADING to +0 chain mail.
  5329 | Sewer    | 5329 ||| UPGRADING to +0 chain mail.
  5330 | Sewer    | 5330 ||| UPGRADING to +0 chain mail.
  5331 | Sewer    | 5331 ||| UPGRADING to +0 chain mail.
  5332 | Sewer    | 5332 ||| UPGRADING to +0 chain mail.
  5333 | Sewer    | 5333 ||| UPGRADING to +0 chain mail.
  5334 | Sewer    | 5334 ||| UPGRADING to +0 chain mail.
  5335 | Sewer    | 5335 ||| UPGRADING to +0 chain mail.
  5336 | Sewer    | 5336 ||| UPGRADING to +0 chain mail.
  5337 | Sewer    | 5337 ||| UPGRADING to +0 chain mail.
  5338 | Sewer    | 5338 ||| UPGRADING to +0 chain mail.
  5339 | Sewer    | 5339 ||| UPGRADING to +0 chain mail.
  5340 | Sewer    | 5340 ||| UPGRADING to +0 chain mail.
  5341 | Sewer    | 5341 ||| UPGRADING to +0 chain mail.
  5342 | Sewer    | 5342 ||| UPGRADING to +0 chain mail.
  5343 | Sewer    | 5343 ||| UPGRADING to +0 chain mail.
  5344 | Sewer    | 5344 ||| UPGRADING to +0 chain mail.
  5345 | Sewer    | 5345 ||| UPGRADING to +0 chain mail.
  5346 | Sewer    | 5346 ||| UPGRADING to +0 chain mail.
  5347 | Sewer    | 5347 ||| UPGRADING to +0 chain mail.
  5348 | Sewer    | 5348 ||| UPGRADING to +0 chain mail.
  5349 | Sewer    | 5349 ||| UPGRADING to +0 chain mail.
  5350 | Sewer    | 5350 ||| UPGRADING to +0 chain mail.
  5351 | Sewer    | 5351 ||| UPGRADING to +0 chain mail.
  5352 | Sewer    | 5352 ||| UPGRADING to +0 chain mail.
  5353 | Sewer    | 5353 ||| UPGRADING to +0 chain mail.
  5354 | Sewer    | 5354 ||| UPGRADING to +0 chain mail.
  5355 | Sewer    | 5355 ||| UPGRADING to +0 chain mail.
  5356 | Sewer    | 5356 ||| UPGRADING to +0 chain mail.
  5357 | Sewer    | 5357 ||| UPGRADING to +0 chain mail.
  5358 | Sewer    | 5358 ||| UPGRADING to +0 chain mail.
  5359 | Sewer    | 5359 ||| UPGRADING to +0 chain mail.
  5360 | Sewer    | 5360 ||| UPGRADING to +0 chain mail.
  5361 | Sewer    | 5361 ||| UPGRADING to +0 chain mail.
  5362 | Sewer    | 5362 ||| UPGRADING to +0 chain mail.
  5363 | Sewer    | 5363 ||| UPGRADING to +0 chain mail.
  5364 | Sewer    | 5364 ||| UPGRADING to +0 chain mail.
  5365 | Sewer    | 5365 ||| UPGRADING to +0 chain mail.
  5366 | Sewer    | 5366 ||| UPGRADING to +0 chain mail.
  5367 | Sewer    | 5367 ||| UPGRADING to +0 chain mail.
  5368 | Sewer    | 5368 ||| UPGRADING to +0 chain mail.
  5369 | Sewer    | 5369 ||| UPGRADING to +0 chain mail.
  5370 | Sewer    | 5370 ||| UPGRADING to +0 chain mail.
  5371 | Sewer    | 5371 ||| UPGRADING to +0 chain mail.
  5372 | Sewer    | 5372 ||| UPGRADING to +0 chain mail.
  5373 | Sewer    | 5373 ||| UPGRADING to +0 chain mail.
  5374 | Sewer    | 5374 ||| UPGRADING to +0 chain mail.
  5375 | Sewer    | 5375 ||| UPGRADING to +0 chain mail.
  5376 | Sewer    | 5376 ||| UPGRADING to +0 chain mail.
  5377 | Sewer    | 5377 ||| UPGRADING to +0 chain mail.
  5378 | Sewer    | 5378 ||| UPGRADING to +0 chain mail.
  5379 | Sewer    | 5379 ||| UPGRADING to +0 chain mail.
  5380 | Sewer    | 5380 ||| UPGRADING to +0 chain mail.
  5381 | Sewer    | 5381 ||| UPGRADING to +0 chain mail.
  5382 | Sewer    | 5382 ||| UPGRADING to +0 chain mail.
  5383 | Sewer    | 5383 ||| UPGRADING to +0 chain mail.
  5384 | Sewer    | 5384 ||| UPGRADING to +0 chain mail.
  5385 | Sewer    | 5385 ||| UPGRADING to +0 chain mail.
  5386 | Sewer    | 5386 ||| UPGRADING to +0 chain mail.
  5387 | Sewer    | 5387 ||| UPGRADING to +0 chain mail.
  5388 | Sewer    | 5388 ||| UPGRADING to +0 chain mail.
  5389 | Sewer    | 5389 ||| UPGRADING to +0 chain mail.
  5390 | Sewer    | 5390 ||| UPGRADING to +0 chain mail.
  5391 | Sewer    | 5391 ||| UPGRADING to +0 chain mail.
  5392 | Sewer    | 5392 ||| UPGRADING to +0 chain mail.
  5393 | Sewer    | 5393 ||| UPGRADING to +0 chain mail.
  5394 | Sewer    | 5394 ||| UPGRADING to +0 chain mail.
  5395 | Sewer    | 5395 ||| UPGRADING to +0 chain mail.
  5396 | Sewer    | 5396 ||| UPGRADING to +0 chain mail.
  5397 | Sewer    | 5397 ||| UPGRADING to +0 chain mail.
  5398 | Sewer    | 5398 ||| UPGRADING to +0 chain mail.
  5399 | Sewer    | 5399 ||| UPGRADING to +0 chain mail.
  5400 | Sewer    | 5400 ||| UPGRADING to +0 chain mail.
  5401 | Sewer    | 5401 ||| UPGRADING to +0 chain mail.
  5402 | Sewer    | 5402 ||| UPGRADING to +0 chain mail.
  5403 | Sewer    | 5403 ||| UPGRADING to +0 chain mail.
  5404 | Sewer    | 5404 ||| UPGRADING to +0 chain mail.
  5405 | Sewer    | 5405 ||| UPGRADING to +0 chain mail.
  5406 | Sewer    | 5406 ||| UPGRADING to +0 chain mail.
  5407 | Sewer    | 5407 ||| UPGRADING to +0 chain mail.
  5408 | Sewer    | 5408 ||| UPGRADING to +0 chain mail.
  5409 | Sewer    | 5409 ||| UPGRADING to +0 chain mail.
  5410 | Sewer    | 5410 ||| UPGRADING to +0 chain mail.
  5411 | Sewer    | 5411 ||| UPGRADING to +0 chain mail.
  5412 | Sewer    | 5412 ||| UPGRADING to +0 chain mail.
  5413 | Sewer    | 5413 ||| UPGRADING to +0 chain mail.
  5414 | Sewer    | 5414 ||| UPGRADING to +0 chain mail.
  5415 | Sewer    | 5415 ||| UPGRADING to +0 chain mail.
  5416 | Sewer    | 5416 ||| UPGRADING to +0 chain mail.
  5417 | Sewer    | 5417 ||| UPGRADING to +0 chain mail.
  5418 | Sewer    | 5418 ||| UPGRADING to +0 chain mail.
  5419 | Sewer    | 5419 ||| UPGRADING to +0 chain mail.
  5420 | Sewer    | 5420 ||| UPGRADING to +0 chain mail.
  5421 | Sewer    | 5421 ||| UPGRADING to +0 chain mail.
  5422 | Sewer    | 5422 ||| UPGRADING to +0 chain mail.
  5423 | Sewer    | 5423 ||| UPGRADING to +0 chain mail.
  5424 | Sewer    | 5424 ||| UPGRADING to +0 chain mail.
  5425 | Sewer    | 5425 ||| UPGRADING to +0 chain mail.
  5426 | Sewer    | 5426 ||| UPGRADING to +0 chain mail.
  5427 | Sewer    | 5427 ||| UPGRADING to +0 chain mail.
  5428 | Sewer    | 5428 ||| UPGRADING to +0 chain mail.
  5429 | Sewer    | 5429 ||| UPGRADING to +0 chain mail.
  5430 | Sewer    | 5430 ||| UPGRADING to +0 chain mail.
  5431 | Sewer    | 5431 ||| UPGRADING to +0 chain mail.
  5432 | Sewer    | 5432 ||| UPGRADING to +0 chain mail.
  5433 | Sewer    | 5433 ||| UPGRADING to +0 chain mail.
  5434 | Sewer    | 5434 ||| UPGRADING to +0 chain mail.
  5435 | Sewer    | 5435 ||| UPGRADING to +0 chain mail.
  5436 | Sewer    | 5436 ||| UPGRADING to +0 chain mail.
  5437 | Sewer    | 5437 ||| UPGRADING to +0 chain mail.
  5438 | Sewer    | 5438 ||| UPGRADING to +0 chain mail.
  5439 | Sewer    | 5439 ||| UPGRADING to +0 chain mail.
  5440 | Sewer    | 5440 ||| UPGRADING to +0 chain mail.
  5441 | Sewer    | 5441 ||| UPGRADING to +0 chain mail.
  5442 | Sewer    | 5442 ||| UPGRADING to +0 chain mail.
  5443 | Sewer    | 5443 ||| UPGRADING to +0 chain mail.
  5444 | Sewer    | 5444 ||| UPGRADING to +0 chain mail.
  5445 | Sewer    | 5445 ||| UPGRADING to +0 chain mail.
  5446 | Sewer    | 5446 ||| UPGRADING to +0 chain mail.
  5447 | Sewer    | 5447 ||| UPGRADING to +0 chain mail.
  5448 | Sewer    | 5448 ||| UPGRADING to +0 chain mail.
  5449 | Sewer    | 5449 ||| UPGRADING to +0 chain mail.
  5450 | Sewer    | 5450 ||| UPGRADING to +0 chain mail.
  5451 | Sewer    | 5451 ||| UPGRADING to +0 chain mail.
  5452 | Sewer    | 5452 ||| UPGRADING to +0 chain mail.
  5453 | Sewer    | 5453 ||| UPGRADING to +0 chain mail.
  5454 | Sewer    | 5454 ||| UPGRADING to +0 chain mail.
  5455 | Sewer    | 5455 ||| UPGRADING to +0 chain mail.
  5456 | Sewer    | 5456 ||| UPGRADING to +0 chain mail.
  5457 | Sewer    | 5457 ||| UPGRADING to +0 chain mail.
  5458 | Sewer    | 5458 ||| UPGRADING to +0 chain mail.
  5459 | Sewer    | 5459 ||| UPGRADING to +0 chain mail.
  5460 | Sewer    | 5460 ||| UPGRADING to +0 chain mail.
  5461 | Sewer    | 5461 ||| UPGRADING to +0 chain mail.
  5462 | Sewer    | 5462 ||| UPGRADING to +0 chain mail.
  5463 | Sewer    | 5463 ||| UPGRADING to +0 chain mail.
  5464 | Sewer    | 5464 ||| UPGRADING to +0 chain mail.
  5465 | Sewer    | 5465 ||| UPGRADING to +0 chain mail.
  5466 | Sewer    | 5466 ||| UPGRADING to +0 chain mail.
  5467 | Sewer    | 5467 ||| UPGRADING to +0 chain mail.
  5468 | Sewer    | 5468 ||| UPGRADING to +0 chain mail.
  5469 | Sewer    | 5469 ||| UPGRADING to +0 chain mail.
  5470 | Sewer    | 5470 ||| UPGRADING to +0 chain mail.
  5471 | Sewer    | 5471 ||| UPGRADING to +0 chain mail.
  5472 | Sewer    | 5472 ||| UPGRADING to +0 chain mail.
  5473 | Sewer    | 5473 ||| UPGRADING to +0 chain mail.
  5474 | Sewer    | 5474 ||| UPGRADING to +0 chain mail.
  5475 | Sewer    | 5475 ||| UPGRADING to +0 chain mail.
  5476 | Sewer    | 5476 ||| UPGRADING to +0 chain mail.
  5477 | Sewer    | 5477 ||| UPGRADING to +0 chain mail.
  5478 | Sewer    | 5478 ||| UPGRADING to +0 chain mail.
  5479 | Sewer    | 5479 ||| UPGRADING to +0 chain mail.
  5480 | Sewer    | 5480 ||| UPGRADING to +0 chain mail.
  5481 | Sewer    | 5481 ||| UPGRADING to +0 chain mail.
  5482 | Sewer    | 5482 ||| UPGRADING to +0 chain mail.
  5483 | Sewer    | 5483 ||| UPGRADING to +0 chain mail.
  5484 | Sewer    | 5484 ||| UPGRADING to +0 chain mail.
  5485 | Sewer    | 5485 ||| UPGRADING to +0 chain mail.
  5486 | Sewer    | 5486 ||| UPGRADING to +0 chain mail.
  5487 | Sewer    | 5487 ||| UPGRADING to +0 chain mail.
  5488 | Sewer    | 5488 ||| UPGRADING to +0 chain mail.
  5489 | Sewer    | 5489 ||| UPGRADING to +0 chain mail.
  5490 | Sewer    | 5490 ||| UPGRADING to +0 chain mail.
  5491 | Sewer    | 5491 ||| UPGRADING to +0 chain mail.
  5492 | Sewer    | 5492 ||| UPGRADING to +0 chain mail.
  5493 | Sewer    | 5493 ||| UPGRADING to +0 chain mail.
  5494 | Sewer    | 5494 ||| UPGRADING to +0 chain mail.
  5495 | Sewer    | 5495 ||| UPGRADING to +0 chain mail.
  5496 | Sewer    | 5496 ||| UPGRADING to +0 chain mail.
  5497 | Sewer    | 5497 ||| UPGRADING to +0 chain mail.
  5498 | Sewer    | 5498 ||| UPGRADING to +0 chain mail.
  5499 | Sewer    | 5499 ||| UPGRADING to +0 chain mail.
  5500 | Sewer    | 5500 ||| UPGRADING to +0 chain mail.
  5501 | Sewer    | 5501 ||| UPGRADING to +0 chain mail.
  5502 | Sewer    | 5502 ||| UPGRADING to +0 chain mail.
  5503 | Sewer    | 5503 ||| UPGRADING to +0 chain mail.
  5504 | Sewer    | 5504 ||| UPGRADING to +0 chain mail.
  5505 | Sewer    | 5505 ||| UPGRADING to +0 chain mail.
  5506 | Sewer    | 5506 ||| UPGRADING to +0 chain mail.
  5507 | Sewer    | 5507 ||| UPGRADING to +0 chain mail.
  5508 | Sewer    | 5508 ||| UPGRADING to +0 chain mail.
  5509 | Sewer    | 5509 ||| UPGRADING to +0 chain mail.
  5510 | Sewer    | 5510 ||| UPGRADING to +0 chain mail.
  5511 | Sewer    | 5511 ||| UPGRADING to +0 chain mail.
  5512 | Sewer    | 5512 ||| UPGRADING to +0 chain mail.
  5513 | Sewer    | 5513 ||| UPGRADING to +0 chain mail.
  5514 | Sewer    | 5514 ||| UPGRADING to +0 chain mail.
  5515 | Sewer    | 5515 ||| UPGRADING to +0 chain mail.
  5516 | Sewer    | 5516 ||| UPGRADING to +0 chain mail.
  5517 | Sewer    | 5517 ||| UPGRADING to +0 chain mail.
  5518 | Sewer    | 5518 ||| UPGRADING to +0 chain mail.
  5519 | Sewer    | 5519 ||| UPGRADING to +0 chain mail.
  5520 | Sewer    | 5520 ||| UPGRADING to +0 chain mail.
  5521 | Sewer    | 5521 ||| UPGRADING to +0 chain mail.
  5522 | Sewer    | 5522 ||| UPGRADING to +0 chain mail.
  5523 | Sewer    | 5523 ||| UPGRADING to +0 chain mail.
  5524 | Sewer    | 5524 ||| UPGRADING to +0 chain mail.
  5525 | Sewer    | 5525 ||| UPGRADING to +0 chain mail.
  5526 | Sewer    | 5526 ||| UPGRADING to +0 chain mail.
  5527 | Sewer    | 5527 ||| UPGRADING to +0 chain mail.
  5528 | Sewer    | 5528 ||| UPGRADING to +0 chain mail.
  5529 | Sewer    | 5529 ||| UPGRADING to +0 chain mail.
  5530 | Sewer    | 5530 ||| UPGRADING to +0 chain mail.
  5531 | Sewer    | 5531 ||| UPGRADING to +0 chain mail.
  5532 | Sewer    | 5532 ||| UPGRADING to +0 chain mail.
  5533 | Sewer    | 5533 ||| UPGRADING to +0 chain mail.
  5534 | Sewer    | 5534 ||| UPGRADING to +0 chain mail.
  5535 | Sewer    | 5535 ||| UPGRADING to +0 chain mail.
  5536 | Sewer    | 5536 ||| UPGRADING to +0 chain mail.
  5537 | Sewer    | 5537 ||| UPGRADING to +0 chain mail.
  5538 | Sewer    | 5538 ||| UPGRADING to +0 chain mail.
  5539 | Sewer    | 5539 ||| UPGRADING to +0 chain mail.
  5540 | Sewer    | 5540 ||| UPGRADING to +0 chain mail.
  5541 | Sewer    | 5541 ||| UPGRADING to +0 chain mail.
  5542 | Sewer    | 5542 ||| UPGRADING to +0 chain mail.
  5543 | Sewer    | 5543 ||| UPGRADING to +0 chain mail.
  5544 | Sewer    | 5544 ||| UPGRADING to +0 chain mail.
  5545 | Sewer    | 5545 ||| UPGRADING to +0 chain mail.
  5546 | Sewer    | 5546 ||| UPGRADING to +0 chain mail.
  5547 | Sewer    | 5547 ||| UPGRADING to +0 chain mail.
  5548 | Sewer    | 5548 ||| UPGRADING to +0 chain mail.
  5549 | Sewer    | 5549 ||| UPGRADING to +0 chain mail.
  5550 | Sewer    | 5550 ||| UPGRADING to +0 chain mail.
  5551 | Sewer    | 5551 ||| UPGRADING to +0 chain mail.
  5552 | Sewer    | 5552 ||| UPGRADING to +0 chain mail.
  5553 | Sewer    | 5553 ||| UPGRADING to +0 chain mail.
  5554 | Sewer    | 5554 ||| UPGRADING to +0 chain mail.
  5555 | Sewer    | 5555 ||| UPGRADING to +0 chain mail.
  5556 | Sewer    | 5556 ||| UPGRADING to +0 chain mail.
  5557 | Sewer    | 5557 ||| UPGRADING to +0 chain mail.
  5558 | Sewer    | 5558 ||| UPGRADING to +0 chain mail.
  5559 | Sewer    | 5559 ||| UPGRADING to +0 chain mail.
  5560 | Sewer    | 5560 ||| UPGRADING to +0 chain mail.
  5561 | Sewer    | 5561 ||| UPGRADING to +0 chain mail.
  5562 | Sewer    | 5562 ||| UPGRADING to +0 chain mail.
  5563 | Sewer    | 5563 ||| UPGRADING to +0 chain mail.
  5564 | Sewer    | 5564 ||| UPGRADING to +0 chain mail.
  5565 | Sewer    | 5565 ||| UPGRADING to +0 chain mail.
  5566 | Sewer    | 5566 ||| UPGRADING to +0 chain mail.
  5567 | Sewer    | 5567 ||| UPGRADING to +0 chain mail.
  5568 | Sewer    | 5568 ||| UPGRADING to +0 chain mail.
  5569 | Sewer    | 5569 ||| UPGRADING to +0 chain mail.
  5570 | Sewer    | 5570 ||| UPGRADING to +0 chain mail.
  5571 | Sewer    | 5571 ||| UPGRADING to +0 chain mail.
  5572 | Sewer    | 5572 ||| UPGRADING to +0 chain mail.
  5573 | Sewer    | 5573 ||| UPGRADING to +0 chain mail.
  5574 | Sewer    | 5574 ||| UPGRADING to +0 chain mail.
  5575 | Sewer    | 5575 ||| UPGRADING to +0 chain mail.
  5576 | Sewer    | 5576 ||| UPGRADING to +0 chain mail.
  5577 | Sewer    | 5577 ||| UPGRADING to +0 chain mail.
  5578 | Sewer    | 5578 ||| UPGRADING to +0 chain mail.
  5579 | Sewer    | 5579 ||| UPGRADING to +0 chain mail.
  5580 | Sewer    | 5580 ||| UPGRADING to +0 chain mail.
  5581 | Sewer    | 5581 ||| UPGRADING to +0 chain mail.
  5582 | Sewer    | 5582 ||| UPGRADING to +0 chain mail.
  5583 | Sewer    | 5583 ||| UPGRADING to +0 chain mail.
  5584 | Sewer    | 5584 ||| UPGRADING to +0 chain mail.
  5585 | Sewer    | 5585 ||| UPGRADING to +0 chain mail.
  5586 | Sewer    | 5586 ||| UPGRADING to +0 chain mail.
  5587 | Sewer    | 5587 ||| UPGRADING to +0 chain mail.
  5588 | Sewer    | 5588 ||| UPGRADING to +0 chain mail.
  5589 | Sewer    | 5589 ||| UPGRADING to +0 chain mail.
  5590 | Sewer    | 5590 ||| UPGRADING to +0 chain mail.
  5591 | Sewer    | 5591 ||| UPGRADING to +0 chain mail.
  5592 | Sewer    | 5592 ||| UPGRADING to +0 chain mail.
  5593 | Sewer    | 5593 ||| UPGRADING to +0 chain mail.
  5594 | Sewer    | 5594 ||| UPGRADING to +0 chain mail.
  5595 | Sewer    | 5595 ||| UPGRADING to +0 chain mail.
  5596 | Sewer    | 5596 ||| UPGRADING to +0 chain mail.
  5597 | Sewer    | 5597 ||| UPGRADING to +0 chain mail.
  5598 | Sewer    | 5598 ||| UPGRADING to +0 chain mail.
  5599 | Sewer    | 5599 ||| UPGRADING to +0 chain mail.
  5600 | Sewer    | 5600 ||| UPGRADING to +0 chain mail.
  5601 | Sewer    | 5601 ||| UPGRADING to +0 chain mail.
  5602 | Sewer    | 5602 ||| UPGRADING to +0 chain mail.
  5603 | Sewer    | 5603 ||| UPGRADING to +0 chain mail.
  5604 | Sewer    | 5604 ||| UPGRADING to +0 chain mail.
  5605 | Sewer    | 5605 ||| UPGRADING to +0 chain mail.
  5606 | Sewer    | 5606 ||| UPGRADING to +0 chain mail.
  5607 | Sewer    | 5607 ||| UPGRADING to +0 chain mail.
  5608 | Sewer    | 5608 ||| UPGRADING to +0 chain mail.
  5609 | Sewer    | 5609 ||| UPGRADING to +0 chain mail.
  5610 | Sewer    | 5610 ||| UPGRADING to +0 chain mail.
  5611 | Sewer    | 5611 ||| UPGRADING to +0 chain mail.
  5612 | Sewer    | 5612 ||| UPGRADING to +0 chain mail.
  5613 | Sewer    | 5613 ||| UPGRADING to +0 chain mail.
  5614 | Sewer    | 5614 ||| UPGRADING to +0 chain mail.
  5615 | Sewer    | 5615 ||| UPGRADING to +0 chain mail.
  5616 | Sewer    | 5616 ||| UPGRADING to +0 chain mail.
  5617 | Sewer    | 5617 ||| UPGRADING to +0 chain mail.
  5618 | Sewer    | 5618 ||| UPGRADING to +0 chain mail.
  5619 | Sewer    | 5619 ||| UPGRADING to +0 chain mail.
  5620 | Sewer    | 5620 ||| UPGRADING to +0 chain mail.
  5621 | Sewer    | 5621 ||| UPGRADING to +0 chain mail.
  5622 | Sewer    | 5622 ||| UPGRADING to +0 chain mail.
  5623 | Sewer    | 5623 ||| UPGRADING to +0 chain mail.
  5624 | Sewer    | 5624 ||| UPGRADING to +0 chain mail.
  5625 | Sewer    | 5625 ||| UPGRADING to +0 chain mail.
  5626 | Sewer    | 5626 ||| UPGRADING to +0 chain mail.
  5627 | Sewer    | 5627 ||| UPGRADING to +0 chain mail.
  5628 | Sewer    | 5628 ||| UPGRADING to +0 chain mail.
  5629 | Sewer    | 5629 ||| UPGRADING to +0 chain mail.
  5630 | Sewer    | 5630 ||| UPGRADING to +0 chain mail.
  5631 | Sewer    | 5631 ||| UPGRADING to +0 chain mail.
  5632 | Sewer    | 5632 ||| UPGRADING to +0 chain mail.
  5633 | Sewer    | 5633 ||| UPGRADING to +0 chain mail.
  5634 | Sewer    | 5634 ||| UPGRADING to +0 chain mail.
  5635 | Sewer    | 5635 ||| UPGRADING to +0 chain mail.
  5636 | Sewer    | 5636 ||| UPGRADING to +0 chain mail.
  5637 | Sewer    | 5637 ||| UPGRADING to +0 chain mail.
  5638 | Sewer    | 5638 ||| UPGRADING to +0 chain mail.
  5639 | Sewer    | 5639 ||| UPGRADING to +0 chain mail.
  5640 | Sewer    | 5640 ||| UPGRADING to +0 chain mail.
  5641 | Sewer    | 5641 ||| UPGRADING to +0 chain mail.
  5642 | Sewer    | 5642 ||| UPGRADING to +0 chain mail.
  5643 | Sewer    | 5643 ||| UPGRADING to +0 chain mail.
  5644 | Sewer    | 5644 ||| UPGRADING to +0 chain mail.
  5645 | Sewer    | 5645 ||| UPGRADING to +0 chain mail.
  5646 | Sewer    | 5646 ||| UPGRADING to +0 chain mail.
  5647 | Sewer    | 5647 ||| UPGRADING to +0 chain mail.
  5648 | Sewer    | 5648 ||| UPGRADING to +0 chain mail.
  5649 | Sewer    | 5649 ||| UPGRADING to +0 chain mail.
  5650 | Sewer    | 5650 ||| UPGRADING to +0 chain mail.
  5651 | Sewer    | 5651 ||| UPGRADING to +0 chain mail.
  5652 | Sewer    | 5652 ||| UPGRADING to +0 chain mail.
  5653 | Sewer    | 5653 ||| UPGRADING to +0 chain mail.
  5654 | Sewer    | 5654 ||| UPGRADING to +0 chain mail.
  5655 | Sewer    | 5655 ||| UPGRADING to +0 chain mail.
  5656 | Sewer    | 5656 ||| UPGRADING to +0 chain mail.
  5657 | Sewer    | 5657 ||| UPGRADING to +0 chain mail.
  5658 | Sewer    | 5658 ||| UPGRADING to +0 chain mail.
  5659 | Sewer    | 5659 ||| UPGRADING to +0 chain mail.
  5660 | Sewer    | 5660 ||| UPGRADING to +0 chain mail.
  5661 | Sewer    | 5661 ||| UPGRADING to +0 chain mail.
  5662 | Sewer    | 5662 ||| UPGRADING to +0 chain mail.
  5663 | Sewer    | 5663 ||| UPGRADING to +0 chain mail.
  5664 | Sewer    | 5664 ||| UPGRADING to +0 chain mail.
  5665 | Sewer    | 5665 ||| UPGRADING to +0 chain mail.
  5666 | Sewer    | 5666 ||| UPGRADING to +0 chain mail.
  5667 | Sewer    | 5667 ||| UPGRADING to +0 chain mail.
  5668 | Sewer    | 5668 ||| UPGRADING to +0 chain mail.
  5669 | Sewer    | 5669 ||| UPGRADING to +0 chain mail.
  5670 | Sewer    | 5670 ||| UPGRADING to +0 chain mail.
  5671 | Sewer    | 5671 ||| UPGRADING to +0 chain mail.
  5672 | Sewer    | 5672 ||| UPGRADING to +0 chain mail.
  5673 | Sewer    | 5673 ||| UPGRADING to +0 chain mail.
  5674 | Sewer    | 5674 ||| UPGRADING to +0 chain mail.
  5675 | Sewer    | 5675 ||| UPGRADING to +0 chain mail.
  5676 | Sewer    | 5676 ||| UPGRADING to +0 chain mail.
  5677 | Sewer    | 5677 ||| UPGRADING to +0 chain mail.
  5678 | Sewer    | 5678 ||| UPGRADING to +0 chain mail.
  5679 | Sewer    | 5679 ||| UPGRADING to +0 chain mail.
  5680 | Sewer    | 5680 ||| UPGRADING to +0 chain mail.
  5681 | Sewer    | 5681 ||| UPGRADING to +0 chain mail.
  5682 | Sewer    | 5682 ||| UPGRADING to +0 chain mail.
  5683 | Sewer    | 5683 ||| UPGRADING to +0 chain mail.
  5684 | Sewer    | 5684 ||| UPGRADING to +0 chain mail.
  5685 | Sewer    | 5685 ||| UPGRADING to +0 chain mail.
  5686 | Sewer    | 5686 ||| UPGRADING to +0 chain mail.
  5687 | Sewer    | 5687 ||| UPGRADING to +0 chain mail.
  5688 | Sewer    | 5688 ||| UPGRADING to +0 chain mail.
  5689 | Sewer    | 5689 ||| UPGRADING to +0 chain mail.
  5690 | Sewer    | 5690 ||| UPGRADING to +0 chain mail.
  5691 | Sewer    | 5691 ||| UPGRADING to +0 chain mail.
  5692 | Sewer    | 5692 ||| UPGRADING to +0 chain mail.
  5693 | Sewer    | 5693 ||| UPGRADING to +0 chain mail.
  5694 | Sewer    | 5694 ||| UPGRADING to +0 chain mail.
  5695 | Sewer    | 5695 ||| UPGRADING to +0 chain mail.
  5696 | Sewer    | 5696 ||| UPGRADING to +0 chain mail.
  5697 | Sewer    | 5697 ||| UPGRADING to +0 chain mail.
  5698 | Sewer    | 5698 ||| UPGRADING to +0 chain mail.
  5699 | Sewer    | 5699 ||| UPGRADING to +0 chain mail.
  5700 | Sewer    | 5700 ||| UPGRADING to +0 chain mail.
  5701 | Sewer    | 5701 ||| UPGRADING to +0 chain mail.
  5702 | Sewer    | 5702 ||| UPGRADING to +0 chain mail.
  5703 | Sewer    | 5703 ||| UPGRADING to +0 chain mail.
  5704 | Sewer    | 5704 ||| UPGRADING to +0 chain mail.
  5705 | Sewer    | 5705 ||| UPGRADING to +0 chain mail.
  5706 | Sewer    | 5706 ||| UPGRADING to +0 chain mail.
  5707 | Sewer    | 5707 ||| UPGRADING to +0 chain mail.
  5708 | Sewer    | 5708 ||| UPGRADING to +0 chain mail.
  5709 | Sewer    | 5709 ||| UPGRADING to +0 chain mail.
  5710 | Sewer    | 5710 ||| UPGRADING to +0 chain mail.
  5711 | Sewer    | 5711 ||| UPGRADING to +0 chain mail.
  5712 | Sewer    | 5712 ||| UPGRADING to +0 chain mail.
  5713 | Sewer    | 5713 ||| UPGRADING to +0 chain mail.
  5714 | Sewer    | 5714 ||| UPGRADING to +0 chain mail.
  5715 | Sewer    | 5715 ||| UPGRADING to +0 chain mail.
  5716 | Sewer    | 5716 ||| UPGRADING to +0 chain mail.
  5717 | Sewer    | 5717 ||| UPGRADING to +0 chain mail.
  5718 | Sewer    | 5718 ||| UPGRADING to +0 chain mail.
  5719 | Sewer    | 5719 ||| UPGRADING to +0 chain mail.
  5720 | Sewer    | 5720 ||| UPGRADING to +0 chain mail.
  5721 | Sewer    | 5721 ||| UPGRADING to +0 chain mail.
  5722 | Sewer    | 5722 ||| UPGRADING to +0 chain mail.
  5723 | Sewer    | 5723 ||| UPGRADING to +0 chain mail.
  5724 | Sewer    | 5724 ||| UPGRADING to +0 chain mail.
  5725 | Sewer    | 5725 ||| UPGRADING to +0 chain mail.
  5726 | Sewer    | 5726 ||| UPGRADING to +0 chain mail.
  5727 | Sewer    | 5727 ||| UPGRADING to +0 chain mail.
  5728 | Sewer    | 5728 ||| UPGRADING to +0 chain mail.
  5729 | Sewer    | 5729 ||| UPGRADING to +0 chain mail.
  5730 | Sewer    | 5730 ||| UPGRADING to +0 chain mail.
  5731 | Sewer    | 5731 ||| UPGRADING to +0 chain mail.
  5732 | Sewer    | 5732 ||| UPGRADING to +0 chain mail.
  5733 | Sewer    | 5733 ||| UPGRADING to +0 chain mail.
  5734 | Sewer    | 5734 ||| UPGRADING to +0 chain mail.
  5735 | Sewer    | 5735 ||| UPGRADING to +0 chain mail.
  5736 | Sewer    | 5736 ||| UPGRADING to +0 chain mail.
  5737 | Sewer    | 5737 ||| UPGRADING to +0 chain mail.
  5738 | Sewer    | 5738 ||| UPGRADING to +0 chain mail.
  5739 | Sewer    | 5739 ||| UPGRADING to +0 chain mail.
  5740 | Sewer    | 5740 ||| UPGRADING to +0 chain mail.
  5741 | Sewer    | 5741 ||| UPGRADING to +0 chain mail.
  5742 | Sewer    | 5742 ||| UPGRADING to +0 chain mail.
  5743 | Sewer    | 5743 ||| UPGRADING to +0 chain mail.
  5744 | Sewer    | 5744 ||| UPGRADING to +0 chain mail.
  5745 | Sewer    | 5745 ||| UPGRADING to +0 chain mail.
  5746 | Sewer    | 5746 ||| UPGRADING to +0 chain mail.
  5747 | Sewer    | 5747 ||| UPGRADING to +0 chain mail.
  5748 | Sewer    | 5748 ||| UPGRADING to +0 chain mail.
  5749 | Sewer    | 5749 ||| UPGRADING to +0 chain mail.
  5750 | Sewer    | 5750 ||| UPGRADING to +0 chain mail.
  5751 | Sewer    | 5751 ||| UPGRADING to +0 chain mail.
  5752 | Sewer    | 5752 ||| UPGRADING to +0 chain mail.
  5753 | Sewer    | 5753 ||| UPGRADING to +0 chain mail.
  5754 | Sewer    | 5754 ||| UPGRADING to +0 chain mail.
  5755 | Sewer    | 5755 ||| UPGRADING to +0 chain mail.
  5756 | Sewer    | 5756 ||| UPGRADING to +0 chain mail.
  5757 | Sewer    | 5757 ||| UPGRADING to +0 chain mail.
  5758 | Sewer    | 5758 ||| UPGRADING to +0 chain mail.
  5759 | Sewer    | 5759 ||| UPGRADING to +0 chain mail.
  5760 | Sewer    | 5760 ||| UPGRADING to +0 chain mail.
  5761 | Sewer    | 5761 ||| UPGRADING to +0 chain mail.
  5762 | Sewer    | 5762 ||| UPGRADING to +0 chain mail.
  5763 | Sewer    | 5763 ||| UPGRADING to +0 chain mail.
  5764 | Sewer    | 5764 ||| UPGRADING to +0 chain mail.
  5765 | Sewer    | 5765 ||| UPGRADING to +0 chain mail.
  5766 | Sewer    | 5766 ||| UPGRADING to +0 chain mail.
  5767 | Sewer    | 5767 ||| UPGRADING to +0 chain mail.
  5768 | Sewer    | 5768 ||| UPGRADING to +0 chain mail.
  5769 | Sewer    | 5769 ||| UPGRADING to +0 chain mail.
  5770 | Sewer    | 5770 ||| UPGRADING to +0 chain mail.
  5771 | Sewer    | 5771 ||| UPGRADING to +0 chain mail.
  5772 | Sewer    | 5772 ||| UPGRADING to +0 chain mail.
  5773 | Sewer    | 5773 ||| UPGRADING to +0 chain mail.
  5774 | Sewer    | 5774 ||| UPGRADING to +0 chain mail.
  5775 | Sewer    | 5775 ||| UPGRADING to +0 chain mail.
  5776 | Sewer    | 5776 ||| UPGRADING to +0 chain mail.
  5777 | Sewer    | 5777 ||| UPGRADING to +0 chain mail.
  5778 | Sewer    | 5778 ||| UPGRADING to +0 chain mail.
  5779 | Sewer    | 5779 ||| UPGRADING to +0 chain mail.
  5780 | Sewer    | 5780 ||| UPGRADING to +0 chain mail.
  5781 | Sewer    | 5781 ||| UPGRADING to +0 chain mail.
  5782 | Sewer    | 5782 ||| UPGRADING to +0 chain mail.
  5783 | Sewer    | 5783 ||| UPGRADING to +0 chain mail.
  5784 | Sewer    | 5784 ||| UPGRADING to +0 chain mail.
  5785 | Sewer    | 5785 ||| UPGRADING to +0 chain mail.
  5786 | Sewer    | 5786 ||| UPGRADING to +0 chain mail.
  5787 | Sewer    | 5787 ||| UPGRADING to +0 chain mail.
  5788 | Sewer    | 5788 ||| UPGRADING to +0 chain mail.
  5789 | Sewer    | 5789 ||| UPGRADING to +0 chain mail.
  5790 | Sewer    | 5790 ||| UPGRADING to +0 chain mail.
  5791 | Sewer    | 5791 ||| UPGRADING to +0 chain mail.
  5792 | Sewer    | 5792 ||| UPGRADING to +0 chain mail.
  5793 | Sewer    | 5793 ||| UPGRADING to +0 chain mail.
  5794 | Sewer    | 5794 ||| UPGRADING to +0 chain mail.
  5795 | Sewer    | 5795 ||| UPGRADING to +0 chain mail.
  5796 | Sewer    | 5796 ||| UPGRADING to +0 chain mail.
  5797 | Sewer    | 5797 ||| UPGRADING to +0 chain mail.
  5798 | Sewer    | 5798 ||| UPGRADING to +0 chain mail.
  5799 | Sewer    | 5799 ||| UPGRADING to +0 chain mail.
  5800 | Sewer    | 5800 ||| UPGRADING to +0 chain mail.
  5801 | Sewer    | 5801 ||| UPGRADING to +0 chain mail.
  5802 | Sewer    | 5802 ||| UPGRADING to +0 chain mail.
  5803 | Sewer    | 5803 ||| UPGRADING to +0 chain mail.
  5804 | Sewer    | 5804 ||| UPGRADING to +0 chain mail.
  5805 | Sewer    | 5805 ||| UPGRADING to +0 chain mail.
  5806 | Sewer    | 5806 ||| UPGRADING to +0 chain mail.
  5807 | Sewer    | 5807 ||| UPGRADING to +0 chain mail.
  5808 | Sewer    | 5808 ||| UPGRADING to +0 chain mail.
  5809 | Sewer    | 5809 ||| UPGRADING to +0 chain mail.
  5810 | Sewer    | 5810 ||| UPGRADING to +0 chain mail.
  5811 | Sewer    | 5811 ||| UPGRADING to +0 chain mail.
  5812 | Sewer    | 5812 ||| UPGRADING to +0 chain mail.
  5813 | Sewer    | 5813 ||| UPGRADING to +0 chain mail.
  5814 | Sewer    | 5814 ||| UPGRADING to +0 chain mail.
  5815 | Sewer    | 5815 ||| UPGRADING to +0 chain mail.
  5816 | Sewer    | 5816 ||| UPGRADING to +0 chain mail.
  5817 | Sewer    | 5817 ||| UPGRADING to +0 chain mail.
  5818 | Sewer    | 5818 ||| UPGRADING to +0 chain mail.
  5819 | Sewer    | 5819 ||| UPGRADING to +0 chain mail.
  5820 | Sewer    | 5820 ||| UPGRADING to +0 chain mail.
  5821 | Sewer    | 5821 ||| UPGRADING to +0 chain mail.
  5822 | Sewer    | 5822 ||| UPGRADING to +0 chain mail.
  5823 | Sewer    | 5823 ||| UPGRADING to +0 chain mail.
  5824 | Sewer    | 5824 ||| UPGRADING to +0 chain mail.
  5825 | Sewer    | 5825 ||| UPGRADING to +0 chain mail.
  5826 | Sewer    | 5826 ||| UPGRADING to +0 chain mail.
  5827 | Sewer    | 5827 ||| UPGRADING to +0 chain mail.
  5828 | Sewer    | 5828 ||| UPGRADING to +0 chain mail.
  5829 | Sewer    | 5829 ||| UPGRADING to +0 chain mail.
  5830 | Sewer    | 5830 ||| UPGRADING to +0 chain mail.
  5831 | Sewer    | 5831 ||| UPGRADING to +0 chain mail.
  5832 | Sewer    | 5832 ||| UPGRADING to +0 chain mail.
  5833 | Sewer    | 5833 ||| UPGRADING to +0 chain mail.
  5834 | Sewer    | 5834 ||| UPGRADING to +0 chain mail.
  5835 | Sewer    | 5835 ||| UPGRADING to +0 chain mail.
  5836 | Sewer    | 5836 ||| UPGRADING to +0 chain mail.
  5837 | Sewer    | 5837 ||| UPGRADING to +0 chain mail.
  5838 | Sewer    | 5838 ||| UPGRADING to +0 chain mail.
  5839 | Sewer    | 5839 ||| UPGRADING to +0 chain mail.
  5840 | Sewer    | 5840 ||| UPGRADING to +0 chain mail.
  5841 | Sewer    | 5841 ||| UPGRADING to +0 chain mail.
  5842 | Sewer    | 5842 ||| UPGRADING to +0 chain mail.
  5843 | Sewer    | 5843 ||| UPGRADING to +0 chain mail.
  5844 | Sewer    | 5844 ||| UPGRADING to +0 chain mail.
  5845 | Sewer    | 5845 ||| UPGRADING to +0 chain mail.
  5846 | Sewer    | 5846 ||| UPGRADING to +0 chain mail.
  5847 | Sewer    | 5847 ||| UPGRADING to +0 chain mail.
  5848 | Sewer    | 5848 ||| UPGRADING to +0 chain mail.
  5849 | Sewer    | 5849 ||| UPGRADING to +0 chain mail.
  5850 | Sewer    | 5850 ||| UPGRADING to +0 chain mail.
  5851 | Sewer    | 5851 ||| UPGRADING to +0 chain mail.
  5852 | Sewer    | 5852 ||| UPGRADING to +0 chain mail.
  5853 | Sewer    | 5853 ||| UPGRADING to +0 chain mail.
  5854 | Sewer    | 5854 ||| UPGRADING to +0 chain mail.
  5855 | Sewer    | 5855 ||| UPGRADING to +0 chain mail.
  5856 | Sewer    | 5856 ||| UPGRADING to +0 chain mail.
  5857 | Sewer    | 5857 ||| UPGRADING to +0 chain mail.
  5858 | Sewer    | 5858 ||| UPGRADING to +0 chain mail.
  5859 | Sewer    | 5859 ||| UPGRADING to +0 chain mail.
  5860 | Sewer    | 5860 ||| UPGRADING to +0 chain mail.
  5861 | Sewer    | 5861 ||| UPGRADING to +0 chain mail.
  5862 | Sewer    | 5862 ||| UPGRADING to +0 chain mail.
  5863 | Sewer    | 5863 ||| UPGRADING to +0 chain mail.
  5864 | Sewer    | 5864 ||| UPGRADING to +0 chain mail.
  5865 | Sewer    | 5865 ||| UPGRADING to +0 chain mail.
  5866 | Sewer    | 5866 ||| UPGRADING to +0 chain mail.
  5867 | Sewer    | 5867 ||| UPGRADING to +0 chain mail.
  5868 | Sewer    | 5868 ||| UPGRADING to +0 chain mail.
  5869 | Sewer    | 5869 ||| UPGRADING to +0 chain mail.
  5870 | Sewer    | 5870 ||| UPGRADING to +0 chain mail.
  5871 | Sewer    | 5871 ||| UPGRADING to +0 chain mail.
  5872 | Sewer    | 5872 ||| UPGRADING to +0 chain mail.
  5873 | Sewer    | 5873 ||| UPGRADING to +0 chain mail.
  5874 | Sewer    | 5874 ||| UPGRADING to +0 chain mail.
  5875 | Sewer    | 5875 ||| UPGRADING to +0 chain mail.
  5876 | Sewer    | 5876 ||| UPGRADING to +0 chain mail.
  5877 | Sewer    | 5877 ||| UPGRADING to +0 chain mail.
  5878 | Sewer    | 5878 ||| UPGRADING to +0 chain mail.
  5879 | Sewer    | 5879 ||| UPGRADING to +0 chain mail.
  5880 | Sewer    | 5880 ||| UPGRADING to +0 chain mail.
  5881 | Sewer    | 5881 ||| UPGRADING to +0 chain mail.
  5882 | Sewer    | 5882 ||| UPGRADING to +0 chain mail.
  5883 | Sewer    | 5883 ||| UPGRADING to +0 chain mail.
  5884 | Sewer    | 5884 ||| UPGRADING to +0 chain mail.
  5885 | Sewer    | 5885 ||| UPGRADING to +0 chain mail.
  5886 | Sewer    | 5886 ||| UPGRADING to +0 chain mail.
  5887 | Sewer    | 5887 ||| UPGRADING to +0 chain mail.
  5888 | Sewer    | 5888 ||| UPGRADING to +0 chain mail.
  5889 | Sewer    | 5889 ||| UPGRADING to +0 chain mail.
  5890 | Sewer    | 5890 ||| UPGRADING to +0 chain mail.
  5891 | Sewer    | 5891 ||| UPGRADING to +0 chain mail.
  5892 | Sewer    | 5892 ||| UPGRADING to +0 chain mail.
  5893 | Sewer    | 5893 ||| UPGRADING to +0 chain mail.
  5894 | Sewer    | 5894 ||| UPGRADING to +0 chain mail.
  5895 | Sewer    | 5895 ||| UPGRADING to +0 chain mail.
  5896 | Sewer    | 5896 ||| UPGRADING to +0 chain mail.
  5897 | Sewer    | 5897 ||| UPGRADING to +0 chain mail.
  5898 | Sewer    | 5898 ||| UPGRADING to +0 chain mail.
  5899 | Sewer    | 5899 ||| UPGRADING to +0 chain mail.
  5900 | Sewer    | 5900 ||| UPGRADING to +0 chain mail.
  5901 | Sewer    | 5901 ||| UPGRADING to +0 chain mail.
  5902 | Sewer    | 5902 ||| UPGRADING to +0 chain mail.
  5903 | Sewer    | 5903 ||| UPGRADING to +0 chain mail.
  5904 | Sewer    | 5904 ||| UPGRADING to +0 chain mail.
  5905 | Sewer    | 5905 ||| UPGRADING to +0 chain mail.
  5906 | Sewer    | 5906 ||| UPGRADING to +0 chain mail.
  5907 | Sewer    | 5907 ||| UPGRADING to +0 chain mail.
  5908 | Sewer    | 5908 ||| UPGRADING to +0 chain mail.
  5909 | Sewer    | 5909 ||| UPGRADING to +0 chain mail.
  5910 | Sewer    | 5910 ||| UPGRADING to +0 chain mail.
  5911 | Sewer    | 5911 ||| UPGRADING to +0 chain mail.
  5912 | Sewer    | 5912 ||| UPGRADING to +0 chain mail.
  5913 | Sewer    | 5913 ||| UPGRADING to +0 chain mail.
  5914 | Sewer    | 5914 ||| UPGRADING to +0 chain mail.
  5915 | Sewer    | 5915 ||| UPGRADING to +0 chain mail.
  5916 | Sewer    | 5916 ||| UPGRADING to +0 chain mail.
  5917 | Sewer    | 5917 ||| UPGRADING to +0 chain mail.
  5918 | Sewer    | 5918 ||| UPGRADING to +0 chain mail.
  5919 | Sewer    | 5919 ||| UPGRADING to +0 chain mail.
  5920 | Sewer    | 5920 ||| UPGRADING to +0 chain mail.
  5921 | Sewer    | 5921 ||| UPGRADING to +0 chain mail.
  5922 | Sewer    | 5922 ||| UPGRADING to +0 chain mail.
  5923 | Sewer    | 5923 ||| UPGRADING to +0 chain mail.
  5924 | Sewer    | 5924 ||| UPGRADING to +0 chain mail.
  5925 | Sewer    | 5925 ||| UPGRADING to +0 chain mail.
  5926 | Sewer    | 5926 ||| UPGRADING to +0 chain mail.
  5927 | Sewer    | 5927 ||| UPGRADING to +0 chain mail.
  5928 | Sewer    | 5928 ||| UPGRADING to +0 chain mail.
  5929 | Sewer    | 5929 ||| UPGRADING to +0 chain mail.
  5930 | Sewer    | 5930 ||| UPGRADING to +0 chain mail.
  5931 | Sewer    | 5931 ||| UPGRADING to +0 chain mail.
  5932 | Sewer    | 5932 ||| UPGRADING to +0 chain mail.
  5933 | Sewer    | 5933 ||| UPGRADING to +0 chain mail.
  5934 | Sewer    | 5934 ||| UPGRADING to +0 chain mail.
  5935 | Sewer    | 5935 ||| UPGRADING to +0 chain mail.
  5936 | Sewer    | 5936 ||| UPGRADING to +0 chain mail.
  5937 | Sewer    | 5937 ||| UPGRADING to +0 chain mail.
  5938 | Sewer    | 5938 ||| UPGRADING to +0 chain mail.
  5939 | Sewer    | 5939 ||| UPGRADING to +0 chain mail.
  5940 | Sewer    | 5940 ||| UPGRADING to +0 chain mail.
  5941 | Sewer    | 5941 ||| UPGRADING to +0 chain mail.
  5942 | Sewer    | 5942 ||| UPGRADING to +0 chain mail.
  5943 | Sewer    | 5943 ||| UPGRADING to +0 chain mail.
  5944 | Sewer    | 5944 ||| UPGRADING to +0 chain mail.
  5945 | Sewer    | 5945 ||| UPGRADING to +0 chain mail.
  5946 | Sewer    | 5946 ||| UPGRADING to +0 chain mail.
  5947 | Sewer    | 5947 ||| UPGRADING to +0 chain mail.
  5948 | Sewer    | 5948 ||| UPGRADING to +0 chain mail.
  5949 | Sewer    | 5949 ||| UPGRADING to +0 chain mail.
  5950 | Sewer    | 5950 ||| UPGRADING to +0 chain mail.
  5951 | Sewer    | 5951 ||| UPGRADING to +0 chain mail.
  5952 | Sewer    | 5952 ||| UPGRADING to +0 chain mail.
  5953 | Sewer    | 5953 ||| UPGRADING to +0 chain mail.
  5954 | Sewer    | 5954 ||| UPGRADING to +0 chain mail.
  5955 | Sewer    | 5955 ||| UPGRADING to +0 chain mail.
  5956 | Sewer    | 5956 ||| UPGRADING to +0 chain mail.
  5957 | Sewer    | 5957 ||| UPGRADING to +0 chain mail.
  5958 | Sewer    | 5958 ||| UPGRADING to +0 chain mail.
  5959 | Sewer    | 5959 ||| UPGRADING to +0 chain mail.
  5960 | Sewer    | 5960 ||| UPGRADING to +0 chain mail.
  5961 | Sewer    | 5961 ||| UPGRADING to +0 chain mail.
  5962 | Sewer    | 5962 ||| UPGRADING to +0 chain mail.
  5963 | Sewer    | 5963 ||| UPGRADING to +0 chain mail.
  5964 | Sewer    | 5964 ||| UPGRADING to +0 chain mail.
  5965 | Sewer    | 5965 ||| UPGRADING to +0 chain mail.
  5966 | Sewer    | 5966 ||| UPGRADING to +0 chain mail.
  5967 | Sewer    | 5967 ||| UPGRADING to +0 chain mail.
  5968 | Sewer    | 5968 ||| UPGRADING to +0 chain mail.
  5969 | Sewer    | 5969 ||| UPGRADING to +0 chain mail.
  5970 | Sewer    | 5970 ||| UPGRADING to +0 chain mail.
  5971 | Sewer    | 5971 ||| UPGRADING to +0 chain mail.
  5972 | Sewer    | 5972 ||| UPGRADING to +0 chain mail.
  5973 | Sewer    | 5973 ||| UPGRADING to +0 chain mail.
  5974 | Sewer    | 5974 ||| UPGRADING to +0 chain mail.
  5975 | Sewer    | 5975 ||| UPGRADING to +0 chain mail.
  5976 | Sewer    | 5976 ||| UPGRADING to +0 chain mail.
  5977 | Sewer    | 5977 ||| UPGRADING to +0 chain mail.
  5978 | Sewer    | 5978 ||| UPGRADING to +0 chain mail.
  5979 | Sewer    | 5979 ||| UPGRADING to +0 chain mail.
  5980 | Sewer    | 5980 ||| UPGRADING to +0 chain mail.
  5981 | Sewer    | 5981 ||| UPGRADING to +0 chain mail.
  5982 | Sewer    | 5982 ||| UPGRADING to +0 chain mail.
  5983 | Sewer    | 5983 ||| UPGRADING to +0 chain mail.
  5984 | Sewer    | 5984 ||| UPGRADING to +0 chain mail.
  5985 | Sewer    | 5985 ||| UPGRADING to +0 chain mail.
  5986 | Sewer    | 5986 ||| UPGRADING to +0 chain mail.
  5987 | Sewer    | 5987 ||| UPGRADING to +0 chain mail.
  5988 | Sewer    | 5988 ||| UPGRADING to +0 chain mail.
  5989 | Sewer    | 5989 ||| UPGRADING to +0 chain mail.
  5990 | Sewer    | 5990 ||| UPGRADING to +0 chain mail.
  5991 | Sewer    | 5991 ||| UPGRADING to +0 chain mail.
  5992 | Sewer    | 5992 ||| UPGRADING to +0 chain mail.
  5993 | Sewer    | 5993 ||| UPGRADING to +0 chain mail.
  5994 | Sewer    | 5994 ||| UPGRADING to +0 chain mail.
  5995 | Sewer    | 5995 ||| UPGRADING to +0 chain mail.
  5996 | Sewer    | 5996 ||| UPGRADING to +0 chain mail.
  5997 | Sewer    | 5997 ||| UPGRADING to +0 chain mail.
  5998 | Sewer    | 5998 ||| UPGRADING to +0 chain mail.
  5999 | Sewer    | 5999 ||| UPGRADING to +0 chain mail.
  6000 | Sewer    | 6000 ||| UPGRADING to +0 chain mail.
  6001 | Sewer    | 6001 ||| UPGRADING to +0 chain mail.
  6002 | Sewer    | 6002 ||| UPGRADING to +0 chain mail.
  6003 | Sewer    | 6003 ||| UPGRADING to +0 chain mail.
  6004 | Sewer    | 6004 ||| UPGRADING to +0 chain mail.
  6005 | Sewer    | 6005 ||| UPGRADING to +0 chain mail.
  6006 | Sewer    | 6006 ||| UPGRADING to +0 chain mail.
  6007 | Sewer    | 6007 ||| UPGRADING to +0 chain mail.
  6008 | Sewer    | 6008 ||| UPGRADING to +0 chain mail.
  6009 | Sewer    | 6009 ||| UPGRADING to +0 chain mail.
  6010 | Sewer    | 6010 ||| UPGRADING to +0 chain mail.
  6011 | Sewer    | 6011 ||| UPGRADING to +0 chain mail.
  6012 | Sewer    | 6012 ||| UPGRADING to +0 chain mail.
  6013 | Sewer    | 6013 ||| UPGRADING to +0 chain mail.
  6014 | Sewer    | 6014 ||| UPGRADING to +0 chain mail.
  6015 | Sewer    | 6015 ||| UPGRADING to +0 chain mail.
  6016 | Sewer    | 6016 ||| UPGRADING to +0 chain mail.
  6017 | Sewer    | 6017 ||| UPGRADING to +0 chain mail.
  6018 | Sewer    | 6018 ||| UPGRADING to +0 chain mail.
  6019 | Sewer    | 6019 ||| UPGRADING to +0 chain mail.
  6020 | Sewer    | 6020 ||| UPGRADING to +0 chain mail.
  6021 | Sewer    | 6021 ||| UPGRADING to +0 chain mail.
  6022 | Sewer    | 6022 ||| UPGRADING to +0 chain mail.
  6023 | Sewer    | 6023 ||| UPGRADING to +0 chain mail.
  6024 | Sewer    | 6024 ||| UPGRADING to +0 chain mail.
  6025 | Sewer    | 6025 ||| UPGRADING to +0 chain mail.
  6026 | Sewer    | 6026 ||| UPGRADING to +0 chain mail.
  6027 | Sewer    | 6027 ||| UPGRADING to +0 chain mail.
  6028 | Sewer    | 6028 ||| UPGRADING to +0 chain mail.
  6029 | Sewer    | 6029 ||| UPGRADING to +0 chain mail.
  6030 | Sewer    | 6030 ||| UPGRADING to +0 chain mail.
  6031 | Sewer    | 6031 ||| UPGRADING to +0 chain mail.
  6032 | Sewer    | 6032 ||| UPGRADING to +0 chain mail.
  6033 | Sewer    | 6033 ||| UPGRADING to +0 chain mail.
  6034 | Sewer    | 6034 ||| UPGRADING to +0 chain mail.
  6035 | Sewer    | 6035 ||| UPGRADING to +0 chain mail.
  6036 | Sewer    | 6036 ||| UPGRADING to +0 chain mail.
  6037 | Sewer    | 6037 ||| UPGRADING to +0 chain mail.
  6038 | Sewer    | 6038 ||| UPGRADING to +0 chain mail.
  6039 | Sewer    | 6039 ||| UPGRADING to +0 chain mail.
  6040 | Sewer    | 6040 ||| UPGRADING to +0 chain mail.
  6041 | Sewer    | 6041 ||| UPGRADING to +0 chain mail.
  6042 | Sewer    | 6042 ||| UPGRADING to +0 chain mail.
  6043 | Sewer    | 6043 ||| UPGRADING to +0 chain mail.
  6044 | Sewer    | 6044 ||| UPGRADING to +0 chain mail.
  6045 | Sewer    | 6045 ||| UPGRADING to +0 chain mail.
  6046 | Sewer    | 6046 ||| UPGRADING to +0 chain mail.
  6047 | Sewer    | 6047 ||| UPGRADING to +0 chain mail.
  6048 | Sewer    | 6048 ||| UPGRADING to +0 chain mail.
  6049 | Sewer    | 6049 ||| UPGRADING to +0 chain mail.
  6050 | Sewer    | 6050 ||| UPGRADING to +0 chain mail.
  6051 | Sewer    | 6051 ||| UPGRADING to +0 chain mail.
  6052 | Sewer    | 6052 ||| UPGRADING to +0 chain mail.
  6053 | Sewer    | 6053 ||| UPGRADING to +0 chain mail.
  6054 | Sewer    | 6054 ||| UPGRADING to +0 chain mail.
  6055 | Sewer    | 6055 ||| UPGRADING to +0 chain mail.
  6056 | Sewer    | 6056 ||| UPGRADING to +0 chain mail.
  6057 | Sewer    | 6057 ||| UPGRADING to +0 chain mail.
  6058 | Sewer    | 6058 ||| UPGRADING to +0 chain mail.
  6059 | Sewer    | 6059 ||| UPGRADING to +0 chain mail.
  6060 | Sewer    | 6060 ||| UPGRADING to +0 chain mail.
  6061 | Sewer    | 6061 ||| UPGRADING to +0 chain mail.
  6062 | Sewer    | 6062 ||| UPGRADING to +0 chain mail.
  6063 | Sewer    | 6063 ||| UPGRADING to +0 chain mail.
  6064 | Sewer    | 6064 ||| UPGRADING to +0 chain mail.
  6065 | Sewer    | 6065 ||| UPGRADING to +0 chain mail.
  6066 | Sewer    | 6066 ||| UPGRADING to +0 chain mail.
  6067 | Sewer    | 6067 ||| UPGRADING to +0 chain mail.
  6068 | Sewer    | 6068 ||| UPGRADING to +0 chain mail.
  6069 | Sewer    | 6069 ||| UPGRADING to +0 chain mail.
  6070 | Sewer    | 6070 ||| UPGRADING to +0 chain mail.
  6071 | Sewer    | 6071 ||| UPGRADING to +0 chain mail.
  6072 | Sewer    | 6072 ||| UPGRADING to +0 chain mail.
  6073 | Sewer    | 6073 ||| UPGRADING to +0 chain mail.
  6074 | Sewer    | 6074 ||| UPGRADING to +0 chain mail.
  6075 | Sewer    | 6075 ||| UPGRADING to +0 chain mail.
  6076 | Sewer    | 6076 ||| UPGRADING to +0 chain mail.
  6077 | Sewer    | 6077 ||| UPGRADING to +0 chain mail.
  6078 | Sewer    | 6078 ||| UPGRADING to +0 chain mail.
  6079 | Sewer    | 6079 ||| UPGRADING to +0 chain mail.
  6080 | Sewer    | 6080 ||| UPGRADING to +0 chain mail.
  6081 | Sewer    | 6081 ||| UPGRADING to +0 chain mail.
  6082 | Sewer    | 6082 ||| UPGRADING to +0 chain mail.
  6083 | Sewer    | 6083 ||| UPGRADING to +0 chain mail.
  6084 | Sewer    | 6084 ||| UPGRADING to +0 chain mail.
  6085 | Sewer    | 6085 ||| UPGRADING to +0 chain mail.
  6086 | Sewer    | 6086 ||| UPGRADING to +0 chain mail.
  6087 | Sewer    | 6087 ||| UPGRADING to +0 chain mail.
  6088 | Sewer    | 6088 ||| UPGRADING to +0 chain mail.
  6089 | Sewer    | 6089 ||| UPGRADING to +0 chain mail.
  6090 | Sewer    | 6090 ||| UPGRADING to +0 chain mail.
  6091 | Sewer    | 6091 ||| UPGRADING to +0 chain mail.
  6092 | Sewer    | 6092 ||| UPGRADING to +0 chain mail.
  6093 | Sewer    | 6093 ||| UPGRADING to +0 chain mail.
  6094 | Sewer    | 6094 ||| UPGRADING to +0 chain mail.
  6095 | Sewer    | 6095 ||| UPGRADING to +0 chain mail.
  6096 | Sewer    | 6096 ||| UPGRADING to +0 chain mail.
  6097 | Sewer    | 6097 ||| UPGRADING to +0 chain mail.
  6098 | Sewer    | 6098 ||| UPGRADING to +0 chain mail.
  6099 | Sewer    | 6099 ||| UPGRADING to +0 chain mail.
  6100 | Sewer    | 6100 ||| UPGRADING to +0 chain mail.
  6101 | Sewer    | 6101 ||| UPGRADING to +0 chain mail.
  6102 | Sewer    | 6102 ||| UPGRADING to +0 chain mail.
  6103 | Sewer    | 6103 ||| UPGRADING to +0 chain mail.
  6104 | Sewer    | 6104 ||| UPGRADING to +0 chain mail.
  6105 | Sewer    | 6105 ||| UPGRADING to +0 chain mail.
  6106 | Sewer    | 6106 ||| UPGRADING to +0 chain mail.
  6107 | Sewer    | 6107 ||| UPGRADING to +0 chain mail.
  6108 | Sewer    | 6108 ||| UPGRADING to +0 chain mail.
  6109 | Sewer    | 6109 ||| UPGRADING to +0 chain mail.
  6110 | Sewer    | 6110 ||| UPGRADING to +0 chain mail.
  6111 | Sewer    | 6111 ||| UPGRADING to +0 chain mail.
  6112 | Sewer    | 6112 ||| UPGRADING to +0 chain mail.
  6113 | Sewer    | 6113 ||| UPGRADING to +0 chain mail.
  6114 | Sewer    | 6114 ||| UPGRADING to +0 chain mail.
  6115 | Sewer    | 6115 ||| UPGRADING to +0 chain mail.
  6116 | Sewer    | 6116 ||| UPGRADING to +0 chain mail.
  6117 | Sewer    | 6117 ||| UPGRADING to +0 chain mail.
  6118 | Sewer    | 6118 ||| UPGRADING to +0 chain mail.
  6119 | Sewer    | 6119 ||| UPGRADING to +0 chain mail.
  6120 | Sewer    | 6120 ||| UPGRADING to +0 chain mail.
  6121 | Sewer    | 6121 ||| UPGRADING to +0 chain mail.
  6122 | Sewer    | 6122 ||| UPGRADING to +0 chain mail.
  6123 | Sewer    | 6123 ||| UPGRADING to +0 chain mail.
  6124 | Sewer    | 6124 ||| UPGRADING to +0 chain mail.
  6125 | Sewer    | 6125 ||| UPGRADING to +0 chain mail.
  6126 | Sewer    | 6126 ||| UPGRADING to +0 chain mail.
  6127 | Sewer    | 6127 ||| UPGRADING to +0 chain mail.
  6128 | Sewer    | 6128 ||| UPGRADING to +0 chain mail.
  6129 | Sewer    | 6129 ||| UPGRADING to +0 chain mail.
  6130 | Sewer    | 6130 ||| UPGRADING to +0 chain mail.
  6131 | Sewer    | 6131 ||| UPGRADING to +0 chain mail.
  6132 | Sewer    | 6132 ||| UPGRADING to +0 chain mail.
  6133 | Sewer    | 6133 ||| UPGRADING to +0 chain mail.
  6134 | Sewer    | 6134 ||| UPGRADING to +0 chain mail.
  6135 | Sewer    | 6135 ||| UPGRADING to +0 chain mail.
  6136 | Sewer    | 6136 ||| UPGRADING to +0 chain mail.
  6137 | Sewer    | 6137 ||| UPGRADING to +0 chain mail.
  6138 | Sewer    | 6138 ||| UPGRADING to +0 chain mail.
  6139 | Sewer    | 6139 ||| UPGRADING to +0 chain mail.
  6140 | Sewer    | 6140 ||| UPGRADING to +0 chain mail.
  6141 | Sewer    | 6141 ||| UPGRADING to +0 chain mail.
  6142 | Sewer    | 6142 ||| UPGRADING to +0 chain mail.
  6143 | Sewer    | 6143 ||| UPGRADING to +0 chain mail.
  6144 | Sewer    | 6144 ||| UPGRADING to +0 chain mail.
  6145 | Sewer    | 6145 ||| UPGRADING to +0 chain mail.
  6146 | Sewer    | 6146 ||| UPGRADING to +0 chain mail.
  6147 | Sewer    | 6147 ||| UPGRADING to +0 chain mail.
  6148 | Sewer    | 6148 ||| UPGRADING to +0 chain mail.
  6149 | Sewer    | 6149 ||| UPGRADING to +0 chain mail.
  6150 | Sewer    | 6150 ||| UPGRADING to +0 chain mail.
  6151 | Sewer    | 6151 ||| UPGRADING to +0 chain mail.
  6152 | Sewer    | 6152 ||| UPGRADING to +0 chain mail.
  6153 | Sewer    | 6153 ||| UPGRADING to +0 chain mail.
  6154 | Sewer    | 6154 ||| UPGRADING to +0 chain mail.
  6155 | Sewer    | 6155 ||| UPGRADING to +0 chain mail.
  6156 | Sewer    | 6156 ||| UPGRADING to +0 chain mail.
  6157 | Sewer    | 6157 ||| UPGRADING to +0 chain mail.
  6158 | Sewer    | 6158 ||| UPGRADING to +0 chain mail.
  6159 | Sewer    | 6159 ||| UPGRADING to +0 chain mail.
  6160 | Sewer    | 6160 ||| UPGRADING to +0 chain mail.
  6161 | Sewer    | 6161 ||| UPGRADING to +0 chain mail.
  6162 | Sewer    | 6162 ||| UPGRADING to +0 chain mail.
  6163 | Sewer    | 6163 ||| UPGRADING to +0 chain mail.
  6164 | Sewer    | 6164 ||| UPGRADING to +0 chain mail.
  6165 | Sewer    | 6165 ||| UPGRADING to +0 chain mail.
  6166 | Sewer    | 6166 ||| UPGRADING to +0 chain mail.
  6167 | Sewer    | 6167 ||| UPGRADING to +0 chain mail.
  6168 | Sewer    | 6168 ||| UPGRADING to +0 chain mail.
  6169 | Sewer    | 6169 ||| UPGRADING to +0 chain mail.
  6170 | Sewer    | 6170 ||| UPGRADING to +0 chain mail.
  6171 | Sewer    | 6171 ||| UPGRADING to +0 chain mail.
  6172 | Sewer    | 6172 ||| UPGRADING to +0 chain mail.
  6173 | Sewer    | 6173 ||| UPGRADING to +0 chain mail.
  6174 | Sewer    | 6174 ||| UPGRADING to +0 chain mail.
  6175 | Sewer    | 6175 ||| UPGRADING to +0 chain mail.
  6176 | Sewer    | 6176 ||| UPGRADING to +0 chain mail.
  6177 | Sewer    | 6177 ||| UPGRADING to +0 chain mail.
  6178 | Sewer    | 6178 ||| UPGRADING to +0 chain mail.
  6179 | Sewer    | 6179 ||| UPGRADING to +0 chain mail.
  6180 | Sewer    | 6180 ||| UPGRADING to +0 chain mail.
  6181 | Sewer    | 6181 ||| UPGRADING to +0 chain mail.
  6182 | Sewer    | 6182 ||| UPGRADING to +0 chain mail.
  6183 | Sewer    | 6183 ||| UPGRADING to +0 chain mail.
  6184 | Sewer    | 6184 ||| UPGRADING to +0 chain mail.
  6185 | Sewer    | 6185 ||| UPGRADING to +0 chain mail.
  6186 | Sewer    | 6186 ||| UPGRADING to +0 chain mail.
  6187 | Sewer    | 6187 ||| UPGRADING to +0 chain mail.
  6188 | Sewer    | 6188 ||| UPGRADING to +0 chain mail.
  6189 | Sewer    | 6189 ||| UPGRADING to +0 chain mail.
  6190 | Sewer    | 6190 ||| UPGRADING to +0 chain mail.
  6191 | Sewer    | 6191 ||| UPGRADING to +0 chain mail.
  6192 | Sewer    | 6192 ||| UPGRADING to +0 chain mail.
  6193 | Sewer    | 6193 ||| UPGRADING to +0 chain mail.
  6194 | Sewer    | 6194 ||| UPGRADING to +0 chain mail.
  6195 | Sewer    | 6195 ||| UPGRADING to +0 chain mail.
  6196 | Sewer    | 6196 ||| UPGRADING to +0 chain mail.
  6197 | Sewer    | 6197 ||| UPGRADING to +0 chain mail.
  6198 | Sewer    | 6198 ||| UPGRADING to +0 chain mail.
  6199 | Sewer    | 6199 ||| UPGRADING to +0 chain mail.
  6200 | Sewer    | 6200 ||| UPGRADING to +0 chain mail.
  6201 | Sewer    | 6201 ||| UPGRADING to +0 chain mail.
  6202 | Sewer    | 6202 ||| UPGRADING to +0 chain mail.
  6203 | Sewer    | 6203 ||| UPGRADING to +0 chain mail.
  6204 | Sewer    | 6204 ||| UPGRADING to +0 chain mail.
  6205 | Sewer    | 6205 ||| UPGRADING to +0 chain mail.
  6206 | Sewer    | 6206 ||| UPGRADING to +0 chain mail.
  6207 | Sewer    | 6207 ||| UPGRADING to +0 chain mail.
  6208 | Sewer    | 6208 ||| UPGRADING to +0 chain mail.
  6209 | Sewer    | 6209 ||| UPGRADING to +0 chain mail.
  6210 | Sewer    | 6210 ||| UPGRADING to +0 chain mail.
  6211 | Sewer    | 6211 ||| UPGRADING to +0 chain mail.
  6212 | Sewer    | 6212 ||| UPGRADING to +0 chain mail.
  6213 | Sewer    | 6213 ||| UPGRADING to +0 chain mail.
  6214 | Sewer    | 6214 ||| UPGRADING to +0 chain mail.
  6215 | Sewer    | 6215 ||| UPGRADING to +0 chain mail.
  6216 | Sewer    | 6216 ||| UPGRADING to +0 chain mail.
  6217 | Sewer    | 6217 ||| UPGRADING to +0 chain mail.
  6218 | Sewer    | 6218 ||| UPGRADING to +0 chain mail.
  6219 | Sewer    | 6219 ||| UPGRADING to +0 chain mail.
  6220 | Sewer    | 6220 ||| UPGRADING to +0 chain mail.
  6221 | Sewer    | 6221 ||| UPGRADING to +0 chain mail.
  6222 | Sewer    | 6222 ||| UPGRADING to +0 chain mail.
  6223 | Sewer    | 6223 ||| UPGRADING to +0 chain mail.
  6224 | Sewer    | 6224 ||| UPGRADING to +0 chain mail.
  6225 | Sewer    | 6225 ||| UPGRADING to +0 chain mail.
  6226 | Sewer    | 6226 ||| UPGRADING to +0 chain mail.
  6227 | Sewer    | 6227 ||| UPGRADING to +0 chain mail.
  6228 | Sewer    | 6228 ||| UPGRADING to +0 chain mail.
  6229 | Sewer    | 6229 ||| UPGRADING to +0 chain mail.
  6230 | Sewer    | 6230 ||| UPGRADING to +0 chain mail.
  6231 | Sewer    | 6231 ||| UPGRADING to +0 chain mail.
  6232 | Sewer    | 6232 ||| UPGRADING to +0 chain mail.
  6233 | Sewer    | 6233 ||| UPGRADING to +0 chain mail.
  6234 | Sewer    | 6234 ||| UPGRADING to +0 chain mail.
  6235 | Sewer    | 6235 ||| UPGRADING to +0 chain mail.
  6236 | Sewer    | 6236 ||| UPGRADING to +0 chain mail.
  6237 | Sewer    | 6237 ||| UPGRADING to +0 chain mail.
  6238 | Sewer    | 6238 ||| UPGRADING to +0 chain mail.
  6239 | Sewer    | 6239 ||| UPGRADING to +0 chain mail.
  6240 | Sewer    | 6240 ||| UPGRADING to +0 chain mail.
  6241 | Sewer    | 6241 ||| UPGRADING to +0 chain mail.
  6242 | Sewer    | 6242 ||| UPGRADING to +0 chain mail.
  6243 | Sewer    | 6243 ||| UPGRADING to +0 chain mail.
  6244 | Sewer    | 6244 ||| UPGRADING to +0 chain mail.
  6245 | Sewer    | 6245 ||| UPGRADING to +0 chain mail.
  6246 | Sewer    | 6246 ||| UPGRADING to +0 chain mail.
  6247 | Sewer    | 6247 ||| UPGRADING to +0 chain mail.
  6248 | Sewer    | 6248 ||| UPGRADING to +0 chain mail.
  6249 | Sewer    | 6249 ||| UPGRADING to +0 chain mail.
  6250 | Sewer    | 6250 ||| UPGRADING to +0 chain mail.
  6251 | Sewer    | 6251 ||| UPGRADING to +0 chain mail.
  6252 | Sewer    | 6252 ||| UPGRADING to +0 chain mail.
  6253 | Sewer    | 6253 ||| UPGRADING to +0 chain mail.
  6254 | Sewer    | 6254 ||| UPGRADING to +0 chain mail.
  6255 | Sewer    | 6255 ||| UPGRADING to +0 chain mail.
  6256 | Sewer    | 6256 ||| UPGRADING to +0 chain mail.
  6257 | Sewer    | 6257 ||| UPGRADING to +0 chain mail.
  6258 | Sewer    | 6258 ||| UPGRADING to +0 chain mail.
  6259 | Sewer    | 6259 ||| UPGRADING to +0 chain mail.
  6260 | Sewer    | 6260 ||| UPGRADING to +0 chain mail.
  6261 | Sewer    | 6261 ||| UPGRADING to +0 chain mail.
  6262 | Sewer    | 6262 ||| UPGRADING to +0 chain mail.
  6263 | Sewer    | 6263 ||| UPGRADING to +0 chain mail.
  6264 | Sewer    | 6264 ||| UPGRADING to +0 chain mail.
  6265 | Sewer    | 6265 ||| UPGRADING to +0 chain mail.
  6266 | Sewer    | 6266 ||| UPGRADING to +0 chain mail.
  6267 | Sewer    | 6267 ||| UPGRADING to +0 chain mail.
  6268 | Sewer    | 6268 ||| UPGRADING to +0 chain mail.
  6269 | Sewer    | 6269 ||| UPGRADING to +0 chain mail.
  6270 | Sewer    | 6270 ||| UPGRADING to +0 chain mail.
  6271 | Sewer    | 6271 ||| UPGRADING to +0 chain mail.
  6272 | Sewer    | 6272 ||| UPGRADING to +0 chain mail.
  6273 | Sewer    | 6273 ||| UPGRADING to +0 chain mail.
  6274 | Sewer    | 6274 ||| UPGRADING to +0 chain mail.
  6275 | Sewer    | 6275 ||| UPGRADING to +0 chain mail.
  6276 | Sewer    | 6276 ||| UPGRADING to +0 chain mail.
  6277 | Sewer    | 6277 ||| UPGRADING to +0 chain mail.
  6278 | Sewer    | 6278 ||| UPGRADING to +0 chain mail.
  6279 | Sewer    | 6279 ||| UPGRADING to +0 chain mail.
  6280 | Sewer    | 6280 ||| UPGRADING to +0 chain mail.
  6281 | Sewer    | 6281 ||| UPGRADING to +0 chain mail.
  6282 | Sewer    | 6282 ||| UPGRADING to +0 chain mail.
  6283 | Sewer    | 6283 ||| UPGRADING to +0 chain mail.
  6284 | Sewer    | 6284 ||| UPGRADING to +0 chain mail.
  6285 | Sewer    | 6285 ||| UPGRADING to +0 chain mail.
  6286 | Sewer    | 6286 ||| UPGRADING to +0 chain mail.
  6287 | Sewer    | 6287 ||| UPGRADING to +0 chain mail.
  6288 | Sewer    | 6288 ||| UPGRADING to +0 chain mail.
  6289 | Sewer    | 6289 ||| UPGRADING to +0 chain mail.
  6290 | Sewer    | 6290 ||| UPGRADING to +0 chain mail.
  6291 | Sewer    | 6291 ||| UPGRADING to +0 chain mail.
  6292 | Sewer    | 6292 ||| UPGRADING to +0 chain mail.
  6293 | Sewer    | 6293 ||| UPGRADING to +0 chain mail.
  6294 | Sewer    | 6294 ||| UPGRADING to +0 chain mail.
  6295 | Sewer    | 6295 ||| UPGRADING to +0 chain mail.
  6296 | Sewer    | 6296 ||| UPGRADING to +0 chain mail.
  6297 | Sewer    | 6297 ||| UPGRADING to +0 chain mail.
  6298 | Sewer    | 6298 ||| UPGRADING to +0 chain mail.
  6299 | Sewer    | 6299 ||| UPGRADING to +0 chain mail.
  6300 | Sewer    | 6300 ||| UPGRADING to +0 chain mail.
  6301 | Sewer    | 6301 ||| UPGRADING to +0 chain mail.
  6302 | Sewer    | 6302 ||| UPGRADING to +0 chain mail.
  6303 | Sewer    | 6303 ||| UPGRADING to +0 chain mail.
  6304 | Sewer    | 6304 ||| UPGRADING to +0 chain mail.
  6305 | Sewer    | 6305 ||| UPGRADING to +0 chain mail.
  6306 | Sewer    | 6306 ||| UPGRADING to +0 chain mail.
  6307 | Sewer    | 6307 ||| UPGRADING to +0 chain mail.
  6308 | Sewer    | 6308 ||| UPGRADING to +0 chain mail.
  6309 | Sewer    | 6309 ||| UPGRADING to +0 chain mail.
  6310 | Sewer    | 6310 ||| UPGRADING to +0 chain mail.
  6311 | Sewer    | 6311 ||| UPGRADING to +0 chain mail.
  6312 | Sewer    | 6312 ||| UPGRADING to +0 chain mail.
  6313 | Sewer    | 6313 ||| UPGRADING to +0 chain mail.
  6314 | Sewer    | 6314 ||| UPGRADING to +0 chain mail.
  6315 | Sewer    | 6315 ||| UPGRADING to +0 chain mail.
  6316 | Sewer    | 6316 ||| UPGRADING to +0 chain mail.
  6317 | Sewer    | 6317 ||| UPGRADING to +0 chain mail.
  6318 | Sewer    | 6318 ||| UPGRADING to +0 chain mail.
  6319 | Sewer    | 6319 ||| UPGRADING to +0 chain mail.
  6320 | Sewer    | 6320 ||| UPGRADING to +0 chain mail.
  6321 | Sewer    | 6321 ||| UPGRADING to +0 chain mail.
  6322 | Sewer    | 6322 ||| UPGRADING to +0 chain mail.
  6323 | Sewer    | 6323 ||| UPGRADING to +0 chain mail.
  6324 | Sewer    | 6324 ||| UPGRADING to +0 chain mail.
  6325 | Sewer    | 6325 ||| UPGRADING to +0 chain mail.
  6326 | Sewer    | 6326 ||| UPGRADING to +0 chain mail.
  6327 | Sewer    | 6327 ||| UPGRADING to +0 chain mail.
  6328 | Sewer    | 6328 ||| UPGRADING to +0 chain mail.
  6329 | Sewer    | 6329 ||| UPGRADING to +0 chain mail.
  6330 | Sewer    | 6330 ||| UPGRADING to +0 chain mail.
  6331 | Sewer    | 6331 ||| UPGRADING to +0 chain mail.
  6332 | Sewer    | 6332 ||| UPGRADING to +0 chain mail.
  6333 | Sewer    | 6333 ||| UPGRADING to +0 chain mail.
  6334 | Sewer    | 6334 ||| UPGRADING to +0 chain mail.
  6335 | Sewer    | 6335 ||| UPGRADING to +0 chain mail.
  6336 | Sewer    | 6336 ||| UPGRADING to +0 chain mail.
  6337 | Sewer    | 6337 ||| UPGRADING to +0 chain mail.
  6338 | Sewer    | 6338 ||| UPGRADING to +0 chain mail.
  6339 | Sewer    | 6339 ||| UPGRADING to +0 chain mail.
  6340 | Sewer    | 6340 ||| UPGRADING to +0 chain mail.
  6341 | Sewer    | 6341 ||| UPGRADING to +0 chain mail.
  6342 | Sewer    | 6342 ||| UPGRADING to +0 chain mail.
  6343 | Sewer    | 6343 ||| UPGRADING to +0 chain mail.
  6344 | Sewer    | 6344 ||| UPGRADING to +0 chain mail.
  6345 | Sewer    | 6345 ||| UPGRADING to +0 chain mail.
  6346 | Sewer    | 6346 ||| UPGRADING to +0 chain mail.
  6347 | Sewer    | 6347 ||| UPGRADING to +0 chain mail.
  6348 | Sewer    | 6348 ||| UPGRADING to +0 chain mail.
  6349 | Sewer    | 6349 ||| UPGRADING to +0 chain mail.
  6350 | Sewer    | 6350 ||| UPGRADING to +0 chain mail.
  6351 | Sewer    | 6351 ||| UPGRADING to +0 chain mail.
  6352 | Sewer    | 6352 ||| UPGRADING to +0 chain mail.
  6353 | Sewer    | 6353 ||| UPGRADING to +0 chain mail.
  6354 | Sewer    | 6354 ||| UPGRADING to +0 chain mail.
  6355 | Sewer    | 6355 ||| UPGRADING to +0 chain mail.
  6356 | Sewer    | 6356 ||| UPGRADING to +0 chain mail.
  6357 | Sewer    | 6357 ||| UPGRADING to +0 chain mail.
  6358 | Sewer    | 6358 ||| UPGRADING to +0 chain mail.
  6359 | Sewer    | 6359 ||| UPGRADING to +0 chain mail.
  6360 | Sewer    | 6360 ||| UPGRADING to +0 chain mail.
  6361 | Sewer    | 6361 ||| UPGRADING to +0 chain mail.
  6362 | Sewer    | 6362 ||| UPGRADING to +0 chain mail.
  6363 | Sewer    | 6363 ||| UPGRADING to +0 chain mail.
  6364 | Sewer    | 6364 ||| UPGRADING to +0 chain mail.
  6365 | Sewer    | 6365 ||| UPGRADING to +0 chain mail.
  6366 | Sewer    | 6366 ||| UPGRADING to +0 chain mail.
  6367 | Sewer    | 6367 ||| UPGRADING to +0 chain mail.
  6368 | Sewer    | 6368 ||| UPGRADING to +0 chain mail.
  6369 | Sewer    | 6369 ||| UPGRADING to +0 chain mail.
  6370 | Sewer    | 6370 ||| UPGRADING to +0 chain mail.
  6371 | Sewer    | 6371 ||| UPGRADING to +0 chain mail.
  6372 | Sewer    | 6372 ||| UPGRADING to +0 chain mail.
  6373 | Sewer    | 6373 ||| UPGRADING to +0 chain mail.
  6374 | Sewer    | 6374 ||| UPGRADING to +0 chain mail.
  6375 | Sewer    | 6375 ||| UPGRADING to +0 chain mail.
  6376 | Sewer    | 6376 ||| UPGRADING to +0 chain mail.
  6377 | Sewer    | 6377 ||| UPGRADING to +0 chain mail.
  6378 | Sewer    | 6378 ||| UPGRADING to +0 chain mail.
  6379 | Sewer    | 6379 ||| UPGRADING to +0 chain mail.
  6380 | Sewer    | 6380 ||| UPGRADING to +0 chain mail.
  6381 | Sewer    | 6381 ||| UPGRADING to +0 chain mail.
  6382 | Sewer    | 6382 ||| UPGRADING to +0 chain mail.
  6383 | Sewer    | 6383 ||| UPGRADING to +0 chain mail.
  6384 | Sewer    | 6384 ||| UPGRADING to +0 chain mail.
  6385 | Sewer    | 6385 ||| UPGRADING to +0 chain mail.
  6386 | Sewer    | 6386 ||| UPGRADING to +0 chain mail.
  6387 | Sewer    | 6387 ||| UPGRADING to +0 chain mail.
  6388 | Sewer    | 6388 ||| UPGRADING to +0 chain mail.
  6389 | Sewer    | 6389 ||| UPGRADING to +0 chain mail.
  6390 | Sewer    | 6390 ||| UPGRADING to +0 chain mail.
  6391 | Sewer    | 6391 ||| UPGRADING to +0 chain mail.
  6392 | Sewer    | 6392 ||| UPGRADING to +0 chain mail.
  6393 | Sewer    | 6393 ||| UPGRADING to +0 chain mail.
  6394 | Sewer    | 6394 ||| UPGRADING to +0 chain mail.
  6395 | Sewer    | 6395 ||| UPGRADING to +0 chain mail.
  6396 | Sewer    | 6396 ||| UPGRADING to +0 chain mail.
  6397 | Sewer    | 6397 ||| UPGRADING to +0 chain mail.
  6398 | Sewer    | 6398 ||| UPGRADING to +0 chain mail.
  6399 | Sewer    | 6399 ||| UPGRADING to +0 chain mail.
  6400 | Sewer    | 6400 ||| UPGRADING to +0 chain mail.
  6401 | Sewer    | 6401 ||| UPGRADING to +0 chain mail.
  6402 | Sewer    | 6402 ||| UPGRADING to +0 chain mail.
  6403 | Sewer    | 6403 ||| UPGRADING to +0 chain mail.
  6404 | Sewer    | 6404 ||| UPGRADING to +0 chain mail.
  6405 | Sewer    | 6405 ||| UPGRADING to +0 chain mail.
  6406 | Sewer    | 6406 ||| UPGRADING to +0 chain mail.
  6407 | Sewer    | 6407 ||| UPGRADING to +0 chain mail.
  6408 | Sewer    | 6408 ||| UPGRADING to +0 chain mail.
  6409 | Sewer    | 6409 ||| UPGRADING to +0 chain mail.
  6410 | Sewer    | 6410 ||| UPGRADING to +0 chain mail.
  6411 | Sewer    | 6411 ||| UPGRADING to +0 chain mail.
  6412 | Sewer    | 6412 ||| UPGRADING to +0 chain mail.
  6413 | Sewer    | 6413 ||| UPGRADING to +0 chain mail.
  6414 | Sewer    | 6414 ||| UPGRADING to +0 chain mail.
  6415 | Sewer    | 6415 ||| UPGRADING to +0 chain mail.
  6416 | Sewer    | 6416 ||| UPGRADING to +0 chain mail.
  6417 | Sewer    | 6417 ||| UPGRADING to +0 chain mail.
  6418 | Sewer    | 6418 ||| UPGRADING to +0 chain mail.
  6419 | Sewer    | 6419 ||| UPGRADING to +0 chain mail.
  6420 | Sewer    | 6420 ||| UPGRADING to +0 chain mail.
  6421 | Sewer    | 6421 ||| UPGRADING to +0 chain mail.
  6422 | Sewer    | 6422 ||| UPGRADING to +0 chain mail.
  6423 | Sewer    | 6423 ||| UPGRADING to +0 chain mail.
  6424 | Sewer    | 6424 ||| UPGRADING to +0 chain mail.
  6425 | Sewer    | 6425 ||| UPGRADING to +0 chain mail.
  6426 | Sewer    | 6426 ||| UPGRADING to +0 chain mail.
  6427 | Sewer    | 6427 ||| UPGRADING to +0 chain mail.
  6428 | Sewer    | 6428 ||| UPGRADING to +0 chain mail.
  6429 | Sewer    | 6429 ||| UPGRADING to +0 chain mail.
  6430 | Sewer    | 6430 ||| UPGRADING to +0 chain mail.
  6431 | Sewer    | 6431 ||| UPGRADING to +0 chain mail.
  6432 | Sewer    | 6432 ||| UPGRADING to +0 chain mail.
  6433 | Sewer    | 6433 ||| UPGRADING to +0 chain mail.
  6434 | Sewer    | 6434 ||| UPGRADING to +0 chain mail.
  6435 | Sewer    | 6435 ||| UPGRADING to +0 chain mail.
  6436 | Sewer    | 6436 ||| UPGRADING to +0 chain mail.
  6437 | Sewer    | 6437 ||| UPGRADING to +0 chain mail.
  6438 | Sewer    | 6438 ||| UPGRADING to +0 chain mail.
  6439 | Sewer    | 6439 ||| UPGRADING to +0 chain mail.
  6440 | Sewer    | 6440 ||| UPGRADING to +0 chain mail.
  6441 | Sewer    | 6441 ||| UPGRADING to +0 chain mail.
  6442 | Sewer    | 6442 ||| UPGRADING to +0 chain mail.
  6443 | Sewer    | 6443 ||| UPGRADING to +0 chain mail.
  6444 | Sewer    | 6444 ||| UPGRADING to +0 chain mail.
  6445 | Sewer    | 6445 ||| UPGRADING to +0 chain mail.
  6446 | Sewer    | 6446 ||| UPGRADING to +0 chain mail.
  6447 | Sewer    | 6447 ||| UPGRADING to +0 chain mail.
  6448 | Sewer    | 6448 ||| UPGRADING to +0 chain mail.
  6449 | Sewer    | 6449 ||| UPGRADING to +0 chain mail.
  6450 | Sewer    | 6450 ||| UPGRADING to +0 chain mail.
  6451 | Sewer    | 6451 ||| UPGRADING to +0 chain mail.
  6452 | Sewer    | 6452 ||| UPGRADING to +0 chain mail.
  6453 | Sewer    | 6453 ||| UPGRADING to +0 chain mail.
  6454 | Sewer    | 6454 ||| UPGRADING to +0 chain mail.
  6455 | Sewer    | 6455 ||| UPGRADING to +0 chain mail.
  6456 | Sewer    | 6456 ||| UPGRADING to +0 chain mail.
  6457 | Sewer    | 6457 ||| UPGRADING to +0 chain mail.
  6458 | Sewer    | 6458 ||| UPGRADING to +0 chain mail.
  6459 | Sewer    | 6459 ||| UPGRADING to +0 chain mail.
  6460 | Sewer    | 6460 ||| UPGRADING to +0 chain mail.
  6461 | Sewer    | 6461 ||| UPGRADING to +0 chain mail.
  6462 | Sewer    | 6462 ||| UPGRADING to +0 chain mail.
  6463 | Sewer    | 6463 ||| UPGRADING to +0 chain mail.
  6464 | Sewer    | 6464 ||| UPGRADING to +0 chain mail.
  6465 | Sewer    | 6465 ||| UPGRADING to +0 chain mail.
  6466 | Sewer    | 6466 ||| UPGRADING to +0 chain mail.
  6467 | Sewer    | 6467 ||| UPGRADING to +0 chain mail.
  6468 | Sewer    | 6468 ||| UPGRADING to +0 chain mail.
  6469 | Sewer    | 6469 ||| UPGRADING to +0 chain mail.
  6470 | Sewer    | 6470 ||| UPGRADING to +0 chain mail.
  6471 | Sewer    | 6471 ||| UPGRADING to +0 chain mail.
  6472 | Sewer    | 6472 ||| UPGRADING to +0 chain mail.
  6473 | Sewer    | 6473 ||| UPGRADING to +0 chain mail.
  6474 | Sewer    | 6474 ||| UPGRADING to +0 chain mail.
  6475 | Sewer    | 6475 ||| UPGRADING to +0 chain mail.
  6476 | Sewer    | 6476 ||| UPGRADING to +0 chain mail.
  6477 | Sewer    | 6477 ||| UPGRADING to +0 chain mail.
  6478 | Sewer    | 6478 ||| UPGRADING to +0 chain mail.
  6479 | Sewer    | 6479 ||| UPGRADING to +0 chain mail.
  6480 | Sewer    | 6480 ||| UPGRADING to +0 chain mail.
  6481 | Sewer    | 6481 ||| UPGRADING to +0 chain mail.
  6482 | Sewer    | 6482 ||| UPGRADING to +0 chain mail.
  6483 | Sewer    | 6483 ||| UPGRADING to +0 chain mail.
  6484 | Sewer    | 6484 ||| UPGRADING to +0 chain mail.
  6485 | Sewer    | 6485 ||| UPGRADING to +0 chain mail.
  6486 | Sewer    | 6486 ||| UPGRADING to +0 chain mail.
  6487 | Sewer    | 6487 ||| UPGRADING to +0 chain mail.
  6488 | Sewer    | 6488 ||| UPGRADING to +0 chain mail.
  6489 | Sewer    | 6489 ||| UPGRADING to +0 chain mail.
  6490 | Sewer    | 6490 ||| UPGRADING to +0 chain mail.
  6491 | Sewer    | 6491 ||| UPGRADING to +0 chain mail.
  6492 | Sewer    | 6492 ||| UPGRADING to +0 chain mail.
  6493 | Sewer    | 6493 ||| UPGRADING to +0 chain mail.
  6494 | Sewer    | 6494 ||| UPGRADING to +0 chain mail.
  6495 | Sewer    | 6495 ||| UPGRADING to +0 chain mail.
  6496 | Sewer    | 6496 ||| UPGRADING to +0 chain mail.
  6497 | Sewer    | 6497 ||| UPGRADING to +0 chain mail.
  6498 | Sewer    | 6498 ||| UPGRADING to +0 chain mail.
  6499 | Sewer    | 6499 ||| UPGRADING to +0 chain mail.
  6500 | Sewer    | 6500 ||| UPGRADING to +0 chain mail.
  6501 | Sewer    | 6501 ||| UPGRADING to +0 chain mail.
  6502 | Sewer    | 6502 ||| UPGRADING to +0 chain mail.
  6503 | Sewer    | 6503 ||| UPGRADING to +0 chain mail.
  6504 | Sewer    | 6504 ||| UPGRADING to +0 chain mail.
  6505 | Sewer    | 6505 ||| UPGRADING to +0 chain mail.
  6506 | Sewer    | 6506 ||| UPGRADING to +0 chain mail.
  6507 | Sewer    | 6507 ||| UPGRADING to +0 chain mail.
  6508 | Sewer    | 6508 ||| UPGRADING to +0 chain mail.
  6509 | Sewer    | 6509 ||| UPGRADING to +0 chain mail.
  6510 | Sewer    | 6510 ||| UPGRADING to +0 chain mail.
  6511 | Sewer    | 6511 ||| UPGRADING to +0 chain mail.
  6512 | Sewer    | 6512 ||| UPGRADING to +0 chain mail.
  6513 | Sewer    | 6513 ||| UPGRADING to +0 chain mail.
  6514 | Sewer    | 6514 ||| UPGRADING to +0 chain mail.
  6515 | Sewer    | 6515 ||| UPGRADING to +0 chain mail.
  6516 | Sewer    | 6516 ||| UPGRADING to +0 chain mail.
  6517 | Sewer    | 6517 ||| UPGRADING to +0 chain mail.
  6518 | Sewer    | 6518 ||| UPGRADING to +0 chain mail.
  6519 | Sewer    | 6519 ||| UPGRADING to +0 chain mail.
  6520 | Sewer    | 6520 ||| UPGRADING to +0 chain mail.
  6521 | Sewer    | 6521 ||| UPGRADING to +0 chain mail.
  6522 | Sewer    | 6522 ||| UPGRADING to +0 chain mail.
  6523 | Sewer    | 6523 ||| UPGRADING to +0 chain mail.
  6524 | Sewer    | 6524 ||| UPGRADING to +0 chain mail.
  6525 | Sewer    | 6525 ||| UPGRADING to +0 chain mail.
  6526 | Sewer    | 6526 ||| UPGRADING to +0 chain mail.
  6527 | Sewer    | 6527 ||| UPGRADING to +0 chain mail.
  6528 | Sewer    | 6528 ||| UPGRADING to +0 chain mail.
  6529 | Sewer    | 6529 ||| UPGRADING to +0 chain mail.
  6530 | Sewer    | 6530 ||| UPGRADING to +0 chain mail.
  6531 | Sewer    | 6531 ||| UPGRADING to +0 chain mail.
  6532 | Sewer    | 6532 ||| UPGRADING to +0 chain mail.
  6533 | Sewer    | 6533 ||| UPGRADING to +0 chain mail.
  6534 | Sewer    | 6534 ||| UPGRADING to +0 chain mail.
  6535 | Sewer    | 6535 ||| UPGRADING to +0 chain mail.
  6536 | Sewer    | 6536 ||| UPGRADING to +0 chain mail.
  6537 | Sewer    | 6537 ||| UPGRADING to +0 chain mail.
  6538 | Sewer    | 6538 ||| UPGRADING to +0 chain mail.
  6539 | Sewer    | 6539 ||| UPGRADING to +0 chain mail.
  6540 | Sewer    | 6540 ||| UPGRADING to +0 chain mail.
  6541 | Sewer    | 6541 ||| UPGRADING to +0 chain mail.
  6542 | Sewer    | 6542 ||| UPGRADING to +0 chain mail.
  6543 | Sewer    | 6543 ||| UPGRADING to +0 chain mail.
  6544 | Sewer    | 6544 ||| UPGRADING to +0 chain mail.
  6545 | Sewer    | 6545 ||| UPGRADING to +0 chain mail.
  6546 | Sewer    | 6546 ||| UPGRADING to +0 chain mail.
  6547 | Sewer    | 6547 ||| UPGRADING to +0 chain mail.
  6548 | Sewer    | 6548 ||| UPGRADING to +0 chain mail.
  6549 | Sewer    | 6549 ||| UPGRADING to +0 chain mail.
  6550 | Sewer    | 6550 ||| UPGRADING to +0 chain mail.
  6551 | Sewer    | 6551 ||| UPGRADING to +0 chain mail.
  6552 | Sewer    | 6552 ||| UPGRADING to +0 chain mail.
  6553 | Sewer    | 6553 ||| UPGRADING to +0 chain mail.
  6554 | Sewer    | 6554 ||| UPGRADING to +0 chain mail.
  6555 | Sewer    | 6555 ||| UPGRADING to +0 chain mail.
  6556 | Sewer    | 6556 ||| UPGRADING to +0 chain mail.
  6557 | Sewer    | 6557 ||| UPGRADING to +0 chain mail.
  6558 | Sewer    | 6558 ||| UPGRADING to +0 chain mail.
  6559 | Sewer    | 6559 ||| UPGRADING to +0 chain mail.
  6560 | Sewer    | 6560 ||| UPGRADING to +0 chain mail.
  6561 | Sewer    | 6561 ||| UPGRADING to +0 chain mail.
  6562 | Sewer    | 6562 ||| UPGRADING to +0 chain mail.
  6563 | Sewer    | 6563 ||| UPGRADING to +0 chain mail.
  6564 | Sewer    | 6564 ||| UPGRADING to +0 chain mail.
  6565 | Sewer    | 6565 ||| UPGRADING to +0 chain mail.
  6566 | Sewer    | 6566 ||| UPGRADING to +0 chain mail.
  6567 | Sewer    | 6567 ||| UPGRADING to +0 chain mail.
  6568 | Sewer    | 6568 ||| UPGRADING to +0 chain mail.
  6569 | Sewer    | 6569 ||| UPGRADING to +0 chain mail.
  6570 | Sewer    | 6570 ||| UPGRADING to +0 chain mail.
  6571 | Sewer    | 6571 ||| UPGRADING to +0 chain mail.
  6572 | Sewer    | 6572 ||| UPGRADING to +0 chain mail.
  6573 | Sewer    | 6573 ||| UPGRADING to +0 chain mail.
  6574 | Sewer    | 6574 ||| UPGRADING to +0 chain mail.
  6575 | Sewer    | 6575 ||| UPGRADING to +0 chain mail.
  6576 | Sewer    | 6576 ||| UPGRADING to +0 chain mail.
  6577 | Sewer    | 6577 ||| UPGRADING to +0 chain mail.
  6578 | Sewer    | 6578 ||| UPGRADING to +0 chain mail.
  6579 | Sewer    | 6579 ||| UPGRADING to +0 chain mail.
  6580 | Sewer    | 6580 ||| UPGRADING to +0 chain mail.
  6581 | Sewer    | 6581 ||| UPGRADING to +0 chain mail.
  6582 | Sewer    | 6582 ||| UPGRADING to +0 chain mail.
  6583 | Sewer    | 6583 ||| UPGRADING to +0 chain mail.
  6584 | Sewer    | 6584 ||| UPGRADING to +0 chain mail.
  6585 | Sewer    | 6585 ||| UPGRADING to +0 chain mail.
  6586 | Sewer    | 6586 ||| UPGRADING to +0 chain mail.
  6587 | Sewer    | 6587 ||| UPGRADING to +0 chain mail.
  6588 | Sewer    | 6588 ||| UPGRADING to +0 chain mail.
  6589 | Sewer    | 6589 ||| UPGRADING to +0 chain mail.
  6590 | Sewer    | 6590 ||| UPGRADING to +0 chain mail.
  6591 | Sewer    | 6591 ||| UPGRADING to +0 chain mail.
  6592 | Sewer    | 6592 ||| UPGRADING to +0 chain mail.
  6593 | Sewer    | 6593 ||| UPGRADING to +0 chain mail.
  6594 | Sewer    | 6594 ||| UPGRADING to +0 chain mail.
  6595 | Sewer    | 6595 ||| UPGRADING to +0 chain mail.
  6596 | Sewer    | 6596 ||| UPGRADING to +0 chain mail.
  6597 | Sewer    | 6597 ||| UPGRADING to +0 chain mail.
  6598 | Sewer    | 6598 ||| UPGRADING to +0 chain mail.
  6599 | Sewer    | 6599 ||| UPGRADING to +0 chain mail.
  6600 | Sewer    | 6600 ||| UPGRADING to +0 chain mail.
  6601 | Sewer    | 6601 ||| UPGRADING to +0 chain mail.
  6602 | Sewer    | 6602 ||| UPGRADING to +0 chain mail.
  6603 | Sewer    | 6603 ||| UPGRADING to +0 chain mail.
  6604 | Sewer    | 6604 ||| UPGRADING to +0 chain mail.
  6605 | Sewer    | 6605 ||| UPGRADING to +0 chain mail.
  6606 | Sewer    | 6606 ||| UPGRADING to +0 chain mail.
  6607 | Sewer    | 6607 ||| UPGRADING to +0 chain mail.
  6608 | Sewer    | 6608 ||| UPGRADING to +0 chain mail.
  6609 | Sewer    | 6609 ||| UPGRADING to +0 chain mail.
  6610 | Sewer    | 6610 ||| UPGRADING to +0 chain mail.
  6611 | Sewer    | 6611 ||| UPGRADING to +0 chain mail.
  6612 | Sewer    | 6612 ||| UPGRADING to +0 chain mail.
  6613 | Sewer    | 6613 ||| UPGRADING to +0 chain mail.
  6614 | Sewer    | 6614 ||| UPGRADING to +0 chain mail.
  6615 | Sewer    | 6615 ||| UPGRADING to +0 chain mail.
  6616 | Sewer    | 6616 ||| UPGRADING to +0 chain mail.
  6617 | Sewer    | 6617 ||| UPGRADING to +0 chain mail.
  6618 | Sewer    | 6618 ||| UPGRADING to +0 chain mail.
  6619 | Sewer    | 6619 ||| UPGRADING to +0 chain mail.
  6620 | Sewer    | 6620 ||| UPGRADING to +0 chain mail.
  6621 | Sewer    | 6621 ||| UPGRADING to +0 chain mail.
  6622 | Sewer    | 6622 ||| UPGRADING to +0 chain mail.
  6623 | Sewer    | 6623 ||| UPGRADING to +0 chain mail.
  6624 | Sewer    | 6624 ||| UPGRADING to +0 chain mail.
  6625 | Sewer    | 6625 ||| UPGRADING to +0 chain mail.
  6626 | Sewer    | 6626 ||| UPGRADING to +0 chain mail.
  6627 | Sewer    | 6627 ||| UPGRADING to +0 chain mail.
  6628 | Sewer    | 6628 ||| UPGRADING to +0 chain mail.
  6629 | Sewer    | 6629 ||| UPGRADING to +0 chain mail.
  6630 | Sewer    | 6630 ||| UPGRADING to +0 chain mail.
  6631 | Sewer    | 6631 ||| UPGRADING to +0 chain mail.
  6632 | Sewer    | 6632 ||| UPGRADING to +0 chain mail.
  6633 | Sewer    | 6633 ||| UPGRADING to +0 chain mail.
  6634 | Sewer    | 6634 ||| UPGRADING to +0 chain mail.
  6635 | Sewer    | 6635 ||| UPGRADING to +0 chain mail.
  6636 | Sewer    | 6636 ||| UPGRADING to +0 chain mail.
  6637 | Sewer    | 6637 ||| UPGRADING to +0 chain mail.
  6638 | Sewer    | 6638 ||| UPGRADING to +0 chain mail.
  6639 | Sewer    | 6639 ||| UPGRADING to +0 chain mail.
  6640 | Sewer    | 6640 ||| UPGRADING to +0 chain mail.
  6641 | Sewer    | 6641 ||| UPGRADING to +0 chain mail.
  6642 | Sewer    | 6642 ||| UPGRADING to +0 chain mail.
  6643 | Sewer    | 6643 ||| UPGRADING to +0 chain mail.
  6644 | Sewer    | 6644 ||| UPGRADING to +0 chain mail.
  6645 | Sewer    | 6645 ||| UPGRADING to +0 chain mail.
  6646 | Sewer    | 6646 ||| UPGRADING to +0 chain mail.
  6647 | Sewer    | 6647 ||| UPGRADING to +0 chain mail.
  6648 | Sewer    | 6648 ||| UPGRADING to +0 chain mail.
  6649 | Sewer    | 6649 ||| UPGRADING to +0 chain mail.
  6650 | Sewer    | 6650 ||| UPGRADING to +0 chain mail.
  6651 | Sewer    | 6651 ||| UPGRADING to +0 chain mail.
  6652 | Sewer    | 6652 ||| UPGRADING to +0 chain mail.
  6653 | Sewer    | 6653 ||| UPGRADING to +0 chain mail.
  6654 | Sewer    | 6654 ||| UPGRADING to +0 chain mail.
  6655 | Sewer    | 6655 ||| UPGRADING to +0 chain mail.
  6656 | Sewer    | 6656 ||| UPGRADING to +0 chain mail.
  6657 | Sewer    | 6657 ||| UPGRADING to +0 chain mail.
  6658 | Sewer    | 6658 ||| UPGRADING to +0 chain mail.
  6659 | Sewer    | 6659 ||| UPGRADING to +0 chain mail.
  6660 | Sewer    | 6660 ||| UPGRADING to +0 chain mail.
  6661 | Sewer    | 6661 ||| UPGRADING to +0 chain mail.
  6662 | Sewer    | 6662 ||| UPGRADING to +0 chain mail.
  6663 | Sewer    | 6663 ||| UPGRADING to +0 chain mail.
  6664 | Sewer    | 6664 ||| UPGRADING to +0 chain mail.
  6665 | Sewer    | 6665 ||| UPGRADING to +0 chain mail.
  6666 | Sewer    | 6666 ||| UPGRADING to +0 chain mail.
  6667 | Sewer    | 6667 ||| UPGRADING to +0 chain mail.
  6668 | Sewer    | 6668 ||| UPGRADING to +0 chain mail.
  6669 | Sewer    | 6669 ||| UPGRADING to +0 chain mail.
  6670 | Sewer    | 6670 ||| UPGRADING to +0 chain mail.
  6671 | Sewer    | 6671 ||| UPGRADING to +0 chain mail.
  6672 | Sewer    | 6672 ||| UPGRADING to +0 chain mail.
  6673 | Sewer    | 6673 ||| UPGRADING to +0 chain mail.
  6674 | Sewer    | 6674 ||| UPGRADING to +0 chain mail.
  6675 | Sewer    | 6675 ||| UPGRADING to +0 chain mail.
  6676 | Sewer    | 6676 ||| UPGRADING to +0 chain mail.
  6677 | Sewer    | 6677 ||| UPGRADING to +0 chain mail.
  6678 | Sewer    | 6678 ||| UPGRADING to +0 chain mail.
  6679 | Sewer    | 6679 ||| UPGRADING to +0 chain mail.
  6680 | Sewer    | 6680 ||| UPGRADING to +0 chain mail.
  6681 | Sewer    | 6681 ||| UPGRADING to +0 chain mail.
  6682 | Sewer    | 6682 ||| UPGRADING to +0 chain mail.
  6683 | Sewer    | 6683 ||| UPGRADING to +0 chain mail.
  6684 | Sewer    | 6684 ||| UPGRADING to +0 chain mail.
  6685 | Sewer    | 6685 ||| UPGRADING to +0 chain mail.
  6686 | Sewer    | 6686 ||| UPGRADING to +0 chain mail.
  6687 | Sewer    | 6687 ||| UPGRADING to +0 chain mail.
  6688 | Sewer    | 6688 ||| UPGRADING to +0 chain mail.
  6689 | Sewer    | 6689 ||| UPGRADING to +0 chain mail.
  6690 | Sewer    | 6690 ||| UPGRADING to +0 chain mail.
  6691 | Sewer    | 6691 ||| UPGRADING to +0 chain mail.
  6692 | Sewer    | 6692 ||| UPGRADING to +0 chain mail.
  6693 | Sewer    | 6693 ||| UPGRADING to +0 chain mail.
  6694 | Sewer    | 6694 ||| UPGRADING to +0 chain mail.
  6695 | Sewer    | 6695 ||| UPGRADING to +0 chain mail.
  6696 | Sewer    | 6696 ||| UPGRADING to +0 chain mail.
  6697 | Sewer    | 6697 ||| UPGRADING to +0 chain mail.
  6698 | Sewer    | 6698 ||| UPGRADING to +0 chain mail.
  6699 | Sewer    | 6699 ||| UPGRADING to +0 chain mail.
  6700 | Sewer    | 6700 ||| UPGRADING to +0 chain mail.
  6701 | Sewer    | 6701 ||| UPGRADING to +0 chain mail.
  6702 | Sewer    | 6702 ||| UPGRADING to +0 chain mail.
  6703 | Sewer    | 6703 ||| UPGRADING to +0 chain mail.
  6704 | Sewer    | 6704 ||| UPGRADING to +0 chain mail.
  6705 | Sewer    | 6705 ||| UPGRADING to +0 chain mail.
  6706 | Sewer    | 6706 ||| UPGRADING to +0 chain mail.
  6707 | Sewer    | 6707 ||| UPGRADING to +0 chain mail.
  6708 | Sewer    | 6708 ||| UPGRADING to +0 chain mail.
  6709 | Sewer    | 6709 ||| UPGRADING to +0 chain mail.
  6710 | Sewer    | 6710 ||| UPGRADING to +0 chain mail.
  6711 | Sewer    | 6711 ||| UPGRADING to +0 chain mail.
  6712 | Sewer    | 6712 ||| UPGRADING to +0 chain mail.
  6713 | Sewer    | 6713 ||| UPGRADING to +0 chain mail.
  6714 | Sewer    | 6714 ||| UPGRADING to +0 chain mail.
  6715 | Sewer    | 6715 ||| UPGRADING to +0 chain mail.
  6716 | Sewer    | 6716 ||| UPGRADING to +0 chain mail.
  6717 | Sewer    | 6717 ||| UPGRADING to +0 chain mail.
  6718 | Sewer    | 6718 ||| UPGRADING to +0 chain mail.
  6719 | Sewer    | 6719 ||| UPGRADING to +0 chain mail.
  6720 | Sewer    | 6720 ||| UPGRADING to +0 chain mail.
  6721 | Sewer    | 6721 ||| UPGRADING to +0 chain mail.
  6722 | Sewer    | 6722 ||| UPGRADING to +0 chain mail.
  6723 | Sewer    | 6723 ||| UPGRADING to +0 chain mail.
  6724 | Sewer    | 6724 ||| UPGRADING to +0 chain mail.
  6725 | Sewer    | 6725 ||| UPGRADING to +0 chain mail.
  6726 | Sewer    | 6726 ||| UPGRADING to +0 chain mail.
  6727 | Sewer    | 6727 ||| UPGRADING to +0 chain mail.
  6728 | Sewer    | 6728 ||| UPGRADING to +0 chain mail.
  6729 | Sewer    | 6729 ||| UPGRADING to +0 chain mail.
  6730 | Sewer    | 6730 ||| UPGRADING to +0 chain mail.
  6731 | Sewer    | 6731 ||| UPGRADING to +0 chain mail.
  6732 | Sewer    | 6732 ||| UPGRADING to +0 chain mail.
  6733 | Sewer    | 6733 ||| UPGRADING to +0 chain mail.
  6734 | Sewer    | 6734 ||| UPGRADING to +0 chain mail.
  6735 | Sewer    | 6735 ||| UPGRADING to +0 chain mail.
  6736 | Sewer    | 6736 ||| UPGRADING to +0 chain mail.
  6737 | Sewer    | 6737 ||| UPGRADING to +0 chain mail.
  6738 | Sewer    | 6738 ||| UPGRADING to +0 chain mail.
  6739 | Sewer    | 6739 ||| UPGRADING to +0 chain mail.
  6740 | Sewer    | 6740 ||| UPGRADING to +0 chain mail.
  6741 | Sewer    | 6741 ||| UPGRADING to +0 chain mail.
  6742 | Sewer    | 6742 ||| UPGRADING to +0 chain mail.
  6743 | Sewer    | 6743 ||| UPGRADING to +0 chain mail.
  6744 | Sewer    | 6744 ||| UPGRADING to +0 chain mail.
  6745 | Sewer    | 6745 ||| UPGRADING to +0 chain mail.
  6746 | Sewer    | 6746 ||| UPGRADING to +0 chain mail.
  6747 | Sewer    | 6747 ||| UPGRADING to +0 chain mail.
  6748 | Sewer    | 6748 ||| UPGRADING to +0 chain mail.
  6749 | Sewer    | 6749 ||| UPGRADING to +0 chain mail.
  6750 | Sewer    | 6750 ||| UPGRADING to +0 chain mail.
  6751 | Sewer    | 6751 ||| UPGRADING to +0 chain mail.
  6752 | Sewer    | 6752 ||| UPGRADING to +0 chain mail.
  6753 | Sewer    | 6753 ||| UPGRADING to +0 chain mail.
  6754 | Sewer    | 6754 ||| UPGRADING to +0 chain mail.
  6755 | Sewer    | 6755 ||| UPGRADING to +0 chain mail.
  6756 | Sewer    | 6756 ||| UPGRADING to +0 chain mail.
  6757 | Sewer    | 6757 ||| UPGRADING to +0 chain mail.
  6758 | Sewer    | 6758 ||| UPGRADING to +0 chain mail.
  6759 | Sewer    | 6759 ||| UPGRADING to +0 chain mail.
  6760 | Sewer    | 6760 ||| UPGRADING to +0 chain mail.
  6761 | Sewer    | 6761 ||| UPGRADING to +0 chain mail.
  6762 | Sewer    | 6762 ||| UPGRADING to +0 chain mail.
  6763 | Sewer    | 6763 ||| UPGRADING to +0 chain mail.
  6764 | Sewer    | 6764 ||| UPGRADING to +0 chain mail.
  6765 | Sewer    | 6765 ||| UPGRADING to +0 chain mail.
  6766 | Sewer    | 6766 ||| UPGRADING to +0 chain mail.
  6767 | Sewer    | 6767 ||| UPGRADING to +0 chain mail.
  6768 | Sewer    | 6768 ||| UPGRADING to +0 chain mail.
  6769 | Sewer    | 6769 ||| UPGRADING to +0 chain mail.
  6770 | Sewer    | 6770 ||| UPGRADING to +0 chain mail.
  6771 | Sewer    | 6771 ||| UPGRADING to +0 chain mail.
  6772 | Sewer    | 6772 ||| UPGRADING to +0 chain mail.
  6773 | Sewer    | 6773 ||| UPGRADING to +0 chain mail.
  6774 | Sewer    | 6774 ||| UPGRADING to +0 chain mail.
  6775 | Sewer    | 6775 ||| UPGRADING to +0 chain mail.
  6776 | Sewer    | 6776 ||| UPGRADING to +0 chain mail.
  6777 | Sewer    | 6777 ||| UPGRADING to +0 chain mail.
  6778 | Sewer    | 6778 ||| UPGRADING to +0 chain mail.
  6779 | Sewer    | 6779 ||| UPGRADING to +0 chain mail.
  6780 | Sewer    | 6780 ||| UPGRADING to +0 chain mail.
  6781 | Sewer    | 6781 ||| UPGRADING to +0 chain mail.
  6782 | Sewer    | 6782 ||| UPGRADING to +0 chain mail.
  6783 | Sewer    | 6783 ||| UPGRADING to +0 chain mail.
  6784 | Sewer    | 6784 ||| UPGRADING to +0 chain mail.
  6785 | Sewer    | 6785 ||| UPGRADING to +0 chain mail.
  6786 | Sewer    | 6786 ||| UPGRADING to +0 chain mail.
  6787 | Sewer    | 6787 ||| UPGRADING to +0 chain mail.
  6788 | Sewer    | 6788 ||| UPGRADING to +0 chain mail.
  6789 | Sewer    | 6789 ||| UPGRADING to +0 chain mail.
  6790 | Sewer    | 6790 ||| UPGRADING to +0 chain mail.
  6791 | Sewer    | 6791 ||| UPGRADING to +0 chain mail.
  6792 | Sewer    | 6792 ||| UPGRADING to +0 chain mail.
  6793 | Sewer    | 6793 ||| UPGRADING to +0 chain mail.
  6794 | Sewer    | 6794 ||| UPGRADING to +0 chain mail.
  6795 | Sewer    | 6795 ||| UPGRADING to +0 chain mail.
  6796 | Sewer    | 6796 ||| UPGRADING to +0 chain mail.
  6797 | Sewer    | 6797 ||| UPGRADING to +0 chain mail.
  6798 | Sewer    | 6798 ||| UPGRADING to +0 chain mail.
  6799 | Sewer    | 6799 ||| UPGRADING to +0 chain mail.
  6800 | Sewer    | 6800 ||| UPGRADING to +0 chain mail.
  6801 | Sewer    | 6801 ||| UPGRADING to +0 chain mail.
  6802 | Sewer    | 6802 ||| UPGRADING to +0 chain mail.
  6803 | Sewer    | 6803 ||| UPGRADING to +0 chain mail.
  6804 | Sewer    | 6804 ||| UPGRADING to +0 chain mail.
  6805 | Sewer    | 6805 ||| UPGRADING to +0 chain mail.
  6806 | Sewer    | 6806 ||| UPGRADING to +0 chain mail.
  6807 | Sewer    | 6807 ||| UPGRADING to +0 chain mail.
  6808 | Sewer    | 6808 ||| UPGRADING to +0 chain mail.
  6809 | Sewer    | 6809 ||| UPGRADING to +0 chain mail.
  6810 | Sewer    | 6810 ||| UPGRADING to +0 chain mail.
  6811 | Sewer    | 6811 ||| UPGRADING to +0 chain mail.
  6812 | Sewer    | 6812 ||| UPGRADING to +0 chain mail.
  6813 | Sewer    | 6813 ||| UPGRADING to +0 chain mail.
  6814 | Sewer    | 6814 ||| UPGRADING to +0 chain mail.
  6815 | Sewer    | 6815 ||| UPGRADING to +0 chain mail.
  6816 | Sewer    | 6816 ||| UPGRADING to +0 chain mail.
  6817 | Sewer    | 6817 ||| UPGRADING to +0 chain mail.
  6818 | Sewer    | 6818 ||| UPGRADING to +0 chain mail.
  6819 | Sewer    | 6819 ||| UPGRADING to +0 chain mail.
  6820 | Sewer    | 6820 ||| UPGRADING to +0 chain mail.
  6821 | Sewer    | 6821 ||| UPGRADING to +0 chain mail.
  6822 | Sewer    | 6822 ||| UPGRADING to +0 chain mail.
  6823 | Sewer    | 6823 ||| UPGRADING to +0 chain mail.
  6824 | Sewer    | 6824 ||| UPGRADING to +0 chain mail.
  6825 | Sewer    | 6825 ||| UPGRADING to +0 chain mail.
  6826 | Sewer    | 6826 ||| UPGRADING to +0 chain mail.
  6827 | Sewer    | 6827 ||| UPGRADING to +0 chain mail.
  6828 | Sewer    | 6828 ||| UPGRADING to +0 chain mail.
  6829 | Sewer    | 6829 ||| UPGRADING to +0 chain mail.
  6830 | Sewer    | 6830 ||| UPGRADING to +0 chain mail.
  6831 | Sewer    | 6831 ||| UPGRADING to +0 chain mail.
  6832 | Sewer    | 6832 ||| UPGRADING to +0 chain mail.
  6833 | Sewer    | 6833 ||| UPGRADING to +0 chain mail.
  6834 | Sewer    | 6834 ||| UPGRADING to +0 chain mail.
  6835 | Sewer    | 6835 ||| UPGRADING to +0 chain mail.
  6836 | Sewer    | 6836 ||| UPGRADING to +0 chain mail.
  6837 | Sewer    | 6837 ||| UPGRADING to +0 chain mail.
  6838 | Sewer    | 6838 ||| UPGRADING to +0 chain mail.
  6839 | Sewer    | 6839 ||| UPGRADING to +0 chain mail.
  6840 | Sewer    | 6840 ||| UPGRADING to +0 chain mail.
  6841 | Sewer    | 6841 ||| UPGRADING to +0 chain mail.
  6842 | Sewer    | 6842 ||| UPGRADING to +0 chain mail.
  6843 | Sewer    | 6843 ||| UPGRADING to +0 chain mail.
  6844 | Sewer    | 6844 ||| UPGRADING to +0 chain mail.
  6845 | Sewer    | 6845 ||| UPGRADING to +0 chain mail.
  6846 | Sewer    | 6846 ||| UPGRADING to +0 chain mail.
  6847 | Sewer    | 6847 ||| UPGRADING to +0 chain mail.
  6848 | Sewer    | 6848 ||| UPGRADING to +0 chain mail.
  6849 | Sewer    | 6849 ||| UPGRADING to +0 chain mail.
  6850 | Sewer    | 6850 ||| UPGRADING to +0 chain mail.
  6851 | Sewer    | 6851 ||| UPGRADING to +0 chain mail.
  6852 | Sewer    | 6852 ||| UPGRADING to +0 chain mail.
  6853 | Sewer    | 6853 ||| UPGRADING to +0 chain mail.
  6854 | Sewer    | 6854 ||| UPGRADING to +0 chain mail.
  6855 | Sewer    | 6855 ||| UPGRADING to +0 chain mail.
  6856 | Sewer    | 6856 ||| UPGRADING to +0 chain mail.
  6857 | Sewer    | 6857 ||| UPGRADING to +0 chain mail.
  6858 | Sewer    | 6858 ||| UPGRADING to +0 chain mail.
  6859 | Sewer    | 6859 ||| UPGRADING to +0 chain mail.
  6860 | Sewer    | 6860 ||| UPGRADING to +0 chain mail.
  6861 | Sewer    | 6861 ||| UPGRADING to +0 chain mail.
  6862 | Sewer    | 6862 ||| UPGRADING to +0 chain mail.
  6863 | Sewer    | 6863 ||| UPGRADING to +0 chain mail.
  6864 | Sewer    | 6864 ||| UPGRADING to +0 chain mail.
  6865 | Sewer    | 6865 ||| UPGRADING to +0 chain mail.
  6866 | Sewer    | 6866 ||| UPGRADING to +0 chain mail.
  6867 | Sewer    | 6867 ||| UPGRADING to +0 chain mail.
  6868 | Sewer    | 6868 ||| UPGRADING to +0 chain mail.
  6869 | Sewer    | 6869 ||| UPGRADING to +0 chain mail.
  6870 | Sewer    | 6870 ||| UPGRADING to +0 chain mail.
  6871 | Sewer    | 6871 ||| UPGRADING to +0 chain mail.
  6872 | Sewer    | 6872 ||| UPGRADING to +0 chain mail.
  6873 | Sewer    | 6873 ||| UPGRADING to +0 chain mail.
  6874 | Sewer    | 6874 ||| UPGRADING to +0 chain mail.
  6875 | Sewer    | 6875 ||| UPGRADING to +0 chain mail.
  6876 | Sewer    | 6876 ||| UPGRADING to +0 chain mail.
  6877 | Sewer    | 6877 ||| UPGRADING to +0 chain mail.
  6878 | Sewer    | 6878 ||| UPGRADING to +0 chain mail.
  6879 | Sewer    | 6879 ||| UPGRADING to +0 chain mail.
  6880 | Sewer    | 6880 ||| UPGRADING to +0 chain mail.
  6881 | Sewer    | 6881 ||| UPGRADING to +0 chain mail.
  6882 | Sewer    | 6882 ||| UPGRADING to +0 chain mail.
  6883 | Sewer    | 6883 ||| UPGRADING to +0 chain mail.
  6884 | Sewer    | 6884 ||| UPGRADING to +0 chain mail.
  6885 | Sewer    | 6885 ||| UPGRADING to +0 chain mail.
  6886 | Sewer    | 6886 ||| UPGRADING to +0 chain mail.
  6887 | Sewer    | 6887 ||| UPGRADING to +0 chain mail.
  6888 | Sewer    | 6888 ||| UPGRADING to +0 chain mail.
  6889 | Sewer    | 6889 ||| UPGRADING to +0 chain mail.
  6890 | Sewer    | 6890 ||| UPGRADING to +0 chain mail.
  6891 | Sewer    | 6891 ||| UPGRADING to +0 chain mail.
  6892 | Sewer    | 6892 ||| UPGRADING to +0 chain mail.
  6893 | Sewer    | 6893 ||| UPGRADING to +0 chain mail.
  6894 | Sewer    | 6894 ||| UPGRADING to +0 chain mail.
  6895 | Sewer    | 6895 ||| UPGRADING to +0 chain mail.
  6896 | Sewer    | 6896 ||| UPGRADING to +0 chain mail.
  6897 | Sewer    | 6897 ||| UPGRADING to +0 chain mail.
  6898 | Sewer    | 6898 ||| UPGRADING to +0 chain mail.
  6899 | Sewer    | 6899 ||| UPGRADING to +0 chain mail.
  6900 | Sewer    | 6900 ||| UPGRADING to +0 chain mail.
  6901 | Sewer    | 6901 ||| UPGRADING to +0 chain mail.
  6902 | Sewer    | 6902 ||| UPGRADING to +0 chain mail.
  6903 | Sewer    | 6903 ||| UPGRADING to +0 chain mail.
  6904 | Sewer    | 6904 ||| UPGRADING to +0 chain mail.
  6905 | Sewer    | 6905 ||| UPGRADING to +0 chain mail.
  6906 | Sewer    | 6906 ||| UPGRADING to +0 chain mail.
  6907 | Sewer    | 6907 ||| UPGRADING to +0 chain mail.
  6908 | Sewer    | 6908 ||| UPGRADING to +0 chain mail.
  6909 | Sewer    | 6909 ||| UPGRADING to +0 chain mail.
  6910 | Sewer    | 6910 ||| UPGRADING to +0 chain mail.
  6911 | Sewer    | 6911 ||| UPGRADING to +0 chain mail.
  6912 | Sewer    | 6912 ||| UPGRADING to +0 chain mail.
  6913 | Sewer    | 6913 ||| UPGRADING to +0 chain mail.
  6914 | Sewer    | 6914 ||| UPGRADING to +0 chain mail.
  6915 | Sewer    | 6915 ||| UPGRADING to +0 chain mail.
  6916 | Sewer    | 6916 ||| UPGRADING to +0 chain mail.
  6917 | Sewer    | 6917 ||| UPGRADING to +0 chain mail.
  6918 | Sewer    | 6918 ||| UPGRADING to +0 chain mail.
  6919 | Sewer    | 6919 ||| UPGRADING to +0 chain mail.
  6920 | Sewer    | 6920 ||| UPGRADING to +0 chain mail.
  6921 | Sewer    | 6921 ||| UPGRADING to +0 chain mail.
  6922 | Sewer    | 6922 ||| UPGRADING to +0 chain mail.
  6923 | Sewer    | 6923 ||| UPGRADING to +0 chain mail.
  6924 | Sewer    | 6924 ||| UPGRADING to +0 chain mail.
  6925 | Sewer    | 6925 ||| UPGRADING to +0 chain mail.
  6926 | Sewer    | 6926 ||| UPGRADING to +0 chain mail.
  6927 | Sewer    | 6927 ||| UPGRADING to +0 chain mail.
  6928 | Sewer    | 6928 ||| UPGRADING to +0 chain mail.
  6929 | Sewer    | 6929 ||| UPGRADING to +0 chain mail.
  6930 | Sewer    | 6930 ||| UPGRADING to +0 chain mail.
  6931 | Sewer    | 6931 ||| UPGRADING to +0 chain mail.
  6932 | Sewer    | 6932 ||| UPGRADING to +0 chain mail.
  6933 | Sewer    | 6933 ||| UPGRADING to +0 chain mail.
  6934 | Sewer    | 6934 ||| UPGRADING to +0 chain mail.
  6935 | Sewer    | 6935 ||| UPGRADING to +0 chain mail.
  6936 | Sewer    | 6936 ||| UPGRADING to +0 chain mail.
  6937 | Sewer    | 6937 ||| UPGRADING to +0 chain mail.
  6938 | Sewer    | 6938 ||| UPGRADING to +0 chain mail.
  6939 | Sewer    | 6939 ||| UPGRADING to +0 chain mail.
  6940 | Sewer    | 6940 ||| UPGRADING to +0 chain mail.
  6941 | Sewer    | 6941 ||| UPGRADING to +0 chain mail.
  6942 | Sewer    | 6942 ||| UPGRADING to +0 chain mail.
  6943 | Sewer    | 6943 ||| UPGRADING to +0 chain mail.
  6944 | Sewer    | 6944 ||| UPGRADING to +0 chain mail.
  6945 | Sewer    | 6945 ||| UPGRADING to +0 chain mail.
  6946 | Sewer    | 6946 ||| UPGRADING to +0 chain mail.
  6947 | Sewer    | 6947 ||| UPGRADING to +0 chain mail.
  6948 | Sewer    | 6948 ||| UPGRADING to +0 chain mail.
  6949 | Sewer    | 6949 ||| UPGRADING to +0 chain mail.
  6950 | Sewer    | 6950 ||| UPGRADING to +0 chain mail.
  6951 | Sewer    | 6951 ||| UPGRADING to +0 chain mail.
  6952 | Sewer    | 6952 ||| UPGRADING to +0 chain mail.
  6953 | Sewer    | 6953 ||| UPGRADING to +0 chain mail.
  6954 | Sewer    | 6954 ||| UPGRADING to +0 chain mail.
  6955 | Sewer    | 6955 ||| UPGRADING to +0 chain mail.
  6956 | Sewer    | 6956 ||| UPGRADING to +0 chain mail.
  6957 | Sewer    | 6957 ||| UPGRADING to +0 chain mail.
  6958 | Sewer    | 6958 ||| UPGRADING to +0 chain mail.
  6959 | Sewer    | 6959 ||| UPGRADING to +0 chain mail.
  6960 | Sewer    | 6960 ||| UPGRADING to +0 chain mail.
  6961 | Sewer    | 6961 ||| UPGRADING to +0 chain mail.
  6962 | Sewer    | 6962 ||| UPGRADING to +0 chain mail.
  6963 | Sewer    | 6963 ||| UPGRADING to +0 chain mail.
  6964 | Sewer    | 6964 ||| UPGRADING to +0 chain mail.
  6965 | Sewer    | 6965 ||| UPGRADING to +0 chain mail.
  6966 | Sewer    | 6966 ||| UPGRADING to +0 chain mail.
  6967 | Sewer    | 6967 ||| UPGRADING to +0 chain mail.
  6968 | Sewer    | 6968 ||| UPGRADING to +0 chain mail.
  6969 | Sewer    | 6969 ||| UPGRADING to +0 chain mail.
  6970 | Sewer    | 6970 ||| UPGRADING to +0 chain mail.
  6971 | Sewer    | 6971 ||| UPGRADING to +0 chain mail.
  6972 | Sewer    | 6972 ||| UPGRADING to +0 chain mail.
  6973 | Sewer    | 6973 ||| UPGRADING to +0 chain mail.
  6974 | Sewer    | 6974 ||| UPGRADING to +0 chain mail.
  6975 | Sewer    | 6975 ||| UPGRADING to +0 chain mail.
  6976 | Sewer    | 6976 ||| UPGRADING to +0 chain mail.
  6977 | Sewer    | 6977 ||| UPGRADING to +0 chain mail.
  6978 | Sewer    | 6978 ||| UPGRADING to +0 chain mail.
  6979 | Sewer    | 6979 ||| UPGRADING to +0 chain mail.
  6980 | Sewer    | 6980 ||| UPGRADING to +0 chain mail.
  6981 | Sewer    | 6981 ||| UPGRADING to +0 chain mail.
  6982 | Sewer    | 6982 ||| UPGRADING to +0 chain mail.
  6983 | Sewer    | 6983 ||| UPGRADING to +0 chain mail.
  6984 | Sewer    | 6984 ||| UPGRADING to +0 chain mail.
  6985 | Sewer    | 6985 ||| UPGRADING to +0 chain mail.
  6986 | Sewer    | 6986 ||| UPGRADING to +0 chain mail.
  6987 | Sewer    | 6987 ||| UPGRADING to +0 chain mail.
  6988 | Sewer    | 6988 ||| UPGRADING to +0 chain mail.
  6989 | Sewer    | 6989 ||| UPGRADING to +0 chain mail.
  6990 | Sewer    | 6990 ||| UPGRADING to +0 chain mail.
  6991 | Sewer    | 6991 ||| UPGRADING to +0 chain mail.
  6992 | Sewer    | 6992 ||| UPGRADING to +0 chain mail.
  6993 | Sewer    | 6993 ||| UPGRADING to +0 chain mail.
  6994 | Sewer    | 6994 ||| UPGRADING to +0 chain mail.
  6995 | Sewer    | 6995 ||| UPGRADING to +0 chain mail.
  6996 | Sewer    | 6996 ||| UPGRADING to +0 chain mail.
  6997 | Sewer    | 6997 ||| UPGRADING to +0 chain mail.
  6998 | Sewer    | 6998 ||| UPGRADING to +0 chain mail.
  6999 | Sewer    | 6999 ||| UPGRADING to +0 chain mail.
  7000 | Sewer    | 7000 ||| UPGRADING to +0 chain mail.
  7001 | Sewer    | 7001 ||| UPGRADING to +0 chain mail.
  7002 | Sewer    | 7002 ||| UPGRADING to +0 chain mail.
  7003 | Sewer    | 7003 ||| UPGRADING to +0 chain mail.
  7004 | Sewer    | 7004 ||| UPGRADING to +0 chain mail.
  7005 | Sewer    | 7005 ||| UPGRADING to +0 chain mail.
  7006 | Sewer    | 7006 ||| UPGRADING to +0 chain mail.
  7007 | Sewer    | 7007 ||| UPGRADING to +0 chain mail.
  7008 | Sewer    | 7008 ||| UPGRADING to +0 chain mail.
  7009 | Sewer    | 7009 ||| UPGRADING to +0 chain mail.
  7010 | Sewer    | 7010 ||| UPGRADING to +0 chain mail.
  7011 | Sewer    | 7011 ||| UPGRADING to +0 chain mail.
  7012 | Sewer    | 7012 ||| UPGRADING to +0 chain mail.
  7013 | Sewer    | 7013 ||| UPGRADING to +0 chain mail.
  7014 | Sewer    | 7014 ||| UPGRADING to +0 chain mail.
  7015 | Sewer    | 7015 ||| UPGRADING to +0 chain mail.
  7016 | Sewer    | 7016 ||| UPGRADING to +0 chain mail.
  7017 | Sewer    | 7017 ||| UPGRADING to +0 chain mail.
  7018 | Sewer    | 7018 ||| UPGRADING to +0 chain mail.
  7019 | Sewer    | 7019 ||| UPGRADING to +0 chain mail.
  7020 | Sewer    | 7020 ||| UPGRADING to +0 chain mail.
  7021 | Sewer    | 7021 ||| UPGRADING to +0 chain mail.
  7022 | Sewer    | 7022 ||| UPGRADING to +0 chain mail.
  7023 | Sewer    | 7023 ||| UPGRADING to +0 chain mail.
  7024 | Sewer    | 7024 ||| UPGRADING to +0 chain mail.
  7025 | Sewer    | 7025 ||| UPGRADING to +0 chain mail.
  7026 | Sewer    | 7026 ||| UPGRADING to +0 chain mail.
  7027 | Sewer    | 7027 ||| UPGRADING to +0 chain mail.
  7028 | Sewer    | 7028 ||| UPGRADING to +0 chain mail.
  7029 | Sewer    | 7029 ||| UPGRADING to +0 chain mail.
  7030 | Sewer    | 7030 ||| UPGRADING to +0 chain mail.
  7031 | Sewer    | 7031 ||| UPGRADING to +0 chain mail.
  7032 | Sewer    | 7032 ||| UPGRADING to +0 chain mail.
  7033 | Sewer    | 7033 ||| UPGRADING to +0 chain mail.
  7034 | Sewer    | 7034 ||| UPGRADING to +0 chain mail.
  7035 | Sewer    | 7035 ||| UPGRADING to +0 chain mail.
  7036 | Sewer    | 7036 ||| UPGRADING to +0 chain mail.
  7037 | Sewer    | 7037 ||| UPGRADING to +0 chain mail.
  7038 | Sewer    | 7038 ||| UPGRADING to +0 chain mail.
  7039 | Sewer    | 7039 ||| UPGRADING to +0 chain mail.
  7040 | Sewer    | 7040 ||| UPGRADING to +0 chain mail.
  7041 | Sewer    | 7041 ||| UPGRADING to +0 chain mail.
  7042 | Sewer    | 7042 ||| UPGRADING to +0 chain mail.
  7043 | Sewer    | 7043 ||| UPGRADING to +0 chain mail.
  7044 | Sewer    | 7044 ||| UPGRADING to +0 chain mail.
  7045 | Sewer    | 7045 ||| UPGRADING to +0 chain mail.
  7046 | Sewer    | 7046 ||| UPGRADING to +0 chain mail.
  7047 | Sewer    | 7047 ||| UPGRADING to +0 chain mail.
  7048 | Sewer    | 7048 ||| UPGRADING to +0 chain mail.
  7049 | Sewer    | 7049 ||| UPGRADING to +0 chain mail.
  7050 | Sewer    | 7050 ||| UPGRADING to +0 chain mail.
  7051 | Sewer    | 7051 ||| UPGRADING to +0 chain mail.
  7052 | Sewer    | 7052 ||| UPGRADING to +0 chain mail.
  7053 | Sewer    | 7053 ||| UPGRADING to +0 chain mail.
  7054 | Sewer    | 7054 ||| UPGRADING to +0 chain mail.
  7055 | Sewer    | 7055 ||| UPGRADING to +0 chain mail.
  7056 | Sewer    | 7056 ||| UPGRADING to +0 chain mail.
  7057 | Sewer    | 7057 ||| UPGRADING to +0 chain mail.
  7058 | Sewer    | 7058 ||| UPGRADING to +0 chain mail.
  7059 | Sewer    | 7059 ||| UPGRADING to +0 chain mail.
  7060 | Sewer    | 7060 ||| UPGRADING to +0 chain mail.
  7061 | Sewer    | 7061 ||| UPGRADING to +0 chain mail.
  7062 | Sewer    | 7062 ||| UPGRADING to +0 chain mail.
  7063 | Sewer    | 7063 ||| UPGRADING to +0 chain mail.
  7064 | Sewer    | 7064 ||| UPGRADING to +0 chain mail.
  7065 | Sewer    | 7065 ||| UPGRADING to +0 chain mail.
  7066 | Sewer    | 7066 ||| UPGRADING to +0 chain mail.
  7067 | Sewer    | 7067 ||| UPGRADING to +0 chain mail.
  7068 | Sewer    | 7068 ||| UPGRADING to +0 chain mail.
  7069 | Sewer    | 7069 ||| UPGRADING to +0 chain mail.
  7070 | Sewer    | 7070 ||| UPGRADING to +0 chain mail.
  7071 | Sewer    | 7071 ||| UPGRADING to +0 chain mail.
  7072 | Sewer    | 7072 ||| UPGRADING to +0 chain mail.
  7073 | Sewer    | 7073 ||| UPGRADING to +0 chain mail.
  7074 | Sewer    | 7074 ||| UPGRADING to +0 chain mail.
  7075 | Sewer    | 7075 ||| UPGRADING to +0 chain mail.
  7076 | Sewer    | 7076 ||| UPGRADING to +0 chain mail.
  7077 | Sewer    | 7077 ||| UPGRADING to +0 chain mail.
  7078 | Sewer    | 7078 ||| UPGRADING to +0 chain mail.
  7079 | Sewer    | 7079 ||| UPGRADING to +0 chain mail.
  7080 | Sewer    | 7080 ||| UPGRADING to +0 chain mail.
  7081 | Sewer    | 7081 ||| UPGRADING to +0 chain mail.
  7082 | Sewer    | 7082 ||| UPGRADING to +0 chain mail.
  7083 | Sewer    | 7083 ||| UPGRADING to +0 chain mail.
  7084 | Sewer    | 7084 ||| UPGRADING to +0 chain mail.
  7085 | Sewer    | 7085 ||| UPGRADING to +0 chain mail.
  7086 | Sewer    | 7086 ||| UPGRADING to +0 chain mail.
  7087 | Sewer    | 7087 ||| UPGRADING to +0 chain mail.
  7088 | Sewer    | 7088 ||| UPGRADING to +0 chain mail.
  7089 | Sewer    | 7089 ||| UPGRADING to +0 chain mail.
  7090 | Sewer    | 7090 ||| UPGRADING to +0 chain mail.
  7091 | Sewer    | 7091 ||| UPGRADING to +0 chain mail.
  7092 | Sewer    | 7092 ||| UPGRADING to +0 chain mail.
  7093 | Sewer    | 7093 ||| UPGRADING to +0 chain mail.
  7094 | Sewer    | 7094 ||| UPGRADING to +0 chain mail.
  7095 | Sewer    | 7095 ||| UPGRADING to +0 chain mail.
  7096 | Sewer    | 7096 ||| UPGRADING to +0 chain mail.
  7097 | Sewer    | 7097 ||| UPGRADING to +0 chain mail.
  7098 | Sewer    | 7098 ||| UPGRADING to +0 chain mail.
  7099 | Sewer    | 7099 ||| UPGRADING to +0 chain mail.
  7100 | Sewer    | 7100 ||| UPGRADING to +0 chain mail.
  7101 | Sewer    | 7101 ||| UPGRADING to +0 chain mail.
  7102 | Sewer    | 7102 ||| UPGRADING to +0 chain mail.
  7103 | Sewer    | 7103 ||| UPGRADING to +0 chain mail.
  7104 | Sewer    | 7104 ||| UPGRADING to +0 chain mail.
  7105 | Sewer    | 7105 ||| UPGRADING to +0 chain mail.
  7106 | Sewer    | 7106 ||| UPGRADING to +0 chain mail.
  7107 | Sewer    | 7107 ||| UPGRADING to +0 chain mail.
  7108 | Sewer    | 7108 ||| UPGRADING to +0 chain mail.
  7109 | Sewer    | 7109 ||| UPGRADING to +0 chain mail.
  7110 | Sewer    | 7110 ||| UPGRADING to +0 chain mail.
  7111 | Sewer    | 7111 ||| UPGRADING to +0 chain mail.
  7112 | Sewer    | 7112 ||| UPGRADING to +0 chain mail.
  7113 | Sewer    | 7113 ||| UPGRADING to +0 chain mail.
  7114 | Sewer    | 7114 ||| UPGRADING to +0 chain mail.
  7115 | Sewer    | 7115 ||| UPGRADING to +0 chain mail.
  7116 | Sewer    | 7116 ||| UPGRADING to +0 chain mail.
  7117 | Sewer    | 7117 ||| UPGRADING to +0 chain mail.
  7118 | Sewer    | 7118 ||| UPGRADING to +0 chain mail.
  7119 | Sewer    | 7119 ||| UPGRADING to +0 chain mail.
  7120 | Sewer    | 7120 ||| UPGRADING to +0 chain mail.
  7121 | Sewer    | 7121 ||| UPGRADING to +0 chain mail.
  7122 | Sewer    | 7122 ||| UPGRADING to +0 chain mail.
  7123 | Sewer    | 7123 ||| UPGRADING to +0 chain mail.
  7124 | Sewer    | 7124 ||| UPGRADING to +0 chain mail.
  7125 | Sewer    | 7125 ||| UPGRADING to +0 chain mail.
  7126 | Sewer    | 7126 ||| UPGRADING to +0 chain mail.
  7127 | Sewer    | 7127 ||| UPGRADING to +0 chain mail.
  7128 | Sewer    | 7128 ||| UPGRADING to +0 chain mail.
  7129 | Sewer    | 7129 ||| UPGRADING to +0 chain mail.
  7130 | Sewer    | 7130 ||| UPGRADING to +0 chain mail.
  7131 | Sewer    | 7131 ||| UPGRADING to +0 chain mail.
  7132 | Sewer    | 7132 ||| UPGRADING to +0 chain mail.
  7133 | Sewer    | 7133 ||| UPGRADING to +0 chain mail.
  7134 | Sewer    | 7134 ||| UPGRADING to +0 chain mail.
  7135 | Sewer    | 7135 ||| UPGRADING to +0 chain mail.
  7136 | Sewer    | 7136 ||| UPGRADING to +0 chain mail.
  7137 | Sewer    | 7137 ||| UPGRADING to +0 chain mail.
  7138 | Sewer    | 7138 ||| UPGRADING to +0 chain mail.
  7139 | Sewer    | 7139 ||| UPGRADING to +0 chain mail.
  7140 | Sewer    | 7140 ||| UPGRADING to +0 chain mail.
  7141 | Sewer    | 7141 ||| UPGRADING to +0 chain mail.
  7142 | Sewer    | 7142 ||| UPGRADING to +0 chain mail.
  7143 | Sewer    | 7143 ||| UPGRADING to +0 chain mail.
  7144 | Sewer    | 7144 ||| UPGRADING to +0 chain mail.
  7145 | Sewer    | 7145 ||| UPGRADING to +0 chain mail.
  7146 | Sewer    | 7146 ||| UPGRADING to +0 chain mail.
  7147 | Sewer    | 7147 ||| UPGRADING to +0 chain mail.
  7148 | Sewer    | 7148 ||| UPGRADING to +0 chain mail.
  7149 | Sewer    | 7149 ||| UPGRADING to +0 chain mail.
  7150 | Sewer    | 7150 ||| UPGRADING to +0 chain mail.
  7151 | Sewer    | 7151 ||| UPGRADING to +0 chain mail.
  7152 | Sewer    | 7152 ||| UPGRADING to +0 chain mail.
  7153 | Sewer    | 7153 ||| UPGRADING to +0 chain mail.
  7154 | Sewer    | 7154 ||| UPGRADING to +0 chain mail.
  7155 | Sewer    | 7155 ||| UPGRADING to +0 chain mail.
  7156 | Sewer    | 7156 ||| UPGRADING to +0 chain mail.
  7157 | Sewer    | 7157 ||| UPGRADING to +0 chain mail.
  7158 | Sewer    | 7158 ||| UPGRADING to +0 chain mail.
  7159 | Sewer    | 7159 ||| UPGRADING to +0 chain mail.
  7160 | Sewer    | 7160 ||| UPGRADING to +0 chain mail.
  7161 | Sewer    | 7161 ||| UPGRADING to +0 chain mail.
  7162 | Sewer    | 7162 ||| UPGRADING to +0 chain mail.
  7163 | Sewer    | 7163 ||| UPGRADING to +0 chain mail.
  7164 | Sewer    | 7164 ||| UPGRADING to +0 chain mail.
  7165 | Sewer    | 7165 ||| UPGRADING to +0 chain mail.
  7166 | Sewer    | 7166 ||| UPGRADING to +0 chain mail.
  7167 | Sewer    | 7167 ||| UPGRADING to +0 chain mail.
  7168 | Sewer    | 7168 ||| UPGRADING to +0 chain mail.
  7169 | Sewer    | 7169 ||| UPGRADING to +0 chain mail.
  7170 | Sewer    | 7170 ||| UPGRADING to +0 chain mail.
  7171 | Sewer    | 7171 ||| UPGRADING to +0 chain mail.
  7172 | Sewer    | 7172 ||| UPGRADING to +0 chain mail.
  7173 | Sewer    | 7173 ||| UPGRADING to +0 chain mail.
  7174 | Sewer    | 7174 ||| UPGRADING to +0 chain mail.
  7175 | Sewer    | 7175 ||| UPGRADING to +0 chain mail.
  7176 | Sewer    | 7176 ||| UPGRADING to +0 chain mail.
  7177 | Sewer    | 7177 ||| UPGRADING to +0 chain mail.
  7178 | Sewer    | 7178 ||| UPGRADING to +0 chain mail.
  7179 | Sewer    | 7179 ||| UPGRADING to +0 chain mail.
  7180 | Sewer    | 7180 ||| UPGRADING to +0 chain mail.
  7181 | Sewer    | 7181 ||| UPGRADING to +0 chain mail.
  7182 | Sewer    | 7182 ||| UPGRADING to +0 chain mail.
  7183 | Sewer    | 7183 ||| UPGRADING to +0 chain mail.
  7184 | Sewer    | 7184 ||| UPGRADING to +0 chain mail.
  7185 | Sewer    | 7185 ||| UPGRADING to +0 chain mail.
  7186 | Sewer    | 7186 ||| UPGRADING to +0 chain mail.
  7187 | Sewer    | 7187 ||| UPGRADING to +0 chain mail.
  7188 | Sewer    | 7188 ||| UPGRADING to +0 chain mail.
  7189 | Sewer    | 7189 ||| UPGRADING to +0 chain mail.
  7190 | Sewer    | 7190 ||| UPGRADING to +0 chain mail.
  7191 | Sewer    | 7191 ||| UPGRADING to +0 chain mail.
  7192 | Sewer    | 7192 ||| UPGRADING to +0 chain mail.
  7193 | Sewer    | 7193 ||| UPGRADING to +0 chain mail.
  7194 | Sewer    | 7194 ||| UPGRADING to +0 chain mail.
  7195 | Sewer    | 7195 ||| UPGRADING to +0 chain mail.
  7196 | Sewer    | 7196 ||| UPGRADING to +0 chain mail.
  7197 | Sewer    | 7197 ||| UPGRADING to +0 chain mail.
  7198 | Sewer    | 7198 ||| UPGRADING to +0 chain mail.
  7199 | Sewer    | 7199 ||| UPGRADING to +0 chain mail.
  7200 | Sewer    | 7200 ||| UPGRADING to +0 chain mail.
  7201 | Sewer    | 7201 ||| UPGRADING to +0 chain mail.
  7202 | Sewer    | 7202 ||| UPGRADING to +0 chain mail.
  7203 | Sewer    | 7203 ||| UPGRADING to +0 chain mail.
  7204 | Sewer    | 7204 ||| UPGRADING to +0 chain mail.
  7205 | Sewer    | 7205 ||| UPGRADING to +0 chain mail.
  7206 | Sewer    | 7206 ||| UPGRADING to +0 chain mail.
  7207 | Sewer    | 7207 ||| UPGRADING to +0 chain mail.
  7208 | Sewer    | 7208 ||| UPGRADING to +0 chain mail.
  7209 | Sewer    | 7209 ||| UPGRADING to +0 chain mail.
  7210 | Sewer    | 7210 ||| UPGRADING to +0 chain mail.
  7211 | Sewer    | 7211 ||| UPGRADING to +0 chain mail.
  7212 | Sewer    | 7212 ||| UPGRADING to +0 chain mail.
  7213 | Sewer    | 7213 ||| UPGRADING to +0 chain mail.
  7214 | Sewer    | 7214 ||| UPGRADING to +0 chain mail.
  7215 | Sewer    | 7215 ||| UPGRADING to +0 chain mail.
  7216 | Sewer    | 7216 ||| UPGRADING to +0 chain mail.
  7217 | Sewer    | 7217 ||| UPGRADING to +0 chain mail.
  7218 | Sewer    | 7218 ||| UPGRADING to +0 chain mail.
  7219 | Sewer    | 7219 ||| UPGRADING to +0 chain mail.
  7220 | Sewer    | 7220 ||| UPGRADING to +0 chain mail.
  7221 | Sewer    | 7221 ||| UPGRADING to +0 chain mail.
  7222 | Sewer    | 7222 ||| UPGRADING to +0 chain mail.
  7223 | Sewer    | 7223 ||| UPGRADING to +0 chain mail.
  7224 | Sewer    | 7224 ||| UPGRADING to +0 chain mail.
  7225 | Sewer    | 7225 ||| UPGRADING to +0 chain mail.
  7226 | Sewer    | 7226 ||| UPGRADING to +0 chain mail.
  7227 | Sewer    | 7227 ||| UPGRADING to +0 chain mail.
  7228 | Sewer    | 7228 ||| UPGRADING to +0 chain mail.
  7229 | Sewer    | 7229 ||| UPGRADING to +0 chain mail.
  7230 | Sewer    | 7230 ||| UPGRADING to +0 chain mail.
  7231 | Sewer    | 7231 ||| UPGRADING to +0 chain mail.
  7232 | Sewer    | 7232 ||| UPGRADING to +0 chain mail.
  7233 | Sewer    | 7233 ||| UPGRADING to +0 chain mail.
  7234 | Sewer    | 7234 ||| UPGRADING to +0 chain mail.
  7235 | Sewer    | 7235 ||| UPGRADING to +0 chain mail.
  7236 | Sewer    | 7236 ||| UPGRADING to +0 chain mail.
  7237 | Sewer    | 7237 ||| UPGRADING to +0 chain mail.
  7238 | Sewer    | 7238 ||| UPGRADING to +0 chain mail.
  7239 | Sewer    | 7239 ||| UPGRADING to +0 chain mail.
  7240 | Sewer    | 7240 ||| UPGRADING to +0 chain mail.
  7241 | Sewer    | 7241 ||| UPGRADING to +0 chain mail.
  7242 | Sewer    | 7242 ||| UPGRADING to +0 chain mail.
  7243 | Sewer    | 7243 ||| UPGRADING to +0 chain mail.
  7244 | Sewer    | 7244 ||| UPGRADING to +0 chain mail.
  7245 | Sewer    | 7245 ||| UPGRADING to +0 chain mail.
  7246 | Sewer    | 7246 ||| UPGRADING to +0 chain mail.
  7247 | Sewer    | 7247 ||| UPGRADING to +0 chain mail.
  7248 | Sewer    | 7248 ||| UPGRADING to +0 chain mail.
  7249 | Sewer    | 7249 ||| UPGRADING to +0 chain mail.
  7250 | Sewer    | 7250 ||| UPGRADING to +0 chain mail.
  7251 | Sewer    | 7251 ||| UPGRADING to +0 chain mail.
  7252 | Sewer    | 7252 ||| UPGRADING to +0 chain mail.
  7253 | Sewer    | 7253 ||| UPGRADING to +0 chain mail.
  7254 | Sewer    | 7254 ||| UPGRADING to +0 chain mail.
  7255 | Sewer    | 7255 ||| UPGRADING to +0 chain mail.
  7256 | Sewer    | 7256 ||| UPGRADING to +0 chain mail.
  7257 | Sewer    | 7257 ||| UPGRADING to +0 chain mail.
  7258 | Sewer    | 7258 ||| UPGRADING to +0 chain mail.
  7259 | Sewer    | 7259 ||| UPGRADING to +0 chain mail.
  7260 | Sewer    | 7260 ||| UPGRADING to +0 chain mail.
  7261 | Sewer    | 7261 ||| UPGRADING to +0 chain mail.
  7262 | Sewer    | 7262 ||| UPGRADING to +0 chain mail.
  7263 | Sewer    | 7263 ||| UPGRADING to +0 chain mail.
  7264 | Sewer    | 7264 ||| UPGRADING to +0 chain mail.
  7265 | Sewer    | 7265 ||| UPGRADING to +0 chain mail.
  7266 | Sewer    | 7266 ||| UPGRADING to +0 chain mail.
  7267 | Sewer    | 7267 ||| UPGRADING to +0 chain mail.
  7268 | Sewer    | 7268 ||| UPGRADING to +0 chain mail.
  7269 | Sewer    | 7269 ||| UPGRADING to +0 chain mail.
  7270 | Sewer    | 7270 ||| UPGRADING to +0 chain mail.
  7271 | Sewer    | 7271 ||| UPGRADING to +0 chain mail.
  7272 | Sewer    | 7272 ||| UPGRADING to +0 chain mail.
  7273 | Sewer    | 7273 ||| UPGRADING to +0 chain mail.
  7274 | Sewer    | 7274 ||| UPGRADING to +0 chain mail.
  7275 | Sewer    | 7275 ||| UPGRADING to +0 chain mail.
  7276 | Sewer    | 7276 ||| UPGRADING to +0 chain mail.
  7277 | Sewer    | 7277 ||| UPGRADING to +0 chain mail.
  7278 | Sewer    | 7278 ||| UPGRADING to +0 chain mail.
  7279 | Sewer    | 7279 ||| UPGRADING to +0 chain mail.
  7280 | Sewer    | 7280 ||| UPGRADING to +0 chain mail.
  7281 | Sewer    | 7281 ||| UPGRADING to +0 chain mail.
  7281 | Sewer    | Glimpsed the power of Zot.
  7282 | Sewer    | 7282 ||| UPGRADING to +0 chain mail.
  7283 | Sewer    | 7283 ||| UPGRADING to +0 chain mail.
  7284 | Sewer    | 7284 ||| UPGRADING to +0 chain mail.
  7285 | Sewer    | 7285 ||| UPGRADING to +0 chain mail.
  7286 | Sewer    | 7286 ||| UPGRADING to +0 chain mail.
  7287 | Sewer    | 7287 ||| UPGRADING to +0 chain mail.
  7288 | Sewer    | 7288 ||| UPGRADING to +0 chain mail.
  7289 | Sewer    | 7289 ||| UPGRADING to +0 chain mail.
  7290 | Sewer    | 7290 ||| UPGRADING to +0 chain mail.
  7291 | Sewer    | 7291 ||| UPGRADING to +0 chain mail.
  7292 | Sewer    | 7292 ||| UPGRADING to +0 chain mail.
  7293 | Sewer    | 7293 ||| UPGRADING to +0 chain mail.
  7294 | Sewer    | 7294 ||| UPGRADING to +0 chain mail.
  7295 | Sewer    | 7295 ||| UPGRADING to +0 chain mail.
  7296 | Sewer    | 7296 ||| UPGRADING to +0 chain mail.
  7297 | Sewer    | 7297 ||| UPGRADING to +0 chain mail.
  7298 | Sewer    | 7298 ||| UPGRADING to +0 chain mail.
  7299 | Sewer    | 7299 ||| UPGRADING to +0 chain mail.
  7300 | Sewer    | 7300 ||| UPGRADING to +0 chain mail.
  7301 | Sewer    | 7301 ||| UPGRADING to +0 chain mail.
  7302 | Sewer    | 7302 ||| UPGRADING to +0 chain mail.
  7303 | Sewer    | 7303 ||| UPGRADING to +0 chain mail.
  7304 | Sewer    | 7304 ||| UPGRADING to +0 chain mail.
  7305 | Sewer    | 7305 ||| UPGRADING to +0 chain mail.
  7306 | Sewer    | 7306 ||| UPGRADING to +0 chain mail.
  7307 | Sewer    | 7307 ||| UPGRADING to +0 chain mail.
  7308 | Sewer    | 7308 ||| UPGRADING to +0 chain mail.
  7309 | Sewer    | 7309 ||| UPGRADING to +0 chain mail.
  7310 | Sewer    | 7310 ||| UPGRADING to +0 chain mail.
  7311 | Sewer    | 7311 ||| UPGRADING to +0 chain mail.
  7312 | Sewer    | 7312 ||| UPGRADING to +0 chain mail.
  7313 | Sewer    | 7313 ||| UPGRADING to +0 chain mail.
  7314 | Sewer    | 7314 ||| UPGRADING to +0 chain mail.
  7315 | Sewer    | 7315 ||| UPGRADING to +0 chain mail.
  7316 | Sewer    | 7316 ||| UPGRADING to +0 chain mail.
  7317 | Sewer    | 7317 ||| UPGRADING to +0 chain mail.
  7318 | Sewer    | 7318 ||| UPGRADING to +0 chain mail.
  7319 | Sewer    | 7319 ||| UPGRADING to +0 chain mail.
  7320 | Sewer    | 7320 ||| UPGRADING to +0 chain mail.
  7321 | Sewer    | 7321 ||| UPGRADING to +0 chain mail.
  7322 | Sewer    | 7322 ||| UPGRADING to +0 chain mail.
  7323 | Sewer    | 7323 ||| UPGRADING to +0 chain mail.
  7324 | Sewer    | 7324 ||| UPGRADING to +0 chain mail.
  7325 | Sewer    | 7325 ||| UPGRADING to +0 chain mail.
  7326 | Sewer    | 7326 ||| UPGRADING to +0 chain mail.
  7327 | Sewer    | 7327 ||| UPGRADING to +0 chain mail.
  7328 | Sewer    | 7328 ||| UPGRADING to +0 chain mail.
  7329 | Sewer    | 7329 ||| UPGRADING to +0 chain mail.
  7330 | Sewer    | 7330 ||| UPGRADING to +0 chain mail.
  7331 | Sewer    | 7331 ||| UPGRADING to +0 chain mail.
  7332 | Sewer    | 7332 ||| UPGRADING to +0 chain mail.
  7333 | Sewer    | 7333 ||| UPGRADING to +0 chain mail.
  7334 | Sewer    | 7334 ||| UPGRADING to +0 chain mail.
  7335 | Sewer    | 7335 ||| UPGRADING to +0 chain mail.
  7336 | Sewer    | 7336 ||| UPGRADING to +0 chain mail.
  7337 | Sewer    | 7337 ||| UPGRADING to +0 chain mail.
  7338 | Sewer    | 7338 ||| UPGRADING to +0 chain mail.
  7339 | Sewer    | 7339 ||| UPGRADING to +0 chain mail.
  7340 | Sewer    | 7340 ||| UPGRADING to +0 chain mail.
  7341 | Sewer    | 7341 ||| UPGRADING to +0 chain mail.
  7342 | Sewer    | 7342 ||| UPGRADING to +0 chain mail.
  7343 | Sewer    | 7343 ||| UPGRADING to +0 chain mail.
  7344 | Sewer    | 7344 ||| UPGRADING to +0 chain mail.
  7345 | Sewer    | 7345 ||| UPGRADING to +0 chain mail.
  7346 | Sewer    | 7346 ||| UPGRADING to +0 chain mail.
  7347 | Sewer    | 7347 ||| UPGRADING to +0 chain mail.
  7348 | Sewer    | 7348 ||| UPGRADING to +0 chain mail.
  7349 | Sewer    | 7349 ||| UPGRADING to +0 chain mail.
  7350 | Sewer    | 7350 ||| UPGRADING to +0 chain mail.
  7351 | Sewer    | 7351 ||| UPGRADING to +0 chain mail.
  7352 | Sewer    | 7352 ||| UPGRADING to +0 chain mail.
  7353 | Sewer    | 7353 ||| UPGRADING to +0 chain mail.
  7354 | Sewer    | 7354 ||| UPGRADING to +0 chain mail.
  7355 | Sewer    | 7355 ||| UPGRADING to +0 chain mail.
  7356 | Sewer    | 7356 ||| UPGRADING to +0 chain mail.
  7357 | Sewer    | 7357 ||| UPGRADING to +0 chain mail.
  7358 | Sewer    | 7358 ||| UPGRADING to +0 chain mail.
  7359 | Sewer    | 7359 ||| UPGRADING to +0 chain mail.
  7360 | Sewer    | 7360 ||| UPGRADING to +0 chain mail.
  7361 | Sewer    | 7361 ||| UPGRADING to +0 chain mail.
  7362 | Sewer    | 7362 ||| UPGRADING to +0 chain mail.
  7363 | Sewer    | 7363 ||| UPGRADING to +0 chain mail.
  7364 | Sewer    | 7364 ||| UPGRADING to +0 chain mail.
  7365 | Sewer    | 7365 ||| UPGRADING to +0 chain mail.
  7366 | Sewer    | 7366 ||| UPGRADING to +0 chain mail.
  7367 | Sewer    | 7367 ||| UPGRADING to +0 chain mail.
  7368 | Sewer    | 7368 ||| UPGRADING to +0 chain mail.
  7369 | Sewer    | 7369 ||| UPGRADING to +0 chain mail.
  7370 | Sewer    | 7370 ||| UPGRADING to +0 chain mail.
  7371 | Sewer    | 7371 ||| UPGRADING to +0 chain mail.
  7372 | Sewer    | 7372 ||| UPGRADING to +0 chain mail.
  7373 | Sewer    | 7373 ||| UPGRADING to +0 chain mail.
  7374 | Sewer    | 7374 ||| UPGRADING to +0 chain mail.
  7375 | Sewer    | 7375 ||| UPGRADING to +0 chain mail.
  7376 | Sewer    | 7376 ||| UPGRADING to +0 chain mail.
  7377 | Sewer    | 7377 ||| UPGRADING to +0 chain mail.
  7378 | Sewer    | 7378 ||| UPGRADING to +0 chain mail.
  7379 | Sewer    | 7379 ||| UPGRADING to +0 chain mail.
  7380 | Sewer    | 7380 ||| UPGRADING to +0 chain mail.
  7381 | Sewer    | 7381 ||| UPGRADING to +0 chain mail.
  7382 | Sewer    | 7382 ||| UPGRADING to +0 chain mail.
  7383 | Sewer    | 7383 ||| UPGRADING to +0 chain mail.
  7384 | Sewer    | 7384 ||| UPGRADING to +0 chain mail.
  7385 | Sewer    | 7385 ||| UPGRADING to +0 chain mail.
  7386 | Sewer    | 7386 ||| UPGRADING to +0 chain mail.
  7387 | Sewer    | 7387 ||| UPGRADING to +0 chain mail.
  7388 | Sewer    | 7388 ||| UPGRADING to +0 chain mail.
  7389 | Sewer    | 7389 ||| UPGRADING to +0 chain mail.
  7390 | Sewer    | 7390 ||| UPGRADING to +0 chain mail.
  7391 | Sewer    | 7391 ||| UPGRADING to +0 chain mail.
  7392 | Sewer    | 7392 ||| UPGRADING to +0 chain mail.
  7393 | Sewer    | 7393 ||| UPGRADING to +0 chain mail.
  7394 | Sewer    | 7394 ||| UPGRADING to +0 chain mail.
  7395 | Sewer    | 7395 ||| UPGRADING to +0 chain mail.
  7396 | Sewer    | 7396 ||| UPGRADING to +0 chain mail.
  7397 | Sewer    | 7397 ||| UPGRADING to +0 chain mail.
  7398 | Sewer    | 7398 ||| UPGRADING to +0 chain mail.
  7399 | Sewer    | 7399 ||| UPGRADING to +0 chain mail.
  7400 | Sewer    | 7400 ||| UPGRADING to +0 chain mail.
  7401 | Sewer    | 7401 ||| UPGRADING to +0 chain mail.
  7402 | Sewer    | 7402 ||| UPGRADING to +0 chain mail.
  7403 | Sewer    | 7403 ||| UPGRADING to +0 chain mail.
  7404 | Sewer    | 7404 ||| UPGRADING to +0 chain mail.
  7405 | Sewer    | 7405 ||| UPGRADING to +0 chain mail.
  7406 | Sewer    | 7406 ||| UPGRADING to +0 chain mail.
  7407 | Sewer    | 7407 ||| UPGRADING to +0 chain mail.
  7408 | Sewer    | 7408 ||| UPGRADING to +0 chain mail.
  7409 | Sewer    | 7409 ||| UPGRADING to +0 chain mail.
  7410 | Sewer    | 7410 ||| UPGRADING to +0 chain mail.
  7411 | Sewer    | 7411 ||| UPGRADING to +0 chain mail.
  7412 | Sewer    | 7412 ||| UPGRADING to +0 chain mail.
  7413 | Sewer    | 7413 ||| UPGRADING to +0 chain mail.
  7414 | Sewer    | 7414 ||| UPGRADING to +0 chain mail.
  7415 | Sewer    | 7415 ||| UPGRADING to +0 chain mail.
  7416 | Sewer    | 7416 ||| UPGRADING to +0 chain mail.
  7417 | Sewer    | 7417 ||| UPGRADING to +0 chain mail.
  7418 | Sewer    | 7418 ||| UPGRADING to +0 chain mail.
  7419 | Sewer    | 7419 ||| UPGRADING to +0 chain mail.
  7420 | Sewer    | 7420 ||| UPGRADING to +0 chain mail.
  7421 | Sewer    | 7421 ||| UPGRADING to +0 chain mail.
  7422 | Sewer    | 7422 ||| UPGRADING to +0 chain mail.
  7423 | Sewer    | 7423 ||| UPGRADING to +0 chain mail.
  7424 | Sewer    | 7424 ||| UPGRADING to +0 chain mail.
  7425 | Sewer    | 7425 ||| UPGRADING to +0 chain mail.
  7426 | Sewer    | 7426 ||| UPGRADING to +0 chain mail.
  7427 | Sewer    | 7427 ||| UPGRADING to +0 chain mail.
  7428 | Sewer    | 7428 ||| UPGRADING to +0 chain mail.
  7429 | Sewer    | 7429 ||| UPGRADING to +0 chain mail.
  7430 | Sewer    | 7430 ||| UPGRADING to +0 chain mail.
  7431 | Sewer    | 7431 ||| UPGRADING to +0 chain mail.
  7432 | Sewer    | 7432 ||| UPGRADING to +0 chain mail.
  7433 | Sewer    | 7433 ||| UPGRADING to +0 chain mail.
  7434 | Sewer    | 7434 ||| UPGRADING to +0 chain mail.
  7435 | Sewer    | 7435 ||| UPGRADING to +0 chain mail.
  7436 | Sewer    | 7436 ||| UPGRADING to +0 chain mail.
  7437 | Sewer    | 7437 ||| UPGRADING to +0 chain mail.
  7438 | Sewer    | 7438 ||| UPGRADING to +0 chain mail.
  7439 | Sewer    | 7439 ||| UPGRADING to +0 chain mail.
  7440 | Sewer    | 7440 ||| UPGRADING to +0 chain mail.
  7441 | Sewer    | 7441 ||| UPGRADING to +0 chain mail.
  7442 | Sewer    | 7442 ||| UPGRADING to +0 chain mail.
  7443 | Sewer    | 7443 ||| UPGRADING to +0 chain mail.
  7444 | Sewer    | 7444 ||| UPGRADING to +0 chain mail.
  7445 | Sewer    | 7445 ||| UPGRADING to +0 chain mail.
  7446 | Sewer    | 7446 ||| UPGRADING to +0 chain mail.
  7447 | Sewer    | 7447 ||| UPGRADING to +0 chain mail.
  7448 | Sewer    | 7448 ||| UPGRADING to +0 chain mail.
  7449 | Sewer    | 7449 ||| UPGRADING to +0 chain mail.
  7450 | Sewer    | 7450 ||| UPGRADING to +0 chain mail.
  7451 | Sewer    | 7451 ||| UPGRADING to +0 chain mail.
  7452 | Sewer    | 7452 ||| UPGRADING to +0 chain mail.
  7453 | Sewer    | 7453 ||| UPGRADING to +0 chain mail.
  7454 | Sewer    | 7454 ||| UPGRADING to +0 chain mail.
  7455 | Sewer    | 7455 ||| UPGRADING to +0 chain mail.
  7456 | Sewer    | 7456 ||| UPGRADING to +0 chain mail.
  7457 | Sewer    | 7457 ||| UPGRADING to +0 chain mail.
  7458 | Sewer    | 7458 ||| UPGRADING to +0 chain mail.
  7459 | Sewer    | 7459 ||| UPGRADING to +0 chain mail.
  7460 | Sewer    | 7460 ||| UPGRADING to +0 chain mail.
  7461 | Sewer    | 7461 ||| UPGRADING to +0 chain mail.
  7462 | Sewer    | 7462 ||| UPGRADING to +0 chain mail.
  7463 | Sewer    | 7463 ||| UPGRADING to +0 chain mail.
  7464 | Sewer    | 7464 ||| UPGRADING to +0 chain mail.
  7465 | Sewer    | 7465 ||| UPGRADING to +0 chain mail.
  7466 | Sewer    | 7466 ||| UPGRADING to +0 chain mail.
  7467 | Sewer    | 7467 ||| UPGRADING to +0 chain mail.
  7468 | Sewer    | 7468 ||| UPGRADING to +0 chain mail.
  7469 | Sewer    | 7469 ||| UPGRADING to +0 chain mail.
  7470 | Sewer    | 7470 ||| UPGRADING to +0 chain mail.
  7471 | Sewer    | 7471 ||| UPGRADING to +0 chain mail.
  7472 | Sewer    | 7472 ||| UPGRADING to +0 chain mail.
  7473 | Sewer    | 7473 ||| UPGRADING to +0 chain mail.
  7474 | Sewer    | 7474 ||| UPGRADING to +0 chain mail.
  7475 | Sewer    | 7475 ||| UPGRADING to +0 chain mail.
  7476 | Sewer    | 7476 ||| UPGRADING to +0 chain mail.
  7477 | Sewer    | 7477 ||| UPGRADING to +0 chain mail.
  7478 | Sewer    | 7478 ||| UPGRADING to +0 chain mail.
  7479 | Sewer    | 7479 ||| UPGRADING to +0 chain mail.
  7480 | Sewer    | 7480 ||| UPGRADING to +0 chain mail.
  7481 | Sewer    | 7481 ||| UPGRADING to +0 chain mail.
  7482 | Sewer    | 7482 ||| UPGRADING to +0 chain mail.
  7483 | Sewer    | 7483 ||| UPGRADING to +0 chain mail.
  7484 | Sewer    | 7484 ||| UPGRADING to +0 chain mail.
  7485 | Sewer    | 7485 ||| UPGRADING to +0 chain mail.
  7486 | Sewer    | 7486 ||| UPGRADING to +0 chain mail.
  7487 | Sewer    | 7487 ||| UPGRADING to +0 chain mail.
  7488 | Sewer    | 7488 ||| UPGRADING to +0 chain mail.
  7489 | Sewer    | 7489 ||| UPGRADING to +0 chain mail.
  7490 | Sewer    | 7490 ||| UPGRADING to +0 chain mail.
  7491 | Sewer    | 7491 ||| UPGRADING to +0 chain mail.
  7492 | Sewer    | 7492 ||| UPGRADING to +0 chain mail.
  7493 | Sewer    | 7493 ||| UPGRADING to +0 chain mail.
  7494 | Sewer    | 7494 ||| UPGRADING to +0 chain mail.
  7495 | Sewer    | 7495 ||| UPGRADING to +0 chain mail.
  7496 | Sewer    | 7496 ||| UPGRADING to +0 chain mail.
  7497 | Sewer    | 7497 ||| UPGRADING to +0 chain mail.
  7498 | Sewer    | 7498 ||| UPGRADING to +0 chain mail.
  7499 | Sewer    | 7499 ||| UPGRADING to +0 chain mail.
  7500 | Sewer    | 7500 ||| UPGRADING to +0 chain mail.
  7501 | Sewer    | 7501 ||| UPGRADING to +0 chain mail.
  7502 | Sewer    | 7502 ||| UPGRADING to +0 chain mail.
  7503 | Sewer    | 7503 ||| UPGRADING to +0 chain mail.
  7504 | Sewer    | 7504 ||| UPGRADING to +0 chain mail.
  7505 | Sewer    | 7505 ||| UPGRADING to +0 chain mail.
  7506 | Sewer    | 7506 ||| UPGRADING to +0 chain mail.
  7507 | Sewer    | 7507 ||| UPGRADING to +0 chain mail.
  7508 | Sewer    | 7508 ||| UPGRADING to +0 chain mail.
  7509 | Sewer    | 7509 ||| UPGRADING to +0 chain mail.
  7510 | Sewer    | 7510 ||| UPGRADING to +0 chain mail.
  7511 | Sewer    | 7511 ||| UPGRADING to +0 chain mail.
  7512 | Sewer    | 7512 ||| UPGRADING to +0 chain mail.
  7513 | Sewer    | 7513 ||| UPGRADING to +0 chain mail.
  7514 | Sewer    | 7514 ||| UPGRADING to +0 chain mail.
  7515 | Sewer    | 7515 ||| UPGRADING to +0 chain mail.
  7516 | Sewer    | 7516 ||| UPGRADING to +0 chain mail.
  7517 | Sewer    | 7517 ||| UPGRADING to +0 chain mail.
  7518 | Sewer    | 7518 ||| UPGRADING to +0 chain mail.
  7519 | Sewer    | 7519 ||| UPGRADING to +0 chain mail.
  7520 | Sewer    | 7520 ||| UPGRADING to +0 chain mail.
  7521 | Sewer    | 7521 ||| UPGRADING to +0 chain mail.
  7522 | Sewer    | 7522 ||| UPGRADING to +0 chain mail.
  7523 | Sewer    | 7523 ||| UPGRADING to +0 chain mail.
  7524 | Sewer    | 7524 ||| UPGRADING to +0 chain mail.
  7525 | Sewer    | 7525 ||| UPGRADING to +0 chain mail.
  7526 | Sewer    | 7526 ||| UPGRADING to +0 chain mail.
  7527 | Sewer    | 7527 ||| UPGRADING to +0 chain mail.
  7528 | Sewer    | 7528 ||| UPGRADING to +0 chain mail.
  7529 | Sewer    | 7529 ||| UPGRADING to +0 chain mail.
  7530 | Sewer    | 7530 ||| UPGRADING to +0 chain mail.
  7531 | Sewer    | 7531 ||| UPGRADING to +0 chain mail.
  7532 | Sewer    | 7532 ||| UPGRADING to +0 chain mail.
  7533 | Sewer    | 7533 ||| UPGRADING to +0 chain mail.
  7534 | Sewer    | 7534 ||| UPGRADING to +0 chain mail.
  7535 | Sewer    | 7535 ||| UPGRADING to +0 chain mail.
  7536 | Sewer    | 7536 ||| UPGRADING to +0 chain mail.
  7537 | Sewer    | 7537 ||| UPGRADING to +0 chain mail.
  7538 | Sewer    | 7538 ||| UPGRADING to +0 chain mail.
  7539 | Sewer    | 7539 ||| UPGRADING to +0 chain mail.
  7540 | Sewer    | 7540 ||| UPGRADING to +0 chain mail.
  7541 | Sewer    | 7541 ||| UPGRADING to +0 chain mail.
  7542 | Sewer    | 7542 ||| UPGRADING to +0 chain mail.
  7543 | Sewer    | 7543 ||| UPGRADING to +0 chain mail.
  7544 | Sewer    | 7544 ||| UPGRADING to +0 chain mail.
  7545 | Sewer    | 7545 ||| UPGRADING to +0 chain mail.
  7546 | Sewer    | 7546 ||| UPGRADING to +0 chain mail.
  7547 | Sewer    | 7547 ||| UPGRADING to +0 chain mail.
  7548 | Sewer    | 7548 ||| UPGRADING to +0 chain mail.
  7549 | Sewer    | 7549 ||| UPGRADING to +0 chain mail.
  7550 | Sewer    | 7550 ||| UPGRADING to +0 chain mail.
  7551 | Sewer    | 7551 ||| UPGRADING to +0 chain mail.
  7552 | Sewer    | 7552 ||| UPGRADING to +0 chain mail.
  7553 | Sewer    | 7553 ||| UPGRADING to +0 chain mail.
  7554 | Sewer    | 7554 ||| UPGRADING to +0 chain mail.
  7555 | Sewer    | 7555 ||| UPGRADING to +0 chain mail.
  7556 | Sewer    | 7556 ||| UPGRADING to +0 chain mail.
  7557 | Sewer    | 7557 ||| UPGRADING to +0 chain mail.
  7558 | Sewer    | 7558 ||| UPGRADING to +0 chain mail.
  7559 | Sewer    | 7559 ||| UPGRADING to +0 chain mail.
  7560 | Sewer    | 7560 ||| UPGRADING to +0 chain mail.
  7561 | Sewer    | 7561 ||| UPGRADING to +0 chain mail.
  7562 | Sewer    | 7562 ||| UPGRADING to +0 chain mail.
  7563 | Sewer    | 7563 ||| UPGRADING to +0 chain mail.
  7564 | Sewer    | 7564 ||| UPGRADING to +0 chain mail.
  7565 | Sewer    | 7565 ||| UPGRADING to +0 chain mail.
  7566 | Sewer    | 7566 ||| UPGRADING to +0 chain mail.
  7567 | Sewer    | 7567 ||| UPGRADING to +0 chain mail.
  7568 | Sewer    | 7568 ||| UPGRADING to +0 chain mail.
  7569 | Sewer    | 7569 ||| UPGRADING to +0 chain mail.
  7570 | Sewer    | 7570 ||| UPGRADING to +0 chain mail.
  7571 | Sewer    | 7571 ||| UPGRADING to +0 chain mail.
  7572 | Sewer    | 7572 ||| UPGRADING to +0 chain mail.
  7573 | Sewer    | 7573 ||| UPGRADING to +0 chain mail.
  7574 | Sewer    | 7574 ||| UPGRADING to +0 chain mail.
  7575 | Sewer    | 7575 ||| UPGRADING to +0 chain mail.
  7576 | Sewer    | 7576 ||| UPGRADING to +0 chain mail.
  7577 | Sewer    | 7577 ||| UPGRADING to +0 chain mail.
  7578 | Sewer    | 7578 ||| UPGRADING to +0 chain mail.
  7579 | Sewer    | 7579 ||| UPGRADING to +0 chain mail.
  7580 | Sewer    | 7580 ||| UPGRADING to +0 chain mail.
  7581 | Sewer    | 7581 ||| UPGRADING to +0 chain mail.
  7582 | Sewer    | 7582 ||| UPGRADING to +0 chain mail.
  7583 | Sewer    | 7583 ||| UPGRADING to +0 chain mail.
  7584 | Sewer    | 7584 ||| UPGRADING to +0 chain mail.
  7585 | Sewer    | 7585 ||| UPGRADING to +0 chain mail.
  7586 | Sewer    | 7586 ||| UPGRADING to +0 chain mail.
  7587 | Sewer    | 7587 ||| UPGRADING to +0 chain mail.
  7588 | Sewer    | 7588 ||| UPGRADING to +0 chain mail.
  7589 | Sewer    | 7589 ||| UPGRADING to +0 chain mail.
  7590 | Sewer    | 7590 ||| UPGRADING to +0 chain mail.
  7591 | Sewer    | 7591 ||| UPGRADING to +0 chain mail.
  7592 | Sewer    | 7592 ||| UPGRADING to +0 chain mail.
  7593 | Sewer    | 7593 ||| UPGRADING to +0 chain mail.
  7594 | Sewer    | 7594 ||| UPGRADING to +0 chain mail.
  7595 | Sewer    | 7595 ||| UPGRADING to +0 chain mail.
  7596 | Sewer    | 7596 ||| UPGRADING to +0 chain mail.
  7597 | Sewer    | 7597 ||| UPGRADING to +0 chain mail.
  7598 | Sewer    | 7598 ||| UPGRADING to +0 chain mail.
  7599 | Sewer    | 7599 ||| UPGRADING to +0 chain mail.
  7600 | Sewer    | 7600 ||| UPGRADING to +0 chain mail.
  7601 | Sewer    | 7601 ||| UPGRADING to +0 chain mail.
  7602 | Sewer    | 7602 ||| UPGRADING to +0 chain mail.
  7603 | Sewer    | 7603 ||| UPGRADING to +0 chain mail.
  7604 | Sewer    | 7604 ||| UPGRADING to +0 chain mail.
  7605 | Sewer    | 7605 ||| UPGRADING to +0 chain mail.
  7606 | Sewer    | 7606 ||| UPGRADING to +0 chain mail.
  7607 | Sewer    | 7607 ||| UPGRADING to +0 chain mail.
  7608 | Sewer    | 7608 ||| UPGRADING to +0 chain mail.
  7609 | Sewer    | 7609 ||| UPGRADING to +0 chain mail.
  7610 | Sewer    | 7610 ||| UPGRADING to +0 chain mail.
  7611 | Sewer    | 7611 ||| UPGRADING to +0 chain mail.
  7612 | Sewer    | 7612 ||| UPGRADING to +0 chain mail.
  7613 | Sewer    | 7613 ||| UPGRADING to +0 chain mail.
  7614 | Sewer    | 7614 ||| UPGRADING to +0 chain mail.
  7615 | Sewer    | 7615 ||| UPGRADING to +0 chain mail.
  7616 | Sewer    | 7616 ||| UPGRADING to +0 chain mail.
  7617 | Sewer    | 7617 ||| UPGRADING to +0 chain mail.
  7618 | Sewer    | 7618 ||| UPGRADING to +0 chain mail.
  7619 | Sewer    | 7619 ||| UPGRADING to +0 chain mail.
  7620 | Sewer    | 7620 ||| UPGRADING to +0 chain mail.
  7621 | Sewer    | 7621 ||| UPGRADING to +0 chain mail.
  7622 | Sewer    | 7622 ||| UPGRADING to +0 chain mail.
  7623 | Sewer    | 7623 ||| UPGRADING to +0 chain mail.
  7624 | Sewer    | 7624 ||| UPGRADING to +0 chain mail.
  7625 | Sewer    | 7625 ||| UPGRADING to +0 chain mail.
  7626 | Sewer    | 7626 ||| UPGRADING to +0 chain mail.
  7627 | Sewer    | 7627 ||| UPGRADING to +0 chain mail.
  7628 | Sewer    | 7628 ||| UPGRADING to +0 chain mail.
  7629 | Sewer    | 7629 ||| UPGRADING to +0 chain mail.
  7630 | Sewer    | 7630 ||| UPGRADING to +0 chain mail.
  7631 | Sewer    | 7631 ||| UPGRADING to +0 chain mail.
  7632 | Sewer    | 7632 ||| UPGRADING to +0 chain mail.
  7633 | Sewer    | 7633 ||| UPGRADING to +0 chain mail.
  7634 | Sewer    | 7634 ||| UPGRADING to +0 chain mail.
  7635 | Sewer    | 7635 ||| UPGRADING to +0 chain mail.
  7636 | Sewer    | 7636 ||| UPGRADING to +0 chain mail.
  7637 | Sewer    | 7637 ||| UPGRADING to +0 chain mail.
  7638 | Sewer    | 7638 ||| UPGRADING to +0 chain mail.
  7639 | Sewer    | 7639 ||| UPGRADING to +0 chain mail.
  7640 | Sewer    | 7640 ||| UPGRADING to +0 chain mail.
  7641 | Sewer    | 7641 ||| UPGRADING to +0 chain mail.
  7642 | Sewer    | 7642 ||| UPGRADING to +0 chain mail.
  7643 | Sewer    | 7643 ||| UPGRADING to +0 chain mail.
  7644 | Sewer    | 7644 ||| UPGRADING to +0 chain mail.
  7645 | Sewer    | 7645 ||| UPGRADING to +0 chain mail.
  7646 | Sewer    | 7646 ||| UPGRADING to +0 chain mail.
  7647 | Sewer    | 7647 ||| UPGRADING to +0 chain mail.
  7648 | Sewer    | 7648 ||| UPGRADING to +0 chain mail.
  7649 | Sewer    | 7649 ||| UPGRADING to +0 chain mail.
  7650 | Sewer    | 7650 ||| UPGRADING to +0 chain mail.
  7651 | Sewer    | 7651 ||| UPGRADING to +0 chain mail.
  7652 | Sewer    | 7652 ||| UPGRADING to +0 chain mail.
  7653 | Sewer    | 7653 ||| UPGRADING to +0 chain mail.
  7654 | Sewer    | 7654 ||| UPGRADING to +0 chain mail.
  7655 | Sewer    | 7655 ||| UPGRADING to +0 chain mail.
  7656 | Sewer    | 7656 ||| UPGRADING to +0 chain mail.
  7657 | Sewer    | 7657 ||| UPGRADING to +0 chain mail.
  7658 | Sewer    | 7658 ||| UPGRADING to +0 chain mail.
  7659 | Sewer    | 7659 ||| UPGRADING to +0 chain mail.
  7660 | Sewer    | 7660 ||| UPGRADING to +0 chain mail.
  7661 | Sewer    | 7661 ||| UPGRADING to +0 chain mail.
  7662 | Sewer    | 7662 ||| UPGRADING to +0 chain mail.
  7663 | Sewer    | 7663 ||| UPGRADING to +0 chain mail.
  7664 | Sewer    | 7664 ||| UPGRADING to +0 chain mail.
  7665 | Sewer    | 7665 ||| UPGRADING to +0 chain mail.
  7666 | Sewer    | 7666 ||| UPGRADING to +0 chain mail.
  7667 | Sewer    | 7667 ||| UPGRADING to +0 chain mail.
  7668 | Sewer    | 7668 ||| UPGRADING to +0 chain mail.
  7669 | Sewer    | 7669 ||| UPGRADING to +0 chain mail.
  7670 | Sewer    | 7670 ||| UPGRADING to +0 chain mail.
  7671 | Sewer    | 7671 ||| UPGRADING to +0 chain mail.
  7672 | Sewer    | 7672 ||| UPGRADING to +0 chain mail.
  7673 | Sewer    | 7673 ||| UPGRADING to +0 chain mail.
  7674 | Sewer    | 7674 ||| UPGRADING to +0 chain mail.
  7675 | Sewer    | 7675 ||| UPGRADING to +0 chain mail.
  7676 | Sewer    | 7676 ||| UPGRADING to +0 chain mail.
  7677 | Sewer    | 7677 ||| UPGRADING to +0 chain mail.
  7678 | Sewer    | 7678 ||| UPGRADING to +0 chain mail.
  7679 | Sewer    | 7679 ||| UPGRADING to +0 chain mail.
  7680 | Sewer    | 7680 ||| UPGRADING to +0 chain mail.
  7681 | Sewer    | 7681 ||| UPGRADING to +0 chain mail.
  7682 | Sewer    | 7682 ||| UPGRADING to +0 chain mail.
  7683 | Sewer    | 7683 ||| UPGRADING to +0 chain mail.
  7684 | Sewer    | 7684 ||| UPGRADING to +0 chain mail.
  7685 | Sewer    | 7685 ||| UPGRADING to +0 chain mail.
  7686 | Sewer    | 7686 ||| UPGRADING to +0 chain mail.
  7687 | Sewer    | 7687 ||| UPGRADING to +0 chain mail.
  7688 | Sewer    | 7688 ||| UPGRADING to +0 chain mail.
  7689 | Sewer    | 7689 ||| UPGRADING to +0 chain mail.
  7690 | Sewer    | 7690 ||| UPGRADING to +0 chain mail.
  7691 | Sewer    | 7691 ||| UPGRADING to +0 chain mail.
  7692 | Sewer    | 7692 ||| UPGRADING to +0 chain mail.
  7693 | Sewer    | 7693 ||| UPGRADING to +0 chain mail.
  7694 | Sewer    | 7694 ||| UPGRADING to +0 chain mail.
  7695 | Sewer    | 7695 ||| UPGRADING to +0 chain mail.
  7696 | Sewer    | 7696 ||| UPGRADING to +0 chain mail.
  7697 | Sewer    | 7697 ||| UPGRADING to +0 chain mail.
  7698 | Sewer    | 7698 ||| UPGRADING to +0 chain mail.
  7699 | Sewer    | 7699 ||| UPGRADING to +0 chain mail.
  7700 | Sewer    | 7700 ||| UPGRADING to +0 chain mail.
  7701 | Sewer    | 7701 ||| UPGRADING to +0 chain mail.
  7702 | Sewer    | 7702 ||| UPGRADING to +0 chain mail.
  7703 | Sewer    | 7703 ||| UPGRADING to +0 chain mail.
  7704 | Sewer    | 7704 ||| UPGRADING to +0 chain mail.
  7705 | Sewer    | 7705 ||| UPGRADING to +0 chain mail.
  7706 | Sewer    | 7706 ||| UPGRADING to +0 chain mail.
  7707 | Sewer    | 7707 ||| UPGRADING to +0 chain mail.
  7708 | Sewer    | 7708 ||| UPGRADING to +0 chain mail.
  7709 | Sewer    | 7709 ||| UPGRADING to +0 chain mail.
  7710 | Sewer    | 7710 ||| UPGRADING to +0 chain mail.
  7711 | Sewer    | 7711 ||| UPGRADING to +0 chain mail.
  7712 | Sewer    | 7712 ||| UPGRADING to +0 chain mail.
  7713 | Sewer    | 7713 ||| UPGRADING to +0 chain mail.
  7714 | Sewer    | 7714 ||| UPGRADING to +0 chain mail.
  7715 | Sewer    | 7715 ||| UPGRADING to +0 chain mail.
  7716 | Sewer    | 7716 ||| UPGRADING to +0 chain mail.
  7717 | Sewer    | 7717 ||| UPGRADING to +0 chain mail.
  7718 | Sewer    | 7718 ||| UPGRADING to +0 chain mail.
  7719 | Sewer    | 7719 ||| UPGRADING to +0 chain mail.
  7720 | Sewer    | 7720 ||| UPGRADING to +0 chain mail.
  7721 | Sewer    | 7721 ||| UPGRADING to +0 chain mail.
  7722 | Sewer    | 7722 ||| UPGRADING to +0 chain mail.
  7723 | Sewer    | 7723 ||| UPGRADING to +0 chain mail.
  7724 | Sewer    | 7724 ||| UPGRADING to +0 chain mail.
  7725 | Sewer    | 7725 ||| UPGRADING to +0 chain mail.
  7726 | Sewer    | 7726 ||| UPGRADING to +0 chain mail.
  7727 | Sewer    | 7727 ||| UPGRADING to +0 chain mail.
  7728 | Sewer    | 7728 ||| UPGRADING to +0 chain mail.
  7729 | Sewer    | 7729 ||| UPGRADING to +0 chain mail.
  7730 | Sewer    | 7730 ||| UPGRADING to +0 chain mail.
  7731 | Sewer    | 7731 ||| UPGRADING to +0 chain mail.
  7732 | Sewer    | 7732 ||| UPGRADING to +0 chain mail.
  7733 | Sewer    | 7733 ||| UPGRADING to +0 chain mail.
  7734 | Sewer    | 7734 ||| UPGRADING to +0 chain mail.
  7735 | Sewer    | 7735 ||| UPGRADING to +0 chain mail.
  7736 | Sewer    | 7736 ||| UPGRADING to +0 chain mail.
  7737 | Sewer    | 7737 ||| UPGRADING to +0 chain mail.
  7738 | Sewer    | 7738 ||| UPGRADING to +0 chain mail.
  7739 | Sewer    | 7739 ||| UPGRADING to +0 chain mail.
  7740 | Sewer    | 7740 ||| UPGRADING to +0 chain mail.
  7741 | Sewer    | 7741 ||| UPGRADING to +0 chain mail.
  7742 | Sewer    | 7742 ||| UPGRADING to +0 chain mail.
  7743 | Sewer    | 7743 ||| UPGRADING to +0 chain mail.
  7744 | Sewer    | 7744 ||| UPGRADING to +0 chain mail.
  7745 | Sewer    | 7745 ||| UPGRADING to +0 chain mail.
  7746 | Sewer    | 7746 ||| UPGRADING to +0 chain mail.
  7747 | Sewer    | 7747 ||| UPGRADING to +0 chain mail.
  7748 | Sewer    | 7748 ||| UPGRADING to +0 chain mail.
  7749 | Sewer    | 7749 ||| UPGRADING to +0 chain mail.
  7750 | Sewer    | 7750 ||| UPGRADING to +0 chain mail.
  7751 | Sewer    | 7751 ||| UPGRADING to +0 chain mail.
  7752 | Sewer    | 7752 ||| UPGRADING to +0 chain mail.
  7753 | Sewer    | 7753 ||| UPGRADING to +0 chain mail.
  7754 | Sewer    | 7754 ||| UPGRADING to +0 chain mail.
  7755 | Sewer    | 7755 ||| UPGRADING to +0 chain mail.
  7756 | Sewer    | 7756 ||| UPGRADING to +0 chain mail.
  7757 | Sewer    | 7757 ||| UPGRADING to +0 chain mail.
  7758 | Sewer    | 7758 ||| UPGRADING to +0 chain mail.
  7759 | Sewer    | 7759 ||| UPGRADING to +0 chain mail.
  7760 | Sewer    | 7760 ||| UPGRADING to +0 chain mail.
  7761 | Sewer    | 7761 ||| UPGRADING to +0 chain mail.
  7762 | Sewer    | 7762 ||| UPGRADING to +0 chain mail.
  7763 | Sewer    | 7763 ||| UPGRADING to +0 chain mail.
  7764 | Sewer    | 7764 ||| UPGRADING to +0 chain mail.
  7765 | Sewer    | 7765 ||| UPGRADING to +0 chain mail.
  7766 | Sewer    | 7766 ||| UPGRADING to +0 chain mail.
  7767 | Sewer    | 7767 ||| UPGRADING to +0 chain mail.
  7768 | Sewer    | 7768 ||| UPGRADING to +0 chain mail.
  7769 | Sewer    | 7769 ||| UPGRADING to +0 chain mail.
  7770 | Sewer    | 7770 ||| UPGRADING to +0 chain mail.
  7771 | Sewer    | 7771 ||| UPGRADING to +0 chain mail.
  7772 | Sewer    | 7772 ||| UPGRADING to +0 chain mail.
  7773 | Sewer    | 7773 ||| UPGRADING to +0 chain mail.
  7774 | Sewer    | 7774 ||| UPGRADING to +0 chain mail.
  7775 | Sewer    | 7775 ||| UPGRADING to +0 chain mail.
  7776 | Sewer    | 7776 ||| UPGRADING to +0 chain mail.
  7777 | Sewer    | 7777 ||| UPGRADING to +0 chain mail.
  7778 | Sewer    | 7778 ||| UPGRADING to +0 chain mail.
  7779 | Sewer    | 7779 ||| UPGRADING to +0 chain mail.
  7780 | Sewer    | 7780 ||| UPGRADING to +0 chain mail.
  7781 | Sewer    | 7781 ||| UPGRADING to +0 chain mail.
  7781 | Sewer    | Glimpsed the power of Zot.
  7782 | Sewer    | 7782 ||| UPGRADING to +0 chain mail.
  7783 | Sewer    | 7783 ||| UPGRADING to +0 chain mail.
  7784 | Sewer    | 7784 ||| UPGRADING to +0 chain mail.
  7785 | Sewer    | 7785 ||| UPGRADING to +0 chain mail.
  7786 | Sewer    | 7786 ||| UPGRADING to +0 chain mail.
  7787 | Sewer    | 7787 ||| UPGRADING to +0 chain mail.
  7788 | Sewer    | 7788 ||| UPGRADING to +0 chain mail.
  7789 | Sewer    | 7789 ||| UPGRADING to +0 chain mail.
  7790 | Sewer    | 7790 ||| UPGRADING to +0 chain mail.
  7791 | Sewer    | 7791 ||| UPGRADING to +0 chain mail.
  7792 | Sewer    | 7792 ||| UPGRADING to +0 chain mail.
  7793 | Sewer    | 7793 ||| UPGRADING to +0 chain mail.
  7794 | Sewer    | 7794 ||| UPGRADING to +0 chain mail.
  7795 | Sewer    | 7795 ||| UPGRADING to +0 chain mail.
  7796 | Sewer    | 7796 ||| UPGRADING to +0 chain mail.
  7797 | Sewer    | 7797 ||| UPGRADING to +0 chain mail.
  7798 | Sewer    | 7798 ||| UPGRADING to +0 chain mail.
  7799 | Sewer    | 7799 ||| UPGRADING to +0 chain mail.
  7800 | Sewer    | 7800 ||| UPGRADING to +0 chain mail.
  7801 | Sewer    | 7801 ||| UPGRADING to +0 chain mail.
  7802 | Sewer    | 7802 ||| UPGRADING to +0 chain mail.
  7803 | Sewer    | 7803 ||| UPGRADING to +0 chain mail.
  7804 | Sewer    | 7804 ||| UPGRADING to +0 chain mail.
  7805 | Sewer    | 7805 ||| UPGRADING to +0 chain mail.
  7806 | Sewer    | 7806 ||| UPGRADING to +0 chain mail.
  7807 | Sewer    | 7807 ||| UPGRADING to +0 chain mail.
  7808 | Sewer    | 7808 ||| UPGRADING to +0 chain mail.
  7809 | Sewer    | 7809 ||| UPGRADING to +0 chain mail.
  7810 | Sewer    | 7810 ||| UPGRADING to +0 chain mail.
  7811 | Sewer    | 7811 ||| UPGRADING to +0 chain mail.
  7812 | Sewer    | 7812 ||| UPGRADING to +0 chain mail.
  7813 | Sewer    | 7813 ||| UPGRADING to +0 chain mail.
  7814 | Sewer    | 7814 ||| UPGRADING to +0 chain mail.
  7815 | Sewer    | 7815 ||| UPGRADING to +0 chain mail.
  7816 | Sewer    | 7816 ||| UPGRADING to +0 chain mail.
  7817 | Sewer    | 7817 ||| UPGRADING to +0 chain mail.
  7818 | Sewer    | 7818 ||| UPGRADING to +0 chain mail.
  7819 | Sewer    | 7819 ||| UPGRADING to +0 chain mail.
  7820 | Sewer    | 7820 ||| UPGRADING to +0 chain mail.
  7821 | Sewer    | 7821 ||| UPGRADING to +0 chain mail.
  7822 | Sewer    | 7822 ||| UPGRADING to +0 chain mail.
  7823 | Sewer    | 7823 ||| UPGRADING to +0 chain mail.
  7824 | Sewer    | 7824 ||| UPGRADING to +0 chain mail.
  7825 | Sewer    | 7825 ||| UPGRADING to +0 chain mail.
  7826 | Sewer    | 7826 ||| UPGRADING to +0 chain mail.
  7827 | Sewer    | 7827 ||| UPGRADING to +0 chain mail.
  7828 | Sewer    | 7828 ||| UPGRADING to +0 chain mail.
  7829 | Sewer    | 7829 ||| UPGRADING to +0 chain mail.
  7830 | Sewer    | 7830 ||| UPGRADING to +0 chain mail.
  7831 | Sewer    | 7831 ||| UPGRADING to +0 chain mail.
  7832 | Sewer    | 7832 ||| UPGRADING to +0 chain mail.
  7833 | Sewer    | 7833 ||| UPGRADING to +0 chain mail.
  7834 | Sewer    | 7834 ||| UPGRADING to +0 chain mail.
  7835 | Sewer    | 7835 ||| UPGRADING to +0 chain mail.
  7836 | Sewer    | 7836 ||| UPGRADING to +0 chain mail.
  7837 | Sewer    | 7837 ||| UPGRADING to +0 chain mail.
  7838 | Sewer    | 7838 ||| UPGRADING to +0 chain mail.
  7839 | Sewer    | 7839 ||| UPGRADING to +0 chain mail.
  7840 | Sewer    | 7840 ||| UPGRADING to +0 chain mail.
  7841 | Sewer    | 7841 ||| UPGRADING to +0 chain mail.
  7842 | Sewer    | 7842 ||| UPGRADING to +0 chain mail.
  7843 | Sewer    | 7843 ||| UPGRADING to +0 chain mail.
  7844 | Sewer    | 7844 ||| UPGRADING to +0 chain mail.
  7845 | Sewer    | 7845 ||| UPGRADING to +0 chain mail.
  7846 | Sewer    | 7846 ||| UPGRADING to +0 chain mail.
  7847 | Sewer    | 7847 ||| UPGRADING to +0 chain mail.
  7848 | Sewer    | 7848 ||| UPGRADING to +0 chain mail.
  7849 | Sewer    | 7849 ||| UPGRADING to +0 chain mail.
  7850 | Sewer    | 7850 ||| UPGRADING to +0 chain mail.
  7851 | Sewer    | 7851 ||| UPGRADING to +0 chain mail.
  7852 | Sewer    | 7852 ||| UPGRADING to +0 chain mail.
  7853 | Sewer    | 7853 ||| UPGRADING to +0 chain mail.
  7854 | Sewer    | 7854 ||| UPGRADING to +0 chain mail.
  7855 | Sewer    | 7855 ||| UPGRADING to +0 chain mail.
  7856 | Sewer    | 7856 ||| UPGRADING to +0 chain mail.
  7857 | Sewer    | 7857 ||| UPGRADING to +0 chain mail.
  7858 | Sewer    | 7858 ||| UPGRADING to +0 chain mail.
  7859 | Sewer    | 7859 ||| UPGRADING to +0 chain mail.
  7860 | Sewer    | 7860 ||| UPGRADING to +0 chain mail.
  7861 | Sewer    | 7861 ||| UPGRADING to +0 chain mail.
  7862 | Sewer    | 7862 ||| UPGRADING to +0 chain mail.
  7863 | Sewer    | 7863 ||| UPGRADING to +0 chain mail.
  7864 | Sewer    | 7864 ||| UPGRADING to +0 chain mail.
  7865 | Sewer    | 7865 ||| UPGRADING to +0 chain mail.
  7866 | Sewer    | 7866 ||| UPGRADING to +0 chain mail.
  7867 | Sewer    | 7867 ||| UPGRADING to +0 chain mail.
  7868 | Sewer    | 7868 ||| UPGRADING to +0 chain mail.
  7869 | Sewer    | 7869 ||| UPGRADING to +0 chain mail.
  7870 | Sewer    | 7870 ||| UPGRADING to +0 chain mail.
  7871 | Sewer    | 7871 ||| UPGRADING to +0 chain mail.
  7872 | Sewer    | 7872 ||| UPGRADING to +0 chain mail.
  7873 | Sewer    | 7873 ||| UPGRADING to +0 chain mail.
  7874 | Sewer    | 7874 ||| UPGRADING to +0 chain mail.
  7875 | Sewer    | 7875 ||| UPGRADING to +0 chain mail.
  7876 | Sewer    | 7876 ||| UPGRADING to +0 chain mail.
  7877 | Sewer    | 7877 ||| UPGRADING to +0 chain mail.
  7878 | Sewer    | 7878 ||| UPGRADING to +0 chain mail.
  7879 | Sewer    | 7879 ||| UPGRADING to +0 chain mail.
  7880 | Sewer    | 7880 ||| UPGRADING to +0 chain mail.
  7881 | Sewer    | 7881 ||| UPGRADING to +0 chain mail.
  7882 | Sewer    | 7882 ||| UPGRADING to +0 chain mail.
  7883 | Sewer    | 7883 ||| UPGRADING to +0 chain mail.
  7884 | Sewer    | 7884 ||| UPGRADING to +0 chain mail.
  7885 | Sewer    | 7885 ||| UPGRADING to +0 chain mail.
  7886 | Sewer    | 7886 ||| UPGRADING to +0 chain mail.
  7887 | Sewer    | 7887 ||| UPGRADING to +0 chain mail.
  7888 | Sewer    | 7888 ||| UPGRADING to +0 chain mail.
  7889 | Sewer    | 7889 ||| UPGRADING to +0 chain mail.
  7890 | Sewer    | 7890 ||| UPGRADING to +0 chain mail.
  7891 | Sewer    | 7891 ||| UPGRADING to +0 chain mail.
  7892 | Sewer    | 7892 ||| UPGRADING to +0 chain mail.
  7893 | Sewer    | 7893 ||| UPGRADING to +0 chain mail.
  7894 | Sewer    | 7894 ||| UPGRADING to +0 chain mail.
  7895 | Sewer    | 7895 ||| UPGRADING to +0 chain mail.
  7896 | Sewer    | 7896 ||| UPGRADING to +0 chain mail.
  7897 | Sewer    | 7897 ||| UPGRADING to +0 chain mail.
  7898 | Sewer    | 7898 ||| UPGRADING to +0 chain mail.
  7899 | Sewer    | 7899 ||| UPGRADING to +0 chain mail.
  7900 | Sewer    | 7900 ||| UPGRADING to +0 chain mail.
  7901 | Sewer    | 7901 ||| UPGRADING to +0 chain mail.
  7902 | Sewer    | 7902 ||| UPGRADING to +0 chain mail.
  7903 | Sewer    | 7903 ||| UPGRADING to +0 chain mail.
  7904 | Sewer    | 7904 ||| UPGRADING to +0 chain mail.
  7905 | Sewer    | 7905 ||| UPGRADING to +0 chain mail.
  7906 | Sewer    | 7906 ||| UPGRADING to +0 chain mail.
  7907 | Sewer    | 7907 ||| UPGRADING to +0 chain mail.
  7908 | Sewer    | 7908 ||| UPGRADING to +0 chain mail.
  7909 | Sewer    | 7909 ||| UPGRADING to +0 chain mail.
  7910 | Sewer    | 7910 ||| UPGRADING to +0 chain mail.
  7911 | Sewer    | 7911 ||| UPGRADING to +0 chain mail.
  7912 | Sewer    | 7912 ||| UPGRADING to +0 chain mail.
  7913 | Sewer    | 7913 ||| UPGRADING to +0 chain mail.
  7914 | Sewer    | 7914 ||| UPGRADING to +0 chain mail.
  7915 | Sewer    | 7915 ||| UPGRADING to +0 chain mail.
  7916 | Sewer    | 7916 ||| UPGRADING to +0 chain mail.
  7917 | Sewer    | 7917 ||| UPGRADING to +0 chain mail.
  7918 | Sewer    | 7918 ||| UPGRADING to +0 chain mail.
  7919 | Sewer    | 7919 ||| UPGRADING to +0 chain mail.
  7920 | Sewer    | 7920 ||| UPGRADING to +0 chain mail.
  7921 | Sewer    | 7921 ||| UPGRADING to +0 chain mail.
  7922 | Sewer    | 7922 ||| UPGRADING to +0 chain mail.
  7923 | Sewer    | 7923 ||| UPGRADING to +0 chain mail.
  7924 | Sewer    | 7924 ||| UPGRADING to +0 chain mail.
  7925 | Sewer    | 7925 ||| UPGRADING to +0 chain mail.
  7926 | Sewer    | 7926 ||| UPGRADING to +0 chain mail.
  7927 | Sewer    | 7927 ||| UPGRADING to +0 chain mail.
  7928 | Sewer    | 7928 ||| UPGRADING to +0 chain mail.
  7929 | Sewer    | 7929 ||| UPGRADING to +0 chain mail.
  7930 | Sewer    | 7930 ||| UPGRADING to +0 chain mail.
  7931 | Sewer    | 7931 ||| UPGRADING to +0 chain mail.
  7932 | Sewer    | 7932 ||| UPGRADING to +0 chain mail.
  7933 | Sewer    | 7933 ||| UPGRADING to +0 chain mail.
  7934 | Sewer    | 7934 ||| UPGRADING to +0 chain mail.
  7935 | Sewer    | 7935 ||| UPGRADING to +0 chain mail.
  7936 | Sewer    | 7936 ||| UPGRADING to +0 chain mail.
  7937 | Sewer    | 7937 ||| UPGRADING to +0 chain mail.
  7938 | Sewer    | 7938 ||| UPGRADING to +0 chain mail.
  7939 | Sewer    | 7939 ||| UPGRADING to +0 chain mail.
  7940 | Sewer    | 7940 ||| UPGRADING to +0 chain mail.
  7941 | Sewer    | 7941 ||| UPGRADING to +0 chain mail.
  7942 | Sewer    | 7942 ||| UPGRADING to +0 chain mail.
  7943 | Sewer    | 7943 ||| UPGRADING to +0 chain mail.
  7944 | Sewer    | 7944 ||| UPGRADING to +0 chain mail.
  7945 | Sewer    | 7945 ||| UPGRADING to +0 chain mail.
  7946 | Sewer    | 7946 ||| UPGRADING to +0 chain mail.
  7947 | Sewer    | 7947 ||| UPGRADING to +0 chain mail.
  7948 | Sewer    | 7948 ||| UPGRADING to +0 chain mail.
  7949 | Sewer    | 7949 ||| UPGRADING to +0 chain mail.
  7950 | Sewer    | 7950 ||| UPGRADING to +0 chain mail.
  7951 | Sewer    | 7951 ||| UPGRADING to +0 chain mail.
  7952 | Sewer    | 7952 ||| UPGRADING to +0 chain mail.
  7953 | Sewer    | 7953 ||| UPGRADING to +0 chain mail.
  7954 | Sewer    | 7954 ||| UPGRADING to +0 chain mail.
  7955 | Sewer    | 7955 ||| UPGRADING to +0 chain mail.
  7956 | Sewer    | 7956 ||| UPGRADING to +0 chain mail.
  7957 | Sewer    | 7957 ||| UPGRADING to +0 chain mail.
  7958 | Sewer    | 7958 ||| UPGRADING to +0 chain mail.
  7959 | Sewer    | 7959 ||| UPGRADING to +0 chain mail.
  7960 | Sewer    | 7960 ||| UPGRADING to +0 chain mail.
  7961 | Sewer    | 7961 ||| UPGRADING to +0 chain mail.
  7962 | Sewer    | 7962 ||| UPGRADING to +0 chain mail.
  7963 | Sewer    | 7963 ||| UPGRADING to +0 chain mail.
  7964 | Sewer    | 7964 ||| UPGRADING to +0 chain mail.
  7965 | Sewer    | 7965 ||| UPGRADING to +0 chain mail.
  7966 | Sewer    | 7966 ||| UPGRADING to +0 chain mail.
  7967 | Sewer    | 7967 ||| UPGRADING to +0 chain mail.
  7968 | Sewer    | 7968 ||| UPGRADING to +0 chain mail.
  7969 | Sewer    | 7969 ||| UPGRADING to +0 chain mail.
  7970 | Sewer    | 7970 ||| UPGRADING to +0 chain mail.
  7971 | Sewer    | 7971 ||| UPGRADING to +0 chain mail.
  7972 | Sewer    | 7972 ||| UPGRADING to +0 chain mail.
  7973 | Sewer    | 7973 ||| UPGRADING to +0 chain mail.
  7974 | Sewer    | 7974 ||| UPGRADING to +0 chain mail.
  7975 | Sewer    | 7975 ||| UPGRADING to +0 chain mail.
  7976 | Sewer    | 7976 ||| UPGRADING to +0 chain mail.
  7977 | Sewer    | 7977 ||| UPGRADING to +0 chain mail.
  7978 | Sewer    | 7978 ||| UPGRADING to +0 chain mail.
  7979 | Sewer    | 7979 ||| UPGRADING to +0 chain mail.
  7980 | Sewer    | 7980 ||| UPGRADING to +0 chain mail.
  7981 | Sewer    | 7981 ||| UPGRADING to +0 chain mail.
  7982 | Sewer    | 7982 ||| UPGRADING to +0 chain mail.
  7983 | Sewer    | 7983 ||| UPGRADING to +0 chain mail.
  7984 | Sewer    | 7984 ||| UPGRADING to +0 chain mail.
  7985 | Sewer    | 7985 ||| UPGRADING to +0 chain mail.
  7986 | Sewer    | 7986 ||| UPGRADING to +0 chain mail.
  7987 | Sewer    | 7987 ||| UPGRADING to +0 chain mail.
  7988 | Sewer    | 7988 ||| UPGRADING to +0 chain mail.
  7989 | Sewer    | 7989 ||| UPGRADING to +0 chain mail.
  7990 | Sewer    | 7990 ||| UPGRADING to +0 chain mail.
  7991 | Sewer    | 7991 ||| UPGRADING to +0 chain mail.
  7992 | Sewer    | 7992 ||| UPGRADING to +0 chain mail.
  7993 | Sewer    | 7993 ||| UPGRADING to +0 chain mail.
  7994 | Sewer    | 7994 ||| UPGRADING to +0 chain mail.
  7995 | Sewer    | 7995 ||| UPGRADING to +0 chain mail.
  7996 | Sewer    | 7996 ||| UPGRADING to +0 chain mail.
  7997 | Sewer    | 7997 ||| UPGRADING to +0 chain mail.
  7998 | Sewer    | 7998 ||| UPGRADING to +0 chain mail.
  7999 | Sewer    | 7999 ||| UPGRADING to +0 chain mail.
  8000 | Sewer    | 8000 ||| UPGRADING to +0 chain mail.
  8001 | Sewer    | 8001 ||| UPGRADING to +0 chain mail.
  8002 | Sewer    | 8002 ||| UPGRADING to +0 chain mail.
  8003 | Sewer    | 8003 ||| UPGRADING to +0 chain mail.
  8004 | Sewer    | 8004 ||| UPGRADING to +0 chain mail.
  8005 | Sewer    | 8005 ||| UPGRADING to +0 chain mail.
  8006 | Sewer    | 8006 ||| UPGRADING to +0 chain mail.
  8007 | Sewer    | 8007 ||| UPGRADING to +0 chain mail.
  8008 | Sewer    | 8008 ||| UPGRADING to +0 chain mail.
  8009 | Sewer    | 8009 ||| UPGRADING to +0 chain mail.
  8010 | Sewer    | 8010 ||| UPGRADING to +0 chain mail.
  8011 | Sewer    | 8011 ||| UPGRADING to +0 chain mail.
  8012 | Sewer    | 8012 ||| UPGRADING to +0 chain mail.
  8013 | Sewer    | 8013 ||| UPGRADING to +0 chain mail.
  8014 | Sewer    | 8014 ||| UPGRADING to +0 chain mail.
  8015 | Sewer    | 8015 ||| UPGRADING to +0 chain mail.
  8016 | Sewer    | 8016 ||| UPGRADING to +0 chain mail.
  8017 | Sewer    | 8017 ||| UPGRADING to +0 chain mail.
  8018 | Sewer    | 8018 ||| UPGRADING to +0 chain mail.
  8019 | Sewer    | 8019 ||| UPGRADING to +0 chain mail.
  8020 | Sewer    | 8020 ||| UPGRADING to +0 chain mail.
  8021 | Sewer    | 8021 ||| UPGRADING to +0 chain mail.
  8022 | Sewer    | 8022 ||| UPGRADING to +0 chain mail.
  8023 | Sewer    | 8023 ||| UPGRADING to +0 chain mail.
  8024 | Sewer    | 8024 ||| UPGRADING to +0 chain mail.
  8025 | Sewer    | 8025 ||| UPGRADING to +0 chain mail.
  8026 | Sewer    | 8026 ||| UPGRADING to +0 chain mail.
  8027 | Sewer    | 8027 ||| UPGRADING to +0 chain mail.
  8028 | Sewer    | 8028 ||| UPGRADING to +0 chain mail.
  8029 | Sewer    | 8029 ||| UPGRADING to +0 chain mail.
  8030 | Sewer    | 8030 ||| UPGRADING to +0 chain mail.
  8031 | Sewer    | 8031 ||| UPGRADING to +0 chain mail.
  8032 | Sewer    | 8032 ||| UPGRADING to +0 chain mail.
  8033 | Sewer    | 8033 ||| UPGRADING to +0 chain mail.
  8034 | Sewer    | 8034 ||| UPGRADING to +0 chain mail.
  8035 | Sewer    | 8035 ||| UPGRADING to +0 chain mail.
  8036 | Sewer    | 8036 ||| UPGRADING to +0 chain mail.
  8037 | Sewer    | 8037 ||| UPGRADING to +0 chain mail.
  8038 | Sewer    | 8038 ||| UPGRADING to +0 chain mail.
  8039 | Sewer    | 8039 ||| UPGRADING to +0 chain mail.
  8040 | Sewer    | 8040 ||| UPGRADING to +0 chain mail.
  8041 | Sewer    | 8041 ||| UPGRADING to +0 chain mail.
  8042 | Sewer    | 8042 ||| UPGRADING to +0 chain mail.
  8043 | Sewer    | 8043 ||| UPGRADING to +0 chain mail.
  8044 | Sewer    | 8044 ||| UPGRADING to +0 chain mail.
  8045 | Sewer    | 8045 ||| UPGRADING to +0 chain mail.
  8046 | Sewer    | 8046 ||| UPGRADING to +0 chain mail.
  8047 | Sewer    | 8047 ||| UPGRADING to +0 chain mail.
  8048 | Sewer    | 8048 ||| UPGRADING to +0 chain mail.
  8049 | Sewer    | 8049 ||| UPGRADING to +0 chain mail.
  8050 | Sewer    | 8050 ||| UPGRADING to +0 chain mail.
  8051 | Sewer    | 8051 ||| UPGRADING to +0 chain mail.
  8052 | Sewer    | 8052 ||| UPGRADING to +0 chain mail.
  8053 | Sewer    | 8053 ||| UPGRADING to +0 chain mail.
  8054 | Sewer    | 8054 ||| UPGRADING to +0 chain mail.
  8055 | Sewer    | 8055 ||| UPGRADING to +0 chain mail.
  8056 | Sewer    | 8056 ||| UPGRADING to +0 chain mail.
  8057 | Sewer    | 8057 ||| UPGRADING to +0 chain mail.
  8058 | Sewer    | 8058 ||| UPGRADING to +0 chain mail.
  8059 | Sewer    | 8059 ||| UPGRADING to +0 chain mail.
  8060 | Sewer    | 8060 ||| UPGRADING to +0 chain mail.
  8061 | Sewer    | 8061 ||| UPGRADING to +0 chain mail.
  8062 | Sewer    | 8062 ||| UPGRADING to +0 chain mail.
  8063 | Sewer    | 8063 ||| UPGRADING to +0 chain mail.
  8064 | Sewer    | 8064 ||| UPGRADING to +0 chain mail.
  8065 | Sewer    | 8065 ||| UPGRADING to +0 chain mail.
  8066 | Sewer    | 8066 ||| UPGRADING to +0 chain mail.
  8067 | Sewer    | 8067 ||| UPGRADING to +0 chain mail.
  8068 | Sewer    | 8068 ||| UPGRADING to +0 chain mail.
  8069 | Sewer    | 8069 ||| UPGRADING to +0 chain mail.
  8070 | Sewer    | 8070 ||| UPGRADING to +0 chain mail.
  8071 | Sewer    | 8071 ||| UPGRADING to +0 chain mail.
  8072 | Sewer    | 8072 ||| UPGRADING to +0 chain mail.
  8073 | Sewer    | 8073 ||| UPGRADING to +0 chain mail.
  8074 | Sewer    | 8074 ||| UPGRADING to +0 chain mail.
  8075 | Sewer    | 8075 ||| UPGRADING to +0 chain mail.
  8076 | Sewer    | 8076 ||| UPGRADING to +0 chain mail.
  8077 | Sewer    | 8077 ||| UPGRADING to +0 chain mail.
  8078 | Sewer    | 8078 ||| UPGRADING to +0 chain mail.
  8079 | Sewer    | 8079 ||| UPGRADING to +0 chain mail.
  8080 | Sewer    | 8080 ||| UPGRADING to +0 chain mail.
  8081 | Sewer    | 8081 ||| UPGRADING to +0 chain mail.
  8082 | Sewer    | 8082 ||| UPGRADING to +0 chain mail.
  8083 | Sewer    | 8083 ||| UPGRADING to +0 chain mail.
  8084 | Sewer    | 8084 ||| UPGRADING to +0 chain mail.
  8085 | Sewer    | 8085 ||| UPGRADING to +0 chain mail.
  8086 | Sewer    | 8086 ||| UPGRADING to +0 chain mail.
  8087 | Sewer    | 8087 ||| UPGRADING to +0 chain mail.
  8088 | Sewer    | 8088 ||| UPGRADING to +0 chain mail.
  8089 | Sewer    | 8089 ||| UPGRADING to +0 chain mail.
  8090 | Sewer    | 8090 ||| UPGRADING to +0 chain mail.
  8091 | Sewer    | 8091 ||| UPGRADING to +0 chain mail.
  8092 | Sewer    | 8092 ||| UPGRADING to +0 chain mail.
  8093 | Sewer    | 8093 ||| UPGRADING to +0 chain mail.
  8094 | Sewer    | 8094 ||| UPGRADING to +0 chain mail.
  8095 | Sewer    | 8095 ||| UPGRADING to +0 chain mail.
  8096 | Sewer    | 8096 ||| UPGRADING to +0 chain mail.
  8097 | Sewer    | 8097 ||| UPGRADING to +0 chain mail.
  8098 | Sewer    | 8098 ||| UPGRADING to +0 chain mail.
  8099 | Sewer    | 8099 ||| UPGRADING to +0 chain mail.
  8100 | Sewer    | 8100 ||| UPGRADING to +0 chain mail.
  8101 | Sewer    | 8101 ||| UPGRADING to +0 chain mail.
  8102 | Sewer    | 8102 ||| UPGRADING to +0 chain mail.
  8103 | Sewer    | 8103 ||| UPGRADING to +0 chain mail.
  8104 | Sewer    | 8104 ||| UPGRADING to +0 chain mail.
  8105 | Sewer    | 8105 ||| UPGRADING to +0 chain mail.
  8106 | Sewer    | 8106 ||| UPGRADING to +0 chain mail.
  8107 | Sewer    | 8107 ||| UPGRADING to +0 chain mail.
  8108 | Sewer    | 8108 ||| UPGRADING to +0 chain mail.
  8109 | Sewer    | 8109 ||| UPGRADING to +0 chain mail.
  8110 | Sewer    | 8110 ||| UPGRADING to +0 chain mail.
  8111 | Sewer    | 8111 ||| UPGRADING to +0 chain mail.
  8112 | Sewer    | 8112 ||| UPGRADING to +0 chain mail.
  8113 | Sewer    | 8113 ||| UPGRADING to +0 chain mail.
  8114 | Sewer    | 8114 ||| UPGRADING to +0 chain mail.
  8115 | Sewer    | 8115 ||| UPGRADING to +0 chain mail.
  8116 | Sewer    | 8116 ||| UPGRADING to +0 chain mail.
  8117 | Sewer    | 8117 ||| UPGRADING to +0 chain mail.
  8118 | Sewer    | 8118 ||| UPGRADING to +0 chain mail.
  8119 | Sewer    | 8119 ||| UPGRADING to +0 chain mail.
  8120 | Sewer    | 8120 ||| UPGRADING to +0 chain mail.
  8121 | Sewer    | 8121 ||| UPGRADING to +0 chain mail.
  8122 | Sewer    | 8122 ||| UPGRADING to +0 chain mail.
  8123 | Sewer    | 8123 ||| UPGRADING to +0 chain mail.
  8124 | Sewer    | 8124 ||| UPGRADING to +0 chain mail.
  8125 | Sewer    | 8125 ||| UPGRADING to +0 chain mail.
  8126 | Sewer    | 8126 ||| UPGRADING to +0 chain mail.
  8127 | Sewer    | 8127 ||| UPGRADING to +0 chain mail.
  8128 | Sewer    | 8128 ||| UPGRADING to +0 chain mail.
  8129 | Sewer    | 8129 ||| UPGRADING to +0 chain mail.
  8130 | Sewer    | 8130 ||| UPGRADING to +0 chain mail.
  8131 | Sewer    | 8131 ||| UPGRADING to +0 chain mail.
  8132 | Sewer    | 8132 ||| UPGRADING to +0 chain mail.
  8133 | Sewer    | 8133 ||| UPGRADING to +0 chain mail.
  8134 | Sewer    | 8134 ||| UPGRADING to +0 chain mail.
  8135 | Sewer    | 8135 ||| UPGRADING to +0 chain mail.
  8136 | Sewer    | 8136 ||| UPGRADING to +0 chain mail.
  8137 | Sewer    | 8137 ||| UPGRADING to +0 chain mail.
  8138 | Sewer    | 8138 ||| UPGRADING to +0 chain mail.
  8139 | Sewer    | 8139 ||| UPGRADING to +0 chain mail.
  8140 | Sewer    | 8140 ||| UPGRADING to +0 chain mail.
  8141 | Sewer    | 8141 ||| UPGRADING to +0 chain mail.
  8142 | Sewer    | 8142 ||| UPGRADING to +0 chain mail.
  8143 | Sewer    | 8143 ||| UPGRADING to +0 chain mail.
  8144 | Sewer    | 8144 ||| UPGRADING to +0 chain mail.
  8145 | Sewer    | 8145 ||| UPGRADING to +0 chain mail.
  8146 | Sewer    | 8146 ||| UPGRADING to +0 chain mail.
  8147 | Sewer    | 8147 ||| UPGRADING to +0 chain mail.
  8148 | Sewer    | 8148 ||| UPGRADING to +0 chain mail.
  8149 | Sewer    | 8149 ||| UPGRADING to +0 chain mail.
  8150 | Sewer    | 8150 ||| UPGRADING to +0 chain mail.
  8151 | Sewer    | 8151 ||| UPGRADING to +0 chain mail.
  8152 | Sewer    | 8152 ||| UPGRADING to +0 chain mail.
  8153 | Sewer    | 8153 ||| UPGRADING to +0 chain mail.
  8154 | Sewer    | 8154 ||| UPGRADING to +0 chain mail.
  8155 | Sewer    | 8155 ||| UPGRADING to +0 chain mail.
  8156 | Sewer    | 8156 ||| UPGRADING to +0 chain mail.
  8157 | Sewer    | 8157 ||| UPGRADING to +0 chain mail.
  8158 | Sewer    | 8158 ||| UPGRADING to +0 chain mail.
  8159 | Sewer    | 8159 ||| UPGRADING to +0 chain mail.
  8160 | Sewer    | 8160 ||| UPGRADING to +0 chain mail.
  8161 | Sewer    | 8161 ||| UPGRADING to +0 chain mail.
  8162 | Sewer    | 8162 ||| UPGRADING to +0 chain mail.
  8163 | Sewer    | 8163 ||| UPGRADING to +0 chain mail.
  8164 | Sewer    | 8164 ||| UPGRADING to +0 chain mail.
  8165 | Sewer    | 8165 ||| UPGRADING to +0 chain mail.
  8166 | Sewer    | 8166 ||| UPGRADING to +0 chain mail.
  8167 | Sewer    | 8167 ||| UPGRADING to +0 chain mail.
  8168 | Sewer    | 8168 ||| UPGRADING to +0 chain mail.
  8169 | Sewer    | 8169 ||| UPGRADING to +0 chain mail.
  8170 | Sewer    | 8170 ||| UPGRADING to +0 chain mail.
  8171 | Sewer    | 8171 ||| UPGRADING to +0 chain mail.
  8172 | Sewer    | 8172 ||| UPGRADING to +0 chain mail.
  8173 | Sewer    | 8173 ||| UPGRADING to +0 chain mail.
  8174 | Sewer    | 8174 ||| UPGRADING to +0 chain mail.
  8175 | Sewer    | 8175 ||| UPGRADING to +0 chain mail.
  8176 | Sewer    | 8176 ||| UPGRADING to +0 chain mail.
  8177 | Sewer    | 8177 ||| UPGRADING to +0 chain mail.
  8178 | Sewer    | 8178 ||| UPGRADING to +0 chain mail.
  8179 | Sewer    | 8179 ||| UPGRADING to +0 chain mail.
  8180 | Sewer    | 8180 ||| UPGRADING to +0 chain mail.
  8181 | Sewer    | 8181 ||| UPGRADING to +0 chain mail.
  8181 | Sewer    | Glimpsed the power of Zot.
  8182 | Sewer    | 8182 ||| UPGRADING to +0 chain mail.
  8183 | Sewer    | 8183 ||| UPGRADING to +0 chain mail.
  8184 | Sewer    | 8184 ||| UPGRADING to +0 chain mail.
  8185 | Sewer    | 8185 ||| UPGRADING to +0 chain mail.
  8186 | Sewer    | 8186 ||| UPGRADING to +0 chain mail.
  8187 | Sewer    | 8187 ||| UPGRADING to +0 chain mail.
  8188 | Sewer    | 8188 ||| UPGRADING to +0 chain mail.
  8189 | Sewer    | 8189 ||| UPGRADING to +0 chain mail.
  8190 | Sewer    | 8190 ||| UPGRADING to +0 chain mail.
  8191 | Sewer    | 8191 ||| UPGRADING to +0 chain mail.
  8192 | Sewer    | 8192 ||| UPGRADING to +0 chain mail.
  8193 | Sewer    | 8193 ||| UPGRADING to +0 chain mail.
  8194 | Sewer    | 8194 ||| UPGRADING to +0 chain mail.
  8195 | Sewer    | 8195 ||| UPGRADING to +0 chain mail.
  8196 | Sewer    | 8196 ||| UPGRADING to +0 chain mail.
  8197 | Sewer    | 8197 ||| UPGRADING to +0 chain mail.
  8198 | Sewer    | 8198 ||| UPGRADING to +0 chain mail.
  8199 | Sewer    | 8199 ||| UPGRADING to +0 chain mail.
  8200 | Sewer    | 8200 ||| UPGRADING to +0 chain mail.
  8201 | Sewer    | 8201 ||| UPGRADING to +0 chain mail.
  8202 | Sewer    | 8202 ||| UPGRADING to +0 chain mail.
  8203 | Sewer    | 8203 ||| UPGRADING to +0 chain mail.
  8204 | Sewer    | 8204 ||| UPGRADING to +0 chain mail.
  8205 | Sewer    | 8205 ||| UPGRADING to +0 chain mail.
  8206 | Sewer    | 8206 ||| UPGRADING to +0 chain mail.
  8207 | Sewer    | 8207 ||| UPGRADING to +0 chain mail.
  8208 | Sewer    | 8208 ||| UPGRADING to +0 chain mail.
  8209 | Sewer    | 8209 ||| UPGRADING to +0 chain mail.
  8210 | Sewer    | 8210 ||| UPGRADING to +0 chain mail.
  8211 | Sewer    | 8211 ||| UPGRADING to +0 chain mail.
  8212 | Sewer    | 8212 ||| UPGRADING to +0 chain mail.
  8213 | Sewer    | 8213 ||| UPGRADING to +0 chain mail.
  8214 | Sewer    | 8214 ||| UPGRADING to +0 chain mail.
  8215 | Sewer    | 8215 ||| UPGRADING to +0 chain mail.
  8216 | Sewer    | 8216 ||| UPGRADING to +0 chain mail.
  8217 | Sewer    | 8217 ||| UPGRADING to +0 chain mail.
  8218 | Sewer    | 8218 ||| UPGRADING to +0 chain mail.
  8219 | Sewer    | 8219 ||| UPGRADING to +0 chain mail.
  8220 | Sewer    | 8220 ||| UPGRADING to +0 chain mail.
  8221 | Sewer    | 8221 ||| UPGRADING to +0 chain mail.
  8222 | Sewer    | 8222 ||| UPGRADING to +0 chain mail.
  8223 | Sewer    | 8223 ||| UPGRADING to +0 chain mail.
  8224 | Sewer    | 8224 ||| UPGRADING to +0 chain mail.
  8225 | Sewer    | 8225 ||| UPGRADING to +0 chain mail.
  8226 | Sewer    | 8226 ||| UPGRADING to +0 chain mail.
  8227 | Sewer    | 8227 ||| UPGRADING to +0 chain mail.
  8228 | Sewer    | 8228 ||| UPGRADING to +0 chain mail.
  8229 | Sewer    | 8229 ||| UPGRADING to +0 chain mail.
  8230 | Sewer    | 8230 ||| UPGRADING to +0 chain mail.
  8231 | Sewer    | 8231 ||| UPGRADING to +0 chain mail.
  8232 | Sewer    | 8232 ||| UPGRADING to +0 chain mail.
  8233 | Sewer    | 8233 ||| UPGRADING to +0 chain mail.
  8234 | Sewer    | 8234 ||| UPGRADING to +0 chain mail.
  8235 | Sewer    | 8235 ||| UPGRADING to +0 chain mail.
  8236 | Sewer    | 8236 ||| UPGRADING to +0 chain mail.
  8237 | Sewer    | 8237 ||| UPGRADING to +0 chain mail.
  8238 | Sewer    | 8238 ||| UPGRADING to +0 chain mail.
  8239 | Sewer    | 8239 ||| UPGRADING to +0 chain mail.
  8240 | Sewer    | 8240 ||| UPGRADING to +0 chain mail.
  8241 | Sewer    | 8241 ||| UPGRADING to +0 chain mail.
  8242 | Sewer    | 8242 ||| UPGRADING to +0 chain mail.
  8243 | Sewer    | 8243 ||| UPGRADING to +0 chain mail.
  8244 | Sewer    | 8244 ||| UPGRADING to +0 chain mail.
  8245 | Sewer    | 8245 ||| UPGRADING to +0 chain mail.
  8246 | Sewer    | 8246 ||| UPGRADING to +0 chain mail.
  8247 | Sewer    | 8247 ||| UPGRADING to +0 chain mail.
  8248 | Sewer    | 8248 ||| UPGRADING to +0 chain mail.
  8249 | Sewer    | 8249 ||| UPGRADING to +0 chain mail.
  8250 | Sewer    | 8250 ||| UPGRADING to +0 chain mail.
  8251 | Sewer    | 8251 ||| UPGRADING to +0 chain mail.
  8252 | Sewer    | 8252 ||| UPGRADING to +0 chain mail.
  8253 | Sewer    | 8253 ||| UPGRADING to +0 chain mail.
  8254 | Sewer    | 8254 ||| UPGRADING to +0 chain mail.
  8255 | Sewer    | 8255 ||| UPGRADING to +0 chain mail.
  8256 | Sewer    | 8256 ||| UPGRADING to +0 chain mail.
  8257 | Sewer    | 8257 ||| UPGRADING to +0 chain mail.
  8258 | Sewer    | 8258 ||| UPGRADING to +0 chain mail.
  8259 | Sewer    | 8259 ||| UPGRADING to +0 chain mail.
  8260 | Sewer    | 8260 ||| UPGRADING to +0 chain mail.
  8261 | Sewer    | 8261 ||| UPGRADING to +0 chain mail.
  8262 | Sewer    | 8262 ||| UPGRADING to +0 chain mail.
  8263 | Sewer    | 8263 ||| UPGRADING to +0 chain mail.
  8264 | Sewer    | 8264 ||| UPGRADING to +0 chain mail.
  8265 | Sewer    | 8265 ||| UPGRADING to +0 chain mail.
  8266 | Sewer    | 8266 ||| UPGRADING to +0 chain mail.
  8267 | Sewer    | 8267 ||| UPGRADING to +0 chain mail.
  8268 | Sewer    | 8268 ||| UPGRADING to +0 chain mail.
  8269 | Sewer    | 8269 ||| UPGRADING to +0 chain mail.
  8270 | Sewer    | 8270 ||| UPGRADING to +0 chain mail.
  8271 | Sewer    | 8271 ||| UPGRADING to +0 chain mail.
  8272 | Sewer    | 8272 ||| UPGRADING to +0 chain mail.
  8273 | Sewer    | 8273 ||| UPGRADING to +0 chain mail.
  8274 | Sewer    | 8274 ||| UPGRADING to +0 chain mail.
  8275 | Sewer    | 8275 ||| UPGRADING to +0 chain mail.
  8276 | Sewer    | 8276 ||| UPGRADING to +0 chain mail.
  8277 | Sewer    | 8277 ||| UPGRADING to +0 chain mail.
  8278 | Sewer    | 8278 ||| UPGRADING to +0 chain mail.
  8279 | Sewer    | 8279 ||| UPGRADING to +0 chain mail.
  8280 | Sewer    | 8280 ||| UPGRADING to +0 chain mail.
  8281 | Sewer    | 8281 ||| UPGRADING to +0 chain mail.
  8281 | Sewer    | Touched by the power of Zot (MHP 38 -> 29)
  8282 | Sewer    | 8282 ||| UPGRADING to +0 chain mail.
  8282 | Sewer    | Glimpsed the power of Zot.
  8283 | Sewer    | 8283 ||| UPGRADING to +0 chain mail.
  8284 | Sewer    | 8284 ||| UPGRADING to +0 chain mail.
  8285 | Sewer    | 8285 ||| UPGRADING to +0 chain mail.
  8286 | Sewer    | 8286 ||| UPGRADING to +0 chain mail.
  8287 | Sewer    | 8287 ||| UPGRADING to +0 chain mail.
  8288 | Sewer    | 8288 ||| UPGRADING to +0 chain mail.
  8289 | Sewer    | 8289 ||| UPGRADING to +0 chain mail.
  8290 | Sewer    | 8290 ||| UPGRADING to +0 chain mail.
  8291 | Sewer    | 8291 ||| UPGRADING to +0 chain mail.
  8292 | Sewer    | 8292 ||| UPGRADING to +0 chain mail.
  8293 | Sewer    | 8293 ||| UPGRADING to +0 chain mail.
  8294 | Sewer    | 8294 ||| UPGRADING to +0 chain mail.
  8295 | Sewer    | 8295 ||| UPGRADING to +0 chain mail.
  8296 | Sewer    | 8296 ||| UPGRADING to +0 chain mail.
  8297 | Sewer    | 8297 ||| UPGRADING to +0 chain mail.
  8298 | Sewer    | 8298 ||| UPGRADING to +0 chain mail.
  8299 | Sewer    | 8299 ||| UPGRADING to +0 chain mail.
  8300 | Sewer    | 8300 ||| UPGRADING to +0 chain mail.
  8301 | Sewer    | 8301 ||| UPGRADING to +0 chain mail.
  8302 | Sewer    | 8302 ||| UPGRADING to +0 chain mail.
  8303 | Sewer    | 8303 ||| UPGRADING to +0 chain mail.
  8304 | Sewer    | 8304 ||| UPGRADING to +0 chain mail.
  8305 | Sewer    | 8305 ||| UPGRADING to +0 chain mail.
  8306 | Sewer    | 8306 ||| UPGRADING to +0 chain mail.
  8307 | Sewer    | 8307 ||| UPGRADING to +0 chain mail.
  8308 | Sewer    | 8308 ||| UPGRADING to +0 chain mail.
  8309 | Sewer    | 8309 ||| UPGRADING to +0 chain mail.
  8310 | Sewer    | 8310 ||| UPGRADING to +0 chain mail.
  8311 | Sewer    | 8311 ||| UPGRADING to +0 chain mail.
  8312 | Sewer    | 8312 ||| UPGRADING to +0 chain mail.
  8313 | Sewer    | 8313 ||| UPGRADING to +0 chain mail.
  8314 | Sewer    | 8314 ||| UPGRADING to +0 chain mail.
  8315 | Sewer    | 8315 ||| UPGRADING to +0 chain mail.
  8316 | Sewer    | 8316 ||| UPGRADING to +0 chain mail.
  8317 | Sewer    | 8317 ||| UPGRADING to +0 chain mail.
  8318 | Sewer    | 8318 ||| UPGRADING to +0 chain mail.
  8319 | Sewer    | 8319 ||| UPGRADING to +0 chain mail.
  8320 | Sewer    | 8320 ||| UPGRADING to +0 chain mail.
  8321 | Sewer    | 8321 ||| UPGRADING to +0 chain mail.
  8322 | Sewer    | 8322 ||| UPGRADING to +0 chain mail.
  8323 | Sewer    | 8323 ||| UPGRADING to +0 chain mail.
  8324 | Sewer    | 8324 ||| UPGRADING to +0 chain mail.
  8325 | Sewer    | 8325 ||| UPGRADING to +0 chain mail.
  8326 | Sewer    | 8326 ||| UPGRADING to +0 chain mail.
  8327 | Sewer    | 8327 ||| UPGRADING to +0 chain mail.
  8328 | Sewer    | 8328 ||| UPGRADING to +0 chain mail.
  8329 | Sewer    | 8329 ||| UPGRADING to +0 chain mail.
  8330 | Sewer    | 8330 ||| UPGRADING to +0 chain mail.
  8331 | Sewer    | 8331 ||| UPGRADING to +0 chain mail.
  8332 | Sewer    | 8332 ||| UPGRADING to +0 chain mail.
  8333 | Sewer    | 8333 ||| UPGRADING to +0 chain mail.
  8334 | Sewer    | 8334 ||| UPGRADING to +0 chain mail.
  8335 | Sewer    | 8335 ||| UPGRADING to +0 chain mail.
  8336 | Sewer    | 8336 ||| UPGRADING to +0 chain mail.
  8337 | Sewer    | 8337 ||| UPGRADING to +0 chain mail.
  8338 | Sewer    | 8338 ||| UPGRADING to +0 chain mail.
  8339 | Sewer    | 8339 ||| UPGRADING to +0 chain mail.
  8340 | Sewer    | 8340 ||| UPGRADING to +0 chain mail.
  8341 | Sewer    | 8341 ||| UPGRADING to +0 chain mail.
  8342 | Sewer    | 8342 ||| UPGRADING to +0 chain mail.
  8343 | Sewer    | 8343 ||| UPGRADING to +0 chain mail.
  8344 | Sewer    | 8344 ||| UPGRADING to +0 chain mail.
  8345 | Sewer    | 8345 ||| UPGRADING to +0 chain mail.
  8346 | Sewer    | 8346 ||| UPGRADING to +0 chain mail.
  8347 | Sewer    | 8347 ||| UPGRADING to +0 chain mail.
  8348 | Sewer    | 8348 ||| UPGRADING to +0 chain mail.
  8349 | Sewer    | 8349 ||| UPGRADING to +0 chain mail.
  8350 | Sewer    | 8350 ||| UPGRADING to +0 chain mail.
  8351 | Sewer    | 8351 ||| UPGRADING to +0 chain mail.
  8352 | Sewer    | 8352 ||| UPGRADING to +0 chain mail.
  8353 | Sewer    | 8353 ||| UPGRADING to +0 chain mail.
  8354 | Sewer    | 8354 ||| UPGRADING to +0 chain mail.
  8355 | Sewer    | 8355 ||| UPGRADING to +0 chain mail.
  8356 | Sewer    | 8356 ||| UPGRADING to +0 chain mail.
  8357 | Sewer    | 8357 ||| UPGRADING to +0 chain mail.
  8358 | Sewer    | 8358 ||| UPGRADING to +0 chain mail.
  8359 | Sewer    | 8359 ||| UPGRADING to +0 chain mail.
  8360 | Sewer    | 8360 ||| UPGRADING to +0 chain mail.
  8361 | Sewer    | 8361 ||| UPGRADING to +0 chain mail.
  8362 | Sewer    | 8362 ||| UPGRADING to +0 chain mail.
  8363 | Sewer    | 8363 ||| UPGRADING to +0 chain mail.
  8364 | Sewer    | 8364 ||| UPGRADING to +0 chain mail.
  8365 | Sewer    | 8365 ||| UPGRADING to +0 chain mail.
  8366 | Sewer    | 8366 ||| UPGRADING to +0 chain mail.
  8367 | Sewer    | 8367 ||| UPGRADING to +0 chain mail.
  8368 | Sewer    | 8368 ||| UPGRADING to +0 chain mail.
  8369 | Sewer    | 8369 ||| UPGRADING to +0 chain mail.
  8370 | Sewer    | 8370 ||| UPGRADING to +0 chain mail.
  8371 | Sewer    | 8371 ||| UPGRADING to +0 chain mail.
  8372 | Sewer    | 8372 ||| UPGRADING to +0 chain mail.
  8373 | Sewer    | 8373 ||| UPGRADING to +0 chain mail.
  8374 | Sewer    | 8374 ||| UPGRADING to +0 chain mail.
  8375 | Sewer    | 8375 ||| UPGRADING to +0 chain mail.
  8376 | Sewer    | 8376 ||| UPGRADING to +0 chain mail.
  8377 | Sewer    | 8377 ||| UPGRADING to +0 chain mail.
  8378 | Sewer    | 8378 ||| UPGRADING to +0 chain mail.
  8379 | Sewer    | 8379 ||| UPGRADING to +0 chain mail.
  8380 | Sewer    | 8380 ||| UPGRADING to +0 chain mail.
  8381 | Sewer    | 8381 ||| UPGRADING to +0 chain mail.
  8382 | Sewer    | 8382 ||| UPGRADING to +0 chain mail.
  8383 | Sewer    | 8383 ||| UPGRADING to +0 chain mail.
  8384 | Sewer    | 8384 ||| UPGRADING to +0 chain mail.
  8385 | Sewer    | 8385 ||| UPGRADING to +0 chain mail.
  8386 | Sewer    | 8386 ||| UPGRADING to +0 chain mail.
  8387 | Sewer    | 8387 ||| UPGRADING to +0 chain mail.
  8388 | Sewer    | 8388 ||| UPGRADING to +0 chain mail.
  8389 | Sewer    | 8389 ||| UPGRADING to +0 chain mail.
  8390 | Sewer    | 8390 ||| UPGRADING to +0 chain mail.
  8391 | Sewer    | 8391 ||| UPGRADING to +0 chain mail.
  8392 | Sewer    | 8392 ||| UPGRADING to +0 chain mail.
  8393 | Sewer    | 8393 ||| UPGRADING to +0 chain mail.
  8394 | Sewer    | 8394 ||| UPGRADING to +0 chain mail.
  8395 | Sewer    | 8395 ||| UPGRADING to +0 chain mail.
  8396 | Sewer    | 8396 ||| UPGRADING to +0 chain mail.
  8397 | Sewer    | 8397 ||| UPGRADING to +0 chain mail.
  8398 | Sewer    | 8398 ||| UPGRADING to +0 chain mail.
  8399 | Sewer    | 8399 ||| UPGRADING to +0 chain mail.
  8400 | Sewer    | 8400 ||| UPGRADING to +0 chain mail.
  8401 | Sewer    | 8401 ||| UPGRADING to +0 chain mail.
  8402 | Sewer    | 8402 ||| UPGRADING to +0 chain mail.
  8403 | Sewer    | 8403 ||| UPGRADING to +0 chain mail.
  8404 | Sewer    | 8404 ||| UPGRADING to +0 chain mail.
  8405 | Sewer    | 8405 ||| UPGRADING to +0 chain mail.
  8406 | Sewer    | 8406 ||| UPGRADING to +0 chain mail.
  8407 | Sewer    | 8407 ||| UPGRADING to +0 chain mail.
  8408 | Sewer    | 8408 ||| UPGRADING to +0 chain mail.
  8409 | Sewer    | 8409 ||| UPGRADING to +0 chain mail.
  8410 | Sewer    | 8410 ||| UPGRADING to +0 chain mail.
  8411 | Sewer    | 8411 ||| UPGRADING to +0 chain mail.
  8412 | Sewer    | 8412 ||| UPGRADING to +0 chain mail.
  8413 | Sewer    | 8413 ||| UPGRADING to +0 chain mail.
  8414 | Sewer    | 8414 ||| UPGRADING to +0 chain mail.
  8415 | Sewer    | 8415 ||| UPGRADING to +0 chain mail.
  8416 | Sewer    | 8416 ||| UPGRADING to +0 chain mail.
  8417 | Sewer    | 8417 ||| UPGRADING to +0 chain mail.
  8418 | Sewer    | 8418 ||| UPGRADING to +0 chain mail.
  8419 | Sewer    | 8419 ||| UPGRADING to +0 chain mail.
  8420 | Sewer    | 8420 ||| UPGRADING to +0 chain mail.
  8421 | Sewer    | 8421 ||| UPGRADING to +0 chain mail.
  8422 | Sewer    | 8422 ||| UPGRADING to +0 chain mail.
  8423 | Sewer    | 8423 ||| UPGRADING to +0 chain mail.
  8424 | Sewer    | 8424 ||| UPGRADING to +0 chain mail.
  8425 | Sewer    | 8425 ||| UPGRADING to +0 chain mail.
  8426 | Sewer    | 8426 ||| UPGRADING to +0 chain mail.
  8427 | Sewer    | 8427 ||| UPGRADING to +0 chain mail.
  8428 | Sewer    | 8428 ||| UPGRADING to +0 chain mail.
  8429 | Sewer    | 8429 ||| UPGRADING to +0 chain mail.
  8430 | Sewer    | 8430 ||| UPGRADING to +0 chain mail.
  8431 | Sewer    | 8431 ||| UPGRADING to +0 chain mail.
  8432 | Sewer    | 8432 ||| UPGRADING to +0 chain mail.
  8433 | Sewer    | 8433 ||| UPGRADING to +0 chain mail.
  8434 | Sewer    | 8434 ||| UPGRADING to +0 chain mail.
  8435 | Sewer    | 8435 ||| UPGRADING to +0 chain mail.
  8436 | Sewer    | 8436 ||| UPGRADING to +0 chain mail.
  8437 | Sewer    | 8437 ||| UPGRADING to +0 chain mail.
  8438 | Sewer    | 8438 ||| UPGRADING to +0 chain mail.
  8439 | Sewer    | 8439 ||| UPGRADING to +0 chain mail.
  8440 | Sewer    | 8440 ||| UPGRADING to +0 chain mail.
  8441 | Sewer    | 8441 ||| UPGRADING to +0 chain mail.
  8442 | Sewer    | 8442 ||| UPGRADING to +0 chain mail.
  8443 | Sewer    | 8443 ||| UPGRADING to +0 chain mail.
  8444 | Sewer    | 8444 ||| UPGRADING to +0 chain mail.
  8445 | Sewer    | 8445 ||| UPGRADING to +0 chain mail.
  8446 | Sewer    | 8446 ||| UPGRADING to +0 chain mail.
  8447 | Sewer    | 8447 ||| UPGRADING to +0 chain mail.
  8448 | Sewer    | 8448 ||| UPGRADING to +0 chain mail.
  8449 | Sewer    | 8449 ||| UPGRADING to +0 chain mail.
  8450 | Sewer    | 8450 ||| UPGRADING to +0 chain mail.
  8451 | Sewer    | 8451 ||| UPGRADING to +0 chain mail.
  8452 | Sewer    | 8452 ||| UPGRADING to +0 chain mail.
  8453 | Sewer    | 8453 ||| UPGRADING to +0 chain mail.
  8454 | Sewer    | 8454 ||| UPGRADING to +0 chain mail.
  8455 | Sewer    | 8455 ||| UPGRADING to +0 chain mail.
  8456 | Sewer    | 8456 ||| UPGRADING to +0 chain mail.
  8457 | Sewer    | 8457 ||| UPGRADING to +0 chain mail.
  8458 | Sewer    | 8458 ||| UPGRADING to +0 chain mail.
  8459 | Sewer    | 8459 ||| UPGRADING to +0 chain mail.
  8460 | Sewer    | 8460 ||| UPGRADING to +0 chain mail.
  8461 | Sewer    | 8461 ||| UPGRADING to +0 chain mail.
  8462 | Sewer    | 8462 ||| UPGRADING to +0 chain mail.
  8463 | Sewer    | 8463 ||| UPGRADING to +0 chain mail.
  8464 | Sewer    | 8464 ||| UPGRADING to +0 chain mail.
  8465 | Sewer    | 8465 ||| UPGRADING to +0 chain mail.
  8466 | Sewer    | 8466 ||| UPGRADING to +0 chain mail.
  8467 | Sewer    | 8467 ||| UPGRADING to +0 chain mail.
  8468 | Sewer    | 8468 ||| UPGRADING to +0 chain mail.
  8469 | Sewer    | 8469 ||| UPGRADING to +0 chain mail.
  8470 | Sewer    | 8470 ||| UPGRADING to +0 chain mail.
  8471 | Sewer    | 8471 ||| UPGRADING to +0 chain mail.
  8472 | Sewer    | 8472 ||| UPGRADING to +0 chain mail.
  8473 | Sewer    | 8473 ||| UPGRADING to +0 chain mail.
  8474 | Sewer    | 8474 ||| UPGRADING to +0 chain mail.
  8475 | Sewer    | 8475 ||| UPGRADING to +0 chain mail.
  8476 | Sewer    | 8476 ||| UPGRADING to +0 chain mail.
  8477 | Sewer    | 8477 ||| UPGRADING to +0 chain mail.
  8478 | Sewer    | 8478 ||| UPGRADING to +0 chain mail.
  8479 | Sewer    | 8479 ||| UPGRADING to +0 chain mail.
  8480 | Sewer    | 8480 ||| UPGRADING to +0 chain mail.
  8481 | Sewer    | 8481 ||| UPGRADING to +0 chain mail.
  8482 | Sewer    | 8482 ||| UPGRADING to +0 chain mail.
  8483 | Sewer    | 8483 ||| UPGRADING to +0 chain mail.
  8484 | Sewer    | 8484 ||| UPGRADING to +0 chain mail.
  8485 | Sewer    | 8485 ||| UPGRADING to +0 chain mail.
  8486 | Sewer    | 8486 ||| UPGRADING to +0 chain mail.
  8487 | Sewer    | 8487 ||| UPGRADING to +0 chain mail.
  8488 | Sewer    | 8488 ||| UPGRADING to +0 chain mail.
  8489 | Sewer    | 8489 ||| UPGRADING to +0 chain mail.
  8490 | Sewer    | 8490 ||| UPGRADING to +0 chain mail.
  8491 | Sewer    | 8491 ||| UPGRADING to +0 chain mail.
  8492 | Sewer    | 8492 ||| UPGRADING to +0 chain mail.
  8493 | Sewer    | 8493 ||| UPGRADING to +0 chain mail.
  8494 | Sewer    | 8494 ||| UPGRADING to +0 chain mail.
  8495 | Sewer    | 8495 ||| UPGRADING to +0 chain mail.
  8496 | Sewer    | 8496 ||| UPGRADING to +0 chain mail.
  8497 | Sewer    | 8497 ||| UPGRADING to +0 chain mail.
  8498 | Sewer    | 8498 ||| UPGRADING to +0 chain mail.
  8499 | Sewer    | 8499 ||| UPGRADING to +0 chain mail.
  8500 | Sewer    | 8500 ||| UPGRADING to +0 chain mail.
  8501 | Sewer    | 8501 ||| UPGRADING to +0 chain mail.
  8502 | Sewer    | 8502 ||| UPGRADING to +0 chain mail.
  8503 | Sewer    | 8503 ||| UPGRADING to +0 chain mail.
  8504 | Sewer    | 8504 ||| UPGRADING to +0 chain mail.
  8505 | Sewer    | 8505 ||| UPGRADING to +0 chain mail.
  8506 | Sewer    | 8506 ||| UPGRADING to +0 chain mail.
  8507 | Sewer    | 8507 ||| UPGRADING to +0 chain mail.
  8508 | Sewer    | 8508 ||| UPGRADING to +0 chain mail.
  8509 | Sewer    | 8509 ||| UPGRADING to +0 chain mail.
  8510 | Sewer    | 8510 ||| UPGRADING to +0 chain mail.
  8511 | Sewer    | 8511 ||| UPGRADING to +0 chain mail.
  8512 | Sewer    | 8512 ||| UPGRADING to +0 chain mail.
  8513 | Sewer    | 8513 ||| UPGRADING to +0 chain mail.
  8514 | Sewer    | 8514 ||| UPGRADING to +0 chain mail.
  8515 | Sewer    | 8515 ||| UPGRADING to +0 chain mail.
  8516 | Sewer    | 8516 ||| UPGRADING to +0 chain mail.
  8517 | Sewer    | 8517 ||| UPGRADING to +0 chain mail.
  8518 | Sewer    | 8518 ||| UPGRADING to +0 chain mail.
  8519 | Sewer    | 8519 ||| UPGRADING to +0 chain mail.
  8520 | Sewer    | 8520 ||| UPGRADING to +0 chain mail.
  8521 | Sewer    | 8521 ||| UPGRADING to +0 chain mail.
  8522 | Sewer    | 8522 ||| UPGRADING to +0 chain mail.
  8523 | Sewer    | 8523 ||| UPGRADING to +0 chain mail.
  8524 | Sewer    | 8524 ||| UPGRADING to +0 chain mail.
  8525 | Sewer    | 8525 ||| UPGRADING to +0 chain mail.
  8526 | Sewer    | 8526 ||| UPGRADING to +0 chain mail.
  8527 | Sewer    | 8527 ||| UPGRADING to +0 chain mail.
  8528 | Sewer    | 8528 ||| UPGRADING to +0 chain mail.
  8529 | Sewer    | 8529 ||| UPGRADING to +0 chain mail.
  8530 | Sewer    | 8530 ||| UPGRADING to +0 chain mail.
  8531 | Sewer    | 8531 ||| UPGRADING to +0 chain mail.
  8532 | Sewer    | 8532 ||| UPGRADING to +0 chain mail.
  8533 | Sewer    | 8533 ||| UPGRADING to +0 chain mail.
  8534 | Sewer    | 8534 ||| UPGRADING to +0 chain mail.
  8535 | Sewer    | 8535 ||| UPGRADING to +0 chain mail.
  8536 | Sewer    | 8536 ||| UPGRADING to +0 chain mail.
  8537 | Sewer    | 8537 ||| UPGRADING to +0 chain mail.
  8538 | Sewer    | 8538 ||| UPGRADING to +0 chain mail.
  8539 | Sewer    | 8539 ||| UPGRADING to +0 chain mail.
  8540 | Sewer    | 8540 ||| UPGRADING to +0 chain mail.
  8541 | Sewer    | 8541 ||| UPGRADING to +0 chain mail.
  8542 | Sewer    | 8542 ||| UPGRADING to +0 chain mail.
  8543 | Sewer    | 8543 ||| UPGRADING to +0 chain mail.
  8544 | Sewer    | 8544 ||| UPGRADING to +0 chain mail.
  8545 | Sewer    | 8545 ||| UPGRADING to +0 chain mail.
  8546 | Sewer    | 8546 ||| UPGRADING to +0 chain mail.
  8547 | Sewer    | 8547 ||| UPGRADING to +0 chain mail.
  8548 | Sewer    | 8548 ||| UPGRADING to +0 chain mail.
  8549 | Sewer    | 8549 ||| UPGRADING to +0 chain mail.
  8550 | Sewer    | 8550 ||| UPGRADING to +0 chain mail.
  8551 | Sewer    | 8551 ||| UPGRADING to +0 chain mail.
  8552 | Sewer    | 8552 ||| UPGRADING to +0 chain mail.
  8553 | Sewer    | 8553 ||| UPGRADING to +0 chain mail.
  8554 | Sewer    | 8554 ||| UPGRADING to +0 chain mail.
  8555 | Sewer    | 8555 ||| UPGRADING to +0 chain mail.
  8556 | Sewer    | 8556 ||| UPGRADING to +0 chain mail.
  8557 | Sewer    | 8557 ||| UPGRADING to +0 chain mail.
  8558 | Sewer    | 8558 ||| UPGRADING to +0 chain mail.
  8559 | Sewer    | 8559 ||| UPGRADING to +0 chain mail.
  8560 | Sewer    | 8560 ||| UPGRADING to +0 chain mail.
  8561 | Sewer    | 8561 ||| UPGRADING to +0 chain mail.
  8562 | Sewer    | 8562 ||| UPGRADING to +0 chain mail.
  8563 | Sewer    | 8563 ||| UPGRADING to +0 chain mail.
  8564 | Sewer    | 8564 ||| UPGRADING to +0 chain mail.
  8565 | Sewer    | 8565 ||| UPGRADING to +0 chain mail.
  8566 | Sewer    | 8566 ||| UPGRADING to +0 chain mail.
  8567 | Sewer    | 8567 ||| UPGRADING to +0 chain mail.
  8568 | Sewer    | 8568 ||| UPGRADING to +0 chain mail.
  8569 | Sewer    | 8569 ||| UPGRADING to +0 chain mail.
  8570 | Sewer    | 8570 ||| UPGRADING to +0 chain mail.
  8571 | Sewer    | 8571 ||| UPGRADING to +0 chain mail.
  8572 | Sewer    | 8572 ||| UPGRADING to +0 chain mail.
  8573 | Sewer    | 8573 ||| UPGRADING to +0 chain mail.
  8574 | Sewer    | 8574 ||| UPGRADING to +0 chain mail.
  8575 | Sewer    | 8575 ||| UPGRADING to +0 chain mail.
  8576 | Sewer    | 8576 ||| UPGRADING to +0 chain mail.
  8577 | Sewer    | 8577 ||| UPGRADING to +0 chain mail.
  8578 | Sewer    | 8578 ||| UPGRADING to +0 chain mail.
  8579 | Sewer    | 8579 ||| UPGRADING to +0 chain mail.
  8580 | Sewer    | 8580 ||| UPGRADING to +0 chain mail.
  8581 | Sewer    | 8581 ||| UPGRADING to +0 chain mail.
  8582 | Sewer    | 8582 ||| UPGRADING to +0 chain mail.
  8583 | Sewer    | 8583 ||| UPGRADING to +0 chain mail.
  8584 | Sewer    | 8584 ||| UPGRADING to +0 chain mail.
  8585 | Sewer    | 8585 ||| UPGRADING to +0 chain mail.
  8586 | Sewer    | 8586 ||| UPGRADING to +0 chain mail.
  8587 | Sewer    | 8587 ||| UPGRADING to +0 chain mail.
  8588 | Sewer    | 8588 ||| UPGRADING to +0 chain mail.
  8589 | Sewer    | 8589 ||| UPGRADING to +0 chain mail.
  8590 | Sewer    | 8590 ||| UPGRADING to +0 chain mail.
  8591 | Sewer    | 8591 ||| UPGRADING to +0 chain mail.
  8592 | Sewer    | 8592 ||| UPGRADING to +0 chain mail.
  8593 | Sewer    | 8593 ||| UPGRADING to +0 chain mail.
  8594 | Sewer    | 8594 ||| UPGRADING to +0 chain mail.
  8595 | Sewer    | 8595 ||| UPGRADING to +0 chain mail.
  8596 | Sewer    | 8596 ||| UPGRADING to +0 chain mail.
  8597 | Sewer    | 8597 ||| UPGRADING to +0 chain mail.
  8598 | Sewer    | 8598 ||| UPGRADING to +0 chain mail.
  8599 | Sewer    | 8599 ||| UPGRADING to +0 chain mail.
  8600 | Sewer    | 8600 ||| UPGRADING to +0 chain mail.
  8601 | Sewer    | 8601 ||| UPGRADING to +0 chain mail.
  8602 | Sewer    | 8602 ||| UPGRADING to +0 chain mail.
  8603 | Sewer    | 8603 ||| UPGRADING to +0 chain mail.
  8604 | Sewer    | 8604 ||| UPGRADING to +0 chain mail.
  8605 | Sewer    | 8605 ||| UPGRADING to +0 chain mail.
  8606 | Sewer    | 8606 ||| UPGRADING to +0 chain mail.
  8607 | Sewer    | 8607 ||| UPGRADING to +0 chain mail.
  8608 | Sewer    | 8608 ||| UPGRADING to +0 chain mail.
  8609 | Sewer    | 8609 ||| UPGRADING to +0 chain mail.
  8610 | Sewer    | 8610 ||| UPGRADING to +0 chain mail.
  8611 | Sewer    | 8611 ||| UPGRADING to +0 chain mail.
  8612 | Sewer    | 8612 ||| UPGRADING to +0 chain mail.
  8613 | Sewer    | 8613 ||| UPGRADING to +0 chain mail.
  8614 | Sewer    | 8614 ||| UPGRADING to +0 chain mail.
  8615 | Sewer    | 8615 ||| UPGRADING to +0 chain mail.
  8616 | Sewer    | 8616 ||| UPGRADING to +0 chain mail.
  8617 | Sewer    | 8617 ||| UPGRADING to +0 chain mail.
  8618 | Sewer    | 8618 ||| UPGRADING to +0 chain mail.
  8619 | Sewer    | 8619 ||| UPGRADING to +0 chain mail.
  8620 | Sewer    | 8620 ||| UPGRADING to +0 chain mail.
  8621 | Sewer    | 8621 ||| UPGRADING to +0 chain mail.
  8622 | Sewer    | 8622 ||| UPGRADING to +0 chain mail.
  8623 | Sewer    | 8623 ||| UPGRADING to +0 chain mail.
  8624 | Sewer    | 8624 ||| UPGRADING to +0 chain mail.
  8625 | Sewer    | 8625 ||| UPGRADING to +0 chain mail.
  8626 | Sewer    | 8626 ||| UPGRADING to +0 chain mail.
  8627 | Sewer    | 8627 ||| UPGRADING to +0 chain mail.
  8628 | Sewer    | 8628 ||| UPGRADING to +0 chain mail.
  8629 | Sewer    | 8629 ||| UPGRADING to +0 chain mail.
  8630 | Sewer    | 8630 ||| UPGRADING to +0 chain mail.
  8631 | Sewer    | 8631 ||| UPGRADING to +0 chain mail.
  8632 | Sewer    | 8632 ||| UPGRADING to +0 chain mail.
  8633 | Sewer    | 8633 ||| UPGRADING to +0 chain mail.
  8634 | Sewer    | 8634 ||| UPGRADING to +0 chain mail.
  8635 | Sewer    | 8635 ||| UPGRADING to +0 chain mail.
  8636 | Sewer    | 8636 ||| UPGRADING to +0 chain mail.
  8637 | Sewer    | 8637 ||| UPGRADING to +0 chain mail.
  8638 | Sewer    | 8638 ||| UPGRADING to +0 chain mail.
  8639 | Sewer    | 8639 ||| UPGRADING to +0 chain mail.
  8640 | Sewer    | 8640 ||| UPGRADING to +0 chain mail.
  8641 | Sewer    | 8641 ||| UPGRADING to +0 chain mail.
  8642 | Sewer    | 8642 ||| UPGRADING to +0 chain mail.
  8643 | Sewer    | 8643 ||| UPGRADING to +0 chain mail.
  8644 | Sewer    | 8644 ||| UPGRADING to +0 chain mail.
  8645 | Sewer    | 8645 ||| UPGRADING to +0 chain mail.
  8646 | Sewer    | 8646 ||| UPGRADING to +0 chain mail.
  8647 | Sewer    | 8647 ||| UPGRADING to +0 chain mail.
  8648 | Sewer    | 8648 ||| UPGRADING to +0 chain mail.
  8649 | Sewer    | 8649 ||| UPGRADING to +0 chain mail.
  8650 | Sewer    | 8650 ||| UPGRADING to +0 chain mail.
  8651 | Sewer    | 8651 ||| UPGRADING to +0 chain mail.
  8652 | Sewer    | 8652 ||| UPGRADING to +0 chain mail.
  8653 | Sewer    | 8653 ||| UPGRADING to +0 chain mail.
  8654 | Sewer    | 8654 ||| UPGRADING to +0 chain mail.
  8655 | Sewer    | 8655 ||| UPGRADING to +0 chain mail.
  8656 | Sewer    | 8656 ||| UPGRADING to +0 chain mail.
  8657 | Sewer    | 8657 ||| UPGRADING to +0 chain mail.
  8658 | Sewer    | 8658 ||| UPGRADING to +0 chain mail.
  8659 | Sewer    | 8659 ||| UPGRADING to +0 chain mail.
  8660 | Sewer    | 8660 ||| UPGRADING to +0 chain mail.
  8661 | Sewer    | 8661 ||| UPGRADING to +0 chain mail.
  8662 | Sewer    | 8662 ||| UPGRADING to +0 chain mail.
  8663 | Sewer    | 8663 ||| UPGRADING to +0 chain mail.
  8664 | Sewer    | 8664 ||| UPGRADING to +0 chain mail.
  8665 | Sewer    | 8665 ||| UPGRADING to +0 chain mail.
  8666 | Sewer    | 8666 ||| UPGRADING to +0 chain mail.
  8667 | Sewer    | 8667 ||| UPGRADING to +0 chain mail.
  8668 | Sewer    | 8668 ||| UPGRADING to +0 chain mail.
  8669 | Sewer    | 8669 ||| UPGRADING to +0 chain mail.
  8670 | Sewer    | 8670 ||| UPGRADING to +0 chain mail.
  8671 | Sewer    | 8671 ||| UPGRADING to +0 chain mail.
  8672 | Sewer    | 8672 ||| UPGRADING to +0 chain mail.
  8673 | Sewer    | 8673 ||| UPGRADING to +0 chain mail.
  8674 | Sewer    | 8674 ||| UPGRADING to +0 chain mail.
  8675 | Sewer    | 8675 ||| UPGRADING to +0 chain mail.
  8676 | Sewer    | 8676 ||| UPGRADING to +0 chain mail.
  8677 | Sewer    | 8677 ||| UPGRADING to +0 chain mail.
  8678 | Sewer    | 8678 ||| UPGRADING to +0 chain mail.
  8679 | Sewer    | 8679 ||| UPGRADING to +0 chain mail.
  8680 | Sewer    | 8680 ||| UPGRADING to +0 chain mail.
  8681 | Sewer    | 8681 ||| UPGRADING to +0 chain mail.
  8682 | Sewer    | 8682 ||| UPGRADING to +0 chain mail.
  8683 | Sewer    | 8683 ||| UPGRADING to +0 chain mail.
  8684 | Sewer    | 8684 ||| UPGRADING to +0 chain mail.
  8685 | Sewer    | 8685 ||| UPGRADING to +0 chain mail.
  8686 | Sewer    | 8686 ||| UPGRADING to +0 chain mail.
  8687 | Sewer    | 8687 ||| UPGRADING to +0 chain mail.
  8688 | Sewer    | 8688 ||| UPGRADING to +0 chain mail.
  8689 | Sewer    | 8689 ||| UPGRADING to +0 chain mail.
  8690 | Sewer    | 8690 ||| UPGRADING to +0 chain mail.
  8691 | Sewer    | 8691 ||| UPGRADING to +0 chain mail.
  8692 | Sewer    | 8692 ||| UPGRADING to +0 chain mail.
  8693 | Sewer    | 8693 ||| UPGRADING to +0 chain mail.
  8694 | Sewer    | 8694 ||| UPGRADING to +0 chain mail.
  8695 | Sewer    | 8695 ||| UPGRADING to +0 chain mail.
  8696 | Sewer    | 8696 ||| UPGRADING to +0 chain mail.
  8697 | Sewer    | 8697 ||| UPGRADING to +0 chain mail.
  8698 | Sewer    | 8698 ||| UPGRADING to +0 chain mail.
  8699 | Sewer    | 8699 ||| UPGRADING to +0 chain mail.
  8700 | Sewer    | 8700 ||| UPGRADING to +0 chain mail.
  8701 | Sewer    | 8701 ||| UPGRADING to +0 chain mail.
  8702 | Sewer    | 8702 ||| UPGRADING to +0 chain mail.
  8703 | Sewer    | 8703 ||| UPGRADING to +0 chain mail.
  8704 | Sewer    | 8704 ||| UPGRADING to +0 chain mail.
  8705 | Sewer    | 8705 ||| UPGRADING to +0 chain mail.
  8706 | Sewer    | 8706 ||| UPGRADING to +0 chain mail.
  8707 | Sewer    | 8707 ||| UPGRADING to +0 chain mail.
  8708 | Sewer    | 8708 ||| UPGRADING to +0 chain mail.
  8709 | Sewer    | 8709 ||| UPGRADING to +0 chain mail.
  8710 | Sewer    | 8710 ||| UPGRADING to +0 chain mail.
  8711 | Sewer    | 8711 ||| UPGRADING to +0 chain mail.
  8712 | Sewer    | 8712 ||| UPGRADING to +0 chain mail.
  8713 | Sewer    | 8713 ||| UPGRADING to +0 chain mail.
  8714 | Sewer    | 8714 ||| UPGRADING to +0 chain mail.
  8715 | Sewer    | 8715 ||| UPGRADING to +0 chain mail.
  8716 | Sewer    | 8716 ||| UPGRADING to +0 chain mail.
  8717 | Sewer    | 8717 ||| UPGRADING to +0 chain mail.
  8718 | Sewer    | 8718 ||| UPGRADING to +0 chain mail.
  8719 | Sewer    | 8719 ||| UPGRADING to +0 chain mail.
  8720 | Sewer    | 8720 ||| UPGRADING to +0 chain mail.
  8721 | Sewer    | 8721 ||| UPGRADING to +0 chain mail.
  8722 | Sewer    | 8722 ||| UPGRADING to +0 chain mail.
  8723 | Sewer    | 8723 ||| UPGRADING to +0 chain mail.
  8724 | Sewer    | 8724 ||| UPGRADING to +0 chain mail.
  8725 | Sewer    | 8725 ||| UPGRADING to +0 chain mail.
  8726 | Sewer    | 8726 ||| UPGRADING to +0 chain mail.
  8727 | Sewer    | 8727 ||| UPGRADING to +0 chain mail.
  8728 | Sewer    | 8728 ||| UPGRADING to +0 chain mail.
  8729 | Sewer    | 8729 ||| UPGRADING to +0 chain mail.
  8730 | Sewer    | 8730 ||| UPGRADING to +0 chain mail.
  8731 | Sewer    | 8731 ||| UPGRADING to +0 chain mail.
  8732 | Sewer    | 8732 ||| UPGRADING to +0 chain mail.
  8733 | Sewer    | 8733 ||| UPGRADING to +0 chain mail.
  8734 | Sewer    | 8734 ||| UPGRADING to +0 chain mail.
  8735 | Sewer    | 8735 ||| UPGRADING to +0 chain mail.
  8736 | Sewer    | 8736 ||| UPGRADING to +0 chain mail.
  8737 | Sewer    | 8737 ||| UPGRADING to +0 chain mail.
  8738 | Sewer    | 8738 ||| UPGRADING to +0 chain mail.
  8739 | Sewer    | 8739 ||| UPGRADING to +0 chain mail.
  8740 | Sewer    | 8740 ||| UPGRADING to +0 chain mail.
  8741 | Sewer    | 8741 ||| UPGRADING to +0 chain mail.
  8742 | Sewer    | 8742 ||| UPGRADING to +0 chain mail.
  8743 | Sewer    | 8743 ||| UPGRADING to +0 chain mail.
  8744 | Sewer    | 8744 ||| UPGRADING to +0 chain mail.
  8745 | Sewer    | 8745 ||| UPGRADING to +0 chain mail.
  8746 | Sewer    | 8746 ||| UPGRADING to +0 chain mail.
  8747 | Sewer    | 8747 ||| UPGRADING to +0 chain mail.
  8748 | Sewer    | 8748 ||| UPGRADING to +0 chain mail.
  8749 | Sewer    | 8749 ||| UPGRADING to +0 chain mail.
  8750 | Sewer    | 8750 ||| UPGRADING to +0 chain mail.
  8751 | Sewer    | 8751 ||| UPGRADING to +0 chain mail.
  8752 | Sewer    | 8752 ||| UPGRADING to +0 chain mail.
  8753 | Sewer    | 8753 ||| UPGRADING to +0 chain mail.
  8754 | Sewer    | 8754 ||| UPGRADING to +0 chain mail.
  8755 | Sewer    | 8755 ||| UPGRADING to +0 chain mail.
  8756 | Sewer    | 8756 ||| UPGRADING to +0 chain mail.
  8757 | Sewer    | 8757 ||| UPGRADING to +0 chain mail.
  8758 | Sewer    | 8758 ||| UPGRADING to +0 chain mail.
  8759 | Sewer    | 8759 ||| UPGRADING to +0 chain mail.
  8760 | Sewer    | 8760 ||| UPGRADING to +0 chain mail.
  8761 | Sewer    | 8761 ||| UPGRADING to +0 chain mail.
  8762 | Sewer    | 8762 ||| UPGRADING to +0 chain mail.
  8763 | Sewer    | 8763 ||| UPGRADING to +0 chain mail.
  8764 | Sewer    | 8764 ||| UPGRADING to +0 chain mail.
  8765 | Sewer    | 8765 ||| UPGRADING to +0 chain mail.
  8766 | Sewer    | 8766 ||| UPGRADING to +0 chain mail.
  8767 | Sewer    | 8767 ||| UPGRADING to +0 chain mail.
  8768 | Sewer    | 8768 ||| UPGRADING to +0 chain mail.
  8769 | Sewer    | 8769 ||| UPGRADING to +0 chain mail.
  8770 | Sewer    | 8770 ||| UPGRADING to +0 chain mail.
  8771 | Sewer    | 8771 ||| UPGRADING to +0 chain mail.
  8772 | Sewer    | 8772 ||| UPGRADING to +0 chain mail.
  8773 | Sewer    | 8773 ||| UPGRADING to +0 chain mail.
  8774 | Sewer    | 8774 ||| UPGRADING to +0 chain mail.
  8775 | Sewer    | 8775 ||| UPGRADING to +0 chain mail.
  8776 | Sewer    | 8776 ||| UPGRADING to +0 chain mail.
  8777 | Sewer    | 8777 ||| UPGRADING to +0 chain mail.
  8778 | Sewer    | 8778 ||| UPGRADING to +0 chain mail.
  8779 | Sewer    | 8779 ||| UPGRADING to +0 chain mail.
  8780 | Sewer    | 8780 ||| UPGRADING to +0 chain mail.
  8781 | Sewer    | 8781 ||| UPGRADING to +0 chain mail.
  8782 | Sewer    | 8782 ||| UPGRADING to +0 chain mail.
  8782 | Sewer    | Glimpsed the power of Zot.
  8783 | Sewer    | 8783 ||| UPGRADING to +0 chain mail.
  8784 | Sewer    | 8784 ||| UPGRADING to +0 chain mail.
  8785 | Sewer    | 8785 ||| UPGRADING to +0 chain mail.
  8786 | Sewer    | 8786 ||| UPGRADING to +0 chain mail.
  8787 | Sewer    | 8787 ||| UPGRADING to +0 chain mail.
  8788 | Sewer    | 8788 ||| UPGRADING to +0 chain mail.
  8789 | Sewer    | 8789 ||| UPGRADING to +0 chain mail.
  8790 | Sewer    | 8790 ||| UPGRADING to +0 chain mail.
  8791 | Sewer    | 8791 ||| UPGRADING to +0 chain mail.
  8792 | Sewer    | 8792 ||| UPGRADING to +0 chain mail.
  8793 | Sewer    | 8793 ||| UPGRADING to +0 chain mail.
  8794 | Sewer    | 8794 ||| UPGRADING to +0 chain mail.
  8795 | Sewer    | 8795 ||| UPGRADING to +0 chain mail.
  8796 | Sewer    | 8796 ||| UPGRADING to +0 chain mail.
  8797 | Sewer    | 8797 ||| UPGRADING to +0 chain mail.
  8798 | Sewer    | 8798 ||| UPGRADING to +0 chain mail.
  8799 | Sewer    | 8799 ||| UPGRADING to +0 chain mail.
  8800 | Sewer    | 8800 ||| UPGRADING to +0 chain mail.
  8801 | Sewer    | 8801 ||| UPGRADING to +0 chain mail.
  8802 | Sewer    | 8802 ||| UPGRADING to +0 chain mail.
  8803 | Sewer    | 8803 ||| UPGRADING to +0 chain mail.
  8804 | Sewer    | 8804 ||| UPGRADING to +0 chain mail.
  8805 | Sewer    | 8805 ||| UPGRADING to +0 chain mail.
  8806 | Sewer    | 8806 ||| UPGRADING to +0 chain mail.
  8807 | Sewer    | 8807 ||| UPGRADING to +0 chain mail.
  8808 | Sewer    | 8808 ||| UPGRADING to +0 chain mail.
  8809 | Sewer    | 8809 ||| UPGRADING to +0 chain mail.
  8810 | Sewer    | 8810 ||| UPGRADING to +0 chain mail.
  8811 | Sewer    | 8811 ||| UPGRADING to +0 chain mail.
  8812 | Sewer    | 8812 ||| UPGRADING to +0 chain mail.
  8813 | Sewer    | 8813 ||| UPGRADING to +0 chain mail.
  8814 | Sewer    | 8814 ||| UPGRADING to +0 chain mail.
  8815 | Sewer    | 8815 ||| UPGRADING to +0 chain mail.
  8816 | Sewer    | 8816 ||| UPGRADING to +0 chain mail.
  8817 | Sewer    | 8817 ||| UPGRADING to +0 chain mail.
  8818 | Sewer    | 8818 ||| UPGRADING to +0 chain mail.
  8819 | Sewer    | 8819 ||| UPGRADING to +0 chain mail.
  8820 | Sewer    | 8820 ||| UPGRADING to +0 chain mail.
  8821 | Sewer    | 8821 ||| UPGRADING to +0 chain mail.
  8822 | Sewer    | 8822 ||| UPGRADING to +0 chain mail.
  8823 | Sewer    | 8823 ||| UPGRADING to +0 chain mail.
  8824 | Sewer    | 8824 ||| UPGRADING to +0 chain mail.
  8825 | Sewer    | 8825 ||| UPGRADING to +0 chain mail.
  8826 | Sewer    | 8826 ||| UPGRADING to +0 chain mail.
  8827 | Sewer    | 8827 ||| UPGRADING to +0 chain mail.
  8828 | Sewer    | 8828 ||| UPGRADING to +0 chain mail.
  8829 | Sewer    | 8829 ||| UPGRADING to +0 chain mail.
  8830 | Sewer    | 8830 ||| UPGRADING to +0 chain mail.
  8831 | Sewer    | 8831 ||| UPGRADING to +0 chain mail.
  8832 | Sewer    | 8832 ||| UPGRADING to +0 chain mail.
  8833 | Sewer    | 8833 ||| UPGRADING to +0 chain mail.
  8834 | Sewer    | 8834 ||| UPGRADING to +0 chain mail.
  8835 | Sewer    | 8835 ||| UPGRADING to +0 chain mail.
  8836 | Sewer    | 8836 ||| UPGRADING to +0 chain mail.
  8837 | Sewer    | 8837 ||| UPGRADING to +0 chain mail.
  8838 | Sewer    | 8838 ||| UPGRADING to +0 chain mail.
  8839 | Sewer    | 8839 ||| UPGRADING to +0 chain mail.
  8839 | Sewer    | HP: 5/31 [ball python (3)]
  8840 | Sewer    | 8840 ||| READING scroll of teleportation.
  8841 | Sewer    | 8841 ||| DRINKING 2 potions of heal wounds.
  8842 | Sewer    | 8842 ||| UPGRADING to +0 chain mail.
  8843 | Sewer    | 8843 ||| UPGRADING to +0 chain mail.
  8848 | Sewer    | 8848 ||| UPGRADING to +0 scale mail.
  8853 | Sewer    | 8853 ||| UPGRADING to +0 chain mail.
  8854 | Sewer    | 8854 ||| UPGRADING to +0 chain mail.
  8855 | Sewer    | 8855 ||| UPGRADING to +0 chain mail.
  8856 | Sewer    | 8856 ||| UPGRADING to +0 chain mail.
  8857 | Sewer    | 8857 ||| UPGRADING to +0 chain mail.
  8858 | Sewer    | 8858 ||| UPGRADING to +0 chain mail.
  8859 | Sewer    | 8859 ||| UPGRADING to +0 chain mail.
  8860 | Sewer    | 8860 ||| UPGRADING to +0 chain mail.
  8861 | Sewer    | 8861 ||| UPGRADING to +0 chain mail.
  8862 | Sewer    | 8862 ||| UPGRADING to +0 chain mail.
  8863 | Sewer    | 8863 ||| UPGRADING to +0 chain mail.
  8864 | Sewer    | 8864 ||| UPGRADING to +0 chain mail.
  8865 | Sewer    | 8865 ||| UPGRADING to +0 chain mail.
  8866 | Sewer    | 8866 ||| UPGRADING to +0 chain mail.
  8867 | Sewer    | 8867 ||| UPGRADING to +0 chain mail.
  8868 | Sewer    | 8868 ||| UPGRADING to +0 chain mail.
  8869 | Sewer    | 8869 ||| UPGRADING to +0 chain mail.
  8870 | Sewer    | 8870 ||| UPGRADING to +0 chain mail.
  8871 | Sewer    | 8871 ||| UPGRADING to +0 chain mail.
  8872 | Sewer    | 8872 ||| UPGRADING to +0 chain mail.
  8873 | Sewer    | 8873 ||| UPGRADING to +0 chain mail.
  8874 | Sewer    | 8874 ||| UPGRADING to +0 chain mail.
  8875 | Sewer    | 8875 ||| UPGRADING to +0 chain mail.
  8876 | Sewer    | 8876 ||| UPGRADING to +0 chain mail.
  8877 | Sewer    | 8877 ||| UPGRADING to +0 chain mail.
  8878 | Sewer    | 8878 ||| UPGRADING to +0 chain mail.
  8879 | Sewer    | 8879 ||| UPGRADING to +0 chain mail.
  8880 | Sewer    | 8880 ||| UPGRADING to +0 chain mail.
  8881 | Sewer    | 8881 ||| UPGRADING to +0 chain mail.
  8882 | Sewer    | 8882 ||| UPGRADING to +0 chain mail.
  8883 | Sewer    | 8883 ||| UPGRADING to +0 chain mail.
  8884 | Sewer    | 8884 ||| UPGRADING to +0 chain mail.
  8885 | Sewer    | 8885 ||| UPGRADING to +0 chain mail.
  8886 | Sewer    | 8886 ||| UPGRADING to +0 chain mail.
  8887 | Sewer    | 8887 ||| UPGRADING to +0 chain mail.
  8888 | Sewer    | 8888 ||| UPGRADING to +0 chain mail.
  8889 | Sewer    | 8889 ||| UPGRADING to +0 chain mail.
  8890 | Sewer    | 8890 ||| UPGRADING to +0 chain mail.
  8891 | Sewer    | 8891 ||| UPGRADING to +0 chain mail.
  8892 | Sewer    | 8892 ||| UPGRADING to +0 chain mail.
  8893 | Sewer    | 8893 ||| UPGRADING to +0 chain mail.
  8894 | Sewer    | 8894 ||| UPGRADING to +0 chain mail.
  8895 | Sewer    | 8895 ||| UPGRADING to +0 chain mail.
  8896 | Sewer    | 8896 ||| UPGRADING to +0 chain mail.
  8897 | Sewer    | 8897 ||| UPGRADING to +0 chain mail.
  8898 | Sewer    | 8898 ||| UPGRADING to +0 chain mail.
  8899 | Sewer    | 8899 ||| UPGRADING to +0 chain mail.
  8900 | Sewer    | 8900 ||| UPGRADING to +0 chain mail.
  8901 | Sewer    | 8901 ||| UPGRADING to +0 chain mail.
  8902 | Sewer    | 8902 ||| UPGRADING to +0 chain mail.
  8903 | Sewer    | 8903 ||| UPGRADING to +0 chain mail.
  8904 | Sewer    | 8904 ||| UPGRADING to +0 chain mail.
  8905 | Sewer    | 8905 ||| UPGRADING to +0 chain mail.
  8906 | Sewer    | 8906 ||| UPGRADING to +0 chain mail.
  8907 | Sewer    | 8907 ||| UPGRADING to +0 chain mail.
  8908 | Sewer    | 8908 ||| UPGRADING to +0 chain mail.
  8909 | Sewer    | 8909 ||| UPGRADING to +0 chain mail.
  8910 | Sewer    | 8910 ||| UPGRADING to +0 chain mail.
  8911 | Sewer    | 8911 ||| UPGRADING to +0 chain mail.
  8912 | Sewer    | 8912 ||| UPGRADING to +0 chain mail.
  8913 | Sewer    | 8913 ||| UPGRADING to +0 chain mail.
  8914 | Sewer    | 8914 ||| UPGRADING to +0 chain mail.
  8915 | Sewer    | 8915 ||| UPGRADING to +0 chain mail.
  8916 | Sewer    | 8916 ||| UPGRADING to +0 chain mail.
  8917 | Sewer    | 8917 ||| UPGRADING to +0 chain mail.
  8918 | Sewer    | 8918 ||| UPGRADING to +0 chain mail.
  8919 | Sewer    | 8919 ||| UPGRADING to +0 chain mail.
  8920 | Sewer    | 8920 ||| UPGRADING to +0 chain mail.
  8921 | Sewer    | 8921 ||| UPGRADING to +0 chain mail.
  8922 | Sewer    | 8922 ||| UPGRADING to +0 chain mail.
  8923 | Sewer    | 8923 ||| UPGRADING to +0 chain mail.
  8924 | Sewer    | 8924 ||| UPGRADING to +0 chain mail.
  8925 | Sewer    | 8925 ||| UPGRADING to +0 chain mail.
  8926 | Sewer    | 8926 ||| UPGRADING to +0 chain mail.
  8927 | Sewer    | 8927 ||| UPGRADING to +0 chain mail.
  8928 | Sewer    | 8928 ||| UPGRADING to +0 chain mail.
  8929 | Sewer    | 8929 ||| UPGRADING to +0 chain mail.
  8930 | Sewer    | 8930 ||| UPGRADING to +0 chain mail.
  8931 | Sewer    | 8931 ||| UPGRADING to +0 chain mail.
  8932 | Sewer    | 8932 ||| UPGRADING to +0 chain mail.
  8933 | Sewer    | 8933 ||| UPGRADING to +0 chain mail.
  8934 | Sewer    | 8934 ||| UPGRADING to +0 chain mail.
  8935 | Sewer    | 8935 ||| UPGRADING to +0 chain mail.
  8936 | Sewer    | 8936 ||| UPGRADING to +0 chain mail.
  8937 | Sewer    | 8937 ||| UPGRADING to +0 chain mail.
  8938 | Sewer    | 8938 ||| UPGRADING to +0 chain mail.
  8939 | Sewer    | 8939 ||| UPGRADING to +0 chain mail.
  8940 | Sewer    | 8940 ||| UPGRADING to +0 chain mail.
  8941 | Sewer    | 8941 ||| UPGRADING to +0 chain mail.
  8942 | Sewer    | 8942 ||| UPGRADING to +0 chain mail.
  8943 | Sewer    | 8943 ||| UPGRADING to +0 chain mail.
  8944 | Sewer    | 8944 ||| UPGRADING to +0 chain mail.
  8945 | Sewer    | 8945 ||| UPGRADING to +0 chain mail.
  8946 | Sewer    | 8946 ||| UPGRADING to +0 chain mail.
  8947 | Sewer    | 8947 ||| UPGRADING to +0 chain mail.
  8948 | Sewer    | 8948 ||| UPGRADING to +0 chain mail.
  8949 | Sewer    | 8949 ||| UPGRADING to +0 chain mail.
  8950 | Sewer    | 8950 ||| UPGRADING to +0 chain mail.
  8951 | Sewer    | 8951 ||| UPGRADING to +0 chain mail.
  8952 | Sewer    | 8952 ||| UPGRADING to +0 chain mail.
  8953 | Sewer    | 8953 ||| UPGRADING to +0 chain mail.
  8954 | Sewer    | 8954 ||| UPGRADING to +0 chain mail.
  8955 | Sewer    | 8955 ||| UPGRADING to +0 chain mail.
  8956 | Sewer    | 8956 ||| UPGRADING to +0 chain mail.
  8957 | Sewer    | 8957 ||| UPGRADING to +0 chain mail.
  8958 | Sewer    | 8958 ||| UPGRADING to +0 chain mail.
  8959 | Sewer    | 8959 ||| UPGRADING to +0 chain mail.
  8960 | Sewer    | 8960 ||| UPGRADING to +0 chain mail.
  8961 | Sewer    | 8961 ||| UPGRADING to +0 chain mail.
  8962 | Sewer    | 8962 ||| UPGRADING to +0 chain mail.
  8963 | Sewer    | 8963 ||| UPGRADING to +0 chain mail.
  8964 | Sewer    | 8964 ||| UPGRADING to +0 chain mail.
  8965 | Sewer    | 8965 ||| UPGRADING to +0 chain mail.
  8966 | Sewer    | 8966 ||| UPGRADING to +0 chain mail.
  8967 | Sewer    | 8967 ||| UPGRADING to +0 chain mail.
  8968 | Sewer    | 8968 ||| UPGRADING to +0 chain mail.
  8969 | Sewer    | 8969 ||| UPGRADING to +0 chain mail.
  8970 | Sewer    | 8970 ||| UPGRADING to +0 chain mail.
  8971 | Sewer    | 8971 ||| UPGRADING to +0 chain mail.
  8972 | Sewer    | 8972 ||| UPGRADING to +0 chain mail.
  8973 | Sewer    | 8973 ||| UPGRADING to +0 chain mail.
  8974 | Sewer    | 8974 ||| UPGRADING to +0 chain mail.
  8975 | Sewer    | 8975 ||| UPGRADING to +0 chain mail.
  8976 | Sewer    | 8976 ||| UPGRADING to +0 chain mail.
  8977 | Sewer    | 8977 ||| UPGRADING to +0 chain mail.
  8978 | Sewer    | 8978 ||| UPGRADING to +0 chain mail.
  8979 | Sewer    | 8979 ||| UPGRADING to +0 chain mail.
  8980 | Sewer    | 8980 ||| UPGRADING to +0 chain mail.
  8981 | Sewer    | 8981 ||| UPGRADING to +0 chain mail.
  8982 | Sewer    | 8982 ||| UPGRADING to +0 chain mail.
  8983 | Sewer    | 8983 ||| UPGRADING to +0 chain mail.
  8984 | Sewer    | 8984 ||| UPGRADING to +0 chain mail.
  8985 | Sewer    | 8985 ||| UPGRADING to +0 chain mail.
  8986 | Sewer    | 8986 ||| UPGRADING to +0 chain mail.
  8987 | Sewer    | 8987 ||| UPGRADING to +0 chain mail.
  8988 | Sewer    | 8988 ||| UPGRADING to +0 chain mail.
  8989 | Sewer    | 8989 ||| UPGRADING to +0 chain mail.
  8990 | Sewer    | 8990 ||| UPGRADING to +0 chain mail.
  8991 | Sewer    | 8991 ||| UPGRADING to +0 chain mail.
  8992 | Sewer    | 8992 ||| UPGRADING to +0 chain mail.
  8993 | Sewer    | 8993 ||| UPGRADING to +0 chain mail.
  8994 | Sewer    | 8994 ||| UPGRADING to +0 chain mail.
  8995 | Sewer    | 8995 ||| UPGRADING to +0 chain mail.
  8996 | Sewer    | 8996 ||| UPGRADING to +0 chain mail.
  8997 | Sewer    | 8997 ||| UPGRADING to +0 chain mail.
  8998 | Sewer    | 8998 ||| UPGRADING to +0 chain mail.
  8999 | Sewer    | 8999 ||| UPGRADING to +0 chain mail.
  9000 | Sewer    | 9000 ||| UPGRADING to +0 chain mail.
  9001 | Sewer    | 9001 ||| UPGRADING to +0 chain mail.
  9002 | Sewer    | 9002 ||| UPGRADING to +0 chain mail.
  9003 | Sewer    | 9003 ||| UPGRADING to +0 chain mail.
  9004 | Sewer    | 9004 ||| UPGRADING to +0 chain mail.
  9005 | Sewer    | 9005 ||| UPGRADING to +0 chain mail.
  9006 | Sewer    | 9006 ||| UPGRADING to +0 chain mail.
  9007 | Sewer    | 9007 ||| UPGRADING to +0 chain mail.
  9008 | Sewer    | 9008 ||| UPGRADING to +0 chain mail.
  9009 | Sewer    | 9009 ||| UPGRADING to +0 chain mail.
  9010 | Sewer    | 9010 ||| UPGRADING to +0 chain mail.
  9011 | Sewer    | 9011 ||| UPGRADING to +0 chain mail.
  9012 | Sewer    | 9012 ||| UPGRADING to +0 chain mail.
  9013 | Sewer    | 9013 ||| UPGRADING to +0 chain mail.
  9014 | Sewer    | 9014 ||| UPGRADING to +0 chain mail.
  9015 | Sewer    | 9015 ||| UPGRADING to +0 chain mail.
  9016 | Sewer    | 9016 ||| UPGRADING to +0 chain mail.
  9017 | Sewer    | 9017 ||| UPGRADING to +0 chain mail.
  9018 | Sewer    | 9018 ||| UPGRADING to +0 chain mail.
  9019 | Sewer    | 9019 ||| UPGRADING to +0 chain mail.
  9020 | Sewer    | 9020 ||| UPGRADING to +0 chain mail.
  9021 | Sewer    | 9021 ||| UPGRADING to +0 chain mail.
  9022 | Sewer    | 9022 ||| UPGRADING to +0 chain mail.
  9023 | Sewer    | 9023 ||| UPGRADING to +0 chain mail.
  9024 | Sewer    | 9024 ||| UPGRADING to +0 chain mail.
  9025 | Sewer    | 9025 ||| UPGRADING to +0 chain mail.
  9026 | Sewer    | 9026 ||| UPGRADING to +0 chain mail.
  9027 | Sewer    | 9027 ||| UPGRADING to +0 chain mail.
  9028 | Sewer    | 9028 ||| UPGRADING to +0 chain mail.
  9029 | Sewer    | 9029 ||| UPGRADING to +0 chain mail.
  9030 | Sewer    | 9030 ||| UPGRADING to +0 chain mail.
  9031 | Sewer    | 9031 ||| UPGRADING to +0 chain mail.
  9032 | Sewer    | 9032 ||| UPGRADING to +0 chain mail.
  9033 | Sewer    | 9033 ||| UPGRADING to +0 chain mail.
  9034 | Sewer    | 9034 ||| UPGRADING to +0 chain mail.
  9035 | Sewer    | 9035 ||| UPGRADING to +0 chain mail.
  9036 | Sewer    | 9036 ||| UPGRADING to +0 chain mail.
  9037 | Sewer    | 9037 ||| UPGRADING to +0 chain mail.
  9038 | Sewer    | 9038 ||| UPGRADING to +0 chain mail.
  9039 | Sewer    | 9039 ||| UPGRADING to +0 chain mail.
  9040 | Sewer    | 9040 ||| UPGRADING to +0 chain mail.
  9041 | Sewer    | 9041 ||| UPGRADING to +0 chain mail.
  9042 | Sewer    | 9042 ||| UPGRADING to +0 chain mail.
  9043 | Sewer    | 9043 ||| UPGRADING to +0 chain mail.
  9044 | Sewer    | 9044 ||| UPGRADING to +0 chain mail.
  9045 | Sewer    | 9045 ||| UPGRADING to +0 chain mail.
  9046 | Sewer    | 9046 ||| UPGRADING to +0 chain mail.
  9047 | Sewer    | 9047 ||| UPGRADING to +0 chain mail.
  9048 | Sewer    | 9048 ||| UPGRADING to +0 chain mail.
  9049 | Sewer    | 9049 ||| UPGRADING to +0 chain mail.
  9050 | Sewer    | 9050 ||| UPGRADING to +0 chain mail.
  9051 | Sewer    | 9051 ||| UPGRADING to +0 chain mail.
  9052 | Sewer    | 9052 ||| UPGRADING to +0 chain mail.
  9053 | Sewer    | 9053 ||| UPGRADING to +0 chain mail.
  9054 | Sewer    | 9054 ||| UPGRADING to +0 chain mail.
  9055 | Sewer    | 9055 ||| UPGRADING to +0 chain mail.
  9056 | Sewer    | 9056 ||| UPGRADING to +0 chain mail.
  9057 | Sewer    | 9057 ||| UPGRADING to +0 chain mail.
  9058 | Sewer    | 9058 ||| UPGRADING to +0 chain mail.
  9059 | Sewer    | 9059 ||| UPGRADING to +0 chain mail.
  9060 | Sewer    | 9060 ||| UPGRADING to +0 chain mail.
  9061 | Sewer    | 9061 ||| UPGRADING to +0 chain mail.
  9062 | Sewer    | 9062 ||| UPGRADING to +0 chain mail.
  9063 | Sewer    | 9063 ||| UPGRADING to +0 chain mail.
  9064 | Sewer    | 9064 ||| UPGRADING to +0 chain mail.
  9065 | Sewer    | 9065 ||| UPGRADING to +0 chain mail.
  9066 | Sewer    | 9066 ||| UPGRADING to +0 chain mail.
  9067 | Sewer    | 9067 ||| UPGRADING to +0 chain mail.
  9068 | Sewer    | 9068 ||| UPGRADING to +0 chain mail.
  9069 | Sewer    | 9069 ||| UPGRADING to +0 chain mail.
  9070 | Sewer    | 9070 ||| UPGRADING to +0 chain mail.
  9071 | Sewer    | 9071 ||| UPGRADING to +0 chain mail.
  9072 | Sewer    | 9072 ||| UPGRADING to +0 chain mail.
  9073 | Sewer    | 9073 ||| UPGRADING to +0 chain mail.
  9074 | Sewer    | 9074 ||| UPGRADING to +0 chain mail.
  9075 | Sewer    | 9075 ||| UPGRADING to +0 chain mail.
  9076 | Sewer    | 9076 ||| UPGRADING to +0 chain mail.
  9077 | Sewer    | 9077 ||| UPGRADING to +0 chain mail.
  9078 | Sewer    | 9078 ||| UPGRADING to +0 chain mail.
  9079 | Sewer    | 9079 ||| UPGRADING to +0 chain mail.
  9080 | Sewer    | 9080 ||| UPGRADING to +0 chain mail.
  9081 | Sewer    | 9081 ||| UPGRADING to +0 chain mail.
  9082 | Sewer    | 9082 ||| UPGRADING to +0 chain mail.
  9083 | Sewer    | 9083 ||| UPGRADING to +0 chain mail.
  9084 | Sewer    | 9084 ||| UPGRADING to +0 chain mail.
  9085 | Sewer    | 9085 ||| UPGRADING to +0 chain mail.
  9086 | Sewer    | 9086 ||| UPGRADING to +0 chain mail.
  9087 | Sewer    | 9087 ||| UPGRADING to +0 chain mail.
  9088 | Sewer    | 9088 ||| UPGRADING to +0 chain mail.
  9089 | Sewer    | 9089 ||| UPGRADING to +0 chain mail.
  9090 | Sewer    | 9090 ||| UPGRADING to +0 chain mail.
  9091 | Sewer    | 9091 ||| UPGRADING to +0 chain mail.
  9092 | Sewer    | 9092 ||| UPGRADING to +0 chain mail.
  9093 | Sewer    | 9093 ||| UPGRADING to +0 chain mail.
  9094 | Sewer    | 9094 ||| UPGRADING to +0 chain mail.
  9095 | Sewer    | 9095 ||| UPGRADING to +0 chain mail.
  9096 | Sewer    | 9096 ||| UPGRADING to +0 chain mail.
  9097 | Sewer    | 9097 ||| UPGRADING to +0 chain mail.
  9098 | Sewer    | 9098 ||| UPGRADING to +0 chain mail.
  9099 | Sewer    | 9099 ||| UPGRADING to +0 chain mail.
  9100 | Sewer    | 9100 ||| UPGRADING to +0 chain mail.
  9101 | Sewer    | 9101 ||| UPGRADING to +0 chain mail.
  9102 | Sewer    | 9102 ||| UPGRADING to +0 chain mail.
  9103 | Sewer    | 9103 ||| UPGRADING to +0 chain mail.
  9104 | Sewer    | 9104 ||| UPGRADING to +0 chain mail.
  9105 | Sewer    | 9105 ||| UPGRADING to +0 chain mail.
  9106 | Sewer    | 9106 ||| UPGRADING to +0 chain mail.
  9107 | Sewer    | 9107 ||| UPGRADING to +0 chain mail.
  9108 | Sewer    | 9108 ||| UPGRADING to +0 chain mail.
  9109 | Sewer    | 9109 ||| UPGRADING to +0 chain mail.
  9110 | Sewer    | 9110 ||| UPGRADING to +0 chain mail.
  9111 | Sewer    | 9111 ||| UPGRADING to +0 chain mail.
  9112 | Sewer    | 9112 ||| UPGRADING to +0 chain mail.
  9113 | Sewer    | 9113 ||| UPGRADING to +0 chain mail.
  9114 | Sewer    | 9114 ||| UPGRADING to +0 chain mail.
  9115 | Sewer    | 9115 ||| UPGRADING to +0 chain mail.
  9116 | Sewer    | 9116 ||| UPGRADING to +0 chain mail.
  9117 | Sewer    | 9117 ||| UPGRADING to +0 chain mail.
  9118 | Sewer    | 9118 ||| UPGRADING to +0 chain mail.
  9119 | Sewer    | 9119 ||| UPGRADING to +0 chain mail.
  9120 | Sewer    | 9120 ||| UPGRADING to +0 chain mail.
  9121 | Sewer    | 9121 ||| UPGRADING to +0 chain mail.
  9122 | Sewer    | 9122 ||| UPGRADING to +0 chain mail.
  9123 | Sewer    | 9123 ||| UPGRADING to +0 chain mail.
  9124 | Sewer    | 9124 ||| UPGRADING to +0 chain mail.
  9125 | Sewer    | 9125 ||| UPGRADING to +0 chain mail.
  9126 | Sewer    | 9126 ||| UPGRADING to +0 chain mail.
  9127 | Sewer    | 9127 ||| UPGRADING to +0 chain mail.
  9128 | Sewer    | 9128 ||| UPGRADING to +0 chain mail.
  9129 | Sewer    | 9129 ||| UPGRADING to +0 chain mail.
  9130 | Sewer    | 9130 ||| UPGRADING to +0 chain mail.
  9131 | Sewer    | 9131 ||| UPGRADING to +0 chain mail.
  9132 | Sewer    | 9132 ||| UPGRADING to +0 chain mail.
  9133 | Sewer    | 9133 ||| UPGRADING to +0 chain mail.
  9134 | Sewer    | 9134 ||| UPGRADING to +0 chain mail.
  9135 | Sewer    | 9135 ||| UPGRADING to +0 chain mail.
  9136 | Sewer    | 9136 ||| UPGRADING to +0 chain mail.
  9137 | Sewer    | 9137 ||| UPGRADING to +0 chain mail.
  9138 | Sewer    | 9138 ||| UPGRADING to +0 chain mail.
  9139 | Sewer    | 9139 ||| UPGRADING to +0 chain mail.
  9140 | Sewer    | 9140 ||| UPGRADING to +0 chain mail.
  9141 | Sewer    | 9141 ||| UPGRADING to +0 chain mail.
  9142 | Sewer    | 9142 ||| UPGRADING to +0 chain mail.
  9143 | Sewer    | 9143 ||| UPGRADING to +0 chain mail.
  9144 | Sewer    | 9144 ||| UPGRADING to +0 chain mail.
  9145 | Sewer    | 9145 ||| UPGRADING to +0 chain mail.
  9146 | Sewer    | 9146 ||| UPGRADING to +0 chain mail.
  9147 | Sewer    | 9147 ||| UPGRADING to +0 chain mail.
  9148 | Sewer    | 9148 ||| UPGRADING to +0 chain mail.
  9149 | Sewer    | 9149 ||| UPGRADING to +0 chain mail.
  9150 | Sewer    | 9150 ||| UPGRADING to +0 chain mail.
  9151 | Sewer    | 9151 ||| UPGRADING to +0 chain mail.
  9152 | Sewer    | 9152 ||| UPGRADING to +0 chain mail.
  9153 | Sewer    | 9153 ||| UPGRADING to +0 chain mail.
  9154 | Sewer    | 9154 ||| UPGRADING to +0 chain mail.
  9155 | Sewer    | 9155 ||| UPGRADING to +0 chain mail.
  9156 | Sewer    | 9156 ||| UPGRADING to +0 chain mail.
  9157 | Sewer    | 9157 ||| UPGRADING to +0 chain mail.
  9158 | Sewer    | 9158 ||| UPGRADING to +0 chain mail.
  9159 | Sewer    | 9159 ||| UPGRADING to +0 chain mail.
  9160 | Sewer    | 9160 ||| UPGRADING to +0 chain mail.
  9161 | Sewer    | 9161 ||| UPGRADING to +0 chain mail.
  9162 | Sewer    | 9162 ||| UPGRADING to +0 chain mail.
  9163 | Sewer    | 9163 ||| UPGRADING to +0 chain mail.
  9164 | Sewer    | 9164 ||| UPGRADING to +0 chain mail.
  9165 | Sewer    | 9165 ||| UPGRADING to +0 chain mail.
  9166 | Sewer    | 9166 ||| UPGRADING to +0 chain mail.
  9167 | Sewer    | 9167 ||| UPGRADING to +0 chain mail.
  9168 | Sewer    | 9168 ||| UPGRADING to +0 chain mail.
  9169 | Sewer    | 9169 ||| UPGRADING to +0 chain mail.
  9170 | Sewer    | 9170 ||| UPGRADING to +0 chain mail.
  9171 | Sewer    | 9171 ||| UPGRADING to +0 chain mail.
  9172 | Sewer    | 9172 ||| UPGRADING to +0 chain mail.
  9173 | Sewer    | 9173 ||| UPGRADING to +0 chain mail.
  9174 | Sewer    | 9174 ||| UPGRADING to +0 chain mail.
  9175 | Sewer    | 9175 ||| UPGRADING to +0 chain mail.
  9176 | Sewer    | 9176 ||| UPGRADING to +0 chain mail.
  9177 | Sewer    | 9177 ||| UPGRADING to +0 chain mail.
  9178 | Sewer    | 9178 ||| UPGRADING to +0 chain mail.
  9179 | Sewer    | 9179 ||| UPGRADING to +0 chain mail.
  9180 | Sewer    | 9180 ||| UPGRADING to +0 chain mail.
  9181 | Sewer    | 9181 ||| UPGRADING to +0 chain mail.
  9182 | Sewer    | 9182 ||| UPGRADING to +0 chain mail.
  9182 | Sewer    | Glimpsed the power of Zot.
  9183 | Sewer    | 9183 ||| UPGRADING to +0 chain mail.
  9184 | Sewer    | 9184 ||| UPGRADING to +0 chain mail.
  9185 | Sewer    | 9185 ||| UPGRADING to +0 chain mail.
  9186 | Sewer    | 9186 ||| UPGRADING to +0 chain mail.
  9187 | Sewer    | 9187 ||| UPGRADING to +0 chain mail.
  9188 | Sewer    | 9188 ||| UPGRADING to +0 chain mail.
  9189 | Sewer    | 9189 ||| UPGRADING to +0 chain mail.
  9190 | Sewer    | 9190 ||| UPGRADING to +0 chain mail.
  9191 | Sewer    | 9191 ||| UPGRADING to +0 chain mail.
  9192 | Sewer    | 9192 ||| UPGRADING to +0 chain mail.
  9193 | Sewer    | 9193 ||| UPGRADING to +0 chain mail.
  9194 | Sewer    | 9194 ||| UPGRADING to +0 chain mail.
  9195 | Sewer    | 9195 ||| UPGRADING to +0 chain mail.
  9196 | Sewer    | 9196 ||| UPGRADING to +0 chain mail.
  9197 | Sewer    | 9197 ||| UPGRADING to +0 chain mail.
  9198 | Sewer    | 9198 ||| UPGRADING to +0 chain mail.
  9199 | Sewer    | 9199 ||| UPGRADING to +0 chain mail.
  9200 | Sewer    | 9200 ||| UPGRADING to +0 chain mail.
  9201 | Sewer    | 9201 ||| UPGRADING to +0 chain mail.
  9202 | Sewer    | 9202 ||| UPGRADING to +0 chain mail.
  9203 | Sewer    | 9203 ||| UPGRADING to +0 chain mail.
  9204 | Sewer    | 9204 ||| UPGRADING to +0 chain mail.
  9205 | Sewer    | 9205 ||| UPGRADING to +0 chain mail.
  9206 | Sewer    | 9206 ||| UPGRADING to +0 chain mail.
  9207 | Sewer    | 9207 ||| UPGRADING to +0 chain mail.
  9208 | Sewer    | 9208 ||| UPGRADING to +0 chain mail.
  9209 | Sewer    | 9209 ||| UPGRADING to +0 chain mail.
  9210 | Sewer    | 9210 ||| UPGRADING to +0 chain mail.
  9211 | Sewer    | 9211 ||| UPGRADING to +0 chain mail.
  9212 | Sewer    | 9212 ||| UPGRADING to +0 chain mail.
  9213 | Sewer    | 9213 ||| UPGRADING to +0 chain mail.
  9214 | Sewer    | 9214 ||| UPGRADING to +0 chain mail.
  9215 | Sewer    | 9215 ||| UPGRADING to +0 chain mail.
  9216 | Sewer    | 9216 ||| UPGRADING to +0 chain mail.
  9217 | Sewer    | 9217 ||| UPGRADING to +0 chain mail.
  9218 | Sewer    | 9218 ||| UPGRADING to +0 chain mail.
  9219 | Sewer    | 9219 ||| UPGRADING to +0 chain mail.
  9220 | Sewer    | 9220 ||| UPGRADING to +0 chain mail.
  9221 | Sewer    | 9221 ||| UPGRADING to +0 chain mail.
  9222 | Sewer    | 9222 ||| UPGRADING to +0 chain mail.
  9223 | Sewer    | 9223 ||| UPGRADING to +0 chain mail.
  9224 | Sewer    | 9224 ||| UPGRADING to +0 chain mail.
  9225 | Sewer    | 9225 ||| UPGRADING to +0 chain mail.
  9226 | Sewer    | 9226 ||| UPGRADING to +0 chain mail.
  9227 | Sewer    | 9227 ||| UPGRADING to +0 chain mail.
  9228 | Sewer    | 9228 ||| UPGRADING to +0 chain mail.
  9229 | Sewer    | 9229 ||| UPGRADING to +0 chain mail.
  9230 | Sewer    | 9230 ||| UPGRADING to +0 chain mail.
  9231 | Sewer    | 9231 ||| UPGRADING to +0 chain mail.
  9232 | Sewer    | 9232 ||| UPGRADING to +0 chain mail.
  9233 | Sewer    | 9233 ||| UPGRADING to +0 chain mail.
  9234 | Sewer    | 9234 ||| UPGRADING to +0 chain mail.
  9235 | Sewer    | 9235 ||| UPGRADING to +0 chain mail.
  9236 | Sewer    | 9236 ||| UPGRADING to +0 chain mail.
  9237 | Sewer    | 9237 ||| UPGRADING to +0 chain mail.
  9238 | Sewer    | 9238 ||| UPGRADING to +0 chain mail.
  9239 | Sewer    | 9239 ||| UPGRADING to +0 chain mail.
  9240 | Sewer    | 9240 ||| UPGRADING to +0 chain mail.
  9241 | Sewer    | 9241 ||| UPGRADING to +0 chain mail.
  9242 | Sewer    | 9242 ||| UPGRADING to +0 chain mail.
  9243 | Sewer    | 9243 ||| UPGRADING to +0 chain mail.
  9244 | Sewer    | 9244 ||| UPGRADING to +0 chain mail.
  9245 | Sewer    | 9245 ||| UPGRADING to +0 chain mail.
  9246 | Sewer    | 9246 ||| UPGRADING to +0 chain mail.
  9247 | Sewer    | 9247 ||| UPGRADING to +0 chain mail.
  9248 | Sewer    | 9248 ||| UPGRADING to +0 chain mail.
  9249 | Sewer    | 9249 ||| UPGRADING to +0 chain mail.
  9250 | Sewer    | 9250 ||| UPGRADING to +0 chain mail.
  9251 | Sewer    | 9251 ||| UPGRADING to +0 chain mail.
  9252 | Sewer    | 9252 ||| UPGRADING to +0 chain mail.
  9253 | Sewer    | 9253 ||| UPGRADING to +0 chain mail.
  9254 | Sewer    | 9254 ||| UPGRADING to +0 chain mail.
  9255 | Sewer    | 9255 ||| UPGRADING to +0 chain mail.
  9256 | Sewer    | 9256 ||| UPGRADING to +0 chain mail.
  9257 | Sewer    | 9257 ||| UPGRADING to +0 chain mail.
  9258 | Sewer    | 9258 ||| UPGRADING to +0 chain mail.
  9259 | Sewer    | 9259 ||| UPGRADING to +0 chain mail.
  9260 | Sewer    | 9260 ||| UPGRADING to +0 chain mail.
  9261 | Sewer    | 9261 ||| UPGRADING to +0 chain mail.
  9262 | Sewer    | 9262 ||| UPGRADING to +0 chain mail.
  9263 | Sewer    | 9263 ||| UPGRADING to +0 chain mail.
  9264 | Sewer    | 9264 ||| UPGRADING to +0 chain mail.
  9265 | Sewer    | 9265 ||| UPGRADING to +0 chain mail.
  9266 | Sewer    | 9266 ||| UPGRADING to +0 chain mail.
  9267 | Sewer    | 9267 ||| UPGRADING to +0 chain mail.
  9268 | Sewer    | 9268 ||| UPGRADING to +0 chain mail.
  9269 | Sewer    | 9269 ||| UPGRADING to +0 chain mail.
  9270 | Sewer    | 9270 ||| UPGRADING to +0 chain mail.
  9271 | Sewer    | 9271 ||| UPGRADING to +0 chain mail.
  9272 | Sewer    | 9272 ||| UPGRADING to +0 chain mail.
  9273 | Sewer    | 9273 ||| UPGRADING to +0 chain mail.
  9274 | Sewer    | 9274 ||| UPGRADING to +0 chain mail.
  9275 | Sewer    | 9275 ||| UPGRADING to +0 chain mail.
  9276 | Sewer    | 9276 ||| UPGRADING to +0 chain mail.
  9277 | Sewer    | 9277 ||| UPGRADING to +0 chain mail.
  9278 | Sewer    | 9278 ||| UPGRADING to +0 chain mail.
  9279 | Sewer    | 9279 ||| UPGRADING to +0 chain mail.
  9280 | Sewer    | 9280 ||| UPGRADING to +0 chain mail.
  9281 | Sewer    | 9281 ||| UPGRADING to +0 chain mail.
  9281 | Sewer    | Touched by the power of Zot (MHP 31 -> 23)
  9282 | Sewer    | 9282 ||| UPGRADING to +0 chain mail.
  9282 | Sewer    | Glimpsed the power of Zot.
  9283 | Sewer    | 9283 ||| UPGRADING to +0 chain mail.
  9284 | Sewer    | 9284 ||| UPGRADING to +0 chain mail.
  9285 | Sewer    | 9285 ||| UPGRADING to +0 chain mail.
  9286 | Sewer    | 9286 ||| UPGRADING to +0 chain mail.
  9287 | Sewer    | 9287 ||| UPGRADING to +0 chain mail.
  9288 | Sewer    | 9288 ||| UPGRADING to +0 chain mail.
  9289 | Sewer    | 9289 ||| UPGRADING to +0 chain mail.
  9290 | Sewer    | 9290 ||| UPGRADING to +0 chain mail.
  9291 | Sewer    | 9291 ||| UPGRADING to +0 chain mail.
  9292 | Sewer    | 9292 ||| UPGRADING to +0 chain mail.
  9293 | Sewer    | 9293 ||| UPGRADING to +0 chain mail.
  9294 | Sewer    | 9294 ||| UPGRADING to +0 chain mail.
  9295 | Sewer    | 9295 ||| UPGRADING to +0 chain mail.
  9296 | Sewer    | 9296 ||| UPGRADING to +0 chain mail.
  9297 | Sewer    | 9297 ||| UPGRADING to +0 chain mail.
  9298 | Sewer    | 9298 ||| UPGRADING to +0 chain mail.
  9299 | Sewer    | 9299 ||| UPGRADING to +0 chain mail.
  9300 | Sewer    | 9300 ||| UPGRADING to +0 chain mail.
  9301 | Sewer    | 9301 ||| UPGRADING to +0 chain mail.
  9302 | Sewer    | 9302 ||| UPGRADING to +0 chain mail.
  9303 | Sewer    | 9303 ||| UPGRADING to +0 chain mail.
  9304 | Sewer    | 9304 ||| UPGRADING to +0 chain mail.
  9305 | Sewer    | 9305 ||| UPGRADING to +0 chain mail.
  9306 | Sewer    | 9306 ||| UPGRADING to +0 chain mail.
  9307 | Sewer    | 9307 ||| UPGRADING to +0 chain mail.
  9308 | Sewer    | 9308 ||| UPGRADING to +0 chain mail.
  9309 | Sewer    | 9309 ||| UPGRADING to +0 chain mail.
  9310 | Sewer    | 9310 ||| UPGRADING to +0 chain mail.
  9311 | Sewer    | 9311 ||| UPGRADING to +0 chain mail.
  9312 | Sewer    | 9312 ||| UPGRADING to +0 chain mail.
  9313 | Sewer    | 9313 ||| UPGRADING to +0 chain mail.
  9314 | Sewer    | 9314 ||| UPGRADING to +0 chain mail.
  9315 | Sewer    | 9315 ||| UPGRADING to +0 chain mail.
  9316 | Sewer    | 9316 ||| UPGRADING to +0 chain mail.
  9317 | Sewer    | 9317 ||| UPGRADING to +0 chain mail.
  9318 | Sewer    | 9318 ||| UPGRADING to +0 chain mail.
  9319 | Sewer    | 9319 ||| UPGRADING to +0 chain mail.
  9320 | Sewer    | 9320 ||| UPGRADING to +0 chain mail.
  9321 | Sewer    | 9321 ||| UPGRADING to +0 chain mail.
  9322 | Sewer    | 9322 ||| UPGRADING to +0 chain mail.
  9323 | Sewer    | 9323 ||| UPGRADING to +0 chain mail.
  9324 | Sewer    | 9324 ||| UPGRADING to +0 chain mail.
  9325 | Sewer    | 9325 ||| UPGRADING to +0 chain mail.
  9326 | Sewer    | 9326 ||| UPGRADING to +0 chain mail.
  9327 | Sewer    | 9327 ||| UPGRADING to +0 chain mail.
  9328 | Sewer    | 9328 ||| UPGRADING to +0 chain mail.
  9329 | Sewer    | 9329 ||| UPGRADING to +0 chain mail.
  9330 | Sewer    | 9330 ||| UPGRADING to +0 chain mail.
  9331 | Sewer    | 9331 ||| UPGRADING to +0 chain mail.
  9332 | Sewer    | 9332 ||| UPGRADING to +0 chain mail.
  9333 | Sewer    | 9333 ||| UPGRADING to +0 chain mail.
  9334 | Sewer    | 9334 ||| UPGRADING to +0 chain mail.
  9335 | Sewer    | 9335 ||| UPGRADING to +0 chain mail.
  9336 | Sewer    | 9336 ||| UPGRADING to +0 chain mail.
  9337 | Sewer    | 9337 ||| UPGRADING to +0 chain mail.
  9338 | Sewer    | 9338 ||| UPGRADING to +0 chain mail.
  9339 | Sewer    | 9339 ||| UPGRADING to +0 chain mail.
  9340 | Sewer    | 9340 ||| UPGRADING to +0 chain mail.
  9341 | Sewer    | 9341 ||| UPGRADING to +0 chain mail.
  9342 | Sewer    | 9342 ||| UPGRADING to +0 chain mail.
  9343 | Sewer    | 9343 ||| UPGRADING to +0 chain mail.
  9344 | Sewer    | 9344 ||| UPGRADING to +0 chain mail.
  9345 | Sewer    | 9345 ||| UPGRADING to +0 chain mail.
  9346 | Sewer    | 9346 ||| UPGRADING to +0 chain mail.
  9347 | Sewer    | 9347 ||| UPGRADING to +0 chain mail.
  9348 | Sewer    | 9348 ||| UPGRADING to +0 chain mail.
  9349 | Sewer    | 9349 ||| UPGRADING to +0 chain mail.
  9350 | Sewer    | 9350 ||| UPGRADING to +0 chain mail.
  9351 | Sewer    | 9351 ||| UPGRADING to +0 chain mail.
  9352 | Sewer    | 9352 ||| UPGRADING to +0 chain mail.
  9353 | Sewer    | 9353 ||| UPGRADING to +0 chain mail.
  9354 | Sewer    | 9354 ||| UPGRADING to +0 chain mail.
  9355 | Sewer    | 9355 ||| UPGRADING to +0 chain mail.
  9356 | Sewer    | 9356 ||| UPGRADING to +0 chain mail.
  9357 | Sewer    | 9357 ||| UPGRADING to +0 chain mail.
  9358 | Sewer    | 9358 ||| UPGRADING to +0 chain mail.
  9359 | Sewer    | 9359 ||| UPGRADING to +0 chain mail.
  9360 | Sewer    | 9360 ||| UPGRADING to +0 chain mail.
  9361 | Sewer    | 9361 ||| UPGRADING to +0 chain mail.
  9362 | Sewer    | 9362 ||| UPGRADING to +0 chain mail.
  9363 | Sewer    | 9363 ||| UPGRADING to +0 chain mail.
  9364 | Sewer    | 9364 ||| UPGRADING to +0 chain mail.
  9365 | Sewer    | 9365 ||| UPGRADING to +0 chain mail.
  9366 | Sewer    | 9366 ||| UPGRADING to +0 chain mail.
  9367 | Sewer    | 9367 ||| UPGRADING to +0 chain mail.
  9368 | Sewer    | 9368 ||| UPGRADING to +0 chain mail.
  9369 | Sewer    | 9369 ||| UPGRADING to +0 chain mail.
  9370 | Sewer    | 9370 ||| UPGRADING to +0 chain mail.
  9371 | Sewer    | 9371 ||| UPGRADING to +0 chain mail.
  9372 | Sewer    | 9372 ||| UPGRADING to +0 chain mail.
  9373 | Sewer    | 9373 ||| UPGRADING to +0 chain mail.
  9374 | Sewer    | 9374 ||| UPGRADING to +0 chain mail.
  9375 | Sewer    | 9375 ||| UPGRADING to +0 chain mail.
  9376 | Sewer    | 9376 ||| UPGRADING to +0 chain mail.
  9377 | Sewer    | 9377 ||| UPGRADING to +0 chain mail.
  9378 | Sewer    | 9378 ||| UPGRADING to +0 chain mail.
  9379 | Sewer    | 9379 ||| UPGRADING to +0 chain mail.
  9380 | Sewer    | 9380 ||| UPGRADING to +0 chain mail.
  9381 | Sewer    | 9381 ||| UPGRADING to +0 chain mail.
  9382 | Sewer    | 9382 ||| UPGRADING to +0 chain mail.
  9383 | Sewer    | 9383 ||| UPGRADING to +0 chain mail.
  9384 | Sewer    | 9384 ||| UPGRADING to +0 chain mail.
  9385 | Sewer    | 9385 ||| UPGRADING to +0 chain mail.
  9386 | Sewer    | 9386 ||| UPGRADING to +0 chain mail.
  9387 | Sewer    | 9387 ||| UPGRADING to +0 chain mail.
  9388 | Sewer    | 9388 ||| UPGRADING to +0 chain mail.
  9389 | Sewer    | 9389 ||| UPGRADING to +0 chain mail.
  9390 | Sewer    | 9390 ||| UPGRADING to +0 chain mail.
  9391 | Sewer    | 9391 ||| UPGRADING to +0 chain mail.
  9392 | Sewer    | 9392 ||| UPGRADING to +0 chain mail.
  9393 | Sewer    | 9393 ||| UPGRADING to +0 chain mail.
  9394 | Sewer    | 9394 ||| UPGRADING to +0 chain mail.
  9395 | Sewer    | 9395 ||| UPGRADING to +0 chain mail.
  9396 | Sewer    | 9396 ||| UPGRADING to +0 chain mail.
  9397 | Sewer    | 9397 ||| UPGRADING to +0 chain mail.
  9398 | Sewer    | 9398 ||| UPGRADING to +0 chain mail.
  9399 | Sewer    | 9399 ||| UPGRADING to +0 chain mail.
  9400 | Sewer    | 9400 ||| UPGRADING to +0 chain mail.
  9401 | Sewer    | 9401 ||| UPGRADING to +0 chain mail.
  9402 | Sewer    | 9402 ||| UPGRADING to +0 chain mail.
  9403 | Sewer    | 9403 ||| UPGRADING to +0 chain mail.
  9404 | Sewer    | 9404 ||| UPGRADING to +0 chain mail.
  9405 | Sewer    | 9405 ||| UPGRADING to +0 chain mail.
  9406 | Sewer    | 9406 ||| UPGRADING to +0 chain mail.
  9407 | Sewer    | 9407 ||| UPGRADING to +0 chain mail.
  9408 | Sewer    | 9408 ||| UPGRADING to +0 chain mail.
  9409 | Sewer    | 9409 ||| UPGRADING to +0 chain mail.
  9410 | Sewer    | 9410 ||| UPGRADING to +0 chain mail.
  9411 | Sewer    | 9411 ||| UPGRADING to +0 chain mail.
  9412 | Sewer    | 9412 ||| UPGRADING to +0 chain mail.
  9413 | Sewer    | 9413 ||| UPGRADING to +0 chain mail.
  9414 | Sewer    | 9414 ||| UPGRADING to +0 chain mail.
  9415 | Sewer    | 9415 ||| UPGRADING to +0 chain mail.
  9416 | Sewer    | 9416 ||| UPGRADING to +0 chain mail.
  9417 | Sewer    | 9417 ||| UPGRADING to +0 chain mail.
  9418 | Sewer    | 9418 ||| UPGRADING to +0 chain mail.
  9419 | Sewer    | 9419 ||| UPGRADING to +0 chain mail.
  9420 | Sewer    | 9420 ||| UPGRADING to +0 chain mail.
  9421 | Sewer    | 9421 ||| UPGRADING to +0 chain mail.
  9422 | Sewer    | 9422 ||| UPGRADING to +0 chain mail.
  9423 | Sewer    | 9423 ||| UPGRADING to +0 chain mail.
  9424 | Sewer    | 9424 ||| UPGRADING to +0 chain mail.
  9425 | Sewer    | 9425 ||| UPGRADING to +0 chain mail.
  9426 | Sewer    | 9426 ||| UPGRADING to +0 chain mail.
  9427 | Sewer    | 9427 ||| UPGRADING to +0 chain mail.
  9428 | Sewer    | 9428 ||| UPGRADING to +0 chain mail.
  9429 | Sewer    | 9429 ||| UPGRADING to +0 chain mail.
  9430 | Sewer    | 9430 ||| UPGRADING to +0 chain mail.
  9431 | Sewer    | 9431 ||| UPGRADING to +0 chain mail.
  9432 | Sewer    | 9432 ||| UPGRADING to +0 chain mail.
  9433 | Sewer    | 9433 ||| UPGRADING to +0 chain mail.
  9434 | Sewer    | 9434 ||| UPGRADING to +0 chain mail.
  9435 | Sewer    | 9435 ||| UPGRADING to +0 chain mail.
  9436 | Sewer    | 9436 ||| UPGRADING to +0 chain mail.
  9437 | Sewer    | 9437 ||| UPGRADING to +0 chain mail.
  9438 | Sewer    | 9438 ||| UPGRADING to +0 chain mail.
  9439 | Sewer    | 9439 ||| UPGRADING to +0 chain mail.
  9440 | Sewer    | 9440 ||| UPGRADING to +0 chain mail.
  9441 | Sewer    | 9441 ||| UPGRADING to +0 chain mail.
  9442 | Sewer    | 9442 ||| UPGRADING to +0 chain mail.
  9443 | Sewer    | 9443 ||| UPGRADING to +0 chain mail.
  9444 | Sewer    | 9444 ||| UPGRADING to +0 chain mail.
  9445 | Sewer    | 9445 ||| UPGRADING to +0 chain mail.
  9446 | Sewer    | 9446 ||| UPGRADING to +0 chain mail.
  9447 | Sewer    | 9447 ||| UPGRADING to +0 chain mail.
  9448 | Sewer    | 9448 ||| UPGRADING to +0 chain mail.
  9449 | Sewer    | 9449 ||| UPGRADING to +0 chain mail.
  9450 | Sewer    | 9450 ||| UPGRADING to +0 chain mail.
  9451 | Sewer    | 9451 ||| UPGRADING to +0 chain mail.
  9452 | Sewer    | 9452 ||| UPGRADING to +0 chain mail.
  9453 | Sewer    | 9453 ||| UPGRADING to +0 chain mail.
  9454 | Sewer    | 9454 ||| UPGRADING to +0 chain mail.
  9455 | Sewer    | 9455 ||| UPGRADING to +0 chain mail.
  9456 | Sewer    | 9456 ||| UPGRADING to +0 chain mail.
  9457 | Sewer    | 9457 ||| UPGRADING to +0 chain mail.
  9458 | Sewer    | 9458 ||| UPGRADING to +0 chain mail.
  9459 | Sewer    | 9459 ||| UPGRADING to +0 chain mail.
  9460 | Sewer    | 9460 ||| UPGRADING to +0 chain mail.
  9461 | Sewer    | 9461 ||| UPGRADING to +0 chain mail.
  9462 | Sewer    | 9462 ||| UPGRADING to +0 chain mail.
  9463 | Sewer    | 9463 ||| UPGRADING to +0 chain mail.
  9464 | Sewer    | 9464 ||| UPGRADING to +0 chain mail.
  9465 | Sewer    | 9465 ||| UPGRADING to +0 chain mail.
  9466 | Sewer    | 9466 ||| UPGRADING to +0 chain mail.
  9467 | Sewer    | 9467 ||| UPGRADING to +0 chain mail.
  9468 | Sewer    | 9468 ||| UPGRADING to +0 chain mail.
  9469 | Sewer    | 9469 ||| UPGRADING to +0 chain mail.
  9470 | Sewer    | 9470 ||| UPGRADING to +0 chain mail.
  9471 | Sewer    | 9471 ||| UPGRADING to +0 chain mail.
  9472 | Sewer    | 9472 ||| UPGRADING to +0 chain mail.
  9473 | Sewer    | 9473 ||| UPGRADING to +0 chain mail.
  9474 | Sewer    | 9474 ||| UPGRADING to +0 chain mail.
  9475 | Sewer    | 9475 ||| UPGRADING to +0 chain mail.
  9476 | Sewer    | 9476 ||| UPGRADING to +0 chain mail.
  9477 | Sewer    | 9477 ||| UPGRADING to +0 chain mail.
  9478 | Sewer    | 9478 ||| UPGRADING to +0 chain mail.
  9479 | Sewer    | 9479 ||| UPGRADING to +0 chain mail.
  9480 | Sewer    | 9480 ||| UPGRADING to +0 chain mail.
  9481 | Sewer    | 9481 ||| UPGRADING to +0 chain mail.
  9482 | Sewer    | 9482 ||| UPGRADING to +0 chain mail.
  9483 | Sewer    | 9483 ||| UPGRADING to +0 chain mail.
  9484 | Sewer    | 9484 ||| UPGRADING to +0 chain mail.
  9485 | Sewer    | 9485 ||| UPGRADING to +0 chain mail.
  9486 | Sewer    | 9486 ||| UPGRADING to +0 chain mail.
  9487 | Sewer    | 9487 ||| UPGRADING to +0 chain mail.
  9488 | Sewer    | 9488 ||| UPGRADING to +0 chain mail.
  9489 | Sewer    | 9489 ||| UPGRADING to +0 chain mail.
  9490 | Sewer    | 9490 ||| UPGRADING to +0 chain mail.
  9491 | Sewer    | 9491 ||| UPGRADING to +0 chain mail.
  9492 | Sewer    | 9492 ||| UPGRADING to +0 chain mail.
  9492 | Sewer    | HP: 6/24 [adder (2)]
  9493 | Sewer    | 9493 ||| DRINKING potion of heal wounds.
  9494 | Sewer    | 9494 ||| UPGRADING to +0 chain mail.
  9495 | Sewer    | 9495 ||| UPGRADING to +0 chain mail.
  9496 | Sewer    | 9496 ||| UPGRADING to +0 chain mail.
  9497 | Sewer    | 9497 ||| UPGRADING to +0 chain mail.
  9498 | Sewer    | 9498 ||| UPGRADING to +0 chain mail.
  9499 | Sewer    | 9499 ||| UPGRADING to +0 chain mail.
  9500 | Sewer    | 9500 ||| UPGRADING to +0 chain mail.
  9501 | Sewer    | 9501 ||| UPGRADING to +0 chain mail.
  9502 | Sewer    | 9502 ||| UPGRADING to +0 chain mail.
  9503 | Sewer    | 9503 ||| UPGRADING to +0 chain mail.
  9504 | Sewer    | 9504 ||| UPGRADING to +0 chain mail.
  9505 | Sewer    | 9505 ||| UPGRADING to +0 chain mail.
  9506 | Sewer    | 9506 ||| UPGRADING to +0 chain mail.
  9507 | Sewer    | 9507 ||| UPGRADING to +0 chain mail.
  9508 | Sewer    | 9508 ||| UPGRADING to +0 chain mail.
  9509 | Sewer    | 9509 ||| UPGRADING to +0 chain mail.
  9510 | Sewer    | 9510 ||| UPGRADING to +0 chain mail.
  9511 | Sewer    | 9511 ||| UPGRADING to +0 chain mail.
  9512 | Sewer    | 9512 ||| UPGRADING to +0 chain mail.
  9513 | Sewer    | 9513 ||| UPGRADING to +0 chain mail.
  9514 | Sewer    | 9514 ||| UPGRADING to +0 chain mail.
  9515 | Sewer    | 9515 ||| UPGRADING to +0 chain mail.
  9516 | Sewer    | 9516 ||| UPGRADING to +0 chain mail.
  9517 | Sewer    | 9517 ||| UPGRADING to +0 chain mail.
  9518 | Sewer    | 9518 ||| UPGRADING to +0 chain mail.
  9519 | Sewer    | 9519 ||| UPGRADING to +0 chain mail.
  9520 | Sewer    | 9520 ||| UPGRADING to +0 chain mail.
  9521 | Sewer    | 9521 ||| UPGRADING to +0 chain mail.
  9522 | Sewer    | 9522 ||| UPGRADING to +0 chain mail.
  9523 | Sewer    | 9523 ||| UPGRADING to +0 chain mail.
  9524 | Sewer    | 9524 ||| UPGRADING to +0 chain mail.
  9525 | Sewer    | 9525 ||| UPGRADING to +0 chain mail.
  9526 | Sewer    | 9526 ||| UPGRADING to +0 chain mail.
  9527 | Sewer    | 9527 ||| UPGRADING to +0 chain mail.
  9528 | Sewer    | 9528 ||| UPGRADING to +0 chain mail.
  9529 | Sewer    | 9529 ||| UPGRADING to +0 chain mail.
  9530 | Sewer    | 9530 ||| UPGRADING to +0 chain mail.
  9531 | Sewer    | 9531 ||| UPGRADING to +0 chain mail.
  9532 | Sewer    | 9532 ||| UPGRADING to +0 chain mail.
  9533 | Sewer    | 9533 ||| UPGRADING to +0 chain mail.
  9534 | Sewer    | 9534 ||| UPGRADING to +0 chain mail.
  9535 | Sewer    | 9535 ||| UPGRADING to +0 chain mail.
  9536 | Sewer    | 9536 ||| UPGRADING to +0 chain mail.
  9537 | Sewer    | 9537 ||| UPGRADING to +0 chain mail.
  9538 | Sewer    | 9538 ||| UPGRADING to +0 chain mail.
  9539 | Sewer    | 9539 ||| UPGRADING to +0 chain mail.
  9540 | Sewer    | 9540 ||| UPGRADING to +0 chain mail.
  9541 | Sewer    | 9541 ||| UPGRADING to +0 chain mail.
  9542 | Sewer    | 9542 ||| UPGRADING to +0 chain mail.
  9543 | Sewer    | 9543 ||| UPGRADING to +0 chain mail.
  9544 | Sewer    | 9544 ||| UPGRADING to +0 chain mail.
  9545 | Sewer    | 9545 ||| UPGRADING to +0 chain mail.
  9546 | Sewer    | 9546 ||| UPGRADING to +0 chain mail.
  9547 | Sewer    | 9547 ||| UPGRADING to +0 chain mail.
  9548 | Sewer    | 9548 ||| UPGRADING to +0 chain mail.
  9549 | Sewer    | 9549 ||| UPGRADING to +0 chain mail.
  9550 | Sewer    | 9550 ||| UPGRADING to +0 chain mail.
  9551 | Sewer    | 9551 ||| UPGRADING to +0 chain mail.
  9552 | Sewer    | 9552 ||| UPGRADING to +0 chain mail.
  9553 | Sewer    | 9553 ||| UPGRADING to +0 chain mail.
  9554 | Sewer    | 9554 ||| UPGRADING to +0 chain mail.
  9555 | Sewer    | 9555 ||| UPGRADING to +0 chain mail.
  9556 | Sewer    | 9556 ||| UPGRADING to +0 chain mail.
  9557 | Sewer    | 9557 ||| UPGRADING to +0 chain mail.
  9558 | Sewer    | 9558 ||| UPGRADING to +0 chain mail.
  9559 | Sewer    | 9559 ||| UPGRADING to +0 chain mail.
  9560 | Sewer    | 9560 ||| UPGRADING to +0 chain mail.
  9561 | Sewer    | 9561 ||| UPGRADING to +0 chain mail.
  9562 | Sewer    | 9562 ||| UPGRADING to +0 chain mail.
  9563 | Sewer    | 9563 ||| UPGRADING to +0 chain mail.
  9564 | Sewer    | 9564 ||| UPGRADING to +0 chain mail.
  9565 | Sewer    | 9565 ||| UPGRADING to +0 chain mail.
  9566 | Sewer    | 9566 ||| UPGRADING to +0 chain mail.
  9567 | Sewer    | 9567 ||| UPGRADING to +0 chain mail.
  9568 | Sewer    | 9568 ||| UPGRADING to +0 chain mail.
  9569 | Sewer    | 9569 ||| UPGRADING to +0 chain mail.
  9570 | Sewer    | 9570 ||| UPGRADING to +0 chain mail.
  9571 | Sewer    | 9571 ||| UPGRADING to +0 chain mail.
  9572 | Sewer    | 9572 ||| UPGRADING to +0 chain mail.
  9573 | Sewer    | 9573 ||| UPGRADING to +0 chain mail.
  9574 | Sewer    | 9574 ||| UPGRADING to +0 chain mail.
  9575 | Sewer    | 9575 ||| UPGRADING to +0 chain mail.
  9576 | Sewer    | 9576 ||| UPGRADING to +0 chain mail.
  9577 | Sewer    | 9577 ||| UPGRADING to +0 chain mail.
  9578 | Sewer    | 9578 ||| UPGRADING to +0 chain mail.
  9579 | Sewer    | 9579 ||| UPGRADING to +0 chain mail.
  9580 | Sewer    | 9580 ||| UPGRADING to +0 chain mail.
  9581 | Sewer    | 9581 ||| UPGRADING to +0 chain mail.
  9582 | Sewer    | 9582 ||| UPGRADING to +0 chain mail.
  9583 | Sewer    | 9583 ||| UPGRADING to +0 chain mail.
  9584 | Sewer    | 9584 ||| UPGRADING to +0 chain mail.
  9585 | Sewer    | 9585 ||| UPGRADING to +0 chain mail.
  9586 | Sewer    | 9586 ||| UPGRADING to +0 chain mail.
  9587 | Sewer    | 9587 ||| UPGRADING to +0 chain mail.
  9588 | Sewer    | 9588 ||| UPGRADING to +0 chain mail.
  9589 | Sewer    | 9589 ||| UPGRADING to +0 chain mail.
  9590 | Sewer    | 9590 ||| UPGRADING to +0 chain mail.
  9591 | Sewer    | 9591 ||| UPGRADING to +0 chain mail.
  9592 | Sewer    | 9592 ||| UPGRADING to +0 chain mail.
  9593 | Sewer    | 9593 ||| UPGRADING to +0 chain mail.
  9594 | Sewer    | 9594 ||| UPGRADING to +0 chain mail.
  9595 | Sewer    | 9595 ||| UPGRADING to +0 chain mail.
  9596 | Sewer    | 9596 ||| UPGRADING to +0 chain mail.
  9597 | Sewer    | 9597 ||| UPGRADING to +0 chain mail.
  9598 | Sewer    | 9598 ||| UPGRADING to +0 chain mail.
  9599 | Sewer    | 9599 ||| UPGRADING to +0 chain mail.
  9600 | Sewer    | 9600 ||| UPGRADING to +0 chain mail.
  9601 | Sewer    | 9601 ||| UPGRADING to +0 chain mail.
  9602 | Sewer    | 9602 ||| UPGRADING to +0 chain mail.
  9603 | Sewer    | 9603 ||| UPGRADING to +0 chain mail.
  9604 | Sewer    | 9604 ||| UPGRADING to +0 chain mail.
  9605 | Sewer    | 9605 ||| UPGRADING to +0 chain mail.
  9606 | Sewer    | 9606 ||| UPGRADING to +0 chain mail.
  9607 | Sewer    | 9607 ||| UPGRADING to +0 chain mail.
  9608 | Sewer    | 9608 ||| UPGRADING to +0 chain mail.
  9609 | Sewer    | 9609 ||| UPGRADING to +0 chain mail.
  9610 | Sewer    | 9610 ||| UPGRADING to +0 chain mail.
  9611 | Sewer    | 9611 ||| UPGRADING to +0 chain mail.
  9612 | Sewer    | 9612 ||| UPGRADING to +0 chain mail.
  9613 | Sewer    | 9613 ||| UPGRADING to +0 chain mail.
  9614 | Sewer    | 9614 ||| UPGRADING to +0 chain mail.
  9615 | Sewer    | 9615 ||| UPGRADING to +0 chain mail.
  9616 | Sewer    | 9616 ||| UPGRADING to +0 chain mail.
  9617 | Sewer    | 9617 ||| UPGRADING to +0 chain mail.
  9618 | Sewer    | 9618 ||| UPGRADING to +0 chain mail.
  9619 | Sewer    | 9619 ||| UPGRADING to +0 chain mail.
  9620 | Sewer    | 9620 ||| UPGRADING to +0 chain mail.
  9621 | Sewer    | 9621 ||| UPGRADING to +0 chain mail.
  9622 | Sewer    | 9622 ||| UPGRADING to +0 chain mail.
  9623 | Sewer    | 9623 ||| UPGRADING to +0 chain mail.
  9624 | Sewer    | 9624 ||| UPGRADING to +0 chain mail.
  9625 | Sewer    | 9625 ||| UPGRADING to +0 chain mail.
  9626 | Sewer    | 9626 ||| UPGRADING to +0 chain mail.
  9627 | Sewer    | 9627 ||| UPGRADING to +0 chain mail.
  9628 | Sewer    | 9628 ||| UPGRADING to +0 chain mail.
  9629 | Sewer    | 9629 ||| UPGRADING to +0 chain mail.
  9630 | Sewer    | 9630 ||| UPGRADING to +0 chain mail.
  9631 | Sewer    | 9631 ||| UPGRADING to +0 chain mail.
  9632 | Sewer    | 9632 ||| UPGRADING to +0 chain mail.
  9633 | Sewer    | 9633 ||| UPGRADING to +0 chain mail.
  9634 | Sewer    | 9634 ||| UPGRADING to +0 chain mail.
  9635 | Sewer    | 9635 ||| UPGRADING to +0 chain mail.
  9636 | Sewer    | 9636 ||| UPGRADING to +0 chain mail.
  9637 | Sewer    | 9637 ||| UPGRADING to +0 chain mail.
  9638 | Sewer    | 9638 ||| UPGRADING to +0 chain mail.
  9639 | Sewer    | 9639 ||| UPGRADING to +0 chain mail.
  9640 | Sewer    | 9640 ||| UPGRADING to +0 chain mail.
  9641 | Sewer    | 9641 ||| UPGRADING to +0 chain mail.
  9642 | Sewer    | 9642 ||| UPGRADING to +0 chain mail.
  9643 | Sewer    | 9643 ||| UPGRADING to +0 chain mail.
  9644 | Sewer    | 9644 ||| UPGRADING to +0 chain mail.
  9645 | Sewer    | 9645 ||| UPGRADING to +0 chain mail.
  9646 | Sewer    | 9646 ||| UPGRADING to +0 chain mail.
  9647 | Sewer    | 9647 ||| UPGRADING to +0 chain mail.
  9648 | Sewer    | 9648 ||| UPGRADING to +0 chain mail.
  9649 | Sewer    | 9649 ||| UPGRADING to +0 chain mail.
  9650 | Sewer    | 9650 ||| UPGRADING to +0 chain mail.
  9651 | Sewer    | 9651 ||| UPGRADING to +0 chain mail.
  9652 | Sewer    | 9652 ||| UPGRADING to +0 chain mail.
  9653 | Sewer    | 9653 ||| UPGRADING to +0 chain mail.
  9654 | Sewer    | 9654 ||| UPGRADING to +0 chain mail.
  9655 | Sewer    | 9655 ||| UPGRADING to +0 chain mail.
  9656 | Sewer    | 9656 ||| UPGRADING to +0 chain mail.
  9657 | Sewer    | 9657 ||| UPGRADING to +0 chain mail.
  9658 | Sewer    | 9658 ||| UPGRADING to +0 chain mail.
  9659 | Sewer    | 9659 ||| UPGRADING to +0 chain mail.
  9660 | Sewer    | 9660 ||| UPGRADING to +0 chain mail.
  9661 | Sewer    | 9661 ||| UPGRADING to +0 chain mail.
  9662 | Sewer    | 9662 ||| UPGRADING to +0 chain mail.
  9663 | Sewer    | 9663 ||| UPGRADING to +0 chain mail.
  9664 | Sewer    | 9664 ||| UPGRADING to +0 chain mail.
  9665 | Sewer    | 9665 ||| UPGRADING to +0 chain mail.
  9666 | Sewer    | 9666 ||| UPGRADING to +0 chain mail.
  9667 | Sewer    | 9667 ||| UPGRADING to +0 chain mail.
  9668 | Sewer    | 9668 ||| UPGRADING to +0 chain mail.
  9669 | Sewer    | 9669 ||| UPGRADING to +0 chain mail.
  9670 | Sewer    | 9670 ||| UPGRADING to +0 chain mail.
  9671 | Sewer    | 9671 ||| UPGRADING to +0 chain mail.
  9672 | Sewer    | 9672 ||| UPGRADING to +0 chain mail.
  9673 | Sewer    | 9673 ||| UPGRADING to +0 chain mail.
  9674 | Sewer    | 9674 ||| UPGRADING to +0 chain mail.
  9675 | Sewer    | 9675 ||| UPGRADING to +0 chain mail.
  9676 | Sewer    | 9676 ||| UPGRADING to +0 chain mail.
  9677 | Sewer    | 9677 ||| UPGRADING to +0 chain mail.
  9678 | Sewer    | 9678 ||| UPGRADING to +0 chain mail.
  9679 | Sewer    | 9679 ||| UPGRADING to +0 chain mail.
  9680 | Sewer    | 9680 ||| UPGRADING to +0 chain mail.
  9681 | Sewer    | 9681 ||| UPGRADING to +0 chain mail.
  9682 | Sewer    | 9682 ||| UPGRADING to +0 chain mail.
  9683 | Sewer    | 9683 ||| UPGRADING to +0 chain mail.
  9684 | Sewer    | 9684 ||| UPGRADING to +0 chain mail.
  9685 | Sewer    | 9685 ||| UPGRADING to +0 chain mail.
  9686 | Sewer    | 9686 ||| UPGRADING to +0 chain mail.
  9687 | Sewer    | 9687 ||| UPGRADING to +0 chain mail.
  9688 | Sewer    | 9688 ||| UPGRADING to +0 chain mail.
  9689 | Sewer    | 9689 ||| UPGRADING to +0 chain mail.
  9690 | Sewer    | 9690 ||| UPGRADING to +0 chain mail.
  9691 | Sewer    | 9691 ||| UPGRADING to +0 chain mail.
  9692 | Sewer    | 9692 ||| UPGRADING to +0 chain mail.
  9693 | Sewer    | 9693 ||| UPGRADING to +0 chain mail.
  9694 | Sewer    | 9694 ||| UPGRADING to +0 chain mail.
  9695 | Sewer    | 9695 ||| UPGRADING to +0 chain mail.
  9696 | Sewer    | 9696 ||| UPGRADING to +0 chain mail.
  9697 | Sewer    | 9697 ||| UPGRADING to +0 chain mail.
  9698 | Sewer    | 9698 ||| UPGRADING to +0 chain mail.
  9699 | Sewer    | 9699 ||| UPGRADING to +0 chain mail.
  9700 | Sewer    | 9700 ||| UPGRADING to +0 chain mail.
  9701 | Sewer    | 9701 ||| UPGRADING to +0 chain mail.
  9702 | Sewer    | 9702 ||| UPGRADING to +0 chain mail.
  9703 | Sewer    | 9703 ||| UPGRADING to +0 chain mail.
  9704 | Sewer    | 9704 ||| UPGRADING to +0 chain mail.
  9705 | Sewer    | 9705 ||| UPGRADING to +0 chain mail.
  9706 | Sewer    | 9706 ||| UPGRADING to +0 chain mail.
  9707 | Sewer    | 9707 ||| UPGRADING to +0 chain mail.
  9708 | Sewer    | 9708 ||| UPGRADING to +0 chain mail.
  9709 | Sewer    | 9709 ||| UPGRADING to +0 chain mail.
  9710 | Sewer    | 9710 ||| UPGRADING to +0 chain mail.
  9711 | Sewer    | 9711 ||| UPGRADING to +0 chain mail.
  9712 | Sewer    | 9712 ||| UPGRADING to +0 chain mail.
  9713 | Sewer    | 9713 ||| UPGRADING to +0 chain mail.
  9714 | Sewer    | 9714 ||| UPGRADING to +0 chain mail.
  9715 | Sewer    | 9715 ||| UPGRADING to +0 chain mail.
  9716 | Sewer    | 9716 ||| UPGRADING to +0 chain mail.
  9717 | Sewer    | 9717 ||| UPGRADING to +0 chain mail.
  9718 | Sewer    | 9718 ||| UPGRADING to +0 chain mail.
  9719 | Sewer    | 9719 ||| UPGRADING to +0 chain mail.
  9720 | Sewer    | 9720 ||| UPGRADING to +0 chain mail.
  9721 | Sewer    | 9721 ||| UPGRADING to +0 chain mail.
  9722 | Sewer    | 9722 ||| UPGRADING to +0 chain mail.
  9723 | Sewer    | 9723 ||| UPGRADING to +0 chain mail.
  9724 | Sewer    | 9724 ||| UPGRADING to +0 chain mail.
  9725 | Sewer    | 9725 ||| UPGRADING to +0 chain mail.
  9726 | Sewer    | 9726 ||| UPGRADING to +0 chain mail.
  9727 | Sewer    | 9727 ||| UPGRADING to +0 chain mail.
  9728 | Sewer    | 9728 ||| UPGRADING to +0 chain mail.
  9729 | Sewer    | 9729 ||| UPGRADING to +0 chain mail.
  9730 | Sewer    | 9730 ||| UPGRADING to +0 chain mail.
  9731 | Sewer    | 9731 ||| UPGRADING to +0 chain mail.
  9732 | Sewer    | 9732 ||| UPGRADING to +0 chain mail.
  9733 | Sewer    | 9733 ||| UPGRADING to +0 chain mail.
  9734 | Sewer    | 9734 ||| UPGRADING to +0 chain mail.
  9735 | Sewer    | 9735 ||| UPGRADING to +0 chain mail.
  9736 | Sewer    | 9736 ||| UPGRADING to +0 chain mail.
  9737 | Sewer    | 9737 ||| UPGRADING to +0 chain mail.
  9738 | Sewer    | 9738 ||| UPGRADING to +0 chain mail.
  9739 | Sewer    | 9739 ||| UPGRADING to +0 chain mail.
  9740 | Sewer    | 9740 ||| UPGRADING to +0 chain mail.
  9741 | Sewer    | 9741 ||| UPGRADING to +0 chain mail.
  9742 | Sewer    | 9742 ||| UPGRADING to +0 chain mail.
  9743 | Sewer    | 9743 ||| UPGRADING to +0 chain mail.
  9744 | Sewer    | 9744 ||| UPGRADING to +0 chain mail.
  9745 | Sewer    | 9745 ||| UPGRADING to +0 chain mail.
  9746 | Sewer    | 9746 ||| UPGRADING to +0 chain mail.
  9747 | Sewer    | 9747 ||| UPGRADING to +0 chain mail.
  9748 | Sewer    | 9748 ||| UPGRADING to +0 chain mail.
  9749 | Sewer    | 9749 ||| UPGRADING to +0 chain mail.
  9750 | Sewer    | 9750 ||| UPGRADING to +0 chain mail.
  9751 | Sewer    | 9751 ||| UPGRADING to +0 chain mail.
  9752 | Sewer    | 9752 ||| UPGRADING to +0 chain mail.
  9753 | Sewer    | 9753 ||| UPGRADING to +0 chain mail.
  9754 | Sewer    | 9754 ||| UPGRADING to +0 chain mail.
  9755 | Sewer    | 9755 ||| UPGRADING to +0 chain mail.
  9756 | Sewer    | 9756 ||| UPGRADING to +0 chain mail.
  9757 | Sewer    | 9757 ||| UPGRADING to +0 chain mail.
  9758 | Sewer    | 9758 ||| UPGRADING to +0 chain mail.
  9759 | Sewer    | 9759 ||| UPGRADING to +0 chain mail.
  9760 | Sewer    | 9760 ||| UPGRADING to +0 chain mail.
  9761 | Sewer    | 9761 ||| UPGRADING to +0 chain mail.
  9762 | Sewer    | 9762 ||| UPGRADING to +0 chain mail.
  9763 | Sewer    | 9763 ||| UPGRADING to +0 chain mail.
  9764 | Sewer    | 9764 ||| UPGRADING to +0 chain mail.
  9765 | Sewer    | 9765 ||| UPGRADING to +0 chain mail.
  9766 | Sewer    | 9766 ||| UPGRADING to +0 chain mail.
  9767 | Sewer    | 9767 ||| UPGRADING to +0 chain mail.
  9768 | Sewer    | 9768 ||| UPGRADING to +0 chain mail.
  9769 | Sewer    | 9769 ||| UPGRADING to +0 chain mail.
  9770 | Sewer    | 9770 ||| UPGRADING to +0 chain mail.
  9771 | Sewer    | 9771 ||| UPGRADING to +0 chain mail.
  9772 | Sewer    | 9772 ||| UPGRADING to +0 chain mail.
  9773 | Sewer    | 9773 ||| UPGRADING to +0 chain mail.
  9774 | Sewer    | 9774 ||| UPGRADING to +0 chain mail.
  9775 | Sewer    | 9775 ||| UPGRADING to +0 chain mail.
  9776 | Sewer    | 9776 ||| UPGRADING to +0 chain mail.
  9777 | Sewer    | 9777 ||| UPGRADING to +0 chain mail.
  9778 | Sewer    | 9778 ||| UPGRADING to +0 chain mail.
  9779 | Sewer    | 9779 ||| UPGRADING to +0 chain mail.
  9780 | Sewer    | 9780 ||| UPGRADING to +0 chain mail.
  9781 | Sewer    | 9781 ||| UPGRADING to +0 chain mail.
  9782 | Sewer    | 9782 ||| UPGRADING to +0 chain mail.
  9782 | Sewer    | Glimpsed the power of Zot.
  9783 | Sewer    | 9783 ||| UPGRADING to +0 chain mail.
  9784 | Sewer    | 9784 ||| UPGRADING to +0 chain mail.
  9785 | Sewer    | 9785 ||| UPGRADING to +0 chain mail.
  9786 | Sewer    | 9786 ||| UPGRADING to +0 chain mail.
  9787 | Sewer    | 9787 ||| UPGRADING to +0 chain mail.
  9788 | Sewer    | 9788 ||| UPGRADING to +0 chain mail.
  9789 | Sewer    | 9789 ||| UPGRADING to +0 chain mail.
  9790 | Sewer    | 9790 ||| UPGRADING to +0 chain mail.
  9791 | Sewer    | 9791 ||| UPGRADING to +0 chain mail.
  9792 | Sewer    | 9792 ||| UPGRADING to +0 chain mail.
  9793 | Sewer    | 9793 ||| UPGRADING to +0 chain mail.
  9794 | Sewer    | 9794 ||| UPGRADING to +0 chain mail.
  9795 | Sewer    | 9795 ||| UPGRADING to +0 chain mail.
  9796 | Sewer    | 9796 ||| UPGRADING to +0 chain mail.
  9797 | Sewer    | 9797 ||| UPGRADING to +0 chain mail.
  9798 | Sewer    | 9798 ||| UPGRADING to +0 chain mail.
  9799 | Sewer    | 9799 ||| UPGRADING to +0 chain mail.
  9800 | Sewer    | 9800 ||| UPGRADING to +0 chain mail.
  9801 | Sewer    | 9801 ||| UPGRADING to +0 chain mail.
  9802 | Sewer    | 9802 ||| UPGRADING to +0 chain mail.
  9803 | Sewer    | 9803 ||| UPGRADING to +0 chain mail.
  9804 | Sewer    | 9804 ||| UPGRADING to +0 chain mail.
  9805 | Sewer    | 9805 ||| UPGRADING to +0 chain mail.
  9806 | Sewer    | 9806 ||| UPGRADING to +0 chain mail.
  9807 | Sewer    | 9807 ||| UPGRADING to +0 chain mail.
  9808 | Sewer    | 9808 ||| UPGRADING to +0 chain mail.
  9809 | Sewer    | 9809 ||| UPGRADING to +0 chain mail.
  9810 | Sewer    | 9810 ||| UPGRADING to +0 chain mail.
  9811 | Sewer    | 9811 ||| UPGRADING to +0 chain mail.
  9812 | Sewer    | 9812 ||| UPGRADING to +0 chain mail.
  9813 | Sewer    | 9813 ||| UPGRADING to +0 chain mail.
  9814 | Sewer    | 9814 ||| UPGRADING to +0 chain mail.
  9815 | Sewer    | 9815 ||| UPGRADING to +0 chain mail.
  9816 | Sewer    | 9816 ||| UPGRADING to +0 chain mail.
  9817 | Sewer    | 9817 ||| UPGRADING to +0 chain mail.
  9818 | Sewer    | 9818 ||| UPGRADING to +0 chain mail.
  9819 | Sewer    | 9819 ||| UPGRADING to +0 chain mail.
  9820 | Sewer    | 9820 ||| UPGRADING to +0 chain mail.
  9821 | Sewer    | 9821 ||| UPGRADING to +0 chain mail.
  9822 | Sewer    | 9822 ||| UPGRADING to +0 chain mail.
  9823 | Sewer    | 9823 ||| UPGRADING to +0 chain mail.
  9824 | Sewer    | 9824 ||| UPGRADING to +0 chain mail.
  9825 | Sewer    | 9825 ||| UPGRADING to +0 chain mail.
  9826 | Sewer    | 9826 ||| UPGRADING to +0 chain mail.
  9827 | Sewer    | 9827 ||| UPGRADING to +0 chain mail.
  9828 | Sewer    | 9828 ||| UPGRADING to +0 chain mail.
  9829 | Sewer    | 9829 ||| UPGRADING to +0 chain mail.
  9830 | Sewer    | 9830 ||| UPGRADING to +0 chain mail.
  9831 | Sewer    | 9831 ||| UPGRADING to +0 chain mail.
  9832 | Sewer    | 9832 ||| UPGRADING to +0 chain mail.
  9833 | Sewer    | 9833 ||| UPGRADING to +0 chain mail.
  9834 | Sewer    | 9834 ||| UPGRADING to +0 chain mail.
  9835 | Sewer    | 9835 ||| UPGRADING to +0 chain mail.
  9836 | Sewer    | 9836 ||| UPGRADING to +0 chain mail.
  9837 | Sewer    | 9837 ||| UPGRADING to +0 chain mail.
  9838 | Sewer    | 9838 ||| UPGRADING to +0 chain mail.
  9839 | Sewer    | 9839 ||| UPGRADING to +0 chain mail.
  9840 | Sewer    | 9840 ||| UPGRADING to +0 chain mail.
  9841 | Sewer    | 9841 ||| UPGRADING to +0 chain mail.
  9842 | Sewer    | 9842 ||| UPGRADING to +0 chain mail.
  9843 | Sewer    | 9843 ||| UPGRADING to +0 chain mail.
  9844 | Sewer    | 9844 ||| UPGRADING to +0 chain mail.
  9845 | Sewer    | 9845 ||| UPGRADING to +0 chain mail.
  9846 | Sewer    | 9846 ||| UPGRADING to +0 chain mail.
  9847 | Sewer    | 9847 ||| UPGRADING to +0 chain mail.
  9848 | Sewer    | 9848 ||| UPGRADING to +0 chain mail.
  9849 | Sewer    | 9849 ||| UPGRADING to +0 chain mail.
  9850 | Sewer    | 9850 ||| UPGRADING to +0 chain mail.
  9851 | Sewer    | 9851 ||| UPGRADING to +0 chain mail.
  9852 | Sewer    | 9852 ||| UPGRADING to +0 chain mail.
  9853 | Sewer    | 9853 ||| UPGRADING to +0 chain mail.
  9854 | Sewer    | 9854 ||| UPGRADING to +0 chain mail.
  9855 | Sewer    | 9855 ||| UPGRADING to +0 chain mail.
  9856 | Sewer    | 9856 ||| UPGRADING to +0 chain mail.
  9857 | Sewer    | 9857 ||| UPGRADING to +0 chain mail.
  9858 | Sewer    | 9858 ||| UPGRADING to +0 chain mail.
  9859 | Sewer    | 9859 ||| UPGRADING to +0 chain mail.
  9860 | Sewer    | 9860 ||| UPGRADING to +0 chain mail.
  9861 | Sewer    | 9861 ||| UPGRADING to +0 chain mail.
  9862 | Sewer    | 9862 ||| UPGRADING to +0 chain mail.
  9863 | Sewer    | 9863 ||| UPGRADING to +0 chain mail.
  9864 | Sewer    | 9864 ||| UPGRADING to +0 chain mail.
  9865 | Sewer    | 9865 ||| UPGRADING to +0 chain mail.
  9866 | Sewer    | 9866 ||| UPGRADING to +0 chain mail.
  9867 | Sewer    | 9867 ||| UPGRADING to +0 chain mail.
  9868 | Sewer    | 9868 ||| UPGRADING to +0 chain mail.
  9869 | Sewer    | 9869 ||| UPGRADING to +0 chain mail.
  9870 | Sewer    | 9870 ||| UPGRADING to +0 chain mail.
  9871 | Sewer    | 9871 ||| UPGRADING to +0 chain mail.
  9872 | Sewer    | 9872 ||| UPGRADING to +0 chain mail.
  9873 | Sewer    | 9873 ||| UPGRADING to +0 chain mail.
  9874 | Sewer    | 9874 ||| UPGRADING to +0 chain mail.
  9875 | Sewer    | 9875 ||| UPGRADING to +0 chain mail.
  9876 | Sewer    | 9876 ||| UPGRADING to +0 chain mail.
  9877 | Sewer    | 9877 ||| UPGRADING to +0 chain mail.
  9878 | Sewer    | 9878 ||| UPGRADING to +0 chain mail.
  9879 | Sewer    | 9879 ||| UPGRADING to +0 chain mail.
  9880 | Sewer    | 9880 ||| UPGRADING to +0 chain mail.
  9881 | Sewer    | 9881 ||| UPGRADING to +0 chain mail.
  9882 | Sewer    | 9882 ||| UPGRADING to +0 chain mail.
  9883 | Sewer    | 9883 ||| UPGRADING to +0 chain mail.
  9884 | Sewer    | 9884 ||| UPGRADING to +0 chain mail.
  9885 | Sewer    | 9885 ||| UPGRADING to +0 chain mail.
  9886 | Sewer    | 9886 ||| UPGRADING to +0 chain mail.
  9887 | Sewer    | 9887 ||| UPGRADING to +0 chain mail.
  9888 | Sewer    | 9888 ||| UPGRADING to +0 chain mail.
  9889 | Sewer    | 9889 ||| UPGRADING to +0 chain mail.
  9890 | Sewer    | 9890 ||| UPGRADING to +0 chain mail.
  9891 | Sewer    | 9891 ||| UPGRADING to +0 chain mail.
  9892 | Sewer    | 9892 ||| UPGRADING to +0 chain mail.
  9893 | Sewer    | 9893 ||| UPGRADING to +0 chain mail.
  9894 | Sewer    | 9894 ||| UPGRADING to +0 chain mail.
  9895 | Sewer    | 9895 ||| UPGRADING to +0 chain mail.
  9896 | Sewer    | 9896 ||| UPGRADING to +0 chain mail.
  9897 | Sewer    | 9897 ||| UPGRADING to +0 chain mail.
  9898 | Sewer    | 9898 ||| UPGRADING to +0 chain mail.
  9899 | Sewer    | 9899 ||| UPGRADING to +0 chain mail.
  9900 | Sewer    | 9900 ||| UPGRADING to +0 chain mail.
  9901 | Sewer    | 9901 ||| UPGRADING to +0 chain mail.
  9902 | Sewer    | 9902 ||| UPGRADING to +0 chain mail.
  9903 | Sewer    | 9903 ||| UPGRADING to +0 chain mail.
  9904 | Sewer    | 9904 ||| UPGRADING to +0 chain mail.
  9905 | Sewer    | 9905 ||| UPGRADING to +0 chain mail.
  9906 | Sewer    | 9906 ||| UPGRADING to +0 chain mail.
  9907 | Sewer    | 9907 ||| UPGRADING to +0 chain mail.
  9908 | Sewer    | 9908 ||| UPGRADING to +0 chain mail.
  9909 | Sewer    | 9909 ||| UPGRADING to +0 chain mail.
  9910 | Sewer    | 9910 ||| UPGRADING to +0 chain mail.
  9911 | Sewer    | 9911 ||| UPGRADING to +0 chain mail.
  9912 | Sewer    | 9912 ||| UPGRADING to +0 chain mail.
  9913 | Sewer    | 9913 ||| UPGRADING to +0 chain mail.
  9914 | Sewer    | 9914 ||| UPGRADING to +0 chain mail.
  9915 | Sewer    | 9915 ||| UPGRADING to +0 chain mail.
  9916 | Sewer    | 9916 ||| UPGRADING to +0 chain mail.
  9917 | Sewer    | 9917 ||| UPGRADING to +0 chain mail.
  9918 | Sewer    | 9918 ||| UPGRADING to +0 chain mail.
  9919 | Sewer    | 9919 ||| UPGRADING to +0 chain mail.
  9920 | Sewer    | 9920 ||| UPGRADING to +0 chain mail.
  9921 | Sewer    | 9921 ||| UPGRADING to +0 chain mail.
  9922 | Sewer    | 9922 ||| UPGRADING to +0 chain mail.
  9923 | Sewer    | 9923 ||| UPGRADING to +0 chain mail.
  9924 | Sewer    | 9924 ||| UPGRADING to +0 chain mail.
  9925 | Sewer    | 9925 ||| UPGRADING to +0 chain mail.
  9926 | Sewer    | 9926 ||| UPGRADING to +0 chain mail.
  9927 | Sewer    | 9927 ||| UPGRADING to +0 chain mail.
  9928 | Sewer    | 9928 ||| UPGRADING to +0 chain mail.
  9929 | Sewer    | 9929 ||| UPGRADING to +0 chain mail.
  9930 | Sewer    | 9930 ||| UPGRADING to +0 chain mail.
  9931 | Sewer    | 9931 ||| UPGRADING to +0 chain mail.
  9932 | Sewer    | 9932 ||| UPGRADING to +0 chain mail.
  9933 | Sewer    | 9933 ||| UPGRADING to +0 chain mail.
  9934 | Sewer    | 9934 ||| UPGRADING to +0 chain mail.
  9935 | Sewer    | 9935 ||| UPGRADING to +0 chain mail.
  9936 | Sewer    | 9936 ||| UPGRADING to +0 chain mail.
  9937 | Sewer    | 9937 ||| UPGRADING to +0 chain mail.
  9938 | Sewer    | 9938 ||| UPGRADING to +0 chain mail.
  9939 | Sewer    | 9939 ||| UPGRADING to +0 chain mail.
  9940 | Sewer    | 9940 ||| UPGRADING to +0 chain mail.
  9941 | Sewer    | 9941 ||| UPGRADING to +0 chain mail.
  9942 | Sewer    | 9942 ||| UPGRADING to +0 chain mail.
  9943 | Sewer    | 9943 ||| UPGRADING to +0 chain mail.
  9944 | Sewer    | 9944 ||| UPGRADING to +0 chain mail.
  9945 | Sewer    | 9945 ||| UPGRADING to +0 chain mail.
  9946 | Sewer    | 9946 ||| UPGRADING to +0 chain mail.
  9947 | Sewer    | 9947 ||| UPGRADING to +0 chain mail.
  9948 | Sewer    | 9948 ||| UPGRADING to +0 chain mail.
  9949 | Sewer    | 9949 ||| UPGRADING to +0 chain mail.
  9950 | Sewer    | 9950 ||| UPGRADING to +0 chain mail.
  9951 | Sewer    | 9951 ||| UPGRADING to +0 chain mail.
  9952 | Sewer    | 9952 ||| UPGRADING to +0 chain mail.
  9953 | Sewer    | 9953 ||| UPGRADING to +0 chain mail.
  9954 | Sewer    | 9954 ||| UPGRADING to +0 chain mail.
  9955 | Sewer    | 9955 ||| UPGRADING to +0 chain mail.
  9956 | Sewer    | 9956 ||| UPGRADING to +0 chain mail.
  9957 | Sewer    | 9957 ||| UPGRADING to +0 chain mail.
  9958 | Sewer    | 9958 ||| UPGRADING to +0 chain mail.
  9959 | Sewer    | 9959 ||| UPGRADING to +0 chain mail.
  9960 | Sewer    | 9960 ||| UPGRADING to +0 chain mail.
  9961 | Sewer    | 9961 ||| UPGRADING to +0 chain mail.
  9962 | Sewer    | 9962 ||| UPGRADING to +0 chain mail.
  9963 | Sewer    | 9963 ||| UPGRADING to +0 chain mail.
  9964 | Sewer    | 9964 ||| UPGRADING to +0 chain mail.
  9965 | Sewer    | 9965 ||| UPGRADING to +0 chain mail.
  9966 | Sewer    | 9966 ||| UPGRADING to +0 chain mail.
  9967 | Sewer    | 9967 ||| UPGRADING to +0 chain mail.
  9968 | Sewer    | 9968 ||| UPGRADING to +0 chain mail.
  9969 | Sewer    | 9969 ||| UPGRADING to +0 chain mail.
  9970 | Sewer    | 9970 ||| UPGRADING to +0 chain mail.
  9971 | Sewer    | 9971 ||| UPGRADING to +0 chain mail.
  9972 | Sewer    | 9972 ||| UPGRADING to +0 chain mail.
  9973 | Sewer    | 9973 ||| UPGRADING to +0 chain mail.
  9974 | Sewer    | 9974 ||| UPGRADING to +0 chain mail.
  9975 | Sewer    | 9975 ||| UPGRADING to +0 chain mail.
  9976 | Sewer    | 9976 ||| UPGRADING to +0 chain mail.
  9977 | Sewer    | 9977 ||| UPGRADING to +0 chain mail.
  9978 | Sewer    | 9978 ||| UPGRADING to +0 chain mail.
  9979 | Sewer    | 9979 ||| UPGRADING to +0 chain mail.
  9980 | Sewer    | 9980 ||| UPGRADING to +0 chain mail.
  9981 | Sewer    | 9981 ||| UPGRADING to +0 chain mail.
  9982 | Sewer    | 9982 ||| UPGRADING to +0 chain mail.
  9983 | Sewer    | 9983 ||| UPGRADING to +0 chain mail.
  9984 | Sewer    | 9984 ||| UPGRADING to +0 chain mail.
  9985 | Sewer    | 9985 ||| UPGRADING to +0 chain mail.
  9986 | Sewer    | 9986 ||| UPGRADING to +0 chain mail.
  9987 | Sewer    | 9987 ||| UPGRADING to +0 chain mail.
  9988 | Sewer    | 9988 ||| UPGRADING to +0 chain mail.
  9989 | Sewer    | 9989 ||| UPGRADING to +0 chain mail.
  9990 | Sewer    | 9990 ||| UPGRADING to +0 chain mail.
  9991 | Sewer    | 9991 ||| UPGRADING to +0 chain mail.
  9992 | Sewer    | 9992 ||| UPGRADING to +0 chain mail.
  9993 | Sewer    | 9993 ||| UPGRADING to +0 chain mail.
  9994 | Sewer    | 9994 ||| UPGRADING to +0 chain mail.
  9995 | Sewer    | 9995 ||| UPGRADING to +0 chain mail.
  9996 | Sewer    | 9996 ||| UPGRADING to +0 chain mail.
  9997 | Sewer    | 9997 ||| UPGRADING to +0 chain mail.
  9998 | Sewer    | 9998 ||| UPGRADING to +0 chain mail.
  9999 | Sewer    | 9999 ||| UPGRADING to +0 chain mail.
 10000 | Sewer    | 10000 ||| UPGRADING to +0 chain mail.
 10001 | Sewer    | 10001 ||| UPGRADING to +0 chain mail.
 10002 | Sewer    | 10002 ||| UPGRADING to +0 chain mail.
 10003 | Sewer    | 10003 ||| UPGRADING to +0 chain mail.
 10004 | Sewer    | 10004 ||| UPGRADING to +0 chain mail.
 10005 | Sewer    | 10005 ||| UPGRADING to +0 chain mail.
 10006 | Sewer    | 10006 ||| UPGRADING to +0 chain mail.
 10007 | Sewer    | 10007 ||| UPGRADING to +0 chain mail.
 10008 | Sewer    | 10008 ||| UPGRADING to +0 chain mail.
 10009 | Sewer    | 10009 ||| UPGRADING to +0 chain mail.
 10010 | Sewer    | 10010 ||| UPGRADING to +0 chain mail.
 10011 | Sewer    | 10011 ||| UPGRADING to +0 chain mail.
 10012 | Sewer    | 10012 ||| UPGRADING to +0 chain mail.
 10013 | Sewer    | 10013 ||| UPGRADING to +0 chain mail.
 10014 | Sewer    | 10014 ||| UPGRADING to +0 chain mail.
 10015 | Sewer    | 10015 ||| UPGRADING to +0 chain mail.
 10016 | Sewer    | 10016 ||| UPGRADING to +0 chain mail.
 10017 | Sewer    | 10017 ||| UPGRADING to +0 chain mail.
 10018 | Sewer    | 10018 ||| UPGRADING to +0 chain mail.
 10019 | Sewer    | 10019 ||| UPGRADING to +0 chain mail.
 10020 | Sewer    | 10020 ||| UPGRADING to +0 chain mail.
 10021 | Sewer    | 10021 ||| UPGRADING to +0 chain mail.
 10022 | Sewer    | 10022 ||| UPGRADING to +0 chain mail.
 10023 | Sewer    | 10023 ||| UPGRADING to +0 chain mail.
 10024 | Sewer    | 10024 ||| UPGRADING to +0 chain mail.
 10025 | Sewer    | 10025 ||| UPGRADING to +0 chain mail.
 10026 | Sewer    | 10026 ||| UPGRADING to +0 chain mail.
 10027 | Sewer    | 10027 ||| UPGRADING to +0 chain mail.
 10028 | Sewer    | 10028 ||| UPGRADING to +0 chain mail.
 10029 | Sewer    | 10029 ||| UPGRADING to +0 chain mail.
 10030 | Sewer    | 10030 ||| UPGRADING to +0 chain mail.
 10031 | Sewer    | 10031 ||| UPGRADING to +0 chain mail.
 10032 | Sewer    | 10032 ||| UPGRADING to +0 chain mail.
 10033 | Sewer    | 10033 ||| UPGRADING to +0 chain mail.
 10034 | Sewer    | 10034 ||| UPGRADING to +0 chain mail.
 10035 | Sewer    | 10035 ||| UPGRADING to +0 chain mail.
 10036 | Sewer    | 10036 ||| UPGRADING to +0 chain mail.
 10037 | Sewer    | 10037 ||| UPGRADING to +0 chain mail.
 10038 | Sewer    | 10038 ||| UPGRADING to +0 chain mail.
 10039 | Sewer    | 10039 ||| UPGRADING to +0 chain mail.
 10040 | Sewer    | 10040 ||| UPGRADING to +0 chain mail.
 10041 | Sewer    | 10041 ||| UPGRADING to +0 chain mail.
 10042 | Sewer    | 10042 ||| UPGRADING to +0 chain mail.
 10043 | Sewer    | 10043 ||| UPGRADING to +0 chain mail.
 10044 | Sewer    | 10044 ||| UPGRADING to +0 chain mail.
 10045 | Sewer    | 10045 ||| UPGRADING to +0 chain mail.
 10046 | Sewer    | 10046 ||| UPGRADING to +0 chain mail.
 10047 | Sewer    | 10047 ||| UPGRADING to +0 chain mail.
 10048 | Sewer    | 10048 ||| UPGRADING to +0 chain mail.
 10049 | Sewer    | 10049 ||| UPGRADING to +0 chain mail.
 10050 | Sewer    | 10050 ||| UPGRADING to +0 chain mail.
 10051 | Sewer    | 10051 ||| UPGRADING to +0 chain mail.
 10052 | Sewer    | 10052 ||| UPGRADING to +0 chain mail.
 10053 | Sewer    | 10053 ||| UPGRADING to +0 chain mail.
 10054 | Sewer    | 10054 ||| UPGRADING to +0 chain mail.
 10055 | Sewer    | 10055 ||| UPGRADING to +0 chain mail.
 10056 | Sewer    | 10056 ||| UPGRADING to +0 chain mail.
 10057 | Sewer    | 10057 ||| UPGRADING to +0 chain mail.
 10058 | Sewer    | 10058 ||| UPGRADING to +0 chain mail.
 10059 | Sewer    | 10059 ||| UPGRADING to +0 chain mail.
 10060 | Sewer    | 10060 ||| UPGRADING to +0 chain mail.
 10061 | Sewer    | 10061 ||| UPGRADING to +0 chain mail.
 10062 | Sewer    | 10062 ||| UPGRADING to +0 chain mail.
 10063 | Sewer    | 10063 ||| UPGRADING to +0 chain mail.
 10064 | Sewer    | 10064 ||| UPGRADING to +0 chain mail.
 10065 | Sewer    | 10065 ||| UPGRADING to +0 chain mail.
 10066 | Sewer    | 10066 ||| UPGRADING to +0 chain mail.
 10067 | Sewer    | 10067 ||| UPGRADING to +0 chain mail.
 10068 | Sewer    | 10068 ||| UPGRADING to +0 chain mail.
 10069 | Sewer    | 10069 ||| UPGRADING to +0 chain mail.
 10070 | Sewer    | 10070 ||| UPGRADING to +0 chain mail.
 10071 | Sewer    | 10071 ||| UPGRADING to +0 chain mail.
 10072 | Sewer    | 10072 ||| UPGRADING to +0 chain mail.
 10073 | Sewer    | 10073 ||| UPGRADING to +0 chain mail.
 10074 | Sewer    | 10074 ||| UPGRADING to +0 chain mail.
 10075 | Sewer    | 10075 ||| UPGRADING to +0 chain mail.
 10076 | Sewer    | 10076 ||| UPGRADING to +0 chain mail.
 10077 | Sewer    | 10077 ||| UPGRADING to +0 chain mail.
 10078 | Sewer    | 10078 ||| UPGRADING to +0 chain mail.
 10079 | Sewer    | 10079 ||| UPGRADING to +0 chain mail.
 10080 | Sewer    | 10080 ||| UPGRADING to +0 chain mail.
 10081 | Sewer    | 10081 ||| UPGRADING to +0 chain mail.
 10082 | Sewer    | 10082 ||| UPGRADING to +0 chain mail.
 10083 | Sewer    | 10083 ||| UPGRADING to +0 chain mail.
 10084 | Sewer    | 10084 ||| UPGRADING to +0 chain mail.
 10085 | Sewer    | 10085 ||| UPGRADING to +0 chain mail.
 10086 | Sewer    | 10086 ||| UPGRADING to +0 chain mail.
 10087 | Sewer    | 10087 ||| UPGRADING to +0 chain mail.
 10088 | Sewer    | 10088 ||| UPGRADING to +0 chain mail.
 10089 | Sewer    | 10089 ||| UPGRADING to +0 chain mail.
 10090 | Sewer    | 10090 ||| UPGRADING to +0 chain mail.
 10091 | Sewer    | 10091 ||| UPGRADING to +0 chain mail.
 10092 | Sewer    | 10092 ||| UPGRADING to +0 chain mail.
 10093 | Sewer    | 10093 ||| UPGRADING to +0 chain mail.
 10094 | Sewer    | 10094 ||| UPGRADING to +0 chain mail.
 10095 | Sewer    | 10095 ||| UPGRADING to +0 chain mail.
 10096 | Sewer    | 10096 ||| UPGRADING to +0 chain mail.
 10097 | Sewer    | 10097 ||| UPGRADING to +0 chain mail.
 10098 | Sewer    | 10098 ||| UPGRADING to +0 chain mail.
 10099 | Sewer    | 10099 ||| UPGRADING to +0 chain mail.
 10100 | Sewer    | 10100 ||| UPGRADING to +0 chain mail.
 10101 | Sewer    | 10101 ||| UPGRADING to +0 chain mail.
 10102 | Sewer    | 10102 ||| UPGRADING to +0 chain mail.
 10103 | Sewer    | 10103 ||| UPGRADING to +0 chain mail.
 10104 | Sewer    | 10104 ||| UPGRADING to +0 chain mail.
 10105 | Sewer    | 10105 ||| UPGRADING to +0 chain mail.
 10106 | Sewer    | 10106 ||| UPGRADING to +0 chain mail.
 10107 | Sewer    | 10107 ||| UPGRADING to +0 chain mail.
 10108 | Sewer    | 10108 ||| UPGRADING to +0 chain mail.
 10109 | Sewer    | 10109 ||| UPGRADING to +0 chain mail.
 10110 | Sewer    | 10110 ||| UPGRADING to +0 chain mail.
 10111 | Sewer    | 10111 ||| UPGRADING to +0 chain mail.
 10112 | Sewer    | 10112 ||| UPGRADING to +0 chain mail.
 10113 | Sewer    | 10113 ||| UPGRADING to +0 chain mail.
 10114 | Sewer    | 10114 ||| UPGRADING to +0 chain mail.
 10115 | Sewer    | 10115 ||| UPGRADING to +0 chain mail.
 10116 | Sewer    | 10116 ||| UPGRADING to +0 chain mail.
 10117 | Sewer    | 10117 ||| UPGRADING to +0 chain mail.
 10118 | Sewer    | 10118 ||| UPGRADING to +0 chain mail.
 10119 | Sewer    | 10119 ||| UPGRADING to +0 chain mail.
 10120 | Sewer    | 10120 ||| UPGRADING to +0 chain mail.
 10121 | Sewer    | 10121 ||| UPGRADING to +0 chain mail.
 10122 | Sewer    | 10122 ||| UPGRADING to +0 chain mail.
 10123 | Sewer    | 10123 ||| UPGRADING to +0 chain mail.
 10124 | Sewer    | 10124 ||| UPGRADING to +0 chain mail.
 10125 | Sewer    | 10125 ||| UPGRADING to +0 chain mail.
 10126 | Sewer    | 10126 ||| UPGRADING to +0 chain mail.
 10127 | Sewer    | 10127 ||| UPGRADING to +0 chain mail.
 10128 | Sewer    | 10128 ||| UPGRADING to +0 chain mail.
 10129 | Sewer    | 10129 ||| UPGRADING to +0 chain mail.
 10130 | Sewer    | 10130 ||| UPGRADING to +0 chain mail.
 10131 | Sewer    | 10131 ||| UPGRADING to +0 chain mail.
 10132 | Sewer    | 10132 ||| UPGRADING to +0 chain mail.
 10133 | Sewer    | 10133 ||| UPGRADING to +0 chain mail.
 10134 | Sewer    | 10134 ||| UPGRADING to +0 chain mail.
 10135 | Sewer    | 10135 ||| UPGRADING to +0 chain mail.
 10136 | Sewer    | 10136 ||| UPGRADING to +0 chain mail.
 10137 | Sewer    | 10137 ||| UPGRADING to +0 chain mail.
 10138 | Sewer    | 10138 ||| UPGRADING to +0 chain mail.
 10139 | Sewer    | 10139 ||| UPGRADING to +0 chain mail.
 10140 | Sewer    | 10140 ||| UPGRADING to +0 chain mail.
 10141 | Sewer    | 10141 ||| UPGRADING to +0 chain mail.
 10142 | Sewer    | 10142 ||| UPGRADING to +0 chain mail.
 10143 | Sewer    | 10143 ||| UPGRADING to +0 chain mail.
 10144 | Sewer    | 10144 ||| UPGRADING to +0 chain mail.
 10145 | Sewer    | 10145 ||| UPGRADING to +0 chain mail.
 10146 | Sewer    | 10146 ||| UPGRADING to +0 chain mail.
 10147 | Sewer    | 10147 ||| UPGRADING to +0 chain mail.
 10148 | Sewer    | 10148 ||| UPGRADING to +0 chain mail.
 10149 | Sewer    | 10149 ||| UPGRADING to +0 chain mail.
 10150 | Sewer    | 10150 ||| UPGRADING to +0 chain mail.
 10151 | Sewer    | 10151 ||| UPGRADING to +0 chain mail.
 10152 | Sewer    | 10152 ||| UPGRADING to +0 chain mail.
 10153 | Sewer    | 10153 ||| UPGRADING to +0 chain mail.
 10154 | Sewer    | 10154 ||| UPGRADING to +0 chain mail.
 10155 | Sewer    | 10155 ||| UPGRADING to +0 chain mail.
 10156 | Sewer    | 10156 ||| UPGRADING to +0 chain mail.
 10157 | Sewer    | 10157 ||| UPGRADING to +0 chain mail.
 10158 | Sewer    | 10158 ||| UPGRADING to +0 chain mail.
 10159 | Sewer    | 10159 ||| UPGRADING to +0 chain mail.
 10160 | Sewer    | 10160 ||| UPGRADING to +0 chain mail.
 10161 | Sewer    | 10161 ||| UPGRADING to +0 chain mail.
 10162 | Sewer    | 10162 ||| UPGRADING to +0 chain mail.
 10163 | Sewer    | 10163 ||| UPGRADING to +0 chain mail.
 10164 | Sewer    | 10164 ||| UPGRADING to +0 chain mail.
 10165 | Sewer    | 10165 ||| UPGRADING to +0 chain mail.
 10166 | Sewer    | 10166 ||| UPGRADING to +0 chain mail.
 10167 | Sewer    | 10167 ||| UPGRADING to +0 chain mail.
 10168 | Sewer    | 10168 ||| UPGRADING to +0 chain mail.
 10169 | Sewer    | 10169 ||| UPGRADING to +0 chain mail.
 10170 | Sewer    | 10170 ||| UPGRADING to +0 chain mail.
 10171 | Sewer    | 10171 ||| UPGRADING to +0 chain mail.
 10172 | Sewer    | 10172 ||| UPGRADING to +0 chain mail.
 10173 | Sewer    | 10173 ||| UPGRADING to +0 chain mail.
 10174 | Sewer    | 10174 ||| UPGRADING to +0 chain mail.
 10175 | Sewer    | 10175 ||| UPGRADING to +0 chain mail.
 10176 | Sewer    | 10176 ||| UPGRADING to +0 chain mail.
 10177 | Sewer    | 10177 ||| UPGRADING to +0 chain mail.
 10178 | Sewer    | 10178 ||| UPGRADING to +0 chain mail.
 10179 | Sewer    | 10179 ||| UPGRADING to +0 chain mail.
 10180 | Sewer    | 10180 ||| UPGRADING to +0 chain mail.
 10181 | Sewer    | 10181 ||| UPGRADING to +0 chain mail.
 10182 | Sewer    | 10182 ||| UPGRADING to +0 chain mail.
 10182 | Sewer    | Glimpsed the power of Zot.
 10183 | Sewer    | 10183 ||| UPGRADING to +0 chain mail.
 10184 | Sewer    | 10184 ||| UPGRADING to +0 chain mail.
 10185 | Sewer    | 10185 ||| UPGRADING to +0 chain mail.
 10186 | Sewer    | 10186 ||| UPGRADING to +0 chain mail.
 10187 | Sewer    | 10187 ||| UPGRADING to +0 chain mail.
 10188 | Sewer    | 10188 ||| UPGRADING to +0 chain mail.
 10189 | Sewer    | 10189 ||| UPGRADING to +0 chain mail.
 10190 | Sewer    | 10190 ||| UPGRADING to +0 chain mail.
 10191 | Sewer    | 10191 ||| UPGRADING to +0 chain mail.
 10192 | Sewer    | 10192 ||| UPGRADING to +0 chain mail.
 10193 | Sewer    | 10193 ||| UPGRADING to +0 chain mail.
 10194 | Sewer    | 10194 ||| UPGRADING to +0 chain mail.
 10195 | Sewer    | 10195 ||| UPGRADING to +0 chain mail.
 10196 | Sewer    | 10196 ||| UPGRADING to +0 chain mail.
 10197 | Sewer    | 10197 ||| UPGRADING to +0 chain mail.
 10198 | Sewer    | 10198 ||| UPGRADING to +0 chain mail.
 10199 | Sewer    | 10199 ||| UPGRADING to +0 chain mail.
 10200 | Sewer    | 10200 ||| UPGRADING to +0 chain mail.
 10201 | Sewer    | 10201 ||| UPGRADING to +0 chain mail.
 10202 | Sewer    | 10202 ||| UPGRADING to +0 chain mail.
 10203 | Sewer    | 10203 ||| UPGRADING to +0 chain mail.
 10204 | Sewer    | 10204 ||| UPGRADING to +0 chain mail.
 10205 | Sewer    | 10205 ||| UPGRADING to +0 chain mail.
 10206 | Sewer    | 10206 ||| UPGRADING to +0 chain mail.
 10207 | Sewer    | 10207 ||| UPGRADING to +0 chain mail.
 10208 | Sewer    | 10208 ||| UPGRADING to +0 chain mail.
 10209 | Sewer    | 10209 ||| UPGRADING to +0 chain mail.
 10210 | Sewer    | 10210 ||| UPGRADING to +0 chain mail.
 10211 | Sewer    | 10211 ||| UPGRADING to +0 chain mail.
 10212 | Sewer    | 10212 ||| UPGRADING to +0 chain mail.
 10213 | Sewer    | 10213 ||| UPGRADING to +0 chain mail.
 10214 | Sewer    | 10214 ||| UPGRADING to +0 chain mail.
 10215 | Sewer    | 10215 ||| UPGRADING to +0 chain mail.
 10216 | Sewer    | 10216 ||| UPGRADING to +0 chain mail.
 10217 | Sewer    | 10217 ||| UPGRADING to +0 chain mail.
 10218 | Sewer    | 10218 ||| UPGRADING to +0 chain mail.
 10219 | Sewer    | 10219 ||| UPGRADING to +0 chain mail.
 10220 | Sewer    | 10220 ||| UPGRADING to +0 chain mail.
 10221 | Sewer    | 10221 ||| UPGRADING to +0 chain mail.
 10222 | Sewer    | 10222 ||| UPGRADING to +0 chain mail.
 10223 | Sewer    | 10223 ||| UPGRADING to +0 chain mail.
 10224 | Sewer    | 10224 ||| UPGRADING to +0 chain mail.
 10225 | Sewer    | 10225 ||| UPGRADING to +0 chain mail.
 10226 | Sewer    | 10226 ||| UPGRADING to +0 chain mail.
 10227 | Sewer    | 10227 ||| UPGRADING to +0 chain mail.
 10228 | Sewer    | 10228 ||| UPGRADING to +0 chain mail.
 10229 | Sewer    | 10229 ||| UPGRADING to +0 chain mail.
 10230 | Sewer    | 10230 ||| UPGRADING to +0 chain mail.
 10231 | Sewer    | 10231 ||| UPGRADING to +0 chain mail.
 10232 | Sewer    | 10232 ||| UPGRADING to +0 chain mail.
 10233 | Sewer    | 10233 ||| UPGRADING to +0 chain mail.
 10234 | Sewer    | 10234 ||| UPGRADING to +0 chain mail.
 10235 | Sewer    | 10235 ||| UPGRADING to +0 chain mail.
 10236 | Sewer    | 10236 ||| UPGRADING to +0 chain mail.
 10237 | Sewer    | 10237 ||| UPGRADING to +0 chain mail.
 10238 | Sewer    | 10238 ||| UPGRADING to +0 chain mail.
 10239 | Sewer    | 10239 ||| UPGRADING to +0 chain mail.
 10240 | Sewer    | 10240 ||| UPGRADING to +0 chain mail.
 10241 | Sewer    | 10241 ||| UPGRADING to +0 chain mail.
 10242 | Sewer    | 10242 ||| UPGRADING to +0 chain mail.
 10243 | Sewer    | 10243 ||| UPGRADING to +0 chain mail.
 10244 | Sewer    | 10244 ||| UPGRADING to +0 chain mail.
 10245 | Sewer    | 10245 ||| UPGRADING to +0 chain mail.
 10246 | Sewer    | 10246 ||| UPGRADING to +0 chain mail.
 10247 | Sewer    | 10247 ||| UPGRADING to +0 chain mail.
 10248 | Sewer    | 10248 ||| UPGRADING to +0 chain mail.
 10249 | Sewer    | 10249 ||| UPGRADING to +0 chain mail.
 10250 | Sewer    | 10250 ||| UPGRADING to +0 chain mail.
 10251 | Sewer    | 10251 ||| UPGRADING to +0 chain mail.
 10252 | Sewer    | 10252 ||| UPGRADING to +0 chain mail.
 10253 | Sewer    | 10253 ||| UPGRADING to +0 chain mail.
 10254 | Sewer    | 10254 ||| UPGRADING to +0 chain mail.
 10255 | Sewer    | 10255 ||| UPGRADING to +0 chain mail.
 10256 | Sewer    | 10256 ||| UPGRADING to +0 chain mail.
 10257 | Sewer    | 10257 ||| UPGRADING to +0 chain mail.
 10258 | Sewer    | 10258 ||| UPGRADING to +0 chain mail.
 10259 | Sewer    | 10259 ||| UPGRADING to +0 chain mail.
 10260 | Sewer    | 10260 ||| UPGRADING to +0 chain mail.
 10261 | Sewer    | 10261 ||| UPGRADING to +0 chain mail.
 10262 | Sewer    | 10262 ||| UPGRADING to +0 chain mail.
 10263 | Sewer    | 10263 ||| UPGRADING to +0 chain mail.
 10264 | Sewer    | 10264 ||| UPGRADING to +0 chain mail.
 10265 | Sewer    | 10265 ||| UPGRADING to +0 chain mail.
 10266 | Sewer    | 10266 ||| UPGRADING to +0 chain mail.
 10267 | Sewer    | 10267 ||| UPGRADING to +0 chain mail.
 10268 | Sewer    | 10268 ||| UPGRADING to +0 chain mail.
 10269 | Sewer    | 10269 ||| UPGRADING to +0 chain mail.
 10270 | Sewer    | 10270 ||| UPGRADING to +0 chain mail.
 10271 | Sewer    | 10271 ||| UPGRADING to +0 chain mail.
 10272 | Sewer    | 10272 ||| UPGRADING to +0 chain mail.
 10273 | Sewer    | 10273 ||| UPGRADING to +0 chain mail.
 10274 | Sewer    | 10274 ||| UPGRADING to +0 chain mail.
 10275 | Sewer    | 10275 ||| UPGRADING to +0 chain mail.
 10276 | Sewer    | 10276 ||| UPGRADING to +0 chain mail.
 10277 | Sewer    | 10277 ||| UPGRADING to +0 chain mail.
 10278 | Sewer    | 10278 ||| UPGRADING to +0 chain mail.
 10279 | Sewer    | 10279 ||| UPGRADING to +0 chain mail.
 10280 | Sewer    | 10280 ||| UPGRADING to +0 chain mail.
 10281 | Sewer    | 10281 ||| UPGRADING to +0 chain mail.
 10281 | Sewer    | Touched by the power of Zot (MHP 24 -> 17)
 10282 | Sewer    | 10282 ||| UPGRADING to +0 chain mail.
 10282 | Sewer    | Glimpsed the power of Zot.
 10283 | Sewer    | 10283 ||| UPGRADING to +0 chain mail.
 10284 | Sewer    | 10284 ||| UPGRADING to +0 chain mail.
 10285 | Sewer    | 10285 ||| UPGRADING to +0 chain mail.
 10286 | Sewer    | 10286 ||| UPGRADING to +0 chain mail.
 10287 | Sewer    | 10287 ||| UPGRADING to +0 chain mail.
 10288 | Sewer    | 10288 ||| UPGRADING to +0 chain mail.
 10289 | Sewer    | 10289 ||| UPGRADING to +0 chain mail.
 10290 | Sewer    | 10290 ||| UPGRADING to +0 chain mail.
 10291 | Sewer    | 10291 ||| UPGRADING to +0 chain mail.
 10292 | Sewer    | 10292 ||| UPGRADING to +0 chain mail.
 10293 | Sewer    | 10293 ||| UPGRADING to +0 chain mail.
 10294 | Sewer    | 10294 ||| UPGRADING to +0 chain mail.
 10295 | Sewer    | 10295 ||| UPGRADING to +0 chain mail.
 10296 | Sewer    | 10296 ||| UPGRADING to +0 chain mail.
 10297 | Sewer    | 10297 ||| UPGRADING to +0 chain mail.
 10298 | Sewer    | 10298 ||| UPGRADING to +0 chain mail.
 10299 | Sewer    | 10299 ||| UPGRADING to +0 chain mail.
 10300 | Sewer    | 10300 ||| UPGRADING to +0 chain mail.
 10301 | Sewer    | 10301 ||| UPGRADING to +0 chain mail.
 10302 | Sewer    | 10302 ||| UPGRADING to +0 chain mail.
 10303 | Sewer    | 10303 ||| UPGRADING to +0 chain mail.
 10304 | Sewer    | 10304 ||| UPGRADING to +0 chain mail.
 10305 | Sewer    | 10305 ||| UPGRADING to +0 chain mail.
 10306 | Sewer    | 10306 ||| UPGRADING to +0 chain mail.
 10307 | Sewer    | 10307 ||| UPGRADING to +0 chain mail.
 10308 | Sewer    | 10308 ||| UPGRADING to +0 chain mail.
 10309 | Sewer    | 10309 ||| UPGRADING to +0 chain mail.
 10310 | Sewer    | 10310 ||| UPGRADING to +0 chain mail.
 10311 | Sewer    | 10311 ||| UPGRADING to +0 chain mail.
 10312 | Sewer    | 10312 ||| UPGRADING to +0 chain mail.
 10313 | Sewer    | 10313 ||| UPGRADING to +0 chain mail.
 10314 | Sewer    | 10314 ||| UPGRADING to +0 chain mail.
 10315 | Sewer    | 10315 ||| UPGRADING to +0 chain mail.
 10316 | Sewer    | 10316 ||| UPGRADING to +0 chain mail.
 10317 | Sewer    | 10317 ||| UPGRADING to +0 chain mail.
 10318 | Sewer    | 10318 ||| UPGRADING to +0 chain mail.
 10319 | Sewer    | 10319 ||| UPGRADING to +0 chain mail.
 10320 | Sewer    | 10320 ||| UPGRADING to +0 chain mail.
 10321 | Sewer    | 10321 ||| UPGRADING to +0 chain mail.
 10322 | Sewer    | 10322 ||| UPGRADING to +0 chain mail.
 10323 | Sewer    | 10323 ||| UPGRADING to +0 chain mail.
 10324 | Sewer    | 10324 ||| UPGRADING to +0 chain mail.
 10325 | Sewer    | 10325 ||| UPGRADING to +0 chain mail.
 10326 | Sewer    | 10326 ||| UPGRADING to +0 chain mail.
 10327 | Sewer    | 10327 ||| UPGRADING to +0 chain mail.
 10328 | Sewer    | 10328 ||| UPGRADING to +0 chain mail.
 10329 | Sewer    | 10329 ||| UPGRADING to +0 chain mail.
 10330 | Sewer    | 10330 ||| UPGRADING to +0 chain mail.
 10331 | Sewer    | 10331 ||| UPGRADING to +0 chain mail.
 10332 | Sewer    | 10332 ||| UPGRADING to +0 chain mail.
 10333 | Sewer    | 10333 ||| UPGRADING to +0 chain mail.
 10334 | Sewer    | 10334 ||| UPGRADING to +0 chain mail.
 10335 | Sewer    | 10335 ||| UPGRADING to +0 chain mail.
 10336 | Sewer    | 10336 ||| UPGRADING to +0 chain mail.
 10337 | Sewer    | 10337 ||| UPGRADING to +0 chain mail.
 10338 | Sewer    | 10338 ||| UPGRADING to +0 chain mail.
 10339 | Sewer    | 10339 ||| UPGRADING to +0 chain mail.
 10340 | Sewer    | 10340 ||| UPGRADING to +0 chain mail.
 10341 | Sewer    | 10341 ||| UPGRADING to +0 chain mail.
 10342 | Sewer    | 10342 ||| UPGRADING to +0 chain mail.
 10343 | Sewer    | 10343 ||| UPGRADING to +0 chain mail.
 10344 | Sewer    | 10344 ||| UPGRADING to +0 chain mail.
 10345 | Sewer    | 10345 ||| UPGRADING to +0 chain mail.
 10346 | Sewer    | 10346 ||| UPGRADING to +0 chain mail.
 10347 | Sewer    | 10347 ||| UPGRADING to +0 chain mail.
 10348 | Sewer    | 10348 ||| UPGRADING to +0 chain mail.
 10349 | Sewer    | 10349 ||| UPGRADING to +0 chain mail.
 10350 | Sewer    | 10350 ||| UPGRADING to +0 chain mail.
 10351 | Sewer    | 10351 ||| UPGRADING to +0 chain mail.
 10352 | Sewer    | 10352 ||| UPGRADING to +0 chain mail.
 10353 | Sewer    | 10353 ||| UPGRADING to +0 chain mail.
 10354 | Sewer    | 10354 ||| UPGRADING to +0 chain mail.
 10355 | Sewer    | 10355 ||| UPGRADING to +0 chain mail.
 10356 | Sewer    | 10356 ||| UPGRADING to +0 chain mail.
 10357 | Sewer    | 10357 ||| UPGRADING to +0 chain mail.
 10358 | Sewer    | 10358 ||| UPGRADING to +0 chain mail.
 10359 | Sewer    | 10359 ||| UPGRADING to +0 chain mail.
 10360 | Sewer    | 10360 ||| UPGRADING to +0 chain mail.
 10361 | Sewer    | 10361 ||| UPGRADING to +0 chain mail.
 10362 | Sewer    | 10362 ||| UPGRADING to +0 chain mail.
 10363 | Sewer    | 10363 ||| UPGRADING to +0 chain mail.
 10364 | Sewer    | 10364 ||| UPGRADING to +0 chain mail.
 10365 | Sewer    | 10365 ||| UPGRADING to +0 chain mail.
 10366 | Sewer    | 10366 ||| UPGRADING to +0 chain mail.
 10367 | Sewer    | 10367 ||| UPGRADING to +0 chain mail.
 10368 | Sewer    | 10368 ||| UPGRADING to +0 chain mail.
 10369 | Sewer    | 10369 ||| UPGRADING to +0 chain mail.
 10370 | Sewer    | 10370 ||| UPGRADING to +0 chain mail.
 10371 | Sewer    | 10371 ||| UPGRADING to +0 chain mail.
 10372 | Sewer    | 10372 ||| UPGRADING to +0 chain mail.
 10373 | Sewer    | 10373 ||| UPGRADING to +0 chain mail.
 10374 | Sewer    | 10374 ||| UPGRADING to +0 chain mail.
 10375 | Sewer    | 10375 ||| UPGRADING to +0 chain mail.
 10376 | Sewer    | 10376 ||| UPGRADING to +0 chain mail.
 10377 | Sewer    | 10377 ||| UPGRADING to +0 chain mail.
 10378 | Sewer    | 10378 ||| UPGRADING to +0 chain mail.
 10379 | Sewer    | 10379 ||| UPGRADING to +0 chain mail.
 10380 | Sewer    | 10380 ||| UPGRADING to +0 chain mail.
 10381 | Sewer    | 10381 ||| UPGRADING to +0 chain mail.
 10382 | Sewer    | 10382 ||| UPGRADING to +0 chain mail.
 10383 | Sewer    | 10383 ||| UPGRADING to +0 chain mail.
 10384 | Sewer    | 10384 ||| UPGRADING to +0 chain mail.
 10385 | Sewer    | 10385 ||| UPGRADING to +0 chain mail.
 10386 | Sewer    | 10386 ||| UPGRADING to +0 chain mail.
 10387 | Sewer    | 10387 ||| UPGRADING to +0 chain mail.
 10388 | Sewer    | 10388 ||| UPGRADING to +0 chain mail.
 10389 | Sewer    | 10389 ||| UPGRADING to +0 chain mail.
 10390 | Sewer    | 10390 ||| UPGRADING to +0 chain mail.
 10391 | Sewer    | 10391 ||| UPGRADING to +0 chain mail.
 10392 | Sewer    | 10392 ||| UPGRADING to +0 chain mail.
 10393 | Sewer    | 10393 ||| UPGRADING to +0 chain mail.
 10394 | Sewer    | 10394 ||| UPGRADING to +0 chain mail.
 10395 | Sewer    | 10395 ||| UPGRADING to +0 chain mail.
 10396 | Sewer    | 10396 ||| UPGRADING to +0 chain mail.
 10397 | Sewer    | 10397 ||| UPGRADING to +0 chain mail.
 10398 | Sewer    | 10398 ||| UPGRADING to +0 chain mail.
 10399 | Sewer    | 10399 ||| UPGRADING to +0 chain mail.
 10400 | Sewer    | 10400 ||| UPGRADING to +0 chain mail.
 10401 | Sewer    | 10401 ||| UPGRADING to +0 chain mail.
 10402 | Sewer    | 10402 ||| UPGRADING to +0 chain mail.
 10403 | Sewer    | 10403 ||| UPGRADING to +0 chain mail.
 10404 | Sewer    | 10404 ||| UPGRADING to +0 chain mail.
 10405 | Sewer    | 10405 ||| UPGRADING to +0 chain mail.
 10406 | Sewer    | 10406 ||| UPGRADING to +0 chain mail.
 10407 | Sewer    | 10407 ||| UPGRADING to +0 chain mail.
 10408 | Sewer    | 10408 ||| UPGRADING to +0 chain mail.
 10409 | Sewer    | 10409 ||| UPGRADING to +0 chain mail.
 10410 | Sewer    | 10410 ||| UPGRADING to +0 chain mail.
 10411 | Sewer    | 10411 ||| UPGRADING to +0 chain mail.
 10412 | Sewer    | 10412 ||| UPGRADING to +0 chain mail.
 10413 | Sewer    | 10413 ||| UPGRADING to +0 chain mail.
 10414 | Sewer    | 10414 ||| UPGRADING to +0 chain mail.
 10415 | Sewer    | 10415 ||| UPGRADING to +0 chain mail.
 10416 | Sewer    | 10416 ||| UPGRADING to +0 chain mail.
 10417 | Sewer    | 10417 ||| UPGRADING to +0 chain mail.
 10418 | Sewer    | 10418 ||| UPGRADING to +0 chain mail.
 10419 | Sewer    | 10419 ||| UPGRADING to +0 chain mail.
 10420 | Sewer    | 10420 ||| UPGRADING to +0 chain mail.
 10421 | Sewer    | 10421 ||| UPGRADING to +0 chain mail.
 10422 | Sewer    | 10422 ||| UPGRADING to +0 chain mail.
 10423 | Sewer    | 10423 ||| UPGRADING to +0 chain mail.
 10424 | Sewer    | 10424 ||| UPGRADING to +0 chain mail.
 10425 | Sewer    | 10425 ||| UPGRADING to +0 chain mail.
 10426 | Sewer    | 10426 ||| UPGRADING to +0 chain mail.
 10427 | Sewer    | 10427 ||| UPGRADING to +0 chain mail.
 10428 | Sewer    | 10428 ||| UPGRADING to +0 chain mail.
 10429 | Sewer    | 10429 ||| UPGRADING to +0 chain mail.
 10430 | Sewer    | 10430 ||| UPGRADING to +0 chain mail.
 10431 | Sewer    | 10431 ||| UPGRADING to +0 chain mail.
 10432 | Sewer    | 10432 ||| UPGRADING to +0 chain mail.
 10433 | Sewer    | 10433 ||| UPGRADING to +0 chain mail.
 10434 | Sewer    | 10434 ||| UPGRADING to +0 chain mail.
 10435 | Sewer    | 10435 ||| UPGRADING to +0 chain mail.
 10436 | Sewer    | 10436 ||| UPGRADING to +0 chain mail.
 10437 | Sewer    | 10437 ||| UPGRADING to +0 chain mail.
 10438 | Sewer    | 10438 ||| UPGRADING to +0 chain mail.
 10439 | Sewer    | 10439 ||| UPGRADING to +0 chain mail.
 10440 | Sewer    | 10440 ||| UPGRADING to +0 chain mail.
 10441 | Sewer    | 10441 ||| UPGRADING to +0 chain mail.
 10442 | Sewer    | 10442 ||| UPGRADING to +0 chain mail.
 10443 | Sewer    | 10443 ||| UPGRADING to +0 chain mail.
 10444 | Sewer    | 10444 ||| UPGRADING to +0 chain mail.
 10445 | Sewer    | 10445 ||| UPGRADING to +0 chain mail.
 10446 | Sewer    | 10446 ||| UPGRADING to +0 chain mail.
 10447 | Sewer    | 10447 ||| UPGRADING to +0 chain mail.
 10448 | Sewer    | 10448 ||| UPGRADING to +0 chain mail.
 10449 | Sewer    | 10449 ||| UPGRADING to +0 chain mail.
 10450 | Sewer    | 10450 ||| UPGRADING to +0 chain mail.
 10451 | Sewer    | 10451 ||| UPGRADING to +0 chain mail.
 10452 | Sewer    | 10452 ||| UPGRADING to +0 chain mail.
 10453 | Sewer    | 10453 ||| UPGRADING to +0 chain mail.
 10454 | Sewer    | 10454 ||| UPGRADING to +0 chain mail.
 10455 | Sewer    | 10455 ||| UPGRADING to +0 chain mail.
 10456 | Sewer    | 10456 ||| UPGRADING to +0 chain mail.
 10457 | Sewer    | 10457 ||| UPGRADING to +0 chain mail.
 10458 | Sewer    | 10458 ||| UPGRADING to +0 chain mail.
 10459 | Sewer    | 10459 ||| UPGRADING to +0 chain mail.
 10460 | Sewer    | 10460 ||| UPGRADING to +0 chain mail.
 10461 | Sewer    | 10461 ||| UPGRADING to +0 chain mail.
 10462 | Sewer    | 10462 ||| UPGRADING to +0 chain mail.
 10463 | Sewer    | 10463 ||| UPGRADING to +0 chain mail.
 10464 | Sewer    | 10464 ||| UPGRADING to +0 chain mail.
 10465 | Sewer    | 10465 ||| UPGRADING to +0 chain mail.
 10466 | Sewer    | 10466 ||| UPGRADING to +0 chain mail.
 10467 | Sewer    | 10467 ||| UPGRADING to +0 chain mail.
 10468 | Sewer    | 10468 ||| UPGRADING to +0 chain mail.
 10469 | Sewer    | 10469 ||| UPGRADING to +0 chain mail.
 10470 | Sewer    | 10470 ||| UPGRADING to +0 chain mail.
 10471 | Sewer    | 10471 ||| UPGRADING to +0 chain mail.
 10472 | Sewer    | 10472 ||| UPGRADING to +0 chain mail.
 10473 | Sewer    | 10473 ||| UPGRADING to +0 chain mail.
 10474 | Sewer    | 10474 ||| UPGRADING to +0 chain mail.
 10475 | Sewer    | 10475 ||| UPGRADING to +0 chain mail.
 10476 | Sewer    | 10476 ||| UPGRADING to +0 chain mail.
 10477 | Sewer    | 10477 ||| UPGRADING to +0 chain mail.
 10478 | Sewer    | 10478 ||| UPGRADING to +0 chain mail.
 10479 | Sewer    | 10479 ||| UPGRADING to +0 chain mail.
 10480 | Sewer    | 10480 ||| UPGRADING to +0 chain mail.
 10481 | Sewer    | 10481 ||| UPGRADING to +0 chain mail.
 10482 | Sewer    | 10482 ||| UPGRADING to +0 chain mail.
 10483 | Sewer    | 10483 ||| UPGRADING to +0 chain mail.
 10484 | Sewer    | 10484 ||| UPGRADING to +0 chain mail.
 10485 | Sewer    | 10485 ||| UPGRADING to +0 chain mail.
 10486 | Sewer    | 10486 ||| UPGRADING to +0 chain mail.
 10487 | Sewer    | 10487 ||| UPGRADING to +0 chain mail.
 10488 | Sewer    | 10488 ||| UPGRADING to +0 chain mail.
 10489 | Sewer    | 10489 ||| UPGRADING to +0 chain mail.
 10490 | Sewer    | 10490 ||| UPGRADING to +0 chain mail.
 10491 | Sewer    | 10491 ||| UPGRADING to +0 chain mail.
 10492 | Sewer    | 10492 ||| UPGRADING to +0 chain mail.
 10493 | Sewer    | 10493 ||| UPGRADING to +0 chain mail.
 10494 | Sewer    | 10494 ||| UPGRADING to +0 chain mail.
 10495 | Sewer    | 10495 ||| UPGRADING to +0 chain mail.
 10496 | Sewer    | 10496 ||| UPGRADING to +0 chain mail.
 10497 | Sewer    | 10497 ||| UPGRADING to +0 chain mail.
 10498 | Sewer    | 10498 ||| UPGRADING to +0 chain mail.
 10499 | Sewer    | 10499 ||| UPGRADING to +0 chain mail.
 10500 | Sewer    | 10500 ||| UPGRADING to +0 chain mail.
 10501 | Sewer    | 10501 ||| UPGRADING to +0 chain mail.
 10502 | Sewer    | 10502 ||| UPGRADING to +0 chain mail.
 10503 | Sewer    | 10503 ||| UPGRADING to +0 chain mail.
 10504 | Sewer    | 10504 ||| UPGRADING to +0 chain mail.
 10505 | Sewer    | 10505 ||| UPGRADING to +0 chain mail.
 10506 | Sewer    | 10506 ||| UPGRADING to +0 chain mail.
 10507 | Sewer    | 10507 ||| UPGRADING to +0 chain mail.
 10508 | Sewer    | 10508 ||| UPGRADING to +0 chain mail.
 10509 | Sewer    | 10509 ||| UPGRADING to +0 chain mail.
 10510 | Sewer    | 10510 ||| UPGRADING to +0 chain mail.
 10511 | Sewer    | 10511 ||| UPGRADING to +0 chain mail.
 10512 | Sewer    | 10512 ||| UPGRADING to +0 chain mail.
 10513 | Sewer    | 10513 ||| UPGRADING to +0 chain mail.
 10514 | Sewer    | 10514 ||| UPGRADING to +0 chain mail.
 10515 | Sewer    | 10515 ||| UPGRADING to +0 chain mail.
 10516 | Sewer    | 10516 ||| UPGRADING to +0 chain mail.
 10517 | Sewer    | 10517 ||| UPGRADING to +0 chain mail.
 10518 | Sewer    | 10518 ||| UPGRADING to +0 chain mail.
 10519 | Sewer    | 10519 ||| UPGRADING to +0 chain mail.
 10520 | Sewer    | 10520 ||| UPGRADING to +0 chain mail.
 10521 | Sewer    | 10521 ||| UPGRADING to +0 chain mail.
 10522 | Sewer    | 10522 ||| UPGRADING to +0 chain mail.
 10523 | Sewer    | 10523 ||| UPGRADING to +0 chain mail.
 10524 | Sewer    | 10524 ||| UPGRADING to +0 chain mail.
 10525 | Sewer    | 10525 ||| UPGRADING to +0 chain mail.
 10526 | Sewer    | 10526 ||| UPGRADING to +0 chain mail.
 10527 | Sewer    | 10527 ||| UPGRADING to +0 chain mail.
 10528 | Sewer    | 10528 ||| UPGRADING to +0 chain mail.
 10529 | Sewer    | 10529 ||| UPGRADING to +0 chain mail.
 10530 | Sewer    | 10530 ||| UPGRADING to +0 chain mail.
 10531 | Sewer    | 10531 ||| UPGRADING to +0 chain mail.
 10532 | Sewer    | 10532 ||| UPGRADING to +0 chain mail.
 10533 | Sewer    | 10533 ||| UPGRADING to +0 chain mail.
 10534 | Sewer    | 10534 ||| UPGRADING to +0 chain mail.
 10535 | Sewer    | 10535 ||| UPGRADING to +0 chain mail.
 10536 | Sewer    | 10536 ||| UPGRADING to +0 chain mail.
 10537 | Sewer    | 10537 ||| UPGRADING to +0 chain mail.
 10538 | Sewer    | 10538 ||| UPGRADING to +0 chain mail.
 10539 | Sewer    | 10539 ||| UPGRADING to +0 chain mail.
 10540 | Sewer    | 10540 ||| UPGRADING to +0 chain mail.
 10541 | Sewer    | 10541 ||| UPGRADING to +0 chain mail.
 10542 | Sewer    | 10542 ||| UPGRADING to +0 chain mail.
 10543 | Sewer    | 10543 ||| UPGRADING to +0 chain mail.
 10544 | Sewer    | 10544 ||| UPGRADING to +0 chain mail.
 10545 | Sewer    | 10545 ||| UPGRADING to +0 chain mail.
 10546 | Sewer    | 10546 ||| UPGRADING to +0 chain mail.
 10547 | Sewer    | 10547 ||| UPGRADING to +0 chain mail.
 10548 | Sewer    | 10548 ||| UPGRADING to +0 chain mail.
 10549 | Sewer    | 10549 ||| UPGRADING to +0 chain mail.
 10550 | Sewer    | 10550 ||| UPGRADING to +0 chain mail.
 10551 | Sewer    | 10551 ||| UPGRADING to +0 chain mail.
 10552 | Sewer    | 10552 ||| UPGRADING to +0 chain mail.
 10553 | Sewer    | 10553 ||| UPGRADING to +0 chain mail.
 10554 | Sewer    | 10554 ||| UPGRADING to +0 chain mail.
 10555 | Sewer    | 10555 ||| UPGRADING to +0 chain mail.
 10556 | Sewer    | 10556 ||| UPGRADING to +0 chain mail.
 10557 | Sewer    | 10557 ||| UPGRADING to +0 chain mail.
 10558 | Sewer    | 10558 ||| UPGRADING to +0 chain mail.
 10559 | Sewer    | 10559 ||| UPGRADING to +0 chain mail.
 10560 | Sewer    | 10560 ||| UPGRADING to +0 chain mail.
 10561 | Sewer    | 10561 ||| UPGRADING to +0 chain mail.
 10562 | Sewer    | 10562 ||| UPGRADING to +0 chain mail.
 10563 | Sewer    | 10563 ||| UPGRADING to +0 chain mail.
 10564 | Sewer    | 10564 ||| UPGRADING to +0 chain mail.
 10565 | Sewer    | 10565 ||| UPGRADING to +0 chain mail.
 10566 | Sewer    | 10566 ||| UPGRADING to +0 chain mail.
 10567 | Sewer    | 10567 ||| UPGRADING to +0 chain mail.
 10568 | Sewer    | 10568 ||| UPGRADING to +0 chain mail.
 10569 | Sewer    | 10569 ||| UPGRADING to +0 chain mail.
 10570 | Sewer    | 10570 ||| UPGRADING to +0 chain mail.
 10571 | Sewer    | 10571 ||| UPGRADING to +0 chain mail.
 10572 | Sewer    | 10572 ||| UPGRADING to +0 chain mail.
 10573 | Sewer    | 10573 ||| UPGRADING to +0 chain mail.
 10574 | Sewer    | 10574 ||| UPGRADING to +0 chain mail.
 10575 | Sewer    | 10575 ||| UPGRADING to +0 chain mail.
 10576 | Sewer    | 10576 ||| UPGRADING to +0 chain mail.
 10577 | Sewer    | 10577 ||| UPGRADING to +0 chain mail.
 10578 | Sewer    | 10578 ||| UPGRADING to +0 chain mail.
 10579 | Sewer    | 10579 ||| UPGRADING to +0 chain mail.
 10580 | Sewer    | 10580 ||| UPGRADING to +0 chain mail.
 10581 | Sewer    | 10581 ||| UPGRADING to +0 chain mail.
 10582 | Sewer    | 10582 ||| UPGRADING to +0 chain mail.
 10583 | Sewer    | 10583 ||| UPGRADING to +0 chain mail.
 10584 | Sewer    | 10584 ||| UPGRADING to +0 chain mail.
 10585 | Sewer    | 10585 ||| UPGRADING to +0 chain mail.
 10586 | Sewer    | 10586 ||| UPGRADING to +0 chain mail.
 10587 | Sewer    | 10587 ||| UPGRADING to +0 chain mail.
 10588 | Sewer    | 10588 ||| UPGRADING to +0 chain mail.
 10589 | Sewer    | 10589 ||| UPGRADING to +0 chain mail.
 10590 | Sewer    | 10590 ||| UPGRADING to +0 chain mail.
 10591 | Sewer    | 10591 ||| UPGRADING to +0 chain mail.
 10592 | Sewer    | 10592 ||| UPGRADING to +0 chain mail.
 10593 | Sewer    | 10593 ||| UPGRADING to +0 chain mail.
 10594 | Sewer    | 10594 ||| UPGRADING to +0 chain mail.
 10595 | Sewer    | 10595 ||| UPGRADING to +0 chain mail.
 10596 | Sewer    | 10596 ||| UPGRADING to +0 chain mail.
 10597 | Sewer    | 10597 ||| UPGRADING to +0 chain mail.
 10598 | Sewer    | 10598 ||| UPGRADING to +0 chain mail.
 10599 | Sewer    | 10599 ||| UPGRADING to +0 chain mail.
 10600 | Sewer    | 10600 ||| UPGRADING to +0 chain mail.
 10601 | Sewer    | 10601 ||| UPGRADING to +0 chain mail.
 10602 | Sewer    | 10602 ||| UPGRADING to +0 chain mail.
 10603 | Sewer    | 10603 ||| UPGRADING to +0 chain mail.
 10604 | Sewer    | 10604 ||| UPGRADING to +0 chain mail.
 10605 | Sewer    | 10605 ||| UPGRADING to +0 chain mail.
 10606 | Sewer    | 10606 ||| UPGRADING to +0 chain mail.
 10607 | Sewer    | 10607 ||| UPGRADING to +0 chain mail.
 10608 | Sewer    | 10608 ||| UPGRADING to +0 chain mail.
 10609 | Sewer    | 10609 ||| UPGRADING to +0 chain mail.
 10610 | Sewer    | 10610 ||| UPGRADING to +0 chain mail.
 10611 | Sewer    | 10611 ||| UPGRADING to +0 chain mail.
 10612 | Sewer    | 10612 ||| UPGRADING to +0 chain mail.
 10613 | Sewer    | 10613 ||| UPGRADING to +0 chain mail.
 10614 | Sewer    | 10614 ||| UPGRADING to +0 chain mail.
 10615 | Sewer    | 10615 ||| UPGRADING to +0 chain mail.
 10616 | Sewer    | 10616 ||| UPGRADING to +0 chain mail.
 10617 | Sewer    | 10617 ||| UPGRADING to +0 chain mail.
 10618 | Sewer    | 10618 ||| UPGRADING to +0 chain mail.
 10619 | Sewer    | 10619 ||| UPGRADING to +0 chain mail.
 10620 | Sewer    | 10620 ||| UPGRADING to +0 chain mail.
 10621 | Sewer    | 10621 ||| UPGRADING to +0 chain mail.
 10622 | Sewer    | 10622 ||| UPGRADING to +0 chain mail.
 10623 | Sewer    | 10623 ||| UPGRADING to +0 chain mail.
 10624 | Sewer    | 10624 ||| UPGRADING to +0 chain mail.
 10625 | Sewer    | 10625 ||| UPGRADING to +0 chain mail.
 10626 | Sewer    | 10626 ||| UPGRADING to +0 chain mail.
 10627 | Sewer    | 10627 ||| UPGRADING to +0 chain mail.
 10628 | Sewer    | 10628 ||| UPGRADING to +0 chain mail.
 10629 | Sewer    | 10629 ||| UPGRADING to +0 chain mail.
 10630 | Sewer    | 10630 ||| UPGRADING to +0 chain mail.
 10631 | Sewer    | 10631 ||| UPGRADING to +0 chain mail.
 10632 | Sewer    | 10632 ||| UPGRADING to +0 chain mail.
 10633 | Sewer    | 10633 ||| UPGRADING to +0 chain mail.
 10634 | Sewer    | 10634 ||| UPGRADING to +0 chain mail.
 10635 | Sewer    | 10635 ||| UPGRADING to +0 chain mail.
 10636 | Sewer    | 10636 ||| UPGRADING to +0 chain mail.
 10637 | Sewer    | 10637 ||| UPGRADING to +0 chain mail.
 10638 | Sewer    | 10638 ||| UPGRADING to +0 chain mail.
 10639 | Sewer    | 10639 ||| UPGRADING to +0 chain mail.
 10640 | Sewer    | 10640 ||| UPGRADING to +0 chain mail.
 10641 | Sewer    | 10641 ||| UPGRADING to +0 chain mail.
 10642 | Sewer    | 10642 ||| UPGRADING to +0 chain mail.
 10643 | Sewer    | 10643 ||| UPGRADING to +0 chain mail.
 10644 | Sewer    | 10644 ||| UPGRADING to +0 chain mail.
 10645 | Sewer    | 10645 ||| UPGRADING to +0 chain mail.
 10646 | Sewer    | 10646 ||| UPGRADING to +0 chain mail.
 10647 | Sewer    | 10647 ||| UPGRADING to +0 chain mail.
 10648 | Sewer    | 10648 ||| UPGRADING to +0 chain mail.
 10649 | Sewer    | 10649 ||| UPGRADING to +0 chain mail.
 10650 | Sewer    | 10650 ||| UPGRADING to +0 chain mail.
 10651 | Sewer    | 10651 ||| UPGRADING to +0 chain mail.
 10652 | Sewer    | 10652 ||| UPGRADING to +0 chain mail.
 10653 | Sewer    | 10653 ||| UPGRADING to +0 chain mail.
 10654 | Sewer    | 10654 ||| UPGRADING to +0 chain mail.
 10655 | Sewer    | 10655 ||| UPGRADING to +0 chain mail.
 10656 | Sewer    | 10656 ||| UPGRADING to +0 chain mail.
 10657 | Sewer    | 10657 ||| UPGRADING to +0 chain mail.
 10658 | Sewer    | 10658 ||| UPGRADING to +0 chain mail.
 10659 | Sewer    | 10659 ||| UPGRADING to +0 chain mail.
 10660 | Sewer    | 10660 ||| UPGRADING to +0 chain mail.
 10661 | Sewer    | 10661 ||| UPGRADING to +0 chain mail.
 10662 | Sewer    | 10662 ||| UPGRADING to +0 chain mail.
 10663 | Sewer    | 10663 ||| UPGRADING to +0 chain mail.
 10664 | Sewer    | 10664 ||| UPGRADING to +0 chain mail.
 10665 | Sewer    | 10665 ||| UPGRADING to +0 chain mail.
 10666 | Sewer    | 10666 ||| UPGRADING to +0 chain mail.
 10667 | Sewer    | 10667 ||| UPGRADING to +0 chain mail.
 10668 | Sewer    | 10668 ||| UPGRADING to +0 chain mail.
 10669 | Sewer    | 10669 ||| UPGRADING to +0 chain mail.
 10670 | Sewer    | 10670 ||| UPGRADING to +0 chain mail.
 10671 | Sewer    | 10671 ||| UPGRADING to +0 chain mail.
 10672 | Sewer    | 10672 ||| UPGRADING to +0 chain mail.
 10673 | Sewer    | 10673 ||| UPGRADING to +0 chain mail.
 10674 | Sewer    | 10674 ||| UPGRADING to +0 chain mail.
 10675 | Sewer    | 10675 ||| UPGRADING to +0 chain mail.
 10676 | Sewer    | 10676 ||| UPGRADING to +0 chain mail.
 10677 | Sewer    | 10677 ||| UPGRADING to +0 chain mail.
 10678 | Sewer    | 10678 ||| UPGRADING to +0 chain mail.
 10679 | Sewer    | 10679 ||| UPGRADING to +0 chain mail.
 10680 | Sewer    | 10680 ||| UPGRADING to +0 chain mail.
 10681 | Sewer    | 10681 ||| UPGRADING to +0 chain mail.
 10682 | Sewer    | 10682 ||| UPGRADING to +0 chain mail.
 10683 | Sewer    | 10683 ||| UPGRADING to +0 chain mail.
 10684 | Sewer    | 10684 ||| UPGRADING to +0 chain mail.
 10685 | Sewer    | 10685 ||| UPGRADING to +0 chain mail.
 10686 | Sewer    | 10686 ||| UPGRADING to +0 chain mail.
 10687 | Sewer    | 10687 ||| UPGRADING to +0 chain mail.
 10688 | Sewer    | 10688 ||| UPGRADING to +0 chain mail.
 10689 | Sewer    | 10689 ||| UPGRADING to +0 chain mail.
 10690 | Sewer    | 10690 ||| UPGRADING to +0 chain mail.
 10691 | Sewer    | 10691 ||| UPGRADING to +0 chain mail.
 10692 | Sewer    | 10692 ||| UPGRADING to +0 chain mail.
 10693 | Sewer    | 10693 ||| UPGRADING to +0 chain mail.
 10694 | Sewer    | 10694 ||| UPGRADING to +0 chain mail.
 10695 | Sewer    | 10695 ||| UPGRADING to +0 chain mail.
 10696 | Sewer    | 10696 ||| UPGRADING to +0 chain mail.
 10697 | Sewer    | 10697 ||| UPGRADING to +0 chain mail.
 10698 | Sewer    | 10698 ||| UPGRADING to +0 chain mail.
 10699 | Sewer    | 10699 ||| UPGRADING to +0 chain mail.
 10700 | Sewer    | 10700 ||| UPGRADING to +0 chain mail.
 10701 | Sewer    | 10701 ||| UPGRADING to +0 chain mail.
 10702 | Sewer    | 10702 ||| UPGRADING to +0 chain mail.
 10703 | Sewer    | 10703 ||| UPGRADING to +0 chain mail.
 10704 | Sewer    | 10704 ||| UPGRADING to +0 chain mail.
 10705 | Sewer    | 10705 ||| UPGRADING to +0 chain mail.
 10706 | Sewer    | 10706 ||| UPGRADING to +0 chain mail.
 10707 | Sewer    | 10707 ||| UPGRADING to +0 chain mail.
 10708 | Sewer    | 10708 ||| UPGRADING to +0 chain mail.
 10709 | Sewer    | 10709 ||| UPGRADING to +0 chain mail.
 10710 | Sewer    | 10710 ||| UPGRADING to +0 chain mail.
 10711 | Sewer    | 10711 ||| UPGRADING to +0 chain mail.
 10712 | Sewer    | 10712 ||| UPGRADING to +0 chain mail.
 10713 | Sewer    | 10713 ||| UPGRADING to +0 chain mail.
 10714 | Sewer    | 10714 ||| UPGRADING to +0 chain mail.
 10715 | Sewer    | 10715 ||| UPGRADING to +0 chain mail.
 10716 | Sewer    | 10716 ||| UPGRADING to +0 chain mail.
 10717 | Sewer    | 10717 ||| UPGRADING to +0 chain mail.
 10718 | Sewer    | 10718 ||| UPGRADING to +0 chain mail.
 10719 | Sewer    | 10719 ||| UPGRADING to +0 chain mail.
 10720 | Sewer    | 10720 ||| UPGRADING to +0 chain mail.
 10721 | Sewer    | 10721 ||| UPGRADING to +0 chain mail.
 10722 | Sewer    | 10722 ||| UPGRADING to +0 chain mail.
 10723 | Sewer    | 10723 ||| UPGRADING to +0 chain mail.
 10724 | Sewer    | 10724 ||| UPGRADING to +0 chain mail.
 10725 | Sewer    | 10725 ||| UPGRADING to +0 chain mail.
 10726 | Sewer    | 10726 ||| UPGRADING to +0 chain mail.
 10727 | Sewer    | 10727 ||| UPGRADING to +0 chain mail.
 10728 | Sewer    | 10728 ||| UPGRADING to +0 chain mail.
 10729 | Sewer    | 10729 ||| UPGRADING to +0 chain mail.
 10730 | Sewer    | 10730 ||| UPGRADING to +0 chain mail.
 10731 | Sewer    | 10731 ||| UPGRADING to +0 chain mail.
 10732 | Sewer    | 10732 ||| UPGRADING to +0 chain mail.
 10733 | Sewer    | 10733 ||| UPGRADING to +0 chain mail.
 10734 | Sewer    | 10734 ||| UPGRADING to +0 chain mail.
 10735 | Sewer    | 10735 ||| UPGRADING to +0 chain mail.
 10736 | Sewer    | 10736 ||| UPGRADING to +0 chain mail.
 10737 | Sewer    | 10737 ||| UPGRADING to +0 chain mail.
 10738 | Sewer    | 10738 ||| UPGRADING to +0 chain mail.
 10739 | Sewer    | 10739 ||| UPGRADING to +0 chain mail.
 10740 | Sewer    | 10740 ||| UPGRADING to +0 chain mail.
 10741 | Sewer    | 10741 ||| UPGRADING to +0 chain mail.
 10742 | Sewer    | 10742 ||| UPGRADING to +0 chain mail.
 10743 | Sewer    | 10743 ||| UPGRADING to +0 chain mail.
 10744 | Sewer    | 10744 ||| UPGRADING to +0 chain mail.
 10745 | Sewer    | 10745 ||| UPGRADING to +0 chain mail.
 10746 | Sewer    | 10746 ||| UPGRADING to +0 chain mail.
 10747 | Sewer    | 10747 ||| UPGRADING to +0 chain mail.
 10748 | Sewer    | 10748 ||| UPGRADING to +0 chain mail.
 10749 | Sewer    | 10749 ||| UPGRADING to +0 chain mail.
 10750 | Sewer    | 10750 ||| UPGRADING to +0 chain mail.
 10751 | Sewer    | 10751 ||| UPGRADING to +0 chain mail.
 10752 | Sewer    | 10752 ||| UPGRADING to +0 chain mail.
 10753 | Sewer    | 10753 ||| UPGRADING to +0 chain mail.
 10754 | Sewer    | 10754 ||| UPGRADING to +0 chain mail.
 10755 | Sewer    | 10755 ||| UPGRADING to +0 chain mail.
 10756 | Sewer    | 10756 ||| UPGRADING to +0 chain mail.
 10757 | Sewer    | 10757 ||| UPGRADING to +0 chain mail.
 10758 | Sewer    | 10758 ||| UPGRADING to +0 chain mail.
 10759 | Sewer    | 10759 ||| UPGRADING to +0 chain mail.
 10760 | Sewer    | 10760 ||| UPGRADING to +0 chain mail.
 10761 | Sewer    | 10761 ||| UPGRADING to +0 chain mail.
 10762 | Sewer    | 10762 ||| UPGRADING to +0 chain mail.
 10763 | Sewer    | 10763 ||| UPGRADING to +0 chain mail.
 10764 | Sewer    | 10764 ||| UPGRADING to +0 chain mail.
 10765 | Sewer    | 10765 ||| UPGRADING to +0 chain mail.
 10766 | Sewer    | 10766 ||| UPGRADING to +0 chain mail.
 10767 | Sewer    | 10767 ||| UPGRADING to +0 chain mail.
 10768 | Sewer    | 10768 ||| UPGRADING to +0 chain mail.
 10769 | Sewer    | 10769 ||| UPGRADING to +0 chain mail.
 10770 | Sewer    | 10770 ||| UPGRADING to +0 chain mail.
 10771 | Sewer    | 10771 ||| UPGRADING to +0 chain mail.
 10772 | Sewer    | 10772 ||| UPGRADING to +0 chain mail.
 10773 | Sewer    | 10773 ||| UPGRADING to +0 chain mail.
 10774 | Sewer    | 10774 ||| UPGRADING to +0 chain mail.
 10775 | Sewer    | 10775 ||| UPGRADING to +0 chain mail.
 10776 | Sewer    | 10776 ||| UPGRADING to +0 chain mail.
 10777 | Sewer    | 10777 ||| UPGRADING to +0 chain mail.
 10778 | Sewer    | 10778 ||| UPGRADING to +0 chain mail.
 10779 | Sewer    | 10779 ||| UPGRADING to +0 chain mail.
 10780 | Sewer    | 10780 ||| UPGRADING to +0 chain mail.
 10781 | Sewer    | 10781 ||| UPGRADING to +0 chain mail.
 10782 | Sewer    | 10782 ||| UPGRADING to +0 chain mail.
 10782 | Sewer    | Glimpsed the power of Zot.
 10783 | Sewer    | 10783 ||| UPGRADING to +0 chain mail.
 10784 | Sewer    | 10784 ||| UPGRADING to +0 chain mail.
 10785 | Sewer    | 10785 ||| UPGRADING to +0 chain mail.
 10786 | Sewer    | 10786 ||| UPGRADING to +0 chain mail.
 10787 | Sewer    | 10787 ||| UPGRADING to +0 chain mail.
 10788 | Sewer    | 10788 ||| UPGRADING to +0 chain mail.
 10789 | Sewer    | 10789 ||| UPGRADING to +0 chain mail.
 10790 | Sewer    | 10790 ||| UPGRADING to +0 chain mail.
 10791 | Sewer    | 10791 ||| UPGRADING to +0 chain mail.
 10792 | Sewer    | 10792 ||| UPGRADING to +0 chain mail.
 10793 | Sewer    | 10793 ||| UPGRADING to +0 chain mail.
 10794 | Sewer    | 10794 ||| UPGRADING to +0 chain mail.
 10795 | Sewer    | 10795 ||| UPGRADING to +0 chain mail.
 10796 | Sewer    | 10796 ||| UPGRADING to +0 chain mail.
 10797 | Sewer    | 10797 ||| UPGRADING to +0 chain mail.
 10798 | Sewer    | 10798 ||| UPGRADING to +0 chain mail.
 10799 | Sewer    | 10799 ||| UPGRADING to +0 chain mail.
 10800 | Sewer    | 10800 ||| UPGRADING to +0 chain mail.
 10801 | Sewer    | 10801 ||| UPGRADING to +0 chain mail.
 10802 | Sewer    | 10802 ||| UPGRADING to +0 chain mail.
 10803 | Sewer    | 10803 ||| UPGRADING to +0 chain mail.
 10804 | Sewer    | 10804 ||| UPGRADING to +0 chain mail.
 10805 | Sewer    | 10805 ||| UPGRADING to +0 chain mail.
 10806 | Sewer    | 10806 ||| UPGRADING to +0 chain mail.
 10807 | Sewer    | 10807 ||| UPGRADING to +0 chain mail.
 10808 | Sewer    | 10808 ||| UPGRADING to +0 chain mail.
 10809 | Sewer    | 10809 ||| UPGRADING to +0 chain mail.
 10810 | Sewer    | 10810 ||| UPGRADING to +0 chain mail.
 10811 | Sewer    | 10811 ||| UPGRADING to +0 chain mail.
 10812 | Sewer    | 10812 ||| UPGRADING to +0 chain mail.
 10813 | Sewer    | 10813 ||| UPGRADING to +0 chain mail.
 10814 | Sewer    | 10814 ||| UPGRADING to +0 chain mail.
 10815 | Sewer    | 10815 ||| UPGRADING to +0 chain mail.
 10816 | Sewer    | 10816 ||| UPGRADING to +0 chain mail.
 10817 | Sewer    | 10817 ||| UPGRADING to +0 chain mail.
 10818 | Sewer    | 10818 ||| UPGRADING to +0 chain mail.
 10819 | Sewer    | 10819 ||| UPGRADING to +0 chain mail.
 10820 | Sewer    | 10820 ||| UPGRADING to +0 chain mail.
 10821 | Sewer    | 10821 ||| UPGRADING to +0 chain mail.
 10822 | Sewer    | 10822 ||| UPGRADING to +0 chain mail.
 10823 | Sewer    | 10823 ||| UPGRADING to +0 chain mail.
 10824 | Sewer    | 10824 ||| UPGRADING to +0 chain mail.
 10825 | Sewer    | 10825 ||| UPGRADING to +0 chain mail.
 10826 | Sewer    | 10826 ||| UPGRADING to +0 chain mail.
 10827 | Sewer    | 10827 ||| UPGRADING to +0 chain mail.
 10828 | Sewer    | 10828 ||| UPGRADING to +0 chain mail.
 10829 | Sewer    | 10829 ||| UPGRADING to +0 chain mail.
 10830 | Sewer    | 10830 ||| UPGRADING to +0 chain mail.
 10831 | Sewer    | 10831 ||| UPGRADING to +0 chain mail.
 10832 | Sewer    | 10832 ||| UPGRADING to +0 chain mail.
 10833 | Sewer    | 10833 ||| UPGRADING to +0 chain mail.
 10834 | Sewer    | 10834 ||| UPGRADING to +0 chain mail.
 10835 | Sewer    | 10835 ||| UPGRADING to +0 chain mail.
 10836 | Sewer    | 10836 ||| UPGRADING to +0 chain mail.
 10837 | Sewer    | 10837 ||| UPGRADING to +0 chain mail.
 10838 | Sewer    | 10838 ||| UPGRADING to +0 chain mail.
 10839 | Sewer    | 10839 ||| UPGRADING to +0 chain mail.
 10840 | Sewer    | 10840 ||| UPGRADING to +0 chain mail.
 10841 | Sewer    | 10841 ||| UPGRADING to +0 chain mail.
 10842 | Sewer    | 10842 ||| UPGRADING to +0 chain mail.
 10843 | Sewer    | 10843 ||| UPGRADING to +0 chain mail.
 10844 | Sewer    | 10844 ||| UPGRADING to +0 chain mail.
 10845 | Sewer    | 10845 ||| UPGRADING to +0 chain mail.
 10846 | Sewer    | 10846 ||| UPGRADING to +0 chain mail.
 10847 | Sewer    | 10847 ||| UPGRADING to +0 chain mail.
 10848 | Sewer    | 10848 ||| UPGRADING to +0 chain mail.
 10849 | Sewer    | 10849 ||| UPGRADING to +0 chain mail.
 10850 | Sewer    | 10850 ||| UPGRADING to +0 chain mail.
 10851 | Sewer    | 10851 ||| UPGRADING to +0 chain mail.
 10852 | Sewer    | 10852 ||| UPGRADING to +0 chain mail.
 10853 | Sewer    | 10853 ||| UPGRADING to +0 chain mail.
 10854 | Sewer    | 10854 ||| UPGRADING to +0 chain mail.
 10855 | Sewer    | 10855 ||| UPGRADING to +0 chain mail.
 10856 | Sewer    | 10856 ||| UPGRADING to +0 chain mail.
 10857 | Sewer    | 10857 ||| UPGRADING to +0 chain mail.
 10858 | Sewer    | 10858 ||| UPGRADING to +0 chain mail.
 10859 | Sewer    | 10859 ||| UPGRADING to +0 chain mail.
 10860 | Sewer    | 10860 ||| UPGRADING to +0 chain mail.
 10861 | Sewer    | 10861 ||| UPGRADING to +0 chain mail.
 10862 | Sewer    | 10862 ||| UPGRADING to +0 chain mail.
 10863 | Sewer    | 10863 ||| UPGRADING to +0 chain mail.
 10864 | Sewer    | 10864 ||| UPGRADING to +0 chain mail.
 10865 | Sewer    | 10865 ||| UPGRADING to +0 chain mail.
 10866 | Sewer    | 10866 ||| UPGRADING to +0 chain mail.
 10867 | Sewer    | 10867 ||| UPGRADING to +0 chain mail.
 10868 | Sewer    | 10868 ||| UPGRADING to +0 chain mail.
 10869 | Sewer    | 10869 ||| UPGRADING to +0 chain mail.
 10870 | Sewer    | 10870 ||| UPGRADING to +0 chain mail.
 10871 | Sewer    | 10871 ||| UPGRADING to +0 chain mail.
 10872 | Sewer    | 10872 ||| UPGRADING to +0 chain mail.
 10873 | Sewer    | 10873 ||| UPGRADING to +0 chain mail.
 10874 | Sewer    | 10874 ||| UPGRADING to +0 chain mail.
 10875 | Sewer    | 10875 ||| UPGRADING to +0 chain mail.
 10876 | Sewer    | 10876 ||| UPGRADING to +0 chain mail.
 10877 | Sewer    | 10877 ||| UPGRADING to +0 chain mail.
 10878 | Sewer    | 10878 ||| UPGRADING to +0 chain mail.
 10879 | Sewer    | 10879 ||| UPGRADING to +0 chain mail.
 10880 | Sewer    | 10880 ||| UPGRADING to +0 chain mail.
 10881 | Sewer    | 10881 ||| UPGRADING to +0 chain mail.
 10882 | Sewer    | 10882 ||| UPGRADING to +0 chain mail.
 10883 | Sewer    | 10883 ||| UPGRADING to +0 chain mail.
 10884 | Sewer    | 10884 ||| UPGRADING to +0 chain mail.
 10885 | Sewer    | 10885 ||| UPGRADING to +0 chain mail.
 10886 | Sewer    | 10886 ||| UPGRADING to +0 chain mail.
 10887 | Sewer    | 10887 ||| UPGRADING to +0 chain mail.
 10888 | Sewer    | 10888 ||| UPGRADING to +0 chain mail.
 10889 | Sewer    | 10889 ||| UPGRADING to +0 chain mail.
 10890 | Sewer    | 10890 ||| UPGRADING to +0 chain mail.
 10891 | Sewer    | 10891 ||| UPGRADING to +0 chain mail.
 10892 | Sewer    | 10892 ||| UPGRADING to +0 chain mail.
 10893 | Sewer    | 10893 ||| UPGRADING to +0 chain mail.
 10894 | Sewer    | 10894 ||| UPGRADING to +0 chain mail.
 10895 | Sewer    | 10895 ||| UPGRADING to +0 chain mail.
 10896 | Sewer    | 10896 ||| UPGRADING to +0 chain mail.
 10897 | Sewer    | 10897 ||| UPGRADING to +0 chain mail.
 10898 | Sewer    | 10898 ||| UPGRADING to +0 chain mail.
 10899 | Sewer    | 10899 ||| UPGRADING to +0 chain mail.
 10900 | Sewer    | 10900 ||| UPGRADING to +0 chain mail.
 10901 | Sewer    | 10901 ||| UPGRADING to +0 chain mail.
 10902 | Sewer    | 10902 ||| UPGRADING to +0 chain mail.
 10903 | Sewer    | 10903 ||| UPGRADING to +0 chain mail.
 10904 | Sewer    | 10904 ||| UPGRADING to +0 chain mail.
 10905 | Sewer    | 10905 ||| UPGRADING to +0 chain mail.
 10906 | Sewer    | 10906 ||| UPGRADING to +0 chain mail.
 10907 | Sewer    | 10907 ||| UPGRADING to +0 chain mail.
 10908 | Sewer    | 10908 ||| UPGRADING to +0 chain mail.
 10909 | Sewer    | 10909 ||| UPGRADING to +0 chain mail.
 10910 | Sewer    | 10910 ||| UPGRADING to +0 chain mail.
 10911 | Sewer    | 10911 ||| UPGRADING to +0 chain mail.
 10912 | Sewer    | 10912 ||| UPGRADING to +0 chain mail.
 10913 | Sewer    | 10913 ||| UPGRADING to +0 chain mail.
 10914 | Sewer    | 10914 ||| UPGRADING to +0 chain mail.
 10915 | Sewer    | 10915 ||| UPGRADING to +0 chain mail.
 10916 | Sewer    | 10916 ||| UPGRADING to +0 chain mail.
 10917 | Sewer    | 10917 ||| UPGRADING to +0 chain mail.
 10918 | Sewer    | 10918 ||| UPGRADING to +0 chain mail.
 10919 | Sewer    | 10919 ||| UPGRADING to +0 chain mail.
 10920 | Sewer    | 10920 ||| UPGRADING to +0 chain mail.
 10921 | Sewer    | 10921 ||| UPGRADING to +0 chain mail.
 10922 | Sewer    | 10922 ||| UPGRADING to +0 chain mail.
 10923 | Sewer    | 10923 ||| UPGRADING to +0 chain mail.
 10924 | Sewer    | 10924 ||| UPGRADING to +0 chain mail.
 10925 | Sewer    | 10925 ||| UPGRADING to +0 chain mail.
 10926 | Sewer    | 10926 ||| UPGRADING to +0 chain mail.
 10927 | Sewer    | 10927 ||| UPGRADING to +0 chain mail.
 10928 | Sewer    | 10928 ||| UPGRADING to +0 chain mail.
 10929 | Sewer    | 10929 ||| UPGRADING to +0 chain mail.
 10930 | Sewer    | 10930 ||| UPGRADING to +0 chain mail.
 10931 | Sewer    | 10931 ||| UPGRADING to +0 chain mail.
 10932 | Sewer    | 10932 ||| UPGRADING to +0 chain mail.
 10933 | Sewer    | 10933 ||| UPGRADING to +0 chain mail.
 10934 | Sewer    | 10934 ||| UPGRADING to +0 chain mail.
 10935 | Sewer    | 10935 ||| UPGRADING to +0 chain mail.
 10936 | Sewer    | 10936 ||| UPGRADING to +0 chain mail.
 10937 | Sewer    | 10937 ||| UPGRADING to +0 chain mail.
 10938 | Sewer    | 10938 ||| UPGRADING to +0 chain mail.
 10939 | Sewer    | 10939 ||| UPGRADING to +0 chain mail.
 10940 | Sewer    | 10940 ||| UPGRADING to +0 chain mail.
 10941 | Sewer    | 10941 ||| UPGRADING to +0 chain mail.
 10942 | Sewer    | 10942 ||| UPGRADING to +0 chain mail.
 10943 | Sewer    | 10943 ||| UPGRADING to +0 chain mail.
 10944 | Sewer    | 10944 ||| UPGRADING to +0 chain mail.
 10945 | Sewer    | 10945 ||| UPGRADING to +0 chain mail.
 10946 | Sewer    | 10946 ||| UPGRADING to +0 chain mail.
 10947 | Sewer    | 10947 ||| UPGRADING to +0 chain mail.
 10948 | Sewer    | 10948 ||| UPGRADING to +0 chain mail.
 10949 | Sewer    | 10949 ||| UPGRADING to +0 chain mail.
 10950 | Sewer    | 10950 ||| UPGRADING to +0 chain mail.
 10951 | Sewer    | 10951 ||| UPGRADING to +0 chain mail.
 10952 | Sewer    | 10952 ||| UPGRADING to +0 chain mail.
 10953 | Sewer    | 10953 ||| UPGRADING to +0 chain mail.
 10954 | Sewer    | 10954 ||| UPGRADING to +0 chain mail.
 10955 | Sewer    | 10955 ||| UPGRADING to +0 chain mail.
 10956 | Sewer    | 10956 ||| UPGRADING to +0 chain mail.
 10957 | Sewer    | 10957 ||| UPGRADING to +0 chain mail.
 10958 | Sewer    | 10958 ||| UPGRADING to +0 chain mail.
 10959 | Sewer    | 10959 ||| UPGRADING to +0 chain mail.
 10960 | Sewer    | 10960 ||| UPGRADING to +0 chain mail.
 10961 | Sewer    | 10961 ||| UPGRADING to +0 chain mail.
 10962 | Sewer    | 10962 ||| UPGRADING to +0 chain mail.
 10963 | Sewer    | 10963 ||| UPGRADING to +0 chain mail.
 10964 | Sewer    | 10964 ||| UPGRADING to +0 chain mail.
 10965 | Sewer    | 10965 ||| UPGRADING to +0 chain mail.
 10966 | Sewer    | 10966 ||| UPGRADING to +0 chain mail.
 10967 | Sewer    | 10967 ||| UPGRADING to +0 chain mail.
 10968 | Sewer    | 10968 ||| UPGRADING to +0 chain mail.
 10969 | Sewer    | 10969 ||| UPGRADING to +0 chain mail.
 10970 | Sewer    | 10970 ||| UPGRADING to +0 chain mail.
 10971 | Sewer    | 10971 ||| UPGRADING to +0 chain mail.
 10972 | Sewer    | 10972 ||| UPGRADING to +0 chain mail.
 10973 | Sewer    | 10973 ||| UPGRADING to +0 chain mail.
 10974 | Sewer    | 10974 ||| UPGRADING to +0 chain mail.
 10975 | Sewer    | 10975 ||| UPGRADING to +0 chain mail.
 10976 | Sewer    | 10976 ||| UPGRADING to +0 chain mail.
 10977 | Sewer    | 10977 ||| UPGRADING to +0 chain mail.
 10978 | Sewer    | 10978 ||| UPGRADING to +0 chain mail.
 10979 | Sewer    | 10979 ||| UPGRADING to +0 chain mail.
 10980 | Sewer    | 10980 ||| UPGRADING to +0 chain mail.
 10981 | Sewer    | 10981 ||| UPGRADING to +0 chain mail.
 10982 | Sewer    | 10982 ||| UPGRADING to +0 chain mail.
 10983 | Sewer    | 10983 ||| UPGRADING to +0 chain mail.
 10984 | Sewer    | 10984 ||| UPGRADING to +0 chain mail.
 10985 | Sewer    | 10985 ||| UPGRADING to +0 chain mail.
 10986 | Sewer    | 10986 ||| UPGRADING to +0 chain mail.
 10987 | Sewer    | 10987 ||| UPGRADING to +0 chain mail.
 10988 | Sewer    | 10988 ||| UPGRADING to +0 chain mail.
 10989 | Sewer    | 10989 ||| UPGRADING to +0 chain mail.
 10990 | Sewer    | 10990 ||| UPGRADING to +0 chain mail.
 10991 | Sewer    | 10991 ||| UPGRADING to +0 chain mail.
 10992 | Sewer    | 10992 ||| UPGRADING to +0 chain mail.
 10993 | Sewer    | 10993 ||| UPGRADING to +0 chain mail.
 10994 | Sewer    | 10994 ||| UPGRADING to +0 chain mail.
 10995 | Sewer    | 10995 ||| UPGRADING to +0 chain mail.
 10996 | Sewer    | 10996 ||| UPGRADING to +0 chain mail.
 10997 | Sewer    | 10997 ||| UPGRADING to +0 chain mail.
 10998 | Sewer    | 10998 ||| UPGRADING to +0 chain mail.
 10999 | Sewer    | 10999 ||| UPGRADING to +0 chain mail.
 11000 | Sewer    | 11000 ||| UPGRADING to +0 chain mail.
 11001 | Sewer    | 11001 ||| UPGRADING to +0 chain mail.
 11002 | Sewer    | 11002 ||| UPGRADING to +0 chain mail.
 11003 | Sewer    | 11003 ||| UPGRADING to +0 chain mail.
 11004 | Sewer    | 11004 ||| UPGRADING to +0 chain mail.
 11005 | Sewer    | 11005 ||| UPGRADING to +0 chain mail.
 11006 | Sewer    | 11006 ||| UPGRADING to +0 chain mail.
 11007 | Sewer    | 11007 ||| UPGRADING to +0 chain mail.
 11008 | Sewer    | 11008 ||| UPGRADING to +0 chain mail.
 11009 | Sewer    | 11009 ||| UPGRADING to +0 chain mail.
 11010 | Sewer    | 11010 ||| UPGRADING to +0 chain mail.
 11011 | Sewer    | 11011 ||| UPGRADING to +0 chain mail.
 11012 | Sewer    | 11012 ||| UPGRADING to +0 chain mail.
 11013 | Sewer    | 11013 ||| UPGRADING to +0 chain mail.
 11014 | Sewer    | 11014 ||| UPGRADING to +0 chain mail.
 11015 | Sewer    | 11015 ||| UPGRADING to +0 chain mail.
 11016 | Sewer    | 11016 ||| UPGRADING to +0 chain mail.
 11017 | Sewer    | 11017 ||| UPGRADING to +0 chain mail.
 11018 | Sewer    | 11018 ||| UPGRADING to +0 chain mail.
 11019 | Sewer    | 11019 ||| UPGRADING to +0 chain mail.
 11020 | Sewer    | 11020 ||| UPGRADING to +0 chain mail.
 11021 | Sewer    | 11021 ||| UPGRADING to +0 chain mail.
 11022 | Sewer    | 11022 ||| UPGRADING to +0 chain mail.
 11023 | Sewer    | 11023 ||| UPGRADING to +0 chain mail.
 11024 | Sewer    | 11024 ||| UPGRADING to +0 chain mail.
 11025 | Sewer    | 11025 ||| UPGRADING to +0 chain mail.
 11026 | Sewer    | 11026 ||| UPGRADING to +0 chain mail.
 11027 | Sewer    | 11027 ||| UPGRADING to +0 chain mail.
 11028 | Sewer    | 11028 ||| UPGRADING to +0 chain mail.
 11029 | Sewer    | 11029 ||| UPGRADING to +0 chain mail.
 11030 | Sewer    | 11030 ||| UPGRADING to +0 chain mail.
 11031 | Sewer    | 11031 ||| UPGRADING to +0 chain mail.
 11032 | Sewer    | 11032 ||| UPGRADING to +0 chain mail.
 11033 | Sewer    | 11033 ||| UPGRADING to +0 chain mail.
 11034 | Sewer    | 11034 ||| UPGRADING to +0 chain mail.
 11035 | Sewer    | 11035 ||| UPGRADING to +0 chain mail.
 11036 | Sewer    | 11036 ||| UPGRADING to +0 chain mail.
 11037 | Sewer    | 11037 ||| UPGRADING to +0 chain mail.
 11038 | Sewer    | 11038 ||| UPGRADING to +0 chain mail.
 11039 | Sewer    | 11039 ||| UPGRADING to +0 chain mail.
 11040 | Sewer    | 11040 ||| UPGRADING to +0 chain mail.
 11041 | Sewer    | 11041 ||| UPGRADING to +0 chain mail.
 11042 | Sewer    | 11042 ||| UPGRADING to +0 chain mail.
 11043 | Sewer    | 11043 ||| UPGRADING to +0 chain mail.
 11044 | Sewer    | 11044 ||| UPGRADING to +0 chain mail.
 11045 | Sewer    | 11045 ||| UPGRADING to +0 chain mail.
 11046 | Sewer    | 11046 ||| UPGRADING to +0 chain mail.
 11047 | Sewer    | 11047 ||| UPGRADING to +0 chain mail.
 11048 | Sewer    | 11048 ||| UPGRADING to +0 chain mail.
 11049 | Sewer    | 11049 ||| UPGRADING to +0 chain mail.
 11050 | Sewer    | 11050 ||| UPGRADING to +0 chain mail.
 11051 | Sewer    | 11051 ||| UPGRADING to +0 chain mail.
 11052 | Sewer    | 11052 ||| UPGRADING to +0 chain mail.
 11053 | Sewer    | 11053 ||| UPGRADING to +0 chain mail.
 11054 | Sewer    | 11054 ||| UPGRADING to +0 chain mail.
 11055 | Sewer    | 11055 ||| UPGRADING to +0 chain mail.
 11056 | Sewer    | 11056 ||| UPGRADING to +0 chain mail.
 11057 | Sewer    | 11057 ||| UPGRADING to +0 chain mail.
 11058 | Sewer    | 11058 ||| UPGRADING to +0 chain mail.
 11059 | Sewer    | 11059 ||| UPGRADING to +0 chain mail.
 11060 | Sewer    | 11060 ||| UPGRADING to +0 chain mail.
 11061 | Sewer    | 11061 ||| UPGRADING to +0 chain mail.
 11062 | Sewer    | 11062 ||| UPGRADING to +0 chain mail.
 11063 | Sewer    | 11063 ||| UPGRADING to +0 chain mail.
 11064 | Sewer    | 11064 ||| UPGRADING to +0 chain mail.
 11065 | Sewer    | 11065 ||| UPGRADING to +0 chain mail.
 11066 | Sewer    | 11066 ||| UPGRADING to +0 chain mail.
 11067 | Sewer    | 11067 ||| UPGRADING to +0 chain mail.
 11068 | Sewer    | 11068 ||| UPGRADING to +0 chain mail.
 11069 | Sewer    | 11069 ||| UPGRADING to +0 chain mail.
 11070 | Sewer    | 11070 ||| UPGRADING to +0 chain mail.
 11071 | Sewer    | 11071 ||| UPGRADING to +0 chain mail.
 11072 | Sewer    | 11072 ||| UPGRADING to +0 chain mail.
 11073 | Sewer    | 11073 ||| UPGRADING to +0 chain mail.
 11074 | Sewer    | 11074 ||| UPGRADING to +0 chain mail.
 11075 | Sewer    | 11075 ||| UPGRADING to +0 chain mail.
 11076 | Sewer    | 11076 ||| UPGRADING to +0 chain mail.
 11077 | Sewer    | 11077 ||| UPGRADING to +0 chain mail.
 11078 | Sewer    | 11078 ||| UPGRADING to +0 chain mail.
 11079 | Sewer    | 11079 ||| UPGRADING to +0 chain mail.
 11080 | Sewer    | 11080 ||| UPGRADING to +0 chain mail.
 11081 | Sewer    | 11081 ||| UPGRADING to +0 chain mail.
 11082 | Sewer    | 11082 ||| UPGRADING to +0 chain mail.
 11083 | Sewer    | 11083 ||| UPGRADING to +0 chain mail.
 11084 | Sewer    | 11084 ||| UPGRADING to +0 chain mail.
 11085 | Sewer    | 11085 ||| UPGRADING to +0 chain mail.
 11086 | Sewer    | 11086 ||| UPGRADING to +0 chain mail.
 11087 | Sewer    | 11087 ||| UPGRADING to +0 chain mail.
 11088 | Sewer    | 11088 ||| UPGRADING to +0 chain mail.
 11089 | Sewer    | 11089 ||| UPGRADING to +0 chain mail.
 11090 | Sewer    | 11090 ||| UPGRADING to +0 chain mail.
 11091 | Sewer    | 11091 ||| UPGRADING to +0 chain mail.
 11092 | Sewer    | 11092 ||| UPGRADING to +0 chain mail.
 11093 | Sewer    | 11093 ||| UPGRADING to +0 chain mail.
 11094 | Sewer    | 11094 ||| UPGRADING to +0 chain mail.
 11095 | Sewer    | 11095 ||| UPGRADING to +0 chain mail.
 11096 | Sewer    | 11096 ||| UPGRADING to +0 chain mail.
 11097 | Sewer    | 11097 ||| UPGRADING to +0 chain mail.
 11098 | Sewer    | 11098 ||| UPGRADING to +0 chain mail.
 11099 | Sewer    | 11099 ||| UPGRADING to +0 chain mail.
 11100 | Sewer    | 11100 ||| UPGRADING to +0 chain mail.
 11101 | Sewer    | 11101 ||| UPGRADING to +0 chain mail.
 11102 | Sewer    | 11102 ||| UPGRADING to +0 chain mail.
 11103 | Sewer    | 11103 ||| UPGRADING to +0 chain mail.
 11104 | Sewer    | 11104 ||| UPGRADING to +0 chain mail.
 11105 | Sewer    | 11105 ||| UPGRADING to +0 chain mail.
 11106 | Sewer    | 11106 ||| UPGRADING to +0 chain mail.
 11107 | Sewer    | 11107 ||| UPGRADING to +0 chain mail.
 11108 | Sewer    | 11108 ||| UPGRADING to +0 chain mail.
 11109 | Sewer    | 11109 ||| UPGRADING to +0 chain mail.
 11110 | Sewer    | 11110 ||| UPGRADING to +0 chain mail.
 11111 | Sewer    | 11111 ||| UPGRADING to +0 chain mail.
 11112 | Sewer    | 11112 ||| UPGRADING to +0 chain mail.
 11113 | Sewer    | 11113 ||| UPGRADING to +0 chain mail.
 11114 | Sewer    | 11114 ||| UPGRADING to +0 chain mail.
 11115 | Sewer    | 11115 ||| UPGRADING to +0 chain mail.
 11116 | Sewer    | 11116 ||| UPGRADING to +0 chain mail.
 11117 | Sewer    | 11117 ||| UPGRADING to +0 chain mail.
 11118 | Sewer    | 11118 ||| UPGRADING to +0 chain mail.
 11119 | Sewer    | 11119 ||| UPGRADING to +0 chain mail.
 11120 | Sewer    | 11120 ||| UPGRADING to +0 chain mail.
 11121 | Sewer    | 11121 ||| UPGRADING to +0 chain mail.
 11122 | Sewer    | 11122 ||| UPGRADING to +0 chain mail.
 11123 | Sewer    | 11123 ||| UPGRADING to +0 chain mail.
 11124 | Sewer    | 11124 ||| UPGRADING to +0 chain mail.
 11125 | Sewer    | 11125 ||| UPGRADING to +0 chain mail.
 11126 | Sewer    | 11126 ||| UPGRADING to +0 chain mail.
 11127 | Sewer    | 11127 ||| UPGRADING to +0 chain mail.
 11128 | Sewer    | 11128 ||| UPGRADING to +0 chain mail.
 11129 | Sewer    | 11129 ||| UPGRADING to +0 chain mail.
 11130 | Sewer    | 11130 ||| UPGRADING to +0 chain mail.
 11131 | Sewer    | 11131 ||| UPGRADING to +0 chain mail.
 11132 | Sewer    | 11132 ||| UPGRADING to +0 chain mail.
 11133 | Sewer    | 11133 ||| UPGRADING to +0 chain mail.
 11134 | Sewer    | 11134 ||| UPGRADING to +0 chain mail.
 11135 | Sewer    | 11135 ||| UPGRADING to +0 chain mail.
 11136 | Sewer    | 11136 ||| UPGRADING to +0 chain mail.
 11137 | Sewer    | 11137 ||| UPGRADING to +0 chain mail.
 11138 | Sewer    | 11138 ||| UPGRADING to +0 chain mail.
 11139 | Sewer    | 11139 ||| UPGRADING to +0 chain mail.
 11140 | Sewer    | 11140 ||| UPGRADING to +0 chain mail.
 11141 | Sewer    | 11141 ||| UPGRADING to +0 chain mail.
 11142 | Sewer    | 11142 ||| UPGRADING to +0 chain mail.
 11143 | Sewer    | 11143 ||| UPGRADING to +0 chain mail.
 11144 | Sewer    | 11144 ||| UPGRADING to +0 chain mail.
 11145 | Sewer    | 11145 ||| UPGRADING to +0 chain mail.
 11146 | Sewer    | 11146 ||| UPGRADING to +0 chain mail.
 11147 | Sewer    | 11147 ||| UPGRADING to +0 chain mail.
 11148 | Sewer    | 11148 ||| UPGRADING to +0 chain mail.
 11149 | Sewer    | 11149 ||| UPGRADING to +0 chain mail.
 11150 | Sewer    | 11150 ||| UPGRADING to +0 chain mail.
 11151 | Sewer    | 11151 ||| UPGRADING to +0 chain mail.
 11152 | Sewer    | 11152 ||| UPGRADING to +0 chain mail.
 11153 | Sewer    | 11153 ||| UPGRADING to +0 chain mail.
 11154 | Sewer    | 11154 ||| UPGRADING to +0 chain mail.
 11155 | Sewer    | 11155 ||| UPGRADING to +0 chain mail.
 11156 | Sewer    | 11156 ||| UPGRADING to +0 chain mail.
 11157 | Sewer    | 11157 ||| UPGRADING to +0 chain mail.
 11158 | Sewer    | 11158 ||| UPGRADING to +0 chain mail.
 11159 | Sewer    | 11159 ||| UPGRADING to +0 chain mail.
 11160 | Sewer    | 11160 ||| UPGRADING to +0 chain mail.
 11161 | Sewer    | 11161 ||| UPGRADING to +0 chain mail.
 11162 | Sewer    | 11162 ||| UPGRADING to +0 chain mail.
 11163 | Sewer    | 11163 ||| UPGRADING to +0 chain mail.
 11164 | Sewer    | 11164 ||| UPGRADING to +0 chain mail.
 11165 | Sewer    | 11165 ||| UPGRADING to +0 chain mail.
 11166 | Sewer    | 11166 ||| UPGRADING to +0 chain mail.
 11167 | Sewer    | 11167 ||| UPGRADING to +0 chain mail.
 11168 | Sewer    | 11168 ||| UPGRADING to +0 chain mail.
 11169 | Sewer    | 11169 ||| UPGRADING to +0 chain mail.
 11170 | Sewer    | 11170 ||| UPGRADING to +0 chain mail.
 11171 | Sewer    | 11171 ||| UPGRADING to +0 chain mail.
 11172 | Sewer    | 11172 ||| UPGRADING to +0 chain mail.
 11173 | Sewer    | 11173 ||| UPGRADING to +0 chain mail.
 11174 | Sewer    | 11174 ||| UPGRADING to +0 chain mail.
 11175 | Sewer    | 11175 ||| UPGRADING to +0 chain mail.
 11176 | Sewer    | 11176 ||| UPGRADING to +0 chain mail.
 11177 | Sewer    | 11177 ||| UPGRADING to +0 chain mail.
 11178 | Sewer    | 11178 ||| UPGRADING to +0 chain mail.
 11179 | Sewer    | 11179 ||| UPGRADING to +0 chain mail.
 11180 | Sewer    | 11180 ||| UPGRADING to +0 chain mail.
 11181 | Sewer    | 11181 ||| UPGRADING to +0 chain mail.
 11182 | Sewer    | 11182 ||| UPGRADING to +0 chain mail.
 11182 | Sewer    | Glimpsed the power of Zot.
 11183 | Sewer    | 11183 ||| UPGRADING to +0 chain mail.
 11184 | Sewer    | 11184 ||| UPGRADING to +0 chain mail.
 11185 | Sewer    | 11185 ||| UPGRADING to +0 chain mail.
 11186 | Sewer    | 11186 ||| UPGRADING to +0 chain mail.
 11187 | Sewer    | 11187 ||| UPGRADING to +0 chain mail.
 11188 | Sewer    | 11188 ||| UPGRADING to +0 chain mail.
 11189 | Sewer    | 11189 ||| UPGRADING to +0 chain mail.
 11190 | Sewer    | 11190 ||| UPGRADING to +0 chain mail.
 11191 | Sewer    | 11191 ||| UPGRADING to +0 chain mail.
 11192 | Sewer    | 11192 ||| UPGRADING to +0 chain mail.
 11193 | Sewer    | 11193 ||| UPGRADING to +0 chain mail.
 11194 | Sewer    | 11194 ||| UPGRADING to +0 chain mail.
 11195 | Sewer    | 11195 ||| UPGRADING to +0 chain mail.
 11196 | Sewer    | 11196 ||| UPGRADING to +0 chain mail.
 11197 | Sewer    | 11197 ||| UPGRADING to +0 chain mail.
 11198 | Sewer    | 11198 ||| UPGRADING to +0 chain mail.
 11199 | Sewer    | 11199 ||| UPGRADING to +0 chain mail.
 11200 | Sewer    | 11200 ||| UPGRADING to +0 chain mail.
 11201 | Sewer    | 11201 ||| UPGRADING to +0 chain mail.
 11202 | Sewer    | 11202 ||| UPGRADING to +0 chain mail.
 11203 | Sewer    | 11203 ||| UPGRADING to +0 chain mail.
 11204 | Sewer    | 11204 ||| UPGRADING to +0 chain mail.
 11205 | Sewer    | 11205 ||| UPGRADING to +0 chain mail.
 11206 | Sewer    | 11206 ||| UPGRADING to +0 chain mail.
 11207 | Sewer    | 11207 ||| UPGRADING to +0 chain mail.
 11208 | Sewer    | 11208 ||| UPGRADING to +0 chain mail.
 11209 | Sewer    | 11209 ||| UPGRADING to +0 chain mail.
 11210 | Sewer    | 11210 ||| UPGRADING to +0 chain mail.
 11211 | Sewer    | 11211 ||| UPGRADING to +0 chain mail.
 11212 | Sewer    | 11212 ||| UPGRADING to +0 chain mail.
 11213 | Sewer    | 11213 ||| UPGRADING to +0 chain mail.
 11214 | Sewer    | 11214 ||| UPGRADING to +0 chain mail.
 11215 | Sewer    | 11215 ||| UPGRADING to +0 chain mail.
 11216 | Sewer    | 11216 ||| UPGRADING to +0 chain mail.
 11217 | Sewer    | 11217 ||| UPGRADING to +0 chain mail.
 11218 | Sewer    | 11218 ||| UPGRADING to +0 chain mail.
 11219 | Sewer    | 11219 ||| UPGRADING to +0 chain mail.
 11220 | Sewer    | 11220 ||| UPGRADING to +0 chain mail.
 11221 | Sewer    | 11221 ||| UPGRADING to +0 chain mail.
 11222 | Sewer    | 11222 ||| UPGRADING to +0 chain mail.
 11223 | Sewer    | 11223 ||| UPGRADING to +0 chain mail.
 11224 | Sewer    | 11224 ||| UPGRADING to +0 chain mail.
 11225 | Sewer    | 11225 ||| UPGRADING to +0 chain mail.
 11226 | Sewer    | 11226 ||| UPGRADING to +0 chain mail.
 11227 | Sewer    | 11227 ||| UPGRADING to +0 chain mail.
 11228 | Sewer    | 11228 ||| UPGRADING to +0 chain mail.
 11229 | Sewer    | 11229 ||| UPGRADING to +0 chain mail.
 11230 | Sewer    | 11230 ||| UPGRADING to +0 chain mail.
 11231 | Sewer    | 11231 ||| UPGRADING to +0 chain mail.
 11232 | Sewer    | 11232 ||| UPGRADING to +0 chain mail.
 11233 | Sewer    | 11233 ||| UPGRADING to +0 chain mail.
 11234 | Sewer    | 11234 ||| UPGRADING to +0 chain mail.
 11235 | Sewer    | 11235 ||| UPGRADING to +0 chain mail.
 11236 | Sewer    | 11236 ||| UPGRADING to +0 chain mail.
 11237 | Sewer    | 11237 ||| UPGRADING to +0 chain mail.
 11238 | Sewer    | 11238 ||| UPGRADING to +0 chain mail.
 11239 | Sewer    | 11239 ||| UPGRADING to +0 chain mail.
 11240 | Sewer    | 11240 ||| UPGRADING to +0 chain mail.
 11241 | Sewer    | 11241 ||| UPGRADING to +0 chain mail.
 11242 | Sewer    | 11242 ||| UPGRADING to +0 chain mail.
 11243 | Sewer    | 11243 ||| UPGRADING to +0 chain mail.
 11244 | Sewer    | 11244 ||| UPGRADING to +0 chain mail.
 11245 | Sewer    | 11245 ||| UPGRADING to +0 chain mail.
 11246 | Sewer    | 11246 ||| UPGRADING to +0 chain mail.
 11247 | Sewer    | 11247 ||| UPGRADING to +0 chain mail.
 11248 | Sewer    | 11248 ||| UPGRADING to +0 chain mail.
 11249 | Sewer    | 11249 ||| UPGRADING to +0 chain mail.
 11250 | Sewer    | 11250 ||| UPGRADING to +0 chain mail.
 11251 | Sewer    | 11251 ||| UPGRADING to +0 chain mail.
 11252 | Sewer    | 11252 ||| UPGRADING to +0 chain mail.
 11253 | Sewer    | 11253 ||| UPGRADING to +0 chain mail.
 11254 | Sewer    | 11254 ||| UPGRADING to +0 chain mail.
 11255 | Sewer    | 11255 ||| UPGRADING to +0 chain mail.
 11256 | Sewer    | 11256 ||| UPGRADING to +0 chain mail.
 11257 | Sewer    | 11257 ||| UPGRADING to +0 chain mail.
 11258 | Sewer    | 11258 ||| UPGRADING to +0 chain mail.
 11259 | Sewer    | 11259 ||| UPGRADING to +0 chain mail.
 11260 | Sewer    | 11260 ||| UPGRADING to +0 chain mail.
 11261 | Sewer    | 11261 ||| UPGRADING to +0 chain mail.
 11262 | Sewer    | 11262 ||| UPGRADING to +0 chain mail.
 11263 | Sewer    | 11263 ||| UPGRADING to +0 chain mail.
 11264 | Sewer    | 11264 ||| UPGRADING to +0 chain mail.
 11265 | Sewer    | 11265 ||| UPGRADING to +0 chain mail.
 11266 | Sewer    | 11266 ||| UPGRADING to +0 chain mail.
 11267 | Sewer    | 11267 ||| UPGRADING to +0 chain mail.
 11268 | Sewer    | 11268 ||| UPGRADING to +0 chain mail.
 11269 | Sewer    | 11269 ||| UPGRADING to +0 chain mail.
 11270 | Sewer    | 11270 ||| UPGRADING to +0 chain mail.
 11271 | Sewer    | 11271 ||| UPGRADING to +0 chain mail.
 11272 | Sewer    | 11272 ||| UPGRADING to +0 chain mail.
 11273 | Sewer    | 11273 ||| UPGRADING to +0 chain mail.
 11274 | Sewer    | 11274 ||| UPGRADING to +0 chain mail.
 11275 | Sewer    | 11275 ||| UPGRADING to +0 chain mail.
 11276 | Sewer    | 11276 ||| UPGRADING to +0 chain mail.
 11277 | Sewer    | 11277 ||| UPGRADING to +0 chain mail.
 11278 | Sewer    | 11278 ||| UPGRADING to +0 chain mail.
 11279 | Sewer    | 11279 ||| UPGRADING to +0 chain mail.
 11280 | Sewer    | 11280 ||| UPGRADING to +0 chain mail.
 11281 | Sewer    | 11281 ||| UPGRADING to +0 chain mail.
 11281 | Sewer    | Touched by the power of Zot (MHP 19 -> 13)
 11282 | Sewer    | 11282 ||| UPGRADING to +0 chain mail.
 11282 | Sewer    | Glimpsed the power of Zot.
 11283 | Sewer    | 11283 ||| UPGRADING to +0 chain mail.
 11284 | Sewer    | 11284 ||| UPGRADING to +0 chain mail.
 11285 | Sewer    | 11285 ||| UPGRADING to +0 chain mail.
 11286 | Sewer    | 11286 ||| UPGRADING to +0 chain mail.
 11287 | Sewer    | 11287 ||| UPGRADING to +0 chain mail.
 11288 | Sewer    | 11288 ||| UPGRADING to +0 chain mail.
 11289 | Sewer    | 11289 ||| UPGRADING to +0 chain mail.
 11290 | Sewer    | 11290 ||| UPGRADING to +0 chain mail.
 11291 | Sewer    | 11291 ||| UPGRADING to +0 chain mail.
 11292 | Sewer    | 11292 ||| UPGRADING to +0 chain mail.
 11293 | Sewer    | 11293 ||| UPGRADING to +0 chain mail.
 11294 | Sewer    | 11294 ||| UPGRADING to +0 chain mail.
 11295 | Sewer    | 11295 ||| UPGRADING to +0 chain mail.
 11296 | Sewer    | 11296 ||| UPGRADING to +0 chain mail.
 11297 | Sewer    | 11297 ||| UPGRADING to +0 chain mail.
 11298 | Sewer    | 11298 ||| UPGRADING to +0 chain mail.
 11299 | Sewer    | 11299 ||| UPGRADING to +0 chain mail.
 11300 | Sewer    | 11300 ||| UPGRADING to +0 chain mail.
 11301 | Sewer    | 11301 ||| UPGRADING to +0 chain mail.
 11302 | Sewer    | 11302 ||| UPGRADING to +0 chain mail.
 11303 | Sewer    | 11303 ||| UPGRADING to +0 chain mail.
 11304 | Sewer    | 11304 ||| UPGRADING to +0 chain mail.
 11305 | Sewer    | 11305 ||| UPGRADING to +0 chain mail.
 11306 | Sewer    | 11306 ||| UPGRADING to +0 chain mail.
 11307 | Sewer    | 11307 ||| UPGRADING to +0 chain mail.
 11308 | Sewer    | 11308 ||| UPGRADING to +0 chain mail.
 11309 | Sewer    | 11309 ||| UPGRADING to +0 chain mail.
 11310 | Sewer    | 11310 ||| UPGRADING to +0 chain mail.
 11311 | Sewer    | 11311 ||| UPGRADING to +0 chain mail.
 11312 | Sewer    | 11312 ||| UPGRADING to +0 chain mail.
 11313 | Sewer    | 11313 ||| UPGRADING to +0 chain mail.
 11314 | Sewer    | 11314 ||| UPGRADING to +0 chain mail.
 11315 | Sewer    | 11315 ||| UPGRADING to +0 chain mail.
 11316 | Sewer    | 11316 ||| UPGRADING to +0 chain mail.
 11317 | Sewer    | 11317 ||| UPGRADING to +0 chain mail.
 11318 | Sewer    | 11318 ||| UPGRADING to +0 chain mail.
 11319 | Sewer    | 11319 ||| UPGRADING to +0 chain mail.
 11320 | Sewer    | 11320 ||| UPGRADING to +0 chain mail.
 11321 | Sewer    | 11321 ||| UPGRADING to +0 chain mail.
 11322 | Sewer    | 11322 ||| UPGRADING to +0 chain mail.
 11323 | Sewer    | 11323 ||| UPGRADING to +0 chain mail.
 11324 | Sewer    | 11324 ||| UPGRADING to +0 chain mail.
 11325 | Sewer    | 11325 ||| UPGRADING to +0 chain mail.
 11326 | Sewer    | 11326 ||| UPGRADING to +0 chain mail.
 11327 | Sewer    | 11327 ||| UPGRADING to +0 chain mail.
 11328 | Sewer    | 11328 ||| UPGRADING to +0 chain mail.
 11329 | Sewer    | 11329 ||| UPGRADING to +0 chain mail.
 11330 | Sewer    | 11330 ||| UPGRADING to +0 chain mail.
 11331 | Sewer    | 11331 ||| UPGRADING to +0 chain mail.
 11332 | Sewer    | 11332 ||| UPGRADING to +0 chain mail.
 11333 | Sewer    | 11333 ||| UPGRADING to +0 chain mail.
 11334 | Sewer    | 11334 ||| UPGRADING to +0 chain mail.
 11335 | Sewer    | 11335 ||| UPGRADING to +0 chain mail.
 11336 | Sewer    | 11336 ||| UPGRADING to +0 chain mail.
 11337 | Sewer    | 11337 ||| UPGRADING to +0 chain mail.
 11338 | Sewer    | 11338 ||| UPGRADING to +0 chain mail.
 11339 | Sewer    | 11339 ||| UPGRADING to +0 chain mail.
 11340 | Sewer    | 11340 ||| UPGRADING to +0 chain mail.
 11341 | Sewer    | 11341 ||| UPGRADING to +0 chain mail.
 11342 | Sewer    | 11342 ||| UPGRADING to +0 chain mail.
 11343 | Sewer    | 11343 ||| UPGRADING to +0 chain mail.
 11344 | Sewer    | 11344 ||| UPGRADING to +0 chain mail.
 11345 | Sewer    | 11345 ||| UPGRADING to +0 chain mail.
 11346 | Sewer    | 11346 ||| UPGRADING to +0 chain mail.
 11347 | Sewer    | 11347 ||| UPGRADING to +0 chain mail.
 11348 | Sewer    | 11348 ||| UPGRADING to +0 chain mail.
 11349 | Sewer    | 11349 ||| UPGRADING to +0 chain mail.
 11350 | Sewer    | 11350 ||| UPGRADING to +0 chain mail.
 11351 | Sewer    | 11351 ||| UPGRADING to +0 chain mail.
 11352 | Sewer    | 11352 ||| UPGRADING to +0 chain mail.
 11353 | Sewer    | 11353 ||| UPGRADING to +0 chain mail.
 11354 | Sewer    | 11354 ||| UPGRADING to +0 chain mail.
 11355 | Sewer    | 11355 ||| UPGRADING to +0 chain mail.
 11356 | Sewer    | 11356 ||| UPGRADING to +0 chain mail.
 11357 | Sewer    | 11357 ||| UPGRADING to +0 chain mail.
 11358 | Sewer    | 11358 ||| UPGRADING to +0 chain mail.
 11359 | Sewer    | 11359 ||| UPGRADING to +0 chain mail.
 11360 | Sewer    | 11360 ||| UPGRADING to +0 chain mail.
 11361 | Sewer    | 11361 ||| UPGRADING to +0 chain mail.
 11362 | Sewer    | 11362 ||| UPGRADING to +0 chain mail.
 11363 | Sewer    | 11363 ||| UPGRADING to +0 chain mail.
 11364 | Sewer    | 11364 ||| UPGRADING to +0 chain mail.
 11365 | Sewer    | 11365 ||| UPGRADING to +0 chain mail.
 11366 | Sewer    | 11366 ||| UPGRADING to +0 chain mail.
 11367 | Sewer    | 11367 ||| UPGRADING to +0 chain mail.
 11368 | Sewer    | 11368 ||| UPGRADING to +0 chain mail.
 11369 | Sewer    | 11369 ||| UPGRADING to +0 chain mail.
 11370 | Sewer    | 11370 ||| UPGRADING to +0 chain mail.
 11371 | Sewer    | 11371 ||| UPGRADING to +0 chain mail.
 11372 | Sewer    | 11372 ||| UPGRADING to +0 chain mail.
 11373 | Sewer    | 11373 ||| UPGRADING to +0 chain mail.
 11374 | Sewer    | 11374 ||| UPGRADING to +0 chain mail.
 11375 | Sewer    | 11375 ||| UPGRADING to +0 chain mail.
 11376 | Sewer    | 11376 ||| UPGRADING to +0 chain mail.
 11377 | Sewer    | 11377 ||| UPGRADING to +0 chain mail.
 11378 | Sewer    | 11378 ||| UPGRADING to +0 chain mail.
 11379 | Sewer    | 11379 ||| UPGRADING to +0 chain mail.
 11380 | Sewer    | 11380 ||| UPGRADING to +0 chain mail.
 11381 | Sewer    | 11381 ||| UPGRADING to +0 chain mail.
 11382 | Sewer    | 11382 ||| UPGRADING to +0 chain mail.
 11383 | Sewer    | 11383 ||| UPGRADING to +0 chain mail.
 11384 | Sewer    | 11384 ||| UPGRADING to +0 chain mail.
 11385 | Sewer    | 11385 ||| UPGRADING to +0 chain mail.
 11386 | Sewer    | 11386 ||| UPGRADING to +0 chain mail.
 11387 | Sewer    | 11387 ||| UPGRADING to +0 chain mail.
 11388 | Sewer    | 11388 ||| UPGRADING to +0 chain mail.
 11389 | Sewer    | 11389 ||| UPGRADING to +0 chain mail.
 11390 | Sewer    | 11390 ||| UPGRADING to +0 chain mail.
 11391 | Sewer    | 11391 ||| UPGRADING to +0 chain mail.
 11392 | Sewer    | 11392 ||| UPGRADING to +0 chain mail.
 11393 | Sewer    | 11393 ||| UPGRADING to +0 chain mail.
 11394 | Sewer    | 11394 ||| UPGRADING to +0 chain mail.
 11395 | Sewer    | 11395 ||| UPGRADING to +0 chain mail.
 11396 | Sewer    | 11396 ||| UPGRADING to +0 chain mail.
 11397 | Sewer    | 11397 ||| UPGRADING to +0 chain mail.
 11398 | Sewer    | 11398 ||| UPGRADING to +0 chain mail.
 11399 | Sewer    | 11399 ||| UPGRADING to +0 chain mail.
 11400 | Sewer    | 11400 ||| UPGRADING to +0 chain mail.
 11401 | Sewer    | 11401 ||| UPGRADING to +0 chain mail.
 11402 | Sewer    | 11402 ||| UPGRADING to +0 chain mail.
 11403 | Sewer    | 11403 ||| UPGRADING to +0 chain mail.
 11404 | Sewer    | 11404 ||| UPGRADING to +0 chain mail.
 11405 | Sewer    | 11405 ||| UPGRADING to +0 chain mail.
 11406 | Sewer    | 11406 ||| UPGRADING to +0 chain mail.
 11407 | Sewer    | 11407 ||| UPGRADING to +0 chain mail.
 11408 | Sewer    | 11408 ||| UPGRADING to +0 chain mail.
 11409 | Sewer    | 11409 ||| UPGRADING to +0 chain mail.
 11410 | Sewer    | 11410 ||| UPGRADING to +0 chain mail.
 11411 | Sewer    | 11411 ||| UPGRADING to +0 chain mail.
 11412 | Sewer    | 11412 ||| UPGRADING to +0 chain mail.
 11413 | Sewer    | 11413 ||| UPGRADING to +0 chain mail.
 11414 | Sewer    | 11414 ||| UPGRADING to +0 chain mail.
 11415 | Sewer    | 11415 ||| UPGRADING to +0 chain mail.
 11416 | Sewer    | 11416 ||| UPGRADING to +0 chain mail.
 11417 | Sewer    | 11417 ||| UPGRADING to +0 chain mail.
 11418 | Sewer    | 11418 ||| UPGRADING to +0 chain mail.
 11419 | Sewer    | 11419 ||| UPGRADING to +0 chain mail.
 11420 | Sewer    | 11420 ||| UPGRADING to +0 chain mail.
 11421 | Sewer    | 11421 ||| UPGRADING to +0 chain mail.
 11422 | Sewer    | 11422 ||| UPGRADING to +0 chain mail.
 11423 | Sewer    | 11423 ||| UPGRADING to +0 chain mail.
 11424 | Sewer    | 11424 ||| UPGRADING to +0 chain mail.
 11425 | Sewer    | 11425 ||| UPGRADING to +0 chain mail.
 11426 | Sewer    | 11426 ||| UPGRADING to +0 chain mail.
 11427 | Sewer    | 11427 ||| UPGRADING to +0 chain mail.
 11428 | Sewer    | 11428 ||| UPGRADING to +0 chain mail.
 11429 | Sewer    | 11429 ||| UPGRADING to +0 chain mail.
 11430 | Sewer    | 11430 ||| UPGRADING to +0 chain mail.
 11431 | Sewer    | 11431 ||| UPGRADING to +0 chain mail.
 11432 | Sewer    | 11432 ||| UPGRADING to +0 chain mail.
 11433 | Sewer    | 11433 ||| UPGRADING to +0 chain mail.
 11434 | Sewer    | 11434 ||| UPGRADING to +0 chain mail.
 11435 | Sewer    | 11435 ||| UPGRADING to +0 chain mail.
 11436 | Sewer    | 11436 ||| UPGRADING to +0 chain mail.
 11437 | Sewer    | 11437 ||| UPGRADING to +0 chain mail.
 11438 | Sewer    | 11438 ||| UPGRADING to +0 chain mail.
 11439 | Sewer    | 11439 ||| UPGRADING to +0 chain mail.
 11440 | Sewer    | 11440 ||| UPGRADING to +0 chain mail.
 11441 | Sewer    | 11441 ||| UPGRADING to +0 chain mail.
 11442 | Sewer    | 11442 ||| UPGRADING to +0 chain mail.
 11443 | Sewer    | 11443 ||| UPGRADING to +0 chain mail.
 11444 | Sewer    | 11444 ||| UPGRADING to +0 chain mail.
 11445 | Sewer    | 11445 ||| UPGRADING to +0 chain mail.
 11446 | Sewer    | 11446 ||| UPGRADING to +0 chain mail.
 11447 | Sewer    | 11447 ||| UPGRADING to +0 chain mail.
 11448 | Sewer    | 11448 ||| UPGRADING to +0 chain mail.
 11449 | Sewer    | 11449 ||| UPGRADING to +0 chain mail.
 11450 | Sewer    | 11450 ||| UPGRADING to +0 chain mail.
 11451 | Sewer    | 11451 ||| UPGRADING to +0 chain mail.
 11452 | Sewer    | 11452 ||| UPGRADING to +0 chain mail.
 11453 | Sewer    | 11453 ||| UPGRADING to +0 chain mail.
 11454 | Sewer    | 11454 ||| UPGRADING to +0 chain mail.
 11455 | Sewer    | 11455 ||| UPGRADING to +0 chain mail.
 11456 | Sewer    | 11456 ||| UPGRADING to +0 chain mail.
 11457 | Sewer    | 11457 ||| UPGRADING to +0 chain mail.
 11458 | Sewer    | 11458 ||| UPGRADING to +0 chain mail.
 11459 | Sewer    | 11459 ||| UPGRADING to +0 chain mail.
 11460 | Sewer    | 11460 ||| UPGRADING to +0 chain mail.
 11461 | Sewer    | 11461 ||| UPGRADING to +0 chain mail.
 11462 | Sewer    | 11462 ||| UPGRADING to +0 chain mail.
 11463 | Sewer    | 11463 ||| UPGRADING to +0 chain mail.
 11464 | Sewer    | 11464 ||| UPGRADING to +0 chain mail.
 11465 | Sewer    | 11465 ||| UPGRADING to +0 chain mail.
 11466 | Sewer    | 11466 ||| UPGRADING to +0 chain mail.
 11467 | Sewer    | 11467 ||| UPGRADING to +0 chain mail.
 11468 | Sewer    | 11468 ||| UPGRADING to +0 chain mail.
 11469 | Sewer    | 11469 ||| UPGRADING to +0 chain mail.
 11470 | Sewer    | 11470 ||| UPGRADING to +0 chain mail.
 11471 | Sewer    | 11471 ||| UPGRADING to +0 chain mail.
 11472 | Sewer    | 11472 ||| UPGRADING to +0 chain mail.
 11473 | Sewer    | 11473 ||| UPGRADING to +0 chain mail.
 11474 | Sewer    | 11474 ||| UPGRADING to +0 chain mail.
 11475 | Sewer    | 11475 ||| UPGRADING to +0 chain mail.
 11476 | Sewer    | 11476 ||| UPGRADING to +0 chain mail.
 11477 | Sewer    | 11477 ||| UPGRADING to +0 chain mail.
 11478 | Sewer    | 11478 ||| UPGRADING to +0 chain mail.
 11479 | Sewer    | 11479 ||| UPGRADING to +0 chain mail.
 11480 | Sewer    | 11480 ||| UPGRADING to +0 chain mail.
 11481 | Sewer    | 11481 ||| UPGRADING to +0 chain mail.
 11482 | Sewer    | 11482 ||| UPGRADING to +0 chain mail.
 11483 | Sewer    | 11483 ||| UPGRADING to +0 chain mail.
 11484 | Sewer    | 11484 ||| UPGRADING to +0 chain mail.
 11485 | Sewer    | 11485 ||| UPGRADING to +0 chain mail.
 11486 | Sewer    | 11486 ||| UPGRADING to +0 chain mail.
 11487 | Sewer    | 11487 ||| UPGRADING to +0 chain mail.
 11488 | Sewer    | 11488 ||| UPGRADING to +0 chain mail.
 11489 | Sewer    | 11489 ||| UPGRADING to +0 chain mail.
 11490 | Sewer    | 11490 ||| UPGRADING to +0 chain mail.
 11491 | Sewer    | 11491 ||| UPGRADING to +0 chain mail.
 11492 | Sewer    | 11492 ||| UPGRADING to +0 chain mail.
 11493 | Sewer    | 11493 ||| UPGRADING to +0 chain mail.
 11494 | Sewer    | 11494 ||| UPGRADING to +0 chain mail.
 11495 | Sewer    | 11495 ||| UPGRADING to +0 chain mail.
 11496 | Sewer    | 11496 ||| UPGRADING to +0 chain mail.
 11497 | Sewer    | 11497 ||| UPGRADING to +0 chain mail.
 11498 | Sewer    | 11498 ||| UPGRADING to +0 chain mail.
 11499 | Sewer    | 11499 ||| UPGRADING to +0 chain mail.
 11500 | Sewer    | 11500 ||| UPGRADING to +0 chain mail.
 11501 | Sewer    | 11501 ||| UPGRADING to +0 chain mail.
 11502 | Sewer    | 11502 ||| UPGRADING to +0 chain mail.
 11503 | Sewer    | 11503 ||| UPGRADING to +0 chain mail.
 11504 | Sewer    | 11504 ||| UPGRADING to +0 chain mail.
 11505 | Sewer    | 11505 ||| UPGRADING to +0 chain mail.
 11506 | Sewer    | 11506 ||| UPGRADING to +0 chain mail.
 11507 | Sewer    | 11507 ||| UPGRADING to +0 chain mail.
 11508 | Sewer    | 11508 ||| UPGRADING to +0 chain mail.
 11509 | Sewer    | 11509 ||| UPGRADING to +0 chain mail.
 11510 | Sewer    | 11510 ||| UPGRADING to +0 chain mail.
 11511 | Sewer    | 11511 ||| UPGRADING to +0 chain mail.
 11512 | Sewer    | 11512 ||| UPGRADING to +0 chain mail.
 11513 | Sewer    | 11513 ||| UPGRADING to +0 chain mail.
 11514 | Sewer    | 11514 ||| UPGRADING to +0 chain mail.
 11515 | Sewer    | 11515 ||| UPGRADING to +0 chain mail.
 11516 | Sewer    | 11516 ||| UPGRADING to +0 chain mail.
 11517 | Sewer    | 11517 ||| UPGRADING to +0 chain mail.
 11518 | Sewer    | 11518 ||| UPGRADING to +0 chain mail.
 11519 | Sewer    | 11519 ||| UPGRADING to +0 chain mail.
 11520 | Sewer    | 11520 ||| UPGRADING to +0 chain mail.
 11521 | Sewer    | 11521 ||| UPGRADING to +0 chain mail.
 11522 | Sewer    | 11522 ||| UPGRADING to +0 chain mail.
 11523 | Sewer    | 11523 ||| UPGRADING to +0 chain mail.
 11524 | Sewer    | 11524 ||| UPGRADING to +0 chain mail.
 11525 | Sewer    | 11525 ||| UPGRADING to +0 chain mail.
 11526 | Sewer    | 11526 ||| UPGRADING to +0 chain mail.
 11527 | Sewer    | 11527 ||| UPGRADING to +0 chain mail.
 11528 | Sewer    | 11528 ||| UPGRADING to +0 chain mail.
 11529 | Sewer    | 11529 ||| UPGRADING to +0 chain mail.
 11530 | Sewer    | 11530 ||| UPGRADING to +0 chain mail.
 11531 | Sewer    | 11531 ||| UPGRADING to +0 chain mail.
 11532 | Sewer    | 11532 ||| UPGRADING to +0 chain mail.
 11533 | Sewer    | 11533 ||| UPGRADING to +0 chain mail.
 11534 | Sewer    | 11534 ||| UPGRADING to +0 chain mail.
 11535 | Sewer    | 11535 ||| UPGRADING to +0 chain mail.
 11536 | Sewer    | 11536 ||| UPGRADING to +0 chain mail.
 11537 | Sewer    | 11537 ||| UPGRADING to +0 chain mail.
 11538 | Sewer    | 11538 ||| UPGRADING to +0 chain mail.
 11539 | Sewer    | 11539 ||| UPGRADING to +0 chain mail.
 11540 | Sewer    | 11540 ||| UPGRADING to +0 chain mail.
 11541 | Sewer    | 11541 ||| UPGRADING to +0 chain mail.
 11542 | Sewer    | 11542 ||| UPGRADING to +0 chain mail.
 11543 | Sewer    | 11543 ||| UPGRADING to +0 chain mail.
 11544 | Sewer    | 11544 ||| UPGRADING to +0 chain mail.
 11545 | Sewer    | 11545 ||| UPGRADING to +0 chain mail.
 11546 | Sewer    | 11546 ||| UPGRADING to +0 chain mail.
 11547 | Sewer    | 11547 ||| UPGRADING to +0 chain mail.
 11548 | Sewer    | 11548 ||| UPGRADING to +0 chain mail.
 11549 | Sewer    | 11549 ||| UPGRADING to +0 chain mail.
 11550 | Sewer    | 11550 ||| UPGRADING to +0 chain mail.
 11551 | Sewer    | 11551 ||| UPGRADING to +0 chain mail.
 11552 | Sewer    | 11552 ||| UPGRADING to +0 chain mail.
 11553 | Sewer    | 11553 ||| UPGRADING to +0 chain mail.
 11554 | Sewer    | 11554 ||| UPGRADING to +0 chain mail.
 11555 | Sewer    | 11555 ||| UPGRADING to +0 chain mail.
 11556 | Sewer    | 11556 ||| UPGRADING to +0 chain mail.
 11557 | Sewer    | 11557 ||| UPGRADING to +0 chain mail.
 11558 | Sewer    | 11558 ||| UPGRADING to +0 chain mail.
 11559 | Sewer    | 11559 ||| UPGRADING to +0 chain mail.
 11560 | Sewer    | 11560 ||| UPGRADING to +0 chain mail.
 11561 | Sewer    | 11561 ||| UPGRADING to +0 chain mail.
 11562 | Sewer    | 11562 ||| UPGRADING to +0 chain mail.
 11563 | Sewer    | 11563 ||| UPGRADING to +0 chain mail.
 11564 | Sewer    | 11564 ||| UPGRADING to +0 chain mail.
 11565 | Sewer    | 11565 ||| UPGRADING to +0 chain mail.
 11566 | Sewer    | 11566 ||| UPGRADING to +0 chain mail.
 11567 | Sewer    | 11567 ||| UPGRADING to +0 chain mail.
 11568 | Sewer    | 11568 ||| UPGRADING to +0 chain mail.
 11569 | Sewer    | 11569 ||| UPGRADING to +0 chain mail.
 11570 | Sewer    | 11570 ||| UPGRADING to +0 chain mail.
 11571 | Sewer    | 11571 ||| UPGRADING to +0 chain mail.
 11572 | Sewer    | 11572 ||| UPGRADING to +0 chain mail.
 11573 | Sewer    | 11573 ||| UPGRADING to +0 chain mail.
 11574 | Sewer    | 11574 ||| UPGRADING to +0 chain mail.
 11575 | Sewer    | 11575 ||| UPGRADING to +0 chain mail.
 11576 | Sewer    | 11576 ||| UPGRADING to +0 chain mail.
 11577 | Sewer    | 11577 ||| UPGRADING to +0 chain mail.
 11578 | Sewer    | 11578 ||| UPGRADING to +0 chain mail.
 11579 | Sewer    | 11579 ||| UPGRADING to +0 chain mail.
 11580 | Sewer    | 11580 ||| UPGRADING to +0 chain mail.
 11581 | Sewer    | 11581 ||| UPGRADING to +0 chain mail.
 11582 | Sewer    | 11582 ||| UPGRADING to +0 chain mail.
 11583 | Sewer    | 11583 ||| UPGRADING to +0 chain mail.
 11584 | Sewer    | 11584 ||| UPGRADING to +0 chain mail.
 11585 | Sewer    | 11585 ||| UPGRADING to +0 chain mail.
 11586 | Sewer    | 11586 ||| UPGRADING to +0 chain mail.
 11587 | Sewer    | 11587 ||| UPGRADING to +0 chain mail.
 11588 | Sewer    | 11588 ||| UPGRADING to +0 chain mail.
 11589 | Sewer    | 11589 ||| UPGRADING to +0 chain mail.
 11590 | Sewer    | 11590 ||| UPGRADING to +0 chain mail.
 11591 | Sewer    | 11591 ||| UPGRADING to +0 chain mail.
 11592 | Sewer    | 11592 ||| UPGRADING to +0 chain mail.
 11593 | Sewer    | 11593 ||| UPGRADING to +0 chain mail.
 11594 | Sewer    | 11594 ||| UPGRADING to +0 chain mail.
 11595 | Sewer    | 11595 ||| UPGRADING to +0 chain mail.
 11596 | Sewer    | 11596 ||| UPGRADING to +0 chain mail.
 11597 | Sewer    | 11597 ||| UPGRADING to +0 chain mail.
 11598 | Sewer    | 11598 ||| UPGRADING to +0 chain mail.
 11599 | Sewer    | 11599 ||| UPGRADING to +0 chain mail.
 11600 | Sewer    | 11600 ||| UPGRADING to +0 chain mail.
 11601 | Sewer    | 11601 ||| UPGRADING to +0 chain mail.
 11602 | Sewer    | 11602 ||| UPGRADING to +0 chain mail.
 11603 | Sewer    | 11603 ||| UPGRADING to +0 chain mail.
 11604 | Sewer    | 11604 ||| UPGRADING to +0 chain mail.
 11605 | Sewer    | 11605 ||| UPGRADING to +0 chain mail.
 11606 | Sewer    | 11606 ||| UPGRADING to +0 chain mail.
 11607 | Sewer    | 11607 ||| UPGRADING to +0 chain mail.
 11608 | Sewer    | 11608 ||| UPGRADING to +0 chain mail.
 11609 | Sewer    | 11609 ||| UPGRADING to +0 chain mail.
 11610 | Sewer    | 11610 ||| UPGRADING to +0 chain mail.
 11611 | Sewer    | 11611 ||| UPGRADING to +0 chain mail.
 11612 | Sewer    | 11612 ||| UPGRADING to +0 chain mail.
 11613 | Sewer    | 11613 ||| UPGRADING to +0 chain mail.
 11614 | Sewer    | 11614 ||| UPGRADING to +0 chain mail.
 11615 | Sewer    | 11615 ||| UPGRADING to +0 chain mail.
 11616 | Sewer    | 11616 ||| UPGRADING to +0 chain mail.
 11617 | Sewer    | 11617 ||| UPGRADING to +0 chain mail.
 11618 | Sewer    | 11618 ||| UPGRADING to +0 chain mail.
 11619 | Sewer    | 11619 ||| UPGRADING to +0 chain mail.
 11620 | Sewer    | 11620 ||| UPGRADING to +0 chain mail.
 11621 | Sewer    | 11621 ||| UPGRADING to +0 chain mail.
 11622 | Sewer    | 11622 ||| UPGRADING to +0 chain mail.
 11623 | Sewer    | 11623 ||| UPGRADING to +0 chain mail.
 11624 | Sewer    | 11624 ||| UPGRADING to +0 chain mail.
 11625 | Sewer    | 11625 ||| UPGRADING to +0 chain mail.
 11626 | Sewer    | 11626 ||| UPGRADING to +0 chain mail.
 11627 | Sewer    | 11627 ||| UPGRADING to +0 chain mail.
 11628 | Sewer    | 11628 ||| UPGRADING to +0 chain mail.
 11629 | Sewer    | 11629 ||| UPGRADING to +0 chain mail.
 11630 | Sewer    | 11630 ||| UPGRADING to +0 chain mail.
 11631 | Sewer    | 11631 ||| UPGRADING to +0 chain mail.
 11632 | Sewer    | 11632 ||| UPGRADING to +0 chain mail.
 11633 | Sewer    | 11633 ||| UPGRADING to +0 chain mail.
 11634 | Sewer    | 11634 ||| UPGRADING to +0 chain mail.
 11635 | Sewer    | 11635 ||| UPGRADING to +0 chain mail.
 11636 | Sewer    | 11636 ||| UPGRADING to +0 chain mail.
 11637 | Sewer    | 11637 ||| UPGRADING to +0 chain mail.
 11638 | Sewer    | 11638 ||| UPGRADING to +0 chain mail.
 11639 | Sewer    | 11639 ||| UPGRADING to +0 chain mail.
 11640 | Sewer    | 11640 ||| UPGRADING to +0 chain mail.
 11641 | Sewer    | 11641 ||| UPGRADING to +0 chain mail.
 11642 | Sewer    | 11642 ||| UPGRADING to +0 chain mail.
 11643 | Sewer    | 11643 ||| UPGRADING to +0 chain mail.
 11644 | Sewer    | 11644 ||| UPGRADING to +0 chain mail.
 11645 | Sewer    | 11645 ||| UPGRADING to +0 chain mail.
 11646 | Sewer    | 11646 ||| UPGRADING to +0 chain mail.
 11647 | Sewer    | 11647 ||| UPGRADING to +0 chain mail.
 11648 | Sewer    | 11648 ||| UPGRADING to +0 chain mail.
 11649 | Sewer    | 11649 ||| UPGRADING to +0 chain mail.
 11650 | Sewer    | 11650 ||| UPGRADING to +0 chain mail.
 11651 | Sewer    | 11651 ||| UPGRADING to +0 chain mail.
 11652 | Sewer    | 11652 ||| UPGRADING to +0 chain mail.
 11653 | Sewer    | 11653 ||| UPGRADING to +0 chain mail.
 11654 | Sewer    | 11654 ||| UPGRADING to +0 chain mail.
 11655 | Sewer    | 11655 ||| UPGRADING to +0 chain mail.
 11656 | Sewer    | 11656 ||| UPGRADING to +0 chain mail.
 11657 | Sewer    | 11657 ||| UPGRADING to +0 chain mail.
 11658 | Sewer    | 11658 ||| UPGRADING to +0 chain mail.
 11659 | Sewer    | 11659 ||| UPGRADING to +0 chain mail.
 11660 | Sewer    | 11660 ||| UPGRADING to +0 chain mail.
 11661 | Sewer    | 11661 ||| UPGRADING to +0 chain mail.
 11662 | Sewer    | 11662 ||| UPGRADING to +0 chain mail.
 11663 | Sewer    | 11663 ||| UPGRADING to +0 chain mail.
 11664 | Sewer    | 11664 ||| UPGRADING to +0 chain mail.
 11665 | Sewer    | 11665 ||| UPGRADING to +0 chain mail.
 11666 | Sewer    | 11666 ||| UPGRADING to +0 chain mail.
 11667 | Sewer    | 11667 ||| UPGRADING to +0 chain mail.
 11668 | Sewer    | 11668 ||| UPGRADING to +0 chain mail.
 11669 | Sewer    | 11669 ||| UPGRADING to +0 chain mail.
 11670 | Sewer    | 11670 ||| UPGRADING to +0 chain mail.
 11671 | Sewer    | 11671 ||| UPGRADING to +0 chain mail.
 11672 | Sewer    | 11672 ||| UPGRADING to +0 chain mail.
 11673 | Sewer    | 11673 ||| UPGRADING to +0 chain mail.
 11674 | Sewer    | 11674 ||| UPGRADING to +0 chain mail.
 11675 | Sewer    | 11675 ||| UPGRADING to +0 chain mail.
 11676 | Sewer    | 11676 ||| UPGRADING to +0 chain mail.
 11677 | Sewer    | 11677 ||| UPGRADING to +0 chain mail.
 11678 | Sewer    | 11678 ||| UPGRADING to +0 chain mail.
 11679 | Sewer    | 11679 ||| UPGRADING to +0 chain mail.
 11680 | Sewer    | 11680 ||| UPGRADING to +0 chain mail.
 11681 | Sewer    | 11681 ||| UPGRADING to +0 chain mail.
 11682 | Sewer    | 11682 ||| UPGRADING to +0 chain mail.
 11683 | Sewer    | 11683 ||| UPGRADING to +0 chain mail.
 11684 | Sewer    | 11684 ||| UPGRADING to +0 chain mail.
 11685 | Sewer    | 11685 ||| UPGRADING to +0 chain mail.
 11686 | Sewer    | 11686 ||| UPGRADING to +0 chain mail.
 11687 | Sewer    | 11687 ||| UPGRADING to +0 chain mail.
 11688 | Sewer    | 11688 ||| UPGRADING to +0 chain mail.
 11689 | Sewer    | 11689 ||| UPGRADING to +0 chain mail.
 11690 | Sewer    | 11690 ||| UPGRADING to +0 chain mail.
 11691 | Sewer    | 11691 ||| UPGRADING to +0 chain mail.
 11692 | Sewer    | 11692 ||| UPGRADING to +0 chain mail.
 11693 | Sewer    | 11693 ||| UPGRADING to +0 chain mail.
 11694 | Sewer    | 11694 ||| UPGRADING to +0 chain mail.
 11695 | Sewer    | 11695 ||| UPGRADING to +0 chain mail.
 11696 | Sewer    | 11696 ||| UPGRADING to +0 chain mail.
 11697 | Sewer    | 11697 ||| UPGRADING to +0 chain mail.
 11698 | Sewer    | 11698 ||| UPGRADING to +0 chain mail.
 11699 | Sewer    | 11699 ||| UPGRADING to +0 chain mail.
 11700 | Sewer    | 11700 ||| UPGRADING to +0 chain mail.
 11701 | Sewer    | 11701 ||| UPGRADING to +0 chain mail.
 11702 | Sewer    | 11702 ||| UPGRADING to +0 chain mail.
 11703 | Sewer    | 11703 ||| UPGRADING to +0 chain mail.
 11704 | Sewer    | 11704 ||| UPGRADING to +0 chain mail.
 11705 | Sewer    | 11705 ||| UPGRADING to +0 chain mail.
 11706 | Sewer    | 11706 ||| UPGRADING to +0 chain mail.
 11707 | Sewer    | 11707 ||| UPGRADING to +0 chain mail.
 11708 | Sewer    | 11708 ||| UPGRADING to +0 chain mail.
 11709 | Sewer    | 11709 ||| UPGRADING to +0 chain mail.
 11710 | Sewer    | 11710 ||| UPGRADING to +0 chain mail.
 11711 | Sewer    | 11711 ||| UPGRADING to +0 chain mail.
 11712 | Sewer    | 11712 ||| UPGRADING to +0 chain mail.
 11713 | Sewer    | 11713 ||| UPGRADING to +0 chain mail.
 11714 | Sewer    | 11714 ||| UPGRADING to +0 chain mail.
 11715 | Sewer    | 11715 ||| UPGRADING to +0 chain mail.
 11716 | Sewer    | 11716 ||| UPGRADING to +0 chain mail.
 11717 | Sewer    | 11717 ||| UPGRADING to +0 chain mail.
 11718 | Sewer    | 11718 ||| UPGRADING to +0 chain mail.
 11719 | Sewer    | 11719 ||| UPGRADING to +0 chain mail.
 11720 | Sewer    | 11720 ||| UPGRADING to +0 chain mail.
 11721 | Sewer    | 11721 ||| UPGRADING to +0 chain mail.
 11722 | Sewer    | 11722 ||| UPGRADING to +0 chain mail.
 11723 | Sewer    | 11723 ||| UPGRADING to +0 chain mail.
 11724 | Sewer    | 11724 ||| UPGRADING to +0 chain mail.
 11725 | Sewer    | 11725 ||| UPGRADING to +0 chain mail.
 11726 | Sewer    | 11726 ||| UPGRADING to +0 chain mail.
 11727 | Sewer    | 11727 ||| UPGRADING to +0 chain mail.
 11728 | Sewer    | 11728 ||| UPGRADING to +0 chain mail.
 11729 | Sewer    | 11729 ||| UPGRADING to +0 chain mail.
 11730 | Sewer    | 11730 ||| UPGRADING to +0 chain mail.
 11731 | Sewer    | 11731 ||| UPGRADING to +0 chain mail.
 11732 | Sewer    | 11732 ||| UPGRADING to +0 chain mail.
 11733 | Sewer    | 11733 ||| UPGRADING to +0 chain mail.
 11734 | Sewer    | 11734 ||| UPGRADING to +0 chain mail.
 11735 | Sewer    | 11735 ||| UPGRADING to +0 chain mail.
 11736 | Sewer    | 11736 ||| UPGRADING to +0 chain mail.
 11737 | Sewer    | 11737 ||| UPGRADING to +0 chain mail.
 11738 | Sewer    | 11738 ||| UPGRADING to +0 chain mail.
 11739 | Sewer    | 11739 ||| UPGRADING to +0 chain mail.
 11740 | Sewer    | 11740 ||| UPGRADING to +0 chain mail.
 11741 | Sewer    | 11741 ||| UPGRADING to +0 chain mail.
 11742 | Sewer    | 11742 ||| UPGRADING to +0 chain mail.
 11743 | Sewer    | 11743 ||| UPGRADING to +0 chain mail.
 11744 | Sewer    | 11744 ||| UPGRADING to +0 chain mail.
 11745 | Sewer    | 11745 ||| UPGRADING to +0 chain mail.
 11746 | Sewer    | 11746 ||| UPGRADING to +0 chain mail.
 11747 | Sewer    | 11747 ||| UPGRADING to +0 chain mail.
 11748 | Sewer    | 11748 ||| UPGRADING to +0 chain mail.
 11749 | Sewer    | 11749 ||| UPGRADING to +0 chain mail.
 11750 | Sewer    | 11750 ||| UPGRADING to +0 chain mail.
 11751 | Sewer    | 11751 ||| UPGRADING to +0 chain mail.
 11752 | Sewer    | 11752 ||| UPGRADING to +0 chain mail.
 11753 | Sewer    | 11753 ||| UPGRADING to +0 chain mail.
 11754 | Sewer    | 11754 ||| UPGRADING to +0 chain mail.
 11755 | Sewer    | 11755 ||| UPGRADING to +0 chain mail.
 11756 | Sewer    | 11756 ||| UPGRADING to +0 chain mail.
 11757 | Sewer    | 11757 ||| UPGRADING to +0 chain mail.
 11758 | Sewer    | 11758 ||| UPGRADING to +0 chain mail.
 11759 | Sewer    | 11759 ||| UPGRADING to +0 chain mail.
 11760 | Sewer    | 11760 ||| UPGRADING to +0 chain mail.
 11761 | Sewer    | 11761 ||| UPGRADING to +0 chain mail.
 11762 | Sewer    | 11762 ||| UPGRADING to +0 chain mail.
 11763 | Sewer    | 11763 ||| UPGRADING to +0 chain mail.
 11764 | Sewer    | 11764 ||| UPGRADING to +0 chain mail.
 11765 | Sewer    | 11765 ||| UPGRADING to +0 chain mail.
 11766 | Sewer    | 11766 ||| UPGRADING to +0 chain mail.
 11767 | Sewer    | 11767 ||| UPGRADING to +0 chain mail.
 11768 | Sewer    | 11768 ||| UPGRADING to +0 chain mail.
 11769 | Sewer    | 11769 ||| UPGRADING to +0 chain mail.
 11770 | Sewer    | 11770 ||| UPGRADING to +0 chain mail.
 11771 | Sewer    | 11771 ||| UPGRADING to +0 chain mail.
 11772 | Sewer    | 11772 ||| UPGRADING to +0 chain mail.
 11773 | Sewer    | 11773 ||| UPGRADING to +0 chain mail.
 11774 | Sewer    | 11774 ||| UPGRADING to +0 chain mail.
 11775 | Sewer    | 11775 ||| UPGRADING to +0 chain mail.
 11776 | Sewer    | 11776 ||| UPGRADING to +0 chain mail.
 11777 | Sewer    | 11777 ||| UPGRADING to +0 chain mail.
 11778 | Sewer    | 11778 ||| UPGRADING to +0 chain mail.
 11779 | Sewer    | 11779 ||| UPGRADING to +0 chain mail.
 11780 | Sewer    | 11780 ||| UPGRADING to +0 chain mail.
 11781 | Sewer    | 11781 ||| UPGRADING to +0 chain mail.
 11782 | Sewer    | 11782 ||| UPGRADING to +0 chain mail.
 11782 | Sewer    | Glimpsed the power of Zot.
 11783 | Sewer    | 11783 ||| UPGRADING to +0 chain mail.
 11784 | Sewer    | 11784 ||| UPGRADING to +0 chain mail.
 11785 | Sewer    | 11785 ||| UPGRADING to +0 chain mail.
 11786 | Sewer    | 11786 ||| UPGRADING to +0 chain mail.
 11787 | Sewer    | 11787 ||| UPGRADING to +0 chain mail.
 11788 | Sewer    | 11788 ||| UPGRADING to +0 chain mail.
 11789 | Sewer    | 11789 ||| UPGRADING to +0 chain mail.
 11790 | Sewer    | 11790 ||| UPGRADING to +0 chain mail.
 11791 | Sewer    | 11791 ||| UPGRADING to +0 chain mail.
 11792 | Sewer    | 11792 ||| UPGRADING to +0 chain mail.
 11793 | Sewer    | 11793 ||| UPGRADING to +0 chain mail.
 11794 | Sewer    | 11794 ||| UPGRADING to +0 chain mail.
 11795 | Sewer    | 11795 ||| UPGRADING to +0 chain mail.
 11796 | Sewer    | 11796 ||| UPGRADING to +0 chain mail.
 11797 | Sewer    | 11797 ||| UPGRADING to +0 chain mail.
 11798 | Sewer    | 11798 ||| UPGRADING to +0 chain mail.
 11799 | Sewer    | 11799 ||| UPGRADING to +0 chain mail.
 11800 | Sewer    | 11800 ||| UPGRADING to +0 chain mail.
 11801 | Sewer    | 11801 ||| UPGRADING to +0 chain mail.
 11802 | Sewer    | 11802 ||| UPGRADING to +0 chain mail.
 11803 | Sewer    | 11803 ||| UPGRADING to +0 chain mail.
 11804 | Sewer    | 11804 ||| UPGRADING to +0 chain mail.
 11805 | Sewer    | 11805 ||| UPGRADING to +0 chain mail.
 11806 | Sewer    | 11806 ||| UPGRADING to +0 chain mail.
 11807 | Sewer    | 11807 ||| UPGRADING to +0 chain mail.
 11808 | Sewer    | 11808 ||| UPGRADING to +0 chain mail.
 11809 | Sewer    | 11809 ||| UPGRADING to +0 chain mail.
 11810 | Sewer    | 11810 ||| UPGRADING to +0 chain mail.
 11811 | Sewer    | 11811 ||| UPGRADING to +0 chain mail.
 11812 | Sewer    | 11812 ||| UPGRADING to +0 chain mail.
 11813 | Sewer    | 11813 ||| UPGRADING to +0 chain mail.
 11814 | Sewer    | 11814 ||| UPGRADING to +0 chain mail.
 11815 | Sewer    | 11815 ||| UPGRADING to +0 chain mail.
 11816 | Sewer    | 11816 ||| UPGRADING to +0 chain mail.
 11817 | Sewer    | 11817 ||| UPGRADING to +0 chain mail.
 11818 | Sewer    | 11818 ||| UPGRADING to +0 chain mail.
 11819 | Sewer    | 11819 ||| UPGRADING to +0 chain mail.
 11820 | Sewer    | 11820 ||| UPGRADING to +0 chain mail.
 11821 | Sewer    | 11821 ||| UPGRADING to +0 chain mail.
 11822 | Sewer    | 11822 ||| UPGRADING to +0 chain mail.
 11823 | Sewer    | 11823 ||| UPGRADING to +0 chain mail.
 11824 | Sewer    | 11824 ||| UPGRADING to +0 chain mail.
 11825 | Sewer    | 11825 ||| UPGRADING to +0 chain mail.
 11826 | Sewer    | 11826 ||| UPGRADING to +0 chain mail.
 11827 | Sewer    | 11827 ||| UPGRADING to +0 chain mail.
 11828 | Sewer    | 11828 ||| UPGRADING to +0 chain mail.
 11829 | Sewer    | 11829 ||| UPGRADING to +0 chain mail.
 11830 | Sewer    | 11830 ||| UPGRADING to +0 chain mail.
 11831 | Sewer    | 11831 ||| UPGRADING to +0 chain mail.
 11832 | Sewer    | 11832 ||| UPGRADING to +0 chain mail.
 11833 | Sewer    | 11833 ||| UPGRADING to +0 chain mail.
 11834 | Sewer    | 11834 ||| UPGRADING to +0 chain mail.
 11835 | Sewer    | 11835 ||| UPGRADING to +0 chain mail.
 11836 | Sewer    | 11836 ||| UPGRADING to +0 chain mail.
 11837 | Sewer    | 11837 ||| UPGRADING to +0 chain mail.
 11838 | Sewer    | 11838 ||| UPGRADING to +0 chain mail.
 11839 | Sewer    | 11839 ||| UPGRADING to +0 chain mail.
 11840 | Sewer    | 11840 ||| UPGRADING to +0 chain mail.
 11841 | Sewer    | 11841 ||| UPGRADING to +0 chain mail.
 11842 | Sewer    | 11842 ||| UPGRADING to +0 chain mail.
 11843 | Sewer    | 11843 ||| UPGRADING to +0 chain mail.
 11844 | Sewer    | 11844 ||| UPGRADING to +0 chain mail.
 11845 | Sewer    | 11845 ||| UPGRADING to +0 chain mail.
 11846 | Sewer    | 11846 ||| UPGRADING to +0 chain mail.
 11847 | Sewer    | 11847 ||| UPGRADING to +0 chain mail.
 11848 | Sewer    | 11848 ||| UPGRADING to +0 chain mail.
 11849 | Sewer    | 11849 ||| UPGRADING to +0 chain mail.
 11850 | Sewer    | 11850 ||| UPGRADING to +0 chain mail.
 11851 | Sewer    | 11851 ||| UPGRADING to +0 chain mail.
 11852 | Sewer    | 11852 ||| UPGRADING to +0 chain mail.
 11853 | Sewer    | 11853 ||| UPGRADING to +0 chain mail.
 11854 | Sewer    | 11854 ||| UPGRADING to +0 chain mail.
 11855 | Sewer    | 11855 ||| UPGRADING to +0 chain mail.
 11856 | Sewer    | 11856 ||| UPGRADING to +0 chain mail.
 11857 | Sewer    | 11857 ||| UPGRADING to +0 chain mail.
 11858 | Sewer    | 11858 ||| UPGRADING to +0 chain mail.
 11859 | Sewer    | 11859 ||| UPGRADING to +0 chain mail.
 11860 | Sewer    | 11860 ||| UPGRADING to +0 chain mail.
 11861 | Sewer    | 11861 ||| UPGRADING to +0 chain mail.
 11862 | Sewer    | 11862 ||| UPGRADING to +0 chain mail.
 11863 | Sewer    | 11863 ||| UPGRADING to +0 chain mail.
 11864 | Sewer    | 11864 ||| UPGRADING to +0 chain mail.
 11865 | Sewer    | 11865 ||| UPGRADING to +0 chain mail.
 11866 | Sewer    | 11866 ||| UPGRADING to +0 chain mail.
 11867 | Sewer    | 11867 ||| UPGRADING to +0 chain mail.
 11868 | Sewer    | 11868 ||| UPGRADING to +0 chain mail.
 11869 | Sewer    | 11869 ||| UPGRADING to +0 chain mail.
 11870 | Sewer    | 11870 ||| UPGRADING to +0 chain mail.
 11871 | Sewer    | 11871 ||| UPGRADING to +0 chain mail.
 11872 | Sewer    | 11872 ||| UPGRADING to +0 chain mail.
 11873 | Sewer    | 11873 ||| UPGRADING to +0 chain mail.
 11874 | Sewer    | 11874 ||| UPGRADING to +0 chain mail.
 11875 | Sewer    | 11875 ||| UPGRADING to +0 chain mail.
 11876 | Sewer    | 11876 ||| UPGRADING to +0 chain mail.
 11877 | Sewer    | 11877 ||| UPGRADING to +0 chain mail.
 11878 | Sewer    | 11878 ||| UPGRADING to +0 chain mail.
 11879 | Sewer    | 11879 ||| UPGRADING to +0 chain mail.
 11880 | Sewer    | 11880 ||| UPGRADING to +0 chain mail.
 11881 | Sewer    | 11881 ||| UPGRADING to +0 chain mail.
 11882 | Sewer    | 11882 ||| UPGRADING to +0 chain mail.
 11883 | Sewer    | 11883 ||| UPGRADING to +0 chain mail.
 11884 | Sewer    | 11884 ||| UPGRADING to +0 chain mail.
 11885 | Sewer    | 11885 ||| UPGRADING to +0 chain mail.
 11886 | Sewer    | 11886 ||| UPGRADING to +0 chain mail.
 11887 | Sewer    | 11887 ||| UPGRADING to +0 chain mail.
 11888 | Sewer    | 11888 ||| UPGRADING to +0 chain mail.
 11889 | Sewer    | 11889 ||| UPGRADING to +0 chain mail.
 11890 | Sewer    | 11890 ||| UPGRADING to +0 chain mail.
 11891 | Sewer    | 11891 ||| UPGRADING to +0 chain mail.
 11892 | Sewer    | 11892 ||| UPGRADING to +0 chain mail.
 11893 | Sewer    | 11893 ||| UPGRADING to +0 chain mail.
 11894 | Sewer    | 11894 ||| UPGRADING to +0 chain mail.
 11895 | Sewer    | 11895 ||| UPGRADING to +0 chain mail.
 11896 | Sewer    | 11896 ||| UPGRADING to +0 chain mail.
 11897 | Sewer    | 11897 ||| UPGRADING to +0 chain mail.
 11898 | Sewer    | 11898 ||| UPGRADING to +0 chain mail.
 11899 | Sewer    | 11899 ||| UPGRADING to +0 chain mail.
 11900 | Sewer    | 11900 ||| UPGRADING to +0 chain mail.
 11901 | Sewer    | 11901 ||| UPGRADING to +0 chain mail.
 11902 | Sewer    | 11902 ||| UPGRADING to +0 chain mail.
 11903 | Sewer    | 11903 ||| UPGRADING to +0 chain mail.
 11904 | Sewer    | 11904 ||| UPGRADING to +0 chain mail.
 11905 | Sewer    | 11905 ||| UPGRADING to +0 chain mail.
 11906 | Sewer    | 11906 ||| UPGRADING to +0 chain mail.
 11907 | Sewer    | 11907 ||| UPGRADING to +0 chain mail.
 11908 | Sewer    | 11908 ||| UPGRADING to +0 chain mail.
 11909 | Sewer    | 11909 ||| UPGRADING to +0 chain mail.
 11910 | Sewer    | 11910 ||| UPGRADING to +0 chain mail.
 11911 | Sewer    | 11911 ||| UPGRADING to +0 chain mail.
 11912 | Sewer    | 11912 ||| UPGRADING to +0 chain mail.
 11913 | Sewer    | 11913 ||| UPGRADING to +0 chain mail.
 11914 | Sewer    | 11914 ||| UPGRADING to +0 chain mail.
 11915 | Sewer    | 11915 ||| UPGRADING to +0 chain mail.
 11916 | Sewer    | 11916 ||| UPGRADING to +0 chain mail.
 11917 | Sewer    | 11917 ||| UPGRADING to +0 chain mail.
 11918 | Sewer    | 11918 ||| UPGRADING to +0 chain mail.
 11919 | Sewer    | 11919 ||| UPGRADING to +0 chain mail.
 11920 | Sewer    | 11920 ||| UPGRADING to +0 chain mail.
 11921 | Sewer    | 11921 ||| UPGRADING to +0 chain mail.
 11922 | Sewer    | 11922 ||| UPGRADING to +0 chain mail.
 11923 | Sewer    | 11923 ||| UPGRADING to +0 chain mail.
 11924 | Sewer    | 11924 ||| UPGRADING to +0 chain mail.
 11925 | Sewer    | 11925 ||| UPGRADING to +0 chain mail.
 11926 | Sewer    | 11926 ||| UPGRADING to +0 chain mail.
 11927 | Sewer    | 11927 ||| UPGRADING to +0 chain mail.
 11928 | Sewer    | 11928 ||| UPGRADING to +0 chain mail.
 11929 | Sewer    | 11929 ||| UPGRADING to +0 chain mail.
 11930 | Sewer    | 11930 ||| UPGRADING to +0 chain mail.
 11931 | Sewer    | 11931 ||| UPGRADING to +0 chain mail.
 11932 | Sewer    | 11932 ||| UPGRADING to +0 chain mail.
 11933 | Sewer    | 11933 ||| UPGRADING to +0 chain mail.
 11934 | Sewer    | 11934 ||| UPGRADING to +0 chain mail.
 11935 | Sewer    | 11935 ||| UPGRADING to +0 chain mail.
 11936 | Sewer    | 11936 ||| UPGRADING to +0 chain mail.
 11937 | Sewer    | 11937 ||| UPGRADING to +0 chain mail.
 11938 | Sewer    | 11938 ||| UPGRADING to +0 chain mail.
 11939 | Sewer    | 11939 ||| UPGRADING to +0 chain mail.
 11940 | Sewer    | 11940 ||| UPGRADING to +0 chain mail.
 11941 | Sewer    | 11941 ||| UPGRADING to +0 chain mail.
 11942 | Sewer    | 11942 ||| UPGRADING to +0 chain mail.
 11943 | Sewer    | 11943 ||| UPGRADING to +0 chain mail.
 11944 | Sewer    | 11944 ||| UPGRADING to +0 chain mail.
 11945 | Sewer    | 11945 ||| UPGRADING to +0 chain mail.
 11946 | Sewer    | 11946 ||| UPGRADING to +0 chain mail.
 11947 | Sewer    | 11947 ||| UPGRADING to +0 chain mail.
 11948 | Sewer    | 11948 ||| UPGRADING to +0 chain mail.
 11949 | Sewer    | 11949 ||| UPGRADING to +0 chain mail.
 11950 | Sewer    | 11950 ||| UPGRADING to +0 chain mail.
 11951 | Sewer    | 11951 ||| UPGRADING to +0 chain mail.
 11952 | Sewer    | 11952 ||| UPGRADING to +0 chain mail.
 11953 | Sewer    | 11953 ||| UPGRADING to +0 chain mail.
 11954 | Sewer    | 11954 ||| UPGRADING to +0 chain mail.
 11955 | Sewer    | 11955 ||| UPGRADING to +0 chain mail.
 11956 | Sewer    | 11956 ||| UPGRADING to +0 chain mail.
 11957 | Sewer    | 11957 ||| UPGRADING to +0 chain mail.
 11958 | Sewer    | 11958 ||| UPGRADING to +0 chain mail.
 11959 | Sewer    | 11959 ||| UPGRADING to +0 chain mail.
 11960 | Sewer    | 11960 ||| UPGRADING to +0 chain mail.
 11961 | Sewer    | 11961 ||| UPGRADING to +0 chain mail.
 11962 | Sewer    | 11962 ||| UPGRADING to +0 chain mail.
 11963 | Sewer    | 11963 ||| UPGRADING to +0 chain mail.
 11964 | Sewer    | 11964 ||| UPGRADING to +0 chain mail.
 11965 | Sewer    | 11965 ||| UPGRADING to +0 chain mail.
 11966 | Sewer    | 11966 ||| UPGRADING to +0 chain mail.
 11967 | Sewer    | 11967 ||| UPGRADING to +0 chain mail.
 11968 | Sewer    | 11968 ||| UPGRADING to +0 chain mail.
 11969 | Sewer    | 11969 ||| UPGRADING to +0 chain mail.
 11970 | Sewer    | 11970 ||| UPGRADING to +0 chain mail.
 11971 | Sewer    | 11971 ||| UPGRADING to +0 chain mail.
 11972 | Sewer    | 11972 ||| UPGRADING to +0 chain mail.
 11973 | Sewer    | 11973 ||| UPGRADING to +0 chain mail.
 11974 | Sewer    | 11974 ||| UPGRADING to +0 chain mail.
 11975 | Sewer    | 11975 ||| UPGRADING to +0 chain mail.
 11976 | Sewer    | 11976 ||| UPGRADING to +0 chain mail.
 11977 | Sewer    | 11977 ||| UPGRADING to +0 chain mail.
 11978 | Sewer    | 11978 ||| UPGRADING to +0 chain mail.
 11979 | Sewer    | 11979 ||| UPGRADING to +0 chain mail.
 11980 | Sewer    | 11980 ||| UPGRADING to +0 chain mail.
 11981 | Sewer    | 11981 ||| UPGRADING to +0 chain mail.
 11982 | Sewer    | 11982 ||| UPGRADING to +0 chain mail.
 11983 | Sewer    | 11983 ||| UPGRADING to +0 chain mail.
 11984 | Sewer    | 11984 ||| UPGRADING to +0 chain mail.
 11985 | Sewer    | 11985 ||| UPGRADING to +0 chain mail.
 11986 | Sewer    | 11986 ||| UPGRADING to +0 chain mail.
 11987 | Sewer    | 11987 ||| UPGRADING to +0 chain mail.
 11988 | Sewer    | 11988 ||| UPGRADING to +0 chain mail.
 11989 | Sewer    | 11989 ||| UPGRADING to +0 chain mail.
 11990 | Sewer    | 11990 ||| UPGRADING to +0 chain mail.
 11991 | Sewer    | 11991 ||| UPGRADING to +0 chain mail.
 11992 | Sewer    | 11992 ||| UPGRADING to +0 chain mail.
 11993 | Sewer    | 11993 ||| UPGRADING to +0 chain mail.
 11994 | Sewer    | 11994 ||| UPGRADING to +0 chain mail.
 11995 | Sewer    | 11995 ||| UPGRADING to +0 chain mail.
 11996 | Sewer    | 11996 ||| UPGRADING to +0 chain mail.
 11997 | Sewer    | 11997 ||| UPGRADING to +0 chain mail.
 11998 | Sewer    | 11998 ||| UPGRADING to +0 chain mail.
 11999 | Sewer    | 11999 ||| UPGRADING to +0 chain mail.
 12000 | Sewer    | 12000 ||| UPGRADING to +0 chain mail.
 12001 | Sewer    | 12001 ||| UPGRADING to +0 chain mail.
 12002 | Sewer    | 12002 ||| UPGRADING to +0 chain mail.
 12003 | Sewer    | 12003 ||| UPGRADING to +0 chain mail.
 12004 | Sewer    | 12004 ||| UPGRADING to +0 chain mail.
 12005 | Sewer    | 12005 ||| UPGRADING to +0 chain mail.
 12006 | Sewer    | 12006 ||| UPGRADING to +0 chain mail.
 12007 | Sewer    | 12007 ||| UPGRADING to +0 chain mail.
 12008 | Sewer    | 12008 ||| UPGRADING to +0 chain mail.
 12009 | Sewer    | 12009 ||| UPGRADING to +0 chain mail.
 12010 | Sewer    | 12010 ||| UPGRADING to +0 chain mail.
 12011 | Sewer    | 12011 ||| UPGRADING to +0 chain mail.
 12012 | Sewer    | 12012 ||| UPGRADING to +0 chain mail.
 12013 | Sewer    | 12013 ||| UPGRADING to +0 chain mail.
 12014 | Sewer    | 12014 ||| UPGRADING to +0 chain mail.
 12015 | Sewer    | 12015 ||| UPGRADING to +0 chain mail.
 12016 | Sewer    | 12016 ||| UPGRADING to +0 chain mail.
 12017 | Sewer    | 12017 ||| UPGRADING to +0 chain mail.
 12018 | Sewer    | 12018 ||| UPGRADING to +0 chain mail.
 12019 | Sewer    | 12019 ||| UPGRADING to +0 chain mail.
 12020 | Sewer    | 12020 ||| UPGRADING to +0 chain mail.
 12021 | Sewer    | 12021 ||| UPGRADING to +0 chain mail.
 12022 | Sewer    | 12022 ||| UPGRADING to +0 chain mail.
 12023 | Sewer    | 12023 ||| UPGRADING to +0 chain mail.
 12024 | Sewer    | 12024 ||| UPGRADING to +0 chain mail.
 12025 | Sewer    | 12025 ||| UPGRADING to +0 chain mail.
 12026 | Sewer    | 12026 ||| UPGRADING to +0 chain mail.
 12027 | Sewer    | 12027 ||| UPGRADING to +0 chain mail.
 12028 | Sewer    | 12028 ||| UPGRADING to +0 chain mail.
 12029 | Sewer    | 12029 ||| UPGRADING to +0 chain mail.
 12030 | Sewer    | 12030 ||| UPGRADING to +0 chain mail.
 12031 | Sewer    | 12031 ||| UPGRADING to +0 chain mail.
 12032 | Sewer    | 12032 ||| UPGRADING to +0 chain mail.
 12033 | Sewer    | 12033 ||| UPGRADING to +0 chain mail.
 12034 | Sewer    | 12034 ||| UPGRADING to +0 chain mail.
 12035 | Sewer    | 12035 ||| UPGRADING to +0 chain mail.
 12036 | Sewer    | 12036 ||| UPGRADING to +0 chain mail.
 12037 | Sewer    | 12037 ||| UPGRADING to +0 chain mail.
 12038 | Sewer    | 12038 ||| UPGRADING to +0 chain mail.
 12039 | Sewer    | 12039 ||| UPGRADING to +0 chain mail.
 12040 | Sewer    | 12040 ||| UPGRADING to +0 chain mail.
 12041 | Sewer    | 12041 ||| UPGRADING to +0 chain mail.
 12042 | Sewer    | 12042 ||| UPGRADING to +0 chain mail.
 12043 | Sewer    | 12043 ||| UPGRADING to +0 chain mail.
 12044 | Sewer    | 12044 ||| UPGRADING to +0 chain mail.
 12045 | Sewer    | 12045 ||| UPGRADING to +0 chain mail.
 12046 | Sewer    | 12046 ||| UPGRADING to +0 chain mail.
 12047 | Sewer    | 12047 ||| UPGRADING to +0 chain mail.
 12048 | Sewer    | 12048 ||| UPGRADING to +0 chain mail.
 12049 | Sewer    | 12049 ||| UPGRADING to +0 chain mail.
 12050 | Sewer    | 12050 ||| UPGRADING to +0 chain mail.
 12051 | Sewer    | 12051 ||| UPGRADING to +0 chain mail.
 12052 | Sewer    | 12052 ||| UPGRADING to +0 chain mail.
 12053 | Sewer    | 12053 ||| UPGRADING to +0 chain mail.
 12054 | Sewer    | 12054 ||| UPGRADING to +0 chain mail.
 12055 | Sewer    | 12055 ||| UPGRADING to +0 chain mail.
 12056 | Sewer    | 12056 ||| UPGRADING to +0 chain mail.
 12057 | Sewer    | 12057 ||| UPGRADING to +0 chain mail.
 12058 | Sewer    | 12058 ||| UPGRADING to +0 chain mail.
 12059 | Sewer    | 12059 ||| UPGRADING to +0 chain mail.
 12060 | Sewer    | 12060 ||| UPGRADING to +0 chain mail.
 12061 | Sewer    | 12061 ||| UPGRADING to +0 chain mail.
 12062 | Sewer    | 12062 ||| UPGRADING to +0 chain mail.
 12063 | Sewer    | 12063 ||| UPGRADING to +0 chain mail.
 12064 | Sewer    | 12064 ||| UPGRADING to +0 chain mail.
 12065 | Sewer    | 12065 ||| UPGRADING to +0 chain mail.
 12066 | Sewer    | 12066 ||| UPGRADING to +0 chain mail.
 12067 | Sewer    | 12067 ||| UPGRADING to +0 chain mail.
 12068 | Sewer    | 12068 ||| UPGRADING to +0 chain mail.
 12069 | Sewer    | 12069 ||| UPGRADING to +0 chain mail.
 12070 | Sewer    | 12070 ||| UPGRADING to +0 chain mail.
 12071 | Sewer    | 12071 ||| UPGRADING to +0 chain mail.
 12072 | Sewer    | 12072 ||| UPGRADING to +0 chain mail.
 12073 | Sewer    | 12073 ||| UPGRADING to +0 chain mail.
 12074 | Sewer    | 12074 ||| UPGRADING to +0 chain mail.
 12075 | Sewer    | 12075 ||| UPGRADING to +0 chain mail.
 12076 | Sewer    | 12076 ||| UPGRADING to +0 chain mail.
 12077 | Sewer    | 12077 ||| UPGRADING to +0 chain mail.
 12078 | Sewer    | 12078 ||| UPGRADING to +0 chain mail.
 12079 | Sewer    | 12079 ||| UPGRADING to +0 chain mail.
 12080 | Sewer    | 12080 ||| UPGRADING to +0 chain mail.
 12081 | Sewer    | 12081 ||| UPGRADING to +0 chain mail.
 12082 | Sewer    | 12082 ||| UPGRADING to +0 chain mail.
 12083 | Sewer    | 12083 ||| UPGRADING to +0 chain mail.
 12084 | Sewer    | 12084 ||| UPGRADING to +0 chain mail.
 12085 | Sewer    | 12085 ||| UPGRADING to +0 chain mail.
 12086 | Sewer    | 12086 ||| UPGRADING to +0 chain mail.
 12087 | Sewer    | 12087 ||| UPGRADING to +0 chain mail.
 12088 | Sewer    | 12088 ||| UPGRADING to +0 chain mail.
 12089 | Sewer    | 12089 ||| UPGRADING to +0 chain mail.
 12090 | Sewer    | 12090 ||| UPGRADING to +0 chain mail.
 12091 | Sewer    | 12091 ||| UPGRADING to +0 chain mail.
 12092 | Sewer    | 12092 ||| UPGRADING to +0 chain mail.
 12093 | Sewer    | 12093 ||| UPGRADING to +0 chain mail.
 12094 | Sewer    | 12094 ||| UPGRADING to +0 chain mail.
 12095 | Sewer    | 12095 ||| UPGRADING to +0 chain mail.
 12096 | Sewer    | 12096 ||| UPGRADING to +0 chain mail.
 12097 | Sewer    | 12097 ||| UPGRADING to +0 chain mail.
 12098 | Sewer    | 12098 ||| UPGRADING to +0 chain mail.
 12099 | Sewer    | 12099 ||| UPGRADING to +0 chain mail.
 12100 | Sewer    | 12100 ||| UPGRADING to +0 chain mail.
 12101 | Sewer    | 12101 ||| UPGRADING to +0 chain mail.
 12102 | Sewer    | 12102 ||| UPGRADING to +0 chain mail.
 12103 | Sewer    | 12103 ||| UPGRADING to +0 chain mail.
 12104 | Sewer    | 12104 ||| UPGRADING to +0 chain mail.
 12105 | Sewer    | 12105 ||| UPGRADING to +0 chain mail.
 12106 | Sewer    | 12106 ||| UPGRADING to +0 chain mail.
 12107 | Sewer    | 12107 ||| UPGRADING to +0 chain mail.
 12108 | Sewer    | 12108 ||| UPGRADING to +0 chain mail.
 12109 | Sewer    | 12109 ||| UPGRADING to +0 chain mail.
 12110 | Sewer    | 12110 ||| UPGRADING to +0 chain mail.
 12111 | Sewer    | 12111 ||| UPGRADING to +0 chain mail.
 12112 | Sewer    | 12112 ||| UPGRADING to +0 chain mail.
 12113 | Sewer    | 12113 ||| UPGRADING to +0 chain mail.
 12114 | Sewer    | 12114 ||| UPGRADING to +0 chain mail.
 12115 | Sewer    | 12115 ||| UPGRADING to +0 chain mail.
 12116 | Sewer    | 12116 ||| UPGRADING to +0 chain mail.
 12117 | Sewer    | 12117 ||| UPGRADING to +0 chain mail.
 12118 | Sewer    | 12118 ||| UPGRADING to +0 chain mail.
 12119 | Sewer    | 12119 ||| UPGRADING to +0 chain mail.
 12120 | Sewer    | 12120 ||| UPGRADING to +0 chain mail.
 12121 | Sewer    | 12121 ||| UPGRADING to +0 chain mail.
 12122 | Sewer    | 12122 ||| UPGRADING to +0 chain mail.
 12123 | Sewer    | 12123 ||| UPGRADING to +0 chain mail.
 12124 | Sewer    | 12124 ||| UPGRADING to +0 chain mail.
 12125 | Sewer    | 12125 ||| UPGRADING to +0 chain mail.
 12126 | Sewer    | 12126 ||| UPGRADING to +0 chain mail.
 12127 | Sewer    | 12127 ||| UPGRADING to +0 chain mail.
 12128 | Sewer    | 12128 ||| UPGRADING to +0 chain mail.
 12129 | Sewer    | 12129 ||| UPGRADING to +0 chain mail.
 12130 | Sewer    | 12130 ||| UPGRADING to +0 chain mail.
 12131 | Sewer    | 12131 ||| UPGRADING to +0 chain mail.
 12132 | Sewer    | 12132 ||| UPGRADING to +0 chain mail.
 12133 | Sewer    | 12133 ||| UPGRADING to +0 chain mail.
 12134 | Sewer    | 12134 ||| UPGRADING to +0 chain mail.
 12135 | Sewer    | 12135 ||| UPGRADING to +0 chain mail.
 12136 | Sewer    | 12136 ||| UPGRADING to +0 chain mail.
 12137 | Sewer    | 12137 ||| UPGRADING to +0 chain mail.
 12138 | Sewer    | 12138 ||| UPGRADING to +0 chain mail.
 12139 | Sewer    | 12139 ||| UPGRADING to +0 chain mail.
 12140 | Sewer    | 12140 ||| UPGRADING to +0 chain mail.
 12141 | Sewer    | 12141 ||| UPGRADING to +0 chain mail.
 12142 | Sewer    | 12142 ||| UPGRADING to +0 chain mail.
 12143 | Sewer    | 12143 ||| UPGRADING to +0 chain mail.
 12144 | Sewer    | 12144 ||| UPGRADING to +0 chain mail.
 12145 | Sewer    | 12145 ||| UPGRADING to +0 chain mail.
 12146 | Sewer    | 12146 ||| UPGRADING to +0 chain mail.
 12147 | Sewer    | 12147 ||| UPGRADING to +0 chain mail.
 12148 | Sewer    | 12148 ||| UPGRADING to +0 chain mail.
 12149 | Sewer    | 12149 ||| UPGRADING to +0 chain mail.
 12150 | Sewer    | 12150 ||| UPGRADING to +0 chain mail.
 12151 | Sewer    | 12151 ||| UPGRADING to +0 chain mail.
 12152 | Sewer    | 12152 ||| UPGRADING to +0 chain mail.
 12153 | Sewer    | 12153 ||| UPGRADING to +0 chain mail.
 12154 | Sewer    | 12154 ||| UPGRADING to +0 chain mail.
 12155 | Sewer    | 12155 ||| UPGRADING to +0 chain mail.
 12156 | Sewer    | 12156 ||| UPGRADING to +0 chain mail.
 12157 | Sewer    | 12157 ||| UPGRADING to +0 chain mail.
 12158 | Sewer    | 12158 ||| UPGRADING to +0 chain mail.
 12159 | Sewer    | 12159 ||| UPGRADING to +0 chain mail.
 12160 | Sewer    | 12160 ||| UPGRADING to +0 chain mail.
 12161 | Sewer    | 12161 ||| UPGRADING to +0 chain mail.
 12162 | Sewer    | 12162 ||| UPGRADING to +0 chain mail.
 12163 | Sewer    | 12163 ||| UPGRADING to +0 chain mail.
 12164 | Sewer    | 12164 ||| UPGRADING to +0 chain mail.
 12165 | Sewer    | 12165 ||| UPGRADING to +0 chain mail.
 12166 | Sewer    | 12166 ||| UPGRADING to +0 chain mail.
 12167 | Sewer    | 12167 ||| UPGRADING to +0 chain mail.
 12168 | Sewer    | 12168 ||| UPGRADING to +0 chain mail.
 12169 | Sewer    | 12169 ||| UPGRADING to +0 chain mail.
 12170 | Sewer    | 12170 ||| UPGRADING to +0 chain mail.
 12171 | Sewer    | 12171 ||| UPGRADING to +0 chain mail.
 12172 | Sewer    | 12172 ||| UPGRADING to +0 chain mail.
 12173 | Sewer    | 12173 ||| UPGRADING to +0 chain mail.
 12174 | Sewer    | 12174 ||| UPGRADING to +0 chain mail.
 12175 | Sewer    | 12175 ||| UPGRADING to +0 chain mail.
 12176 | Sewer    | 12176 ||| UPGRADING to +0 chain mail.
 12177 | Sewer    | 12177 ||| UPGRADING to +0 chain mail.
 12178 | Sewer    | 12178 ||| UPGRADING to +0 chain mail.
 12179 | Sewer    | 12179 ||| UPGRADING to +0 chain mail.
 12180 | Sewer    | 12180 ||| UPGRADING to +0 chain mail.
 12181 | Sewer    | 12181 ||| UPGRADING to +0 chain mail.
 12182 | Sewer    | 12182 ||| UPGRADING to +0 chain mail.
 12182 | Sewer    | Glimpsed the power of Zot.
 12183 | Sewer    | 12183 ||| UPGRADING to +0 chain mail.
 12184 | Sewer    | 12184 ||| UPGRADING to +0 chain mail.
 12185 | Sewer    | 12185 ||| UPGRADING to +0 chain mail.
 12186 | Sewer    | 12186 ||| UPGRADING to +0 chain mail.
 12187 | Sewer    | 12187 ||| UPGRADING to +0 chain mail.
 12188 | Sewer    | 12188 ||| UPGRADING to +0 chain mail.
 12189 | Sewer    | 12189 ||| UPGRADING to +0 chain mail.
 12190 | Sewer    | 12190 ||| UPGRADING to +0 chain mail.
 12191 | Sewer    | 12191 ||| UPGRADING to +0 chain mail.
 12192 | Sewer    | 12192 ||| UPGRADING to +0 chain mail.
 12193 | Sewer    | 12193 ||| UPGRADING to +0 chain mail.
 12194 | Sewer    | 12194 ||| UPGRADING to +0 chain mail.
 12195 | Sewer    | 12195 ||| UPGRADING to +0 chain mail.
 12196 | Sewer    | 12196 ||| UPGRADING to +0 chain mail.
 12197 | Sewer    | 12197 ||| UPGRADING to +0 chain mail.
 12198 | Sewer    | 12198 ||| UPGRADING to +0 chain mail.
 12199 | Sewer    | 12199 ||| UPGRADING to +0 chain mail.
 12200 | Sewer    | 12200 ||| UPGRADING to +0 chain mail.
 12201 | Sewer    | 12201 ||| UPGRADING to +0 chain mail.
 12202 | Sewer    | 12202 ||| UPGRADING to +0 chain mail.
 12203 | Sewer    | 12203 ||| UPGRADING to +0 chain mail.
 12204 | Sewer    | 12204 ||| UPGRADING to +0 chain mail.
 12205 | Sewer    | 12205 ||| UPGRADING to +0 chain mail.
 12206 | Sewer    | 12206 ||| UPGRADING to +0 chain mail.
 12207 | Sewer    | 12207 ||| UPGRADING to +0 chain mail.
 12208 | Sewer    | 12208 ||| UPGRADING to +0 chain mail.
 12209 | Sewer    | 12209 ||| UPGRADING to +0 chain mail.
 12210 | Sewer    | 12210 ||| UPGRADING to +0 chain mail.
 12211 | Sewer    | 12211 ||| UPGRADING to +0 chain mail.
 12212 | Sewer    | 12212 ||| UPGRADING to +0 chain mail.
 12213 | Sewer    | 12213 ||| UPGRADING to +0 chain mail.
 12214 | Sewer    | 12214 ||| UPGRADING to +0 chain mail.
 12215 | Sewer    | 12215 ||| UPGRADING to +0 chain mail.
 12216 | Sewer    | 12216 ||| UPGRADING to +0 chain mail.
 12217 | Sewer    | 12217 ||| UPGRADING to +0 chain mail.
 12218 | Sewer    | 12218 ||| UPGRADING to +0 chain mail.
 12219 | Sewer    | 12219 ||| UPGRADING to +0 chain mail.
 12220 | Sewer    | 12220 ||| UPGRADING to +0 chain mail.
 12221 | Sewer    | 12221 ||| UPGRADING to +0 chain mail.
 12222 | Sewer    | 12222 ||| UPGRADING to +0 chain mail.
 12223 | Sewer    | 12223 ||| UPGRADING to +0 chain mail.
 12224 | Sewer    | 12224 ||| UPGRADING to +0 chain mail.
 12225 | Sewer    | 12225 ||| UPGRADING to +0 chain mail.
 12226 | Sewer    | 12226 ||| UPGRADING to +0 chain mail.
 12227 | Sewer    | 12227 ||| UPGRADING to +0 chain mail.
 12228 | Sewer    | 12228 ||| UPGRADING to +0 chain mail.
 12229 | Sewer    | 12229 ||| UPGRADING to +0 chain mail.
 12230 | Sewer    | 12230 ||| UPGRADING to +0 chain mail.
 12231 | Sewer    | 12231 ||| UPGRADING to +0 chain mail.
 12232 | Sewer    | 12232 ||| UPGRADING to +0 chain mail.
 12233 | Sewer    | 12233 ||| UPGRADING to +0 chain mail.
 12234 | Sewer    | 12234 ||| UPGRADING to +0 chain mail.
 12235 | Sewer    | 12235 ||| UPGRADING to +0 chain mail.
 12236 | Sewer    | 12236 ||| UPGRADING to +0 chain mail.
 12237 | Sewer    | 12237 ||| UPGRADING to +0 chain mail.
 12238 | Sewer    | 12238 ||| UPGRADING to +0 chain mail.
 12239 | Sewer    | 12239 ||| UPGRADING to +0 chain mail.
 12240 | Sewer    | 12240 ||| UPGRADING to +0 chain mail.
 12241 | Sewer    | 12241 ||| UPGRADING to +0 chain mail.
 12242 | Sewer    | 12242 ||| UPGRADING to +0 chain mail.
 12243 | Sewer    | 12243 ||| UPGRADING to +0 chain mail.
 12244 | Sewer    | 12244 ||| UPGRADING to +0 chain mail.
 12245 | Sewer    | 12245 ||| UPGRADING to +0 chain mail.
 12246 | Sewer    | 12246 ||| UPGRADING to +0 chain mail.
 12247 | Sewer    | 12247 ||| UPGRADING to +0 chain mail.
 12248 | Sewer    | 12248 ||| UPGRADING to +0 chain mail.
 12249 | Sewer    | 12249 ||| UPGRADING to +0 chain mail.
 12250 | Sewer    | 12250 ||| UPGRADING to +0 chain mail.
 12251 | Sewer    | 12251 ||| UPGRADING to +0 chain mail.
 12252 | Sewer    | 12252 ||| UPGRADING to +0 chain mail.
 12253 | Sewer    | 12253 ||| UPGRADING to +0 chain mail.
 12254 | Sewer    | 12254 ||| UPGRADING to +0 chain mail.
 12255 | Sewer    | 12255 ||| UPGRADING to +0 chain mail.
 12256 | Sewer    | 12256 ||| UPGRADING to +0 chain mail.
 12257 | Sewer    | 12257 ||| UPGRADING to +0 chain mail.
 12258 | Sewer    | 12258 ||| UPGRADING to +0 chain mail.
 12259 | Sewer    | 12259 ||| UPGRADING to +0 chain mail.
 12260 | Sewer    | 12260 ||| UPGRADING to +0 chain mail.
 12261 | Sewer    | 12261 ||| UPGRADING to +0 chain mail.
 12262 | Sewer    | 12262 ||| UPGRADING to +0 chain mail.
 12263 | Sewer    | 12263 ||| UPGRADING to +0 chain mail.
 12264 | Sewer    | 12264 ||| UPGRADING to +0 chain mail.
 12265 | Sewer    | 12265 ||| UPGRADING to +0 chain mail.
 12266 | Sewer    | 12266 ||| UPGRADING to +0 chain mail.
 12267 | Sewer    | 12267 ||| UPGRADING to +0 chain mail.
 12268 | Sewer    | 12268 ||| UPGRADING to +0 chain mail.
 12269 | Sewer    | 12269 ||| UPGRADING to +0 chain mail.
 12270 | Sewer    | 12270 ||| UPGRADING to +0 chain mail.
 12271 | Sewer    | 12271 ||| UPGRADING to +0 chain mail.
 12272 | Sewer    | 12272 ||| UPGRADING to +0 chain mail.
 12273 | Sewer    | 12273 ||| UPGRADING to +0 chain mail.
 12274 | Sewer    | 12274 ||| UPGRADING to +0 chain mail.
 12275 | Sewer    | 12275 ||| UPGRADING to +0 chain mail.
 12276 | Sewer    | 12276 ||| UPGRADING to +0 chain mail.
 12277 | Sewer    | 12277 ||| UPGRADING to +0 chain mail.
 12278 | Sewer    | 12278 ||| UPGRADING to +0 chain mail.
 12279 | Sewer    | 12279 ||| UPGRADING to +0 chain mail.
 12280 | Sewer    | 12280 ||| UPGRADING to +0 chain mail.
 12281 | Sewer    | 12281 ||| UPGRADING to +0 chain mail.
 12281 | Sewer    | Touched by the power of Zot (MHP 14 -> 9)
 12282 | Sewer    | 12282 ||| UPGRADING to +0 chain mail.
 12282 | Sewer    | Glimpsed the power of Zot.
 12283 | Sewer    | 12283 ||| UPGRADING to +0 chain mail.
 12284 | Sewer    | 12284 ||| UPGRADING to +0 chain mail.
 12285 | Sewer    | 12285 ||| UPGRADING to +0 chain mail.
 12286 | Sewer    | 12286 ||| UPGRADING to +0 chain mail.
 12287 | Sewer    | 12287 ||| UPGRADING to +0 chain mail.
 12288 | Sewer    | 12288 ||| UPGRADING to +0 chain mail.
 12289 | Sewer    | 12289 ||| UPGRADING to +0 chain mail.
 12290 | Sewer    | 12290 ||| UPGRADING to +0 chain mail.
 12291 | Sewer    | 12291 ||| UPGRADING to +0 chain mail.
 12292 | Sewer    | 12292 ||| UPGRADING to +0 chain mail.
 12293 | Sewer    | 12293 ||| UPGRADING to +0 chain mail.
 12294 | Sewer    | 12294 ||| UPGRADING to +0 chain mail.
 12295 | Sewer    | 12295 ||| UPGRADING to +0 chain mail.
 12296 | Sewer    | 12296 ||| UPGRADING to +0 chain mail.
 12297 | Sewer    | 12297 ||| UPGRADING to +0 chain mail.
 12298 | Sewer    | 12298 ||| UPGRADING to +0 chain mail.
 12299 | Sewer    | 12299 ||| UPGRADING to +0 chain mail.
 12300 | Sewer    | 12300 ||| UPGRADING to +0 chain mail.
 12301 | Sewer    | 12301 ||| UPGRADING to +0 chain mail.
 12302 | Sewer    | 12302 ||| UPGRADING to +0 chain mail.
 12303 | Sewer    | 12303 ||| UPGRADING to +0 chain mail.
 12304 | Sewer    | 12304 ||| UPGRADING to +0 chain mail.
 12305 | Sewer    | 12305 ||| UPGRADING to +0 chain mail.
 12306 | Sewer    | 12306 ||| UPGRADING to +0 chain mail.
 12307 | Sewer    | 12307 ||| UPGRADING to +0 chain mail.
 12308 | Sewer    | 12308 ||| UPGRADING to +0 chain mail.
 12309 | Sewer    | 12309 ||| UPGRADING to +0 chain mail.
 12310 | Sewer    | 12310 ||| UPGRADING to +0 chain mail.
 12311 | Sewer    | 12311 ||| UPGRADING to +0 chain mail.
 12312 | Sewer    | 12312 ||| UPGRADING to +0 chain mail.
 12313 | Sewer    | 12313 ||| UPGRADING to +0 chain mail.
 12314 | Sewer    | 12314 ||| UPGRADING to +0 chain mail.
 12315 | Sewer    | 12315 ||| UPGRADING to +0 chain mail.
 12316 | Sewer    | 12316 ||| UPGRADING to +0 chain mail.
 12317 | Sewer    | 12317 ||| UPGRADING to +0 chain mail.
 12318 | Sewer    | 12318 ||| UPGRADING to +0 chain mail.
 12319 | Sewer    | 12319 ||| UPGRADING to +0 chain mail.
 12320 | Sewer    | 12320 ||| UPGRADING to +0 chain mail.
 12321 | Sewer    | 12321 ||| UPGRADING to +0 chain mail.
 12322 | Sewer    | 12322 ||| UPGRADING to +0 chain mail.
 12323 | Sewer    | 12323 ||| UPGRADING to +0 chain mail.
 12324 | Sewer    | 12324 ||| UPGRADING to +0 chain mail.
 12325 | Sewer    | 12325 ||| UPGRADING to +0 chain mail.
 12326 | Sewer    | 12326 ||| UPGRADING to +0 chain mail.
 12327 | Sewer    | 12327 ||| UPGRADING to +0 chain mail.
 12328 | Sewer    | 12328 ||| UPGRADING to +0 chain mail.
 12329 | Sewer    | 12329 ||| UPGRADING to +0 chain mail.
 12330 | Sewer    | 12330 ||| UPGRADING to +0 chain mail.
 12331 | Sewer    | 12331 ||| UPGRADING to +0 chain mail.
 12332 | Sewer    | 12332 ||| UPGRADING to +0 chain mail.
 12333 | Sewer    | 12333 ||| UPGRADING to +0 chain mail.
 12334 | Sewer    | 12334 ||| UPGRADING to +0 chain mail.
 12335 | Sewer    | 12335 ||| UPGRADING to +0 chain mail.
 12336 | Sewer    | 12336 ||| UPGRADING to +0 chain mail.
 12337 | Sewer    | 12337 ||| UPGRADING to +0 chain mail.
 12338 | Sewer    | 12338 ||| UPGRADING to +0 chain mail.
 12339 | Sewer    | 12339 ||| UPGRADING to +0 chain mail.
 12340 | Sewer    | 12340 ||| UPGRADING to +0 chain mail.
 12341 | Sewer    | 12341 ||| UPGRADING to +0 chain mail.
 12342 | Sewer    | 12342 ||| UPGRADING to +0 chain mail.
 12343 | Sewer    | 12343 ||| UPGRADING to +0 chain mail.
 12344 | Sewer    | 12344 ||| UPGRADING to +0 chain mail.
 12345 | Sewer    | 12345 ||| UPGRADING to +0 chain mail.
 12346 | Sewer    | 12346 ||| UPGRADING to +0 chain mail.
 12347 | Sewer    | 12347 ||| UPGRADING to +0 chain mail.
 12348 | Sewer    | 12348 ||| UPGRADING to +0 chain mail.
 12349 | Sewer    | 12349 ||| UPGRADING to +0 chain mail.
 12350 | Sewer    | 12350 ||| UPGRADING to +0 chain mail.
 12351 | Sewer    | 12351 ||| UPGRADING to +0 chain mail.
 12352 | Sewer    | 12352 ||| UPGRADING to +0 chain mail.
 12353 | Sewer    | 12353 ||| UPGRADING to +0 chain mail.
 12354 | Sewer    | 12354 ||| UPGRADING to +0 chain mail.
 12355 | Sewer    | 12355 ||| UPGRADING to +0 chain mail.
 12356 | Sewer    | 12356 ||| UPGRADING to +0 chain mail.
 12357 | Sewer    | 12357 ||| UPGRADING to +0 chain mail.
 12358 | Sewer    | 12358 ||| UPGRADING to +0 chain mail.
 12359 | Sewer    | 12359 ||| UPGRADING to +0 chain mail.
 12359 | Sewer    | HP: 2/10 [ball python (2)]
 12360 | Sewer    | 12360 ||| UPGRADING to +0 chain mail.
 12361 | Sewer    | 12361 ||| UPGRADING to +0 chain mail.
 12362 | Sewer    | 12362 ||| UPGRADING to +0 chain mail.
 12363 | Sewer    | 12363 ||| UPGRADING to +0 chain mail.
 12364 | Sewer    | 12364 ||| UPGRADING to +0 chain mail.
 12365 | Sewer    | 12365 ||| UPGRADING to +0 chain mail.
 12366 | Sewer    | 12366 ||| UPGRADING to +0 chain mail.
 12367 | Sewer    | 12367 ||| UPGRADING to +0 chain mail.
 12368 | Sewer    | 12368 ||| UPGRADING to +0 chain mail.
 12369 | Sewer    | 12369 ||| UPGRADING to +0 chain mail.
 12370 | Sewer    | 12370 ||| UPGRADING to +0 chain mail.
 12371 | Sewer    | 12371 ||| UPGRADING to +0 chain mail.
 12372 | Sewer    | 12372 ||| UPGRADING to +0 chain mail.
 12373 | Sewer    | 12373 ||| UPGRADING to +0 chain mail.
 12374 | Sewer    | 12374 ||| UPGRADING to +0 chain mail.
 12375 | Sewer    | 12375 ||| UPGRADING to +0 chain mail.
 12376 | Sewer    | 12376 ||| UPGRADING to +0 chain mail.
 12377 | Sewer    | 12377 ||| UPGRADING to +0 chain mail.
 12378 | Sewer    | 12378 ||| UPGRADING to +0 chain mail.
 12379 | Sewer    | 12379 ||| UPGRADING to +0 chain mail.
 12380 | Sewer    | 12380 ||| UPGRADING to +0 chain mail.
 12381 | Sewer    | 12381 ||| UPGRADING to +0 chain mail.
 12382 | Sewer    | 12382 ||| UPGRADING to +0 chain mail.
 12383 | Sewer    | 12383 ||| UPGRADING to +0 chain mail.
 12384 | Sewer    | 12384 ||| UPGRADING to +0 chain mail.
 12385 | Sewer    | 12385 ||| UPGRADING to +0 chain mail.
 12386 | Sewer    | 12386 ||| UPGRADING to +0 chain mail.
 12387 | Sewer    | 12387 ||| UPGRADING to +0 chain mail.
 12388 | Sewer    | 12388 ||| UPGRADING to +0 chain mail.
 12389 | Sewer    | 12389 ||| UPGRADING to +0 chain mail.
 12390 | Sewer    | 12390 ||| UPGRADING to +0 chain mail.
 12391 | Sewer    | 12391 ||| UPGRADING to +0 chain mail.
 12392 | Sewer    | 12392 ||| UPGRADING to +0 chain mail.
 12393 | Sewer    | 12393 ||| UPGRADING to +0 chain mail.
 12394 | Sewer    | 12394 ||| UPGRADING to +0 chain mail.
 12395 | Sewer    | 12395 ||| UPGRADING to +0 chain mail.
 12396 | Sewer    | 12396 ||| UPGRADING to +0 chain mail.
 12397 | Sewer    | 12397 ||| UPGRADING to +0 chain mail.
 12398 | Sewer    | 12398 ||| UPGRADING to +0 chain mail.
 12399 | Sewer    | 12399 ||| UPGRADING to +0 chain mail.
 12400 | Sewer    | 12400 ||| UPGRADING to +0 chain mail.
 12401 | Sewer    | 12401 ||| UPGRADING to +0 chain mail.
 12402 | Sewer    | 12402 ||| UPGRADING to +0 chain mail.
 12403 | Sewer    | 12403 ||| UPGRADING to +0 chain mail.
 12404 | Sewer    | 12404 ||| UPGRADING to +0 chain mail.
 12405 | Sewer    | 12405 ||| UPGRADING to +0 chain mail.
 12406 | Sewer    | 12406 ||| UPGRADING to +0 chain mail.
 12407 | Sewer    | 12407 ||| UPGRADING to +0 chain mail.
 12408 | Sewer    | 12408 ||| UPGRADING to +0 chain mail.
 12409 | Sewer    | 12409 ||| UPGRADING to +0 chain mail.
 12410 | Sewer    | 12410 ||| UPGRADING to +0 chain mail.
 12411 | Sewer    | 12411 ||| UPGRADING to +0 chain mail.
 12412 | Sewer    | 12412 ||| UPGRADING to +0 chain mail.
 12413 | Sewer    | 12413 ||| UPGRADING to +0 chain mail.
 12414 | Sewer    | 12414 ||| UPGRADING to +0 chain mail.
 12415 | Sewer    | 12415 ||| UPGRADING to +0 chain mail.
 12416 | Sewer    | 12416 ||| UPGRADING to +0 chain mail.
 12417 | Sewer    | 12417 ||| UPGRADING to +0 chain mail.
 12418 | Sewer    | 12418 ||| UPGRADING to +0 chain mail.
 12419 | Sewer    | 12419 ||| UPGRADING to +0 chain mail.
 12420 | Sewer    | 12420 ||| UPGRADING to +0 chain mail.
 12421 | Sewer    | 12421 ||| UPGRADING to +0 chain mail.
 12422 | Sewer    | 12422 ||| UPGRADING to +0 chain mail.
 12423 | Sewer    | 12423 ||| UPGRADING to +0 chain mail.
 12424 | Sewer    | 12424 ||| UPGRADING to +0 chain mail.
 12425 | Sewer    | 12425 ||| UPGRADING to +0 chain mail.
 12426 | Sewer    | 12426 ||| UPGRADING to +0 chain mail.
 12427 | Sewer    | 12427 ||| UPGRADING to +0 chain mail.
 12428 | Sewer    | 12428 ||| UPGRADING to +0 chain mail.
 12429 | Sewer    | 12429 ||| UPGRADING to +0 chain mail.
 12430 | Sewer    | 12430 ||| UPGRADING to +0 chain mail.
 12431 | Sewer    | 12431 ||| UPGRADING to +0 chain mail.
 12432 | Sewer    | 12432 ||| UPGRADING to +0 chain mail.
 12433 | Sewer    | 12433 ||| UPGRADING to +0 chain mail.
 12434 | Sewer    | 12434 ||| UPGRADING to +0 chain mail.
 12435 | Sewer    | 12435 ||| UPGRADING to +0 chain mail.
 12436 | Sewer    | 12436 ||| UPGRADING to +0 chain mail.
 12437 | Sewer    | 12437 ||| UPGRADING to +0 chain mail.
 12438 | Sewer    | 12438 ||| UPGRADING to +0 chain mail.
 12439 | Sewer    | 12439 ||| UPGRADING to +0 chain mail.
 12440 | Sewer    | 12440 ||| UPGRADING to +0 chain mail.
 12441 | Sewer    | 12441 ||| UPGRADING to +0 chain mail.
 12442 | Sewer    | 12442 ||| UPGRADING to +0 chain mail.
 12443 | Sewer    | 12443 ||| UPGRADING to +0 chain mail.
 12444 | Sewer    | 12444 ||| UPGRADING to +0 chain mail.
 12445 | Sewer    | 12445 ||| UPGRADING to +0 chain mail.
 12446 | Sewer    | 12446 ||| UPGRADING to +0 chain mail.
 12447 | Sewer    | 12447 ||| UPGRADING to +0 chain mail.
 12448 | Sewer    | 12448 ||| UPGRADING to +0 chain mail.
 12449 | Sewer    | 12449 ||| UPGRADING to +0 chain mail.
 12450 | Sewer    | 12450 ||| UPGRADING to +0 chain mail.
 12451 | Sewer    | 12451 ||| UPGRADING to +0 chain mail.
 12452 | Sewer    | 12452 ||| UPGRADING to +0 chain mail.
 12453 | Sewer    | 12453 ||| UPGRADING to +0 chain mail.
 12454 | Sewer    | 12454 ||| UPGRADING to +0 chain mail.
 12455 | Sewer    | 12455 ||| UPGRADING to +0 chain mail.
 12456 | Sewer    | 12456 ||| UPGRADING to +0 chain mail.
 12457 | Sewer    | 12457 ||| UPGRADING to +0 chain mail.
 12458 | Sewer    | 12458 ||| UPGRADING to +0 chain mail.
 12459 | Sewer    | 12459 ||| UPGRADING to +0 chain mail.
 12460 | Sewer    | 12460 ||| UPGRADING to +0 chain mail.
 12461 | Sewer    | 12461 ||| UPGRADING to +0 chain mail.
 12462 | Sewer    | 12462 ||| UPGRADING to +0 chain mail.
 12463 | Sewer    | 12463 ||| UPGRADING to +0 chain mail.
 12464 | Sewer    | 12464 ||| UPGRADING to +0 chain mail.
 12465 | Sewer    | 12465 ||| UPGRADING to +0 chain mail.
 12466 | Sewer    | 12466 ||| UPGRADING to +0 chain mail.
 12467 | Sewer    | 12467 ||| UPGRADING to +0 chain mail.
 12468 | Sewer    | 12468 ||| UPGRADING to +0 chain mail.
 12469 | Sewer    | 12469 ||| UPGRADING to +0 chain mail.
 12470 | Sewer    | 12470 ||| UPGRADING to +0 chain mail.
 12471 | Sewer    | 12471 ||| UPGRADING to +0 chain mail.
 12472 | Sewer    | 12472 ||| UPGRADING to +0 chain mail.
 12473 | Sewer    | 12473 ||| UPGRADING to +0 chain mail.
 12474 | Sewer    | 12474 ||| UPGRADING to +0 chain mail.
 12475 | Sewer    | 12475 ||| UPGRADING to +0 chain mail.
 12476 | Sewer    | 12476 ||| UPGRADING to +0 chain mail.
 12477 | Sewer    | 12477 ||| UPGRADING to +0 chain mail.
 12478 | Sewer    | 12478 ||| UPGRADING to +0 chain mail.
 12479 | Sewer    | 12479 ||| UPGRADING to +0 chain mail.
 12480 | Sewer    | 12480 ||| UPGRADING to +0 chain mail.
 12481 | Sewer    | 12481 ||| UPGRADING to +0 chain mail.
 12482 | Sewer    | 12482 ||| UPGRADING to +0 chain mail.
 12483 | Sewer    | 12483 ||| UPGRADING to +0 chain mail.
 12484 | Sewer    | 12484 ||| UPGRADING to +0 chain mail.
 12485 | Sewer    | 12485 ||| UPGRADING to +0 chain mail.
 12486 | Sewer    | 12486 ||| UPGRADING to +0 chain mail.
 12487 | Sewer    | 12487 ||| UPGRADING to +0 chain mail.
 12488 | Sewer    | 12488 ||| UPGRADING to +0 chain mail.
 12489 | Sewer    | 12489 ||| UPGRADING to +0 chain mail.
 12490 | Sewer    | 12490 ||| UPGRADING to +0 chain mail.
 12491 | Sewer    | 12491 ||| UPGRADING to +0 chain mail.
 12492 | Sewer    | 12492 ||| UPGRADING to +0 chain mail.
 12493 | Sewer    | 12493 ||| UPGRADING to +0 chain mail.
 12494 | Sewer    | 12494 ||| UPGRADING to +0 chain mail.
 12495 | Sewer    | 12495 ||| UPGRADING to +0 chain mail.
 12496 | Sewer    | 12496 ||| UPGRADING to +0 chain mail.
 12497 | Sewer    | 12497 ||| UPGRADING to +0 chain mail.
 12498 | Sewer    | 12498 ||| UPGRADING to +0 chain mail.
 12499 | Sewer    | 12499 ||| UPGRADING to +0 chain mail.
 12500 | Sewer    | 12500 ||| UPGRADING to +0 chain mail.
 12501 | Sewer    | 12501 ||| UPGRADING to +0 chain mail.
 12502 | Sewer    | 12502 ||| UPGRADING to +0 chain mail.
 12503 | Sewer    | 12503 ||| UPGRADING to +0 chain mail.
 12504 | Sewer    | 12504 ||| UPGRADING to +0 chain mail.
 12505 | Sewer    | 12505 ||| UPGRADING to +0 chain mail.
 12506 | Sewer    | 12506 ||| UPGRADING to +0 chain mail.
 12507 | Sewer    | 12507 ||| UPGRADING to +0 chain mail.
 12508 | Sewer    | 12508 ||| UPGRADING to +0 chain mail.
 12509 | Sewer    | 12509 ||| UPGRADING to +0 chain mail.
 12510 | Sewer    | 12510 ||| UPGRADING to +0 chain mail.
 12511 | Sewer    | 12511 ||| UPGRADING to +0 chain mail.
 12512 | Sewer    | 12512 ||| UPGRADING to +0 chain mail.
 12513 | Sewer    | 12513 ||| UPGRADING to +0 chain mail.
 12514 | Sewer    | 12514 ||| UPGRADING to +0 chain mail.
 12515 | Sewer    | 12515 ||| UPGRADING to +0 chain mail.
 12516 | Sewer    | 12516 ||| UPGRADING to +0 chain mail.
 12517 | Sewer    | 12517 ||| UPGRADING to +0 chain mail.
 12518 | Sewer    | 12518 ||| UPGRADING to +0 chain mail.
 12519 | Sewer    | 12519 ||| UPGRADING to +0 chain mail.
 12520 | Sewer    | 12520 ||| UPGRADING to +0 chain mail.
 12521 | Sewer    | 12521 ||| UPGRADING to +0 chain mail.
 12522 | Sewer    | 12522 ||| UPGRADING to +0 chain mail.
 12523 | Sewer    | 12523 ||| UPGRADING to +0 chain mail.
 12524 | Sewer    | 12524 ||| UPGRADING to +0 chain mail.
 12525 | Sewer    | 12525 ||| UPGRADING to +0 chain mail.
 12526 | Sewer    | 12526 ||| UPGRADING to +0 chain mail.
 12527 | Sewer    | 12527 ||| UPGRADING to +0 chain mail.
 12528 | Sewer    | 12528 ||| UPGRADING to +0 chain mail.
 12529 | Sewer    | 12529 ||| UPGRADING to +0 chain mail.
 12530 | Sewer    | 12530 ||| UPGRADING to +0 chain mail.
 12531 | Sewer    | 12531 ||| UPGRADING to +0 chain mail.
 12532 | Sewer    | 12532 ||| UPGRADING to +0 chain mail.
 12533 | Sewer    | 12533 ||| UPGRADING to +0 chain mail.
 12534 | Sewer    | 12534 ||| UPGRADING to +0 chain mail.
 12535 | Sewer    | 12535 ||| UPGRADING to +0 chain mail.
 12536 | Sewer    | 12536 ||| UPGRADING to +0 chain mail.
 12537 | Sewer    | 12537 ||| UPGRADING to +0 chain mail.
 12538 | Sewer    | 12538 ||| UPGRADING to +0 chain mail.
 12539 | Sewer    | 12539 ||| UPGRADING to +0 chain mail.
 12540 | Sewer    | 12540 ||| UPGRADING to +0 chain mail.
 12541 | Sewer    | 12541 ||| UPGRADING to +0 chain mail.
 12542 | Sewer    | 12542 ||| UPGRADING to +0 chain mail.
 12543 | Sewer    | 12543 ||| UPGRADING to +0 chain mail.
 12544 | Sewer    | 12544 ||| UPGRADING to +0 chain mail.
 12545 | Sewer    | 12545 ||| UPGRADING to +0 chain mail.
 12546 | Sewer    | 12546 ||| UPGRADING to +0 chain mail.
 12547 | Sewer    | 12547 ||| UPGRADING to +0 chain mail.
 12548 | Sewer    | 12548 ||| UPGRADING to +0 chain mail.
 12549 | Sewer    | 12549 ||| UPGRADING to +0 chain mail.
 12550 | Sewer    | 12550 ||| UPGRADING to +0 chain mail.
 12551 | Sewer    | 12551 ||| UPGRADING to +0 chain mail.
 12552 | Sewer    | 12552 ||| UPGRADING to +0 chain mail.
 12553 | Sewer    | 12553 ||| UPGRADING to +0 chain mail.
 12554 | Sewer    | 12554 ||| UPGRADING to +0 chain mail.
 12555 | Sewer    | 12555 ||| UPGRADING to +0 chain mail.
 12556 | Sewer    | 12556 ||| UPGRADING to +0 chain mail.
 12557 | Sewer    | 12557 ||| UPGRADING to +0 chain mail.
 12558 | Sewer    | 12558 ||| UPGRADING to +0 chain mail.
 12559 | Sewer    | 12559 ||| UPGRADING to +0 chain mail.
 12560 | Sewer    | 12560 ||| UPGRADING to +0 chain mail.
 12561 | Sewer    | 12561 ||| UPGRADING to +0 chain mail.
 12562 | Sewer    | 12562 ||| UPGRADING to +0 chain mail.
 12563 | Sewer    | 12563 ||| UPGRADING to +0 chain mail.
 12564 | Sewer    | 12564 ||| UPGRADING to +0 chain mail.
 12565 | Sewer    | 12565 ||| UPGRADING to +0 chain mail.
 12566 | Sewer    | 12566 ||| UPGRADING to +0 chain mail.
 12567 | Sewer    | 12567 ||| UPGRADING to +0 chain mail.
 12568 | Sewer    | 12568 ||| UPGRADING to +0 chain mail.
 12569 | Sewer    | 12569 ||| UPGRADING to +0 chain mail.
 12570 | Sewer    | 12570 ||| UPGRADING to +0 chain mail.
 12571 | Sewer    | 12571 ||| UPGRADING to +0 chain mail.
 12572 | Sewer    | 12572 ||| UPGRADING to +0 chain mail.
 12573 | Sewer    | 12573 ||| UPGRADING to +0 chain mail.
 12574 | Sewer    | 12574 ||| UPGRADING to +0 chain mail.
 12575 | Sewer    | 12575 ||| UPGRADING to +0 chain mail.
 12576 | Sewer    | 12576 ||| UPGRADING to +0 chain mail.
 12577 | Sewer    | 12577 ||| UPGRADING to +0 chain mail.
 12578 | Sewer    | 12578 ||| UPGRADING to +0 chain mail.
 12579 | Sewer    | 12579 ||| UPGRADING to +0 chain mail.
 12580 | Sewer    | 12580 ||| UPGRADING to +0 chain mail.
 12581 | Sewer    | 12581 ||| UPGRADING to +0 chain mail.
 12582 | Sewer    | 12582 ||| UPGRADING to +0 chain mail.
 12583 | Sewer    | 12583 ||| UPGRADING to +0 chain mail.
 12584 | Sewer    | 12584 ||| UPGRADING to +0 chain mail.
 12585 | Sewer    | 12585 ||| UPGRADING to +0 chain mail.
 12586 | Sewer    | 12586 ||| UPGRADING to +0 chain mail.
 12587 | Sewer    | 12587 ||| UPGRADING to +0 chain mail.
 12588 | Sewer    | 12588 ||| UPGRADING to +0 chain mail.
 12589 | Sewer    | 12589 ||| UPGRADING to +0 chain mail.
 12590 | Sewer    | 12590 ||| UPGRADING to +0 chain mail.
 12591 | Sewer    | 12591 ||| UPGRADING to +0 chain mail.
 12592 | Sewer    | 12592 ||| UPGRADING to +0 chain mail.
 12593 | Sewer    | 12593 ||| UPGRADING to +0 chain mail.
 12594 | Sewer    | 12594 ||| UPGRADING to +0 chain mail.
 12595 | Sewer    | 12595 ||| UPGRADING to +0 chain mail.
 12596 | Sewer    | 12596 ||| UPGRADING to +0 chain mail.
 12597 | Sewer    | 12597 ||| UPGRADING to +0 chain mail.
 12598 | Sewer    | 12598 ||| UPGRADING to +0 chain mail.
 12599 | Sewer    | 12599 ||| UPGRADING to +0 chain mail.
 12600 | Sewer    | 12600 ||| UPGRADING to +0 chain mail.
 12601 | Sewer    | 12601 ||| UPGRADING to +0 chain mail.
 12602 | Sewer    | 12602 ||| UPGRADING to +0 chain mail.
 12603 | Sewer    | 12603 ||| UPGRADING to +0 chain mail.
 12604 | Sewer    | 12604 ||| UPGRADING to +0 chain mail.
 12605 | Sewer    | 12605 ||| UPGRADING to +0 chain mail.
 12606 | Sewer    | 12606 ||| UPGRADING to +0 chain mail.
 12607 | Sewer    | 12607 ||| UPGRADING to +0 chain mail.
 12608 | Sewer    | 12608 ||| UPGRADING to +0 chain mail.
 12609 | Sewer    | 12609 ||| UPGRADING to +0 chain mail.
 12610 | Sewer    | 12610 ||| UPGRADING to +0 chain mail.
 12611 | Sewer    | 12611 ||| UPGRADING to +0 chain mail.
 12612 | Sewer    | 12612 ||| UPGRADING to +0 chain mail.
 12613 | Sewer    | 12613 ||| UPGRADING to +0 chain mail.
 12614 | Sewer    | 12614 ||| UPGRADING to +0 chain mail.
 12615 | Sewer    | 12615 ||| UPGRADING to +0 chain mail.
 12616 | Sewer    | 12616 ||| UPGRADING to +0 chain mail.
 12617 | Sewer    | 12617 ||| UPGRADING to +0 chain mail.
 12618 | Sewer    | 12618 ||| UPGRADING to +0 chain mail.
 12619 | Sewer    | 12619 ||| UPGRADING to +0 chain mail.
 12620 | Sewer    | 12620 ||| UPGRADING to +0 chain mail.
 12621 | Sewer    | 12621 ||| UPGRADING to +0 chain mail.
 12622 | Sewer    | 12622 ||| UPGRADING to +0 chain mail.
 12623 | Sewer    | 12623 ||| UPGRADING to +0 chain mail.
 12624 | Sewer    | 12624 ||| UPGRADING to +0 chain mail.
 12625 | Sewer    | 12625 ||| UPGRADING to +0 chain mail.
 12626 | Sewer    | 12626 ||| UPGRADING to +0 chain mail.
 12627 | Sewer    | 12627 ||| UPGRADING to +0 chain mail.
 12628 | Sewer    | 12628 ||| UPGRADING to +0 chain mail.
 12629 | Sewer    | 12629 ||| UPGRADING to +0 chain mail.
 12630 | Sewer    | 12630 ||| UPGRADING to +0 chain mail.
 12631 | Sewer    | 12631 ||| UPGRADING to +0 chain mail.
 12632 | Sewer    | 12632 ||| UPGRADING to +0 chain mail.
 12633 | Sewer    | 12633 ||| UPGRADING to +0 chain mail.
 12634 | Sewer    | 12634 ||| UPGRADING to +0 chain mail.
 12634 | Sewer    | HP: 2/10 [rat (3)]
 12635 | Sewer    | 12635 ||| UPGRADING to +0 chain mail.
 12636 | Sewer    | 12636 ||| UPGRADING to +0 chain mail.
 12637 | Sewer    | 12637 ||| UPGRADING to +0 chain mail.
 12638 | Sewer    | 12638 ||| UPGRADING to +0 chain mail.
 12639 | Sewer    | 12639 ||| UPGRADING to +0 chain mail.
 12639 | Sewer    | HP: 2/10 [adder (1)]
 12640 | Sewer    | 12640 ||| UPGRADING to +0 chain mail.
 12641 | Sewer    | 12641 ||| UPGRADING to +0 chain mail.
 12641 | Sewer    | Slain by a rat

Levels and vault maps discovered:
D:1:      tarquinn_simple_flora_water_e, layout_loops_cross, serial_shops,
          nicolae_shop_overgrown_old_shop
D:2:      layout_rooms
D:3:      layout_loops_ring, nicolae_ashenzari_panopticon, serial_shops, shop,
          minmay_misc_feat_more_columns, st_stairs_11, uniq_ijyb
D:4:      layout_basic, nicolae_ru_awakened_eye,
          nicolae_yredelemnul_ghost_church, serial_shops,
          nicolae_shop_hallway_plus, portal_sewer_entry_f
Sewer:    sewer_minmay_treatment

Skill      XL: |  1  2  3  4  5 |
---------------+----------------+-----
Axes           | 2 3 4 5 |  5.0
Throwing       | 1 |  1.5
Fighting       | |  3.7
Armour         | |  3.2
Shields        | |  3.2

Action                     |  1- 3 |  4- 6 || total
---------------------------+-------+-------++-------
  Melee: War axe           |   134 |   125 ||   259
  Throw: Javelin           |       |    10 ||    10
    Use: Scroll            |     1 |     9 ||    10
         Potion            |     1 |     4 ||     5
 Armour: Scale mail        |    68 | 21709 || 21777
         Skin              |       |    12 ||    12
  Dodge: Dodged            |    64 | 26703 || 26767
  Block: Buckler           |    21 |  7953 ||  7974

Table legend:
 A = Non-vault XP
 B = Vault XP
 C = Vault XP percentage of total XP
 D = Non-vault monster count
 E = Vault monster count
 F = Vault count percentage of total count
                 A         B        C        D         E       F
            +---------+---------+-------+---------+---------+-------
      Total |     247 |      94 |  27.6 |      63 |      24 |  27.6
            +---------+---------+-------+---------+---------+-------
        D:1 |      27 |       0 |   0.0 |      17 |       0 |   0.0
        D:2 |      80 |       0 |   0.0 |      24 |       0 |   0.0
        D:3 |     104 |      57 |  35.4 |      20 |       5 |  20.0
        D:4 |      36 |      10 |  21.7 |       2 |       5 |  71.4
      Sewer |       0 |      27 | 100.0 |       0 |      14 | 100.0
            +---------+---------+-------+---------+---------+-------
